 Dungeon Crawl Stone Soup version 0.31.0-11-ge490571c62 (webtiles) character file.

Game seed: 4508842270149642112

2646044 bakla the Plutocrat (level 27, 199/199 HPs)
             Began as a Gargoyle Earth Elementalist on Jan 27, 2024.
             Was an Initiate of Gozag.
             Escaped with the Orb
             ... and 6 runes
             ... and 1 gem on Jan 29, 2024!
             The game lasted 11:36:26 (322790 turns).

bakla the Plutocrat (Gargoyle Earth Elementalist) Turns: 322790, Time: 11:36:27

Health: 199/199    AC: 43    Str: 18    XL:     27
Magic:  38/65      EV: 30    Int: 38    God:    Gozag
Gold:   244853     SH:  0    Dex: 10    Spells: 8/80 levels left

rFire   + + +        g - +6 Majin-Bo {spellvamp, MP+6 Int+6}
rCold   + + +        O - orb {mayhem}
rNeg    + + +        X - +5 moon troll leather armour {Spirit, Regen++ MP+5}
rPois   ∞            Y - -2 hat of the Alchemist {rElec rPois rF+ rC+ rN+ Will+ rMut rCorr}
rElec   +            z - +1 cloak of Starlight {*Dazzle EV+4 Stlth--}
rCorr   +            Q - +0 pair of gloves of a wizard's laboratory {rElec rPois Regen+}
SInv    +            y - +5 pair of boots of the Depths {^Contam Will+++ Slay+5}
Will    +++++        V - amulet of Vitality {RegenMP++ Regen++}
Stlth   +++          k - ring "Penk" {rF++ Will+ EV+5}
HPRegen 4.53/turn    D - ring "Puujew" {rC+++ rCorr Str+2 Int+6 Slay-2}
MPRegen 1.19/turn

%: mayhem, resist mutation, guardian spirit
@: death-form, flying, studying 6 skills
A: vile attack, torment immunity, no potions, flying, sickness immunity, AC +20,
big wings, negative energy resistance 1, electricity resistance, torment
resistance 1, petrification resistance, see invisible, fire resistance 1
0: Orb of Zot
}: 6/15 runes: decaying, serpentine, slimy, silver, golden, abyssal
a: Siphon Essence, Begin Untransformation, Renounce Religion, Potion Petition,
Call Merchant, Bribe Branch


You escaped.
You worshipped Gozag.
Gozag was exalted by your worship.
You were an undying horror.
You visited 12 branches of the dungeon, and saw 58 of its levels.
You visited the Abyss 2 times.
You visited 21 ziggurats (completing 19), and saw 558 of their levels.
You also visited: Trove and Wizlab.

You collected 999821 gold pieces.
You spent 10929 gold pieces at shops.
You paid 744039 gold pieces to Gozag.

Inventory:

Hand Weapons
 a - a +0 short sword of distortion
 g - the +6 Majin-Bo (weapon) {spellvamp, MP+6 Int+6}
   (You found it on level 15 of a ziggurat)

   Int+6:     It affects your intelligence (+6).
   MP+6:      It affects your magic capacity (+6).
 l - the +5 mace "Concordance" {vamp, +Blink}
   (You took it off a necromancer on level 2 of the Crypt)

   +Blink:    It lets you blink.
 m - a +6 broad axe of flaming
 r - the +3 Elemental Staff {ele, rElec rF+ rC+ AC+3}
   (You found it on level 16 of a ziggurat)

   AC+3:      It affects your AC (+3).
   rF+:       It protects you from fire.
   rC+:       It protects you from cold.
   rElec:     It insulates you from electricity.
Missiles
 o - 81 throwing nets
 J - 528 silver javelins
Armour
 e - the crystal ball of Wucad Mu {*channel}
   (You found it on level 9 of a ziggurat)

   *Channel:  It often returns the magic spent to cast spells, but lowers their
   success rate.
   It always returns the magic spent on miscasts.
 y - the +5 pair of boots of the Depths (worn) {^Contam Will+++ Slay+5}
   (You found it on level 26 of a ziggurat)

   Slay+5:    It affects your accuracy & damage with ranged weapons and melee
   (+5).
   Will+++:   It greatly increases your willpower.
   ^Contam:   It causes magical contamination when unequipped.
 z - the +1 cloak of Starlight (worn) {*Dazzle EV+4 Stlth--}
   (You found it on level 18 of a ziggurat)

   *Dazzle:   It may blind those who miss an attack against the wearer in melee
   combat.
   EV+4:      It affects your evasion (+4).
   Stlth--:   It makes you much less stealthy.
 O - an orb of mayhem (worn)
 Q - the +0 pair of gloves of a wizard's laboratory (worn) {rElec rPois Regen+}
   (You found it in a treasure trove)

   rElec:     It insulates you from electricity.
   rPois:     It protects you from poison Regen+: It increases your rate of
   health regeneration.
 S - the +8 orange crystal plate armour {Archmagi, Int+3 Clar}
   (You found it on level 10 of a ziggurat)

   Int+3:     It affects your intelligence (+3).
   Clar:      It protects you from confusion, rage, mesmerisation and fear.
 X - the +5 moon troll leather armour (worn) {Spirit, Regen++ MP+5}
   (You found it on level 21 of a ziggurat)

   MP+5:      It affects your magic capacity (+5).
   Regen++:   It increases your rate of health regeneration.
 Y - the -2 hat of the Alchemist (worn) {rElec rPois rF+ rC+ rN+ Will+ rMut rCorr}
   (You found it on level 26 of a ziggurat)

   rF+:       It protects you from fire.
   rC+:       It protects you from cold.
   rElec:     It insulates you from electricity.
   rPois:     It protects you from poison rN+: It protects you from negative
   energy.
   Will+:     It increases your willpower.
   rCorr:     It protects you from acid and corrosion.
   rMut:      It protects you from mutation.
Jewellery
 k - the ring "Penk" (left hand) {rF++ Will+ EV+5}
   (You found it on level 23 of a ziggurat)

   [ring of evasion]

   EV+5:      It affects your evasion (+5).
   rF++:      It greatly protects you from fire.
   Will+:     It increases your willpower.
 u - the dreamshard necklace {Acrobat *Dream}
   (You found it on level 18 of a ziggurat)

   [amulet of the acrobat]

   *Dream:    It absorbs a single lethal wound into itself, holding its wearer
   just short of death and releasing dream-creatures to guard them.
   Acrobat:   It increases your evasion while moving and waiting.
 D - the ring "Puujew" (right hand) {rC+++ rCorr Str+2 Int+6 Slay-2}
   (You took it off a deep elf death mage on level 3 of the Elven Halls)

   [ring of intelligence]

   Str+2:     It affects your strength (+2).
   Int+6:     It affects your intelligence (+6).
   Slay-2:    It affects your accuracy & damage with ranged weapons and melee
   (-2).
   rC+++:     It renders you almost immune to cold.
   rCorr:     It protects you from acid and corrosion.
 R - the ring of the Mage {Wiz Archmagi}
   (You found it on level 12 of a ziggurat)

   [ring of wizardry]

   Wiz:       It improves your spell success rate.
   Archmagi:  It increases the power of your magical spells.
 V - the amulet of Vitality (around neck) {RegenMP++ Regen++}
   (You found it on level 12 of a ziggurat)

   [amulet of magic regeneration]

   RegenMP:   It increases your rate of magic regeneration.
   Regen++:   It increases your rate of health regeneration.
Talismans
 n - a talisman of death (active)
Wands
 x - a wand of paralysis (1726)
 F - a wand of light (1082)
 M - a wand of digging (155)
Scrolls
 i - 23 scrolls of acquirement
 s - 564 scrolls of teleportation
 t - 108 scrolls of amnesia
 v - 42 scrolls of fear
 A - 40 scrolls of torment
 E - 205 scrolls of blinking
 G - 240 scrolls of revelation
 I - 362 scrolls of fog
 K - 123 scrolls of silence
 T - 119 scrolls of immolation
 U - 44 scrolls of enchant armour
 Z - 19 scrolls of summoning
Potions
 b - 118 potions of heal wounds
 d - 35 potions of attraction
 f - 121 potions of cancellation
 h - 18 potions of berserk rage
 j - 20 potions of resistance
 p - 99 potions of curing
 q - 544 potions of mutation
 w - 14 potions of ambrosia
 B - 110 potions of haste
 C - 26 potions of enlightenment
 H - 29 potions of might
 L - 111 potions of magic
 N - 24 potions of invisibility
 P - 31 potions of brilliance
 W - 36 potions of lignification


   Skills:
 O Level 27 Fighting
 O Level 27 Short Blades
 O Level 27 Long Blades
 O Level 27 Axes
 O Level 27 Maces & Flails
 O Level 27 Polearms
 O Level 27 Staves
 O Level 27 Ranged Weapons
 O Level 27 Throwing
 O Level 27 Armour
 O Level 27 Dodging
 O Level 27 Stealth
 O Level 27 Shields
 O Level 27 Unarmed Combat
 O Level 27 Spellcasting
 O Level 27 Conjurations
 O Level 27 Hexes
 O Level 27 Summonings
 O Level 27 Necromancy
 O Level 27 Translocations
 O Level 27 Fire Magic
 O Level 27 Ice Magic
 O Level 27 Air Magic
 O Level 27 Earth Magic
 O Level 27 Alchemy
 O Level 27 Invocations
 O Level 27 Evocations
 O Level 27 Shapeshifting


You had 8 spell levels left.
You knew the following spells:

 Your Spells              Type           Power      Damage    Failure   Level
a - Ignition              Fire           65%        3d17      1%          8
b - Death Channel         Necr           65%        N/A       0%          6
c - Disjunction           Tloc           65%        N/A       1%          8
d - Chain Lightning       Conj/Air       65%        3d86      1%          9
e - Maxwell's Capacitive  Air            65%        ∞         1%          8
f - Polar Vortex          Ice            65%        12d8*     1%          9
j - Blink                 Tloc           100%       N/A       0%          2
m - Shatter               Erth           65%        3d48*     1%          9
o - Vhi's Electric Charg  Tloc/Air       100%       N/A       0%          4
p - Death's Door          Necr           65%        N/A       1%          9

Your spell library contained the following spells:

 Spells                   Type           Power      Damage    Failure   Level
 Apportation              Tloc           100%       N/A       0%          1
 Foxfire                  Conj/Fire      100%       2x1d9     0%          1
 Freeze                   Ice            100%       1d10      0%          1
 Kiss of Death            Conj/Necr      100%       2d13      0%          1
 Magic Dart               Conj           100%       1d8       0%          1
 Necrotise                Necr           100%       1d9       0%          1
 Sandblast                Erth           100%       2d20      0%          1
 Shock                    Conj/Air       100%       1d9       0%          1
 Slow                     Hex            100%       N/A       0%          1
 Sting                    Conj/Alch      100%       1d9       0%          1
 Summon Small Mammal      Summ           100%       N/A       0%          1
 Call Imp                 Summ           100%       N/A       0%          2
 Ensorcelled Hibernation  Hex/Ice        100%       N/A       0%          2
 Jinxbite                 Hex            100%       N/A       0%          2
 Lesser Beckoning         Tloc           100%       N/A       0%          2
 Mercury Vapours          Alch/Air       100%       N/A       0%          2
 Momentum Strike          Conj/Tloc      100%       3d10      0%          2
 Scorch                   Fire           100%       2d9       0%          2
 Searing Ray              Conj           100%       2d8       0%          2
 Static Discharge         Conj/Air       100%       3-8/arc   0%          2
 Call Canine Familiar     Summ           100%       N/A       0%          3
 Confusing Touch          Hex            100%       N/A       0%          3
 Dazzling Flash           Conj/Hex       100%       N/A       0%          3
 Frozen Ramparts          Ice            100%       1d16      0%          3
 Fugue of the Fallen      Necr           100%       N/A       0%          3
 Gell's Gravitas          Tloc           100%       N/A       0%          3
 Hailstorm                Conj/Ice       100%       3d16      0%          3
 Inner Flame              Hex/Fire       100%       N/A       0%          3
 Mephitic Cloud           Conj/Alch/Air  100%       N/A       0%          3
 Ozocubu's Armour         Ice            100%       N/A       0%          3
 Passwall                 Erth           100%       N/A       0%          3
 Sigil of Binding         Hex            100%       N/A       0%          3
 Stone Arrow              Conj/Erth      100%       3d13      0%          3
 Summon Ice Beast         Ice/Summ       100%       N/A       0%          3
 Swiftness                Air            100%       N/A       0%          3
 Teleport Other           Tloc           100%       N/A       0%          3
 Tukima's Dance           Hex            100%       N/A       0%          3
 Vampiric Draining        Necr           100%       2d13      0%          3
 Volatile Blastmotes      Fire/Tloc      100%       2d18      0%          3
 Airstrike                Air            65%        2d(10-26) 0%          4
 Anguish                  Hex/Necr       65%        N/A       0%          4
 Animate Armour           Summ/Erth      100%       N/A       0%          4
 Brom's Barrelling Bould  Conj/Erth      100%       2d11      0%          4
 Cause Fear               Hex            65%        N/A       0%          4
 Dimensional Bullseye     Hex/Tloc       65%        N/A       0%          4
 Dispel Undead            Necr           100%       3d31      0%          4
 Flame Wave               Conj/Fire      100%       2d21      0%          4
 Fulminant Prism          Conj/Alch      65%        3d27      0%          4
 Ignite Poison            Fire/Alch      100%       N/A       0%          4
 Iskenderun's Mystic Bla  Conj/Tloc      100%       2d19      0%          4
 Leda's Liquefaction      Alch/Erth      65%        N/A       0%          4
 Manifold Assault         Tloc           100%       N/A       0%          4
 Martyr's Knell           Necr/Summ      100%       N/A       0%          4
 Olgreb's Toxic Radiance  Alch           100%       N/A       0%          4
 Passage of Golubria      Tloc           100%       N/A       0%          4
 Petrify                  Alch/Erth      100%       N/A       0%          4
 Sticky Flame             Fire/Alch      100%       2d15      0%          4
 Summon Blazeheart Golem  Fire/Summ      100%       N/A       0%          4
 Summon Lightning Spire   Summ/Air       100%       N/A       0%          4
 Alistair's Intoxication  Alch           86%        N/A       0%          5
 Arcjolt                  Conj/Air       65%        1d75      0%          5
 Borgnjor's Vile Clutch   Necr/Erth      65%        N/A       0%          5
 Curse of Agony           Necr           100%       N/A       0%          5
 Fireball                 Conj/Fire      65%        3d25      0%          5
 Freezing Cloud           Conj/Ice/Air   65%        6-21      0%          5
 Irradiate                Conj/Alch      65%        3d33      0%          5
 Iskenderun's Battlesphe  Conj           100%       2d15      0%          5
 Lee's Rapid Deconstruct  Erth           65%        3d30*     0%          5
 Metabolic Englaciation   Hex/Ice        65%        N/A       0%          5
 Silence                  Hex/Air        65%        N/A       0%          5
 Summon Forest            Summ/Tloc      65%        N/A       0%          5
 Summon Mana Viper        Hex/Summ       100%       N/A       0%          5
 Yara's Violent Unravell  Hex/Alch       65%        3d24      0%          5
 Bombard                  Conj/Erth      65%        9d11      0%          6
 Conjure Ball Lightning   Conj/Air       65%        3x3d23    0%          6
 Dispersal                Tloc           65%        N/A       0%          6
 Eringya's Noxious Bog    Alch           65%        4d6       0%          6
 Plasma Beam              Fire/Air       65%        2x1d81    0%          6
 Sculpt Simulacrum        Ice/Alch       65%        N/A       0%          6
 Starburst                Conj/Fire      65%        6d17      0%          6
 Summon Cactus Giant      Summ           65%        N/A       0%          6
 Enfeeble                 Hex            65%        N/A       0%          7
 Haunt                    Necr/Summ      65%        N/A       0%          7
 Malign Gateway           Summ/Tloc      65%        N/A       0%          7
 Monstrous Menagerie      Summ           65%        N/A       0%          7
 Orb of Destruction       Conj           65%        9d15      0%          7
 Ozocubu's Refrigeration  Ice            65%        4d21      0%          7
 Spellforged Servitor     Conj/Summ      65%        N/A       0%          7
 Summon Hydra             Summ           65%        N/A       0%          7
 Borgnjor's Revivificati  Necr           65%        N/A       1%          8
 Discord                  Hex            65%        N/A       1%          8
 Infestation              Necr           65%        N/A       1%          8
 Lehudib's Crystal Spear  Conj/Erth      65%        10d15     1%          8
 Summon Horrible Things   Summ           65%        N/A       1%          8
 Dragon's Call            Summ           65%        N/A       1%          9
 Fire Storm               Conj/Fire      65%        8d16      1%          9
 Sublimation of Blood     Necr           Unusable   N/A       N/A         2
 Animate Dead             Necr           Unusable   N/A       N/A         4

Dungeon Overview and Level Annotations

Branches:
Dungeon (15/15)            Temple (0/1) D:6            Lair (5/5) D:10
  Swamp (4/4) Lair:3        Snake (4/4) Lair:3        Slime (5/5) Lair:4
    Orc (2/2) D:11            Elf (3/3) Orc:2        Vaults (5/5) D:14
  Crypt (3/3) Vaults:3       Tomb (3/3) Crypt:3      Depths (4/4) D:15
    Zot (5/5) Depths:4     WizLab (visited)

Altars:
Ashenzari
Cheibriados
Dithmenos
Fedhas
Gozag
Hepliaklqana
Kikubaaqudgha
Makhleb
Nemelex Xobeh
Okawaru
Trog
Uskayaw
Yredelemnul
The Shining One
Jiyva

Shops:
D:5 *(   D:6 [   D:7 **[?   D:11 (   D:14 *=(!?   D:15 *   Orc:1 (
Orc:2 ([[::![   Elf:1 *   Elf:2 :   Elf:3 ==:   Lair:3 ?*   Snake:3 =
Snake:4 [**   Vaults:2 (   Vaults:3 (   Vaults:4 (   Depths:1 *:(=   Depths:2 ?
Depths:3 ?

Portals:
Hell: Depths:1 Depths:2 Depths:3 Depths:4
Abyss: Depths:1 Depths:3 Depths:4
Pandemonium: Depths:2

Annotations:
D:3 1 runed translucent door, Crazy Yiuf
D:15 2 transporters, Ofemazen's ghost, journeyman SpEn
Lair:1 3 runed translucent doors, hawla's ghost, novice FeSh
Swamp:3 Matygoc's ghost, adept HaSk; Nomoy's ghost, adept NaFi; Ricegish's ghost, adept GnFi; Vudadgh's ghost, adept HuWr
Swamp:4 1 runed translucent door, Vudadgh's ghost, adept HuWr
Slime:5 Royal Jelly
Elf:2 3 runed translucent doors, Roxanne
Vaults:2 3 runed translucent doors, HilariousDeathArtist's ghost, adept CeWn


Innate Abilities, Weirdness & Mutations

You are an undying horror.
Your melee and unarmed attacks drain, slow and weaken victims.
You are immune to unholy pain and torment.
You cannot drink.
You are flying.
You are immune to sickness and miasma.
Your stone body is resilient. (AC +20)
You are immune to poison.
Your large and strong wings let you fly.
You resist negative energy. (rN+)
You are resistant to electric shocks. (rElec)
You are resistant to unholy torment.
You are immune to petrification.
You have supernaturally acute eyesight. (SInv)
Your flesh is heat resistant. (rF+)


Message History

Your enlightenment fades.
You now have 244853 gold pieces (gained 7).
Your extra speed is starting to run out.
There is a stone staircase leading up here.
You fly upwards.
There is a stone staircase leading down here.
What level of the Dungeon? (default 1, ? - help)
You feel yourself slow down.
You reach down and open the door.
There is an open door here.
A ball python comes into view.
The ball python moves out of view.
There is an open door here.
There is an open door here.
The air bursts into flame!
The fireball engulfs the ball python!!
You feel better.
You kill the ball python!
Unknown command.
You can't see any susceptible monsters within range! (Use Z to cast anyway.)
Casting: Ignition (mildly dangerous; 1% risk of failure)
Confirm with . or Enter, or press ? or * to list all spells.
The dungeon rumbles!
A door shatters!
Ka-crash!
Casting: Shatter (mildly dangerous; 1% risk of failure)
Confirm with . or Enter, or press ? or * to list all spells.
The dungeon rumbles!
Ka-crash!
Casting: Shatter (mildly dangerous; 1% risk of failure)
Confirm with . or Enter, or press ? or * to list all spells.
The dungeon rumbles!
Ka-crash!
Casting: Shatter (mildly dangerous; 1% risk of failure)
Confirm with . or Enter, or press ? or * to list all spells.
The dungeon rumbles!
A door shatters!
Ka-crash!
There is a staircase leading out of the dungeon here.
Okay, then.
Unknown command.
Unknown command.
You have escaped!

....###'## #...>...#....$..
#...##†..####.......#.......#
#...#.......................#
#...#..⌠........⌠.....)..⌠..#
....#.......................#
....##...####..............##
########## ##..#.....###....
##.........## .##
#..♣..z.....# ##......4...#
##.#..&.#### # ###..# ####


You could see Habaikh and an ice devil (wandering).

Vanquished Creatures
  20 seraphim
  981 dread liches
  936 ancient liches
  180 orbs of fire
  424 juggernauts
  The ghost of Icokhlali the Ruinous, a legendary TeBe of Gozag (Zig:26)
  The ghost of Icokhlali the Ruinous, a legendary TeBe of Gozag (Zig:26)
  The ghost of Icokhlali the Ruinous, a legendary TeBe of Gozag (Zig:26)
  The ghost of Icokhlali the Ruinous, a legendary TeBe of Gozag (Zig:26)
  The ghost of Icokhlali the Ruinous, a legendary TeBe of Gozag (Zig:26)
  The ghost of Icokhlali the Ruinous, a legendary TeBe of Gozag (Zig:26)
  The ghost of Icokhlali the Ruinous, a legendary TeBe of Gozag (Zig:26)
  The ghost of Icokhlali the Ruinous, a legendary TeBe of Gozag (Zig:26)
  The ghost of Icokhlali the Ruinous, a legendary TeBe of Gozag (Zig:26)
  The ghost of Icokhlali the Ruinous, a legendary TeBe of Gozag (Zig:26)
  The ghost of Icokhlali the Ruinous, a legendary TeBe of Gozag (Zig:26)
  The ghost of Icokhlali the Ruinous, a legendary TeBe of Gozag (Zig:26)
  The ghost of Icokhlali the Ruinous, a legendary TeBe of Gozag (Zig:26)
  The ghost of Icokhlali the Ruinous, a legendary TeBe of Gozag (Zig:26)
  The ghost of Icokhlali the Ruinous, a legendary TeBe of Gozag (Zig:26)
  The ghost of Icokhlali the Ruinous, a legendary TeBe of Gozag (Zig:26)
  The ghost of Icokhlali the Ruinous, a legendary TeBe of Gozag (Zig:26)
  The ghost of Icokhlali the Ruinous, a legendary TeBe of Gozag (Zig:26)
  The ghost of Icokhlali the Ruinous, a legendary TeBe of Gozag (Zig:26)
  The ghost of Icokhlali the Ruinous, a legendary TeBe of Gozag (Zig:13)
  The ghost of Icokhlali the Ruinous, a legendary TeBe of Gozag (Zig:13)
  The ghost of Icokhlali the Ruinous, a legendary TeBe of Gozag (Zig:9)
  The ghost of Icokhlali the Ruinous, a legendary TeBe of Gozag (Zig:9)
  The ghost of Icokhlali the Ruinous, a legendary TeBe of Gozag (Zig:9)
  The ghost of Icokhlali the Ruinous, a legendary TeBe of Gozag (Zig:9)
  The ghost of Icokhlali the Ruinous, a legendary TeBe of Gozag (Zig:9)
  The ghost of Icokhlali the Ruinous, a legendary TeBe of Gozag (Zig:9)
  The ghost of Icokhlali the Ruinous, a legendary TeBe of Gozag (Zig:9)
  The ghost of Icokhlali the Ruinous, a legendary TeBe of Gozag (Zig:9)
  The ghost of Icokhlali the Ruinous, a legendary TeBe of Gozag (Zig:9)
  The ghost of Icokhlali the Ruinous, a legendary TeBe of Gozag (Zig:13)
  The ghost of Icokhlali the Ruinous, a legendary TeBe of Gozag (Zig:26)
  The ghost of Icokhlali the Ruinous, a legendary TeBe of Gozag (Zig:26)
  The ghost of Icokhlali the Ruinous, a legendary TeBe of Gozag (Zig:26)
  The ghost of Icokhlali the Ruinous, a legendary TeBe of Gozag (Zig:26)
  The ghost of Icokhlali the Ruinous, a legendary TeBe of Gozag (Zig:13)
  The ghost of Icokhlali the Ruinous, a legendary TeBe of Gozag (Zig:13)
  The ghost of Icokhlali the Ruinous, a legendary TeBe of Gozag (Zig:13)
  The ghost of Icokhlali the Ruinous, a legendary TeBe of Gozag (Zig:13)
  The ghost of Icokhlali the Ruinous, a legendary TeBe of Gozag (Zig:26)
  The ghost of Icokhlali the Ruinous, a legendary TeBe of Gozag (Zig:13)
  The ghost of Icokhlali the Ruinous, a legendary TeBe of Gozag (Zig:13)
  The ghost of Icokhlali the Ruinous, a legendary TeBe of Gozag (Zig:13)
  The ghost of Icokhlali the Ruinous, a legendary TeBe of Gozag (Zig:13)
  The ghost of Icokhlali the Ruinous, a legendary TeBe of Gozag (Zig:13)
  The ghost of Icokhlali the Ruinous, a legendary TeBe of Gozag (Zig:13)
  The ghost of Icokhlali the Ruinous, a legendary TeBe of Gozag (Zig:13)
  The ghost of Icokhlali the Ruinous, a legendary TeBe of Gozag (Zig:13)
  The ghost of Icokhlali the Ruinous, a legendary TeBe of Gozag (Zig:26)
  The ghost of Icokhlali the Ruinous, a legendary TeBe of Gozag (Zig:26)
  The ghost of Icokhlali the Ruinous, a legendary TeBe of Gozag (Zig:26)
  The ghost of Icokhlali the Ruinous, a legendary TeBe of Gozag (Zig:26)
  The ghost of Icokhlali the Ruinous, a legendary TeBe of Gozag (Zig:26)
  The ghost of Icokhlali the Ruinous, a legendary TeBe of Gozag (Zig:26)
  The ghost of Icokhlali the Ruinous, a legendary TeBe of Gozag (Zig:26)
  The ghost of Icokhlali the Ruinous, a legendary TeBe of Gozag (Zig:26)
  The ghost of Icokhlali the Ruinous, a legendary TeBe of Gozag (Zig:26)
  The ghost of Icokhlali the Ruinous, a legendary TeBe of Gozag (Zig:9)
  The ghost of Icokhlali the Ruinous, a legendary TeBe of Gozag (Zig:26)
  The ghost of Icokhlali the Ruinous, a legendary TeBe of Gozag (Zig:26)
  The ghost of Icokhlali the Ruinous, a legendary TeBe of Gozag (Zig:26)
  The ghost of Icokhlali the Ruinous, a legendary TeBe of Gozag (Zig:26)
  The ghost of Icokhlali the Ruinous, a legendary TeBe of Gozag (Zig:26)
  The ghost of Icokhlali the Ruinous, a legendary TeBe of Gozag (Zig:26)
  The ghost of Icokhlali the Ruinous, a legendary TeBe of Gozag (Zig:26)
  The ghost of Icokhlali the Ruinous, a legendary TeBe of Gozag (Zig:9)
  The ghost of Icokhlali the Ruinous, a legendary TeBe of Gozag (Zig:9)
  The ghost of Icokhlali the Ruinous, a legendary TeBe of Gozag (Zig:9)
  Mennas (Tomb:2)
  The ghost of Mojoaz the Skullcrusher, a legendary GrFi of the Shining One (Zig:6)
  The ghost of Mojoaz the Skullcrusher, a legendary GrFi of the Shining One (Zig:13)
  The ghost of Mojoaz the Skullcrusher, a legendary GrFi of the Shining One (Zig:13)
  The ghost of Mojoaz the Skullcrusher, a legendary GrFi of the Shining One (Zig:13)
  The ghost of Mojoaz the Skullcrusher, a legendary GrFi of the Shining One (Zig:13)
  The ghost of Mojoaz the Skullcrusher, a legendary GrFi of the Shining One (Zig:13)
  The ghost of Mojoaz the Skullcrusher, a legendary GrFi of the Shining One (Zig:13)
  The ghost of Mojoaz the Skullcrusher, a legendary GrFi of the Shining One (Zig:6)
  The ghost of Mojoaz the Skullcrusher, a legendary GrFi of the Shining One (Zig:13)
  The ghost of Mojoaz the Skullcrusher, a legendary GrFi of the Shining One (Zig:26)
  The ghost of Mojoaz the Skullcrusher, a legendary GrFi of the Shining One (Zig:26)
  The ghost of Mojoaz the Skullcrusher, a legendary GrFi of the Shining One (Zig:26)
  The ghost of Mojoaz the Skullcrusher, a legendary GrFi of the Shining One (Zig:26)
  The ghost of Mojoaz the Skullcrusher, a legendary GrFi of the Shining One (Zig:26)
  The ghost of Mojoaz the Skullcrusher, a legendary GrFi of the Shining One (Zig:26)
  The ghost of Mojoaz the Skullcrusher, a legendary GrFi of the Shining One (Zig:26)
  The ghost of Mojoaz the Skullcrusher, a legendary GrFi of the Shining One (Zig:26)
  The ghost of Mojoaz the Skullcrusher, a legendary GrFi of the Shining One (Zig:26)
  The ghost of Mojoaz the Skullcrusher, a legendary GrFi of the Shining One (Zig:13)
  The ghost of Mojoaz the Skullcrusher, a legendary GrFi of the Shining One (Zig:9)
  The ghost of Mojoaz the Skullcrusher, a legendary GrFi of the Shining One (Zig:13)
  The ghost of Mojoaz the Skullcrusher, a legendary GrFi of the Shining One (Zig:13)
  The ghost of Mojoaz the Skullcrusher, a legendary GrFi of the Shining One (Zig:9)
  The ghost of Mojoaz the Skullcrusher, a legendary GrFi of the Shining One (Zig:13)
  The ghost of Mojoaz the Skullcrusher, a legendary GrFi of the Shining One (Zig:13)
  The ghost of Mojoaz the Skullcrusher, a legendary GrFi of the Shining One (Zig:13)
  The ghost of Mojoaz the Skullcrusher, a legendary GrFi of the Shining One (Zig:13)
  The ghost of Mojoaz the Skullcrusher, a legendary GrFi of the Shining One (Zig:13)
  The ghost of Mojoaz the Skullcrusher, a legendary GrFi of the Shining One (Zig:13)
  The ghost of Mojoaz the Skullcrusher, a legendary GrFi of the Shining One (Zig:9)
  The ghost of Mojoaz the Skullcrusher, a legendary GrFi of the Shining One (Zig:13)
  The ghost of Mojoaz the Skullcrusher, a legendary GrFi of the Shining One (Zig:13)
  The ghost of Mojoaz the Skullcrusher, a legendary GrFi of the Shining One (Zig:9)
  The ghost of Mojoaz the Skullcrusher, a legendary GrFi of the Shining One (Zig:9)
  The ghost of Mojoaz the Skullcrusher, a legendary GrFi of the Shining One (Zig:13)
  The ghost of Mojoaz the Skullcrusher, a legendary GrFi of the Shining One (Zig:13)
  The ghost of Mojoaz the Skullcrusher, a legendary GrFi of the Shining One (Zig:26)
  The ghost of Mojoaz the Skullcrusher, a legendary GrFi of the Shining One (Zig:26)
  The ghost of Mojoaz the Skullcrusher, a legendary GrFi of the Shining One (Zig:26)
  The ghost of Mojoaz the Skullcrusher, a legendary GrFi of the Shining One (Zig:9)
  The ghost of Mojoaz the Skullcrusher, a legendary GrFi of the Shining One (Zig:26)
  The ghost of Mojoaz the Skullcrusher, a legendary GrFi of the Shining One (Zig:9)
  The ghost of Mojoaz the Skullcrusher, a legendary GrFi of the Shining One (Zig:26)
  The ghost of Mojoaz the Skullcrusher, a legendary GrFi of the Shining One (Zig:26)
  The ghost of Mojoaz the Skullcrusher, a legendary GrFi of the Shining One (Zig:9)
  The ghost of Mojoaz the Skullcrusher, a legendary GrFi of the Shining One (Zig:26)
  The ghost of Mojoaz the Skullcrusher, a legendary GrFi of the Shining One (Zig:26)
  The ghost of Mojoaz the Skullcrusher, a legendary GrFi of the Shining One (Zig:26)
  The ghost of Mojoaz the Skullcrusher, a legendary GrFi of the Shining One (Zig:26)
  The ghost of Mojoaz the Skullcrusher, a legendary GrFi of the Shining One (Zig:26)
  The ghost of Mojoaz the Skullcrusher, a legendary GrFi of the Shining One (Zig:26)
  The ghost of Mojoaz the Skullcrusher, a legendary GrFi of the Shining One (Zig:26)
  The ghost of Mojoaz the Skullcrusher, a legendary GrFi of the Shining One (Zig:26)
  The ghost of Mojoaz the Skullcrusher, a legendary GrFi of the Shining One (Zig:26)
  The ghost of Mojoaz the Skullcrusher, a legendary GrFi of the Shining One (Zig:26)
  The ghost of Mojoaz the Skullcrusher, a legendary GrFi of the Shining One (Zig:9)
  The ghost of Mojoaz the Skullcrusher, a legendary GrFi of the Shining One (Zig:13)
  The ghost of Mojoaz the Skullcrusher, a legendary GrFi of the Shining One (Zig:9)
  The ghost of Mojoaz the Skullcrusher, a legendary GrFi of the Shining One (Zig:9)
  The ghost of Mojoaz the Skullcrusher, a legendary GrFi of the Shining One (Zig:26)
  The ghost of Mojoaz the Skullcrusher, a legendary GrFi of the Shining One (Zig:26)
  The ghost of Mojoaz the Skullcrusher, a legendary GrFi of the Shining One (Zig:26)
  The ghost of Mojoaz the Skullcrusher, a legendary GrFi of the Shining One (Zig:26)
  The ghost of Mojoaz the Skullcrusher, a legendary GrFi of the Shining One (Zig:26)
  The ghost of Mojoaz the Skullcrusher, a legendary GrFi of the Shining One (Zig:13)
  The ghost of Mojoaz the Skullcrusher, a legendary GrFi of the Shining One (Zig:26)
  The ghost of Mojoaz the Skullcrusher, a legendary GrFi of the Shining One (Zig:26)
  The ghost of Mojoaz the Skullcrusher, a legendary GrFi of the Shining One (Zig:26)
  The ghost of Mojoaz the Skullcrusher, a legendary GrFi of the Shining One (Zig:26)
  The ghost of Mojoaz the Skullcrusher, a legendary GrFi of the Shining One (Zig:26)
  The ghost of Mojoaz the Skullcrusher, a legendary GrFi of the Shining One (Zig:26)
  The ghost of Mojoaz the Skullcrusher, a legendary GrFi of the Shining One (Zig:26)
  The ghost of Mojoaz the Skullcrusher, a legendary GrFi of the Shining One (Zig:26)
  The ghost of Mojoaz the Skullcrusher, a legendary GrFi of the Shining One (Zig:26)
  The ghost of Mojoaz the Skullcrusher, a legendary GrFi of the Shining One (Zig:26)
  The ghost of Mojoaz the Skullcrusher, a legendary GrFi of the Shining One (Zig:26)
  The ghost of Mojoaz the Skullcrusher, a legendary GrFi of the Shining One (Zig:9)
  The ghost of Mojoaz the Skullcrusher, a legendary GrFi of the Shining One (Zig:13)
  The ghost of Mojoaz the Skullcrusher, a legendary GrFi of the Shining One (Zig:9)
  The ghost of Mojoaz the Skullcrusher, a legendary GrFi of the Shining One (Zig:13)
  The ghost of Mojoaz the Skullcrusher, a legendary GrFi of the Shining One (Zig:13)
  575 royal mummies
  1005 pandemonium lords
  385 Killer Klowns
  390 shard shrikes
  21 curse toes
  2 golden dragons (shapeshifter) (Zig:21)
  A caustic shrike (shapeshifter) (Zig:20)
  696 caustic shrikes
  765 golden dragons
  The ghost of Vailuoroe the Devastator, a veteran GrEE of Lugonu (Crypt:1)
  50 profane servitors
  134 electric golems
  128 pearl dragons
  287 Tzitzimimeh
  360 bone dragons
  111 doom hounds
  A shard shrike zombie (Crypt:3)
  An iron giant (shapeshifter) (Zig:21)
  632 Hell Sentinels
  487 Brimstone Fiends
  1124 Ice Fiends
  343 iron giants
  681 tentacled monstrosities
  6 walking earthen tomes
  Jorgrun (D:14)
  4 walking crystal tomes
  Mlioglotl (Swamp:2)
  971 hellephants
  11 walking frostbound tomes
  17 quicksilver dragons (shapeshifter)
  A shard shrike skeleton (Crypt:1)
  78 tainted leviathans
  659 liches
  27 Orb Guardians
  8 walking divine tomes
  433 deep elf blademasters
  444 searing wretches
  1281 titans
  662 deep elf master archers
  Grunn (Crypt:1)
  2 acid blobs (shapeshifter)
  1512 acid blobs
  18 sphinxes (shapeshifter)
  345 quicksilver dragons
  285 Executioners
  8 krakens
  343 tentacled starspawn
  10 eldritch tentacles
  271 sphinxes
  7 shadow dragons (shapeshifter)
  14 death cobs
  229 tengu reavers
  498 ancient champions
  33 thorn hunters
  389 storm dragons
  3 storm dragons (shapeshifter)
  195 shadow dragons
  441 fenstrider witches
  3 azure jellies (shapeshifter)
  133 daevas
  23 frost giants (shapeshifter)
  21 fenstrider witches (shapeshifter)
  305 protean progenitors
  932 draconian monks
  312 azure jellies
  132 fire giants
  The ghost of cdecastro the Metamorph, a journeyman DrSh of Gozag (Swamp:1)
  21 fire giants (shapeshifter)
  970 revenants
  326 demonspawn warmongers
  703 narguns
  275 frost giants
  1427 nagarajas
  117 rockslimes
  968 draconian knights
  4 iron dragons (shapeshifter)
  4 emperor scorpions (shapeshifter)
  Louise (Snake:4)
  190 vault wardens
  971 draconian scorchers
  310 quicksilver elementals
  162 deep elf sorcerers
  4 spectral caustic shrikes (Zig:13)
  270 iron dragons
  691 balrugs
  920 draconian shifters
  3 spectral juggernauts (Zig:25)
  694 emperor scorpions
  640 curse skulls
  31 deep elf elementalists
  1734 ghost moths
  122 ghouls
  The ghost of benadryl the Metamorph, a journeyman TrSh of Hepliaklqana (Lair:3)
  74 angels
  1149 draconian annihilators
  258 cacodemons
  718 orc warlords
  32 caustic shrike zombies
  2 ghost moths (shapeshifter) (Zig:20)
  32 juggernaut zombies
  818 demonspawn corrupters
  129 ironbound preservers
  3 broodmothers (shapeshifter)
  A spriggan defender (Depths:2)
  80 formless jellyfish
  4 quicksilver oozes (shapeshifter)
  A very ugly thing (shapeshifter) (Zig:12)
  886 draconian stormcallers
  279 quicksilver oozes
  420 reapers
  93 broodmothers
  40 caustic shrike skeletons
  43 juggernaut skeletons
  5 ironbound thunderhulks
  20 stone giants (shapeshifter)
  276 demonspawn blood saints
  60 apis
  82 ophanim
  718 stone giants
  368 green draconians
  8 formless jellyfish (shapeshifter)
  277 deep elf demonologists
  289 demonspawn black suns
  220 very ugly things
  349 black draconians
  A purple draconian (shapeshifter) (Zig:21)
  365 deep elf annihilators
  124 eleionomae
  396 vampire knights
  310 deep elf death magi
  103 putrid mouths
  33 eleionomae (shapeshifter)
  Nessos (Orc:2)
  18 dire elephants (shapeshifter)
  3 spark wasps (shapeshifter)
  A yellow draconian (shapeshifter) (Zig:8)
  4 minotaurs
  209 bennus
  184 lorocyprocas
  256 spark wasps
  A white draconian (shapeshifter) (Zig:20)
  2 minotaurs (shapeshifter)
  A black draconian (shapeshifter) (Zig:13)
  237 red draconians
  743 wendigos
  3 spectral titans
  397 purple draconians
  1447 starcursed masses
  A bunyip (shapeshifter) (Zig:17)
  118 bunyips
  308 dire elephants
  336 white draconians
  169 war gargoyles
  A red draconian (shapeshifter) (Zig:27)
  336 yellow draconians
  2 ettins (shapeshifter)
  571 mummy priests
  665 green deaths
  465 eidola
  279 blizzard demons
  79 crystal guardians
  208 ettins
  13 quicksilver dragon zombies
  351 merfolk javelineers
  512 deep elf high priests
  3 spectral krakens
  87 jiangshi
  A spectral quicksilver dragon (Zig:3)
  148 merfolk impalers
  4 spectral golden dragons
  364 iron golems
  5 shapeshifters
  313 yaktaur captains
  2 fire dragons (shapeshifter)
  7 spectral spriggans
  4 servants of whispers
  759 shambling mangroves
  850 entropy weavers
  8 entropy weavers (shapeshifter)
  117 great orbs of eyes
  74 fire dragons
  4 great orbs of eyes (shapeshifter)
  An ice dragon (shapeshifter) (Zig:9)
  272 hydras
  189 hell beasts
  21 quicksilver dragon skeletons
  11 rakshasas
  58 vault guards
  5 spectral sphinxes
  56 spriggan skeletons
  132 alligators
  132 ice dragons
  66 ogre magi
  66 ghost crabs
  18 caustic shrike simulacra
  2 hydras (shapeshifter)
  337 spriggan air magi
  A spectral shadow dragon (Zig:24)
  613 salamander tyrants
  22 sphinx zombies
  99 boulder beetles
  85 jorogumos
  22 juggernaut simulacra
  173 anacondas
  3 jorogumos (shapeshifter)
  2 radroaches (shapeshifter)
  3 death knights (Crypt:1)
  4 spectral tengu
  37 alligator snapping turtles
  3 spectral stone giants (Zig:3)
  39 stokers
  4 catoblepae (shapeshifter)
  505 catoblepae
  23 alligator snapping turtles (shapeshifter)
  56 centaur warriors
  14 ironbound frosthearts
  36 merfolk avatars
  125 radroaches
  11 anacondas (shapeshifter)
  4 alligators (shapeshifter)
  A spectral fire giant (Zig:7)
  546 dancing weapons
  5 death yaks (shapeshifter)
  859 merfolk aquamancers
  281 death scarabs
  50 two-headed ogres
  25 two-headed ogres (shapeshifter)
  4 deep troll shamans
  25 sphinx skeletons
  205 satyrs
  A satyr (shapeshifter) (Zig:20)
  43 death yaks
  186 naga warriors
  9 shock serpents (shapeshifter)
  7 tengu warriors
  95 hell hogs
  23 occultists
  28 deep troll earth magi
  314 thrashing horrors
  875 orc high priests
  11 spriggan berserkers
  241 demonic crawlers
  496 vampire magi
  3 spectral storm dragons
  Urug (Lair:4)
  84 sun demons
  436 naga sharpshooters
  437 shock serpents
  34 titan zombies
  402 deep elf knights
  337 skysharks
  28 storm dragon zombies
  845 wretched stars
  69 hell knights
  133 iron trolls
  Sonja (Lair:1)
  50 fire crabs
  284 soul eaters
  245 shadow wraiths
  38 titan skeletons
  93 goliath frogs
  A spectral spark wasp (Zig:1)
  2 fire crabs (shapeshifter)
  45 skeletal warriors
  25 iron trolls (shapeshifter)
  131 sixfirhies
  Amaemon (D:9)
  90 spatial maelstroms
  247 pharaoh ants
  5 spark wasp zombies
  228 crystal echidnas
  18 skysharks (shapeshifter)
  34 salamander mystics
  67 death drakes
  31 storm dragon skeletons
  17 deep trolls (shapeshifter)
  16 death drakes (shapeshifter)
  289 flayed ghosts
  11 quicksilver dragon simulacra
  238 swamp dragons
  146 orb spiders
  129 sea snakes
  An anaconda zombie (Tomb:3)
  20 sea snakes (shapeshifter)
  65 cherubim
  588 spriggan druids
  123 mana vipers
  26 arcanists
  33 golden dragon zombies
  27 sun moths
  14 orb spiders (shapeshifter)
  A spectral iron dragon (Zig:11)
  17 glowing orange brains (shapeshifter)
  93 glowing orange brains
  198 shadow demons
  8 swamp dragons (shapeshifter)
  31 obsidian statues
  61 bog bodies
  32 deep trolls
  5 sun moths (shapeshifter)
  7 kraken simulacra
  14 mana vipers (shapeshifter)
  393 deep elf archers
  25 shadow dragon zombies
  2 goliath frogs (shapeshifter)
  5 harpies (shapeshifter)
  131 naga ritualists
  286 phantasmal warriors
  A wolf spider zombie (Crypt:3)
  131 ironbound convokers
  34 golden dragon skeletons
  25 lindwurms (shapeshifter)
  586 deep elf pyromancers
  20 spriggan simulacra
  18 steelbarb worms (shapeshifter)
  88 necromancers
  4 glowing shapeshifters
  590 large abominations
  29 orange crystal statues
  165 steelbarb worms
  82 harpies
  25 tengu zombies
  45 tengu skeletons
  19 lindwurms
  140 oklob plants
  336 wolf spiders
  A spectral ettin (Zig:1)
  13 sphinx simulacra
  2 stone giant zombies
  570 deep elf zephyrmancers
  206 orc knights
  30 ugly things
  47 salamanders
  369 orc sorcerers
  22 iron dragon zombies
  5 wolf spiders (shapeshifter)
  157 will-o-the-wisps
  An ugly thing (shapeshifter) (Zig:11)
  15 shining eyes (shapeshifter)
  11 frost giant zombies
  170 cyclopes
  145 fauns
  209 shining eyes
  666 moths of wrath
  A fire giant zombie (Zig:9)
  49 worldbinders
  36 shadow dragon skeletons
  135 manticores
  7 elephants (shapeshifter)
  3 toenail golems
  8 cyclopes (shapeshifter)
  7 manticores (shapeshifter)
  14 moths of wrath (shapeshifter)
  4 centaur zombies (Crypt:2)
  15 fauns (shapeshifter)
  5 meliai (shapeshifter)
  81 merfolk sirens
  4 salamanders (shapeshifter)
  51 meliai
  8 frost giant skeletons
  15 eyes of devastation (shapeshifter)
  24 water nymphs (shapeshifter)
  99 elephants
  744 black mambas
  1355 water nymphs
  335 guardian serpents
  26 iron dragon skeletons
  37 rust devils
  197 apocalypse crabs
  9 fire giant skeletons
  335 smoke demons
  9 guardian serpents (shapeshifter)
  51 ice statues
  25 titan simulacra
  6 stone giant skeletons
  111 eyes of devastation
  An alligator snapping turtle zombie (Crypt:2)
  5 black mambas (shapeshifter)
  353 kobold blastminers
  16 storm dragon simulacra
  201 cane toads
  1130 torpor snails
  15 torpor snails (shapeshifter)
  137 orange demons
  3 rime drakes (shapeshifter)
  342 naga magi
  2 dire elephant skeletons (Crypt:2)
  An unseen horror (shapeshifter) (Zig:9)
  95 vault sentinels
  24 gargoyles
  Maggie (D:6)
  2 unseen horrors (Zig:13)
  5 cane toads (shapeshifter)
  A minotaur zombie (Crypt:2)
  13 centaur skeletons (Crypt:2)
  148 komodo dragons
  565 hellions
  5 komodo dragons (shapeshifter)
  A redback zombie (Crypt:2)
  2 tengu conjurers
  79 freezing wraiths
  3 yaktaurs (shapeshifter)
  2 spark wasp simulacra
  114 rime drakes
  128 yaktaurs
  41 efreet
  46 ice devils
  A kobold demonologist (D:12)
  1033 guardian mummies
  483 tormentors
  3 queen bees (shapeshifter)
  58 red devils
  358 ancient zymes
  A black draconian skeleton (Crypt:1)
  173 trolls
  5 spectral glowing shapeshifters
  104 tyrant leeches
  46 silent spectres
  1122 hornets
  130 hellwings
  42 polar bears
  25 golden dragon simulacra
  38 bloated husks
  151 wind drakes
  5 wind drakes (shapeshifter)
  6 trolls (shapeshifter)
  21 shadow dragon simulacra
  6 hornets (shapeshifter)
  4 queen bees
  2 blink frogs (shapeshifter)
  18 tengu simulacra
  2 polar bears (shapeshifter)
  186 merfolk
  A hydra zombie (Tomb:3)
  196 glass eyes
  12 tarantellas (shapeshifter)
  84 blink frogs
  11 dream sheep (shapeshifter)
  20 merfolk (shapeshifter)
  101 snapping turtles
  157 tarantellas
  3 ettin zombies
  216 raiju
  36 dream sheep
  A harpy skeleton (Tomb:2)
  5 glass eyes (shapeshifter)
  20 iron dragon simulacra
  7 raiju (shapeshifter)
  3 fire giant simulacra
  6 frost giant simulacra
  A boulder beetle zombie (Crypt:1)
  14 snapping turtles (shapeshifter)
  730 slime creatures
  201 water elementals
  7 culicivoras (shapeshifter)
  172 jumping spiders
  A centaur simulacrum (D:10)
  3 vampires
  95 spriggans
  5 jumping spiders (shapeshifter)
  7 slime creatures (shapeshifter)
  3 ettin skeletons
  147 culicivoras
  223 air elementals
  20 shadows
  189 ynoxinuls
  9 spriggans (shapeshifter)
  60 wyverns
  31 wraiths
  3 humans (shapeshifter)
  2 basilisks (shapeshifter)
  8 fire elementals
  A wyvern (shapeshifter) (Zig:23)
  175 yaks
  426 ushabtiu
  40 basilisks
  A warg (shapeshifter) (Zig:16)
  A wind drake zombie (Crypt:3)
  122 golden eyes
  2 golden eyes (shapeshifter)
  4 yaks (shapeshifter)
  4 hogs (shapeshifter)
  67 steam dragons
  234 wargs
  13 redbacks (shapeshifter)
  242 redbacks
  151 chaos spawn
  A steam dragon (shapeshifter) (Zig:24)
  33 vampire mosquitoes
  293 neqoxecs
  An acid dragon (shapeshifter) (Zig:19)
  A small abomination (Abyss:4)
  2 nagas (shapeshifter)
  249 nagas
  22 swamp worms (shapeshifter)
  64 acid dragons
  A deep troll zombie (Crypt:2)
  20 swamp worms
  9 spatial vortices
  34 glowing shapeshifter zombies
  215 water moccasins
  A fire bat skeleton (Crypt:2)
  12 hell hounds
  44 glowing shapeshifter skeletons
  2 water moccasins (shapeshifter)
  2 human skeletons
  1037 orc warriors
  2 naga skeletons (Crypt:2)
  47 swamp drakes
  A faun skeleton (Crypt:2)
  2 ice beasts (Vaults:4)
  An ice beast (shapeshifter) (Zig:17)
  A sky beast (D:7)
  A sky beast (shapeshifter) (Zig:13)
  7 black bears
  3 black bears (shapeshifter)
  A crocodile (shapeshifter) (Zig:27)
  2 wolves (shapeshifter)
  A hornet zombie (Crypt:2)
  92 laughing skulls
  45 wolves
  2 tengu (shapeshifter)
  449 ogres
  5 boggarts
  26 centaurs
  A manticore skeleton (Crypt:3)
  2 phantoms
  5 kobold brigands
  10 bullfrogs
  A brain worm (shapeshifter) (Zig:12)
  A yaktaur zombie (Crypt:1)
  2 naga simulacra
  2 necrophages
  A rime drake skeleton (Crypt:3)
  A bullfrog (shapeshifter) (Zig:20)
  2 cyclops zombies (Crypt:2)
  A human simulacrum (Zig:11)
  46 earth elementals
  3 scorpions (shapeshifter)
  5 scorpions
  A water moccasin zombie (Crypt:1)
  A gnoll sergeant (D:12)
  19 glowing shapeshifter simulacra
  19 wights
  15 killer bees
  26 spriggan zombies
  2 howler monkeys
  5 electric eels
  3 crimson imps
  A bombardier beetle (D:6)
  A wolf skeleton (Crypt:2)
  A quasit (Zig:22)
  4 hounds
  5 human zombies
  5 jellies
  151 orc priests
  A gnoll bouda (D:3)
  An iguana (shapeshifter) (Zig:12)
  2 boggart zombies (Crypt:2)
  5 iguanas
  152 orc wizards
  17 hell rats
  1761 mummies
  8 gnolls
  A howler monkey skeleton (Crypt:1)
  6 adders
  2 shadow imps
  A ribbon worm zombie (Crypt:3)
  16 white imps
  3 ufetubi
  2 dart slugs
  A ribbon worm (D:4)
  84 orcs
  7 ball pythons
  A bat skeleton (Crypt:2)
  4 endoplasms
  3 giant cockroaches
  6 goblins
  5 hobgoblins
  9 jackals (D:1)
  35 kobolds
  4 quokkas
  A bat (shapeshifter) (Zig:19)
  5 bats
  A frilled lizard (D:1)
  4 rats
  A rat skeleton (Crypt:3)
  459 aspiring fleshes
  11 ball lightnings
  4 butterflies
  92 fire vortices
  6 spectral weapons
  121 starspawn tentacles
  45 tentacles
94854 creatures vanquished.

Vanquished Creatures (collateral kills)
  3 seraphim (Zig:6)
  175 dread liches
  191 ancient liches
  2 orbs of fire (Zig:21)
  The ghost of Icokhlali the Ruinous, a legendary TeBe of Gozag (Zig:9)
  The ghost of Icokhlali the Ruinous, a legendary TeBe of Gozag (Zig:9)
  The ghost of Icokhlali the Ruinous, a legendary TeBe of Gozag (Zig:9)
  162 juggernauts
  The ghost of Mojoaz the Skullcrusher, a legendary GrFi of the Shining One (Zig:9)
  The ghost of Mojoaz the Skullcrusher, a legendary GrFi of the Shining One (Zig:9)
  65 royal mummies
  68 shard shrikes
  15 Killer Klowns
  257 caustic shrikes
  489 golden dragons
  5 curse toes
  93 pandemonium lords
  2 pearl dragons
  9 profane servitors
  118 bone dragons
  108 Brimstone Fiends
  157 hellephants
  An iron giant (shapeshifter) (Zig:21)
  6 doom hounds
  663 tentacled monstrosities
  25 Tzitzimimeh
  85 electric golems
  142 iron giants
  67 Ice Fiends
  158 titans
  A walking earthen tome (Zig:17)
  3 sphinxes (shapeshifter)
  13 tainted leviathans
  18 quicksilver dragons
  17 deep elf blademasters
  19 liches
  A walking frostbound tome (Zig:19)
  208 Hell Sentinels
  34 deep elf master archers
  52 searing wretches
  182 acid blobs
  30 sphinxes
  A quicksilver dragon (shapeshifter) (Zig:9)
  36 Executioners
  8 ancient champions
  12 tentacled starspawn
  14 tengu reavers
  2 eldritch tentacles
  Donald (Orc:2)
  A thorn hunter (Zig:25)
  27 shadow dragons
  25 storm dragons
  A shadow dragon (shapeshifter) (Zig:12)
  19 revenants
  125 nagarajas
  7 daevas
  20 demonspawn warmongers
  28 fenstrider witches
  320 rockslimes
  107 emperor scorpions
  47 draconian monks
  26 quicksilver elementals
  18 azure jellies
  An azure jelly (shapeshifter) (Zig:20)
  13 vault wardens
  2 frost giants (shapeshifter)
  A fenstrider witch (shapeshifter) (Zig:20)
  2 fire giants (shapeshifter) (Zig:11)
  9 deep elf sorcerers
  50 narguns
  162 fire giants
  146 ghost moths
  An emperor scorpion (shapeshifter) (Zig:20)
  41 draconian shifters
  15 protean progenitors
  66 draconian knights
  166 balrugs
  A spectral caustic shrike (Zig:13)
  29 frost giants
  5 caustic shrike zombies
  95 iron dragons
  131 draconian scorchers
  39 draconian stormcallers
  150 demonspawn blood saints
  A juggernaut zombie (Zig:11)
  18 cacodemons
  10 reapers
  3 angels
  38 curse skulls
  55 draconian annihilators
  117 orc warlords
  4 ghouls
  A spectral juggernaut (Zig:15)
  A very ugly thing (shapeshifter) (Zig:20)
  20 ironbound preservers
  41 demonspawn corrupters
  An ophan (Zig:9)
  2 caustic shrike skeletons
  21 very ugly things
  11 broodmothers
  70 stone giants
  20 quicksilver oozes
  14 green draconians
  4 apis
  17 formless jellyfish
  A green draconian (shapeshifter) (Zig:20)
  10 vampire knights
  5 deep elf demonologists
  2 juggernaut skeletons (Zig:19)
  17 putrid mouths
  6 eleionomae
  18 yellow draconians
  63 bennus
  20 black draconians
  10 deep elf annihilators
  3 deep elf death magi
  18 demonspawn black suns
  23 lorocyprocas
  80 red draconians
  35 wendigos
  14 war gargoyles
  10 bunyips
  20 purple draconians
  31 dire elephants
  16 white draconians
  23 iron golems
  13 spark wasps
  5 crystal guardians
  15 blizzard demons
  5 eidola
  11 mummy priests
  12 ettins
  A jiangshi (Zig:5)
  17 merfolk javelineers
  39 green deaths
  A spectral sphinx (Zig:13)
  12 deep elf high priests
  76 fire dragons
  91 shambling mangroves
  24 yaktaur captains
  A spectral spriggan (Zig:13)
  2 spriggan zombies
  67 entropy weavers
  5 merfolk impalers
  A quicksilver dragon skeleton (Zig:16)
  305 salamander tyrants
  3 ice dragons
  2 rakshasas
  15 hydras
  A spectral tengu (Zig:13)
  2 vault guards
  14 hell beasts
  7 jorogumos
  8 anacondas
  2 ogre magi
  4 great orbs of eyes
  2 spectral shadow dragons
  2 caustic shrike simulacra
  4 spriggan air magi
  A spriggan skeleton (Zig:26)
  3 ghost crabs
  A stoker (Zig:14)
  6 alligators
  35 catoblepae
  6 radroaches
  11 boulder beetles
  27 merfolk aquamancers
  6 satyrs
  2 centaur warriors
  4 merfolk avatars
  An anaconda (shapeshifter) (Zig:12)
  A death knight (D:14)
  7 alligator snapping turtles
  3 death yaks
  3 two-headed ogres
  2 death scarabs
  16 hell hogs
  2 deep troll earth magi
  18 naga warriors
  25 thrashing horrors
  5 vampire magi
  30 naga sharpshooters
  A titan zombie (Zig:22)
  168 dancing weapons
  11 shock serpents
  28 orc high priests
  34 sun demons
  3 spriggans
  12 demonic crawlers
  16 hell knights
  6 deep elf knights
  2 storm dragon zombies
  10 soul eaters
  10 crystal echidnas
  A skyshark (shapeshifter) (Zig:17)
  A fire crab (Zig:21)
  111 wretched stars
  93 iron trolls
  A fire crab (shapeshifter) (Zig:20)
  13 pharaoh ants
  7 sea snakes
  6 cherubim
  32 skysharks
  31 salamander mystics
  A sixfirhy (Zig:23)
  An iron troll (shapeshifter) (Zig:12)
  5 titan skeletons
  7 shadow wraiths
  7 bog bodies
  35 spatial maelstroms
  4 golden dragon zombies
  3 glowing orange brains
  17 swamp dragons
  A mana viper (shapeshifter) (Zig:11)
  A sea snake (shapeshifter) (Zig:20)
  A deep troll (shapeshifter) (Zig:20)
  5 flayed ghosts
  5 goliath frogs
  8 spriggan druids
  3 death drakes
  A spectral iron dragon (Zig:25)
  10 orb spiders
  3 deep elf archers
  5 mana vipers
  9 naga ritualists
  4 ironbound convokers
  13 orange crystal statues
  47 sun moths
  2 glowing orange brains (shapeshifter)
  A shadow demon (Zig:27)
  A lindwurm (Zig:5)
  59 steelbarb worms
  2 shock serpents (shapeshifter)
  19 large abominations
  10 orc knights
  10 obsidian statues
  21 deep elf pyromancers
  15 shining eyes
  A shadow dragon zombie (Zig:7)
  4 steelbarb worms (shapeshifter)
  A golden dragon skeleton (Zig:19)
  12 deep elf zephyrmancers
  2 harpies (Zig:24)
  6 phantasmal warriors
  4 iron dragon zombies
  4 necromancers
  7 orc sorcerers
  4 fauns (Zig:24)
  A tengu skeleton (Zig:19)
  15 will-o-the-wisps
  33 moths of wrath
  3 oklob plants
  26 wolf spiders
  A sphinx simulacrum (Zig:27)
  5 manticores
  2 moths of wrath (shapeshifter) (Zig:20)
  8 cyclopes
  24 salamanders
  A salamander (shapeshifter) (Zig:20)
  An iron dragon skeleton (Zig:15)
  2 meliai
  A faun (shapeshifter) (Zig:20)
  2 merfolk sirens
  A fire giant skeleton (Zig:6)
  An elephant (Zig:21)
  9 kobold blastminers
  8 vault sentinels
  13 naga magi
  96 torpor snails
  65 slime creatures
  42 apocalypse crabs
  An eye of devastation (shapeshifter) (Zig:21)
  21 rust devils
  80 smoke demons
  30 black mambas
  21 guardian serpents
  2 water nymphs (shapeshifter)
  13 eyes of devastation
  4 worldbinders
  59 water nymphs
  A gargoyle (D:11)
  6 orange demons
  6 cane toads
  43 hellions
  8 efreet
  3 freezing wraiths
  3 rime drakes
  5 komodo dragons
  18 ancient zymes
  40 tormentors
  A golden dragon simulacrum (Zig:25)
  34 red devils
  10 trolls
  A yaktaur (Zig:24)
  An ice devil (Zig:19)
  A spectral glowing shapeshifter (Zig:19)
  12 guardian mummies
  5 silent spectres
  6 hellwings
  A queen bee (Zig:25)
  6 wind drakes
  3 polar bears
  A bloated husk (Zig:12)
  A tengu simulacrum (Zig:13)
  11 tarantellas
  190 hornets
  14 merfolk
  8 raiju
  10 tyrant leeches
  2 snapping turtles (shapeshifter)
  4 blink frogs
  24 glass eyes
  3 snapping turtles
  2 iron dragon simulacra (Zig:25)
  22 jumping spiders
  A slime creature (shapeshifter) (Zig:24)
  11 ynoxinuls
  8 culicivoras
  7 air elementals
  5 water elementals
  6 yaks
  2 wraiths
  A yak (shapeshifter) (Zig:23)
  2 wyverns
  8 ushabtiu
  121 fire elementals
  5 basilisks
  A fire bat (shapeshifter) (Zig:24)
  11 neqoxecs
  6 golden eyes
  17 redbacks
  6 wargs
  A steam dragon (Zig:16)
  Menkaure (D:7)
  2 spatial vortices (Zig:16)
  5 chaos spawn
  5 nagas
  8 water moccasins
  3 hell hounds
  26 orc warriors
  4 swamp drakes
  A glowing shapeshifter skeleton (Zig:4)
  5 laughing skulls
  A boggart (Lair:5)
  A wolf (Zig:26)
  14 ogres
  40 starcursed masses
  3 centaurs
  A kobold brigand (D:8)
  A bullfrog (D:9)
  122 earth elementals
  A wight (D:8)
  2 crimson imps
  7 orc priests
  3 orc wizards
  3 hell rats
  19 mummies
  2 gnolls (D:4)
  5 orcs
  28 aspiring fleshes
  82 boulders
  3 fire vortices
  6 starspawn tentacles
  A tentacle (Zig:22)
10196 creatures vanquished.

Vanquished Creatures (others)
  62 dread liches
  54 ancient liches
  4 orbs of fire (Zig:21)
  The ghost of Icokhlali the Ruinous, a legendary TeBe of Gozag (Zig:13)
  The ghost of Icokhlali the Ruinous, a legendary TeBe of Gozag (Zig:13)
  The ghost of Icokhlali the Ruinous, a legendary TeBe of Gozag (Zig:26)
  The ghost of Icokhlali the Ruinous, a legendary TeBe of Gozag (Zig:9)
  The ghost of Icokhlali the Ruinous, a legendary TeBe of Gozag (Zig:9)
  The ghost of Icokhlali the Ruinous, a legendary TeBe of Gozag (Zig:9)
  The ghost of Icokhlali the Ruinous, a legendary TeBe of Gozag (Zig:26)
  The ghost of Icokhlali the Ruinous, a legendary TeBe of Gozag (Zig:9)
  The ghost of Icokhlali the Ruinous, a legendary TeBe of Gozag (Zig:9)
  The ghost of Icokhlali the Ruinous, a legendary TeBe of Gozag (Zig:9)
  The ghost of Icokhlali the Ruinous, a legendary TeBe of Gozag (Zig:26)
  The ghost of Icokhlali the Ruinous, a legendary TeBe of Gozag (Zig:9)
  The ghost of Icokhlali the Ruinous, a legendary TeBe of Gozag (Zig:26)
  The ghost of Icokhlali the Ruinous, a legendary TeBe of Gozag (Zig:26)
  The ghost of Icokhlali the Ruinous, a legendary TeBe of Gozag (Zig:9)
  The ghost of Icokhlali the Ruinous, a legendary TeBe of Gozag (Zig:9)
  The ghost of Icokhlali the Ruinous, a legendary TeBe of Gozag (Zig:9)
  The ghost of Icokhlali the Ruinous, a legendary TeBe of Gozag (Zig:26)
  The ghost of Icokhlali the Ruinous, a legendary TeBe of Gozag (Zig:9)
  The ghost of Icokhlali the Ruinous, a legendary TeBe of Gozag (Zig:9)
  The ghost of Icokhlali the Ruinous, a legendary TeBe of Gozag (Zig:9)
  The ghost of Icokhlali the Ruinous, a legendary TeBe of Gozag (Zig:9)
  11 royal mummies
  21 juggernauts
  The ghost of Mojoaz the Skullcrusher, a legendary GrFi of the Shining One (Zig:13)
  The ghost of Mojoaz the Skullcrusher, a legendary GrFi of the Shining One (Zig:9)
  The ghost of Mojoaz the Skullcrusher, a legendary GrFi of the Shining One (Zig:26)
  The ghost of Mojoaz the Skullcrusher, a legendary GrFi of the Shining One (Zig:26)
  The ghost of Mojoaz the Skullcrusher, a legendary GrFi of the Shining One (Zig:26)
  The ghost of Mojoaz the Skullcrusher, a legendary GrFi of the Shining One (Zig:26)
  The ghost of Mojoaz the Skullcrusher, a legendary GrFi of the Shining One (Zig:26)
  The ghost of Mojoaz the Skullcrusher, a legendary GrFi of the Shining One (Zig:26)
  The ghost of Mojoaz the Skullcrusher, a legendary GrFi of the Shining One (Zig:26)
  The ghost of Mojoaz the Skullcrusher, a legendary GrFi of the Shining One (Zig:26)
  The ghost of Mojoaz the Skullcrusher, a legendary GrFi of the Shining One (Zig:9)
  The ghost of Mojoaz the Skullcrusher, a legendary GrFi of the Shining One (Zig:9)
  The ghost of Mojoaz the Skullcrusher, a legendary GrFi of the Shining One (Zig:13)
  The ghost of Mojoaz the Skullcrusher, a legendary GrFi of the Shining One (Zig:9)
  The ghost of Mojoaz the Skullcrusher, a legendary GrFi of the Shining One (Zig:13)
  The ghost of Mojoaz the Skullcrusher, a legendary GrFi of the Shining One (Zig:9)
  The ghost of Mojoaz the Skullcrusher, a legendary GrFi of the Shining One (Zig:9)
  The ghost of Mojoaz the Skullcrusher, a legendary GrFi of the Shining One (Zig:9)
  The ghost of Mojoaz the Skullcrusher, a legendary GrFi of the Shining One (Zig:9)
  The ghost of Mojoaz the Skullcrusher, a legendary GrFi of the Shining One (Zig:9)
  80 Killer Klowns
  7 shard shrikes
  152 pandemonium lords
  11 curse toes
  5 profane servitors
  29 caustic shrikes
  113 golden dragons
  4 pearl dragons
  3 doom hounds (Zig:13)
  24 bone dragons
  21 hellephants
  11 Tzitzimimeh
  48 Brimstone Fiends
  111 tentacled monstrosities
  10 Ice Fiends
  37 iron giants
  57 Hell Sentinels
  A tainted leviathan (Zig:13)
  15 quicksilver dragons
  37 titans
  2 deep elf master archers
  6 liches
  10 searing wretches
  A quicksilver dragon (shapeshifter) (Zig:15)
  2 deep elf blademasters
  2 sphinxes
  5 sphinxes (shapeshifter)
  11 acid blobs
  24 Executioners
  2 krakens (Zig:20)
  3 ancient champions
  6 eldritch tentacles
  A tentacled starspawn (Abyss:5)
  3 tengu reavers
  A thorn hunter (Zig:19)
  13 shadow dragons
  4 fenstrider witches
  2 storm dragons (Zig:26)
  2 azure jellies
  40 revenants
  5 fire giants (shapeshifter)
  25 draconian monks
  9 narguns
  27 fire giants
  52 protean progenitors
  24 iron dragons
  41 draconian knights
  5 fenstrider witches (shapeshifter)
  31 rockslimes
  7 demonspawn warmongers
  2 azure jellies (shapeshifter)
  27 nagarajas
  6 frost giants
  62 draconian scorchers
  A deep elf elementalist (Elf:3)
  23 draconian shifters
  8 emperor scorpions
  A quicksilver elemental (Zig:11)
  10 ghost moths
  A vault warden (Zig:27)
  3 frost giants (shapeshifter)
  5 deep elf sorcerers
  2 ghouls
  9 cacodemons
  72 balrugs
  12 draconian stormcallers
  55 curse skulls
  A juggernaut zombie (Zig:16)
  15 draconian annihilators
  6 orc warlords
  8 demonspawn corrupters
  22 very ugly things
  2 broodmothers
  2 stone giants (shapeshifter) (Zig:21)
  8 reapers
  A very ugly thing (shapeshifter) (Zig:20)
  2 formless jellyfish (shapeshifter)
  6 green draconians
  9 stone giants
  22 demonspawn black suns
  6 black draconians
  3 eleionomae (shapeshifter)
  A deep elf demonologist (Zig:27)
  A vampire knight (Zig:27)
  39 demonspawn blood saints
  3 eleionomae
  5 white draconians
  9 purple draconians
  3 deep elf annihilators
  2 bennus
  15 starcursed masses
  2 putrid mouths (Zig:13)
  2 wendigos
  11 bunyips
  14 lorocyprocas
  11 deep elf death magi
  20 red draconians
  6 dire elephants
  2 war gargoyles (Zig:24)
  8 yellow draconians
  A spark wasp (Zig:18)
  33 eidola
  2 ettins
  17 green deaths
  10 blizzard demons
  2 mummy priests
  A merfolk impaler (Zig:27)
  9 fire dragons
  23 shambling mangroves
  4 entropy weavers
  A merfolk javelineer (Zig:24)
  2 deep elf high priests
  An ice dragon (Zig:21)
  2 juggernaut simulacra
  3 jorogumos
  6 catoblepae
  10 caustic shrike simulacra
  3 spriggan air magi
  2 catoblepae (shapeshifter) (Zig:20)
  A vault guard (Zig:24)
  3 alligators
  20 ghost crabs
  9 hydras
  An alligator snapping turtle (Zig:25)
  An alligator (shapeshifter) (Zig:17)
  An anaconda (Zig:27)
  3 hell beasts
  4 merfolk aquamancers
  3 radroaches
  A two-headed ogre (Zig:18)
  6 boulder beetles
  44 salamander tyrants
  2 alligator snapping turtles (shapeshifter)
  An anaconda (shapeshifter) (Zig:20)
  2 satyrs
  A death yak (shapeshifter) (Zig:21)
  2 thrashing horrors
  3 two-headed ogres (shapeshifter)
  5 dancing weapons
  2 hell hogs
  A death scarab (Zig:16)
  2 demonic crawlers
  5 naga sharpshooters
  2 vampire magi
  A shock serpent (shapeshifter) (Zig:21)
  2 shock serpents
  16 soul eaters
  8 sun demons
  4 deep elf knights (Zig:23)
  29 wretched stars
  2 crystal echidnas
  4 hell knights
  5 skysharks
  A shadow wraith (Zig:15)
  4 skysharks (shapeshifter)
  4 iron trolls
  2 death drakes (shapeshifter)
  2 sixfirhies
  3 sea snakes
  7 shadow demons
  2 spatial maelstroms
  2 orb spiders
  2 salamander mystics
  3 glowing orange brains (shapeshifter) (Zig:21)
  5 deep trolls (shapeshifter)
  5 orb spiders (shapeshifter)
  6 iron trolls (shapeshifter)
  A sea snake (shapeshifter) (Zig:27)
  An obsidian statue (Zig:27)
  A glowing orange brain (Zig:8)
  11 spriggan druids
  2 cherubim
  3 sun moths
  A naga ritualist (Zig:21)
  2 steelbarb worms (shapeshifter)
  2 swamp dragons (shapeshifter)
  An ironbound convoker (Zig:24)
  A lindwurm (shapeshifter) (Elf:3)
  2 mana vipers (shapeshifter)
  8 swamp dragons
  2 sun moths (shapeshifter) (Zig:21)
  2 spriggan simulacra
  13 phantasmal warriors
  4 deep elf archers
  A steelbarb worm (Zig:18)
  10 deep elf zephyrmancers
  A lindwurm (Zig:11)
  A harpy (Zig:18)
  4 sphinx simulacra
  A deep elf pyromancer (Zig:23)
  A shining eye (Zig:26)
  2 orc sorcerers
  2 wolf spiders
  An ugly thing (shapeshifter) (Zig:15)
  4 shining eyes (shapeshifter)
  2 fauns (shapeshifter) (Zig:27)
  A glowing shapeshifter (Zig:21)
  2 wolf spiders (shapeshifter)
  2 manticores (shapeshifter) (Zig:8)
  4 moths of wrath
  2 salamanders
  2 cyclopes (shapeshifter) (Zig:21)
  3 large abominations
  A moth of wrath (shapeshifter) (Zig:8)
  7 will-o-the-wisps
  A meliai (shapeshifter) (Zig:27)
  3 oklob plants (Zig:26)
  71 apocalypse crabs
  A titan simulacrum (Zig:11)
  A guardian serpent (shapeshifter) (Zig:21)
  17 smoke demons
  2 rust devils
  2 elephants (shapeshifter)
  5 eyes of devastation (Zig:15)
  3 naga magi
  7 water nymphs (shapeshifter)
  2 torpor snails
  3 guardian serpents (Zig:21)
  An ice statue (Zig:13)
  3 eyes of devastation (shapeshifter)
  12 water nymphs
  3 torpor snails (shapeshifter)
  2 cane toads
  A storm dragon simulacrum (Zig:25)
  2 cane toads (shapeshifter)
  3 unseen horrors (shapeshifter)
  A rime drake (Zig:20)
  A spark wasp simulacrum (Zig:7)
  9 tormentors
  9 hellions
  2 guardian mummies (Zig:16)
  4 golden dragon simulacra
  A merfolk (Zig:18)
  12 bloated husks
  A queen bee (Zig:27)
  An ancient zyme (Zig:27)
  2 ice devils
  A queen bee (shapeshifter) (Zig:15)
  4 red devils
  2 merfolk (shapeshifter)
  A polar bear (shapeshifter) (Zig:15)
  3 tengu simulacra
  A tarantella (shapeshifter) (Zig:21)
  A hellwing (Zig:27)
  36 hornets
  7 tyrant leeches
  A tyrant leech (shapeshifter) (Zig:27)
  4 glass eyes (shapeshifter)
  A tarantella (Zig:8)
  7 shadow dragon simulacra
  2 raiju
  A raiju (shapeshifter) (Zig:20)
  2 dream sheep (shapeshifter) (Zig:27)
  3 iron dragon simulacra
  2 snapping turtles
  2 dream sheep (Zig:20)
  A culicivora (Zig:7)
  A snapping turtle (shapeshifter) (Zig:20)
  A spriggan (shapeshifter) (Zig:8)
  A jumping spider (shapeshifter) (Zig:21)
  2 slime creatures (shapeshifter) (Zig:20)
  4 ynoxinuls
  An air elemental (Zig:24)
  3 water elementals
  3 ushabtiu (Zig:19)
  7 fire elementals
  2 yaks (shapeshifter)
  2 golden eyes (shapeshifter)
  3 steam dragons
  A yak (Zig:27)
  29 chaos spawn
  A redback (shapeshifter) (Zig:9)
  2 neqoxecs
  A redback (Zig:5)
  An acid dragon (shapeshifter) (Zig:21)
  7 swamp worms (shapeshifter)
  A water moccasin (Zig:25)
  2 hell hounds
  A swamp drake (Zig:10)
  An ice beast (shapeshifter) (Zig:21)
  An ogre (Zig:18)
  A wolf (Zig:26)
  An earth elemental (Zig:24)
  4 glowing shapeshifter simulacra
  A hell rat (Zig:24)
  An orc wizard (D:7)
  9 mummies
  54 aspiring fleshes
  78 ball lightnings
  91 boulders
  41 fire vortices
  133 foxfires
  92 starspawn tentacles
  54 tentacles
3297 creatures vanquished.

Grand Total: 108347 creatures vanquished

Notes
Turn   | Place    | Note
-------+----------+-------------------------------------------
     0 | D:1      | bakla the Gargoyle Earth Elementalist began the quest for
                  | the Orb.
     0 | D:1      | Reached XP level 1. HP: 10/10 MP: 3/3
   129 | D:1      | Reached skill level 1 in Fighting
   254 | D:1      | Reached XP level 2. HP: 16/16 MP: 3/5
   669 | D:1      | Reached XP level 3. HP: 21/21 MP: 3/6
   675 | D:1      | Learned a level 1 spell: Summon Small Mammal
   794 | D:1      | Learned a level 2 spell: Call Imp
  1204 | D:2      | Found a glowing golden altar of the Shining One.
  1396 | D:2      | Reached XP level 4. HP: 27/27 MP: 3/7
  2224 | D:3      | Found a blossoming altar of Fedhas.
  2225 | D:3      | Found a bloodstained altar of Trog.
  2225 | D:3      | Found a snail-covered altar of Cheibriados.
  2227 | D:3      | Found a burning altar of Makhleb.
  2228 | D:3      | Found a hide-covered altar of Uskayaw.
  2428 | D:3      | Found a faded altar of an unknown god.
  2585 | D:3      | Found a runed translucent door.
  2586 | D:3      | Noticed Crazy Yiuf
  2894 | D:4      | Found a broken altar of Ashenzari.
  2898 | D:4      | Saw a vision of the Swamp and the Snake Pit.
  2898 | D:4      | Noticed a shock serpent
  2898 | D:4      | Noticed an anaconda
  2898 | D:4      | Noticed a shambling mangrove
  2898 | D:4      | Noticed a bloated husk
  2898 | D:4      | Noticed a bunyip
  2898 | D:4      | Noticed a spriggan rider
  2898 | D:4      | Noticed a black mamba
  2898 | D:4      | Noticed an alligator
  2898 | D:4      | Noticed an alligator
  2898 | D:4      | Noticed a spriggan rider
  2898 | D:4      | Noticed a naga mage
  2898 | D:4      | Noticed an alligator
  2899 | D:4      | Noticed a naga mage
  2899 | D:4      | Noticed an alligator
  2900 | D:4      | Noticed an anaconda
  2900 | D:4      | Noticed a bog body
  2969 | D:4      | Learned a level 3 spell: Stone Arrow
  2974 | D:4      | Noticed a bullfrog
  3032 | D:4      | Reached XP level 5. HP: 32/32 MP: 5/9
  3032 | D:4      | Noticed a phantom
  3034 | D:4      | Learned a level 1 spell: Freeze
  3067 | D:4      | Killed a phantom
  3364 | D:4      | Reached skill level 5 in Earth Magic
  3364 | D:4      | Reached XP level 6. HP: 38/38 MP: 4/10
  3871 | D:3      | Reached skill level 1 in Summonings
  4110 | D:4      | Reached skill level 5 in Fighting
  4110 | D:4      | Reached XP level 7. HP: 42/44 MP: 4/12
  4715 | D:5      | Entered Level 5 of the Dungeon
  4963 | D:5      | Learned a level 3 spell: Call Canine Familiar
  4992 | D:5      | Found a sparkling altar of Nemelex Xobeh.
  5059 | D:5      | Found Xonyire's Weapon Emporium.
  5377 | D:5      | Found Qaoshrec's General Store.
  5382 | D:5      | Bought a +0 buckler of protection for 172 gold pieces
  5382 | D:5      | Bought a scroll of identify for 30 gold pieces
  5382 | D:5      | Bought a scroll of identify for 30 gold pieces
  5939 | D:6      | Reached skill level 1 in Shields
  6083 | D:6      | Reached XP level 8. HP: 48/51 MP: 6/14
  6218 | D:6      | Noticed Maggie
  6686 | D:6      | Found Cash's Armour Emporium.
  6686 | D:6      | Found a staircase to the Ecumenical Temple.
  7005 | D:6      | Killed Maggie
  7204 | D:6      | Reached XP level 9. HP: 58/58 MP: 13/16
  7243 | D:6      | Reached skill level 5 in Spellcasting
  7523 | D:7      | Noticed Menkaure
  7724 | D:7      | Found Raavaffo's Antique Armour Shop.
  7851 | D:7      | Killed Menkaure
  7892 | D:7      | Found Bemeawiu's Magic Scroll Shoppe.
  7943 | D:7      | Found an opulent altar of Gozag.
  7948 | D:7      | Found Gozag's Platinum Reserve.
  7952 | D:7      | Became a worshipper of Gozag Ym Sagoz the Greedy
  8292 | D:7      | Found a transporter.
  8293 | D:7      | Found Nojygean's Assorted Antiques.
  8349 | D:7      | Found a transporter.
  8628 | D:7      | Learned a level 4 spell: Brom's Barrelling Boulder
  9244 | D:7      | Bought a pair of polished boots for 266 gold pieces
  9244 | D:7      | Identified the +2 pair of boots of Nydiamir {Slay+6} (You
                  | bought it in a shop on level 7 of the Dungeon)
  9774 | D:8      | Found a hazy altar of Hepliaklqana.
  9797 | D:8      | Reached XP level 10. HP: 66/66 MP: 13/18
 10440 | D:7      | Bought a pair of embroidered gloves for 165 gold pieces
 10505 | D:9      | Noticed Amaemon
 10505 | D:9      | Noticed an orange demon
 10912 | D:9      | You are sucked into a shaft and drop 3 floors!
 10953 | D:12     | Noticed a cyclops
 11019 | D:10     | Entered Level 10 of the Dungeon
 11038 | D:10     | Reached skill level 10 in Fighting
 11059 | D:10     | Reached skill level 5 in Conjurations
 11848 | D:9      | Killed Amaemon
 11951 | D:9      | Killed an orange demon
 12096 | D:10     | Noticed a two-headed ogre
 12226 | D:10     | Reached XP level 11. HP: 68/74 MP: 19/21
 12529 | D:10     | Found a staircase to the Lair.
 12558 | D:10     | Reached skill level 10 in Earth Magic
 12698 | D:10     | Killed a two-headed ogre
 12863 | D:11     | Found a broken altar of Ashenzari.
 13028 | D:7      | Bought a masterwork leather armour for 196 gold pieces
 13028 | D:7      | Identified the +1 leather armour of Ignis's Castigation
                  | {*Slow rPois Regen+ Int+3} (You bought it in a shop on
                  | level 7 of the Dungeon)
 13103 | D:7      | Bought a garnet ring for 110 gold pieces
 13106 | D:7      | Bought a scroll of teleportation for 66 gold pieces
 13480 | D:11     | Found a staircase to the Orcish Mines.
 13595 | D:11     | Found Beorgh's Weapon Shoppe.
 14199 | D:12     | Noticed a cyclops
 14384 | D:12     | Killed a cyclops
 14549 | D:12     | Noticed a deep elf pyromancer
 14614 | D:12     | Killed a deep elf pyromancer
 14707 | D:12     | Reached XP level 12. HP: 76/84 MP: 16/24
 17399 | D:13     | Noticed a centaur warrior
 17544 | Lair:1   | Entered Level 1 of the Lair of Beasts
 17842 | Lair:1   | Learned a level 3 spell: Mephitic Cloud
 17875 | Lair:1   | Noticed a death yak
 17881 | Lair:1   | Noticed a death yak
 17888 | Lair:1   | Noticed a death yak
 17920 | D:10     | Killed a death yak
 17996 | D:10     | Killed a death yak
 17997 | D:10     | Reached skill level 15 in Fighting
 18089 | D:10     | Killed a death yak
 18664 | Lair:1   | Found a runed translucent gate.
 18664 | Lair:1   | Found a runed translucent gate.
 18664 | Lair:1   | Found a runed translucent gate.
 18669 | Lair:1   | Noticed a minotaur
 18670 | Lair:1   | Noticed hawla's ghost (novice FeSh)
 18748 | Lair:1   | Noticed Sonja
 18809 | Lair:1   | Killed Sonja
 18810 | Lair:1   | Reached XP level 13. HP: 92/92 MP: 7/26
 19577 | Lair:2   | Learned a level 4 spell: Iskenderun's Mystic Blast
 19580 | Lair:2   | Learned a level 2 spell: Blink
 19784 | Lair:2   | Reached skill level 10 in Spellcasting
 19813 | Lair:2   | Reached skill level 1 in Translocations
 21499 | Lair:3   | Found a staircase to the Snake Pit.
 21728 | Lair:3   | Found a staircase to the Swamp.
 21985 | Lair:4   | Noticed Urug
 21992 | Lair:4   | Killed Urug
 22540 | Lair:4   | Found a staircase to the Slime Pits.
 22590 | Lair:4   | Gained mutation: Your large and strong wings let you fly.
                  | [Gargoyle growth]
 22590 | Lair:4   | Reached XP level 14. HP: 96/100 MP: 18/28
 23577 | Lair:5   | Entered Level 5 of the Lair of Beasts
 23642 | Lair:4   | Learned a level 4 spell: Leda's Liquefaction
 24829 | Lair:5   | Reached skill level 15 in Earth Magic
 25783 | Lair:5   | Identified the +9 trident of the Key {flame, rPois rC+
                  | Stlth+}
 26251 | Lair:5   | Reached XP level 15. HP: 100/108 MP: 5/31
 27865 | Lair:1   | Identified the amulet of the Shining Light {Reflect Fly rF+
                  | Regen+ Int-3 SH+5}
 29690 | D:14     | Found Ystrent's Weapon Emporium.
 30404 | D:14     | Found Kiskoky's Magic Scroll Emporium.
 30412 | D:14     | Bought a scroll of teleportation for 57 gold pieces
 30412 | D:14     | Bought a scroll of immolation for 76 gold pieces
 30412 | D:14     | Bought a scroll of revelation for 142 gold pieces
 30412 | D:14     | Bought a scroll of summoning for 180 gold pieces
 30412 | D:14     | Bought 2 scrolls of fear for 152 gold pieces
 30645 | D:14     | Found Koneiw's General Store.
 30658 | D:14     | Bought a scroll of blinking for 105 gold pieces
 30658 | D:14     | Bought a potion of magic for 112 gold pieces
 31060 | D:14     | Found a gate to the Vaults.
 31085 | D:14     | Found Vuusal's Jewellery Shop.
 31466 | D:14     | Identified the +5 ring mail of Zeiptam {rElec Int+3}
 31474 | D:14     | Noticed Jorgrun
 31809 | D:14     | Found Sibeug's Distillery.
 31814 | D:14     | Bought a potion of ambrosia for 112 gold pieces
 31814 | D:14     | Bought a potion of haste for 140 gold pieces
 32065 | D:15     | Entered Level 15 of the Dungeon
 32065 | D:15     | Found Nuesh's Assorted Antiques.
 32069 | D:15     | Bought a steaming robe for 159 gold pieces
 32069 | D:15     | Identified the +5 robe of Pride {Int+3} (You bought it in a
                  | shop on level 15 of the Dungeon)
 32194 | D:15     | Found a shadowy altar of Dithmenos.
 32219 | D:15     | Found a transporter.
 32229 | D:15     | Found a bloodstained altar of Trog.
 32238 | D:15     | Found a transporter.
 32238 | D:15     | Noticed Ofemazen's ghost (journeyman SpEn)
 32795 | D:15     | Found a staircase to the Depths.
 33772 | D:15     | Reached XP level 16. HP: 110/118 MP: 14/32
 34138 | Orc:1    | Entered Level 1 of the Orcish Mines
 34368 | Orc:1    | Found Cysoa's Weapon Emporium.
 35033 | Orc:1    | Paralysed by an orc sorcerer for 3 turns
 35539 | Orc:2    | Entered Level 2 of the Orcish Mines
 35580 | Orc:2    | Noticed Nessos
 35594 | Orc:2    | Killed Nessos
 35600 | Orc:2    | Noticed Donald
 36330 | Orc:2    | Found Reupod's Antique Weapon Shoppe.
 36380 | Orc:2    | Killed Donald
 37363 | Orc:2    | Found a staircase to the Elven Halls.
 39632 | Orc:2    | Found Totiec's Antique Armour Shoppe.
 39635 | Orc:2    | Found Gaqogh's Armour Shoppe.
 39636 | Orc:2    | Found Ykiux's Antique Armour Shoppe.
 39636 | Orc:2    | Found Yqemib's Distillery.
 39641 | Orc:2    | Bought a pair of glowing gloves for 240 gold pieces
 39641 | Orc:2    | Bought a shiny troll leather armour for 576 gold pieces
 39645 | Orc:2    | Bought a runed hat for 231 gold pieces
 39653 | Orc:2    | Bought a potion of heal wounds for 85 gold pieces
 39653 | Orc:2    | Bought 2 potions of heal wounds for 170 gold pieces
 39653 | Orc:2    | Bought a potion of resistance for 170 gold pieces
 39680 | Orc:2    | Bought the Compendium of Diablerie for 704 gold pieces
 39686 | Orc:2    | Learned a level 5 spell: Borgnjor's Vile Clutch
 39906 | Snake:1  | Entered Level 1 of the Snake Pit
 42675 | Snake:2  | Reached XP level 17. HP: 125/125 MP: 14/34
 43864 | Snake:3  | Found Kagyalom's Jewellery Boutique.
 45430 | Snake:4  | Entered Level 4 of the Snake Pit
 45488 | Snake:4  | Identified 2 scrolls of acquirement
 45511 | Snake:4  | Acquired 635 gold pieces
 45512 | Snake:4  | Acquired 1188 gold pieces
 46629 | Snake:4  | Bought a scroll of revelation for 97 gold pieces
 46633 | Snake:4  | Bought a glowing cloak for 270 gold pieces
 47382 | Snake:4  | Reached XP level 18. HP: 112/132 MP: 27/36
 47499 | Snake:4  | Noticed Louise
 48385 | Snake:4  | Reached skill level 1 in Maces & Flails
 48528 | Snake:4  | Killed Louise
 48737 | Snake:4  | Reached skill level 10 in Conjurations
 49079 | Snake:4  | Got a serpentine rune of Zot
 49413 | Elf:1    | Entered Level 1 of the Elven Halls
 49703 | Snake:3  | Bought a ring of willpower for 475 gold pieces
 50272 | Elf:1    | Found Xyfontef's General Store.
 50282 | Elf:1    | Paralysed by an air elemental for 1 turns
 50290 | Elf:1    | Paralysed by an air elemental for 1 turns
 51143 | Elf:2    | Found Moghuw's Book Boutique.
 51346 | Elf:2    | Noticed Roxanne
 51586 | Elf:2    | Found a runed translucent gate.
 51592 | Elf:2    | Found a runed translucent gate.
 51592 | Elf:2    | Found a runed translucent gate.
 51704 | Elf:2    | Reached skill level 15 in Spellcasting
 51912 | Elf:2    | Reached XP level 19. HP: 87/139 MP: 16/38
 52280 | Elf:2    | Found a bloodstained altar of Trog.
 52531 | Elf:3    | Entered Level 3 of the Elven Halls
 52536 | Elf:3    | Found Zywidad's Jewellery Emporium.
 52538 | Elf:3    | Found Xanuh's Book Boutique.
 52539 | Elf:3    | Found Quhethrets's Jewellery Emporium.
 52967 | Elf:3    | Noticed a Brimstone Fiend
 53182 | Elf:3    | Identified the +7 rapier "Jaciw" {spect, rN+}
 53382 | Elf:3    | Identified the +1 great mace "Wyna" {pain, ^Fragile rPois
                  | MP+9 Dex+3}
 53382 | Elf:3    | Identified the ring "Puujew" {rC+++ rCorr Str+2 Int+6
                  | Slay-2}
 53498 | Elf:3    | Identified the +6 quarterstaff of Ebbumaom {flame, ^Drain
                  | Dex+3}
 53636 | Elf:3    | Identified the +0 robe of Hangman {+Inv Dex+2}
 54311 | Elf:2    | Bought a book of Annihilations for 840 gold pieces
 54321 | Elf:2    | Learned a level 9 spell: Shatter
 54739 | Elf:3    | Identified the +6 halberd "Hydraslayer" {flame, Will- Str+3
                  | Stlth+}
 54739 | Elf:3    | Identified the ring of the Secret Bounties {rElec MP+9
                  | Dex+3}
 55025 | Elf:3    | Identified the +5 morningstar "With Two Names" {flame,
                  | rElec rPois Int-5}
 55084 | Elf:3    | Identified the +0 pair of gloves of the Devil {*Corrode
                  | rElec Str+3}
 55449 | Elf:3    | Identified the staff "Gufo" {+Blink rC+ Dex+2 Ice Air}
 55782 | Snake:3  | Bought the amulet of the Original Sin {RegenMP +Blink Will+
                  | Int+4} for 1102 gold pieces
 56066 | D:14     | Killed Jorgrun
 56180 | Vaults:1 | Entered Level 1 of the Vaults
 57234 | Vaults:1 | Reached XP level 20. HP: 140/145 MP: 4/39
 58335 | Vaults:2 | Reached skill level 1 in Armour
 58954 | Vaults:2 | Found Bohidiun's Weapon Shop.
 59797 | Vaults:2 | Found a runed translucent gate.
 59797 | Vaults:2 | Found a runed translucent gate.
 59797 | Vaults:2 | Found a runed translucent gate.
 59798 | Vaults:2 | Noticed HilariousDeathArtist's ghost (adept CeWn)
 59800 | Vaults:2 | Found a viscous altar of Jiyva.
 59957 | Vaults:3 | Found Saqi's Weapon Emporium.
 60623 | Vaults:3 | Reached skill level 5 in Armour
 60638 | Vaults:3 | Reached XP level 21. HP: 151/151 MP: 6/40
 60667 | Vaults:3 | Found a basalt altar of Yredelemnul.
 60667 | Vaults:3 | Found a staircase to the Crypt.
 60737 | Vaults:3 | Found an ancient bone altar of Kikubaaqudgha.
 62123 | Vaults:4 | Reached skill level 5 in Dodging
 62139 | Vaults:4 | Identified the +2 robe of Keojit {rC++}
 62172 | Vaults:4 | Found a magical portal.
 62203 | WizLab   | Entered Yara's Duelist Academy
 62483 | Vaults:4 | Identified the amulet "Vext" {RegenMP Rampage}
 62926 | Vaults:4 | Found Xeugejau's Antique Weapon Shoppe.
 63175 | Vaults:5 | Entered Level 5 of the Vaults
 63457 | Vaults:5 | Reached XP level 22. HP: 151/156 MP: 36/42
 63459 | Vaults:5 | Identified the +5 quick blade "Fisuleho" {antimagic, rElec
                  | rC+ rN+ Int-2}
 63466 | Vaults:5 | Noticed an ancient lich
 63529 | Vaults:5 | Killed an ancient lich
 63843 | Vaults:5 | Noticed a dread lich
 63846 | Vaults:5 | Killed a dread lich
 64731 | Vaults:5 | Identified the +5 ring mail "Decsen" {*Slow Fly rF+ Int+2}
 64741 | Vaults:5 | Identified the +1 shortbow "Ulizab" {freeze, *Corrode rPois
                  | rN++ Dex+2 Stlth-}
 64828 | Vaults:5 | Noticed a golden dragon
 64932 | Vaults:5 | Killed a golden dragon
 65586 | Vaults:5 | Got a silver rune of Zot
 65609 | Vaults:5 | Identified the +0 scale mail of the Mpinguari {Harm ^Drain
                  | rF++ Int+3}
 66041 | Swamp:1  | Entered Level 1 of the Swamp
 66146 | Swamp:2  | Noticed Mlioglotl
 66149 | Swamp:2  | Killed Mlioglotl
 66200 | Swamp:3  | Found a runed translucent gate.
 66202 | Swamp:3  | Noticed Vudadgh's ghost (adept HuWr)
 66202 | Swamp:3  | Noticed Ricegish's ghost (adept GnFi)
 66203 | Swamp:3  | Found a runed translucent gate.
 66204 | Swamp:3  | Found a runed translucent gate.
 66205 | Swamp:3  | Noticed Nomoy's ghost (adept NaFi)
 66205 | Swamp:3  | Noticed Matygoc's ghost (adept HaSk)
 66217 | Swamp:3  | Reached skill level 10 in Armour
 66223 | Swamp:4  | Entered Level 4 of the Swamp
 66272 | Swamp:4  | Reached XP level 23. HP: 92/163 MP: 1/44
 66283 | Swamp:4  | Reached skill level 15 in Conjurations
 66290 | Swamp:4  | Got a decaying rune of Zot
 66292 | Swamp:4  | Got a mossy gem with 1588 turns to spare
 66675 | Swamp:4  | Found a runed translucent door.
 66676 | Swamp:4  | Noticed Vudadgh's ghost (adept HuWr)
 66892 | Swamp:3  | Reached skill level 1 in Fire Magic
 67737 | Swamp:2  | Found a broken altar of Ashenzari.
 68448 | Swamp:1  | Found a runed translucent gate.
 68448 | Swamp:1  | Found a runed translucent gate.
 68449 | Swamp:1  | Found a runed translucent gate.
 68464 | Swamp:1  | Noticed benadryl's ghost (journeyman TrSh)
 68465 | Swamp:1  | Noticed cdecastro's ghost (journeyman DrSh)
 68524 | Lair:3   | Killed benadryl's ghost
 68626 | Swamp:1  | Killed cdecastro's ghost
 69164 | Depths:1 | Entered Level 1 of the Depths
 69168 | Depths:1 | Found a portal to a secret trove of treasure.
 69434 | Slime:1  | Entered Level 1 of the Pits of Slime
 72506 | Slime:5  | Entered Level 5 of the Pits of Slime
 72874 | Slime:5  | Noticed the Royal Jelly
 72875 | Slime:5  | Reached skill level 5 in Fire Magic
 73041 | Slime:5  | Gained mutation: You are frail. (-10% HP) [a shining eye]
 73049 | Slime:5  | Reached XP level 24. HP: 153/153 MP: 4/44
 73051 | Slime:4  | Lost mutation: You are frail. (-10% HP) [potion of
                  | mutation]
 73051 | Slime:4  | Gained mutation: You have a pair of small antennae on your
                  | head. [potion of mutation]
 73051 | Slime:4  | Gained mutation: Your spells are a little harder to cast,
                  | but a little more powerful. [potion of mutation]
 73051 | Slime:4  | Gained mutation: You expend magic power (3 MP) to
                  | strengthen your wands. [potion of mutation]
 73051 | Slime:4  | Gained mutation: Your mind is acute. (Int +4, Str/Dex -1)
                  | [potion of mutation]
 73335 | Slime:5  | Gained mutation: You occasionally lose the ability to read
                  | scrolls when taking damage. [a shining eye]
 73735 | Slime:5  | Gained mutation: You are weak. (Str -2) [a shining eye]
 74068 | Slime:5  | Identified the ring of Starshine {rF+ rC+ Int+4 SInv}
 74075 | Slime:5  | Got a slimy rune of Zot
 74076 | Slime:5  | Identified the staff "Cejim" {rElec Dex-3 SInv Conj
                  | Alchemy}
 74089 | Slime:5  | Identified the +0 battleaxe "Illumpuo" {heavy, Will+ Dex+2
                  | SInv}
 74504 | Slime:5  | Got Sif Muna's Guidebook on the Burnt Faeries
 74853 | Depths:1 | You showed the slimy rune of Zot to enter a treasure trove
 74854 | Trove    | Entered a treasure trove
 74856 | Trove    | Found the +3 robe of Clouds {*Thunder rCloud rElec}
 74861 | Trove    | Identified the +6 scale mail "Gumedd" {Dex+2}
 74862 | Trove    | Identified the +1 leather armour of Distant Worlds {rF+
                  | Str+2}
 74865 | Trove    | Identified the +6 tower shield of Going Fast {rF+}
 74871 | Trove    | Identified the +0 robe of Undesirable Species {Harm}
 74872 | Trove    | Identified the +3 ring mail "Irrycis" {rC+}
 74874 | Trove    | Identified the +0 pair of gloves of a wizard's laboratory
                  | {rElec rPois Regen+}
 74889 | Trove    | Identified the +1 scale mail "Xakits" {rF+}
 75283 | Depths:1 | Found Zecwuzux's Book Boutique.
 75297 | Depths:1 | Found Zuadwer's Jewellery Shop.
 75297 | Depths:1 | Found Muen's Assorted Antiques.
 75327 | Depths:1 | Found Utwuff's Antique Weapon Shop.
 75336 | Depths:1 | Bought a runed hat for 210 gold pieces
 75628 | Depths:1 | Found a gateway to Hell.
 75664 | Depths:1 | Found a one-way gate to the infinite horrors of the Abyss.
 75902 | Depths:1 | Reached skill level 10 in Dodging
 76249 | Depths:2 | Lost mutation: You have a pair of small antennae on your
                  | head. [potion of mutation]
 76249 | Depths:2 | Lost mutation: Your spells are a little harder to cast, but
                  | a little more powerful. [potion of mutation]
 76249 | Depths:2 | Lost mutation: You expend magic power (3 MP) to strengthen
                  | your wands. [potion of mutation]
 76249 | Depths:2 | Gained mutation: Your spells are a little harder to cast,
                  | but a little more powerful. [potion of mutation]
 76249 | Depths:2 | Gained mutation: Your magical capacity is low. (-10% MP)
                  | [potion of mutation]
 76249 | Depths:2 | Gained mutation: Your body sometimes deteriorates upon
                  | taking damage. [potion of mutation]
 76249 | Depths:2 | Lost mutation: You are weak. (Str -2) [potion of mutation]
 76250 | Depths:2 | Lost mutation: Your magical capacity is low. (-10% MP)
                  | [potion of mutation]
 76250 | Depths:2 | Lost mutation: Your spells are a little harder to cast, but
                  | a little more powerful. [potion of mutation]
 76250 | Depths:2 | Gained mutation: You occasionally shout uncontrollably at
                  | your foes. [potion of mutation]
 76250 | Depths:2 | Gained mutation: Your spells are a little harder to cast,
                  | but a little more powerful. [potion of mutation]
 76251 | Depths:2 | Lost mutation: Your body sometimes deteriorates upon taking
                  | damage. [potion of mutation]
 76251 | Depths:2 | Lost mutation: Your spells are a little harder to cast, but
                  | a little more powerful. [potion of mutation]
 76251 | Depths:2 | Lost mutation: You occasionally lose the ability to read
                  | scrolls when taking damage. [potion of mutation]
 76251 | Depths:2 | Gained mutation: You are partially covered in iridescent
                  | scales. (AC +2) [potion of mutation]
 76251 | Depths:2 | Gained mutation: You are strong-willed. (Will+) [potion of
                  | mutation]
 76427 | Depths:2 | Found a one-way gateway to a ziggurat.
 76704 | Depths:2 | Found a one-way gate leading to the halls of Pandemonium.
 77054 | Depths:2 | Identified the ring "Myuz" {Int+6 Slay+2}
 77410 | Depths:2 | Found Ysutu's Magic Scroll Boutique.
 77413 | Depths:2 | Bought a scroll of revelation for 157 gold pieces
 77413 | Depths:2 | Bought a scroll of teleportation for 63 gold pieces
 77413 | Depths:2 | Bought a scroll of fear for 84 gold pieces
 77413 | Depths:2 | Bought a scroll of immolation for 84 gold pieces
 77413 | Depths:2 | Bought a scroll of immolation for 84 gold pieces
 77598 | Depths:2 | Got the Tome of Cynicism
 78030 | Depths:3 | Noticed a caustic shrike
 78281 | Crypt:1  | Entered Level 1 of the Crypt
 78342 | Crypt:1  | Noticed Grunn
 78345 | Crypt:1  | Killed Grunn
 79032 | Crypt:1  | Found a runed translucent gate.
 79032 | Crypt:1  | Found a runed translucent gate.
 79032 | Crypt:1  | Found a runed translucent gate.
 79033 | Crypt:1  | Noticed Vailuoroe's ghost (veteran GrEE)
 79037 | Crypt:1  | Found an iron altar of Okawaru.
 79728 | Crypt:1  | Reached XP level 25. HP: 158/175 MP: 28/45
 80776 | Crypt:2  | Identified the +5 mace "Concordance" {vamp, +Blink}
 81436 | Crypt:2  | Reached skill level 10 in Fire Magic
 81436 | Crypt:2  | Found the +9 sword of Zonguldrok {reap}
 81808 | Crypt:2  | Identified the +0 chain mail "Yhytuled" {Rampage Dex+3}
 82028 | Crypt:3  | Entered Level 3 of the Crypt
 82407 | Crypt:3  | Identified the ring "Buykk" {rN+ Will- MP+9 Str+3 Dex+3}
 82422 | Crypt:3  | Found the ring of the Octopus King
 82422 | Crypt:3  | Noticed a dread lich
 82430 | Crypt:3  | Killed a dread lich
 82510 | Crypt:3  | Got Sif Muna's Tractate on Fire and Scree
 82511 | Crypt:3  | Identified a ring of the Octopus King {rF+ HP+2 AC+2 EV+2
                  | SH+2}
 82519 | Crypt:3  | Got the Quarto of Bruises
 82520 | Crypt:3  | Identified the ring "Lefrazo" {rC- rN+ Will++ rCorr Stlth+}
 82525 | Crypt:3  | Identified the ring of Hixo {Fire rPois}
 82709 | Crypt:3  | Found a staircase to the Tomb.
 82986 | Tomb:1   | Entered Level 1 of the Tomb of the Ancients
 82989 | Tomb:1   | Noticed a royal mummy
 82989 | Tomb:1   | Noticed a royal mummy
 82989 | Tomb:1   | Noticed a royal mummy
 82990 | Tomb:1   | Killed a royal mummy
 82990 | Tomb:1   | Noticed a royal mummy
 83045 | Tomb:1   | Killed a royal mummy
 83045 | Tomb:1   | Killed a royal mummy
 83047 | Tomb:1   | Killed a royal mummy
 83079 | Tomb:1   | Noticed a royal mummy
 83080 | Tomb:1   | Noticed a royal mummy
 83082 | Tomb:1   | Killed a royal mummy
 83082 | Tomb:1   | Noticed a royal mummy
 83143 | Tomb:1   | Killed a royal mummy
 83143 | Tomb:1   | Killed a royal mummy
 83203 | Tomb:1   | Noticed a royal mummy
 83262 | Tomb:1   | Killed a royal mummy
 83328 | Tomb:1   | Noticed a royal mummy
 83350 | Tomb:1   | Killed a royal mummy
 83353 | Tomb:1   | Reached XP level 26. HP: 188/188 MP: 11/47
 83570 | Tomb:1   | Noticed a royal mummy
 83628 | Tomb:1   | Killed a royal mummy
 84232 | Tomb:1   | Noticed a royal mummy
 84239 | Tomb:1   | Killed a royal mummy
 84525 | Tomb:1   | Noticed a royal mummy
 84529 | Tomb:1   | Killed a royal mummy
 84564 | Tomb:1   | Noticed a royal mummy
 84567 | Tomb:1   | Killed a royal mummy
 84726 | Tomb:1   | Noticed a royal mummy
 84729 | Tomb:1   | Killed a royal mummy
 85119 | Tomb:1   | Identified the +1 trident of Tumult {holy, Str+3}
 85516 | Crypt:1  | Killed Vailuoroe's ghost
 86214 | Orc:2    | Bought the Codex of Trauma for 828 gold pieces
 86223 | Orc:2    | Learned a level 8 spell: Lehudib's Crystal Spear
 87530 | Depths:3 | Found Bagima's Magic Scroll Boutique.
 87533 | Depths:3 | Bought a scroll of revelation for 172 gold pieces
 87533 | Depths:3 | Bought a scroll of revelation for 172 gold pieces
 87533 | Depths:3 | Bought a scroll of teleportation for 69 gold pieces
 87541 | Depths:3 | Identified the +1 pair of boots "Goifuf" {rF+ rC- Str+5}
 87717 | Depths:3 | Found a burning altar of Makhleb.
 88070 | Depths:4 | Entered Level 4 of the Depths
 88658 | Depths:4 | Identified the +1 broad axe of the Present {venom, Will+
                  | Int+3}
 88759 | Depths:4 | Found a gate to the Realm of Zot.
 88857 | Depths:4 | Reached skill level 15 in Fire Magic
 89202 | Depths:4 | Acquired 786 gold pieces
 89625 | Zot:1    | Entered Level 1 of the Realm of Zot
 89694 | Zot:1    | Reached XP level 27. HP: 156/197 MP: 30/47
 90819 | Orc:2    | Bought a book of the Warp for 756 gold pieces
 90824 | Orc:2    | Learned a level 4 spell: Vhi's Electric Charge
 90834 | Orc:2    | Learned a level 9 spell: Death's Door
 91284 | Zot:1    | Found an opulent altar of Gozag.
 91314 | Zot:1    | Found a glowing golden altar of the Shining One.
 91404 | Zot:1    | Identified the +10 broad axe "Diempieg" {antimagic, Fly
                  | rF+}
 91871 | Zot:2    | Reached skill level 1 in Shapeshifting
 92970 | Zot:2    | Reached skill level 5 in Shapeshifting
 95525 | Zot:4    | Reached skill level 10 in Shapeshifting
 96232 | Zot:5    | Entered Level 5 of the Realm of Zot
 96953 | Zot:5    | Noticed an orb of fire
 96954 | Zot:5    | Noticed an ancient lich
 96962 | Zot:5    | Noticed a dread lich
 96963 | Zot:5    | Killed an orb of fire
 96964 | Zot:5    | Killed an ancient lich
 96984 | Zot:5    | Noticed a dread lich
 96986 | Zot:5    | Killed a dread lich
 96987 | Zot:5    | Killed a dread lich
 96987 | Zot:5    | Noticed an orb of fire
 96992 | Zot:5    | Gained mutation: You occasionally lose the ability to read
                  | scrolls when taking damage. [an orb of fire]
 97445 | Zot:5    | Noticed an orb of fire
 97450 | Zot:4    | Killed an orb of fire
 97812 | Zot:5    | Killed an orb of fire
 97988 | Zot:5    | Noticed an orb of fire
 97997 | Zot:5    | Killed an orb of fire
 98105 | Zot:5    | Noticed an orb of fire
 98107 | Zot:5    | Gained mutation: Your spells are a little easier to cast,
                  | but a little less powerful. [an orb of fire]
 98228 | Zot:5    | Killed an orb of fire
 98364 | Zot:5    | Noticed an orb of fire
 98365 | Zot:5    | Gained mutation: You are weak. (Str -2) [an orb of fire]
 98597 | Zot:5    | Killed an orb of fire
100181 | Zot:5    | Noticed a dread lich
100321 | Zot:5    | Killed a dread lich
100897 | Zot:5    | Noticed an orb of fire
100902 | Zot:5    | Killed an orb of fire
101814 | Zot:5    | Reached skill level 15 in Shapeshifting
102807 | Snake:4  | Bought a shiny orb for 432 gold pieces
102809 | Snake:4  | Bought a faintly humming leather armour for 252 gold pieces
102809 | Snake:4  | Identified the +1 leather armour of Words of Power {rElec}
                  | (You bought it in a shop on level 4 of the Snake Pit)
103211 | Zig:1    | Entered Level 1 of a ziggurat
103228 | Zig:2    | Entered Level 2 of a ziggurat
103434 | Zig:3    | Entered Level 3 of a ziggurat
103447 | Zig:3    | Identified the +6 flail of the Transparent God {pain,
                  | Int+3}
103457 | Zig:3    | Lost mutation: You are weak. (Str -2) [potion of mutation]
103457 | Zig:3    | Lost mutation: You are strong-willed. (Will+) [potion of
                  | mutation]
103457 | Zig:3    | Gained mutation: You have a pair of small horns on your
                  | head. [potion of mutation]
103457 | Zig:3    | Gained mutation: You sometimes lose the ability to read
                  | scrolls when taking damage. [potion of mutation]
103457 | Zig:3    | Gained mutation: You are covered in fur. (AC +1) [potion of
                  | mutation]
103458 | Zig:3    | Lost mutation: You sometimes lose the ability to read
                  | scrolls when taking damage. [potion of mutation]
103458 | Zig:3    | Lost mutation: Your spells are a little easier to cast, but
                  | a little less powerful. [potion of mutation]
103459 | Zig:3    | Lost mutation: You are covered in fur. (AC +1) [potion of
                  | mutation]
103459 | Zig:3    | Lost mutation: Your mind is acute. (Int +4, Str/Dex -1)
                  | [potion of mutation]
103459 | Zig:3    | Lost mutation: You are partially covered in iridescent
                  | scales. (AC +2) [potion of mutation]
103459 | Zig:3    | Gained mutation: Your spells are a little harder to cast,
                  | but a little more powerful. [potion of mutation]
103460 | Zig:3    | Lost mutation: You occasionally lose the ability to read
                  | scrolls when taking damage. [potion of mutation]
103460 | Zig:3    | Lost mutation: Your spells are a little harder to cast, but
                  | a little more powerful. [potion of mutation]
103460 | Zig:3    | Gained mutation: You have hidden genetic defects. [potion
                  | of mutation]
103460 | Zig:3    | Gained mutation: You have large cloven feet. [potion of
                  | mutation]
103461 | Zig:3    | Lost mutation: You occasionally shout uncontrollably at
                  | your foes. [potion of mutation]
103461 | Zig:3    | Lost mutation: You have large cloven feet. [potion of
                  | mutation]
103461 | Zig:3    | Gained mutation: You are robust. (+10% HP) [potion of
                  | mutation]
103461 | Zig:3    | Gained mutation: You are weak. (Str -2) [potion of
                  | mutation]
103461 | Zig:3    | Gained mutation: You have a pair of horns on your head.
                  | [potion of mutation]
103464 | Zig:4    | Entered Level 4 of a ziggurat
103490 | Zig:4    | Acquired Iclodgh's Lessons on the Charged Volley
103623 | Zig:5    | Entered Level 5 of a ziggurat
103782 | Zig:6    | Entered Level 6 of a ziggurat
103962 | Zig:6    | Identified the +1 plate armour of Qepsoj {Rampage rF+++
                  | Int-2 Slay-5}
103971 | Zig:7    | Entered Level 7 of a ziggurat
104142 | Zig:7    | Identified the +8 hand axe of Yesterday {drain, ^Drain
                  | rN++}
104145 | Zig:7    | Identified the +1 battleaxe of the Mushroom {antimagic,
                  | Int+5 Dex-4}
104146 | Zig:7    | Identified the +0 chain mail of Fitt {^Contam +Inv Regen+
                  | MP+9}
104252 | Zig:8    | Entered Level 8 of a ziggurat
104259 | Zig:8    | Noticed Uthra the pandemonium lord
104274 | Zig:8    | Killed Uthra the pandemonium lord
104436 | Zig:8    | Identified the ring of Eruexaurr {rF+ rC+ rN++ Dex-4}
104461 | Zig:8    | Identified the +10 sling of Sharkskin {drain, ^Fragile rF+
                  | rN+}
104564 | Zig:9    | Entered Level 9 of a ziggurat
104592 | Zig:9    | Gained mutation: You are vulnerable to heat. (rF-) [hidden
                  | defects]
104680 | Zig:9    | Identified the ring "Kopp" {Ice rElec rCorr Dex+4}
104829 | Zig:10   | Entered Level 10 of a ziggurat
104870 | Zig:10   | Identified the +8 rapier "Undertaker" {heavy, rF+}
104890 | Zig:10   | Identified the +4 scale mail of the Giraffatuar {Rampage
                  | Regen+ Str-3 Dex+6}
105004 | Zig:11   | Entered Level 11 of a ziggurat
105070 | Zig:11   | Identified the ring of the Frog {*Corrode rPois rF+++ Will+
                  | Int-2}
105205 | Zig:11   | Lost mutation: You have hidden genetic defects. [potion of
                  | mutation]
105205 | Zig:11   | Lost mutation: You have a pair of horns on your head.
                  | [potion of mutation]
105205 | Zig:11   | Gained mutation: Your magical capacity is low. (-10% MP)
                  | [potion of mutation]
105205 | Zig:11   | Lost mutation: You are weak. (Str -2) [potion of mutation]
105206 | Zig:11   | Lost mutation: Your magical capacity is low. (-10% MP)
                  | [potion of mutation]
105206 | Zig:11   | Lost mutation: You are robust. (+10% HP) [potion of
                  | mutation]
105206 | Zig:11   | Gained mutation: Your mind is acute. (Int +4, Str/Dex -1)
                  | [potion of mutation]
105207 | Zig:11   | Lost mutation: You have a pair of small horns on your head.
                  | [potion of mutation]
105207 | Zig:11   | Lost mutation: Your mind is acute. (Int +4, Str/Dex -1)
                  | [potion of mutation]
105207 | Zig:11   | Lost mutation: You are vulnerable to heat. (rF-) [potion of
                  | mutation]
105207 | Zig:11   | Gained mutation: You expend magic power (3 MP) to
                  | strengthen your wands. [potion of mutation]
105207 | Zig:11   | Gained mutation: You are dopey. (Int -2) [potion of
                  | mutation]
105207 | Zig:11   | Gained mutation: You have hidden genetic potential. [potion
                  | of mutation]
105209 | Zig:12   | Entered Level 12 of a ziggurat
105221 | Zig:12   | Noticed Esym the pandemonium lord
105253 | Zig:12   | Killed Esym the pandemonium lord
105280 | Zig:12   | Identified the +1 cloak of Bedevilment {+Blink rF+ rC-}
105285 | Zig:12   | Acquired 728 gold pieces
105291 | Zig:12   | Identified the amulet "Veofo" {Regen+ Str+4}
105356 | Zig:12   | Identified the +7 short sword of Indomitability {drain,
                  | +Blink rCorr Dex+5 Stlth-}
105482 | Zig:13   | Entered Level 13 of a ziggurat
105506 | Zig:13   | Found the sphere of Battle
105520 | Zig:13   | Identified the +1 dagger of Relik {venom, ^Drain Fly rPois}
105531 | Zig:13   | Identified the +7 whip "Diosav" {holy, ^Drain Int+4 Dex+3
                  | Stlth+}
105716 | Zig:14   | Entered Level 14 of a ziggurat
105727 | Zig:14   | Noticed an ancient lich
105731 | Zig:14   | Killed an ancient lich
106024 | Zig:14   | Identified the amulet "Cuka" {Reflect rPois Will+ SH+5}
106143 | Zig:15   | Entered Level 15 of a ziggurat
106159 | Zig:15   | Paralysed by an air elemental for 1 turns
106210 | Zig:15   | Identified the +1 robe "Zaudasm" {*Slow Dex+5}
106220 | Zig:15   | Identified the +3 scimitar "Edeach" {holy, rCorr Str+3}
106221 | Zig:15   | Identified the +8 flail "Omueveu" {flame, Int+3}
106223 | Zig:15   | Identified the +5 scale mail "Mairep" {rF+ Int-3 Dex+3}
106421 | Zig:16   | Entered Level 16 of a ziggurat
106437 | Zig:16   | Found the +3 Elemental Staff {ele, rElec rF+ rC+ AC+3}
106457 | Zig:16   | Identified the +6 long sword of Okawaru's Outrage {freeze,
                  | Fly rF++ rC- SInv}
106548 | Zig:16   | Identified the amulet of Tomorrow {Reflect rElec Will+
                  | Int+3 Dex-4 SH+5}
106558 | Zig:16   | Identified the staff "Giant's Undoing" {rCorr Int-3 Stlth+
                  | Tloc Air Earth}
106560 | Zig:16   | Identified the +5 ring mail "Elaokkod" {rC+++}
106649 | Zig:17   | Entered Level 17 of a ziggurat
106702 | Zig:17   | Identified the +8 sling "Jask" {flame, Dex+2 SInv}
106710 | Zig:17   | Identified the +5 morningstar "Wocacint" {heavy, Str+5
                  | SInv}
106715 | Zig:17   | Got the Annotations on Flammable Pollution
106731 | Zig:17   | Learned a level 8 spell: Ignition
106900 | Zig:18   | Entered Level 18 of a ziggurat
106939 | Zig:18   | Gained mutation: You have a pair of small antennae on your
                  | head. [hidden potential]
106964 | Zig:18   | Found the +2 cloak of the Thief {*Fog Slay-2 SInv Stlth+}
106985 | Zig:18   | Got the Secrets of Entrancing Despicable Ceremonies
106999 | Zig:18   | Learned a level 6 spell: Death Channel
107073 | Zig:18   | Identified the +4 shortbow "Eviscerator" {flame, rElec
                  | rCorr Dex+5}
107225 | Zig:19   | Entered Level 19 of a ziggurat
107453 | Zig:19   | Identified the +1 robe of the Saviour {rC+ Regen+ Str-2
                  | Stlth+}
107456 | Zig:19   | Got Othrutim's Papyrus of Combustion and Despair
107598 | Zig:20   | Entered Level 20 of a ziggurat
107621 | Zig:20   | Noticed Ethiutumm the pandemonium lord
107621 | Zig:20   | Noticed Wilud the pandemonium lord
107621 | Zig:20   | Noticed Xiwuow the pandemonium lord
107621 | Zig:20   | Found the +8 storm bow {elec, penet}
107621 | Zig:20   | Noticed Beejomo the pandemonium lord
107622 | Zig:20   | Noticed Nuidayla the pandemonium lord
107622 | Zig:20   | Noticed Ronepn the pandemonium lord
107622 | Zig:20   | Noticed Viates the pandemonium lord
107622 | Zig:20   | Noticed Xeowkehuro the pandemonium lord
107622 | Zig:20   | Noticed Onyppoz the pandemonium lord
107622 | Zig:20   | Noticed Raroj the pandemonium lord
107622 | Zig:20   | Noticed Qeebu the pandemonium lord
107624 | Zig:20   | Killed Onyppoz the pandemonium lord
107624 | Zig:20   | Noticed Ukhlasap the pandemonium lord
107626 | Zig:20   | Noticed Umuur the pandemonium lord
107627 | Zig:20   | Noticed Voeps the pandemonium lord
107628 | Zig:20   | Killed Xiwuow the pandemonium lord
107630 | Zig:20   | Killed Wilud the pandemonium lord
107630 | Zig:20   | Killed Nuidayla the pandemonium lord
107631 | Zig:20   | Killed Viates the pandemonium lord
107631 | Zig:20   | Killed Qeebu the pandemonium lord
107637 | Zig:20   | Killed Ethiutumm the pandemonium lord
107643 | Zig:20   | Killed Raroj the pandemonium lord
107643 | Zig:20   | Killed Umuur the pandemonium lord
107644 | Zig:20   | Killed Ronepn the pandemonium lord
107644 | Zig:20   | Killed Xeowkehuro the pandemonium lord
107657 | Zig:20   | Killed Voeps the pandemonium lord
107658 | Zig:20   | Killed Ukhlasap the pandemonium lord
107659 | Zig:20   | Killed Beejomo the pandemonium lord
107824 | Zig:20   | Identified the +4 whip of Gabik {flame, MP+9}
107825 | Zig:20   | Identified the staff of Exquisite Torment {rPois rC+
                  | Alchemy}
107836 | Zig:20   | Identified the amulet of Wokh {RegenMP Fly rN+ Int+4}
107855 | Zig:20   | Identified the +0 plate armour of Past Mistakes {Dex+2}
107857 | Zig:20   | Identified the +8 scimitar of Peace {spect, rElec rPois
                  | Dex-5 SInv}
107863 | Zig:20   | Identified the +2 pair of gloves "Ruulli" {Rampage Fly
                  | rN+++ Str-3}
107937 | Zig:21   | Entered Level 21 of a ziggurat
107950 | Zig:21   | Noticed a dread lich
107953 | Zig:21   | Noticed an ancient lich
107953 | Zig:21   | Noticed a dread lich
107954 | Zig:21   | Noticed an ancient lich
107957 | Zig:21   | Noticed a dread lich
107963 | Zig:21   | Killed an ancient lich
107963 | Zig:21   | Noticed an ancient lich
107965 | Zig:21   | Killed an ancient lich
107966 | Zig:21   | Killed a dread lich
107966 | Zig:21   | Killed a dread lich
107966 | Zig:21   | Killed a dread lich
107966 | Zig:21   | Killed an ancient lich
107987 | Zig:21   | Identified the +0 chain mail of Winter {rF+ Str+2}
107990 | Zig:21   | Identified the staff "Vaeff" {^Drain rN+ Str+6 Dex-3 Conj}
107991 | Zig:21   | Lost mutation: You are dopey. (Int -2) [hidden potential]
107991 | Zig:21   | Lost mutation: You have hidden genetic potential. [hidden
                  | potential expressed]
108007 | Zig:21   | Identified the +8 flail "Xynwoadd" {pain, Stlth+}
108117 | Zig:21   | Identified the +6 flail "Fizosotytt" {antimagic, *Corrode
                  | +Blink Int+4}
108270 | Zig:22   | Entered Level 22 of a ziggurat
108289 | Zig:22   | Noticed Riam the pandemonium lord
108300 | Zig:22   | Killed Riam the pandemonium lord
108461 | Zig:22   | Identified the +9 shortbow "Guts" {speed, Int+3 Dex+3}
108529 | Zig:22   | Identified the +0 leather armour of Words of Power {^Drain
                  | Will+ rCorr SInv}
108537 | Zig:22   | Identified the storm talisman of Polytheism {Str+3 Int+4}
108683 | Zig:23   | Entered Level 23 of a ziggurat
108728 | Zig:23   | Found the +2 hat of the Bear Spirit {Spirit, Bear, *Rage
                  | Will++}
109203 | Zig:24   | Entered Level 24 of a ziggurat
109240 | Zig:24   | Reached skill level 1 in Necromancy
109255 | Zig:24   | Noticed an ancient lich
109258 | Zig:24   | Reached skill level 5 in Necromancy
109276 | Zig:24   | Paralysed by accursed screaming for 2 turns
109281 | Zig:24   | Paralysed by accursed screaming for 2 turns
109284 | Zig:24   | Killed an ancient lich
109689 | Zig:24   | Identified the ring "Omecyura" {rElec rF+ Str-2 Slay+3
                  | Stlth+}
109704 | Zig:24   | Identified the +8 morningstar of Painted Punishment {flame,
                  | *Noise rElec rN+++ Dex+2}
109809 | Zig:25   | Entered Level 25 of a ziggurat
109828 | Zig:25   | Noticed Wuocuu the pandemonium lord
109829 | Zig:25   | Noticed Vezeprynn the pandemonium lord
109829 | Zig:25   | Noticed Vyis the pandemonium lord
109831 | Zig:25   | Noticed Duomuav the pandemonium lord
109833 | Zig:25   | Killed Duomuav the pandemonium lord
109834 | Zig:25   | Noticed Xofoent the pandemonium lord
109834 | Zig:25   | Noticed Ucup the pandemonium lord
109835 | Zig:25   | Noticed Kac Fecu the pandemonium lord
109835 | Zig:25   | Noticed Devyrite the pandemonium lord
109835 | Zig:25   | Noticed Ucsaeh the pandemonium lord
109835 | Zig:25   | Noticed Soawer the pandemonium lord
109836 | Zig:25   | Killed Vyis the pandemonium lord
109836 | Zig:25   | Killed Wuocuu the pandemonium lord
109836 | Zig:25   | Killed Xofoent the pandemonium lord
109836 | Zig:25   | Noticed Roucoc the pandemonium lord
109837 | Zig:25   | Noticed Wocoes the pandemonium lord
109838 | Zig:25   | Reached skill level 10 in Necromancy
109838 | Zig:25   | Noticed Sema Ete the pandemonium lord
109839 | Zig:25   | Killed Vezeprynn the pandemonium lord
109839 | Zig:25   | Noticed Ynic Fuo the pandemonium lord
109840 | Zig:25   | Killed Kac Fecu the pandemonium lord
109840 | Zig:25   | Killed Sema Ete the pandemonium lord
109840 | Zig:25   | Noticed Ynyak the pandemonium lord
109846 | Zig:25   | Killed Roucoc the pandemonium lord
109849 | Zig:25   | Killed Devyrite the pandemonium lord
109849 | Zig:25   | Killed Ynic Fuo the pandemonium lord
109851 | Zig:25   | Killed Ucup the pandemonium lord
109853 | Zig:25   | Killed Wocoes the pandemonium lord
109855 | Zig:25   | Killed Ynyak the pandemonium lord
109855 | Zig:25   | Noticed Ismut the pandemonium lord
109858 | Zig:25   | Killed Soawer the pandemonium lord
109858 | Zig:25   | Killed Ucsaeh the pandemonium lord
109873 | Zig:25   | Killed Ismut the pandemonium lord
110103 | Zig:25   | Identified the +5 triple sword of Xephira {venom, rCorr
                  | Dex+2}
110108 | Zig:25   | Identified the ring of Departure {AC+4 Stlth+}
110504 | Zig:26   | Entered Level 26 of a ziggurat
110526 | Zig:26   | Noticed a juggernaut
110529 | Zig:26   | Noticed a juggernaut
110529 | Zig:26   | Noticed a juggernaut
110530 | Zig:26   | Noticed a juggernaut
110530 | Zig:26   | Noticed a juggernaut
110530 | Zig:26   | Noticed a juggernaut
110530 | Zig:26   | Noticed a juggernaut
110531 | Zig:26   | Killed a juggernaut
110531 | Zig:26   | Killed a juggernaut
110531 | Zig:26   | Killed a juggernaut
110532 | Zig:26   | Killed a juggernaut
110532 | Zig:26   | Noticed a juggernaut
110533 | Zig:26   | Noticed a juggernaut
110533 | Zig:26   | Killed a juggernaut
110533 | Zig:26   | Killed a juggernaut
110533 | Zig:26   | Killed a juggernaut
110535 | Zig:26   | Killed a juggernaut
110537 | Zig:26   | Killed a juggernaut
110550 | Zig:26   | Found the -2 hat of the Alchemist {rElec rPois rF+ rC+ rN+
                  | Will+ rMut rCorr}
110558 | Zig:26   | Reached skill level 15 in Necromancy
110559 | Zig:26   | Identified the staff of Yzieweas {rElec rF- Will++ Air}
110562 | Zig:26   | Identified the +5 pair of boots of the Depths {^Contam
                  | Will+++ Slay+5}
110606 | Zig:26   | Acquired 780 gold pieces
110609 | Zig:26   | Identified the +3 flail of Arbitration {speed, Stlth+}
110712 | Zig:26   | Identified the +4 great mace "Werasch" {flame, Str+3 Int+4}
110714 | Zig:26   | Identified the +1 chain mail of Vermicelli {-Cast Regen+
                  | Int-4 Dex+7}
110722 | Zig:26   | Identified the staff of Income {^Fragile rElec rF+ Hexes
                  | Air}
110942 | Zig:27   | Entered Level 27 of a ziggurat
110963 | Zig:27   | Noticed Gasyjeco the pandemonium lord
110977 | Zig:27   | Killed Gasyjeco the pandemonium lord
111191 | Zig:27   | Got the Textbook on the Stormy Discharge
111192 | Zig:27   | Identified the ring of Visieboomm {rPois Will+ Str+3}
111209 | Zig:27   | Identified the +8 mace "Xigiz" {pain, rCorr Str+3}
113357 | Zig:1    | Entered Level 1 of a ziggurat
113366 | Zig:1    | Reached skill level 5 in Shields
113527 | Zig:1    | Lost mutation: You expend magic power (3 MP) to strengthen
                  | your wands. [potion of mutation]
113527 | Zig:1    | Lost mutation: You have a pair of small antennae on your
                  | head. [potion of mutation]
113528 | Zig:1    | Gained mutation: Your spells are a little easier to cast,
                  | but a little less powerful. [potion of mutation]
113528 | Zig:1    | Gained mutation: You are weak. (Str -2) [potion of
                  | mutation]
113529 | Zig:1    | Lost mutation: Your spells are a little easier to cast, but
                  | a little less powerful. [potion of mutation]
113529 | Zig:1    | Lost mutation: You are weak. (Str -2) [potion of mutation]
113529 | Zig:1    | Gained mutation: Your muscles are strong. (Str +4, Int/Dex
                  | -1) [potion of mutation]
113530 | Zig:1    | Lost mutation: Your muscles are strong. (Str +4, Int/Dex
                  | -1) [potion of mutation]
113537 | Zig:1    | Gained mutation: You have a pair of small horns on your
                  | head. [potion of mutation]
113537 | Zig:1    | Gained mutation: Your mind is acute. (Int +4, Str/Dex -1)
                  | [potion of mutation]
113538 | Zig:1    | Lost mutation: Your mind is acute. (Int +4, Str/Dex -1)
                  | [potion of mutation]
113538 | Zig:1    | Lost mutation: You have a pair of small horns on your head.
                  | [potion of mutation]
113538 | Zig:1    | Gained mutation: You have large cloven feet. [potion of
                  | mutation]
113538 | Zig:1    | Gained mutation: You possess an exceptional clarity of
                  | mind. [potion of mutation]
113538 | Zig:1    | Gained mutation: You have an increased reservoir of magic.
                  | (+10% MP) [potion of mutation]
113554 | Zig:2    | Entered Level 2 of a ziggurat
113607 | Zig:3    | Entered Level 3 of a ziggurat
113712 | Zig:4    | Entered Level 4 of a ziggurat
113884 | Zig:5    | Entered Level 5 of a ziggurat
113905 | Zig:5    | Identified the staff of the Forest {rN+ Str+2 Int+3 Earth}
113980 | Zig:6    | Entered Level 6 of a ziggurat
114235 | Zig:7    | Entered Level 7 of a ziggurat
114241 | Zig:7    | Noticed an ancient lich
114241 | Zig:7    | Noticed an ancient lich
114242 | Zig:7    | Noticed an ancient lich
114244 | Zig:7    | Reached skill level 1 in Throwing
114246 | Zig:7    | Killed an ancient lich
114246 | Zig:7    | Killed an ancient lich
114246 | Zig:7    | Killed an ancient lich
114273 | Zig:7    | Identified the +0 leather armour of Resilience {rN+}
114445 | Zig:8    | Entered Level 8 of a ziggurat
114463 | Zig:8    | Reached skill level 5 in Throwing
114589 | Zig:8    | Identified the +5 sling of Triumph {heavy, Str+3}
114601 | Zig:8    | Identified the ring "Laodo" {rF+ rN+ Will- Int+2}
114628 | Zig:9    | Entered Level 9 of a ziggurat
114670 | Zig:9    | Identified the ring of Fokhlanuusyi {rF+ Slay+2 SInv}
114832 | Zig:10   | Entered Level 10 of a ziggurat
114859 | Zig:10   | Identified the +1 glaive of Lies {flame, Str+3}
114868 | Zig:10   | Identified the +1 short sword "Dragon's Tongue" {heavy,
                  | *Rage ^Drain rPois rC+++}
114871 | Zig:10   | Identified the +0 arbalest of the Six Nights {freeze, Will+
                  | Dex+3}
114872 | Zig:10   | Identified the +10 scimitar "Iffiet Eku" {heavy, rN++ Will-
                  | rCorr SInv}
115035 | Zig:10   | Identified the ring of Bodily Harmony {Fire +Blink rElec
                  | Stlth+}
115079 | Zig:11   | Entered Level 11 of a ziggurat
115091 | Zig:11   | Found the +3 giant club "Skullcrusher" {speed, Str+7}
115198 | Zig:11   | Identified the +0 leather armour "Ygeruagon" {Fly rPois
                  | Will-}
115270 | Zig:12   | Entered Level 12 of a ziggurat
115281 | Zig:12   | Noticed a royal mummy
115281 | Zig:12   | Noticed a royal mummy
115282 | Zig:12   | Noticed a royal mummy
115284 | Zig:12   | Killed a royal mummy
115284 | Zig:12   | Killed a royal mummy
115284 | Zig:12   | Killed a royal mummy
115284 | Zig:12   | Noticed a royal mummy
115286 | Zig:12   | Noticed a royal mummy
115289 | Zig:12   | Killed a royal mummy
115296 | Zig:12   | Killed a royal mummy
115301 | Zig:12   | Found the amulet of Vitality {RegenMP++ Regen++}
115460 | Zig:12   | Identified the +2 robe "Guaxufe" {Int+2 Dex-2 Stlth+}
115500 | Zig:12   | Identified the +8 rapier "Lifebane" {antimagic, rF- Str+6}
115502 | Zig:12   | Identified the staff of the Warrior-Mage {Fly rPois Will++
                  | rCorr Int-3 Alchemy}
115544 | Zig:13   | Entered Level 13 of a ziggurat
115624 | Zig:13   | Reached skill level 10 in Throwing
115626 | Zig:13   | Noticed a dread lich
115634 | Zig:13   | Noticed a dread lich
115639 | Zig:13   | Killed a dread lich
115640 | Zig:13   | Killed a dread lich
115643 | Zig:13   | Noticed an ancient lich
115645 | Zig:13   | Noticed a dread lich
115656 | Zig:13   | Killed a dread lich
115656 | Zig:13   | Killed an ancient lich
115954 | Zig:14   | Entered Level 14 of a ziggurat
115982 | Zig:14   | Identified the staff of Gooby {rF++ rN+ Int-5 SInv Necro}
116113 | Zig:15   | Entered Level 15 of a ziggurat
116122 | Zig:15   | Noticed an ancient lich
116126 | Zig:15   | Noticed a dread lich
116127 | Zig:15   | Noticed an ancient lich
116129 | Zig:15   | Noticed a dread lich
116130 | Zig:15   | Killed an ancient lich
116130 | Zig:15   | Killed a dread lich
116131 | Zig:15   | Reached skill level 5 in Translocations
116131 | Zig:15   | Noticed an ancient lich
116131 | Zig:15   | Noticed an ancient lich
116133 | Zig:15   | Killed a dread lich
116134 | Zig:15   | Killed an ancient lich
116134 | Zig:15   | Killed an ancient lich
116134 | Zig:15   | Killed an ancient lich
116204 | Zig:15   | Identified the ring "Miakud" {rC+ EV+5 Int+4 SInv}
116310 | Zig:16   | Entered Level 16 of a ziggurat
116435 | Zig:16   | Identified the staff of Def Ladd {rPois rF+ Will+ Str+3
                  | Dex-5 Fire}
116443 | Zig:16   | Identified the ring of Qaplioru {Str+3 Int+6}
116507 | Zig:17   | Entered Level 17 of a ziggurat
116527 | Zig:17   | Noticed Arauzum the pandemonium lord
116542 | Zig:17   | Killed Arauzum the pandemonium lord
116611 | Zig:17   | Identified the +1 flail of the Hairy God {freeze, rElec
                  | Dex+3}
116644 | Zig:17   | Identified the amulet of Deppos {Faith Dex+3}
116838 | Zig:18   | Entered Level 18 of a ziggurat
116855 | Zig:18   | Noticed Fehecrao the pandemonium lord
116857 | Zig:18   | Killed Fehecrao the pandemonium lord
116875 | Zig:18   | Found the +5 Lochaber axe {reach-cleave, Poleaxe ^Drain}
116882 | Zig:18   | Acquired a manual of Hexes
116939 | Zig:18   | Identified the staff "Yxkuc" {rElec rC+ Dex+3 Air}
116944 | Zig:18   | Identified the +5 battleaxe of Zutsulok {freeze, rN+ Int+5
                  | Dex-2 Stlth+}
117089 | Zig:19   | Entered Level 19 of a ziggurat
117109 | Zig:19   | Reached skill level 10 in Translocations
117111 | Zig:19   | Reached skill level 15 in Throwing
117210 | Zig:19   | Identified the amulet "Viusiufu" {^Drain Will+ Regen+ rCorr
                  | Stlth+}
117312 | Zig:20   | Entered Level 20 of a ziggurat
117340 | Zig:20   | Found the +2 shield of Resistance {rF++ rC++ Will++}
117342 | Zig:20   | Found the +3 pair of gauntlets of War {Slay+5}
117374 | Zig:20   | Identified the +0 hand axe of Gallantry {flame, rF+ rC+ rN+
                  | Int-3}
117447 | Zig:20   | Identified the +5 mace "Gaofeal" {chaos, rC+}
117451 | Zig:20   | Identified the +4 scale mail of Abstinence {-Cast Rampage
                  | +Blink rC++}
117453 | Zig:20   | Identified the +8 demon trident "Omah" {freeze, rPois rC++
                  | Str+3 Int+3 Dex-2}
117464 | Zig:20   | Identified the amulet "Ecieth" {Spirit Rampage rPois Will+}
117535 | Zig:21   | Entered Level 21 of a ziggurat
117566 | Zig:21   | Found the +2 hood of the Assassin {Detect Stab+ Stlth++}
117567 | Zig:21   | Found the +27 heavy crossbow "Sniper" {heavy, Acc+∞ SInv}
117571 | Zig:21   | Found the +5 moon troll leather armour {Spirit, Regen++
                  | MP+5}
117639 | Zig:21   | Identified the orb of Daisies {*Rage, Rampage *Slow rPois
                  | Dex+7}
117824 | Zig:22   | Entered Level 22 of a ziggurat
117838 | Zig:22   | Paralysed by an air elemental for 1 turns
117842 | Zig:22   | Paralysed by an air elemental for 1 turns
117862 | Zig:22   | Found the +10 tower shield of Ignorance {rN+ Int-4}
118039 | Zig:22   | Identified the staff of the Coward {rElec rPois Str-4 Necro
                  | Alchemy}
118042 | Zig:22   | Identified the amulet "Ilulusm" {Spirit Str+3 Stlth+}
118059 | Zig:22   | Identified the ring of Ruifuub {rC+ rN+}
118069 | Zig:22   | Identified the +2 scimitar of Zakhuar {freeze, +Blink}
118071 | Zig:22   | Identified the +1 triple crossbow "Unazot" {penet, ^Fragile
                  | rC+++ MP+9 Int+4}
118142 | Zig:23   | Entered Level 23 of a ziggurat
118176 | Zig:23   | Found the +7 staff of the Meek {protect, meekguard}
118269 | Zig:23   | Identified the +13 plate armour of Divine Compulsion {Harm}
118270 | Zig:23   | Identified the amulet "Osarph" {Harm rF+++ Regen+ Str-4
                  | Slay+5}
118277 | Zig:23   | Identified the +8 mace "Heoseisy" {flame, rCorr Int+3 Dex-5
                  | Stlth+}
118282 | Zig:23   | Identified the +2 battleaxe of the Aged Moons {pain, *Rage
                  | rElec Int+2 SInv}
118285 | Zig:23   | Identified the +6 plate armour "Abouhag" {*Slow Str+6
                  | Dex+5}
118289 | Zig:23   | Identified the +1 ring mail "Bitiudao" {Dex+5}
118297 | Zig:23   | Identified the amulet of Serendipity {Reflect Rampage *Slow
                  | rCorr Dex+9 SH+5}
118303 | Zig:23   | Identified the +8 dire flail of Red Wine {holy, +Blink
                  | rElec rC+ Str+2 Dex-5}
118469 | Zig:24   | Entered Level 24 of a ziggurat
118491 | Zig:24   | Noticed an ancient lich
118494 | Zig:24   | Noticed a dread lich
118496 | Zig:24   | Killed an ancient lich
118498 | Zig:24   | Killed a dread lich
118703 | Zig:24   | Identified the +0 helmet "Kaklugaa" {rCorr MP+9 Int+2}
118711 | Zig:24   | Identified the +12 flail of Idusod {distort, rPois rN+}
118723 | Zig:24   | Identified the +0 hand axe of Ubumixt {heavy, Will+ Int+4
                  | Stlth+}
118726 | Zig:24   | Identified the +2 shortbow of Restoty {flame, rN++}
118772 | Zig:25   | Entered Level 25 of a ziggurat
118788 | Zig:25   | Noticed a juggernaut
118790 | Zig:25   | Noticed a juggernaut
118799 | Zig:25   | Noticed a juggernaut
118801 | Zig:25   | Killed a juggernaut
118802 | Zig:25   | Killed a juggernaut
118805 | Zig:25   | Killed a juggernaut
118818 | Zig:25   | Found the +10 zealot's sword {holy, Zealotry, *Rage rN+
                  | EV+3}
118823 | Zig:25   | Identified the ring of Attitude {Ice Int+5}
118824 | Zig:25   | Identified the ring of Woru {rN+ Stlth+}
118834 | Zig:25   | Identified the +0 war axe of the Six Places {speed, Int+3}
118840 | Zig:25   | Identified the +2 sling "Ytievax" {heavy, rElec rF- rN+}
119068 | Zig:25   | Identified the +0 pair of boots of the King of the Hill
                  | {rF+}
119148 | Zig:26   | Entered Level 26 of a ziggurat
119166 | Zig:26   | Noticed a juggernaut
119167 | Zig:26   | Noticed a juggernaut
119174 | Zig:26   | Noticed a juggernaut
119174 | Zig:26   | Noticed a juggernaut
119174 | Zig:26   | Noticed a juggernaut
119175 | Zig:26   | Noticed a juggernaut
119175 | Zig:26   | Noticed a juggernaut
119176 | Zig:26   | Killed a juggernaut
119176 | Zig:26   | Killed a juggernaut
119178 | Zig:26   | Killed a juggernaut
119179 | Zig:26   | Killed a juggernaut
119180 | Zig:26   | Killed a juggernaut
119181 | Zig:26   | Noticed a juggernaut
119181 | Zig:26   | Noticed a juggernaut
119181 | Zig:26   | Noticed a juggernaut
119182 | Zig:26   | Noticed a juggernaut
119184 | Zig:26   | Reached skill level 15 in Translocations
119185 | Zig:26   | Killed a juggernaut
119185 | Zig:26   | Killed a juggernaut
119186 | Zig:26   | Killed a juggernaut
119187 | Zig:26   | Killed a juggernaut
119188 | Zig:26   | Noticed a juggernaut
119188 | Zig:26   | Killed a juggernaut
119190 | Zig:26   | Killed a juggernaut
119190 | Zig:26   | Killed a juggernaut
119191 | Zig:26   | Noticed a juggernaut
119197 | Zig:26   | Killed a juggernaut
119399 | Zig:26   | Identified the +2 great sword "Jeokijoh" {speed, rC+ Dex+3}
119421 | Zig:26   | Identified the +1 leather armour of Evvist {rN+ Str+4
                  | Dex-4}
119506 | Zig:27   | Entered Level 27 of a ziggurat
119624 | Zig:27   | Identified the amulet "Feesch" {Faith rPois MP+9 Str+4}
119741 | Zig:27   | Identified the staff "Piepe" {Stlth+ Conj Earth}
119746 | Zig:27   | Identified the +5 triple crossbow of the Walnut {antimagic,
                  | Str+7}
119748 | Zig:27   | Identified the +5 ring mail of Vexation {rElec rF+ rN+
                  | Int-2}
119760 | Zig:27   | Identified the amulet of Olidwood {Reflect rElec rF- rCorr
                  | SH+5}
119915 | D:1      | Learned a level 8 spell: Disjunction
119925 | Zig:1    | Entered Level 1 of a ziggurat
120044 | Zig:2    | Entered Level 2 of a ziggurat
120044 | Zig:2    | Noticed an ancient lich
120049 | Zig:2    | Killed an ancient lich
120109 | Zig:3    | Entered Level 3 of a ziggurat
120162 | Zig:4    | Entered Level 4 of a ziggurat
120200 | Zig:4    | Identified the ring of Pufovoc {SInv Stlth+}
120224 | Zig:5    | Entered Level 5 of a ziggurat
120227 | Zig:5    | Noticed a royal mummy
120228 | Zig:5    | Found the brooch of Shielding {Spirit SH+8}
120232 | Zig:5    | Killed a royal mummy
120280 | Zig:5    | Identified the staff "Otaolata" {rElec rF+ rCorr Fire}
120301 | Zig:6    | Entered Level 6 of a ziggurat
120305 | Zig:6    | Noticed Mojoaz's ghost (legendary GrFi)
120306 | Zig:6    | Noticed Mojoaz's ghost (legendary GrFi)
120324 | Zig:6    | Killed Mojoaz's ghost
120328 | Zig:6    | Killed Mojoaz's ghost
120329 | Zig:6    | Reached skill level 1 in Invocations
120387 | Zig:6    | Identified the +4 trident of Ditipnuwko {venom, ^Fragile
                  | rPois rC++ Dex+2}
120389 | Zig:6    | Identified the +0 leather armour of Objectivity {rN+ Dex+2
                  | Stlth+}
120391 | Zig:6    | Identified the +1 hat "Sel Utug" {rCorr MP+9}
120393 | Zig:6    | Identified the +7 plate armour "Hemoext" {rN+}
120398 | Zig:6    | Identified the +2 spear of the Kissing Gods {drain, Int+3}
120418 | Zig:7    | Entered Level 7 of a ziggurat
120426 | Zig:7    | Reached skill level 1 in Air Magic
120487 | Zig:8    | Entered Level 8 of a ziggurat
120563 | Zig:8    | Identified the ring of Contentment {Dex+4 Slay+3 SInv
                  | Stlth-}
120568 | Zig:9    | Entered Level 9 of a ziggurat
120572 | Zig:9    | Noticed a dread lich
120576 | Zig:9    | Noticed a dread lich
120579 | Zig:9    | Noticed an ancient lich
120580 | Zig:9    | Noticed an ancient lich
120580 | Zig:9    | Noticed a dread lich
120582 | Zig:9    | Noticed an ancient lich
120584 | Zig:9    | Killed an ancient lich
120584 | Zig:9    | Killed an ancient lich
120584 | Zig:9    | Killed a dread lich
120589 | Zig:9    | Noticed an ancient lich
120590 | Zig:9    | Killed a dread lich
120590 | Zig:9    | Killed an ancient lich
120601 | Zig:9    | Killed an ancient lich
120758 | Zig:10   | Entered Level 10 of a ziggurat
120769 | Zig:10   | Reached skill level 5 in Invocations
120842 | Zig:10   | Identified the +0 pair of boots of Divine Compulsion
                  | {Rampage rF+}
120863 | Zig:11   | Entered Level 11 of a ziggurat
120876 | Zig:11   | Reached skill level 10 in Shields
120949 | Zig:11   | Identified the ring "Caunovva" {rElec Will- MP-9 AC+4
                  | Dex+10}
121014 | Zig:12   | Entered Level 12 of a ziggurat
121026 | Zig:12   | Reached skill level 5 in Air Magic
121029 | Zig:12   | Found the +9 scales of the Dragon King {rPois rF+ rC+
                  | Will+}
121164 | Zig:12   | Identified the staff "Fubo" {rElec Ice Air}
121182 | Zig:12   | Identified the +3 rapier of the Jolly Songs {vamp, rCorr
                  | SInv}
121183 | Zig:12   | Identified the ring of Puacw {Fire Will+}
121186 | Zig:13   | Entered Level 13 of a ziggurat
121196 | Zig:13   | Noticed a royal mummy
121200 | Zig:13   | Noticed a royal mummy
121201 | Zig:13   | Killed a royal mummy
121202 | Zig:13   | Noticed a royal mummy
121204 | Zig:13   | Killed a royal mummy
121206 | Zig:13   | Killed a royal mummy
121212 | Zig:13   | Found the amulet of the Air {Inacc Air Fly rElec RMsl}
121288 | Zig:13   | Identified the +0 shortbow "Borey" {drain, Int+2 Dex+4}
121289 | Zig:13   | Identified the ring "Riatus" {Slay+2 SInv}
121295 | Zig:13   | Identified the +9 morningstar "Guggiv" {flame, rF- Str+2
                  | Int+5}
121296 | Zig:13   | Identified the ring "Cauxyaf" {Ice rElec rN+ Int+2}
121310 | Zig:13   | Identified the ring of Zaugevapt {rElec MP+9 SInv}
121312 | Zig:13   | Identified the ring "Radozxaocw" {Str+6 Int+3 Dex-3}
121386 | Zig:14   | Entered Level 14 of a ziggurat
121396 | Zig:14   | Noticed a dread lich
121398 | Zig:14   | Noticed an ancient lich
121399 | Zig:14   | Noticed a dread lich
121399 | Zig:14   | Noticed an ancient lich
121400 | Zig:14   | Killed a dread lich
121400 | Zig:14   | Noticed an ancient lich
121402 | Zig:14   | Killed an ancient lich
121402 | Zig:14   | Killed an ancient lich
121402 | Zig:14   | Killed a dread lich
121407 | Zig:14   | Killed an ancient lich
121499 | Zig:14   | Identified the +1 troll leather armour of the Original Sin
                  | {+Inv rF- Regen+ rCorr}
121598 | Zig:15   | Entered Level 15 of a ziggurat
121604 | Zig:15   | Noticed Qoodgh the pandemonium lord
121606 | Zig:15   | Noticed Buzxa the pandemonium lord
121608 | Zig:15   | Noticed Zituwipn the pandemonium lord
121608 | Zig:15   | Noticed Runaff the pandemonium lord
121608 | Zig:15   | Noticed Zuklinkuad the pandemonium lord
121608 | Zig:15   | Noticed Uziuliom the pandemonium lord
121609 | Zig:15   | Noticed Lahoarph the pandemonium lord
121611 | Zig:15   | Killed Runaff the pandemonium lord
121611 | Zig:15   | Killed Lahoarph the pandemonium lord
121612 | Zig:15   | Killed Uziuliom the pandemonium lord
121612 | Zig:15   | Noticed Ywesulaf the pandemonium lord
121612 | Zig:15   | Noticed Hyxtegiwk the pandemonium lord
121613 | Zig:15   | Noticed Picuxtyx the pandemonium lord
121613 | Zig:15   | Noticed Noyth the pandemonium lord
121621 | Zig:15   | Killed Zuklinkuad the pandemonium lord
121623 | Zig:15   | Killed Qoodgh the pandemonium lord
121626 | Zig:15   | Noticed Vesuogou the pandemonium lord
121629 | Zig:15   | Killed Zituwipn the pandemonium lord
121630 | Zig:15   | Noticed Luske the pandemonium lord
121630 | Zig:15   | Noticed Petuodgh the pandemonium lord
121632 | Zig:15   | Killed Hyxtegiwk the pandemonium lord
121632 | Zig:15   | Killed Picuxtyx the pandemonium lord
121634 | Zig:15   | Killed Ywesulaf the pandemonium lord
121639 | Zig:15   | Killed Petuodgh the pandemonium lord
121640 | Zig:15   | Killed Noyth the pandemonium lord
121642 | Zig:15   | Killed Buzxa the pandemonium lord
121646 | Zig:15   | Killed Luske the pandemonium lord
121648 | Zig:15   | Killed Vesuogou the pandemonium lord
121834 | Zig:16   | Entered Level 16 of a ziggurat
121850 | Zig:16   | Reached skill level 15 in Shields
121852 | Zig:16   | Reached skill level 10 in Invocations
122006 | Zig:16   | Identified the ring of Conversion {Fire rElec rN++ Will-}
122007 | Zig:16   | Identified the staff "Jofamp" {rElec rF+ rCorr Int-5 Hexes
                  | Tloc Fire}
122012 | Zig:16   | Got the Essays on the Salvo
122013 | Zig:16   | Identified the staff of Karma {^Drain rElec rPois rC++
                  | Str+2 Dex+2 Air}
122025 | Zig:16   | Identified the +6 spear of Nightmares {freeze, +Blink rC+}
122032 | Zig:16   | Identified the staff "Mejoahax" {rPois rF+ rN+ Fire}
122090 | Zig:17   | Entered Level 17 of a ziggurat
122097 | Zig:17   | Noticed Jalimusk the pandemonium lord
122098 | Zig:17   | Noticed Uwoso the pandemonium lord
122099 | Zig:17   | Noticed Son Xamo the pandemonium lord
122100 | Zig:17   | Noticed Ittijy the pandemonium lord
122101 | Zig:17   | Noticed Beinagaf the pandemonium lord
122103 | Zig:17   | Killed Uwoso the pandemonium lord
122104 | Zig:17   | Noticed Zeajyrch the pandemonium lord
122104 | Zig:17   | Noticed Uduad the pandemonium lord
122105 | Zig:17   | Killed Beinagaf the pandemonium lord
122105 | Zig:17   | Noticed Yhiagac the pandemonium lord
122106 | Zig:17   | Noticed Joostrumi the pandemonium lord
122107 | Zig:17   | Killed Uduad the pandemonium lord
122107 | Zig:17   | Killed Zeajyrch the pandemonium lord
122108 | Zig:17   | Noticed Vash the pandemonium lord
122108 | Zig:17   | Noticed Quel the pandemonium lord
122109 | Zig:17   | Noticed Yrygumul the pandemonium lord
122110 | Zig:17   | Noticed Otzy the pandemonium lord
122112 | Zig:17   | Killed Ittijy the pandemonium lord
122112 | Zig:17   | Killed Vash the pandemonium lord
122113 | Zig:17   | Killed Son Xamo the pandemonium lord
122118 | Zig:17   | Killed Yrygumul the pandemonium lord
122125 | Zig:17   | Reached skill level 15 in Armour
122128 | Zig:17   | Killed Jalimusk the pandemonium lord
122128 | Zig:17   | Killed Joostrumi the pandemonium lord
122138 | Zig:17   | Killed Otzy the pandemonium lord
122146 | Zig:17   | Killed Yhiagac the pandemonium lord
122155 | Zig:17   | Killed Quel the pandemonium lord
122339 | Zig:17   | Identified the +5 sling of Resumed Hostilities {flame, rF++
                  | SInv}
122343 | Zig:17   | Identified the +6 triple crossbow "Poen" {penet, rF- Dex+3
                  | SInv}
122344 | Zig:17   | Identified the +5 short sword "Esko" {holy, Str+5}
122380 | Zig:17   | Reached skill level 10 in Air Magic
122396 | Zig:18   | Entered Level 18 of a ziggurat
122413 | Zig:18   | Noticed a dread lich
122419 | Zig:18   | Reached skill level 15 in Air Magic
122419 | Zig:18   | Noticed an ancient lich
122420 | Zig:18   | Noticed an ancient lich
122423 | Zig:18   | Killed a dread lich
122424 | Zig:18   | Killed an ancient lich
122424 | Zig:18   | Killed an ancient lich
122426 | Zig:18   | Found the +18 shield of the Gong {Loud rN+ Will+ rCorr
                  | EV-5}
122562 | Zig:18   | Identified the ring of the Byakko {rPois rF++ rN+}
122565 | Zig:18   | Identified the +2 falchion of Feasmoasch {antimagic, Str+2}
122567 | Zig:18   | Identified the amulet of Joogogh {RegenMP Harm rC+++ rCorr
                  | Stlth-}
122581 | Zig:18   | Identified the +0 plate armour "Dydelylirgh" {Harm Dex-4
                  | Slay+2}
122582 | Zig:18   | Identified the staff "Jinodar" {rElec Earth}
122630 | Zig:18   | Acquired a manual of Dodging
122653 | Zig:19   | Entered Level 19 of a ziggurat
122692 | Zig:19   | Identified the +0 leather armour of the Vestibule of Hell
                  | {rN+ Int+4}
122756 | Zig:19   | Identified the staff of Ezitotou {rPois rF++ Stlth- Conj
                  | Necro}
122907 | Zig:19   | Identified the +0 chain mail "Icilis" {Slay+3}
122968 | Zig:20   | Entered Level 20 of a ziggurat
123084 | Zig:20   | Identified the +6 war axe "bakla's Curse" {flame, rCorr
                  | Dex+2}
123087 | Zig:20   | Identified the +0 chain mail of Apathy {rN+}
123088 | Zig:20   | Identified the +1 great mace of Osask {spect, ^Contam rF-
                  | rCorr Int+6}
123091 | Zig:20   | Identified the +2 falchion of Generosity {freeze, Int+2}
123093 | Zig:20   | Identified the amulet "Cucasi" {Acrobat ^Contam rCorr
                  | Str+3}
123101 | Zig:20   | Identified the +3 chain mail "Joiqim" {-Cast Fly rElec
                  | Stlth+}
123145 | Zig:20   | Identified the staff of the Crafting Gods {^Fragile +Blink
                  | rElec rF++ Dex+4 Air}
123146 | Zig:20   | Identified the +7 quarterstaff "Byusimna" {drain, rC- rN+++
                  | Int+2 SInv}
123242 | Zig:21   | Entered Level 21 of a ziggurat
123400 | Zig:21   | Identified the +3 leather armour "Dicsen" {^Drain rF+ SInv
                  | Stlth+}
123414 | Zig:21   | Identified the +0 crystal plate armour of Zoraschibb {Int+3
                  | Dex+2}
123535 | Zig:22   | Entered Level 22 of a ziggurat
123572 | Zig:22   | Found the +8 trishula "Condemnation" {holy, anguish, *Noise
                  | Fly rN+}
123574 | Zig:22   | Found the +10 dark maul {heavy}
123811 | Zig:22   | Identified the ring of Apnet {Wiz rElec Str+2}
123838 | Zig:22   | Identified the +3 whip "Esocunix" {freeze, ^Drain Fly rElec
                  | Dex+5}
123899 | Zig:23   | Entered Level 23 of a ziggurat
123907 | Zig:23   | Paralysed by an air elemental for 1 turns
123911 | Zig:23   | Paralysed by an air elemental for 1 turns
123917 | Zig:23   | Reached skill level 15 in Invocations
123918 | Zig:23   | Paralysed by an air elemental for 1 turns
124147 | Zig:23   | Identified the +2 great sword of the Ageing Gods {holy,
                  | ^Contam +Blink Int+3}
124163 | Zig:23   | Identified the amulet "Uqyshuatwy" {Spirit rCorr Str-2
                  | Int+4 Dex+3}
124221 | Zig:24   | Entered Level 24 of a ziggurat
124266 | Zig:24   | Found the +3 warlock's mirror {omnireflect}
124269 | Zig:24   | Found the ring of the Tortoise {AC+8}
124388 | Zig:24   | Identified the staff of the First Towns {rC+ Str+2 Conj
                  | Summ}
124393 | Zig:24   | Identified the +4 spear of the Kidney {distort, rN++ rCorr
                  | Dex+4 Stlth+}
124397 | Zig:24   | Identified the amulet of Esuoh {RegenMP rF- rN+ Will+}
124400 | Zig:24   | Identified the amulet of Xuffafues {RegenMP +Inv Will+
                  | Int-4 Dex+3}
124548 | Zig:25   | Entered Level 25 of a ziggurat
124706 | Zig:25   | Found the +8 autumn katana {manifold assault}
124834 | Zig:25   | Identified the +11 longbow of Fury {heavy, rC+}
124835 | Zig:25   | Identified the +7 morningstar of Jeklorph {antimagic, Str+2
                  | Dex+2 Stlth+}
124838 | Zig:25   | Identified the +1 robe "Imatuato" {Str+4}
124841 | Zig:25   | Identified the ring of Summertime {*Corrode +Blink rN+++
                  | Str-5 Dex+6}
124859 | Zig:25   | Identified the ring "Paaquoliol" {^Drain rC+ Str+2 Dex+3}
124860 | Zig:25   | Identified the ring "Kuell" {rN++ Dex+6}
124885 | Zig:25   | Identified the amulet "Moamyjip" {Rampage Regen+}
124969 | Zig:26   | Entered Level 26 of a ziggurat
124986 | Zig:26   | Noticed a royal mummy
124987 | Zig:26   | Noticed a royal mummy
124988 | Zig:26   | Noticed a royal mummy
124989 | Zig:26   | Noticed a royal mummy
124990 | Zig:26   | Noticed a royal mummy
124991 | Zig:26   | Noticed a royal mummy
124992 | Zig:26   | Noticed a royal mummy
124993 | Zig:26   | Noticed a royal mummy
124995 | Zig:26   | Killed a royal mummy
124995 | Zig:26   | Noticed a royal mummy
124995 | Zig:26   | Noticed a royal mummy
124996 | Zig:26   | Killed a royal mummy
124996 | Zig:26   | Noticed a royal mummy
124997 | Zig:26   | Killed a royal mummy
124997 | Zig:26   | Killed a royal mummy
124997 | Zig:26   | Noticed a royal mummy
124998 | Zig:26   | Killed a royal mummy
124998 | Zig:26   | Killed a royal mummy
124998 | Zig:26   | Noticed a royal mummy
125000 | Zig:26   | Killed a royal mummy
125000 | Zig:26   | Killed a royal mummy
125000 | Zig:26   | Killed a royal mummy
125000 | Zig:26   | Killed a royal mummy
125001 | Zig:26   | Killed a royal mummy
125001 | Zig:26   | Killed a royal mummy
125001 | Zig:26   | Noticed a royal mummy
125003 | Zig:26   | Noticed a royal mummy
125003 | Zig:26   | Noticed a royal mummy
125004 | Zig:26   | Noticed a royal mummy
125005 | Zig:26   | Noticed a royal mummy
125007 | Zig:26   | Killed a royal mummy
125007 | Zig:26   | Killed a royal mummy
125007 | Zig:26   | Killed a royal mummy
125007 | Zig:26   | Killed a royal mummy
125007 | Zig:26   | Noticed a royal mummy
125008 | Zig:26   | Reached skill level 27 in Invocations
125008 | Zig:26   | Noticed a royal mummy
125010 | Zig:26   | Noticed a royal mummy
125010 | Zig:26   | Killed a royal mummy
125010 | Zig:26   | Killed a royal mummy
125010 | Zig:26   | Killed a royal mummy
125010 | Zig:26   | Noticed a royal mummy
125011 | Zig:26   | Reached skill level 27 in Fighting
125011 | Zig:26   | Reached skill level 27 in Earth Magic
125011 | Zig:26   | Reached skill level 1 in Evocations
125011 | Zig:26   | Killed a royal mummy
125012 | Zig:26   | Killed a royal mummy
125012 | Zig:26   | Killed a royal mummy
125012 | Zig:26   | Noticed a royal mummy
125012 | Zig:26   | Noticed a royal mummy
125014 | Zig:26   | Killed a royal mummy
125014 | Zig:26   | Noticed a royal mummy
125023 | Zig:26   | Killed a royal mummy
125024 | Zig:26   | Noticed a royal mummy
125025 | Zig:26   | Noticed a royal mummy
125029 | Zig:26   | Reached skill level 5 in Stealth
125029 | Zig:26   | Killed a royal mummy
125030 | Zig:26   | Killed a royal mummy
125032 | Zig:26   | Killed a royal mummy
125268 | Zig:26   | Got the Quarto of Macabre Glaciation
125281 | Zig:26   | Identified the amulet of Moodiness {Reflect rCorr SH+5}
125287 | Zig:26   | Identified the ring of Labym {rF+ Int+2}
125387 | Zig:27   | Entered Level 27 of a ziggurat
125407 | Zig:27   | Reached skill level 27 in Spellcasting
125952 | Zig:27   | Found the +3 hat of Pondering {ponderous, Will+ MP+10
                  | Int+5}
125963 | Zig:27   | Identified the staff of Feorent {rC+ MP+9 Ice}
125967 | Zig:27   | Identified the +7 mace of True Grit {venom, Dex+2}
125997 | Zig:27   | Identified the +1 ring mail "Xogeliz" {rPois}
126006 | Zig:27   | Identified the +10 executioner's axe "Xinoistro" {freeze,
                  | Str+2}
126026 | D:1      | Reached skill level 10 in Evocations
126042 | Zig:1    | Entered Level 1 of a ziggurat
126111 | Zig:2    | Entered Level 2 of a ziggurat
126114 | Zig:2    | Reached skill level 15 in Evocations
126153 | Zig:3    | Entered Level 3 of a ziggurat
126223 | Zig:4    | Entered Level 4 of a ziggurat
126270 | Zig:5    | Entered Level 5 of a ziggurat
126332 | Zig:5    | Identified the +7 whip "Worm" {freeze, rF+ Will++ Int+2
                  | Dex-3}
126369 | Zig:6    | Entered Level 6 of a ziggurat
126417 | Zig:6    | Identified the +2 robe of the Dungeon {rPois}
126479 | Zig:7    | Entered Level 7 of a ziggurat
126560 | Zig:7    | Identified the +8 lajatang of Dishonesty {drain, rF+}
126562 | Zig:7    | Identified the +2 hat "Opyoc" {rF+ rC++ Will+}
126566 | Zig:7    | Identified the ring of Kaniken {rN+ Will- AC+4 Int+3 Dex+4}
126579 | Zig:8    | Entered Level 8 of a ziggurat
126634 | Zig:8    | Identified the +1 ring mail "Ehuruzod" {Stlth+}
126654 | Zig:8    | Identified the staff of Subjectivity {^Fragile rC+ rN+
                  | Str+2 Necro Ice}
126690 | Zig:9    | Entered Level 9 of a ziggurat
126696 | Zig:9    | Noticed a dread lich
126699 | Zig:9    | Noticed an ancient lich
126700 | Zig:9    | Noticed a dread lich
126700 | Zig:9    | Noticed an ancient lich
126701 | Zig:9    | Killed a dread lich
126702 | Zig:9    | Killed an ancient lich
126702 | Zig:9    | Killed a dread lich
126704 | Zig:9    | Killed an ancient lich
126815 | Zig:10   | Entered Level 10 of a ziggurat
126827 | Zig:10   | Noticed Maorphau the pandemonium lord
126828 | Zig:10   | Found the +7 mace of Variability {chaos, chaos arc}
126829 | Zig:10   | Killed Maorphau the pandemonium lord
126901 | Zig:10   | Identified the +2 ring mail of Grot {Dex+5}
126938 | Zig:10   | Identified the amulet of the Two Names {Acrobat SInv
                  | Stlth+}
126942 | Zig:10   | Identified the ring of Xesus {Ice Dex+5 SInv}
126977 | Zig:11   | Entered Level 11 of a ziggurat
127058 | Zig:11   | Identified the ring "Cieppah" {Fire *Corrode Int+4}
127061 | Zig:11   | Identified the +6 falchion of Syfolekk {chaos, ^Drain rF+
                  | Int+4}
127128 | Zig:12   | Entered Level 12 of a ziggurat
127303 | Zig:12   | Identified the +1 robe of Ecysouw {Will+}
127310 | Zig:12   | Identified the staff of Qemuv {*Corrode rElec rN++ Str-4
                  | Hexes Air}
127313 | Zig:12   | Identified the +1 leather armour of Minor Irritation
                  | {Will++}
127326 | Zig:13   | Entered Level 13 of a ziggurat
127352 | Zig:13   | Found the +3 pair of seven-league boots {Rampage+∞}
127504 | Zig:13   | Identified the staff "Veogy" {+Blink rF+ rC++ MP-9 Fire
                  | Earth}
127505 | Zig:13   | Identified the +0 dagger of Betsism {vamp, +Blink rF- rN++
                  | Int-4}
127506 | Zig:13   | Identified the staff "Jibbus" {rElec rPois rCorr Str+3
                  | Int+3 Alchemy}
127511 | Zig:13   | Identified the +7 shortbow of the Briny Deep {elec, rCorr
                  | Str+3 Int-4}
127513 | Zig:13   | Identified the +0 rapier of Annihilation {freeze, rCorr
                  | Dex+3}
127568 | Zig:14   | Entered Level 14 of a ziggurat
127581 | Zig:14   | Noticed an ancient lich
127586 | Zig:14   | Killed an ancient lich
127672 | Zig:14   | Identified the +5 spear of the Beginning {speed, Int+3}
127678 | Zig:14   | Identified the +6 scale mail "Vahophol" {rElec}
127705 | Zig:14   | Identified the +5 morningstar "Wywk" {flame, rN+}
127752 | Zig:15   | Entered Level 15 of a ziggurat
127758 | Zig:15   | Noticed an orb of fire
127761 | Zig:15   | Noticed an orb of fire
127761 | Zig:15   | Noticed an orb of fire
127762 | Zig:15   | Noticed an orb of fire
127762 | Zig:15   | Noticed an orb of fire
127762 | Zig:15   | Noticed an orb of fire
127762 | Zig:15   | Noticed an orb of fire
127765 | Zig:15   | Noticed an orb of fire
127767 | Zig:15   | Noticed an orb of fire
127769 | Zig:15   | Killed an orb of fire
127769 | Zig:15   | Killed an orb of fire
127769 | Zig:15   | Killed an orb of fire
127771 | Zig:15   | Killed an orb of fire
127771 | Zig:15   | Killed an orb of fire
127772 | Zig:15   | Killed an orb of fire
127772 | Zig:15   | Killed an orb of fire
127773 | Zig:15   | Noticed an orb of fire
127774 | Zig:15   | Killed an orb of fire
127775 | Zig:15   | Killed an orb of fire
127776 | Zig:15   | Noticed an orb of fire
127781 | Zig:15   | Killed an orb of fire
127783 | Zig:15   | Killed an orb of fire
127923 | Zig:15   | Identified the staff of Seucejy {rN+ Dex+4 Necro}
127926 | Zig:15   | Identified the maw talisman "Ehiodgh" {MP+9 Dex+5}
127931 | Zig:15   | Identified the +7 flail of the Past {drain, Will+ Int+5}
127932 | Zig:15   | Identified the +1 robe of Skepticism {Int+5 Stlth+}
127956 | Zig:15   | Learned a level 9 spell: Chain Lightning
127970 | Zig:16   | Entered Level 16 of a ziggurat
128136 | Zig:16   | Identified the staff of Qois {rF+ Stlth+ Summ Fire}
128159 | Zig:16   | Identified the +8 war axe of Past Mistakes {pain, Int+4
                  | Stlth+}
128163 | Zig:16   | Identified the ring "Ocebb" {rC+ Dex+6}
128170 | Zig:16   | Identified the +6 dagger of Calamity {flame, rC+++ Str-5
                  | Int-3 Dex+4}
128178 | Zig:16   | Identified the +2 pair of boots of Hedging {Dex+4}
128250 | Zig:17   | Entered Level 17 of a ziggurat
128261 | Zig:17   | Reached skill level 27 in Evocations
128382 | Zig:17   | Identified the +9 plate armour "Etraoj" {Rampage rC+ Dex+3}
128394 | Zig:17   | Identified the staff of the Spheres {rF+ rN+ Conj}
128401 | Zig:17   | Identified the +1 scale mail "Jodor" {rPois rN+}
128403 | Zig:17   | Identified the +7 chain mail "Qojipoish" {Harm Int+4}
128405 | Zig:17   | Identified the dragon-blood talisman of Untruth {rF+ rCorr}
128547 | Zig:18   | Entered Level 18 of a ziggurat
128589 | Zig:18   | Noticed Wextyn the pandemonium lord
128597 | Zig:18   | Killed Wextyn the pandemonium lord
128611 | Zig:18   | Found the +7 great mace "Undeadhunter" {deathbane, rN+}
128735 | Zig:18   | Identified the staff of Paesaa {rN+ Necro Alchemy}
128736 | Zig:18   | Identified the ring "Ipnyvom" {rPois Int+5 SInv}
128738 | Zig:18   | Identified the +5 trident of Regicide {flame, rF+ Int+3
                  | SInv Stlth-}
128749 | Zig:18   | Identified the +6 spear of Kajucelu {speed, Fly Str+3
                  | Int-3}
128754 | Zig:18   | Identified the staff "Axzynutu" {rElec rPois Alchemy}
128888 | Zig:18   | Acquired a manual of Armour
128889 | Zig:18   | Acquired 802 gold pieces
128913 | Zig:19   | Entered Level 19 of a ziggurat
128948 | Zig:19   | Found the +8 whip "Snakebite" {venom, curare, rPois}
129054 | Zig:19   | Identified the +4 great mace "Transmigrator" {venom, rF+}
129055 | Zig:19   | Identified the ring of Zoujehemifi {rPois rC- MP+9 Dex-5
                  | SInv}
129065 | Zig:19   | Identified the +0 scale mail of the Invisible Hand {+Inv
                  | rC+ Str+3 Dex-4}
129066 | Zig:19   | Identified the ring "Tieck" {rElec rN+++ Str-2 Dex+6
                  | Stlth+}
129268 | Zig:20   | Entered Level 20 of a ziggurat
129280 | Zig:20   | Noticed a dread lich
129284 | Zig:20   | Noticed an ancient lich
129286 | Zig:20   | Noticed a dread lich
129287 | Zig:20   | Noticed an ancient lich
129287 | Zig:20   | Noticed an ancient lich
129288 | Zig:20   | Noticed an ancient lich
129288 | Zig:20   | Noticed a dread lich
129289 | Zig:20   | Noticed a dread lich
129289 | Zig:20   | Killed a dread lich
129289 | Zig:20   | Killed an ancient lich
129290 | Zig:20   | Killed an ancient lich
129290 | Zig:20   | Killed an ancient lich
129292 | Zig:20   | Noticed a dread lich
129292 | Zig:20   | Killed an ancient lich
129292 | Zig:20   | Killed a dread lich
129292 | Zig:20   | Killed a dread lich
129293 | Zig:20   | Noticed an ancient lich
129293 | Zig:20   | Noticed an ancient lich
129293 | Zig:20   | Noticed an ancient lich
129295 | Zig:20   | Noticed an ancient lich
129295 | Zig:20   | Noticed a dread lich
129295 | Zig:20   | Killed an ancient lich
129296 | Zig:20   | Killed an ancient lich
129297 | Zig:20   | Noticed an ancient lich
129297 | Zig:20   | Killed a dread lich
129297 | Zig:20   | Killed an ancient lich
129297 | Zig:20   | Killed an ancient lich
129299 | Zig:20   | Killed a dread lich
129300 | Zig:20   | Killed an ancient lich
129303 | Zig:20   | Killed a dread lich
129464 | Zig:20   | Identified the ring of Syunak {^Drain Str+6 Dex+6}
129482 | Zig:20   | Identified the +2 battleaxe of Prudence {venom, rN+ rCorr}
129486 | Zig:20   | Identified the maw talisman of Restlessness {rF+ rN+ rCorr
                  | Str-4}
129487 | Zig:20   | Identified the +6 hand axe "Tugo" {flame, rCorr}
129501 | Zig:20   | Identified the scarf of Ignis's Generosity {+Inv, rN+
                  | Dex+5}
129557 | Zig:21   | Entered Level 21 of a ziggurat
129587 | Zig:21   | Reached skill level 27 in Conjurations
129661 | Zig:21   | Identified the staff of Premature Burial {rPois Str+3
                  | Stlth+ Alchemy}
129674 | Zig:21   | Identified the +2 hand axe of Jeatyob {protect, rF+ Dex+4}
129675 | Zig:21   | Identified the staff of Trauma {rN+ Int+2 Dex+3 Necro}
129974 | Zig:22   | Entered Level 22 of a ziggurat
129997 | Zig:22   | Reached skill level 27 in Air Magic
130007 | Zig:22   | Reached skill level 10 in Stealth
130010 | Zig:22   | Reached skill level 15 in Dodging
130210 | Zig:22   | Identified the ring "Hamyoklovvo" {Wiz rF- rC++}
130217 | Zig:22   | Identified the ring "Ozybo" {rPois Str+4}
130224 | Zig:22   | Identified the +4 ice dragon scales of Idealism {Harm rF-
                  | rC++ Dex+3}
130225 | Zig:22   | Identified the +8 mace of Odec {flame, Will+ Str+4}
130313 | Zig:23   | Entered Level 23 of a ziggurat
130334 | Zig:23   | Paralysed by a wendigo for 1 turns
130343 | Zig:23   | Reached skill level 5 in Staves
130414 | Zig:23   | Identified the +1 flail of Hubris {drain, +Blink rF- rCorr
                  | Str+7}
130415 | Zig:23   | Identified the ring "Gerauxurih" {Wiz *Corrode rN++ Str+2}
130430 | Zig:23   | Identified the staff of Disarray {Int+4 Earth}
130439 | Zig:23   | Identified the +2 mace "Jini" {heavy, Int+2 Stlth+}
130659 | Zig:24   | Entered Level 24 of a ziggurat
130700 | Zig:24   | Found the +8 longbow "Zephyr" {speed, Dex+3 SInv}
130927 | Zig:24   | Identified the +1 long sword "Mohuxted" {speed, rPois}
130987 | Zig:24   | Identified the staff of Conscience {rElec Will+ Str-3 Conj}
130990 | Zig:24   | Identified the +10 sling of the Morning {freeze, rPois
                  | Int-3 Stlth+}
130993 | Zig:24   | Identified the +0 robe of Duty {rPois Will+++ Int-2 SInv}
131010 | Zig:24   | Identified the +3 mace "Demonbane" {spect, rF+ Dex+3}
131112 | Zig:25   | Entered Level 25 of a ziggurat
131136 | Zig:25   | Reached skill level 15 in Stealth
131159 | Zig:25   | Reached skill level 10 in Staves
131196 | Zig:25   | Found the amulet of the Four Winds {rN+ Will+++ Clar}
131200 | Zig:25   | Found the macabre finger necklace {Finger+ rN+}
131239 | Zig:25   | Identified the +0 leather armour of Exclusion {*Slow Fly
                  | rElec rC+}
131245 | Zig:25   | Identified the +3 war axe of Otacsoocw {speed, Fly rElec
                  | Will- Dex+6}
131253 | Zig:25   | Identified the +8 mace "Sebanuw" {spect, Will+++ rCorr
                  | Int-2 Dex+4}
131256 | Zig:25   | Identified the +0 lajatang of Ijumpif {flame, rC+ Str+3}
131275 | Zig:25   | Identified the ring of Res Nullius {rC+ MP+9 Str+6}
131285 | Zig:25   | Identified the +1 falchion of Vengeance {freeze, rCorr
                  | Int+2 Dex-2}
131291 | Zig:25   | Identified the +1 hand axe of Fate {distort, *Corrode rPois
                  | rF+ rC+}
131552 | Zig:26   | Entered Level 26 of a ziggurat
131570 | Zig:26   | Noticed an ancient lich
131573 | Zig:26   | Noticed a dread lich
131578 | Zig:26   | Noticed an ancient lich
131581 | Zig:26   | Killed a dread lich
131581 | Zig:26   | Killed an ancient lich
131583 | Zig:26   | Noticed an ancient lich
131583 | Zig:26   | Noticed a dread lich
131585 | Zig:26   | Killed an ancient lich
131586 | Zig:26   | Noticed a dread lich
131587 | Zig:26   | Killed a dread lich
131588 | Zig:26   | Noticed an ancient lich
131588 | Zig:26   | Noticed an ancient lich
131588 | Zig:26   | Noticed an ancient lich
131588 | Zig:26   | Noticed an ancient lich
131590 | Zig:26   | Noticed an ancient lich
131591 | Zig:26   | Noticed an ancient lich
131592 | Zig:26   | Killed an ancient lich
131592 | Zig:26   | Killed an ancient lich
131593 | Zig:26   | Noticed an ancient lich
131593 | Zig:26   | Killed an ancient lich
131593 | Zig:26   | Killed a dread lich
131593 | Zig:26   | Killed an ancient lich
131593 | Zig:26   | Killed an ancient lich
131594 | Zig:26   | Killed an ancient lich
131596 | Zig:26   | Killed an ancient lich
131597 | Zig:26   | Noticed an ancient lich
131600 | Zig:26   | Killed an ancient lich
131602 | Zig:26   | Found the +7 hand cannon "Mule" {flame, backblast, rF+}
131603 | Zig:26   | Killed an ancient lich
131655 | Zig:26   | Identified the +4 arbalest of the Moon {freeze, Int+9
                  | Stlth-}
131800 | Zig:26   | Identified the ring "Mefe" {rN+ rCorr}
131803 | Zig:26   | Identified the +9 falchion of Honesty {venom, rElec rF++
                  | MP+9 Dex-4}
131821 | Zig:26   | Identified the +5 falchion of Precise Incision {heavy,
                  | ^Fragile rElec rPois rCorr}
131829 | Zig:26   | Identified the +8 mace of Wuschet {flame, *Corrode rElec
                  | rN++ Int+2}
131832 | Zig:26   | Identified the +11 falchion of Bile {flame, rF- rC++ Dex+7}
131959 | Zig:27   | Entered Level 27 of a ziggurat
131978 | Zig:27   | Noticed a dread lich
131980 | Zig:27   | Noticed a dread lich
131984 | Zig:27   | Killed a dread lich
131988 | Zig:27   | Killed a dread lich
131992 | Zig:27   | Noticed a dread lich
131992 | Zig:27   | Noticed an ancient lich
131992 | Zig:27   | Noticed a dread lich
131993 | Zig:27   | Noticed a dread lich
131994 | Zig:27   | Noticed a dread lich
131994 | Zig:27   | Killed a dread lich
131994 | Zig:27   | Noticed a dread lich
131995 | Zig:27   | Noticed a dread lich
131996 | Zig:27   | Killed a dread lich
131996 | Zig:27   | Killed a dread lich
131996 | Zig:27   | Killed a dread lich
131997 | Zig:27   | Killed an ancient lich
131998 | Zig:27   | Killed a dread lich
131998 | Zig:27   | Noticed an ancient lich
131999 | Zig:27   | Reached skill level 15 in Staves
132001 | Zig:27   | Killed a dread lich
132001 | Zig:27   | Killed an ancient lich
132001 | Zig:27   | Noticed a dread lich
132004 | Zig:27   | Killed a dread lich
132005 | Zig:27   | Noticed an ancient lich
132007 | Zig:27   | Killed an ancient lich
132306 | Zig:27   | Identified the amulet "Maaqaone" {Spirit rF+++ MP+9 Slay-5}
132307 | Zig:27   | Identified the +11 scimitar "Killer Bee's Bane" {flame, rF+
                  | rC+ rN+}
132308 | Zig:27   | Identified the ring "Buomoir" {^Drain Fly rElec Int+4 SInv}
132313 | Zig:27   | Identified the ring "Peoto" {Wiz +Blink rElec}
132317 | Zig:27   | Identified the +4 quarterstaff of Sihybrim {freeze, rF+++
                  | Str+7 Int-3}
132336 | Zig:27   | Identified the staff of Law {rC+ rCorr Ice}
132440 | D:1      | Acquired 726 gold pieces
132441 | D:1      | Acquired a manual of Maces & Flails
132446 | Zig:1    | Entered Level 1 of a ziggurat
132477 | Zig:2    | Entered Level 2 of a ziggurat
132517 | Zig:2    | Identified the +6 rapier "Spiderbane" {flame, rF+ Dex+3}
132521 | Zig:3    | Entered Level 3 of a ziggurat
132632 | Zig:4    | Entered Level 4 of a ziggurat
132691 | Zig:4    | Identified the ring "Zuffam" {AC+4 Int+3}
132710 | Zig:5    | Entered Level 5 of a ziggurat
132817 | Zig:6    | Entered Level 6 of a ziggurat
132823 | Zig:6    | Found the +6 arbalest "Damnation" {damnation}
132940 | Zig:7    | Entered Level 7 of a ziggurat
132946 | Zig:7    | Noticed a dread lich
132957 | Zig:7    | Killed a dread lich
133104 | Zig:8    | Entered Level 8 of a ziggurat
133242 | Zig:8    | Identified the +7 scale mail of the Festooned God {Regen+
                  | Str+8}
133247 | Zig:8    | Identified the ring "Anuxzeceo" {rPois Int+3 Dex+2 SInv
                  | Stlth-}
133276 | Zig:9    | Entered Level 9 of a ziggurat
133280 | Zig:9    | Paralysed by an air elemental for 1 turns
133287 | Zig:9    | Found the +8 lance "Wyrmbane" {slay drac, rPois rF+ rC+
                  | AC+3}
133321 | Zig:9    | Identified the ring "Lerhiuck" {rC+ rCorr EV+5}
133326 | Zig:9    | Identified the ring of Piwiss {rElec rCorr EV+5 Int-2
                  | Dex+4}
133436 | Zig:10   | Entered Level 10 of a ziggurat
133448 | Zig:10   | Found the +11 Singing Sword {sonic wave}
133548 | Zig:10   | Identified the +7 shortbow "Lotou" {flame, rC- Int+2
                  | Stlth+}
133550 | Zig:10   | Identified the +1 scale mail of Pathos {rC+ SInv}
133551 | Zig:10   | Identified the staff of the Throat {rElec rF+ Dex+3 Stlth+
                  | Fire}
133556 | Zig:11   | Entered Level 11 of a ziggurat
133612 | Zig:11   | Identified the staff "Taet" {rF+ Int+4 Dex+2 Fire}
133613 | Zig:11   | Identified the +4 great sword of Somewhere Else {protect,
                  | rElec rC+ Dex-4}
133616 | Zig:11   | Identified the +1 halberd of Wu Jian's Regard {freeze,
                  | Dex+5 SInv}
133621 | Zig:11   | Identified the ring "Xatol" {Str+3 Dex+6}
133704 | Zig:12   | Entered Level 12 of a ziggurat
133714 | Zig:12   | Noticed an ancient lich
133716 | Zig:12   | Noticed a dread lich
133717 | Zig:12   | Noticed a dread lich
133719 | Zig:12   | Killed a dread lich
133719 | Zig:12   | Noticed a dread lich
133720 | Zig:12   | Killed a dread lich
133722 | Zig:12   | Killed an ancient lich
133722 | Zig:12   | Killed a dread lich
133725 | Zig:12   | Noticed an ancient lich
133738 | Zig:12   | Killed an ancient lich
133795 | Zig:12   | Identified the staff of Amortisation {rElec rC+ Int+2 Ice}
133858 | Zig:12   | Identified the +0 spear of Ignis's Displeasure {freeze,
                  | *Rage Int+4 Dex+4}
133875 | Zig:12   | Identified the +4 glaive "Xiokeogh" {flame, rN+ rCorr Str+3
                  | Dex+4}
133876 | Zig:12   | Identified the +8 plate armour of Ujudd {rElec rCorr MP-9
                  | Stlth+}
133888 | Zig:12   | Identified the staff of the Jumping Gods {rPois rN+ MP+9
                  | Alchemy}
133895 | Zig:13   | Entered Level 13 of a ziggurat
133905 | Zig:13   | Noticed Done the pandemonium lord
133921 | Zig:13   | Killed Done the pandemonium lord
133980 | Zig:13   | Identified the serpent talisman of Lifelessness {rC+ MP+9
                  | Int+5}
133981 | Zig:13   | Identified the +1 glaive "Gured" {flame, rN+}
133986 | Zig:13   | Identified the ring "Bioxuhau" {^Drain Fly rC+ MP+9}
133993 | Zig:13   | Identified the +1 spear "Zemy" {heavy, ^Drain rPois rF+
                  | Stlth+}
134128 | Zig:14   | Entered Level 14 of a ziggurat
134143 | Zig:14   | Reached skill level 27 in Shields
134258 | Zig:14   | Identified the staff "Rasiule" {rF+ Str+3 Stlth+ Fire}
134274 | Zig:14   | Identified the +3 leather armour "Wyluilab" {+Inv Dex+2}
134275 | Zig:14   | Identified the +7 orcbow "Kymish" {heavy, ^Fragile Will+
                  | SInv}
134337 | Zig:15   | Entered Level 15 of a ziggurat
134346 | Zig:15   | Noticed a dread lich
134352 | Zig:15   | Killed a dread lich
134458 | Zig:15   | Identified the +10 halberd of Hahuem {venom, rN+ Will+
                  | Dex+2}
134467 | Zig:15   | Identified the amulet of Opuogykk {rN+ Regen+ Str+2}
134557 | Zig:16   | Entered Level 16 of a ziggurat
134724 | Zig:16   | Identified the ring "Paheh" {Fire rPois}
134737 | Zig:16   | Identified the +9 battleaxe "Ossegyuf" {antimagic, *Rage
                  | rPois Int+3 SInv}
134739 | Zig:16   | Identified the ring of the Establishment {Wiz Will+ Str+5
                  | Int+2}
134741 | Zig:16   | Identified the +9 rapier of Setowk {freeze, rC- rN+ Int+3}
134759 | Zig:16   | Identified the +2 hand axe "Gunag" {flame, rElec}
134801 | Zig:17   | Entered Level 17 of a ziggurat
134803 | Zig:17   | Noticed a royal mummy
134803 | Zig:17   | Noticed a royal mummy
134803 | Zig:17   | Noticed a royal mummy
134808 | Zig:17   | Noticed a royal mummy
134808 | Zig:17   | Noticed a royal mummy
134808 | Zig:17   | Noticed a royal mummy
134809 | Zig:17   | Killed a royal mummy
134809 | Zig:17   | Killed a royal mummy
134810 | Zig:17   | Killed a royal mummy
134812 | Zig:17   | Noticed a royal mummy
134813 | Zig:17   | Noticed a royal mummy
134813 | Zig:17   | Noticed a royal mummy
134814 | Zig:17   | Noticed a royal mummy
134817 | Zig:17   | Killed a royal mummy
134817 | Zig:17   | Killed a royal mummy
134817 | Zig:17   | Noticed a royal mummy
134818 | Zig:17   | Killed a royal mummy
134818 | Zig:17   | Killed a royal mummy
134818 | Zig:17   | Killed a royal mummy
134818 | Zig:17   | Noticed a royal mummy
134820 | Zig:17   | Noticed a royal mummy
134821 | Zig:17   | Killed a royal mummy
134821 | Zig:17   | Killed a royal mummy
134821 | Zig:17   | Noticed a royal mummy
134822 | Zig:17   | Reached skill level 27 in Throwing
134822 | Zig:17   | Killed a royal mummy
134822 | Zig:17   | Killed a royal mummy
134824 | Zig:17   | Noticed a royal mummy
134825 | Zig:17   | Killed a royal mummy
134827 | Zig:17   | Killed a royal mummy
134829 | Zig:17   | Killed a royal mummy
134886 | Zig:17   | Identified the +1 broad axe of Okawaru, Teaching {spect,
                  | rC+}
134892 | Zig:17   | Identified the +2 great sword of the Egg {freeze, Fly
                  | rElec}
135077 | Zig:18   | Entered Level 18 of a ziggurat
135097 | Zig:18   | Found the dreamshard necklace {Acrobat *Dream}
135107 | Zig:18   | Identified the +5 glaive of Fortitude {holy, rC+ Will+}
135231 | Zig:18   | Identified the +10 rapier of Valour {venom, rC+ SInv}
135243 | Zig:18   | Identified the +8 mace "Heenirai" {flame, Fly rC+ Will++
                  | Str-5 Stlth-}
135251 | Zig:18   | Identified the +3 leather armour "Ihuof" {rPois}
135326 | Zig:19   | Entered Level 19 of a ziggurat
135337 | Zig:19   | Reached skill level 27 in Fire Magic
135345 | Zig:19   | Reached skill level 27 in Necromancy
135507 | Zig:19   | Identified the +4 ring mail of Dishonour {Harm Rampage
                  | Int+3}
135510 | Zig:19   | Identified the +8 mace of the Exiled Portals {venom, *Noise
                  | ^Drain rPois Int+8}
135524 | Zig:19   | Identified the +5 flail of Cheibriados, Howling {pain,
                  | *Noise rPois rC- MP+9}
135551 | Zig:19   | Identified the +2 pair of gloves of Absolutism {rElec rN+
                  | Will+ MP+9}
135755 | Zig:20   | Entered Level 20 of a ziggurat
135781 | Zig:20   | Noticed Ceuq the pandemonium lord
135785 | Zig:20   | Killed Ceuq the pandemonium lord
136106 | Zig:20   | Identified the +6 shortbow "Sarcophage" {speed, Dex+6}
136132 | Zig:20   | Identified the +9 pearl dragon scales of the Dungeon {*Slow
                  | rN+ Dex+6}
136139 | Zig:20   | Identified the +4 scale mail "Huttiew" {rN+ Str+3}
136144 | Zig:20   | Identified the +6 hand axe "Denu" {heavy, rPois}
136148 | Zig:20   | Identified the ring of Luloev {Fly Will++ rCorr Str+8
                  | Int-3}
136152 | Zig:20   | Identified the +0 plate armour of Recklessness {rC+}
136156 | Zig:20   | Identified the ring of the Black Skies {Fly rF+ Str-5
                  | Int+5}
136158 | Zig:20   | Identified the +5 hand axe "Uqaizoku" {freeze, ^Contam rC+
                  | Int+3}
136211 | Zig:21   | Entered Level 21 of a ziggurat
136226 | Zig:21   | Reached skill level 27 in Translocations
136227 | Zig:21   | Reached skill level 27 in Armour
136227 | Zig:21   | Reached skill level 27 in Stealth
136233 | Zig:21   | Found the +2 pair of slick slippers {slick, slippery, EV+4}
136343 | Zig:21   | Identified the +4 battleaxe of Imbalance {flame, Stlth+}
136344 | Zig:21   | Identified the +8 arbalest of Pyplom {flame, rF- rN+ Will+
                  | Int+3}
136352 | Zig:21   | Identified the +3 rapier of the Harvest {elec, rF- Str-5
                  | Int+6}
136365 | Zig:21   | Identified the staff of Dissolution {rElec rC+ Will- Int+2
                  | Fire Ice}
136619 | Zig:22   | Entered Level 22 of a ziggurat
136652 | Zig:22   | Noticed Ophec Kinifo the pandemonium lord
136668 | Zig:22   | Killed Ophec Kinifo the pandemonium lord
136943 | Zig:22   | Identified the +0 leather armour "Ximp" {Str+4 SInv}
136943 | Zig:22   | Found the +3 greatsling "Punk" {acid, rCorr}
136953 | Zig:22   | Identified the ring of Sophism {rN+ Str+4}
136970 | Zig:22   | Identified the +0 chain mail "Perobuoz" {rPois}
136978 | Zig:22   | Identified the ring of Sitil {rElec rCorr}
136999 | Zig:22   | Identified the ring of Kuteax {rPois SInv}
137111 | Zig:23   | Entered Level 23 of a ziggurat
137116 | Zig:23   | Noticed a dread lich
137117 | Zig:23   | Noticed a dread lich
137119 | Zig:23   | Noticed a dread lich
137120 | Zig:23   | Noticed a dread lich
137120 | Zig:23   | Noticed an ancient lich
137121 | Zig:23   | Reached skill level 27 in Staves
137121 | Zig:23   | Noticed an ancient lich
137121 | Zig:23   | Noticed an ancient lich
137121 | Zig:23   | Noticed an ancient lich
137121 | Zig:23   | Noticed a dread lich
137121 | Zig:23   | Noticed a dread lich
137121 | Zig:23   | Noticed an ancient lich
137121 | Zig:23   | Noticed a dread lich
137121 | Zig:23   | Noticed a dread lich
137121 | Zig:23   | Killed a dread lich
137123 | Zig:23   | Noticed a dread lich
137124 | Zig:23   | Noticed a dread lich
137124 | Zig:23   | Killed a dread lich
137124 | Zig:23   | Noticed a dread lich
137125 | Zig:23   | Killed a dread lich
137125 | Zig:23   | Killed a dread lich
137125 | Zig:23   | Killed a dread lich
137125 | Zig:23   | Killed an ancient lich
137125 | Zig:23   | Killed an ancient lich
137125 | Zig:23   | Killed an ancient lich
137126 | Zig:23   | Noticed a dread lich
137127 | Zig:23   | Noticed an ancient lich
137127 | Zig:23   | Noticed an ancient lich
137127 | Zig:23   | Killed a dread lich
137127 | Zig:23   | Killed an ancient lich
137128 | Zig:23   | Killed a dread lich
137128 | Zig:23   | Killed a dread lich
137128 | Zig:23   | Killed a dread lich
137128 | Zig:23   | Killed an ancient lich
137128 | Zig:23   | Killed a dread lich
137128 | Zig:23   | Killed an ancient lich
137128 | Zig:23   | Killed a dread lich
137129 | Zig:23   | Noticed an ancient lich
137130 | Zig:23   | Noticed a dread lich
137130 | Zig:23   | Killed an ancient lich
137132 | Zig:23   | Found the +2 Maxwell's thermic engine {flame, freeze, rev}
137132 | Zig:23   | Found the ring of Shadows {Umbra +Inv Stlth+}
137133 | Zig:23   | Killed a dread lich
137134 | Zig:23   | Killed an ancient lich
137138 | Zig:23   | Killed a dread lich
137360 | Zig:23   | Identified the +0 pair of gloves of Autumn {rC- Int+6}
137568 | Zig:24   | Entered Level 24 of a ziggurat
137590 | Zig:24   | Reached skill level 27 in Dodging
137595 | Zig:24   | Reached skill level 1 in Short Blades
137595 | Zig:24   | Reached skill level 1 in Long Blades
137595 | Zig:24   | Reached skill level 1 in Axes
137595 | Zig:24   | Reached skill level 1 in Polearms
137595 | Zig:24   | Reached skill level 1 in Ranged Weapons
137595 | Zig:24   | Reached skill level 1 in Unarmed Combat
137595 | Zig:24   | Reached skill level 1 in Hexes
137599 | Zig:24   | Reached skill level 1 in Ice Magic
137604 | Zig:24   | Reached skill level 1 in Alchemy
137612 | Zig:24   | Noticed an ancient lich
137624 | Zig:24   | Reached skill level 5 in Maces & Flails
137638 | Zig:24   | Reached skill level 5 in Summonings
137648 | Zig:24   | Reached skill level 5 in Ranged Weapons
137648 | Zig:24   | Reached skill level 5 in Unarmed Combat
137651 | Zig:24   | Reached skill level 5 in Long Blades
137653 | Zig:24   | Reached skill level 5 in Short Blades
137653 | Zig:24   | Reached skill level 5 in Axes
137663 | Zig:24   | Reached skill level 5 in Polearms
137666 | Zig:24   | Reached skill level 5 in Hexes
138054 | Zig:24   | Identified the staff of Might {^Contam rC+ rCorr Dex+7 Ice
                  | Air}
138090 | Zig:24   | Identified the ring "Foklohi" {rElec rN+}
138547 | Tomb:2   | Noticed a royal mummy
138547 | Tomb:2   | Noticed a royal mummy
138547 | Tomb:2   | Noticed a royal mummy
138549 | Tomb:2   | Noticed a royal mummy
138552 | Tomb:2   | Killed a royal mummy
138552 | Tomb:2   | Killed a royal mummy
138557 | Tomb:2   | Killed a royal mummy
138564 | Tomb:2   | Killed a royal mummy
138565 | Tomb:2   | Identified the +0 tower shield "Dachoex" {Fly Dex+4}
138565 | Tomb:2   | Noticed Mennas
138571 | Tomb:2   | Killed Mennas
139468 | Tomb:3   | Entered Level 3 of the Tomb of the Ancients
139508 | Tomb:3   | Noticed a royal mummy
139515 | Tomb:3   | Noticed a royal mummy
139517 | Tomb:3   | Noticed a royal mummy
139519 | Tomb:3   | Killed a royal mummy
139520 | Tomb:3   | Noticed a royal mummy
139521 | Tomb:3   | Noticed a royal mummy
139522 | Tomb:3   | Noticed a royal mummy
139523 | Tomb:3   | Noticed a royal mummy
139524 | Tomb:3   | Killed a royal mummy
139524 | Tomb:3   | Killed a royal mummy
139524 | Tomb:3   | Killed a royal mummy
139524 | Tomb:3   | Noticed a royal mummy
139525 | Tomb:3   | Reached skill level 5 in Ice Magic
139525 | Tomb:3   | Killed a royal mummy
139530 | Tomb:3   | Killed a royal mummy
139534 | Tomb:3   | Killed a royal mummy
139540 | Tomb:3   | Killed a royal mummy
139541 | Tomb:3   | Noticed a royal mummy
139551 | Tomb:3   | Killed a royal mummy
139569 | Tomb:3   | Identified the staff of Cixitrack {rN+ Will+ Necro}
139616 | Tomb:3   | Identified the +10 rapier of the Little People {drain, rN+
                  | Will- Str+2 Dex+2}
139617 | Tomb:3   | Identified the +8 falchion of Giavugru {flame, rElec rF+
                  | Int+3 Dex+5}
139677 | Tomb:3   | Identified the ring "Ucugug Yduom" {Fire rPois rCorr Str-5
                  | Dex-3}
139682 | Tomb:3   | Identified the +0 robe of Sandy Birdsong {Fly rN+ rCorr}
140240 | Zig:1    | Entered Level 1 of a ziggurat
140297 | Zig:2    | Entered Level 2 of a ziggurat
140388 | Zig:3    | Entered Level 3 of a ziggurat
140475 | Zig:4    | Entered Level 4 of a ziggurat
140542 | Zig:4    | Identified the staff "Xuteg" {rN+ Stlth+ Necro Air Earth}
140545 | Zig:4    | Identified the +9 morningstar of Starshine {flame, rN+
                  | Str+3}
140547 | Zig:4    | Identified the +7 trident of Jujoexy {freeze, rF+++ rC-
                  | Int+9 Stlth+}
140580 | Zig:4    | Learned a level 9 spell: Polar Vortex
140584 | Zig:5    | Entered Level 5 of a ziggurat
140589 | Zig:5    | Found the +8 mithril axe "Arga" {speed, Will+}
140591 | Zig:5    | Found the ring of the Octopus King
140685 | Zig:5    | Identified a ring of the Octopus King {rC+ HP+2 AC+2 EV+2
                  | SH+2}
140735 | Zig:6    | Entered Level 6 of a ziggurat
140741 | Zig:6    | Reached skill level 10 in Maces & Flails
140743 | Zig:6    | Reached skill level 5 in Alchemy
140906 | Zig:7    | Entered Level 7 of a ziggurat
141030 | Zig:7    | Identified the staff of the Ass {rC+ Str+3 Ice}
141037 | Zig:7    | Identified the ring "Wiodghi" {Fly rF+++ Str+4 Int-5 SInv}
141046 | Zig:7    | Identified the +4 arbalest of Mayhem {penet, rC+ Stlth+}
141130 | Zig:8    | Entered Level 8 of a ziggurat
141134 | Zig:8    | Noticed a royal mummy
141134 | Zig:8    | Noticed a royal mummy
141136 | Zig:8    | Noticed a royal mummy
141137 | Zig:8    | Noticed a royal mummy
141138 | Zig:8    | Killed a royal mummy
141138 | Zig:8    | Killed a royal mummy
141138 | Zig:8    | Killed a royal mummy
141138 | Zig:8    | Noticed a royal mummy
141138 | Zig:8    | Noticed a royal mummy
141139 | Zig:8    | Found the +8 demon trident "Rift" {distort, reach+}
141140 | Zig:8    | Killed a royal mummy
141142 | Zig:8    | Killed a royal mummy
141146 | Zig:8    | Killed a royal mummy
141358 | Zig:8    | Identified the staff of Raexkual {MP-9 Dex+4 Conj Summ Ice}
141361 | Zig:8    | Identified the +7 flail of the Lair of Beasts {venom, Will+
                  | Str+3 Int+2}
141378 | Zig:8    | Identified the +0 plate armour of Dishonesty {rC+ Will+}
141385 | Zig:9    | Entered Level 9 of a ziggurat
141395 | Zig:9    | Reached skill level 10 in Ranged Weapons
141396 | Zig:9    | Reached skill level 10 in Unarmed Combat
141604 | Zig:9    | Identified the +8 short sword of Gaveh {spect, rElec}
141698 | Zig:10   | Entered Level 10 of a ziggurat
141708 | Zig:10   | Reached skill level 10 in Short Blades
141708 | Zig:10   | Reached skill level 10 in Long Blades
141708 | Zig:10   | Reached skill level 10 in Axes
141708 | Zig:10   | Reached skill level 10 in Summonings
141839 | Zig:10   | Identified the ring "Vucoselu" {^Contam rElec rPois rF+}
141847 | Zig:10   | Identified the ring of the Albatross {Dex+6 Stlth+}
141849 | Zig:10   | Identified the staff of the Olives {*Slow rElec Str+9 Int-4
                  | SInv Air}
141880 | Zig:11   | Entered Level 11 of a ziggurat
141891 | Zig:11   | Reached skill level 10 in Polearms
141893 | Zig:11   | Reached skill level 10 in Hexes
141895 | Zig:11   | Found the +7 lajatang of Order {silver, rMut}
141897 | Zig:11   | Found the +4 Cigotuvi's embrace {Corpsefed rMiasma ^Drain
                  | rN+}
142069 | Zig:11   | Identified the staff of Guilt {*Corrode rC+ Conj Hexes
                  | Summ}
142079 | Zig:11   | Identified the +1 sling of Vunliehut {drain, rC+ Int+4
                  | Dex-2}
142203 | Zig:12   | Entered Level 12 of a ziggurat
142223 | Zig:12   | Reached skill level 10 in Ice Magic
142387 | Zig:12   | Identified the ring "Umidun" {Fire rN+ SInv}
142428 | Zig:13   | Entered Level 13 of a ziggurat
142569 | Zig:13   | Identified the +7 battleaxe of Fucraini {venom, MP+9}
142571 | Zig:13   | Identified the +5 shortbow of Fedhas's Hope {drain, rPois
                  | rC+ Int+3 Stlth+}
142686 | Zig:14   | Entered Level 14 of a ziggurat
142708 | Zig:14   | Found the +5 demon whip "Spellbinder" {antimagic, disrupt,
                  | Will+}
142858 | Zig:14   | Identified the +6 broad axe "Zeanethru" {pain, Int+2
                  | Stlth+}
142929 | Zig:15   | Entered Level 15 of a ziggurat
142943 | Zig:15   | Noticed a dread lich
142943 | Zig:15   | Noticed an ancient lich
142943 | Zig:15   | Noticed a dread lich
142944 | Zig:15   | Noticed an ancient lich
142944 | Zig:15   | Noticed an ancient lich
142948 | Zig:15   | Noticed an ancient lich
142948 | Zig:15   | Killed an ancient lich
142948 | Zig:15   | Noticed a dread lich
142948 | Zig:15   | Noticed an ancient lich
142949 | Zig:15   | Noticed a dread lich
142949 | Zig:15   | Killed an ancient lich
142949 | Zig:15   | Killed an ancient lich
142949 | Zig:15   | Killed a dread lich
142951 | Zig:15   | Killed a dread lich
142951 | Zig:15   | Killed an ancient lich
142951 | Zig:15   | Killed an ancient lich
142952 | Zig:15   | Noticed an ancient lich
142952 | Zig:15   | Killed a dread lich
142953 | Zig:15   | Noticed a dread lich
142953 | Zig:15   | Found the +7 great mace "Firestarter" {flame, immolate,
                  | rFlCloud rF++}
142954 | Zig:15   | Killed an ancient lich
142955 | Zig:15   | Reached skill level 15 in Maces & Flails
142955 | Zig:15   | Killed a dread lich
142957 | Zig:15   | Killed an ancient lich
142958 | Zig:15   | Killed a dread lich
143227 | Zig:16   | Entered Level 16 of a ziggurat
143247 | Zig:16   | Noticed Waix the pandemonium lord
143260 | Zig:16   | Killed Waix the pandemonium lord
143478 | Zig:16   | Found the +7 captain's cutlass {speed, disarm}
143572 | Zig:16   | Identified the +0 dagger of Cyxkoum {flame, Dex+3}
143573 | Zig:16   | Identified the +7 morningstar of the Kissing Gods
                  | {antimagic, rC- Str+5}
143595 | Zig:16   | Identified the +3 sling "Plog" {elec, SInv}
143606 | Zig:17   | Entered Level 17 of a ziggurat
143611 | Zig:17   | Noticed Saahek the pandemonium lord
143616 | Zig:17   | Noticed Zuthroedu the pandemonium lord
143617 | Zig:17   | Killed Saahek the pandemonium lord
143618 | Zig:17   | Noticed Aniett the pandemonium lord
143619 | Zig:17   | Noticed Riop the pandemonium lord
143619 | Zig:17   | Noticed Eroreki the pandemonium lord
143622 | Zig:17   | Noticed Pyruh the pandemonium lord
143625 | Zig:17   | Noticed Saununk the pandemonium lord
143626 | Zig:17   | Noticed Plog the pandemonium lord
143627 | Zig:17   | Noticed Zuhodghy the pandemonium lord
143630 | Zig:17   | Killed Eroreki the pandemonium lord
143631 | Zig:17   | Killed Aniett the pandemonium lord
143631 | Zig:17   | Noticed Cof Muod the pandemonium lord
143632 | Zig:17   | Noticed Myfaokhlu the pandemonium lord
143633 | Zig:17   | Killed Saununk the pandemonium lord
143634 | Zig:17   | Killed Pyruh the pandemonium lord
143634 | Zig:17   | Killed Riop the pandemonium lord
143634 | Zig:17   | Killed Zuhodghy the pandemonium lord
143634 | Zig:17   | Noticed Tojam the pandemonium lord
143635 | Zig:17   | Noticed Puthelot the pandemonium lord
143638 | Zig:17   | Killed Plog the pandemonium lord
143638 | Zig:17   | Noticed Zayghes the pandemonium lord
143639 | Zig:17   | Killed Myfaokhlu the pandemonium lord
143639 | Zig:17   | Killed Cof Muod the pandemonium lord
143639 | Zig:17   | Killed Zuthroedu the pandemonium lord
143639 | Zig:17   | Noticed Fetaediw the pandemonium lord
143640 | Zig:17   | Killed Zayghes the pandemonium lord
143640 | Zig:17   | Killed Tojam the pandemonium lord
143640 | Zig:17   | Noticed Koyh the pandemonium lord
143641 | Zig:17   | Noticed Eqogaim the pandemonium lord
143642 | Zig:17   | Noticed Zinlid the pandemonium lord
143642 | Zig:17   | Noticed Nyla the pandemonium lord
143642 | Zig:17   | Noticed Duteuh the pandemonium lord
143642 | Zig:17   | Killed Puthelot the pandemonium lord
143643 | Zig:17   | Reached skill level 15 in Long Blades
143644 | Zig:17   | Killed Nyla the pandemonium lord
143644 | Zig:17   | Killed Zinlid the pandemonium lord
143645 | Zig:17   | Reached skill level 15 in Short Blades
143646 | Zig:17   | Noticed Tiwitalo the pandemonium lord
143646 | Zig:17   | Noticed Atiruaf the pandemonium lord
143646 | Zig:17   | Noticed Teow the pandemonium lord
143647 | Zig:17   | Killed Fetaediw the pandemonium lord
143647 | Zig:17   | Killed Koyh the pandemonium lord
143647 | Zig:17   | Noticed Olaprisk the pandemonium lord
143650 | Zig:17   | Killed Duteuh the pandemonium lord
143650 | Zig:17   | Killed Olaprisk the pandemonium lord
143652 | Zig:17   | Killed Teow the pandemonium lord
143661 | Zig:17   | Killed Atiruaf the pandemonium lord
143661 | Zig:17   | Killed Tiwitalo the pandemonium lord
143667 | Zig:17   | Killed Eqogaim the pandemonium lord
143953 | Zig:17   | Identified the ring of Hybrajyary {Will+ Int+2}
143959 | Zig:17   | Identified the +3 trident of Utsuda {flame, rN+}
144045 | Zig:18   | Entered Level 18 of a ziggurat
144052 | Zig:18   | Noticed Cidy Pod the pandemonium lord
144054 | Zig:18   | Noticed Zachaeh the pandemonium lord
144056 | Zig:18   | Noticed Siapn the pandemonium lord
144057 | Zig:18   | Noticed Cootuhorgh the pandemonium lord
144058 | Zig:18   | Noticed Wuepatudgh the pandemonium lord
144059 | Zig:18   | Killed Siapn the pandemonium lord
144059 | Zig:18   | Noticed Zosch the pandemonium lord
144063 | Zig:18   | Killed Zachaeh the pandemonium lord
144063 | Zig:18   | Killed Cidy Pod the pandemonium lord
144064 | Zig:18   | Reached skill level 15 in Unarmed Combat
144080 | Zig:18   | Noticed Gerioryo the pandemonium lord
144080 | Zig:18   | Noticed Abramuho the pandemonium lord
144081 | Zig:18   | Killed Cootuhorgh the pandemonium lord
144081 | Zig:18   | Noticed Xinusosch the pandemonium lord
144086 | Zig:18   | Killed Zosch the pandemonium lord
144088 | Zig:18   | Noticed Impuw the pandemonium lord
144090 | Zig:18   | Killed Wuepatudgh the pandemonium lord
144091 | Zig:18   | Killed Impuw the pandemonium lord
144091 | Zig:18   | Noticed Heoply the pandemonium lord
144093 | Zig:18   | Killed Abramuho the pandemonium lord
144093 | Zig:18   | Killed Xinusosch the pandemonium lord
144093 | Zig:18   | Noticed Zafehiup the pandemonium lord
144094 | Zig:18   | Killed Ceklum the pandemonium lord
144094 | Zig:18   | Noticed Hemum the pandemonium lord
144095 | Zig:18   | Killed Gerioryo the pandemonium lord
144095 | Zig:18   | Noticed Loeloh the pandemonium lord
144096 | Zig:18   | Noticed Leyttin the pandemonium lord
144097 | Zig:18   | Killed Heoply the pandemonium lord
144097 | Zig:18   | Killed Zafehiup the pandemonium lord
144098 | Zig:18   | Killed Loeloh the pandemonium lord
144098 | Zig:18   | Killed Hemum the pandemonium lord
144098 | Zig:18   | Noticed Dejeod the pandemonium lord
144099 | Zig:18   | Noticed Huschuf the pandemonium lord
144100 | Zig:18   | Noticed Nehusau the pandemonium lord
144100 | Zig:18   | Noticed Egagh the pandemonium lord
144101 | Zig:18   | Killed Leyttin the pandemonium lord
144102 | Zig:18   | Noticed Liepp the pandemonium lord
144103 | Zig:18   | Noticed Tiozxoa the pandemonium lord
144103 | Zig:18   | Noticed Enev the pandemonium lord
144103 | Zig:18   | Noticed Hiudgh the pandemonium lord
144103 | Zig:18   | Noticed Poiclen the pandemonium lord
144104 | Zig:18   | Noticed Teaggell the pandemonium lord
144105 | Zig:18   | Noticed Zosararut the pandemonium lord
144106 | Zig:18   | Killed Huschuf the pandemonium lord
144107 | Zig:18   | Killed Tiozxoa the pandemonium lord
144108 | Zig:18   | Killed Hiudgh the pandemonium lord
144108 | Zig:18   | Killed Poiclen the pandemonium lord
144108 | Zig:18   | Killed Liepp the pandemonium lord
144108 | Zig:18   | Killed Nehusau the pandemonium lord
144110 | Zig:18   | Noticed Osef the pandemonium lord
144110 | Zig:18   | Found the +13 scythe of Curses {drain, curses, ^Drain}
144113 | Zig:19   | Entered Level 19 of a ziggurat
144139 | Zig:19   | Reached skill level 10 in Alchemy
144145 | Zig:19   | Reached skill level 15 in Hexes
144278 | Zig:19   | Identified the ring "Vyxemn" {rC++ Slay+3 SInv Stlth+}
144287 | Zig:19   | Identified the +0 scale mail "Haw Mosch" {rC+ Regen+}
144325 | Zig:19   | Identified the +0 falchion of a volcano {freeze, *Corrode
                  | Dex+5}
144335 | Zig:19   | Identified the amulet "Yshrah" {Spirit Harm Will+}
144563 | Zig:20   | Entered Level 20 of a ziggurat
144586 | Zig:20   | Reached skill level 15 in Ranged Weapons
144588 | Zig:20   | Reached skill level 15 in Ice Magic
144596 | Zig:20   | Reached skill level 15 in Axes
144598 | Zig:20   | Found the +5 scythe "Finisher" {speed, execute}
144606 | Zig:20   | Found the +9 sword of Power {lifebolt}
144608 | Zig:20   | Found the +8 arc blade {discharge, rElec}
144720 | Zig:20   | Identified the staff of the Seven Wars {rN+ rCorr Dex+3
                  | SInv Necro}
144726 | Zig:20   | Identified the quicksilver dragon scales of Dogmatism
                  | {Will+ Regen+ Str+4}
144848 | Zig:20   | Identified the +6 trident of Truth {vamp, rN+}
144853 | Zig:20   | Identified the +1 pair of gloves of Zoocw {Dex+5 Stlth-}
144854 | Zig:20   | Identified the +1 shortbow of Otit {drain, rPois Will+
                  | Str+4}
144859 | Zig:20   | Identified the staff of Estoni {rPois Ice Alchemy}
144998 | Zig:21   | Entered Level 21 of a ziggurat
145007 | Zig:21   | Noticed Fayruiry the pandemonium lord
145008 | Zig:21   | Noticed Laamiap the pandemonium lord
145008 | Zig:21   | Noticed Papuz the pandemonium lord
145009 | Zig:21   | Noticed Qecuo the pandemonium lord
145010 | Zig:21   | Noticed Tualamot the pandemonium lord
145010 | Zig:21   | Noticed Zotaegg the pandemonium lord
145011 | Zig:21   | Noticed Dosappee the pandemonium lord
145011 | Zig:21   | Noticed Tuitiy the pandemonium lord
145011 | Zig:21   | Noticed Ysoelaet the pandemonium lord
145012 | Zig:21   | Noticed Reddem the pandemonium lord
145012 | Zig:21   | Noticed Zyppavei the pandemonium lord
145014 | Zig:21   | Noticed Kyusust the pandemonium lord
145014 | Zig:21   | Noticed Juguj the pandemonium lord
145014 | Zig:21   | Killed Tuitiy the pandemonium lord
145014 | Zig:21   | Noticed Winyirieth the pandemonium lord
145015 | Zig:21   | Killed Fayruiry the pandemonium lord
145015 | Zig:21   | Noticed Faghir the pandemonium lord
145016 | Zig:21   | Noticed Tec Kubu the pandemonium lord
145018 | Zig:21   | Killed Zyppavei the pandemonium lord
145018 | Zig:21   | Killed Qecuo the pandemonium lord
145022 | Zig:21   | Noticed Secw the pandemonium lord
145022 | Zig:21   | Noticed Loleweo the pandemonium lord
145022 | Zig:21   | Noticed Gaoz the pandemonium lord
145022 | Zig:21   | Noticed Tacaat the pandemonium lord
145022 | Zig:21   | Noticed Pece the pandemonium lord
145023 | Zig:21   | Noticed Vanume the pandemonium lord
145023 | Zig:21   | Killed Gaoz the pandemonium lord
145023 | Zig:21   | Killed Papuz the pandemonium lord
145023 | Zig:21   | Killed Laamiap the pandemonium lord
145025 | Zig:21   | Killed Tacaat the pandemonium lord
145026 | Zig:21   | Killed Tualamot the pandemonium lord
145026 | Zig:21   | Killed Pece the pandemonium lord
145026 | Zig:21   | Noticed Feuttou the pandemonium lord
145027 | Zig:21   | Noticed Nafetulush the pandemonium lord
145027 | Zig:21   | Noticed Qutzinu the pandemonium lord
145027 | Zig:21   | Noticed Qulauvix the pandemonium lord
145028 | Zig:21   | Noticed Olonkat the pandemonium lord
145029 | Zig:21   | Killed Faghir the pandemonium lord
145029 | Zig:21   | Killed Zotaegg the pandemonium lord
145029 | Zig:21   | Noticed Rowiv the pandemonium lord
145030 | Zig:21   | Killed Reddem the pandemonium lord
145030 | Zig:21   | Killed Loleweo the pandemonium lord
145030 | Zig:21   | Killed Vanume the pandemonium lord
145031 | Zig:21   | Killed Secw the pandemonium lord
145031 | Zig:21   | Noticed Utet Paenn the pandemonium lord
145031 | Zig:21   | Noticed Ozosuesm the pandemonium lord
145032 | Zig:21   | Killed Ysoelaet the pandemonium lord
145032 | Zig:21   | Killed Kyusust the pandemonium lord
145032 | Zig:21   | Killed Olonkat the pandemonium lord
145032 | Zig:21   | Noticed Ommioler the pandemonium lord
145035 | Zig:21   | Killed Tec Kubu the pandemonium lord
145035 | Zig:21   | Killed Qutzinu the pandemonium lord
145036 | Zig:21   | Killed Juguj the pandemonium lord
145038 | Zig:21   | Killed Winyirieth the pandemonium lord
145038 | Zig:21   | Killed Ozosuesm the pandemonium lord
145038 | Zig:21   | Killed Feuttou the pandemonium lord
145038 | Zig:21   | Killed Nafetulush the pandemonium lord
145039 | Zig:21   | Noticed Hiufeah the pandemonium lord
145046 | Zig:21   | Killed Qulauvix the pandemonium lord
145046 | Zig:21   | Killed Dosappee the pandemonium lord
145046 | Zig:21   | Killed Rowiv the pandemonium lord
145046 | Zig:21   | Killed Ommioler the pandemonium lord
145049 | Zig:21   | Noticed Upemu the pandemonium lord
145049 | Zig:21   | Noticed Icrix the pandemonium lord
145053 | Zig:21   | Killed Upemu the pandemonium lord
145057 | Zig:21   | Killed Utet Paenn the pandemonium lord
145059 | Zig:21   | Found the +9 staff of Olgreb {rPois∞}
145072 | Zig:21   | Killed Icrix the pandemonium lord
145086 | Zig:21   | Killed Hiufeah the pandemonium lord
145412 | Zig:21   | Identified the ring "Vetsahy" {rPois Will+ Str-2 Dex+6}
145414 | Zig:21   | Identified the +7 battleaxe "Apergh" {flame, Int+3 Dex+3}
145421 | Zig:21   | Identified the staff "Naul" {rF+ Will+ Conj}
145428 | Zig:21   | Identified the +7 hand axe of Otaghep {vamp, Str+4}
145437 | Zig:21   | Identified the +5 mace of Foshoh {flame, rPois rC- Will++
                  | rCorr}
145441 | Zig:21   | Identified the +4 arbalest of Bina Ase {flame, ^Drain Str+3
                  | Dex+4}
145464 | Zig:22   | Entered Level 22 of a ziggurat
145497 | Zig:22   | Reached skill level 15 in Summonings
145507 | Zig:22   | Reached skill level 15 in Polearms
145507 | Zig:22   | Noticed an ancient lich
145512 | Zig:22   | Killed an ancient lich
145853 | Zig:22   | Identified the +6 scale mail "Icofa" {rN+ rCorr Dex+3}
145860 | Zig:22   | Identified the +3 leather armour of Integrity {rElec rC+}
145876 | Zig:22   | Identified the staff of Debt {*Slow rPois rN+ Hexes Necro
                  | Earth}
145877 | Zig:22   | Identified the +1 robe of Egeutex {Regen+ Dex+9}
145878 | Zig:22   | Identified the ring of Pexeupoi {rPois rF+ SInv}
145894 | Zig:22   | Identified the +5 morningstar of Yruygaz {flame, rPois
                  | Will+++}
145987 | Zig:22   | Learned a level 8 spell: Maxwell's Capacitive Coupling
145995 | Zig:23   | Entered Level 23 of a ziggurat
146008 | Zig:23   | Noticed a dread lich
146016 | Zig:23   | Killed a dread lich
146175 | Zig:23   | Identified the ring of Goczedgh {rF+++ rC- Int-3 Dex+6
                  | Slay+5}
146180 | Zig:23   | Identified the +3 rapier of Trial by Ordeal {holy, Str+2}
146186 | Zig:23   | Identified the +5 quick blade of the Sea {freeze, Int+2
                  | Dex+3}
146187 | Zig:23   | Identified the +6 mace of Cheibriados's Delight {venom,
                  | Int+3 Dex+4}
146271 | Zig:23   | Identified the +6 great sword "Koacraof" {freeze, rElec
                  | Str+6}
146429 | Zig:24   | Entered Level 24 of a ziggurat
146464 | Zig:24   | Found the +5 robe of Night {Dark Will+ SInv}
146571 | Zig:24   | Identified the +1 chain mail of Scuffed Creativity {rF++}
146574 | Zig:24   | Identified the staff of Moderation {rC+ Dex+2 Fire Ice}
146840 | Zig:24   | Identified the +0 plate armour of Tender Moments {rC+
                  | Will+}
146845 | Zig:24   | Identified the staff of Leeh {Int+3 Earth}
146853 | Zig:24   | Identified the +6 scale mail of Ivapn {Rampage ^Drain rPois
                  | Dex+6}
146854 | Zig:24   | Identified the ring of Qimual {rPois MP+9 Slay+2}
146869 | Zig:24   | Identified the staff of Irraot {rElec rPois Str-3 Stlth+
                  | Tloc Air}
146996 | Zig:25   | Entered Level 25 of a ziggurat
147136 | Zig:25   | Found the +10 morningstar "Eos" {elec, Halo rElec}
147565 | Zig:25   | Identified the +8 falchion "Boyteis" {elec, rElec rF- rC++
                  | Will+}
147575 | Zig:25   | Identified the ring "Oluuhip" {Fire rElec}
147583 | Zig:25   | Identified the +10 hand axe "Oluhohi" {elec, Str+3}
147597 | Zig:25   | Identified the +6 scale mail of Qouc {+Blink rN+++ Int-4
                  | Dex+5}
147598 | Zig:25   | Identified the +5 double sword of Fate {antimagic, ^Contam
                  | Fly Dex+3}
147604 | Zig:25   | Identified the +4 great sword of Vecescho {flame, Will+
                  | Stlth+}
147608 | Zig:25   | Identified the +8 halberd of Dubboxie {elec, rPois Dex+3
                  | Stlth+}
147615 | Zig:25   | Identified the +9 trident "Meomudd" {flame, rC+}
147694 | Zig:26   | Entered Level 26 of a ziggurat
147733 | Zig:26   | Noticed an ancient lich
147736 | Zig:26   | Killed an ancient lich
147763 | Zig:26   | Identified the +7 war axe of Dismemberment {drain, rN+
                  | Int+2 SInv}
148227 | Zig:26   | Identified the +0 ring mail of Hileor {rC+ Dex+2}
148231 | Zig:26   | Identified the +1 ring mail of Pride {Dex+7}
148436 | Zig:27   | Entered Level 27 of a ziggurat
148464 | Zig:27   | Reached skill level 27 in Shapeshifting
148497 | Zig:27   | Paralysed by a wendigo for 1 turns
148739 | Zig:27   | Found the +8 frozen axe "Frostbite" {freeze, freezing
                  | cloud, *Noise Fly rC+}
149020 | Zig:27   | Identified the +4 lajatang of Inesut {venom, rN+ SInv}
149021 | Zig:27   | Identified the amulet of Ecac {Spirit Dex+3}
149043 | Zig:27   | Identified the ring "Daffimi" {rN+ rCorr Int-2 Slay+2 SInv}
149075 | Zig:27   | Identified the staff of the Philosopher {*Corrode rPois rC+
                  | SInv Summ Ice}
149182 | D:1      | Reached skill level 15 in Alchemy
149196 | D:1      | Acquired 913 gold pieces
149197 | D:1      | Acquired 591 gold pieces
149198 | D:1      | Acquired 364 gold pieces
149199 | D:1      | Acquired 1093 gold pieces
149204 | Zig:1    | Entered Level 1 of a ziggurat
149268 | Zig:2    | Entered Level 2 of a ziggurat
149372 | Zig:3    | Entered Level 3 of a ziggurat
149514 | Zig:3    | Identified the +9 dagger "Trog's Indignation" {chaos,
                  | *Corrode Str+6}
149538 | Zig:4    | Entered Level 4 of a ziggurat
149538 | Zig:4    | Noticed Iqu Weaneet the pandemonium lord
149538 | Zig:4    | Noticed Uska the pandemonium lord
149538 | Zig:4    | Noticed Mofesm the pandemonium lord
149538 | Zig:4    | Noticed Rekhlaaq the pandemonium lord
149541 | Zig:4    | Killed Iqu Weaneet the pandemonium lord
149541 | Zig:4    | Killed Mofesm the pandemonium lord
149541 | Zig:4    | Killed Rekhlaaq the pandemonium lord
149548 | Zig:4    | Killed Uska the pandemonium lord
149666 | Zig:5    | Entered Level 5 of a ziggurat
149666 | Zig:5    | Noticed a dread lich
149670 | Zig:5    | Killed a dread lich
149830 | Zig:6    | Entered Level 6 of a ziggurat
150021 | Zig:6    | Identified the +3 glaive "Duxzazo" {flame, *Corrode rPois
                  | rC++}
150028 | Zig:6    | Identified the +1 broad axe of Winter {vamp, rF+ Will+
                  | Int+3 Dex-5}
150029 | Zig:6    | Identified the +5 longbow of Contention {drain, MP+9}
150065 | Zig:7    | Entered Level 7 of a ziggurat
150232 | Zig:7    | Identified the staff of Sequestration {Fly rC+ Int+3 Ice}
150279 | Zig:7    | Identified the +6 long sword of a Labyrinth {speed, rF+
                  | Dex+2}
150292 | Zig:8    | Entered Level 8 of a ziggurat
150313 | Zig:8    | Identified the +1 rapier of Kurefraast {vamp, Will+ Int-2
                  | Dex+6}
150385 | Zig:8    | Identified the staff "Beastbane" {*Corrode +Blink Stlth-
                  | Conj Hexes}
150481 | Zig:9    | Entered Level 9 of a ziggurat
150484 | Zig:9    | Noticed Qyacuy the pandemonium lord
150485 | Zig:9    | Noticed Helonera the pandemonium lord
150485 | Zig:9    | Noticed Buogoa the pandemonium lord
150485 | Zig:9    | Noticed Votabluu the pandemonium lord
150485 | Zig:9    | Noticed Belok the pandemonium lord
150486 | Zig:9    | Noticed Reuhus the pandemonium lord
150486 | Zig:9    | Noticed Nyov the pandemonium lord
150486 | Zig:9    | Noticed Viplim the pandemonium lord
150487 | Zig:9    | Noticed Sakam the pandemonium lord
150487 | Zig:9    | Noticed Bergh the pandemonium lord
150487 | Zig:9    | Noticed Sudofoh the pandemonium lord
150487 | Zig:9    | Noticed Qaetesyt the pandemonium lord
150487 | Zig:9    | Found the crystal ball of Wucad Mu {*channel}
150488 | Zig:9    | Noticed Yqoroo the pandemonium lord
150489 | Zig:9    | Killed Qyacuy the pandemonium lord
150489 | Zig:9    | Killed Buogoa the pandemonium lord
150489 | Zig:9    | Noticed Qizelu Fycud the pandemonium lord
150491 | Zig:9    | Killed Viplim the pandemonium lord
150491 | Zig:9    | Killed Votabluu the pandemonium lord
150491 | Zig:9    | Killed Nyov the pandemonium lord
150491 | Zig:9    | Killed Sakam the pandemonium lord
150491 | Zig:9    | Noticed Fidutuoz the pandemonium lord
150491 | Zig:9    | Noticed Lolyunn the pandemonium lord
150492 | Zig:9    | Killed Helonera the pandemonium lord
150492 | Zig:9    | Killed Sudofoh the pandemonium lord
150494 | Zig:9    | Killed Qizelu Fycud the pandemonium lord
150495 | Zig:9    | Killed Belok the pandemonium lord
150495 | Zig:9    | Killed Reuhus the pandemonium lord
150497 | Zig:9    | Killed Bergh the pandemonium lord
150497 | Zig:9    | Killed Yqoroo the pandemonium lord
150497 | Zig:9    | Killed Lolyunn the pandemonium lord
150502 | Zig:9    | Killed Qaetesyt the pandemonium lord
150503 | Zig:9    | Killed Fidutuoz the pandemonium lord
150682 | Zig:9    | Identified the +1 short sword of Day {antimagic, rElec
                  | rCorr Dex+5}
150738 | Zig:9    | Identified the ring "Eseur" {^Contam Will+ Int+3 Dex+6}
150792 | Zig:10   | Entered Level 10 of a ziggurat
151091 | Zig:11   | Entered Level 11 of a ziggurat
151423 | Zig:12   | Entered Level 12 of a ziggurat
151443 | Zig:12   | Found the ring of the Hare {EV+10}
151629 | Zig:12   | Identified the +2 arbalest of Guile {penet, rElec rCorr}
151658 | Zig:12   | Identified the +0 plate armour "Mumib" {Harm Regen+ rCorr
                  | SInv}
151660 | Zig:12   | Identified the +6 dagger of Hitakh {elec, rElec rN+}
151661 | Zig:12   | Identified the +6 shortbow of Perversion {speed, ^Drain
                  | Int+4 Stlth+}
151708 | Zig:13   | Entered Level 13 of a ziggurat
151718 | Zig:13   | Noticed a dread lich
151722 | Zig:13   | Killed a dread lich
151849 | Zig:13   | Identified the ring "Obramih" {Fire rElec rN++ Dex+2
                  | Slay-2}
151955 | Zig:14   | Entered Level 14 of a ziggurat
151982 | Zig:14   | Found the +12 glaive of Prune {freeze, Prune}
152107 | Zig:14   | Identified the staff "Baogott" {rElec Str+5 Air}
152108 | Zig:14   | Identified the +2 war axe of Jibo {drain, Fly}
152216 | Zig:14   | Identified the +4 orcbow "Ruoreguy" {drain, Will- Str+4
                  | Dex+5}
152223 | Zig:14   | Identified the +2 troll leather armour of Cytogh {rC+
                  | Regen+ SInv}
152267 | Zig:15   | Entered Level 15 of a ziggurat
152273 | Zig:15   | Noticed a royal mummy
152279 | Zig:15   | Killed a royal mummy
152280 | Zig:15   | Noticed a royal mummy
152283 | Zig:15   | Noticed a royal mummy
152283 | Zig:15   | Noticed a royal mummy
152284 | Zig:15   | Noticed a royal mummy
152287 | Zig:15   | Noticed a royal mummy
152289 | Zig:15   | Noticed a royal mummy
152291 | Zig:15   | Killed a royal mummy
152291 | Zig:15   | Killed a royal mummy
152291 | Zig:15   | Killed a royal mummy
152291 | Zig:15   | Killed a royal mummy
152292 | Zig:15   | Killed a royal mummy
152293 | Zig:15   | Noticed a royal mummy
152296 | Zig:15   | Killed a royal mummy
152306 | Zig:15   | Killed a royal mummy
152426 | Zig:15   | Found the +6 Majin-Bo {spellvamp, MP+6 Int+6}
152587 | Zig:15   | Identified the +0 steam dragon scales "Sotuu" {Str+4}
152609 | Zig:15   | Identified the +4 gold dragon scales of Rohoidos {Harm
                  | rPois rF+ rC+ Regen+ Str+3}
152682 | Zig:16   | Entered Level 16 of a ziggurat
152689 | Zig:16   | Noticed an ancient lich
152691 | Zig:16   | Noticed an ancient lich
152693 | Zig:16   | Noticed a dread lich
152693 | Zig:16   | Killed an ancient lich
152695 | Zig:16   | Noticed a dread lich
152695 | Zig:16   | Noticed an ancient lich
152695 | Zig:16   | Noticed an ancient lich
152695 | Zig:16   | Noticed an ancient lich
152696 | Zig:16   | Noticed an ancient lich
152697 | Zig:16   | Noticed an ancient lich
152697 | Zig:16   | Killed an ancient lich
152697 | Zig:16   | Noticed a dread lich
152698 | Zig:16   | Killed a dread lich
152698 | Zig:16   | Noticed a dread lich
152699 | Zig:16   | Killed an ancient lich
152699 | Zig:16   | Killed an ancient lich
152699 | Zig:16   | Killed an ancient lich
152699 | Zig:16   | Killed a dread lich
152699 | Zig:16   | Noticed a dread lich
152699 | Zig:16   | Noticed a dread lich
152699 | Zig:16   | Noticed a dread lich
152700 | Zig:16   | Killed an ancient lich
152700 | Zig:16   | Killed an ancient lich
152700 | Zig:16   | Killed a dread lich
152701 | Zig:16   | Noticed a dread lich
152702 | Zig:16   | Killed a dread lich
152702 | Zig:16   | Killed a dread lich
152702 | Zig:16   | Killed a dread lich
152703 | Zig:16   | Killed a dread lich
152707 | Zig:16   | Killed a dread lich
152964 | Zig:16   | Identified the staff "Awaituff" {rPois Dex+4 Alchemy}
152974 | Zig:16   | Identified the +1 short sword of Dithmenos {drain, rF++
                  | Int-2}
152975 | Zig:16   | Identified the +8 whip of Payh {protect, rC+ Will+ Stlth+}
152977 | Zig:16   | Identified the +0 pair of gloves "Imulipli" {Slay+3}
152978 | Zig:16   | Identified the +0 scale mail of Porphurgh {Dex+5}
152980 | Zig:16   | Identified the +0 morningstar "Jute" {elec, Str+3}
153045 | Zig:17   | Entered Level 17 of a ziggurat
153399 | Zig:17   | Identified the +12 spear of Kismet {vamp, Str-4 Int+2 Dex+5
                  | Stlth+}
153400 | Zig:17   | Identified the staff of Wagryutz {rF+ rC+ rN++ Will+ Dex-2
                  | Ice}
153405 | Zig:17   | Identified the +1 sling "Tabb" {flame, Fly rPois rC++ rN+++
                  | Dex-2}
153408 | Zig:17   | Identified the staff of Ethu {rC+ Str+4 Earth Alchemy}
153410 | Zig:17   | Identified the +3 morningstar "Henuc Cequst" {freeze, rElec
                  | rF++ rC- Stlth+}
153415 | Zig:17   | Identified the +4 mace "Upoajeon" {flame, Fly}
153425 | Zig:18   | Entered Level 18 of a ziggurat
153777 | Zig:18   | Identified the ring "Uxtak" {rC+ AC+4}
153789 | Zig:18   | Identified the +8 falchion "Aruzima" {flame, Int+3}
153867 | Zig:18   | Identified the ring "Feniut" {rF+ rC+}
153967 | Zig:19   | Entered Level 19 of a ziggurat
153979 | Zig:19   | Noticed an ancient lich
153980 | Zig:19   | Noticed an ancient lich
153980 | Zig:19   | Noticed an ancient lich
153984 | Zig:19   | Noticed an ancient lich
153985 | Zig:19   | Noticed an ancient lich
153986 | Zig:19   | Noticed an ancient lich
153987 | Zig:19   | Killed an ancient lich
153987 | Zig:19   | Killed an ancient lich
153988 | Zig:19   | Noticed an ancient lich
153988 | Zig:19   | Noticed an ancient lich
153990 | Zig:19   | Found the +1 robe of Vines {NoPotionHeal Regen++++}
153990 | Zig:19   | Noticed an ancient lich
153992 | Zig:19   | Killed an ancient lich
153992 | Zig:19   | Killed an ancient lich
153992 | Zig:19   | Killed an ancient lich
153996 | Zig:19   | Killed an ancient lich
153998 | Zig:19   | Killed an ancient lich
154004 | Zig:19   | Killed an ancient lich
154013 | Zig:19   | Killed an ancient lich
154194 | Zig:19   | Identified the amulet of Kigeot {Spirit Will+}
154199 | Zig:19   | Identified the +4 scimitar of Salt {chaos, rPois rCorr}
154201 | Zig:19   | Identified the +4 chain mail of Serghajid {*Corrode Str+4}
154202 | Zig:19   | Identified the staff "Beetleslayer" {rF+ rC+ rN+ Int+3
                  | Stlth+ Necro}
154212 | Zig:19   | Identified the +1 trident of Discomfort {heavy, rC+ Str+3}
154483 | Zig:19   | Identified the +7 battleaxe of Wuol Cewn {freeze, rN+ Int+3
                  | Dex+4}
154518 | Zig:19   | Identified the +2 longbow of Obiter Dictum {freeze, rPois
                  | rN++}
154655 | Zig:20   | Entered Level 20 of a ziggurat
154664 | Zig:20   | Identified the +0 tower shield "Aclighodgh" {Harm rN+
                  | Str+3}
154665 | Zig:20   | Identified the +5 tower shield "Veog" {Int+2}
154677 | Zig:20   | Killed a seraph
154677 | Zig:20   | Noticed a seraph
154680 | Zig:20   | Killed a seraph
154681 | Zig:20   | Killed a seraph
154685 | Zig:20   | Noticed a seraph
154691 | Zig:20   | Killed a seraph
155034 | Zig:20   | Identified the ring of Xom's Flight of Fancy {rN+ Dex+6
                  | SInv}
155039 | Zig:20   | Identified the +1 scimitar "Wykligy" {elec, rElec Int+3}
155046 | Zig:20   | Identified the +0 helmet of the Glimmering Gods {rF+}
155051 | Zig:20   | Identified the +1 leather armour of the Blind Marksman
                  | {Fly}
155060 | Zig:20   | Identified the +1 leather armour of the Endless Expanse
                  | {rCorr Dex+2}
155230 | Zig:21   | Entered Level 21 of a ziggurat
155241 | Zig:21   | Noticed a juggernaut
155243 | Zig:21   | Noticed a juggernaut
155244 | Zig:21   | Noticed a juggernaut
155245 | Zig:21   | Killed a juggernaut
155245 | Zig:21   | Killed a juggernaut
155246 | Zig:21   | Noticed a juggernaut
155251 | Zig:21   | Killed a juggernaut
155252 | Zig:21   | Killed a juggernaut
155254 | Zig:21   | Reached skill level 27 in Maces & Flails
155255 | Zig:21   | Found the +4 skin of Zhor {*Englaciate rC+++ SInv}
155430 | Zig:21   | Identified the +0 plate armour "Ozaelemn" {rC+}
155443 | Zig:21   | Identified the +4 spear of the Pill Bug {venom, Int+2}
155451 | Zig:21   | Identified the +5 robe of Makhleb's Benevolence {-Tele
                  | rPois SInv Archmagi}
155459 | Zig:21   | Identified the staff "Ovek" {rC+ Earth}
155476 | Zig:21   | Identified the ring of Xom's Best Wishes {^Drain rElec rC+
                  | rCorr}
155855 | Zig:22   | Entered Level 22 of a ziggurat
155906 | Zig:22   | Found the +3 crown of Dyrovepreva {rElec Int+2 SInv}
156255 | Zig:22   | Identified the +2 scimitar of Adverse Possession {venom,
                  | rF+ rCorr}
156256 | Zig:22   | Identified the staff of the Big Fish {rElec rPois Str+2
                  | SInv Air}
156281 | Zig:22   | Identified the +4 whip of Grandeur {vamp, Int+2}
156297 | Zig:22   | Identified the +1 ring mail of Polish {rN+ Will+ SInv}
156301 | Zig:22   | Identified the +9 trident "Agotzol" {heavy, rC+}
156309 | Zig:22   | Identified the +10 double sword of the Unliving {vamp,
                  | *Rage Str+4 Int+5}
156417 | Zig:23   | Entered Level 23 of a ziggurat
156444 | Zig:23   | Found the ring of the Octopus King
156588 | Zig:23   | Identified the staff "Fatzich" {rPois rF+ rC- Dex+2 Fire}
156598 | Zig:23   | Identified the ring "Penk" {rF++ Will+ EV+5}
156627 | Zig:23   | Identified the +4 halberd "Sempuh" {chaos, rF+ Int+2}
156652 | Zig:23   | Identified the +6 shortbow of the Riding Coward {antimagic,
                  | Dex+6}
156654 | Zig:23   | Identified a ring of the Octopus King {Fly HP+2 AC+2 EV+2
                  | SH+2}
156656 | Zig:23   | Identified the ring of the Magpie {MP+9 Slay+3}
156708 | Zig:23   | Identified the +3 cloak of Untruth {rC++}
156976 | Zig:24   | Entered Level 24 of a ziggurat
156990 | Zig:24   | Noticed a juggernaut
156993 | Zig:24   | Noticed a juggernaut
156994 | Zig:24   | Noticed a juggernaut
156995 | Zig:24   | Noticed a juggernaut
156996 | Zig:24   | Noticed a juggernaut
156996 | Zig:24   | Noticed a juggernaut
156996 | Zig:24   | Noticed a juggernaut
156997 | Zig:24   | Killed a juggernaut
156997 | Zig:24   | Killed a juggernaut
156998 | Zig:24   | Noticed a juggernaut
156998 | Zig:24   | Noticed a juggernaut
156998 | Zig:24   | Noticed a juggernaut
156998 | Zig:24   | Noticed a juggernaut
156999 | Zig:24   | Killed a juggernaut
156999 | Zig:24   | Killed a juggernaut
156999 | Zig:24   | Noticed a juggernaut
157000 | Zig:24   | Noticed a juggernaut
157001 | Zig:24   | Killed a juggernaut
157001 | Zig:24   | Killed a juggernaut
157001 | Zig:24   | Killed a juggernaut
157002 | Zig:24   | Killed a juggernaut
157002 | Zig:24   | Killed a juggernaut
157003 | Zig:24   | Noticed a juggernaut
157004 | Zig:24   | Noticed a juggernaut
157006 | Zig:24   | Killed a juggernaut
157006 | Zig:24   | Killed a juggernaut
157007 | Zig:24   | Killed a juggernaut
157011 | Zig:24   | Killed a juggernaut
157011 | Zig:24   | Killed a juggernaut
157011 | Zig:24   | Killed a juggernaut
157532 | Zig:24   | Identified the +7 rapier of the Forest {venom, rC+ Str+6
                  | Stlth-}
157544 | Zig:24   | Identified the +11 arbalest of Impatience {heavy, rC+}
157582 | Zig:24   | Identified the staff of Painful Death {rPois Int+2 SInv
                  | Alchemy}
157603 | Zig:24   | Identified the +5 plate armour "Doomep" {Str-3 Int+6}
157607 | Zig:24   | Identified the +5 war axe "Bialeg" {holy, rF++ Dex+2}
157614 | Zig:24   | Identified the +4 scimitar of Varphide {freeze, rC+ Str+4}
157626 | Zig:24   | Identified the +0 pair of gloves of Shielding {Str+5}
157733 | Zig:25   | Entered Level 25 of a ziggurat
157775 | Zig:25   | Found the +4 consecrated labrys {holy, Valiant ^Fragile Fly
                  | SInv}
157934 | Zig:25   | Identified the +8 great sword of the Mind {flame, rN+ Str+3
                  | Int+4}
157936 | Zig:25   | Identified the amulet of the Past {rF- Regen+ Str+6 Dex-4}
157953 | Zig:25   | Identified the +2 quarterstaff "Bex Ojut" {flame, +Blink
                  | rElec Str-2 Dex+3}
157955 | Zig:25   | Identified the +6 morningstar of Ambiguity {protect, rPois
                  | Stlth+}
157964 | Zig:25   | Identified the +2 shortbow of the Devouring Oracle
                  | {antimagic, rCorr Int+3}
157965 | Zig:25   | Identified the staff "Inucyn" {rPois rC+ Earth Alchemy}
157973 | Zig:25   | Identified the +3 halberd "Coclydukeck" {heavy, *Corrode
                  | rPois Int+5 Stlth+}
157983 | Zig:25   | Identified the +4 flail "Zobeg" {heavy, Dex+4 Stlth+}
158311 | Zig:25   | Identified the ring "Imipsy Mesa" {Fire Fly rN+}
158393 | Zig:26   | Entered Level 26 of a ziggurat
158435 | Zig:26   | Reached skill level 27 in Short Blades
158436 | Zig:26   | Found the +16 obsidian axe {drain, demonic, Mesm ^Drain Fly
                  | SInv}
158439 | Zig:26   | Found the +7 sceptre of Torment {pain, torment}
158669 | Zig:26   | Identified the +3 scale mail of Atouxtei {Int+5 Dex-2
                  | Slay+6}
158673 | Zig:26   | Identified the ring of Ikkeatsy {rF+ Int+3 SInv}
158678 | Zig:26   | Identified the +1 plate armour of the Komodo Dragon {rF+
                  | Dex+3}
158692 | Zig:26   | Identified the +8 mace "Gedoh" {protect, rC++ Str+3 Dex+2}
158903 | Zig:26   | Identified the amulet "Retzicwagy" {Faith rPois}
158904 | Zig:26   | Identified the +8 chain mail "Elevyuma" {rN++}
158905 | Zig:26   | Identified the +6 falchion "Cumeghoz" {flame, Will++}
158910 | Zig:26   | Identified the +6 quarterstaff "Ecloelun" {freeze, rPois
                  | rF+}
158998 | Zig:27   | Entered Level 27 of a ziggurat
159018 | Zig:27   | Reached skill level 27 in Ice Magic
159031 | Zig:27   | Reached skill level 27 in Ranged Weapons
159363 | Zig:27   | Identified the ring of the Final Decision {rPois rF- Str+3
                  | SInv}
159375 | Zig:27   | Identified the +9 flail of Darkness {distort, rN+ Str+2}
159395 | Zig:27   | Identified the +9 triple sword of Theory {flame, rCorr}
159397 | Zig:27   | Identified the amulet "Bueggufell" {RegenMP Fly rPois
                  | Dex+3}
159399 | Zig:27   | Identified the amulet "Qelo" {Reflect MP+9 Str+3 Dex+3
                  | SH+5}
159402 | Zig:27   | Identified the staff "Sip Uru" {rF+ rN+ Str+4 Necro}
159408 | Zig:27   | Identified the +11 lajatang "Qidairph" {freeze, rN+ Will-
                  | rCorr}
159414 | Zig:27   | Identified the staff of Disaster {rF+ rN+ Str-4 Dex+2
                  | Necro}
159422 | Zig:27   | Identified the +1 lajatang "Goblinbane" {speed, rN+}
159688 | D:1      | Reached skill level 27 in Unarmed Combat
159692 | D:1      | Reached skill level 27 in Polearms
160099 | D:14     | Bought a scroll of enchant weapon for 142 gold pieces
160099 | D:14     | Acquired 922 gold pieces
160256 | D:7      | Bought a scroll of enchant weapon for 97 gold pieces
160256 | D:7      | Bought a scroll of blinking for 97 gold pieces
160869 | Zig:1    | Entered Level 1 of a ziggurat
160940 | Zig:2    | Entered Level 2 of a ziggurat
161032 | Zig:3    | Entered Level 3 of a ziggurat
161036 | Zig:3    | Reached skill level 27 in Axes
161043 | Zig:3    | Reached skill level 27 in Long Blades
161201 | Zig:3    | Identified the +4 trident "Osit Urgh" {flame, Str-5 Int+6
                  | SInv}
161254 | Zig:4    | Entered Level 4 of a ziggurat
161311 | Zig:4    | Identified the +6 short sword "Otitok" {venom, rCorr Int+4
                  | Dex-4}
161335 | Zig:5    | Entered Level 5 of a ziggurat
161335 | Zig:5    | Noticed a royal mummy
161335 | Zig:5    | Noticed a royal mummy
161337 | Zig:5    | Killed a royal mummy
161338 | Zig:5    | Killed a royal mummy
161341 | Zig:5    | Reached skill level 27 in Hexes
161485 | Zig:5    | Identified the staff of Tenacity {Tloc Earth}
161508 | Zig:5    | Identified the ring of Nijumati {^Drain rPois rF+ Str+6}
161584 | Zig:6    | Entered Level 6 of a ziggurat
161588 | Zig:6    | Noticed an ancient lich
161588 | Zig:6    | Noticed an ancient lich
161590 | Zig:6    | Killed an ancient lich
161590 | Zig:6    | Killed an ancient lich
161737 | Zig:6    | Identified the ring "Harytty" {rPois rF+ Dex+4 SInv}
161742 | Zig:6    | Identified the staff "Wesk" {rPois rF+ Will+ Alchemy}
161772 | Zig:7    | Entered Level 7 of a ziggurat
162041 | Zig:7    | Lost mutation: You have an increased reservoir of magic.
                  | (+10% MP) [potion of mutation]
162041 | Zig:7    | Lost mutation: You have large cloven feet. [potion of
                  | mutation]
162041 | Zig:7    | Gained mutation: You are somewhat resistant to further
                  | mutation. [potion of mutation]
162041 | Zig:7    | Gained mutation: You are agile. (Dex +4, Str/Int -1)
                  | [potion of mutation]
162042 | Zig:7    | Lost mutation: You are agile. (Dex +4, Str/Int -1) [potion
                  | of mutation]
162042 | Zig:7    | Lost mutation: You possess an exceptional clarity of mind.
                  | [potion of mutation]
162042 | Zig:7    | Lost mutation: You are somewhat resistant to further
                  | mutation. [potion of mutation]
162042 | Zig:7    | Gained mutation: Your magical capacity is low. (-10% MP)
                  | [potion of mutation]
162042 | Zig:7    | Gained mutation: You are vulnerable to cold. (rC-) [potion
                  | of mutation]
162042 | Zig:7    | Gained mutation: You are agile. (Dex +4, Str/Int -1)
                  | [potion of mutation]
162043 | Zig:7    | Lost mutation: Your magical capacity is low. (-10% MP)
                  | [potion of mutation]
162043 | Zig:7    | Lost mutation: You are vulnerable to cold. (rC-) [potion of
                  | mutation]
162043 | Zig:7    | Gained mutation: Your flesh is cold resistant. (rC+)
                  | [potion of mutation]
162043 | Zig:7    | Gained mutation: You are partially covered in large bone
                  | plates. (SH +4) [potion of mutation]
162044 | Zig:7    | Lost mutation: You are agile. (Dex +4, Str/Int -1) [potion
                  | of mutation]
162044 | Zig:7    | Lost mutation: Your flesh is cold resistant. (rC+) [potion
                  | of mutation]
162044 | Zig:7    | Lost mutation: You are partially covered in large bone
                  | plates. (SH +4) [potion of mutation]
162044 | Zig:7    | Gained mutation: You expend magic power (3 MP) to
                  | strengthen your wands. [potion of mutation]
162044 | Zig:7    | Gained mutation: You are frail. (-10% HP) [potion of
                  | mutation]
162044 | Zig:7    | Gained mutation: You are vulnerable to heat. (rF-) [potion
                  | of mutation]
162045 | Zig:7    | Lost mutation: You are frail. (-10% HP) [potion of
                  | mutation]
162045 | Zig:7    | Lost mutation: You expend magic power (3 MP) to strengthen
                  | your wands. [potion of mutation]
162045 | Zig:7    | Gained mutation: Your magical capacity is low. (-10% MP)
                  | [potion of mutation]
162046 | Zig:7    | Lost mutation: You are vulnerable to heat. (rF-) [potion of
                  | mutation]
162046 | Zig:7    | Lost mutation: Your magical capacity is low. (-10% MP)
                  | [potion of mutation]
162046 | Zig:7    | Gained mutation: You are weak. (Str -2) [potion of
                  | mutation]
162046 | Zig:7    | Lost mutation: You are weak. (Str -2) [potion of mutation]
162046 | Zig:7    | Gained mutation: You have hidden genetic potential. [potion
                  | of mutation]
162047 | Zig:7    | Lost mutation: You have hidden genetic potential. [potion
                  | of mutation]
162047 | Zig:7    | Gained mutation: You are robust. (+10% HP) [potion of
                  | mutation]
162047 | Zig:7    | Lost mutation: You are robust. (+10% HP) [potion of
                  | mutation]
162048 | Zig:7    | Gained mutation: Your flesh is heat resistant. (rF+)
                  | [potion of mutation]
162048 | Zig:7    | Gained mutation: You have supernaturally acute eyesight.
                  | (SInv) [potion of mutation]
162067 | Zig:8    | Entered Level 8 of a ziggurat
162071 | Zig:8    | Reached skill level 27 in Summonings
162210 | Zig:8    | Found the +0 pair of fencer's gloves {Riposte Dex+3}
162250 | Zig:8    | Identified the amulet of Vuwnitin {RegenMP -Tele Fly Will+}
162271 | Zig:8    | Identified the amulet of Dishonour {Reflect Str-2 Int+2
                  | Dex+3 Slay+5 SH+5}
162296 | Zig:9    | Entered Level 9 of a ziggurat
162296 | Zig:9    | Noticed a juggernaut
162296 | Zig:9    | Noticed a juggernaut
162300 | Zig:9    | Noticed a juggernaut
162303 | Zig:9    | Killed a juggernaut
162307 | Zig:9    | Killed a juggernaut
162307 | Zig:9    | Killed a juggernaut
162599 | Zig:10   | Entered Level 10 of a ziggurat
162778 | Zig:10   | Identified the ring of Qityzeis {Wiz Will+}
162790 | Zig:10   | Identified the +0 ring mail of an ossuary {rF++ MP+9 Str+3
                  | Int-2}
162793 | Zig:10   | Identified the +9 ice dragon scales of Janoudeq {rElec rF-
                  | rC++ Dex+2}
162800 | Zig:10   | Identified the ring of Syett {rElec rF- rCorr AC+4}
162839 | Zig:11   | Entered Level 11 of a ziggurat
162851 | Zig:11   | Reached skill level 27 in Alchemy
163065 | Zig:11   | Identified the staff "Jupudwomm" {rElec Dex+5 Air Earth}
163075 | Zig:11   | Identified the ring "Pikueh" {Will+ MP+9}
163093 | Zig:11   | Identified the ring of Uklu {rC+ Will+ rCorr Dex-5 Slay+3}
163211 | Zig:12   | Entered Level 12 of a ziggurat
163214 | Zig:12   | Noticed an ancient lich
163214 | Zig:12   | Paralysed by accursed screaming for 2 turns
163219 | Zig:12   | Killed an ancient lich
163550 | Zig:12   | Identified the staff "Qick" {^Fragile rElec rF+ rC+ Fire}
163562 | Zig:12   | Identified the +4 battleaxe of Trog's Generosity {flame,
                  | rF- rC++}
163592 | Zig:12   | Identified the +0 pair of gloves of the Maze {rElec Regen+
                  | Dex-2 Slay-4}
163618 | Zig:13   | Entered Level 13 of a ziggurat
163618 | Zig:13   | Noticed a royal mummy
163618 | Zig:13   | Noticed a royal mummy
163619 | Zig:13   | Noticed a royal mummy
163620 | Zig:13   | Killed a royal mummy
163620 | Zig:13   | Killed a royal mummy
163621 | Zig:13   | Noticed a royal mummy
163621 | Zig:13   | Noticed a royal mummy
163621 | Zig:13   | Noticed a royal mummy
163621 | Zig:13   | Noticed a royal mummy
163622 | Zig:13   | Noticed a royal mummy
163623 | Zig:13   | Noticed a royal mummy
163623 | Zig:13   | Noticed a royal mummy
163623 | Zig:13   | Noticed a royal mummy
163624 | Zig:13   | Killed a royal mummy
163624 | Zig:13   | Killed a royal mummy
163624 | Zig:13   | Killed a royal mummy
163625 | Zig:13   | Noticed a royal mummy
163625 | Zig:13   | Noticed a royal mummy
163626 | Zig:13   | Killed a royal mummy
163626 | Zig:13   | Killed a royal mummy
163627 | Zig:13   | Killed a royal mummy
163627 | Zig:13   | Killed a royal mummy
163627 | Zig:13   | Killed a royal mummy
163630 | Zig:13   | Killed a royal mummy
163630 | Zig:13   | Killed a royal mummy
163636 | Zig:13   | Killed a royal mummy
163741 | Zig:13   | Identified the +0 leather armour of the Heavens {Harm
                  | *Corrode Fly Will+}
163983 | Zig:14   | Entered Level 14 of a ziggurat
163994 | Zig:14   | Found the +8 Wrath of Trog {antimagic, *Rage Rampage}
163996 | Zig:14   | Found the +3 salamander hide armour {Flames, rFlCloud rF++
                  | rC--}
164012 | Zig:14   | Identified the ring "Wockil" {rPois Str+3 SInv}
164225 | Zig:14   | Identified the +3 cloak of Pan-Flutes {Int+3}
164274 | Zig:15   | Entered Level 15 of a ziggurat
164521 | Zig:15   | Identified the staff "Ifratul" {*Slow rPois Will+ Dex+4 Ice
                  | Alchemy}
164572 | Zig:15   | Identified the +11 dagger of Sin {antimagic, rElec}
164574 | Zig:15   | Identified the +2 pair of boots "Icrav" {Int+5}
164605 | Zig:15   | Identified the ring "Huduupp" {rN+ Int+6 Dex+3}
164738 | Zig:16   | Entered Level 16 of a ziggurat
164741 | Zig:16   | Noticed a dread lich
164741 | Zig:16   | Noticed an ancient lich
164742 | Zig:16   | Noticed an ancient lich
164743 | Zig:16   | Noticed a dread lich
164743 | Zig:16   | Noticed an ancient lich
164743 | Zig:16   | Noticed a dread lich
164744 | Zig:16   | Noticed a dread lich
164744 | Zig:16   | Noticed a dread lich
164745 | Zig:16   | Killed an ancient lich
164746 | Zig:16   | Killed a dread lich
164746 | Zig:16   | Killed an ancient lich
164746 | Zig:16   | Killed a dread lich
164748 | Zig:16   | Killed a dread lich
164749 | Zig:16   | Killed a dread lich
164749 | Zig:16   | Killed an ancient lich
164750 | Zig:16   | Noticed a dread lich
164750 | Zig:16   | Noticed an ancient lich
164752 | Zig:16   | Noticed a dread lich
164753 | Zig:16   | Killed a dread lich
164754 | Zig:16   | Killed a dread lich
164754 | Zig:16   | Killed an ancient lich
164755 | Zig:16   | Noticed a dread lich
164757 | Zig:16   | Killed a dread lich
164763 | Zig:16   | Killed a dread lich
165067 | Zig:17   | Entered Level 17 of a ziggurat
165409 | Zig:17   | Identified the ring "Pashor" {Fire rPois rCorr}
165413 | Zig:17   | Identified the +3 orcbow of Harmony {freeze, Int+5}
165416 | Zig:17   | Identified the +1 war axe of Poverty {flame, rC- Str-3 SInv
                  | Stlth+}
165427 | Zig:17   | Identified the +1 cloak "Myonn" {Harm Will+ Stlth+}
165430 | Zig:17   | Identified the +5 arbalest of the Witching Puffin {elec,
                  | rElec rC+ rN++}
165563 | Zig:18   | Entered Level 18 of a ziggurat
165568 | Zig:18   | Noticed an ancient lich
165568 | Zig:18   | Noticed a dread lich
165568 | Zig:18   | Noticed an ancient lich
165569 | Zig:18   | Noticed an ancient lich
165569 | Zig:18   | Noticed an ancient lich
165569 | Zig:18   | Noticed a dread lich
165569 | Zig:18   | Noticed a dread lich
165569 | Zig:18   | Noticed an ancient lich
165570 | Zig:18   | Noticed a dread lich
165570 | Zig:18   | Noticed a dread lich
165570 | Zig:18   | Noticed an ancient lich
165571 | Zig:18   | Killed an ancient lich
165571 | Zig:18   | Killed an ancient lich
165571 | Zig:18   | Killed a dread lich
165571 | Zig:18   | Killed a dread lich
165571 | Zig:18   | Noticed a dread lich
165571 | Zig:18   | Noticed a dread lich
165572 | Zig:18   | Killed a dread lich
165572 | Zig:18   | Killed an ancient lich
165572 | Zig:18   | Killed an ancient lich
165572 | Zig:18   | Noticed an ancient lich
165572 | Zig:18   | Noticed a dread lich
165573 | Zig:18   | Killed an ancient lich
165573 | Zig:18   | Killed a dread lich
165573 | Zig:18   | Killed a dread lich
165573 | Zig:18   | Noticed a dread lich
165573 | Zig:18   | Noticed an ancient lich
165573 | Zig:18   | Noticed an ancient lich
165573 | Zig:18   | Noticed a dread lich
165574 | Zig:18   | Noticed an ancient lich
165574 | Zig:18   | Noticed an ancient lich
165574 | Zig:18   | Noticed an ancient lich
165574 | Zig:18   | Noticed an ancient lich
165575 | Zig:18   | Killed an ancient lich
165575 | Zig:18   | Noticed an ancient lich
165576 | Zig:18   | Killed a dread lich
165576 | Zig:18   | Killed an ancient lich
165576 | Zig:18   | Killed a dread lich
165576 | Zig:18   | Killed a dread lich
165577 | Zig:18   | Killed a dread lich
165577 | Zig:18   | Killed an ancient lich
165577 | Zig:18   | Killed an ancient lich
165577 | Zig:18   | Killed an ancient lich
165577 | Zig:18   | Killed an ancient lich
165577 | Zig:18   | Killed an ancient lich
165577 | Zig:18   | Noticed a dread lich
165578 | Zig:18   | Noticed a dread lich
165578 | Zig:18   | Noticed a dread lich
165578 | Zig:18   | Noticed a dread lich
165579 | Zig:18   | Killed a dread lich
165579 | Zig:18   | Killed an ancient lich
165579 | Zig:18   | Killed an ancient lich
165580 | Zig:18   | Noticed an ancient lich
165581 | Zig:18   | Noticed a dread lich
165583 | Zig:18   | Killed a dread lich
165583 | Zig:18   | Killed a dread lich
165584 | Zig:18   | Noticed an ancient lich
165585 | Zig:18   | Noticed a dread lich
165585 | Zig:18   | Killed a dread lich
165585 | Zig:18   | Killed a dread lich
165586 | Zig:18   | Killed a dread lich
165588 | Zig:18   | Noticed a dread lich
165590 | Zig:18   | Killed an ancient lich
165590 | Zig:18   | Killed an ancient lich
165590 | Zig:18   | Killed a dread lich
165596 | Zig:18   | Identified the staff of Annihilation {rC- Int+4 Conj Hexes
                  | Tloc}
165601 | Zig:18   | Killed a dread lich
165839 | Zig:18   | Identified the +6 dagger "Votoh" {holy, Stlth+}
165911 | Zig:18   | Identified the +4 morningstar of the Puffball {drain, rC-
                  | Str+2 Int+9}
165912 | Zig:18   | Identified the +1 sling of Iwumosax {speed, rPois rF+ Int+6
                  | Dex-5}
165927 | Zig:18   | Identified the +9 chain mail of Cocytus {rElec Will+++ MP-9
                  | Str+5}
165993 | Zig:19   | Entered Level 19 of a ziggurat
166166 | Zig:19   | Identified the +1 glaive "Earthworm" {vamp, ^Drain rElec
                  | rF+}
166167 | Zig:19   | Identified the +6 dagger of Yredelemnul, Imbibing {protect,
                  | ^Contam Str+2 Dex+3 Stlth+}
166173 | Zig:19   | Identified the ring "Deysuemp" {rF- Will+++ Int+6 SInv}
166178 | Zig:19   | Identified the staff "Piptyemn" {*Slow Will++ Int+2 Conj
                  | Fire}
166180 | Zig:19   | Identified the +2 rapier of Bim Qele {venom, Dex+3}
166184 | Zig:19   | Identified the +3 hand axe "Estyuta" {pain, Will- Int+5
                  | Dex+2 Stlth+}
166206 | Zig:19   | Identified the +3 orcbow "Kaiz" {heavy, rC+ rCorr}
166207 | Zig:19   | Identified the +5 hand axe of Teyp {vamp, Will- Str+2
                  | Int+3}
166213 | Zig:19   | Identified the staff "Ebiz Vutolly" {rElec rN++ Str-3 Air}
166481 | Zig:20   | Entered Level 20 of a ziggurat
166872 | Zig:20   | Identified the +2 shortbow "Fumam" {speed, rF- Dex+3}
166884 | Zig:20   | Identified the +1 battleaxe "Kalann" {flame, rElec rF+}
166900 | Zig:20   | Identified the staff of Truncation {rPois rN+ Dex+3
                  | Alchemy}
166902 | Zig:20   | Identified the amulet of Jackudum {Acrobat Harm}
166924 | Zig:21   | Entered Level 21 of a ziggurat
166928 | Zig:21   | Noticed Dej Myruu the pandemonium lord
166928 | Zig:21   | Noticed Ytseo the pandemonium lord
166928 | Zig:21   | Noticed Guaghopp the pandemonium lord
166929 | Zig:21   | Noticed Alosirphu the pandemonium lord
166929 | Zig:21   | Noticed Idogaerch the pandemonium lord
166929 | Zig:21   | Noticed Texociff the pandemonium lord
166929 | Zig:21   | Noticed Idaad the pandemonium lord
166930 | Zig:21   | Noticed Ugicuod the pandemonium lord
166930 | Zig:21   | Noticed Uggodigi the pandemonium lord
166931 | Zig:21   | Noticed Leniun the pandemonium lord
166933 | Zig:21   | Noticed Yghetos the pandemonium lord
166934 | Zig:21   | Killed Alosirphu the pandemonium lord
166935 | Zig:21   | Killed Dej Myruu the pandemonium lord
166935 | Zig:21   | Killed Leniun the pandemonium lord
166935 | Zig:21   | Noticed Orotyupte the pandemonium lord
166935 | Zig:21   | Noticed Duniew the pandemonium lord
166936 | Zig:21   | Killed Guaghopp the pandemonium lord
166937 | Zig:21   | Noticed Tawyikha the pandemonium lord
166937 | Zig:21   | Killed Idaad the pandemonium lord
166938 | Zig:21   | Noticed Xoec the pandemonium lord
166938 | Zig:21   | Noticed Qouclupn the pandemonium lord
166940 | Zig:21   | Noticed Umehanysk the pandemonium lord
166940 | Zig:21   | Killed Texociff the pandemonium lord
166940 | Zig:21   | Noticed Foor the pandemonium lord
166940 | Zig:21   | Noticed Jets the pandemonium lord
166941 | Zig:21   | Killed Ugicuod the pandemonium lord
166941 | Zig:21   | Killed Yghetos the pandemonium lord
166941 | Zig:21   | Killed Idogaerch the pandemonium lord
166941 | Zig:21   | Killed Uggodigi the pandemonium lord
166941 | Zig:21   | Killed Orotyupte the pandemonium lord
166942 | Zig:21   | Killed Xoec the pandemonium lord
166942 | Zig:21   | Noticed Adweol the pandemonium lord
166942 | Zig:21   | Noticed Hoilep the pandemonium lord
166943 | Zig:21   | Noticed Buwapoqi the pandemonium lord
166943 | Zig:21   | Noticed Ridwav the pandemonium lord
166943 | Zig:21   | Noticed Myghoef the pandemonium lord
166943 | Zig:21   | Noticed Mearaba the pandemonium lord
166944 | Zig:21   | Killed Foor the pandemonium lord
166944 | Zig:21   | Killed Duniew the pandemonium lord
166944 | Zig:21   | Killed Umehanysk the pandemonium lord
166944 | Zig:21   | Killed Mearaba the pandemonium lord
166944 | Zig:21   | Noticed Yfebiss the pandemonium lord
166945 | Zig:21   | Noticed Zesotz the pandemonium lord
166946 | Zig:21   | Killed Qouclupn the pandemonium lord
166946 | Zig:21   | Killed Tawyikha the pandemonium lord
166946 | Zig:21   | Killed Jets the pandemonium lord
166946 | Zig:21   | Noticed Bilaa the pandemonium lord
166947 | Zig:21   | Noticed Vuipocs the pandemonium lord
166952 | Zig:21   | Noticed Sarpho Eceo the pandemonium lord
166952 | Zig:21   | Noticed Quxa Vos the pandemonium lord
166952 | Zig:21   | Noticed Fyries Weo the pandemonium lord
166953 | Zig:21   | Killed Adweol the pandemonium lord
166953 | Zig:21   | Killed Hoilep the pandemonium lord
166953 | Zig:21   | Noticed Xaixi the pandemonium lord
166953 | Zig:21   | Noticed Ykiepet the pandemonium lord
166954 | Zig:21   | Killed Ridwav the pandemonium lord
166954 | Zig:21   | Noticed Sioloh the pandemonium lord
166956 | Zig:21   | Noticed Cuohux the pandemonium lord
166958 | Zig:21   | Killed Vuipocs the pandemonium lord
166958 | Zig:21   | Noticed Kocidasou the pandemonium lord
166959 | Zig:21   | Noticed Ysaedefi the pandemonium lord
166959 | Zig:21   | Killed Yfebiss the pandemonium lord
166960 | Zig:21   | Killed Quxa Vos the pandemonium lord
166960 | Zig:21   | Killed Ykiepet the pandemonium lord
166960 | Zig:21   | Killed Xaixi the pandemonium lord
166960 | Zig:21   | Killed Fyries Weo the pandemonium lord
166960 | Zig:21   | Killed Buwapoqi the pandemonium lord
166961 | Zig:21   | Killed Ysaedefi the pandemonium lord
166961 | Zig:21   | Killed Zesotz the pandemonium lord
166961 | Zig:21   | Killed Kocidasou the pandemonium lord
166961 | Zig:21   | Killed Nofeozas the pandemonium lord
166961 | Zig:21   | Killed Makisah the pandemonium lord
166961 | Zig:21   | Killed Sarpho Eceo the pandemonium lord
166962 | Zig:21   | Killed Cuohux the pandemonium lord
166962 | Zig:21   | Killed Bilaa the pandemonium lord
166962 | Zig:21   | Noticed Intis the pandemonium lord
166963 | Zig:21   | Noticed Eluan the pandemonium lord
166963 | Zig:21   | Noticed Birrijar the pandemonium lord
166963 | Zig:21   | Noticed Hyto the pandemonium lord
166963 | Zig:21   | Noticed Xujief the pandemonium lord
166964 | Zig:21   | Killed Sioloh the pandemonium lord
166964 | Zig:21   | Killed Ytseo the pandemonium lord
166964 | Zig:21   | Killed Myghoef the pandemonium lord
166964 | Zig:21   | Noticed Koidufetz the pandemonium lord
166965 | Zig:21   | Killed Eluan the pandemonium lord
166965 | Zig:21   | Killed Xujief the pandemonium lord
166965 | Zig:21   | Killed Intis the pandemonium lord
166965 | Zig:21   | Noticed Sappikhly the pandemonium lord
166966 | Zig:21   | Noticed Seudeotoi the pandemonium lord
166967 | Zig:21   | Killed Birrijar the pandemonium lord
166968 | Zig:21   | Noticed Eloul the pandemonium lord
166969 | Zig:21   | Noticed Hismucut the pandemonium lord
166975 | Zig:21   | Killed Seudeotoi the pandemonium lord
166975 | Zig:21   | Killed Hismucut the pandemonium lord
166977 | Zig:21   | Noticed Pehih the pandemonium lord
166978 | Zig:21   | Killed Koidufetz the pandemonium lord
166979 | Zig:21   | Noticed Yfih the pandemonium lord
166981 | Zig:21   | Killed Sappikhly the pandemonium lord
166982 | Zig:21   | Killed Hyto the pandemonium lord
166983 | Zig:21   | Killed Pehih the pandemonium lord
166990 | Zig:21   | Found the +8 pair of quick blades "Gyre" and "Gimble"
                  | {protect}
167003 | Zig:21   | Killed Yfih the pandemonium lord
167006 | Zig:21   | Killed Eloul the pandemonium lord
167205 | Zig:21   | Identified the +11 glaive of the Endless Expanse {drain,
                  | Str+3}
167214 | Zig:21   | Identified the +10 shortbow of the Bruised Violins {elec,
                  | rElec}
167215 | Zig:21   | Identified the +3 hand axe of the Boar {spect, rElec rN+
                  | Str+2}
167219 | Zig:21   | Identified the +10 falchion of Overwhelming Force {flame,
                  | +Blink rN+ Str-3 SInv}
167234 | Zig:21   | Identified the +0 robe of Grot {rC+ Dex+3}
167237 | Zig:21   | Identified the ring "Deics" {rF+ Str+3 Dex+4}
167250 | Zig:21   | Identified the ring "Aleorgh" {Wiz rC++ Str+4}
167437 | Zig:22   | Entered Level 22 of a ziggurat
167699 | Zig:22   | Identified the +8 long sword of Dithmenos's Pride {heavy,
                  | rElec Dex+3}
167706 | Zig:22   | Identified the staff of Premature Burial {^Fragile Fly rC+
                  | Str+3 Ice}
167711 | Zig:22   | Identified the +6 scale mail of the Peculiar Seas {rElec}
167745 | Zig:22   | Identified the +9 plate armour of the Centipede {rElec rN+
                  | Str-3 SInv}
167746 | Zig:22   | Identified the +3 triple sword of Painful Death {freeze,
                  | *Slow ^Fragile rCorr Dex+9}
167760 | Zig:22   | Identified the +0 ring mail "Ovoomash" {Harm Int+3}
167763 | Zig:22   | Identified the +9 shortbow of the Six Friends {heavy, rF+}
167845 | Zig:22   | Identified the +3 broad axe of the Ferocious God {heavy,
                  | rC+ rCorr}
167856 | Zig:23   | Entered Level 23 of a ziggurat
167858 | Zig:23   | Noticed a juggernaut
167858 | Zig:23   | Noticed a juggernaut
167860 | Zig:23   | Noticed a juggernaut
167860 | Zig:23   | Noticed a juggernaut
167861 | Zig:23   | Noticed a juggernaut
167861 | Zig:23   | Noticed a juggernaut
167862 | Zig:23   | Noticed a juggernaut
167862 | Zig:23   | Noticed a juggernaut
167863 | Zig:23   | Noticed a juggernaut
167863 | Zig:23   | Noticed a juggernaut
167863 | Zig:23   | Noticed a juggernaut
167863 | Zig:23   | Noticed a juggernaut
167864 | Zig:23   | Killed a juggernaut
167864 | Zig:23   | Killed a juggernaut
167865 | Zig:23   | Killed a juggernaut
167865 | Zig:23   | Killed a juggernaut
167865 | Zig:23   | Killed a juggernaut
167865 | Zig:23   | Killed a juggernaut
167866 | Zig:23   | Killed a juggernaut
167866 | Zig:23   | Killed a juggernaut
167866 | Zig:23   | Noticed a juggernaut
167868 | Zig:23   | Killed a juggernaut
167868 | Zig:23   | Killed a juggernaut
167868 | Zig:23   | Noticed a juggernaut
167869 | Zig:23   | Noticed a juggernaut
167870 | Zig:23   | Killed a juggernaut
167871 | Zig:23   | Noticed a juggernaut
167871 | Zig:23   | Noticed a juggernaut
167871 | Zig:23   | Noticed a juggernaut
167873 | Zig:23   | Killed a juggernaut
167873 | Zig:23   | Killed a juggernaut
167873 | Zig:23   | Killed a juggernaut
167874 | Zig:23   | Noticed a juggernaut
167875 | Zig:23   | Killed a juggernaut
167876 | Zig:23   | Killed a juggernaut
167878 | Zig:23   | Found the +5 glaive of the Guard {elec, spectral}
167878 | Zig:23   | Killed a juggernaut
167878 | Zig:23   | Killed a juggernaut
167879 | Zig:23   | Killed a juggernaut
168008 | Zig:23   | Identified the +8 spear "Orb Guardian's Peril" {elec, rC-
                  | Will+ Str+3}
168010 | Zig:23   | Identified the ring of Qazlal's Fury {rN+ Will++}
168016 | Zig:23   | Identified the ring "Ezitasir" {Str+3 Dex+6}
168017 | Zig:23   | Identified the amulet "Upremil" {Faith Int+2}
168019 | Zig:23   | Identified the staff of Yrucimek {rF+ rCorr Str-3 SInv Fire
                  | Alchemy}
168023 | Zig:23   | Identified the +3 broad axe of Fee Simple {freeze, Fly
                  | rPois rC++ Str-3 Int-4}
168027 | Zig:23   | Identified the amulet of Lanim {^Contam +Inv rC+++ Regen+
                  | Slay+6}
168028 | Zig:23   | Identified the +5 plate armour of Parlour Games {Rampage
                  | *Slow Slay+3}
168045 | Zig:23   | Identified the staff of Kolusuc {rPois rF+ Str-4 Summ Fire
                  | Earth}
168057 | Zig:23   | Identified the +1 hand axe of Unreason {holy, rF+ rN+++
                  | Dex-5 Stlth+}
168061 | Zig:23   | Identified the +1 battleaxe of Wykhucri {venom, rN+ Int+5}
168067 | Zig:23   | Identified the ring of the Centipede {Fire rPois Dex+3}
168091 | Zig:23   | Identified the +7 flail "Laisuof" {elec, Str+3 Int+3 Dex-3}
168094 | Zig:23   | Identified the +5 triple sword of Wu Jian, Shouting {flame,
                  | ^Fragile Dex+3 Stlth+}
168464 | Zig:23   | Acquired 1188 gold pieces
168471 | Zig:23   | Identified the staff of Desperation {rCorr Dex-5 Stlth+
                  | Fire Earth}
168476 | Zig:24   | Entered Level 24 of a ziggurat
168811 | Zig:24   | Identified the amulet of Nuofo {+Inv Will- Regen+ Int+5}
168813 | Zig:24   | Identified the +1 orcbow "Miogh" {elec, Fly}
168828 | Zig:24   | Identified the +3 short sword of Oriphuk {vamp, rC- rN+
                  | Dex+3}
168840 | Zig:24   | Identified the ring "Paok" {rF+ EV+5 Dex+4}
168847 | Zig:25   | Entered Level 25 of a ziggurat
168853 | Zig:25   | Noticed an ancient lich
168856 | Zig:25   | Killed an ancient lich
168858 | Zig:25   | Noticed an ancient lich
168858 | Zig:25   | Noticed an ancient lich
168859 | Zig:25   | Noticed an ancient lich
168860 | Zig:25   | Noticed an ancient lich
168863 | Zig:25   | Killed an ancient lich
168863 | Zig:25   | Killed an ancient lich
168864 | Zig:25   | Killed an ancient lich
168864 | Zig:25   | Noticed an ancient lich
168866 | Zig:25   | Killed an ancient lich
168869 | Zig:25   | Noticed an ancient lich
168869 | Zig:25   | Found the +6 shillelagh "Devastator" {shatter}
168874 | Zig:25   | Killed an ancient lich
168874 | Zig:25   | Killed an ancient lich
169119 | Zig:25   | Identified the +11 hand axe of Wylapim {freeze, rPois rN+++
                  | Str-3 Dex+3}
169131 | Zig:25   | Identified the +7 flail "Nixilau" {pain, +Blink rF+ Will-}
169137 | Zig:25   | Identified the +8 triple sword "Synegenu" {heavy, Will+}
169143 | Zig:25   | Identified the ring "Haseplun" {rF+ rC++ rN+ Will- AC+4}
169148 | Zig:25   | Identified the staff "Datoh" {rPois rF+ Int+3 Earth}
169156 | Zig:25   | Identified the ring of Okezutu {*Slow Fly rN+ Stlth+}
169386 | Zig:26   | Entered Level 26 of a ziggurat
169391 | Zig:26   | Noticed a dread lich
169393 | Zig:26   | Noticed a dread lich
169393 | Zig:26   | Noticed an ancient lich
169394 | Zig:26   | Noticed an ancient lich
169394 | Zig:26   | Noticed an ancient lich
169394 | Zig:26   | Noticed an ancient lich
169396 | Zig:26   | Killed a dread lich
169396 | Zig:26   | Killed a dread lich
169396 | Zig:26   | Killed an ancient lich
169397 | Zig:26   | Killed an ancient lich
169397 | Zig:26   | Noticed a dread lich
169397 | Zig:26   | Noticed an ancient lich
169397 | Zig:26   | Noticed a dread lich
169399 | Zig:26   | Noticed an ancient lich
169399 | Zig:26   | Noticed a dread lich
169401 | Zig:26   | Killed a dread lich
169401 | Zig:26   | Killed an ancient lich
169401 | Zig:26   | Killed an ancient lich
169401 | Zig:26   | Noticed a dread lich
169401 | Zig:26   | Noticed a dread lich
169401 | Zig:26   | Noticed a dread lich
169402 | Zig:26   | Killed a dread lich
169402 | Zig:26   | Killed an ancient lich
169402 | Zig:26   | Killed a dread lich
169402 | Zig:26   | Noticed an ancient lich
169402 | Zig:26   | Noticed a dread lich
169402 | Zig:26   | Killed an ancient lich
169403 | Zig:26   | Noticed a dread lich
169403 | Zig:26   | Noticed a dread lich
169403 | Zig:26   | Noticed an ancient lich
169404 | Zig:26   | Noticed a dread lich
169404 | Zig:26   | Noticed a dread lich
169404 | Zig:26   | Noticed an ancient lich
169405 | Zig:26   | Killed a dread lich
169405 | Zig:26   | Killed a dread lich
169406 | Zig:26   | Noticed an ancient lich
169406 | Zig:26   | Killed a dread lich
169406 | Zig:26   | Killed an ancient lich
169406 | Zig:26   | Killed a dread lich
169407 | Zig:26   | Noticed an ancient lich
169407 | Zig:26   | Noticed a dread lich
169408 | Zig:26   | Noticed an ancient lich
169408 | Zig:26   | Noticed an ancient lich
169408 | Zig:26   | Noticed an ancient lich
169410 | Zig:26   | Killed a dread lich
169410 | Zig:26   | Killed a dread lich
169410 | Zig:26   | Killed a dread lich
169410 | Zig:26   | Killed an ancient lich
169411 | Zig:26   | Killed an ancient lich
169411 | Zig:26   | Killed an ancient lich
169411 | Zig:26   | Killed a dread lich
169412 | Zig:26   | Killed an ancient lich
169412 | Zig:26   | Killed an ancient lich
169412 | Zig:26   | Killed an ancient lich
169412 | Zig:26   | Killed an ancient lich
169412 | Zig:26   | Killed a dread lich
169413 | Zig:26   | Noticed a dread lich
169414 | Zig:26   | Noticed a dread lich
169416 | Zig:26   | Killed a dread lich
169420 | Zig:26   | Killed a dread lich
169741 | Zig:26   | Identified the staff "Ixzupeamp" {rPois rC+ rN+ Dex+2
                  | Necro}
169749 | Zig:26   | Identified the +5 rapier of Wu Jian's Delight {freeze,
                  | rF++}
169750 | Zig:26   | Identified the +2 scimitar "Migeapa" {venom, Int+2}
169752 | Zig:26   | Identified the +0 buckler of the Harvest {Int+3}
169809 | Zig:26   | Identified the +5 rapier "Farghir" {protect, rN+ Int+3}
169812 | Zig:26   | Identified the +2 leather armour "Niujeu" {Dex+3}
169814 | Zig:26   | Identified the ring "Finieq" {*Slow Str+4 SInv Stlth+}
169815 | Zig:26   | Identified the +4 demon whip of Focus {freeze, rPois}
169830 | Zig:27   | Entered Level 27 of a ziggurat
169835 | Zig:27   | Noticed a dread lich
169835 | Zig:27   | Noticed an ancient lich
169836 | Zig:27   | Noticed an ancient lich
169836 | Zig:27   | Noticed a dread lich
169836 | Zig:27   | Noticed a dread lich
169836 | Zig:27   | Noticed a dread lich
169839 | Zig:27   | Noticed an ancient lich
169839 | Zig:27   | Noticed an ancient lich
169839 | Zig:27   | Noticed an ancient lich
169839 | Zig:27   | Noticed an ancient lich
169840 | Zig:27   | Killed a dread lich
169840 | Zig:27   | Killed an ancient lich
169840 | Zig:27   | Noticed an ancient lich
169840 | Zig:27   | Noticed a dread lich
169841 | Zig:27   | Noticed an ancient lich
169841 | Zig:27   | Noticed an ancient lich
169841 | Zig:27   | Noticed a dread lich
169841 | Zig:27   | Noticed a dread lich
169842 | Zig:27   | Noticed a dread lich
169842 | Zig:27   | Noticed a dread lich
169842 | Zig:27   | Killed a dread lich
169842 | Zig:27   | Killed an ancient lich
169842 | Zig:27   | Killed an ancient lich
169843 | Zig:27   | Noticed an ancient lich
169843 | Zig:27   | Noticed a dread lich
169844 | Zig:27   | Killed a dread lich
169844 | Zig:27   | Killed an ancient lich
169844 | Zig:27   | Killed an ancient lich
169844 | Zig:27   | Killed a dread lich
169844 | Zig:27   | Noticed a dread lich
169845 | Zig:27   | Killed a dread lich
169845 | Zig:27   | Killed an ancient lich
169845 | Zig:27   | Killed a dread lich
169845 | Zig:27   | Killed a dread lich
169845 | Zig:27   | Killed a dread lich
169845 | Zig:27   | Killed an ancient lich
169845 | Zig:27   | Killed a dread lich
169845 | Zig:27   | Noticed a dread lich
169847 | Zig:27   | Noticed an ancient lich
169847 | Zig:27   | Noticed an ancient lich
169848 | Zig:27   | Noticed an ancient lich
169851 | Zig:27   | Noticed an ancient lich
169852 | Zig:27   | Killed an ancient lich
169852 | Zig:27   | Killed an ancient lich
169852 | Zig:27   | Killed a dread lich
169853 | Zig:27   | Killed a dread lich
169854 | Zig:27   | Noticed an ancient lich
169854 | Zig:27   | Noticed a dread lich
169855 | Zig:27   | Killed an ancient lich
169855 | Zig:27   | Killed a dread lich
169855 | Zig:27   | Killed an ancient lich
169855 | Zig:27   | Killed an ancient lich
169857 | Zig:27   | Noticed an ancient lich
169858 | Zig:27   | Killed an ancient lich
169858 | Zig:27   | Killed an ancient lich
169858 | Zig:27   | Noticed a dread lich
169860 | Zig:27   | Killed an ancient lich
169860 | Zig:27   | Killed a dread lich
169861 | Zig:27   | Killed an ancient lich
169866 | Zig:27   | Killed a dread lich
170039 | Zig:27   | Identified the +6 shortbow of Gallantry {freeze, Fly rPois
                  | Will- Str-3}
170046 | Zig:27   | Identified the +2 robe of the Silversmith {rPois rCorr}
170047 | Zig:27   | Identified the +7 flail of Discretion {heavy, Will- rCorr
                  | Int+6 Dex+3}
170081 | Zig:27   | Identified the amulet "Oseekh" {Regen+ Str+3 SInv}
170083 | Zig:27   | Acquired 769 gold pieces
170086 | Zig:27   | Identified the +4 scale mail of Grottiness {rElec rC++
                  | Will- Regen+}
170087 | Zig:27   | Identified the +4 quarterstaff of Tidi {drain, rElec rN+
                  | Str-5}
170406 | Zig:1    | Entered Level 1 of a ziggurat
170533 | Zig:2    | Entered Level 2 of a ziggurat
170534 | Zig:2    | Noticed Vofuas the pandemonium lord
170537 | Zig:2    | Killed Vofuas the pandemonium lord
170665 | Zig:3    | Entered Level 3 of a ziggurat
170831 | Zig:4    | Entered Level 4 of a ziggurat
170950 | Zig:4    | Acquired 824 gold pieces
170954 | Zig:5    | Entered Level 5 of a ziggurat
171087 | Zig:5    | Identified the +2 leather armour "Juamn" {Rampage Dex+3
                  | Slay+2}
171119 | Zig:6    | Entered Level 6 of a ziggurat
171122 | Zig:6    | Found the +7 Spriggan's Knife {stab, EV+4 Stlth+}
171449 | Zig:7    | Entered Level 7 of a ziggurat
171455 | Zig:7    | Noticed a dread lich
171460 | Zig:7    | Killed a dread lich
171619 | Zig:7    | Identified the +8 sling of the Unliving {flame, rN+ Int+2
                  | Dex+2 Stlth-}
171627 | Zig:7    | Identified the ring of the Mordant Breadfruit {rElec rCorr
                  | Int+6}
171635 | Zig:7    | Identified the +10 plate armour "Fuduf" {rF+ Will+ Int+2}
171638 | Zig:7    | Identified the +6 trident of Extinguishment {freeze,
                  | *Corrode Int+2 Dex+3}
171708 | Zig:8    | Entered Level 8 of a ziggurat
171721 | Zig:8    | Found the +7 Throatcutter {drain, coup de grace}
171876 | Zig:8    | Identified the ring of the Merwolf {rPois EV+5 Str-4 Dex+2}
171879 | Zig:8    | Identified the ring "Afoenes" {^Drain rC+ rN+ Will++ SInv}
171884 | Zig:8    | Identified the +4 sling "Tormentor" {freeze, MP-9 Int+3
                  | Dex+3}
171922 | Zig:9    | Entered Level 9 of a ziggurat
171924 | Zig:9    | Noticed a juggernaut
171932 | Zig:9    | Killed a juggernaut
172184 | Zig:9    | Identified the ring "Coab Net" {rCorr Int+6}
172195 | Zig:9    | Identified the +11 triple sword "Xurraneh" {protect, Will+
                  | rCorr Str+5}
172219 | Zig:9    | Identified the +1 plate armour of Wubori Cagh {^Drain rN++
                  | MP+9 Str-3}
172450 | Zig:10   | Entered Level 10 of a ziggurat
172724 | Zig:10   | Identified the +7 chain mail of Hedging {Regen+}
172727 | Zig:10   | Identified the +7 rapier of Prudence {heavy, *Noise
                  | *Corrode Int+8 Stlth+}
172747 | Zig:11   | Entered Level 11 of a ziggurat
172761 | Zig:11   | Noticed a dread lich
172766 | Zig:11   | Killed a dread lich
172971 | Zig:12   | Entered Level 12 of a ziggurat
173045 | Zig:12   | Identified the +1 leather armour of Budoh {Will+ Regen+}
173205 | Zig:12   | Identified the +1 ring mail of Magic {rN++}
173245 | Zig:13   | Entered Level 13 of a ziggurat
173248 | Zig:13   | Noticed a dread lich
173249 | Zig:13   | Noticed a dread lich
173249 | Zig:13   | Noticed an ancient lich
173249 | Zig:13   | Noticed a dread lich
173249 | Zig:13   | Noticed an ancient lich
173249 | Zig:13   | Noticed a dread lich
173252 | Zig:13   | Noticed an ancient lich
173255 | Zig:13   | Killed a dread lich
173255 | Zig:13   | Killed an ancient lich
173255 | Zig:13   | Killed an ancient lich
173255 | Zig:13   | Noticed an ancient lich
173256 | Zig:13   | Killed a dread lich
173256 | Zig:13   | Killed an ancient lich
173256 | Zig:13   | Killed a dread lich
173256 | Zig:13   | Killed a dread lich
173257 | Zig:13   | Killed an ancient lich
173258 | Zig:13   | Noticed an ancient lich
173258 | Zig:13   | Noticed an ancient lich
173258 | Zig:13   | Noticed an ancient lich
173259 | Zig:13   | Noticed a dread lich
173259 | Zig:13   | Noticed an ancient lich
173259 | Zig:13   | Noticed an ancient lich
173260 | Zig:13   | Noticed an ancient lich
173261 | Zig:13   | Noticed an ancient lich
173261 | Zig:13   | Noticed an ancient lich
173262 | Zig:13   | Noticed a dread lich
173262 | Zig:13   | Noticed a dread lich
173263 | Zig:13   | Killed an ancient lich
173263 | Zig:13   | Killed an ancient lich
173263 | Zig:13   | Killed a dread lich
173263 | Zig:13   | Killed an ancient lich
173263 | Zig:13   | Killed an ancient lich
173263 | Zig:13   | Killed an ancient lich
173263 | Zig:13   | Killed an ancient lich
173264 | Zig:13   | Killed an ancient lich
173265 | Zig:13   | Killed a dread lich
173265 | Zig:13   | Killed an ancient lich
173265 | Zig:13   | Killed a dread lich
173459 | Zig:13   | Identified the +3 spear of Flawed Execution {antimagic,
                  | Dex+3}
173591 | Zig:14   | Entered Level 14 of a ziggurat
173939 | Zig:14   | Identified the orb "Tituyczu" {*Rage, Int-2 Dex+4 Stlth+
                  | Hexes}
173940 | Zig:14   | Identified the +2 pair of gloves "Jesuqu" {rN+ Int+7 Dex-5}
174028 | Zig:15   | Entered Level 15 of a ziggurat
174287 | Zig:15   | Identified the amulet "Hyk Bexox" {Reflect Will+ SH+5}
174295 | Zig:15   | Identified the +0 rapier "Xephadil" {protect, *Slow rN+
                  | Stlth+}
174304 | Zig:15   | Identified the +0 pair of gloves "Yha Sati" {Str+4}
174445 | Zig:16   | Entered Level 16 of a ziggurat
174755 | Zig:16   | Identified the +0 pair of gloves "Kemuizoa" {rPois Int+2}
174779 | Zig:16   | Identified the +8 triple sword "Uted" {flame, rN+ Str+4}
174782 | Zig:16   | Identified the +2 triple sword "Eqofrat" {venom, Str+4}
174791 | Zig:16   | Identified the -1 cloak of Ymoimu {+Inv Will+ Int-2 Stlth+}
174795 | Zig:16   | Identified the amulet "Buitotra" {Faith +Inv rF+ rCorr
                  | Dex+3}
174807 | Zig:16   | Identified the +1 triple sword "Wuacaihi" {heavy, +Blink
                  | rElec rPois rCorr Str-5}
174828 | Zig:16   | Identified the +1 triple sword of Ruination {vamp, rElec}
174883 | Zig:17   | Entered Level 17 of a ziggurat
174887 | Zig:17   | Noticed a juggernaut
174888 | Zig:17   | Noticed a juggernaut
174888 | Zig:17   | Noticed a juggernaut
174888 | Zig:17   | Noticed a juggernaut
174890 | Zig:17   | Killed a juggernaut
174891 | Zig:17   | Noticed a juggernaut
174893 | Zig:17   | Killed a juggernaut
174893 | Zig:17   | Killed a juggernaut
174894 | Zig:17   | Noticed a juggernaut
174894 | Zig:17   | Killed a juggernaut
174895 | Zig:17   | Noticed a juggernaut
174895 | Zig:17   | Noticed a juggernaut
174895 | Zig:17   | Killed a juggernaut
174897 | Zig:17   | Noticed a juggernaut
174898 | Zig:17   | Killed a juggernaut
174899 | Zig:17   | Noticed a juggernaut
174899 | Zig:17   | Killed a juggernaut
174901 | Zig:17   | Killed a juggernaut
174903 | Zig:17   | Killed a juggernaut
174904 | Zig:17   | Killed a juggernaut
175052 | Zig:17   | Identified the +0 plate armour "Hollof" {rC- Str+3 Stlth+}
175485 | Zig:18   | Entered Level 18 of a ziggurat
175490 | Zig:18   | Noticed a dread lich
175499 | Zig:18   | Noticed a dread lich
175499 | Zig:18   | Noticed an ancient lich
175500 | Zig:18   | Noticed an ancient lich
175501 | Zig:18   | Noticed a dread lich
175501 | Zig:18   | Noticed a dread lich
175501 | Zig:18   | Killed a dread lich
175503 | Zig:18   | Noticed an ancient lich
175504 | Zig:18   | Noticed a dread lich
175504 | Zig:18   | Noticed an ancient lich
175504 | Zig:18   | Killed an ancient lich
175505 | Zig:18   | Killed a dread lich
175506 | Zig:18   | Killed a dread lich
175506 | Zig:18   | Killed an ancient lich
175506 | Zig:18   | Killed a dread lich
175507 | Zig:18   | Killed a dread lich
175507 | Zig:18   | Killed an ancient lich
175508 | Zig:18   | Noticed a dread lich
175509 | Zig:18   | Killed an ancient lich
175512 | Zig:18   | Killed a dread lich
175516 | Zig:18   | Found the +3 pair of mountain boots {steadfast, rC+}
175803 | Zig:18   | Identified the +9 shortbow of Doom {speed, rN+ Will+}
175805 | Zig:18   | Identified the ring "Gisko" {rF+ Will- Int-2 Dex+7}
175806 | Zig:18   | Identified the +9 short sword "Bonuiq" {spect, rN+}
175807 | Zig:18   | Identified the +8 great sword of Conscience {freeze, rC++}
175837 | Zig:18   | Identified the ring "Agiled" {*Slow rElec rC+ rN+}
175871 | Zig:19   | Entered Level 19 of a ziggurat
176047 | Zig:19   | Identified the ring "Wuxitoz" {^Drain rElec rCorr Int+6
                  | Dex+3}
176048 | Zig:19   | Identified the +8 scale mail "Enwentidgh" {Rampage Str+7
                  | Dex-2 Slay+3}
176049 | Zig:19   | Identified the +5 dagger "Waug" {vamp, rPois Str-3 Int+5
                  | SInv}
176051 | Zig:19   | Identified the ring of Vanity {rN++ rCorr Str+6 Slay-6}
176052 | Zig:19   | Identified the +10 trident of Ashenzari's Pride {flame, rF+
                  | Str+4 Dex-4 SInv}
176090 | Zig:19   | Identified the +3 dagger of Kokaciti {elec, Int+2}
176226 | Zig:19   | Identified the amulet "Neekosin" {Acrobat Int+4 Dex-4 SInv}
176232 | Zig:19   | Identified the staff "Zukhluc" {rPois rF+ Dex+3 Earth}
176233 | Zig:19   | Identified the +0 plate armour of Youthful Indiscretion
                  | {Rampage Regen+}
176242 | Zig:19   | Identified the +8 triple sword of the Modern Teeth {flame,
                  | rElec}
176404 | Zig:20   | Entered Level 20 of a ziggurat
176410 | Zig:20   | Noticed a juggernaut
176410 | Zig:20   | Noticed a juggernaut
176411 | Zig:20   | Noticed a juggernaut
176414 | Zig:20   | Killed a juggernaut
176415 | Zig:20   | Noticed a juggernaut
176415 | Zig:20   | Noticed a juggernaut
176415 | Zig:20   | Noticed a juggernaut
176415 | Zig:20   | Noticed a juggernaut
176417 | Zig:20   | Noticed a juggernaut
176417 | Zig:20   | Killed a juggernaut
176418 | Zig:20   | Noticed a juggernaut
176418 | Zig:20   | Killed a juggernaut
176420 | Zig:20   | Noticed a juggernaut
176420 | Zig:20   | Noticed a juggernaut
176420 | Zig:20   | Noticed a juggernaut
176420 | Zig:20   | Killed a juggernaut
176421 | Zig:20   | Noticed a juggernaut
176421 | Zig:20   | Noticed a juggernaut
176421 | Zig:20   | Killed a juggernaut
176422 | Zig:20   | Noticed a juggernaut
176423 | Zig:20   | Killed a juggernaut
176424 | Zig:20   | Killed a juggernaut
176425 | Zig:20   | Killed a juggernaut
176425 | Zig:20   | Killed a juggernaut
176425 | Zig:20   | Killed a juggernaut
176425 | Zig:20   | Killed a juggernaut
176425 | Zig:20   | Killed a juggernaut
176426 | Zig:20   | Noticed a juggernaut
176426 | Zig:20   | Noticed a juggernaut
176427 | Zig:20   | Killed a juggernaut
176429 | Zig:20   | Noticed a juggernaut
176432 | Zig:20   | Killed a juggernaut
176432 | Zig:20   | Killed a juggernaut
176433 | Zig:20   | Killed a juggernaut
176435 | Zig:20   | Killed a juggernaut
176500 | Zig:20   | Killed a juggernaut
177008 | Zig:20   | Identified the ring "Awuduk" {rN+ Dex+6}
177044 | Zig:20   | Identified the +0 chain mail of the Other Side {Str+4}
177159 | Zig:21   | Entered Level 21 of a ziggurat
177168 | Zig:21   | Noticed a juggernaut
177169 | Zig:21   | Noticed a juggernaut
177170 | Zig:21   | Noticed a juggernaut
177171 | Zig:21   | Noticed a juggernaut
177172 | Zig:21   | Noticed a juggernaut
177172 | Zig:21   | Noticed a juggernaut
177172 | Zig:21   | Noticed a juggernaut
177173 | Zig:21   | Noticed a juggernaut
177173 | Zig:21   | Noticed a juggernaut
177173 | Zig:21   | Noticed a juggernaut
177175 | Zig:21   | Killed a juggernaut
177175 | Zig:21   | Killed a juggernaut
177175 | Zig:21   | Killed a juggernaut
177175 | Zig:21   | Killed a juggernaut
177175 | Zig:21   | Killed a juggernaut
177176 | Zig:21   | Noticed a juggernaut
177178 | Zig:21   | Killed a juggernaut
177181 | Zig:21   | Noticed a juggernaut
177182 | Zig:21   | Noticed a juggernaut
177182 | Zig:21   | Killed a juggernaut
177182 | Zig:21   | Killed a juggernaut
177183 | Zig:21   | Noticed a juggernaut
177183 | Zig:21   | Noticed a juggernaut
177184 | Zig:21   | Noticed a juggernaut
177185 | Zig:21   | Noticed a juggernaut
177185 | Zig:21   | Killed a juggernaut
177186 | Zig:21   | Killed a juggernaut
177186 | Zig:21   | Killed a juggernaut
177186 | Zig:21   | Killed a juggernaut
177186 | Zig:21   | Killed a juggernaut
177188 | Zig:21   | Killed a juggernaut
177189 | Zig:21   | Killed a juggernaut
177190 | Zig:21   | Killed a juggernaut
177191 | Zig:21   | Killed a juggernaut
177250 | Zig:21   | Identified the +1 rapier of Equivalence {freeze, *Corrode
                  | rF+ Dex+3}
177255 | Zig:21   | Identified the +6 longbow "Yfeutrin" {elec, ^Drain Int-4
                  | Dex+5 SInv}
177257 | Zig:21   | Identified the ring "Yhocwei" {^Contam Fly rPois Will++
                  | Str+4 Int+2}
177265 | Zig:21   | Identified the +5 dagger "Hohu" {venom, Fly rF+}
177277 | Zig:21   | Identified the +2 war axe "Qyezoesi" {elec, rElec rN+
                  | Str-2}
177284 | Zig:21   | Identified the +1 pair of gloves "Qollaliol" {rN+ Will+
                  | SInv Stlth-}
177293 | Zig:21   | Identified the ring of Sutta {rElec AC+4 Int+3}
177299 | Zig:21   | Identified the ring of Poohiqua {Wiz Will+}
177304 | Zig:21   | Identified the +3 short sword "Killer Klown's Bane" {drain,
                  | Fly Str+2 Dex-2}
177318 | Zig:21   | Identified the +2 hand axe of Elaj {elec, rF+ Will+ Int+4}
177798 | Zig:21   | Identified the ring of Xioptuh {rC+ Str+6 Dex+3}
177807 | Zig:22   | Entered Level 22 of a ziggurat
177838 | Zig:22   | Found the ring of the Octopus King
177846 | Zig:22   | Found the +6 lightning scales {swift, rElec}
177851 | Zig:22   | Identified the +6 hand axe of True Grit {pain, rF+ rC+
                  | Int+4 SInv}
177853 | Zig:22   | Identified the +5 bardiche of Axoam {holy, rF+ rCorr}
178252 | Zig:22   | Identified the ring "Taggust Qeum" {rF+ rCorr}
178254 | Zig:22   | Identified the ring of Olioh {*Corrode rN+ Will++ EV+5
                  | Dex+2}
178278 | Zig:22   | Identified the +7 dagger "Cazan" {freeze, rPois}
178279 | Zig:22   | Identified the ring of Linearity {Fly Int+4}
178293 | Zig:22   | Identified a ring of the Octopus King {HP+2 AC+2 EV+2 SH+2
                  | SInv}
178333 | Zig:22   | Identified the amulet of the Voivode {Faith Rampage rN++
                  | Str-4 Dex+4}
178343 | Zig:22   | Identified the ring of Evvic {rElec rF+ rCorr Str+8 Slay-4}
178401 | Zig:23   | Entered Level 23 of a ziggurat
178486 | Zig:23   | Identified the +0 hat of Happy Babbling {Str-3 Dex+7}
178606 | Zig:23   | Identified the staff "Death Rattle" {rElec Int+2 SInv
                  | Earth}
178615 | Zig:23   | Identified the ring of Bisuruw {Fly Slay+2}
178618 | Zig:23   | Identified the +4 chain mail of the Spheres {rPois Str+2}
178638 | Zig:23   | Identified the +5 swamp dragon scales "Addinioz" {rElec
                  | rPois rF- Dex+3}
178649 | Zig:23   | Identified the ring "Fumufu" {Str+5 Int+6}
179041 | Zig:24   | Entered Level 24 of a ziggurat
179299 | Zig:24   | Identified the +9 orcbow of the Thirteen Loafs {drain,
                  | rElec rN+ Int+4 Stlth-}
179311 | Zig:24   | Identified the +6 chain mail "Lunt" {rC- Will+++ Str+2}
179313 | Zig:24   | Identified the +1 sling of the Onslaught {freeze, Str+3}
179646 | Zig:24   | Identified the ring "Xeapoty Keuj" {Fly rElec Int+2}
179658 | Zig:24   | Identified the +9 arbalest of Fortitude {heavy, ^Drain
                  | rN+++ Dex+2}
179659 | Zig:24   | Identified the +3 ring mail of Xezif {Str+5}
179665 | Zig:24   | Identified the +1 halberd of Karma {flame, rPois rF+ rCorr
                  | Dex-2}
179670 | Zig:24   | Identified the +6 sling of Pazul {elec, rC+ rN+ Will+ SInv}
179682 | Zig:24   | Identified the +7 flail of Terror {flame, *Slow Will+++
                  | MP+9 Int+2}
179707 | Zig:24   | Identified the +2 cloak "Dyigixt" {Harm rC+ Int+3}
179715 | Zig:24   | Identified the +0 scale mail of the Old World {Fly Regen+
                  | Int+4 Dex-2}
179745 | Zig:25   | Entered Level 25 of a ziggurat
179752 | Zig:25   | Noticed a royal mummy
179752 | Zig:25   | Noticed a royal mummy
179754 | Zig:25   | Noticed a royal mummy
179754 | Zig:25   | Noticed a royal mummy
179756 | Zig:25   | Noticed a royal mummy
179756 | Zig:25   | Noticed a royal mummy
179758 | Zig:25   | Noticed a royal mummy
179758 | Zig:25   | Noticed a royal mummy
179758 | Zig:25   | Noticed a royal mummy
179759 | Zig:25   | Killed a royal mummy
179759 | Zig:25   | Killed a royal mummy
179759 | Zig:25   | Killed a royal mummy
179759 | Zig:25   | Noticed a royal mummy
179761 | Zig:25   | Noticed a royal mummy
179761 | Zig:25   | Noticed a royal mummy
179762 | Zig:25   | Killed a royal mummy
179762 | Zig:25   | Killed a royal mummy
179762 | Zig:25   | Killed a royal mummy
179762 | Zig:25   | Noticed a royal mummy
179762 | Zig:25   | Noticed a royal mummy
179763 | Zig:25   | Noticed a royal mummy
179763 | Zig:25   | Noticed a royal mummy
179763 | Zig:25   | Noticed a royal mummy
179763 | Zig:25   | Noticed a royal mummy
179763 | Zig:25   | Noticed a royal mummy
179764 | Zig:25   | Noticed a royal mummy
179766 | Zig:25   | Noticed a royal mummy
179766 | Zig:25   | Noticed an ancient lich
179766 | Zig:25   | Noticed a royal mummy
179766 | Zig:25   | Noticed a royal mummy
179766 | Zig:25   | Noticed a royal mummy
179767 | Zig:25   | Killed a royal mummy
179767 | Zig:25   | Killed a royal mummy
179767 | Zig:25   | Killed a royal mummy
179767 | Zig:25   | Killed a royal mummy
179767 | Zig:25   | Killed a royal mummy
179767 | Zig:25   | Killed a royal mummy
179767 | Zig:25   | Noticed a royal mummy
179767 | Zig:25   | Noticed a royal mummy
179768 | Zig:25   | Noticed a royal mummy
179769 | Zig:25   | Killed a royal mummy
179769 | Zig:25   | Killed a royal mummy
179769 | Zig:25   | Killed a royal mummy
179769 | Zig:25   | Killed a royal mummy
179769 | Zig:25   | Killed a royal mummy
179769 | Zig:25   | Killed a royal mummy
179769 | Zig:25   | Killed a royal mummy
179769 | Zig:25   | Killed a royal mummy
179769 | Zig:25   | Noticed a royal mummy
179769 | Zig:25   | Noticed a royal mummy
179770 | Zig:25   | Noticed a royal mummy
179770 | Zig:25   | Noticed a royal mummy
179771 | Zig:25   | Killed a royal mummy
179771 | Zig:25   | Killed a royal mummy
179771 | Zig:25   | Killed an ancient lich
179771 | Zig:25   | Noticed a royal mummy
179772 | Zig:25   | Killed a royal mummy
179772 | Zig:25   | Noticed a royal mummy
179773 | Zig:25   | Killed a royal mummy
179773 | Zig:25   | Noticed a royal mummy
179774 | Zig:25   | Killed a royal mummy
179774 | Zig:25   | Noticed a royal mummy
179775 | Zig:25   | Noticed an ancient lich
179776 | Zig:25   | Noticed a royal mummy
179776 | Zig:25   | Noticed a royal mummy
179777 | Zig:25   | Killed a royal mummy
179777 | Zig:25   | Killed a royal mummy
179777 | Zig:25   | Killed a royal mummy
179777 | Zig:25   | Killed a royal mummy
179777 | Zig:25   | Killed a royal mummy
179778 | Zig:25   | Killed a royal mummy
179778 | Zig:25   | Killed an ancient lich
179778 | Zig:25   | Killed a royal mummy
179778 | Zig:25   | Killed a royal mummy
179778 | Zig:25   | Killed a royal mummy
179778 | Zig:25   | Noticed a royal mummy
179779 | Zig:25   | Noticed a royal mummy
179780 | Zig:25   | Noticed a royal mummy
179781 | Zig:25   | Noticed a royal mummy
179781 | Zig:25   | Noticed a royal mummy
179781 | Zig:25   | Noticed a royal mummy
179782 | Zig:25   | Killed a royal mummy
179782 | Zig:25   | Noticed a royal mummy
179783 | Zig:25   | Noticed a royal mummy
179787 | Zig:25   | Killed a royal mummy
179787 | Zig:25   | Killed a royal mummy
179787 | Zig:25   | Killed a royal mummy
179788 | Zig:25   | Killed a royal mummy
179788 | Zig:25   | Killed a royal mummy
179788 | Zig:25   | Killed a royal mummy
179788 | Zig:25   | Killed a royal mummy
179788 | Zig:25   | Killed a royal mummy
179788 | Zig:25   | Killed a royal mummy
179788 | Zig:25   | Killed a royal mummy
179789 | Zig:25   | Noticed a royal mummy
179790 | Zig:25   | Noticed a royal mummy
179790 | Zig:25   | Noticed a royal mummy
179792 | Zig:25   | Killed a royal mummy
179792 | Zig:25   | Noticed a royal mummy
179793 | Zig:25   | Noticed a royal mummy
179793 | Zig:25   | Noticed a royal mummy
179793 | Zig:25   | Noticed a royal mummy
179793 | Zig:25   | Noticed a royal mummy
179794 | Zig:25   | Noticed a royal mummy
179794 | Zig:25   | Noticed a royal mummy
179797 | Zig:25   | Killed a royal mummy
179797 | Zig:25   | Killed a royal mummy
179798 | Zig:25   | Killed a royal mummy
179798 | Zig:25   | Noticed a royal mummy
179800 | Zig:25   | Killed a royal mummy
179800 | Zig:25   | Killed a royal mummy
179800 | Zig:25   | Killed a royal mummy
179802 | Zig:25   | Killed a royal mummy
179803 | Zig:25   | Killed a royal mummy
179804 | Zig:25   | Killed a royal mummy
179804 | Zig:25   | Killed a royal mummy
179837 | Zig:25   | Identified the +5 lajatang of Hacking and Slashing {flame,
                  | rN+ Int-5 Stlth+}
179867 | Zig:25   | Identified the staff of Ylemi {rF+ Fire Ice}
179884 | Zig:25   | Identified the ring "Uggatol" {EV+5 Dex+6}
179887 | Zig:25   | Identified the ring of Zaxae {^Contam rPois rC+ Str+3
                  | Int+6}
179890 | Zig:25   | Identified the +1 mace of Fuzzy Responsibility {freeze,
                  | Stlth+}
179893 | Zig:25   | Identified the +2 robe of Pragmatism {Rampage rC+ Slay-4}
179894 | Zig:25   | Identified the +8 hand axe "Ifuxiry" {freeze, Str+2}
179895 | Zig:25   | Identified the +0 scale mail of Zihynall {+Inv rC+ Str+3
                  | Int-2}
179896 | Zig:25   | Identified the amulet "Bicle" {Acrobat ^Drain Will++}
179899 | Zig:25   | Identified the +6 dagger of Ruination {heavy, Will+}
179905 | Zig:25   | Identified the ring of Ganenipi {AC+4 Str+5 Stlth+}
179911 | Zig:25   | Identified the +3 quarterstaff of Qaqups {elec, ^Contam
                  | rElec Will+ SInv}
179912 | Zig:25   | Identified the amulet "Nuack" {Faith Harm Will+}
179985 | Zig:25   | Identified the +1 leather armour of the Zebrataur {rN+
                  | Str+5 Dex-2 Slay+2}
180443 | Zig:26   | Entered Level 26 of a ziggurat
180461 | Zig:26   | Noticed an ancient lich
180466 | Zig:26   | Noticed an ancient lich
180472 | Zig:26   | Killed an ancient lich
180472 | Zig:26   | Killed an ancient lich
180476 | Zig:26   | Noticed an ancient lich
180478 | Zig:26   | Noticed an ancient lich
180478 | Zig:26   | Noticed an ancient lich
180480 | Zig:26   | Noticed an ancient lich
180480 | Zig:26   | Noticed an ancient lich
180481 | Zig:26   | Killed an ancient lich
180481 | Zig:26   | Killed an ancient lich
180481 | Zig:26   | Killed an ancient lich
180482 | Zig:26   | Noticed an ancient lich
180483 | Zig:26   | Noticed an ancient lich
180483 | Zig:26   | Noticed an ancient lich
180484 | Zig:26   | Killed an ancient lich
180484 | Zig:26   | Killed an ancient lich
180485 | Zig:26   | Killed an ancient lich
180485 | Zig:26   | Killed an ancient lich
180486 | Zig:26   | Found the +5 Force Lance {heavy, knockback}
180486 | Zig:26   | Killed an ancient lich
180924 | Zig:26   | Identified the ring "Nieduadgh" {AC+4 Str+3}
180952 | Zig:26   | Identified the +1 plate armour of the Mackerel {Int+8}
180954 | Zig:26   | Identified the ring of Jaobonn {Will+ Str+5 Dex+3}
180960 | Zig:26   | Identified the +1 hand axe "Tuz Heoc" {flame, rElec rC-
                  | Dex-3 Stlth+}
180977 | Zig:26   | Identified the +3 dagger of Epuq {vamp, rC+ Str+6 Dex-4}
180993 | Zig:26   | Identified the +2 pair of gloves "Gaisen" {Regen+}
181029 | Zig:26   | Identified the +1 pair of boots of Words of Power {Str+3}
181030 | Zig:26   | Identified the staff of Gallantry {Fly rElec rCorr Int+3
                  | Air}
181031 | Zig:26   | Identified the ring of Liberty {rF+ rC+ rN+ Str+5}
181036 | Zig:26   | Identified the scarf of Fuuren {repulsion, Fly rN+ Regen+
                  | Int-2}
181039 | Zig:26   | Identified the ring "Foz Nega" {Fly rF+ rC+ Str-5 Slay+5}
181068 | Zig:26   | Identified the ring "Put-Me-On" {Will+ Dex-5 Slay+2 Stlth+}
181185 | Zig:27   | Entered Level 27 of a ziggurat
181233 | Zig:27   | Found the +0 mask of the Dragon {Will+ Slay+3 SInv}
181379 | Zig:27   | Identified the +2 leather armour of Ashehod {Str+6}
181384 | Zig:27   | Identified the staff "Qudiconk" {rPois rN+ Dex+2 Stlth+
                  | Alchemy}
181404 | Zig:27   | Identified the ring "Lohiolat" {Will+ rCorr Str+6}
181409 | Zig:27   | Identified the ring "Doit" {rPois Will+ Int+6}
181437 | Zig:27   | Identified the +4 flail of Tihui {spect, rN++}
181439 | Zig:27   | Identified the +2 rapier "Xeummu" {heavy, Int+3 Stlth+}
181451 | Zig:27   | Identified the +1 leather armour "Iseenk" {Int+4}
181473 | Zig:27   | Identified the +1 morningstar "Viguaxzi" {vamp, rF+}
181890 | Zig:1    | Entered Level 1 of a ziggurat
181890 | Zig:1    | Noticed an orb of fire
181896 | Zig:1    | Killed an orb of fire
182056 | Zig:2    | Entered Level 2 of a ziggurat
182150 | Zig:3    | Entered Level 3 of a ziggurat
182272 | Zig:3    | Identified the +3 morningstar of the Vase {freeze, *Noise
                  | rC++ rN+ SInv}
182281 | Zig:4    | Entered Level 4 of a ziggurat
182434 | Zig:5    | Entered Level 5 of a ziggurat
182435 | Zig:5    | Noticed a juggernaut
182444 | Zig:5    | Killed a juggernaut
182615 | Zig:5    | Identified the +0 plate armour "Rarearcho" {Rampage Will++
                  | Dex-3 Stlth-}
182713 | Zig:6    | Entered Level 6 of a ziggurat
182718 | Zig:6    | Found the +8 trident of the Octopus King {venom, rElec
                  | rPois}
182814 | Zig:6    | Identified the +3 chain mail of Qaing {rC+ Will- Str+5
                  | Int-4}
182877 | Zig:7    | Entered Level 7 of a ziggurat
183007 | Zig:7    | Identified the amulet of Yesterday {Spirit SInv}
183010 | Zig:7    | Identified the +2 short sword of Yjil {elec, *Corrode
                  | Dex+9}
183062 | Zig:8    | Entered Level 8 of a ziggurat
183062 | Zig:8    | Noticed Secierch the pandemonium lord
183062 | Zig:8    | Noticed Kurinuuts the pandemonium lord
183062 | Zig:8    | Noticed Onayss the pandemonium lord
183063 | Zig:8    | Noticed Dewnin the pandemonium lord
183063 | Zig:8    | Noticed Beullaf the pandemonium lord
183063 | Zig:8    | Noticed Mufol the pandemonium lord
183064 | Zig:8    | Noticed Goefe the pandemonium lord
183064 | Zig:8    | Noticed Tuntual the pandemonium lord
183065 | Zig:8    | Noticed Zotol the pandemonium lord
183066 | Zig:8    | Killed Onayss the pandemonium lord
183066 | Zig:8    | Noticed Vinuchaw the pandemonium lord
183066 | Zig:8    | Killed Dewnin the pandemonium lord
183066 | Zig:8    | Killed Secierch the pandemonium lord
183067 | Zig:8    | Noticed Diappyr the pandemonium lord
183069 | Zig:8    | Noticed Hecewore the pandemonium lord
183070 | Zig:8    | Killed Mufol the pandemonium lord
183070 | Zig:8    | Noticed Nony the pandemonium lord
183070 | Zig:8    | Noticed Liokos the pandemonium lord
183071 | Zig:8    | Killed Kurinuuts the pandemonium lord
183071 | Zig:8    | Noticed Owkaqyir the pandemonium lord
183073 | Zig:8    | Killed Vinuchaw the pandemonium lord
183073 | Zig:8    | Killed Beullaf the pandemonium lord
183073 | Zig:8    | Killed Nony the pandemonium lord
183073 | Zig:8    | Noticed Orphe Otu the pandemonium lord
183074 | Zig:8    | Killed Zotol the pandemonium lord
183074 | Zig:8    | Killed Liokos the pandemonium lord
183074 | Zig:8    | Killed Hecewore the pandemonium lord
183074 | Zig:8    | Killed Tuntual the pandemonium lord
183074 | Zig:8    | Noticed Zuubbext the pandemonium lord
183075 | Zig:8    | Killed Goefe the pandemonium lord
183076 | Zig:8    | Killed Zuubbext the pandemonium lord
183077 | Zig:8    | Killed Orphe Otu the pandemonium lord
183077 | Zig:8    | Noticed Woliu the pandemonium lord
183078 | Zig:8    | Killed Diappyr the pandemonium lord
183078 | Zig:8    | Killed Owkaqyir the pandemonium lord
183079 | Zig:8    | Noticed Xireidex the pandemonium lord
183084 | Zig:8    | Killed Xireidex the pandemonium lord
183084 | Zig:8    | Killed Woliu the pandemonium lord
183219 | Zig:8    | Identified the +6 longbow "Yluicic" {drain, rC+ rN+ Dex+4}
183224 | Zig:8    | Identified the ring of Zin's Esteem {rN+ Will+ Str+6 Int+3}
183230 | Zig:8    | Identified the +6 mace of Kismet {freeze, Will+}
183327 | Zig:9    | Entered Level 9 of a ziggurat
183328 | Zig:9    | Noticed an orb of fire
183328 | Zig:9    | Noticed an orb of fire
183328 | Zig:9    | Noticed an orb of fire
183329 | Zig:9    | Noticed an orb of fire
183329 | Zig:9    | Noticed an orb of fire
183329 | Zig:9    | Noticed an orb of fire
183330 | Zig:9    | Noticed an orb of fire
183330 | Zig:9    | Noticed an orb of fire
183333 | Zig:9    | Killed an orb of fire
183333 | Zig:9    | Noticed an orb of fire
183334 | Zig:9    | Noticed an orb of fire
183335 | Zig:9    | Killed an orb of fire
183336 | Zig:9    | Killed an orb of fire
183336 | Zig:9    | Killed an orb of fire
183336 | Zig:9    | Killed an orb of fire
183336 | Zig:9    | Killed an orb of fire
183337 | Zig:9    | Killed an orb of fire
183337 | Zig:9    | Noticed an orb of fire
183338 | Zig:9    | Killed an orb of fire
183338 | Zig:9    | Killed an orb of fire
183339 | Zig:9    | Noticed an orb of fire
183339 | Zig:9    | Noticed an orb of fire
183339 | Zig:9    | Noticed an orb of fire
183342 | Zig:9    | Killed an orb of fire
183343 | Zig:9    | Killed an orb of fire
183344 | Zig:9    | Killed an orb of fire
183344 | Zig:9    | Killed an orb of fire
183345 | Zig:9    | Noticed an orb of fire
183346 | Zig:9    | Killed an orb of fire
183352 | Zig:9    | Killed an orb of fire
183494 | Zig:9    | Identified the staff "Ocatiomp" {rCorr Str+3 Conj}
183501 | Zig:9    | Identified the +4 shortbow of Starshine {freeze, ^Drain
                  | rCorr Int+2 Dex+3}
183506 | Zig:9    | Identified the +4 morningstar of Wu Jian, Chewing {freeze,
                  | Int+5 SInv}
183507 | Zig:9    | Identified the +5 great sword of the Lurker {venom, Will++
                  | Int+4 Stlth-}
183632 | Zig:10   | Entered Level 10 of a ziggurat
183633 | Zig:10   | Noticed a dread lich
183633 | Zig:10   | Noticed a dread lich
183633 | Zig:10   | Noticed a dread lich
183634 | Zig:10   | Noticed a dread lich
183634 | Zig:10   | Noticed an ancient lich
183634 | Zig:10   | Noticed a dread lich
183636 | Zig:10   | Noticed a dread lich
183636 | Zig:10   | Noticed a dread lich
183636 | Zig:10   | Noticed an ancient lich
183636 | Zig:10   | Noticed a dread lich
183636 | Zig:10   | Noticed a dread lich
183638 | Zig:10   | Killed a dread lich
183639 | Zig:10   | Killed a dread lich
183639 | Zig:10   | Killed a dread lich
183639 | Zig:10   | Killed an ancient lich
183640 | Zig:10   | Killed a dread lich
183640 | Zig:10   | Killed a dread lich
183640 | Zig:10   | Killed a dread lich
183640 | Zig:10   | Noticed a dread lich
183641 | Zig:10   | Noticed a dread lich
183641 | Zig:10   | Killed a dread lich
183641 | Zig:10   | Killed a dread lich
183641 | Zig:10   | Noticed an ancient lich
183642 | Zig:10   | Noticed an ancient lich
183642 | Zig:10   | Noticed an ancient lich
183643 | Zig:10   | Noticed a dread lich
183643 | Zig:10   | Noticed an ancient lich
183644 | Zig:10   | Killed a dread lich
183644 | Zig:10   | Killed an ancient lich
183645 | Zig:10   | Killed an ancient lich
183645 | Zig:10   | Killed an ancient lich
183645 | Zig:10   | Killed a dread lich
183645 | Zig:10   | Killed a dread lich
183645 | Zig:10   | Killed a dread lich
183649 | Zig:10   | Killed an ancient lich
183649 | Zig:10   | Killed an ancient lich
183861 | Zig:10   | Identified the amulet of Jomev {Faith Str+3 Slay+4}
183872 | Zig:10   | Identified the +4 ring mail "Qiudoyme" {rF+ Int+2}
183899 | Zig:11   | Entered Level 11 of a ziggurat
183908 | Zig:11   | Found the amulet of Elemental Vulnerability {rPois rF--
                  | rC-- AC+8}
184052 | Zig:11   | Identified the +8 triple sword of the Pits of Slime
                  | {freeze, rC+ Will+}
184227 | Zig:12   | Entered Level 12 of a ziggurat
184262 | Zig:12   | Found the ring of the Mage {Wiz Archmagi}
184408 | Zig:12   | Identified the ring of the Endless Expanse {rElec rC+ Will+
                  | Int+2 Dex-4}
184414 | Zig:12   | Identified the orb of Fresh Salvation {light, *Corrode
                  | Str+4 Dex+5}
184415 | Zig:12   | Identified the amulet of Cetar {Acrobat Int+4}
184421 | Zig:12   | Identified the ring "Sihavefo" {Fire ^Contam Will+ Dex+2}
184424 | Zig:12   | Identified the +9 sling of the Feeding Eel {drain, rF- rC++
                  | Int+6}
184429 | Zig:12   | Identified the ring "Zuvodoid" {Will+ Int+2}
184430 | Zig:12   | Identified the +0 war axe "Sogaaniu" {spect, *Slow rPois
                  | Str+4}
184440 | Zig:12   | Identified the +8 triple sword of a ziggurat {freeze, rC+
                  | Str+3 Int+6}
184461 | Zig:12   | Identified the +0 robe "Tostevo" {rCorr}
184626 | Zig:13   | Entered Level 13 of a ziggurat
184631 | Zig:13   | Paralysed by an air elemental for 1 turns
184828 | Zig:13   | Identified the +9 sling "Jienobedgh" {freeze, rC+ Str-5
                  | SInv}
184830 | Zig:13   | Identified the +11 glaive "Ribeah" {drain, Str+4 Int+3}
184833 | Zig:13   | Identified the +1 robe of Restlessness {rElec rN+}
184840 | Zig:13   | Identified the ring of Emilas {EV+5 Int+3 Stlth+}
184842 | Zig:13   | Identified the +2 leather armour "Ogumpoi" {rElec rF- Int+6
                  | Stlth+}
184845 | Zig:13   | Identified the staff of Cheibriados, Hurting {Conj Tloc
                  | Alchemy}
185107 | Zig:14   | Entered Level 14 of a ziggurat
185116 | Zig:14   | Noticed a dread lich
185117 | Zig:14   | Noticed an ancient lich
185119 | Zig:14   | Noticed an ancient lich
185126 | Zig:14   | Killed an ancient lich
185127 | Zig:14   | Killed an ancient lich
185133 | Zig:14   | Killed a dread lich
185391 | Zig:14   | Identified the +0 arbalest of Success {heavy, rC- rN++
                  | Int-3 SInv}
185437 | Zig:14   | Identified the staff "Viqaw" {rF+ Dex+7 Stlth+ Tloc Fire
                  | Ice}
185447 | Zig:14   | Identified the staff "Nunweogg" {rElec rPois rN+ Stlth+
                  | Necro}
185515 | Zig:15   | Entered Level 15 of a ziggurat
185524 | Zig:15   | Noticed an ancient lich
185527 | Zig:15   | Killed an ancient lich
185537 | Zig:15   | Noticed an ancient lich
185538 | Zig:15   | Noticed an ancient lich
185541 | Zig:15   | Killed an ancient lich
185541 | Zig:15   | Killed an ancient lich
185782 | Zig:15   | Identified the +3 great mace "Orockat" {drain, rN+ rCorr
                  | Str+2 Int+2}
185783 | Zig:15   | Identified the +2 flail of the Whale {heavy, Str+4}
185785 | Zig:15   | Identified the +7 great mace "Goesti" {freeze, rF+}
185790 | Zig:15   | Identified the +2 shortbow "Dragon's Tongue" {freeze, rPois
                  | Int+4 SInv}
185971 | Zig:15   | Acquired 811 gold pieces
185979 | Zig:16   | Entered Level 16 of a ziggurat
186302 | Zig:16   | Identified the +2 pair of gloves of the Game Afoot {+Inv
                  | MP+9 Int+2}
186346 | Zig:16   | Identified the +0 triple sword "Vecsetue" {elec, +Blink}
186350 | Zig:16   | Identified the +0 pair of boots of the Moon {rElec rF+}
186371 | Zig:16   | Identified the +7 flail "Yclur" {protect, rN+ Int+2}
186449 | Zig:17   | Entered Level 17 of a ziggurat
186763 | Zig:17   | Identified the ring "Giryo" {Wiz rElec rF- rC+++ SInv}
186797 | Zig:17   | Identified the ring of Kotuatia {rN+ Str+3 Int+6}
187096 | Zig:18   | Entered Level 18 of a ziggurat
187432 | Zig:18   | Identified the +6 quarterstaff "Opnyetz" {freeze, +Blink
                  | rC+ Int+4}
187514 | Zig:18   | Identified the staff of the Glimmering Gods {Fly rF+ rN+
                  | Str+4 Int-4 Fire}
187518 | Zig:18   | Identified the +4 dagger of Truth {vamp, rCorr Dex+5}
187522 | Zig:18   | Identified the amulet of Aczyts {Spirit +Inv rN+}
187638 | Zig:19   | Entered Level 19 of a ziggurat
187648 | Zig:19   | Noticed a dread lich
187648 | Zig:19   | Noticed an ancient lich
187649 | Zig:19   | Noticed a dread lich
187649 | Zig:19   | Noticed a dread lich
187649 | Zig:19   | Noticed a dread lich
187650 | Zig:19   | Noticed a dread lich
187650 | Zig:19   | Noticed a dread lich
187650 | Zig:19   | Noticed a dread lich
187651 | Zig:19   | Noticed an ancient lich
187652 | Zig:19   | Killed an ancient lich
187652 | Zig:19   | Killed a dread lich
187652 | Zig:19   | Killed a dread lich
187652 | Zig:19   | Killed a dread lich
187652 | Zig:19   | Killed a dread lich
187652 | Zig:19   | Killed a dread lich
187652 | Zig:19   | Killed a dread lich
187652 | Zig:19   | Killed an ancient lich
187652 | Zig:19   | Noticed a dread lich
187652 | Zig:19   | Noticed an ancient lich
187653 | Zig:19   | Noticed a dread lich
187653 | Zig:19   | Noticed an ancient lich
187653 | Zig:19   | Noticed a dread lich
187654 | Zig:19   | Killed a dread lich
187655 | Zig:19   | Noticed a dread lich
187655 | Zig:19   | Noticed a dread lich
187656 | Zig:19   | Noticed an ancient lich
187656 | Zig:19   | Noticed a dread lich
187656 | Zig:19   | Noticed an ancient lich
187659 | Zig:19   | Killed an ancient lich
187659 | Zig:19   | Killed a dread lich
187659 | Zig:19   | Killed a dread lich
187659 | Zig:19   | Killed an ancient lich
187659 | Zig:19   | Killed a dread lich
187659 | Zig:19   | Killed a dread lich
187660 | Zig:19   | Killed an ancient lich
187660 | Zig:19   | Killed an ancient lich
187661 | Zig:19   | Noticed an ancient lich
187662 | Zig:19   | Noticed a dread lich
187662 | Zig:19   | Noticed a dread lich
187662 | Zig:19   | Noticed an ancient lich
187662 | Zig:19   | Noticed a dread lich
187664 | Zig:19   | Found the +2 ratskin cloak {*Rats rPois rN+ Str-1 Int-1
                  | Dex+1}
187664 | Zig:19   | Noticed a dread lich
187665 | Zig:19   | Noticed an ancient lich
187666 | Zig:19   | Noticed a dread lich
187667 | Zig:19   | Killed a dread lich
187667 | Zig:19   | Killed a dread lich
187667 | Zig:19   | Killed a dread lich
187669 | Zig:19   | Killed an ancient lich
187669 | Zig:19   | Killed a dread lich
187669 | Zig:19   | Killed an ancient lich
187670 | Zig:19   | Killed a dread lich
187670 | Zig:19   | Killed a dread lich
187672 | Zig:19   | Noticed an ancient lich
187673 | Zig:19   | Killed an ancient lich
187673 | Zig:19   | Killed a dread lich
187686 | Zig:19   | Killed an ancient lich
187888 | Zig:19   | Identified the staff "Ybuko" {rPois Int+2 Alchemy}
187894 | Zig:19   | Identified the +5 broad axe "Weklaiwa" {flame, rF- rC++}
187910 | Zig:19   | Identified the ring "Vavar" {rC+++ rCorr Int+6}
187922 | Zig:19   | Identified the ring "Qaojam" {Fire rPois Dex+2}
187924 | Zig:19   | Identified the ring "Jinaev" {+Blink MP+9 Str-3 Dex-3 SInv}
187927 | Zig:19   | Identified the +6 demon blade "Duwoof" {venom, Int+5}
187958 | Zig:19   | Identified the +0 morningstar of Grandeur {chaos, rCorr
                  | Str+3}
188207 | Zig:20   | Entered Level 20 of a ziggurat
188213 | Zig:20   | Noticed a dread lich
188215 | Zig:20   | Noticed an ancient lich
188215 | Zig:20   | Noticed an ancient lich
188215 | Zig:20   | Noticed a dread lich
188216 | Zig:20   | Noticed a dread lich
188218 | Zig:20   | Killed an ancient lich
188218 | Zig:20   | Killed an ancient lich
188218 | Zig:20   | Killed a dread lich
188218 | Zig:20   | Killed a dread lich
188218 | Zig:20   | Noticed an ancient lich
188219 | Zig:20   | Killed a dread lich
188219 | Zig:20   | Noticed a dread lich
188221 | Zig:20   | Noticed a dread lich
188221 | Zig:20   | Noticed an ancient lich
188221 | Zig:20   | Noticed an ancient lich
188221 | Zig:20   | Noticed an ancient lich
188222 | Zig:20   | Noticed a dread lich
188223 | Zig:20   | Noticed an ancient lich
188224 | Zig:20   | Noticed an ancient lich
188227 | Zig:20   | Killed an ancient lich
188227 | Zig:20   | Noticed a dread lich
188227 | Zig:20   | Noticed an ancient lich
188228 | Zig:20   | Killed an ancient lich
188228 | Zig:20   | Killed an ancient lich
188228 | Zig:20   | Killed a dread lich
188228 | Zig:20   | Killed an ancient lich
188228 | Zig:20   | Killed an ancient lich
188229 | Zig:20   | Noticed a dread lich
188229 | Zig:20   | Noticed a dread lich
188230 | Zig:20   | Noticed a dread lich
188230 | Zig:20   | Noticed a dread lich
188230 | Zig:20   | Noticed a dread lich
188230 | Zig:20   | Noticed a dread lich
188230 | Zig:20   | Noticed an ancient lich
188230 | Zig:20   | Noticed a dread lich
188230 | Zig:20   | Noticed a dread lich
188230 | Zig:20   | Noticed an ancient lich
188231 | Zig:20   | Noticed an ancient lich
188232 | Zig:20   | Killed an ancient lich
188232 | Zig:20   | Killed a dread lich
188232 | Zig:20   | Killed a dread lich
188232 | Zig:20   | Killed an ancient lich
188233 | Zig:20   | Killed a dread lich
188233 | Zig:20   | Killed a dread lich
188233 | Zig:20   | Killed a dread lich
188233 | Zig:20   | Killed a dread lich
188233 | Zig:20   | Killed an ancient lich
188233 | Zig:20   | Noticed an ancient lich
188233 | Zig:20   | Noticed a dread lich
188233 | Zig:20   | Noticed an ancient lich
188234 | Zig:20   | Noticed an ancient lich
188234 | Zig:20   | Noticed an ancient lich
188234 | Zig:20   | Noticed a dread lich
188235 | Zig:20   | Killed a dread lich
188235 | Zig:20   | Killed a dread lich
188235 | Zig:20   | Killed an ancient lich
188235 | Zig:20   | Killed a dread lich
188235 | Zig:20   | Killed a dread lich
188235 | Zig:20   | Killed a dread lich
188235 | Zig:20   | Noticed a dread lich
188236 | Zig:20   | Killed an ancient lich
188236 | Zig:20   | Killed a dread lich
188236 | Zig:20   | Killed a dread lich
188236 | Zig:20   | Noticed a dread lich
188237 | Zig:20   | Killed an ancient lich
188237 | Zig:20   | Killed an ancient lich
188237 | Zig:20   | Killed an ancient lich
188237 | Zig:20   | Killed an ancient lich
188237 | Zig:20   | Killed a dread lich
188238 | Zig:20   | Noticed a dread lich
188242 | Zig:20   | Killed a dread lich
188243 | Zig:20   | Killed a dread lich
188536 | Zig:20   | Identified the +0 triple sword "Leviticus" {drain, ^Drain
                  | rF+ MP+9}
188600 | Zig:20   | Identified the +1 ring mail of a bailey {rF+ Str+4}
188651 | Zig:20   | Identified the +9 halberd of Fate {spect, rCorr}
188656 | Zig:20   | Identified the +6 shortbow "Tudaps" {freeze, +Blink rF+
                  | Str-3}
188667 | Zig:20   | Identified the ring "Boatus" {rElec AC+4}
188669 | Zig:20   | Identified the +5 scale mail of the Fabulous God {rC-
                  | Regen+ Int-5 Stlth+}
188745 | Zig:21   | Entered Level 21 of a ziggurat
188753 | Zig:21   | Noticed a royal mummy
188753 | Zig:21   | Noticed a royal mummy
188753 | Zig:21   | Noticed a royal mummy
188754 | Zig:21   | Noticed a royal mummy
188756 | Zig:21   | Killed a royal mummy
188756 | Zig:21   | Noticed a royal mummy
188756 | Zig:21   | Noticed a royal mummy
188757 | Zig:21   | Noticed a royal mummy
188757 | Zig:21   | Noticed a royal mummy
188757 | Zig:21   | Noticed a royal mummy
188757 | Zig:21   | Noticed a royal mummy
188757 | Zig:21   | Noticed a royal mummy
188758 | Zig:21   | Noticed a royal mummy
188758 | Zig:21   | Noticed a royal mummy
188759 | Zig:21   | Killed a royal mummy
188759 | Zig:21   | Killed a royal mummy
188759 | Zig:21   | Killed a royal mummy
188759 | Zig:21   | Killed a royal mummy
188759 | Zig:21   | Killed a royal mummy
188759 | Zig:21   | Killed a royal mummy
188761 | Zig:21   | Noticed a royal mummy
188761 | Zig:21   | Noticed a royal mummy
188762 | Zig:21   | Killed a royal mummy
188762 | Zig:21   | Killed a royal mummy
188762 | Zig:21   | Killed a royal mummy
188762 | Zig:21   | Killed a royal mummy
188762 | Zig:21   | Noticed a royal mummy
188763 | Zig:21   | Killed a royal mummy
188763 | Zig:21   | Killed a royal mummy
188764 | Zig:21   | Killed a royal mummy
188764 | Zig:21   | Noticed a royal mummy
188764 | Zig:21   | Noticed a royal mummy
188764 | Zig:21   | Noticed a royal mummy
188765 | Zig:21   | Noticed a royal mummy
188765 | Zig:21   | Noticed a royal mummy
188765 | Zig:21   | Noticed a royal mummy
188765 | Zig:21   | Noticed a royal mummy
188765 | Zig:21   | Noticed a royal mummy
188766 | Zig:21   | Noticed a royal mummy
188767 | Zig:21   | Noticed a royal mummy
188767 | Zig:21   | Noticed a royal mummy
188768 | Zig:21   | Killed a royal mummy
188768 | Zig:21   | Killed a royal mummy
188768 | Zig:21   | Noticed a royal mummy
188768 | Zig:21   | Noticed a royal mummy
188768 | Zig:21   | Noticed a royal mummy
188769 | Zig:21   | Noticed a royal mummy
188769 | Zig:21   | Noticed a royal mummy
188770 | Zig:21   | Killed a royal mummy
188770 | Zig:21   | Killed a royal mummy
188770 | Zig:21   | Killed a royal mummy
188770 | Zig:21   | Killed a royal mummy
188770 | Zig:21   | Killed a royal mummy
188770 | Zig:21   | Noticed a royal mummy
188771 | Zig:21   | Killed a royal mummy
188771 | Zig:21   | Killed a royal mummy
188771 | Zig:21   | Noticed a royal mummy
188772 | Zig:21   | Killed a royal mummy
188772 | Zig:21   | Killed a royal mummy
188772 | Zig:21   | Killed a royal mummy
188772 | Zig:21   | Killed a royal mummy
188773 | Zig:21   | Killed a royal mummy
188773 | Zig:21   | Killed a royal mummy
188773 | Zig:21   | Killed a royal mummy
188773 | Zig:21   | Noticed a royal mummy
188774 | Zig:21   | Killed a royal mummy
188774 | Zig:21   | Killed a royal mummy
188775 | Zig:21   | Noticed a royal mummy
188775 | Zig:21   | Killed a royal mummy
188775 | Zig:21   | Killed a royal mummy
188775 | Zig:21   | Killed a royal mummy
188776 | Zig:21   | Noticed a royal mummy
188776 | Zig:21   | Noticed a royal mummy
188777 | Zig:21   | Noticed a royal mummy
188777 | Zig:21   | Noticed a royal mummy
188778 | Zig:21   | Killed a royal mummy
188780 | Zig:21   | Noticed a royal mummy
188781 | Zig:21   | Killed a royal mummy
188781 | Zig:21   | Killed a royal mummy
188781 | Zig:21   | Killed a royal mummy
188782 | Zig:21   | Noticed a royal mummy
188785 | Zig:21   | Killed a royal mummy
188785 | Zig:21   | Noticed a royal mummy
188786 | Zig:21   | Killed a royal mummy
188787 | Zig:21   | Noticed a royal mummy
188789 | Zig:21   | Killed a royal mummy
188790 | Zig:21   | Killed a royal mummy
188797 | Zig:21   | Killed a royal mummy
188807 | Zig:21   | Identified the +0 leather armour of Paes {Dex+2}
188823 | Zig:21   | Identified the storm talisman "Duawag" {Int+3}
188824 | Zig:21   | Identified the +3 broad axe of Teceboh {elec, rPois rC+
                  | Dex+4}
188889 | Zig:21   | Identified the +7 great mace of Proximity {venom, rC+
                  | Int+2}
188890 | Zig:21   | Identified the staff of the Teaching Weasel {rPois rN+
                  | rCorr Alchemy}
188898 | Zig:21   | Identified the +8 shortbow "Kufoem" {flame, rElec rF-
                  | Stlth+}
188902 | Zig:21   | Identified the +2 sling of Tampecw {drain, rElec Will++}
189352 | Zig:22   | Entered Level 22 of a ziggurat
189357 | Zig:22   | Noticed a royal mummy
189358 | Zig:22   | Noticed a royal mummy
189359 | Zig:22   | Noticed a royal mummy
189359 | Zig:22   | Noticed a royal mummy
189360 | Zig:22   | Noticed a royal mummy
189361 | Zig:22   | Noticed a royal mummy
189361 | Zig:22   | Noticed a royal mummy
189361 | Zig:22   | Noticed a royal mummy
189361 | Zig:22   | Noticed a royal mummy
189362 | Zig:22   | Noticed a royal mummy
189363 | Zig:22   | Noticed a royal mummy
189363 | Zig:22   | Noticed a royal mummy
189364 | Zig:22   | Noticed a royal mummy
189365 | Zig:22   | Noticed a royal mummy
189366 | Zig:22   | Killed a royal mummy
189366 | Zig:22   | Killed a royal mummy
189366 | Zig:22   | Killed a royal mummy
189366 | Zig:22   | Killed a royal mummy
189366 | Zig:22   | Killed a royal mummy
189366 | Zig:22   | Killed a royal mummy
189366 | Zig:22   | Killed a royal mummy
189366 | Zig:22   | Killed a royal mummy
189366 | Zig:22   | Killed a royal mummy
189366 | Zig:22   | Killed a royal mummy
189367 | Zig:22   | Killed a royal mummy
189367 | Zig:22   | Noticed a royal mummy
189368 | Zig:22   | Noticed a royal mummy
189368 | Zig:22   | Noticed a royal mummy
189368 | Zig:22   | Noticed a royal mummy
189368 | Zig:22   | Noticed a royal mummy
189370 | Zig:22   | Noticed a royal mummy
189371 | Zig:22   | Killed a royal mummy
189371 | Zig:22   | Killed a royal mummy
189371 | Zig:22   | Noticed a royal mummy
189371 | Zig:22   | Noticed a royal mummy
189373 | Zig:22   | Killed a royal mummy
189373 | Zig:22   | Noticed a royal mummy
189373 | Zig:22   | Noticed a royal mummy
189374 | Zig:22   | Noticed a royal mummy
189374 | Zig:22   | Noticed a royal mummy
189375 | Zig:22   | Noticed a royal mummy
189375 | Zig:22   | Noticed a royal mummy
189376 | Zig:22   | Killed a royal mummy
189376 | Zig:22   | Killed a royal mummy
189376 | Zig:22   | Killed a royal mummy
189376 | Zig:22   | Killed a royal mummy
189376 | Zig:22   | Killed a royal mummy
189376 | Zig:22   | Killed a royal mummy
189376 | Zig:22   | Killed a royal mummy
189376 | Zig:22   | Noticed a royal mummy
189377 | Zig:22   | Killed a royal mummy
189377 | Zig:22   | Noticed a royal mummy
189377 | Zig:22   | Noticed a royal mummy
189378 | Zig:22   | Killed a royal mummy
189378 | Zig:22   | Noticed a royal mummy
189378 | Zig:22   | Noticed a royal mummy
189378 | Zig:22   | Noticed a royal mummy
189379 | Zig:22   | Killed a royal mummy
189379 | Zig:22   | Killed a royal mummy
189379 | Zig:22   | Noticed a royal mummy
189381 | Zig:22   | Killed a royal mummy
189382 | Zig:22   | Killed a royal mummy
189382 | Zig:22   | Killed a royal mummy
189382 | Zig:22   | Killed a royal mummy
189382 | Zig:22   | Killed a royal mummy
189382 | Zig:22   | Killed a royal mummy
189382 | Zig:22   | Killed a royal mummy
189383 | Zig:22   | Noticed a royal mummy
189383 | Zig:22   | Noticed a royal mummy
189383 | Zig:22   | Noticed a royal mummy
189385 | Zig:22   | Killed a royal mummy
189385 | Zig:22   | Killed a royal mummy
189385 | Zig:22   | Noticed a royal mummy
189386 | Zig:22   | Killed a royal mummy
189387 | Zig:22   | Killed a royal mummy
189387 | Zig:22   | Killed a royal mummy
189388 | Zig:22   | Noticed a royal mummy
189389 | Zig:22   | Noticed a royal mummy
189391 | Zig:22   | Killed a royal mummy
189392 | Zig:22   | Noticed a royal mummy
189393 | Zig:22   | Killed a royal mummy
189393 | Zig:22   | Killed a royal mummy
189396 | Zig:22   | Killed a royal mummy
189397 | Zig:22   | Killed a royal mummy
190046 | Zig:22   | Identified the +4 triple sword of the King {drain, SInv}
190052 | Zig:22   | Identified the +7 long sword "Netsunaum" {flame, rElec rN++
                  | Dex-3}
190066 | Zig:22   | Identified the +3 orcbow "Edow" {freeze, rPois SInv}
190068 | Zig:22   | Identified the +6 lajatang "Wicihuecee" {freeze, Fly rElec
                  | rN+}
190071 | Zig:22   | Identified the amulet of Cismatuy {Faith ^Fragile rF+ rC-
                  | Str+8}
190133 | Zig:22   | Identified the +1 glaive of Adapiq {antimagic, rC+ rN+
                  | Int+3 Stlth-}
190156 | Zig:22   | Identified the +3 scale mail "Moisk" {Str+3}
190248 | Zig:23   | Entered Level 23 of a ziggurat
190252 | Zig:23   | Noticed a juggernaut
190254 | Zig:23   | Noticed a juggernaut
190256 | Zig:23   | Noticed a juggernaut
190261 | Zig:23   | Noticed a juggernaut
190263 | Zig:23   | Noticed a juggernaut
190264 | Zig:23   | Killed a juggernaut
190264 | Zig:23   | Killed a juggernaut
190265 | Zig:23   | Noticed a juggernaut
190266 | Zig:23   | Noticed a juggernaut
190266 | Zig:23   | Noticed a juggernaut
190266 | Zig:23   | Noticed a juggernaut
190267 | Zig:23   | Killed a juggernaut
190268 | Zig:23   | Noticed a juggernaut
190269 | Zig:23   | Killed a juggernaut
190270 | Zig:23   | Noticed a juggernaut
190270 | Zig:23   | Noticed a juggernaut
190270 | Zig:23   | Noticed a juggernaut
190271 | Zig:23   | Noticed a juggernaut
190271 | Zig:23   | Noticed a juggernaut
190272 | Zig:23   | Killed a juggernaut
190272 | Zig:23   | Killed a juggernaut
190273 | Zig:23   | Noticed a juggernaut
190273 | Zig:23   | Noticed a juggernaut
190273 | Zig:23   | Noticed a juggernaut
190273 | Zig:23   | Killed a juggernaut
190274 | Zig:23   | Noticed a juggernaut
190275 | Zig:23   | Noticed a juggernaut
190276 | Zig:23   | Noticed a juggernaut
190277 | Zig:23   | Killed a juggernaut
190277 | Zig:23   | Killed a juggernaut
190277 | Zig:23   | Killed a juggernaut
190277 | Zig:23   | Killed a juggernaut
190277 | Zig:23   | Killed a juggernaut
190278 | Zig:23   | Killed a juggernaut
190279 | Zig:23   | Noticed a juggernaut
190280 | Zig:23   | Killed a juggernaut
190280 | Zig:23   | Killed a juggernaut
190280 | Zig:23   | Killed a juggernaut
190280 | Zig:23   | Killed a juggernaut
190280 | Zig:23   | Killed a juggernaut
190283 | Zig:23   | Killed a juggernaut
190283 | Zig:23   | Killed a juggernaut
190283 | Zig:23   | Killed a juggernaut
190289 | Zig:23   | Killed a juggernaut
190579 | Zig:23   | Identified the ring "Ucosuhat" {^Drain rElec rPois rF+++
                  | rCorr}
190584 | Zig:23   | Identified the +3 spear of Miray {distort, rF++ Will-
                  | rCorr}
190588 | Zig:23   | Identified the +1 pair of boots of the Hot Ocelot {Int+4}
190592 | Zig:23   | Identified the staff of the Stork {rElec rN+ rCorr Dex-4
                  | SInv Air}
190594 | Zig:23   | Identified the +3 war axe "Beetlebane" {freeze, rElec rPois
                  | Str+2}
190599 | Zig:23   | Identified the +5 short sword of the Rattlesnake {speed,
                  | *Corrode rC++ Str+4 Stlth+}
190603 | Zig:23   | Identified the staff "Yllag" {^Contam rC+ Str+5 Hexes Summ
                  | Ice}
190626 | Zig:23   | Identified the +0 cloak "Neyforchef" {+Blink}
190638 | Zig:23   | Identified the +5 chain mail "Comegome" {^Contam Harm rC+
                  | Stlth+}
191111 | Zig:24   | Entered Level 24 of a ziggurat
191669 | Zig:24   | Identified the ring of Dulottow {rPois Dex+5}
191671 | Zig:24   | Identified the staff of the Sage {rPois Str+2 Alchemy}
191759 | Zig:24   | Identified the +0 ring mail of Aroa {Int+3 Stlth+}
191772 | Zig:24   | Identified the +3 chain mail of Ru {Fly Str+2}
191794 | Zig:24   | Identified the +3 great sword of the Healing Pill Bug
                  | {elec, rN++ Int+7 Dex-3}
191797 | Zig:24   | Identified the +9 orcbow "Xilett" {elec, Fly Dex+4}
191930 | Zig:25   | Entered Level 25 of a ziggurat
191950 | Zig:25   | Noticed an ancient lich
191955 | Zig:25   | Killed an ancient lich
191959 | Zig:25   | Paralysed by a wendigo for 1 turns
192075 | Zig:25   | Identified the +1 robe of the Zebrataur {Int+5}
192080 | Zig:25   | Identified the +2 trident of Box Zin {elec, ^Drain rC+
                  | rN+++ Will+}
192087 | Zig:25   | Identified the +4 triple sword of Damp Trial by Ordeal
                  | {freeze, *Noise Dex+6}
192090 | Zig:25   | Identified the +0 ring mail "Ihuazuph" {rF+ Dex+3}
192109 | Zig:25   | Identified the +7 broad axe of Ciorch {heavy, Dex+3}
192119 | Zig:25   | Identified the staff of Plog {rElec rF- Str+2 Dex+3 SInv
                  | Air}
192120 | Zig:25   | Identified the +1 scale mail of Gumun {Dex+4}
192124 | Zig:25   | Identified the ring "Haure" {rPois rC+ MP+9 Str+6 Int-5}
192129 | Zig:25   | Identified the staff "Masch" {^Drain rPois rN+ Str+2 Int+5
                  | Necro}
192142 | Zig:25   | Identified the +1 spear "Xykhighe" {drain, rElec rCorr
                  | Int-3 Dex-4}
192147 | Zig:25   | Identified the +7 battleaxe of Debt {pain, rPois Will-
                  | Int+2 Dex+3}
192551 | Zig:26   | Entered Level 26 of a ziggurat
192567 | Zig:26   | Noticed Mojoaz's ghost (legendary GrFi)
192568 | Zig:26   | Noticed Icokhlali's ghost (legendary TeBe)
192568 | Zig:26   | Noticed Icokhlali's ghost (legendary TeBe)
192568 | Zig:26   | Noticed Icokhlali's ghost (legendary TeBe)
192568 | Zig:26   | Noticed Icokhlali's ghost (legendary TeBe)
192569 | Zig:26   | Noticed Mojoaz's ghost (legendary GrFi)
192569 | Zig:26   | Noticed Mojoaz's ghost (legendary GrFi)
192569 | Zig:26   | Noticed Icokhlali's ghost (legendary TeBe)
192569 | Zig:26   | Noticed Mojoaz's ghost (legendary GrFi)
192569 | Zig:26   | Noticed Icokhlali's ghost (legendary TeBe)
192570 | Zig:26   | Noticed Mojoaz's ghost (legendary GrFi)
192570 | Zig:26   | Noticed Mojoaz's ghost (legendary GrFi)
192570 | Zig:26   | Noticed Icokhlali's ghost (legendary TeBe)
192570 | Zig:26   | Noticed Icokhlali's ghost (legendary TeBe)
192570 | Zig:26   | Noticed Icokhlali's ghost (legendary TeBe)
192570 | Zig:26   | Noticed Mojoaz's ghost (legendary GrFi)
192570 | Zig:26   | Noticed Mojoaz's ghost (legendary GrFi)
192571 | Zig:26   | Noticed Mojoaz's ghost (legendary GrFi)
192571 | Zig:26   | Noticed Mojoaz's ghost (legendary GrFi)
192571 | Zig:26   | Noticed Mojoaz's ghost (legendary GrFi)
192572 | Zig:26   | Noticed Mojoaz's ghost (legendary GrFi)
192573 | Zig:26   | Killed Icokhlali's ghost
192573 | Zig:26   | Killed Icokhlali's ghost
192573 | Zig:26   | Noticed Mojoaz's ghost (legendary GrFi)
192573 | Zig:26   | Noticed Icokhlali's ghost (legendary TeBe)
192573 | Zig:26   | Noticed Icokhlali's ghost (legendary TeBe)
192573 | Zig:26   | Noticed Icokhlali's ghost (legendary TeBe)
192573 | Zig:26   | Noticed Mojoaz's ghost (legendary GrFi)
192573 | Zig:26   | Noticed Icokhlali's ghost (legendary TeBe)
192573 | Zig:26   | Noticed Mojoaz's ghost (legendary GrFi)
192574 | Zig:26   | Killed Mojoaz's ghost
192574 | Zig:26   | Killed Icokhlali's ghost
192574 | Zig:26   | Noticed Icokhlali's ghost (legendary TeBe)
192574 | Zig:26   | Noticed Icokhlali's ghost (legendary TeBe)
192574 | Zig:26   | Noticed Icokhlali's ghost (legendary TeBe)
192574 | Zig:26   | Noticed Mojoaz's ghost (legendary GrFi)
192574 | Zig:26   | Noticed Mojoaz's ghost (legendary GrFi)
192575 | Zig:26   | Noticed Mojoaz's ghost (legendary GrFi)
192575 | Zig:26   | Killed Icokhlali's ghost
192575 | Zig:26   | Killed Icokhlali's ghost
192575 | Zig:26   | Killed Mojoaz's ghost
192575 | Zig:26   | Killed Mojoaz's ghost
192575 | Zig:26   | Killed Icokhlali's ghost
192575 | Zig:26   | Killed Icokhlali's ghost
192576 | Zig:26   | Killed Mojoaz's ghost
192576 | Zig:26   | Killed Icokhlali's ghost
192576 | Zig:26   | Noticed Icokhlali's ghost (legendary TeBe)
192576 | Zig:26   | Noticed Mojoaz's ghost (legendary GrFi)
192576 | Zig:26   | Killed Mojoaz's ghost
192576 | Zig:26   | Killed Mojoaz's ghost
192576 | Zig:26   | Killed Mojoaz's ghost
192576 | Zig:26   | Noticed Mojoaz's ghost (legendary GrFi)
192582 | Zig:26   | Killed Icokhlali's ghost
192582 | Zig:26   | Killed Icokhlali's ghost
192583 | Zig:26   | Killed Mojoaz's ghost
192583 | Zig:26   | Killed Mojoaz's ghost
192584 | Zig:26   | Killed Icokhlali's ghost
192585 | Zig:26   | Killed Icokhlali's ghost
192586 | Zig:26   | Killed Icokhlali's ghost
192588 | Zig:26   | Killed Icokhlali's ghost
192588 | Zig:26   | Noticed Icokhlali's ghost (legendary TeBe)
192588 | Zig:26   | Noticed Icokhlali's ghost (legendary TeBe)
192589 | Zig:26   | Killed Mojoaz's ghost
192589 | Zig:26   | Killed Mojoaz's ghost
192589 | Zig:26   | Noticed Icokhlali's ghost (legendary TeBe)
192589 | Zig:26   | Killed Icokhlali's ghost
192591 | Zig:26   | Killed Icokhlali's ghost
192591 | Zig:26   | Killed Icokhlali's ghost
192591 | Zig:26   | Killed Mojoaz's ghost
192591 | Zig:26   | Killed Mojoaz's ghost
192591 | Zig:26   | Killed Icokhlali's ghost
192591 | Zig:26   | Noticed Icokhlali's ghost (legendary TeBe)
192591 | Zig:26   | Noticed Mojoaz's ghost (legendary GrFi)
192591 | Zig:26   | Noticed Mojoaz's ghost (legendary GrFi)
192591 | Zig:26   | Noticed Icokhlali's ghost (legendary TeBe)
192592 | Zig:26   | Killed Icokhlali's ghost
192593 | Zig:26   | Killed Mojoaz's ghost
192593 | Zig:26   | Killed Icokhlali's ghost
192593 | Zig:26   | Killed Icokhlali's ghost
192593 | Zig:26   | Killed Icokhlali's ghost
192593 | Zig:26   | Killed Mojoaz's ghost
192593 | Zig:26   | Killed Mojoaz's ghost
192593 | Zig:26   | Killed Mojoaz's ghost
192593 | Zig:26   | Noticed Mojoaz's ghost (legendary GrFi)
192593 | Zig:26   | Noticed Mojoaz's ghost (legendary GrFi)
192594 | Zig:26   | Noticed Icokhlali's ghost (legendary TeBe)
192594 | Zig:26   | Noticed Icokhlali's ghost (legendary TeBe)
192594 | Zig:26   | Noticed Mojoaz's ghost (legendary GrFi)
192595 | Zig:26   | Noticed Icokhlali's ghost (legendary TeBe)
192595 | Zig:26   | Killed Icokhlali's ghost
192596 | Zig:26   | Noticed Icokhlali's ghost (legendary TeBe)
192596 | Zig:26   | Noticed Mojoaz's ghost (legendary GrFi)
192596 | Zig:26   | Noticed Mojoaz's ghost (legendary GrFi)
192596 | Zig:26   | Noticed Mojoaz's ghost (legendary GrFi)
192596 | Zig:26   | Noticed Mojoaz's ghost (legendary GrFi)
192596 | Zig:26   | Noticed Mojoaz's ghost (legendary GrFi)
192597 | Zig:26   | Killed Icokhlali's ghost
192597 | Zig:26   | Killed Mojoaz's ghost
192597 | Zig:26   | Killed Mojoaz's ghost
192597 | Zig:26   | Killed Icokhlali's ghost
192597 | Zig:26   | Killed Mojoaz's ghost
192597 | Zig:26   | Killed Mojoaz's ghost
192597 | Zig:26   | Noticed Icokhlali's ghost (legendary TeBe)
192597 | Zig:26   | Noticed Icokhlali's ghost (legendary TeBe)
192597 | Zig:26   | Noticed Mojoaz's ghost (legendary GrFi)
192599 | Zig:26   | Killed Icokhlali's ghost
192599 | Zig:26   | Killed Mojoaz's ghost
192599 | Zig:26   | Killed Mojoaz's ghost
192599 | Zig:26   | Noticed Icokhlali's ghost (legendary TeBe)
192599 | Zig:26   | Noticed Icokhlali's ghost (legendary TeBe)
192599 | Zig:26   | Noticed Icokhlali's ghost (legendary TeBe)
192600 | Zig:26   | Killed Icokhlali's ghost
192600 | Zig:26   | Noticed Icokhlali's ghost (legendary TeBe)
192600 | Zig:26   | Noticed Icokhlali's ghost (legendary TeBe)
192600 | Zig:26   | Noticed Mojoaz's ghost (legendary GrFi)
192601 | Zig:26   | Noticed Mojoaz's ghost (legendary GrFi)
192602 | Zig:26   | Killed Icokhlali's ghost
192602 | Zig:26   | Killed Mojoaz's ghost
192602 | Zig:26   | Killed Mojoaz's ghost
192602 | Zig:26   | Killed Mojoaz's ghost
192602 | Zig:26   | Killed Mojoaz's ghost
192602 | Zig:26   | Noticed Mojoaz's ghost (legendary GrFi)
192602 | Zig:26   | Noticed Icokhlali's ghost (legendary TeBe)
192602 | Zig:26   | Killed Icokhlali's ghost
192602 | Zig:26   | Noticed Mojoaz's ghost (legendary GrFi)
192602 | Zig:26   | Noticed Mojoaz's ghost (legendary GrFi)
192603 | Zig:26   | Noticed Icokhlali's ghost (legendary TeBe)
192603 | Zig:26   | Killed Mojoaz's ghost
192603 | Zig:26   | Killed Mojoaz's ghost
192603 | Zig:26   | Killed Mojoaz's ghost
192603 | Zig:26   | Killed Mojoaz's ghost
192603 | Zig:26   | Noticed Icokhlali's ghost (legendary TeBe)
192603 | Zig:26   | Noticed Mojoaz's ghost (legendary GrFi)
192603 | Zig:26   | Noticed Mojoaz's ghost (legendary GrFi)
192603 | Zig:26   | Noticed Icokhlali's ghost (legendary TeBe)
192604 | Zig:26   | Noticed Icokhlali's ghost (legendary TeBe)
192605 | Zig:26   | Killed Mojoaz's ghost
192605 | Zig:26   | Noticed Mojoaz's ghost (legendary GrFi)
192605 | Zig:26   | Noticed Icokhlali's ghost (legendary TeBe)
192606 | Zig:26   | Killed Icokhlali's ghost
192606 | Zig:26   | Killed Mojoaz's ghost
192606 | Zig:26   | Killed Icokhlali's ghost
192606 | Zig:26   | Noticed Icokhlali's ghost (legendary TeBe)
192606 | Zig:26   | Noticed Mojoaz's ghost (legendary GrFi)
192606 | Zig:26   | Noticed Mojoaz's ghost (legendary GrFi)
192606 | Zig:26   | Noticed Mojoaz's ghost (legendary GrFi)
192608 | Zig:26   | Killed Mojoaz's ghost
192608 | Zig:26   | Killed Icokhlali's ghost
192608 | Zig:26   | Killed Icokhlali's ghost
192608 | Zig:26   | Noticed Icokhlali's ghost (legendary TeBe)
192608 | Zig:26   | Killed Icokhlali's ghost
192608 | Zig:26   | Killed Mojoaz's ghost
192608 | Zig:26   | Noticed Mojoaz's ghost (legendary GrFi)
192608 | Zig:26   | Noticed Mojoaz's ghost (legendary GrFi)
192608 | Zig:26   | Noticed Icokhlali's ghost (legendary TeBe)
192609 | Zig:26   | Killed Mojoaz's ghost
192609 | Zig:26   | Killed Mojoaz's ghost
192609 | Zig:26   | Killed Icokhlali's ghost
192609 | Zig:26   | Killed Mojoaz's ghost
192609 | Zig:26   | Noticed Icokhlali's ghost (legendary TeBe)
192609 | Zig:26   | Noticed Mojoaz's ghost (legendary GrFi)
192610 | Zig:26   | Killed Icokhlali's ghost
192611 | Zig:26   | Killed Icokhlali's ghost
192611 | Zig:26   | Killed Icokhlali's ghost
192611 | Zig:26   | Killed Mojoaz's ghost
192611 | Zig:26   | Noticed Mojoaz's ghost (legendary GrFi)
192611 | Zig:26   | Killed Icokhlali's ghost
192611 | Zig:26   | Killed Icokhlali's ghost
192611 | Zig:26   | Killed Mojoaz's ghost
192612 | Zig:26   | Killed Mojoaz's ghost
192612 | Zig:26   | Killed Mojoaz's ghost
192612 | Zig:26   | Killed Icokhlali's ghost
192612 | Zig:26   | Killed Mojoaz's ghost
192612 | Zig:26   | Killed Mojoaz's ghost
192612 | Zig:26   | Noticed Icokhlali's ghost (legendary TeBe)
192612 | Zig:26   | Noticed Icokhlali's ghost (legendary TeBe)
192613 | Zig:26   | Noticed Icokhlali's ghost (legendary TeBe)
192613 | Zig:26   | Killed Mojoaz's ghost
192613 | Zig:26   | Noticed Mojoaz's ghost (legendary GrFi)
192615 | Zig:26   | Killed Mojoaz's ghost
192615 | Zig:26   | Noticed Mojoaz's ghost (legendary GrFi)
192616 | Zig:26   | Killed Icokhlali's ghost
192616 | Zig:26   | Killed Icokhlali's ghost
192618 | Zig:26   | Noticed Mojoaz's ghost (legendary GrFi)
192621 | Zig:26   | Killed Icokhlali's ghost
192621 | Zig:26   | Killed Icokhlali's ghost
192622 | Zig:26   | Killed Mojoaz's ghost
192622 | Zig:26   | Killed Mojoaz's ghost
192622 | Zig:26   | Killed Mojoaz's ghost
192630 | Zig:26   | Killed Icokhlali's ghost
193021 | Zig:26   | Identified the +4 glaive of Liatoick {freeze, rElec}
193026 | Zig:26   | Identified the ring "Sutwuec" {^Contam rPois rF++ rC+
                  | Int+6}
193119 | Zig:26   | Identified the ring of the Salamander {Fly rCorr Int+3}
193125 | Zig:26   | Identified the +5 triple sword "Mosett" {flame, rElec rN+
                  | Int+2 Dex+2}
193128 | Zig:26   | Identified the +10 war axe of Extremism {distort, rCorr
                  | Dex+3}
193131 | Zig:26   | Identified the ring "Bafu" {MP+9 Dex+5}
193143 | Zig:26   | Identified the +8 falchion of Gallantry {elec, rElec}
193146 | Zig:26   | Identified the +1 chain mail of Cheibriados, Hurtling {rC+
                  | SInv}
193187 | Zig:26   | Identified the +2 shortbow "Neum Xung" {freeze, Will+}
193194 | Zig:26   | Identified the +1 pair of gloves "Osopn" {Str+3}
193195 | Zig:26   | Identified the +1 ring mail of Sin {Will+ Str+2}
193376 | Zig:27   | Entered Level 27 of a ziggurat
193582 | Zig:27   | Identified the staff of the Bashing Ass {rF+ Will++ rCorr
                  | Fire}
193591 | Zig:27   | Identified the ring of Quwuler {+Blink rN+ MP+9 SInv
                  | Stlth+}
193593 | Zig:27   | Identified the +11 great mace "Tairacue" {spect, Fly rN+
                  | Int+3}
193596 | Zig:27   | Identified the +3 chain mail of Midwinter {Str+2 Int+7}
193600 | Zig:27   | Identified the +9 war axe "Cebokhoz" {venom, rElec rF+ rC-
                  | Int+3}
193605 | Zig:27   | Identified the ring "Luifruog" {Fly SInv}
193606 | Zig:27   | Identified the +1 scale mail "Ciaf" {rN+}
193612 | Zig:27   | Identified the +2 chain mail of Proximity {*Slow rF+ Int+3
                  | SInv}
193614 | Zig:27   | Identified the ring "Jyaxzudu" {rC+ rN+ Will+ Str+4 Int+4}
193627 | Zig:27   | Identified the ring of Teqeyq Wiog {rCorr Str+3 Dex+2
                  | Stlth+}
193661 | Zig:27   | Identified the +0 ring mail of Death Resistance {rF- Int+6}
193670 | Zig:27   | Identified the +12 broad axe "Waituc" {venom, rC+ Will+
                  | Str+4 Stlth+}
193674 | Zig:27   | Identified the +0 triple sword of Kuybaytu {flame, rC+}
193676 | Zig:27   | Identified the +1 mace of Kismet {flame, Int+5}
193684 | Zig:27   | Identified the +6 triple sword of Tumult {vamp, *Corrode
                  | MP+9 Dex+5}
194247 | Zig:1    | Entered Level 1 of a ziggurat
194247 | Zig:1    | Noticed a dread lich
194254 | Zig:1    | Killed a dread lich
194390 | Zig:2    | Entered Level 2 of a ziggurat
194457 | Zig:2    | Identified the ring of Xid Mail {Fire rElec rN+ Str+3
                  | Dex-5}
194489 | Zig:3    | Entered Level 3 of a ziggurat
194491 | Zig:3    | Noticed Iheas the pandemonium lord
194513 | Zig:3    | Killed Iheas the pandemonium lord
194626 | Zig:3    | Identified the +7 spear of Heteb {flame, Str+3 Int+3}
194670 | Zig:4    | Entered Level 4 of a ziggurat
194670 | Zig:4    | Noticed a dread lich
194670 | Zig:4    | Noticed a dread lich
194670 | Zig:4    | Noticed an ancient lich
194671 | Zig:4    | Noticed a dread lich
194672 | Zig:4    | Noticed an ancient lich
194672 | Zig:4    | Noticed a dread lich
194673 | Zig:4    | Killed an ancient lich
194673 | Zig:4    | Killed a dread lich
194674 | Zig:4    | Killed a dread lich
194675 | Zig:4    | Killed an ancient lich
194675 | Zig:4    | Killed a dread lich
194675 | Zig:4    | Killed a dread lich
194682 | Zig:4    | Identified the +0 cloak of the Lute {Str+3}
194783 | Zig:4    | Identified the ring of the King {Wiz Str-2 Slay+4}
194823 | Zig:5    | Entered Level 5 of a ziggurat
195044 | Zig:6    | Entered Level 6 of a ziggurat
195290 | Zig:6    | Identified the amulet "Faumpoh" {Spirit Str+3}
195302 | Zig:6    | Identified the +1 mace of Zupto {vamp, rPois SInv}
195311 | Zig:7    | Entered Level 7 of a ziggurat
195313 | Zig:7    | Noticed a dread lich
195319 | Zig:7    | Killed a dread lich
195439 | Zig:7    | Identified the amulet "Edwoceeg" {Spirit rElec Int+5 Slay+6
                  | Stlth-}
195442 | Zig:7    | Identified the +0 cloak of Spaghetti {Int+2}
195445 | Zig:7    | Identified the ring "Comoreh" {Wiz rN+ Will+}
195536 | Zig:8    | Entered Level 8 of a ziggurat
195819 | Zig:8    | Identified the +3 morningstar of Cataclysm {flame, Will+}
195829 | Zig:9    | Entered Level 9 of a ziggurat
195829 | Zig:9    | Noticed a seraph
195829 | Zig:9    | Noticed a seraph
195831 | Zig:9    | Killed a seraph
195836 | Zig:9    | Killed a seraph
195836 | Zig:9    | Killed a seraph
195838 | Zig:9    | Identified the +0 tower shield of Sophism {+Inv Int+2}
195842 | Zig:9    | Noticed a seraph
195843 | Zig:9    | Noticed a seraph
195845 | Zig:9    | Killed a seraph
195854 | Zig:9    | Killed a seraph
195862 | Zig:9    | Identified the +6 tower shield of the Saviour {Will+}
195878 | Zig:9    | Identified the ring "Voaphox" {Wiz Int+2 SInv}
195912 | Zig:9    | Identified the +0 helmet "Wyrosurgh" {+Blink rF+ MP+9}
195915 | Zig:9    | Identified the +6 triple sword of Horrexto {freeze, ^Drain
                  | rN+ Dex+3}
196059 | Zig:10   | Entered Level 10 of a ziggurat
196075 | Zig:10   | Found the +8 orange crystal plate armour {Archmagi, Int+3
                  | Clar}
196075 | Zig:10   | Identified the +8 plate armour of the Equinox {^Drain rF+
                  | rC- Dex+7}
196131 | Zig:10   | Identified the staff "Orb Guardian's Foe" {rElec Str+3 Air}
196430 | Zig:11   | Entered Level 11 of a ziggurat
196565 | Zig:11   | Identified the +6 shortbow "Jasem" {heavy, rF+ rN+ Int+2
                  | Stlth-}
196568 | Zig:11   | Identified the amulet "Caighaq" {Acrobat Int+2 Stlth+}
196569 | Zig:11   | Identified the amulet of Riusac {Spirit Will+}
196574 | Zig:11   | Identified the +9 plate armour of Zin, Screaming {rPois
                  | rC+}
196575 | Zig:11   | Identified the +0 dagger "Vaynyi Iffi" {drain, rPois Dex+3
                  | SInv}
196578 | Zig:11   | Identified the +0 robe "Wukkin" {Stlth+}
196749 | Zig:12   | Entered Level 12 of a ziggurat
196750 | Zig:12   | Noticed Roseo the pandemonium lord
196750 | Zig:12   | Noticed Haobumna the pandemonium lord
196750 | Zig:12   | Noticed Acrysit the pandemonium lord
196750 | Zig:12   | Noticed Nuaplagok the pandemonium lord
196751 | Zig:12   | Noticed Helo Ocyul the pandemonium lord
196751 | Zig:12   | Noticed Tentit the pandemonium lord
196751 | Zig:12   | Noticed Ugijuv the pandemonium lord
196751 | Zig:12   | Noticed Pusi the pandemonium lord
196752 | Zig:12   | Noticed Buca the pandemonium lord
196753 | Zig:12   | Noticed Muixzo the pandemonium lord
196753 | Zig:12   | Noticed Esotin the pandemonium lord
196753 | Zig:12   | Noticed Koomaude the pandemonium lord
196754 | Zig:12   | Noticed Fuedghyal the pandemonium lord
196754 | Zig:12   | Noticed Nolil the pandemonium lord
196754 | Zig:12   | Noticed Zuaheniv the pandemonium lord
196755 | Zig:12   | Noticed Jufuwk the pandemonium lord
196755 | Zig:12   | Noticed Bytwibb the pandemonium lord
196755 | Zig:12   | Noticed Kuawupru the pandemonium lord
196755 | Zig:12   | Noticed Afaajuaz the pandemonium lord
196755 | Zig:12   | Noticed Katewuaxt the pandemonium lord
196755 | Zig:12   | Noticed Uxkun the pandemonium lord
196756 | Zig:12   | Killed Ugijuv the pandemonium lord
196756 | Zig:12   | Killed Koomaude the pandemonium lord
196756 | Zig:12   | Killed Roseo the pandemonium lord
196756 | Zig:12   | Killed Helo Ocyul the pandemonium lord
196756 | Zig:12   | Killed Haobumna the pandemonium lord
196756 | Zig:12   | Noticed Weachiom the pandemonium lord
196757 | Zig:12   | Noticed Kuttyl the pandemonium lord
196757 | Zig:12   | Killed Esotin the pandemonium lord
196757 | Zig:12   | Noticed Saph the pandemonium lord
196758 | Zig:12   | Noticed Gaigh the pandemonium lord
196758 | Zig:12   | Noticed Exkem the pandemonium lord
196758 | Zig:12   | Killed Nuaplagok the pandemonium lord
196758 | Zig:12   | Killed Tentit the pandemonium lord
196759 | Zig:12   | Noticed Zieliu the pandemonium lord
196759 | Zig:12   | Killed Pusi the pandemonium lord
196760 | Zig:12   | Killed Acrysit the pandemonium lord
196760 | Zig:12   | Killed Fuedghyal the pandemonium lord
196761 | Zig:12   | Killed Zuaheniv the pandemonium lord
196762 | Zig:12   | Noticed Lutearush the pandemonium lord
196763 | Zig:12   | Noticed Plog the pandemonium lord
196764 | Zig:12   | Killed Kuawupru the pandemonium lord
196764 | Zig:12   | Killed Katewuaxt the pandemonium lord
196764 | Zig:12   | Killed Nolil the pandemonium lord
196764 | Zig:12   | Killed Gaigh the pandemonium lord
196765 | Zig:12   | Killed Afaajuaz the pandemonium lord
196765 | Zig:12   | Killed Muixzo the pandemonium lord
196765 | Zig:12   | Killed Buca the pandemonium lord
196766 | Zig:12   | Killed Jufuwk the pandemonium lord
196766 | Zig:12   | Killed Saph the pandemonium lord
196766 | Zig:12   | Killed Exkem the pandemonium lord
196766 | Zig:12   | Killed Uxkun the pandemonium lord
196767 | Zig:12   | Noticed Xoicibi the pandemonium lord
196767 | Zig:12   | Noticed Bepe the pandemonium lord
196768 | Zig:12   | Noticed Keopsob the pandemonium lord
196768 | Zig:12   | Noticed Vucy the pandemonium lord
196769 | Zig:12   | Killed Plog the pandemonium lord
196769 | Zig:12   | Killed Bepe the pandemonium lord
196770 | Zig:12   | Killed Lutearush the pandemonium lord
196770 | Zig:12   | Killed Weachiom the pandemonium lord
196770 | Zig:12   | Noticed Wumuoteh the pandemonium lord
196776 | Zig:12   | Killed Keopsob the pandemonium lord
196776 | Zig:12   | Killed Zieliu the pandemonium lord
196777 | Zig:12   | Killed Bytwibb the pandemonium lord
196777 | Zig:12   | Killed Kuttyl the pandemonium lord
196777 | Zig:12   | Noticed Muurgh the pandemonium lord
196777 | Zig:12   | Noticed Hodat the pandemonium lord
196780 | Zig:12   | Killed Vucy the pandemonium lord
196780 | Zig:12   | Killed Xoicibi the pandemonium lord
196780 | Zig:12   | Killed Wumuoteh the pandemonium lord
196780 | Zig:12   | Noticed Epemes the pandemonium lord
196781 | Zig:12   | Noticed Avven the pandemonium lord
196785 | Zig:12   | Killed Epemes the pandemonium lord
196785 | Zig:12   | Killed Muurgh the pandemonium lord
196790 | Zig:12   | Killed Hodat the pandemonium lord
196791 | Zig:12   | Killed Avven the pandemonium lord
197055 | Zig:12   | Identified the +7 orcbow of Dathuss {antimagic, rF+ Int+4}
197076 | Zig:12   | Identified the +10 halberd of Slime {freeze, rN+ Int+2}
197113 | Zig:13   | Entered Level 13 of a ziggurat
197269 | Zig:13   | Identified the amulet "Sept" {Spirit rPois rN+ Dex+4}
197272 | Zig:13   | Identified the +2 war axe of the Wasp {flame, rPois Int+4}
197289 | Zig:13   | Identified the +5 short sword of Gehav {antimagic, rF++ rN+
                  | Dex-3 Stlth+}
197578 | Zig:14   | Entered Level 14 of a ziggurat
197578 | Zig:14   | Noticed a royal mummy
197578 | Zig:14   | Noticed a royal mummy
197578 | Zig:14   | Noticed a royal mummy
197578 | Zig:14   | Noticed a royal mummy
197578 | Zig:14   | Noticed a royal mummy
197578 | Zig:14   | Noticed a royal mummy
197578 | Zig:14   | Noticed a royal mummy
197578 | Zig:14   | Noticed a royal mummy
197579 | Zig:14   | Killed a royal mummy
197579 | Zig:14   | Killed a royal mummy
197579 | Zig:14   | Killed a royal mummy
197579 | Zig:14   | Killed a royal mummy
197579 | Zig:14   | Killed a royal mummy
197580 | Zig:14   | Killed a royal mummy
197582 | Zig:14   | Noticed a royal mummy
197583 | Zig:14   | Noticed a royal mummy
197583 | Zig:14   | Noticed a royal mummy
197584 | Zig:14   | Noticed a royal mummy
197585 | Zig:14   | Noticed a royal mummy
197586 | Zig:14   | Killed a royal mummy
197586 | Zig:14   | Killed a royal mummy
197586 | Zig:14   | Noticed a royal mummy
197586 | Zig:14   | Noticed a royal mummy
197589 | Zig:14   | Noticed a royal mummy
197590 | Zig:14   | Killed a royal mummy
197590 | Zig:14   | Noticed a royal mummy
197591 | Zig:14   | Killed a royal mummy
197591 | Zig:14   | Killed a royal mummy
197591 | Zig:14   | Killed a royal mummy
197591 | Zig:14   | Killed a royal mummy
197591 | Zig:14   | Noticed a royal mummy
197593 | Zig:14   | Killed a royal mummy
197593 | Zig:14   | Killed a royal mummy
197600 | Zig:14   | Killed a royal mummy
197600 | Zig:14   | Killed a royal mummy
197600 | Zig:14   | Noticed a royal mummy
197604 | Zig:14   | Noticed a royal mummy
197604 | Zig:14   | Killed a royal mummy
197605 | Zig:14   | Killed a royal mummy
197609 | Zig:14   | Killed a royal mummy
197664 | Zig:14   | Identified the +6 whip "Cemmakio" {freeze, ^Drain Int+6
                  | Dex+2 Stlth+}
197673 | Zig:14   | Identified the +0 sling "Maolujek" {flame, ^Fragile rElec
                  | rN++ Will+}
197939 | Zig:14   | Identified the staff of Doubt {rPois rCorr Dex+4 Earth
                  | Alchemy}
197953 | Zig:14   | Identified the +1 helmet of a sewer {Will+ Dex-5 SInv}
197955 | Zig:14   | Identified the +0 shadow dragon scales of Misanthropy
                  | {rElec rC+ rN++ Regen+ Stlth++++}
197959 | Zig:14   | Identified the +0 crystal plate armour of the Playwright
                  | {*Corrode rC+ Dex+4}
197994 | Zig:15   | Entered Level 15 of a ziggurat
198023 | Zig:15   | Identified the +4 scale mail of Fedhas's Pride {rElec
                  | Str+3}
198099 | Zig:15   | Identified the +4 arbalest of Ackol {penet, rN+ Will+}
198119 | Zig:15   | Identified the +1 quarterstaff of Slime {holy, *Rage rF+
                  | Int+3 SInv}
198149 | Zig:15   | Identified the +1 pair of boots "Vyrreats" {rPois Int+4}
198460 | Zig:16   | Entered Level 16 of a ziggurat
198476 | Zig:16   | Noticed Apeengegg the pandemonium lord
198488 | Zig:16   | Identified the +2 ring mail of Ipuqesav {rElec}
198496 | Zig:16   | Killed Apeengegg the pandemonium lord
198916 | Zig:16   | Identified the +3 leather armour of Jofar {^Contam *Slow
                  | rElec rF+++}
198924 | Zig:16   | Identified the storm talisman of the Pleiades {rN+ rCorr}
198926 | Zig:16   | Identified the +3 leather armour of Poor Excuses {Rampage
                  | rPois}
198958 | Zig:16   | Identified the +11 triple sword "Gargoyle's Bane" {flame,
                  | rF++}
198959 | Zig:16   | Identified the +5 flail of Saltpetre {speed, rC+ Will+}
198962 | Zig:16   | Identified the +8 war axe of the Hills {drain, rPois rF-
                  | Dex+6}
198971 | Zig:16   | Identified the +7 flail of the Boiling Point {freeze, *Slow
                  | rN+ Dex+2}
198996 | Zig:17   | Entered Level 17 of a ziggurat
199182 | Zig:17   | Identified the +6 rapier of Faank {venom, ^Contam Str+7}
199183 | Zig:17   | Identified the amulet of Sutupu {Faith +Blink rC+}
199593 | Zig:18   | Entered Level 18 of a ziggurat
199594 | Zig:18   | Noticed a dread lich
199594 | Zig:18   | Noticed a dread lich
199594 | Zig:18   | Noticed an ancient lich
199595 | Zig:18   | Noticed a dread lich
199595 | Zig:18   | Noticed a dread lich
199595 | Zig:18   | Noticed an ancient lich
199596 | Zig:18   | Noticed an ancient lich
199598 | Zig:18   | Noticed a dread lich
199598 | Zig:18   | Noticed an ancient lich
199598 | Zig:18   | Killed a dread lich
199598 | Zig:18   | Noticed an ancient lich
199601 | Zig:18   | Noticed a dread lich
199602 | Zig:18   | Noticed an ancient lich
199602 | Zig:18   | Noticed a dread lich
199602 | Zig:18   | Killed an ancient lich
199603 | Zig:18   | Noticed a dread lich
199603 | Zig:18   | Noticed a dread lich
199603 | Zig:18   | Noticed a dread lich
199603 | Zig:18   | Noticed an ancient lich
199603 | Zig:18   | Noticed a dread lich
199604 | Zig:18   | Killed an ancient lich
199604 | Zig:18   | Killed an ancient lich
199604 | Zig:18   | Killed a dread lich
199604 | Zig:18   | Killed a dread lich
199604 | Zig:18   | Killed an ancient lich
199605 | Zig:18   | Noticed an ancient lich
199605 | Zig:18   | Noticed an ancient lich
199605 | Zig:18   | Noticed an ancient lich
199605 | Zig:18   | Noticed an ancient lich
199605 | Zig:18   | Killed a dread lich
199606 | Zig:18   | Killed an ancient lich
199606 | Zig:18   | Killed a dread lich
199606 | Zig:18   | Killed a dread lich
199606 | Zig:18   | Killed a dread lich
199606 | Zig:18   | Killed a dread lich
199606 | Zig:18   | Killed an ancient lich
199606 | Zig:18   | Killed a dread lich
199606 | Zig:18   | Killed a dread lich
199606 | Zig:18   | Killed a dread lich
199606 | Zig:18   | Killed an ancient lich
199607 | Zig:18   | Noticed a dread lich
199607 | Zig:18   | Noticed a dread lich
199607 | Zig:18   | Noticed an ancient lich
199607 | Zig:18   | Noticed a dread lich
199607 | Zig:18   | Noticed a dread lich
199607 | Zig:18   | Killed an ancient lich
199608 | Zig:18   | Noticed an ancient lich
199609 | Zig:18   | Noticed a dread lich
199610 | Zig:18   | Killed an ancient lich
199610 | Zig:18   | Killed an ancient lich
199610 | Zig:18   | Killed an ancient lich
199611 | Zig:18   | Noticed a dread lich
199613 | Zig:18   | Killed an ancient lich
199613 | Zig:18   | Killed an ancient lich
199613 | Zig:18   | Killed a dread lich
199613 | Zig:18   | Killed a dread lich
199613 | Zig:18   | Killed a dread lich
199613 | Zig:18   | Killed a dread lich
199613 | Zig:18   | Killed a dread lich
199617 | Zig:18   | Killed a dread lich
199891 | Zig:18   | Identified the +6 rapier "Rihunice" {freeze, Str+9}
199934 | Zig:18   | Identified the ring "Omucvade" {rF- MP+9 Dex+6 Slay+2 SInv}
199936 | Zig:18   | Identified the +2 rapier "Sibeygoth" {freeze, Dex+4}
199938 | Zig:18   | Identified the staff of Puestr Zotwa {rC+ Str+4 Int+5 Ice}
199945 | Zig:18   | Identified the +5 hand axe of the Desert {spect, Str+5}
199949 | Zig:18   | Identified the +1 cloak of Eternal Vigilance {^Contam rF++
                  | rCorr Str-5}
199976 | Zig:18   | Identified the amulet of the Spinneret {RegenMP Str+3}
199982 | Zig:18   | Identified the +8 spear "Kimahin" {freeze, Stlth+}
199993 | Zig:18   | Identified the +3 scale mail of the Hall of Blades {Dex+5}
199996 | Zig:18   | Identified the +2 leather armour "Fagusuit" {rC+}
200007 | Zig:18   | Identified the +1 scale mail "Qoedugh" {Int+4}
200046 | Zig:19   | Entered Level 19 of a ziggurat
200196 | Zig:19   | Identified the +0 sling "Leviticus" {flame, rPois rF- Int+2
                  | Dex+3}
200198 | Zig:19   | Identified the +6 glaive of the Baking Gods {heavy, Will+}
200220 | Zig:19   | Identified the +0 cloak of Zeren {Regen+}
200234 | Zig:19   | Identified the +4 pair of gloves of Gusuo {Slay+2}
200578 | Zig:20   | Entered Level 20 of a ziggurat
200970 | Zig:20   | Identified the amulet "Biplek" {Reflect rF+ Will- MP+9
                  | Dex+7 SH+5}
201053 | Zig:20   | Identified the +1 spear of Modesty {drain, Int+5}
201064 | Zig:20   | Identified the +5 falchion of Qyady {freeze, rF+ Stlth+}
201071 | Zig:20   | Identified the +5 long sword of Grandeur {flame, Str+5
                  | Int+2}
201076 | Zig:20   | Identified the +6 triple sword "Ackuuc" {flame, Str-2 Int+4
                  | Stlth+}
201077 | Zig:20   | Identified the +9 halberd of Putrescence {protect, rCorr
                  | Dex+2 SInv}
201088 | Zig:20   | Identified the +8 scimitar of Ipruan {freeze, Int+4}
201099 | Zig:20   | Identified the +1 sling of the Mouth {drain, rN+ Str+4}
201173 | Zig:21   | Entered Level 21 of a ziggurat
201377 | Zig:21   | Identified the ring "Bawk" {rElec Str+5 Int+6}
201446 | Zig:21   | Identified the +6 short sword "Waokhlas" {spect, rElec
                  | Int+7}
201876 | Zig:22   | Entered Level 22 of a ziggurat
202457 | Zig:22   | Identified the ring of Udea {^Contam rPois rF+ rN+ Dex+7}
202484 | Zig:22   | Identified the ring "Cohiej Ecsia" {rElec rC+ Will- Slay+2}
202490 | Zig:22   | Identified the +0 robe of Refuge {+Inv Int-4 SInv}
202491 | Zig:22   | Identified the +5 quarterstaff of Arcadian Gallantry {elec,
                  | Fly rPois}
202502 | Zig:22   | Identified the ring "Eckisucu" {Fire Fly Str-2 Int-5 Dex+7}
202503 | Zig:22   | Identified the +4 morningstar of Beogh's Benevolence
                  | {freeze, rF+}
202574 | Zig:23   | Entered Level 23 of a ziggurat
202672 | Zig:23   | Found the ring of the Octopus King
202840 | Zig:23   | Identified the +1 triple sword "Dragonslayer" {flame, rCorr
                  | Str+3 Dex-4}
202846 | Zig:23   | Identified the +5 mace of Disembowelment {vamp, rPois}
202850 | Zig:23   | Identified the ring "Joal" {+Blink rCorr Str+8 Dex-3}
202852 | Zig:23   | Identified the +1 triple sword "Jechein" {freeze, Will-
                  | Str+3}
202855 | Zig:23   | Identified the +7 long sword of Retilaom {speed, rN+ Dex+4}
202862 | Zig:23   | Identified the +6 short sword of Gallantry {distort, rN++
                  | Str+4 Dex-2}
202863 | Zig:23   | Identified a ring of the Octopus King {HP+2 MP+9 AC+2 EV+2
                  | SH+2}
202876 | Zig:23   | Identified the +6 plate armour of the Pit {+Blink rPois
                  | MP+9 Int-4}
202885 | Zig:23   | Identified the ring "Faenuiz" {rElec rF+ EV+5 Dex+2}
202888 | Zig:23   | Identified the +0 great sword of Dissent {pain, +Blink
                  | rElec Int+3}
202889 | Zig:23   | Identified the +9 mace of Pocuf {antimagic, rPois Will++
                  | Dex+2 Stlth-}
202894 | Zig:23   | Identified the +0 quarterstaff of Dishonesty {holy, Str+3}
202896 | Zig:23   | Identified the +0 chain mail "Kacliwy" {rN++ rCorr Dex-3
                  | Stlth+}
202899 | Zig:23   | Identified the staff "Raxtox" {rPois rF+ Fire}
203266 | Zig:24   | Entered Level 24 of a ziggurat
203314 | Zig:24   | Identified the +10 sling "Terang" {elec, Str-5 Dex+4}
203436 | Zig:24   | Identified the +5 falchion "Ecofud" {freeze, rC+ Int+4}
203784 | Zig:24   | Identified the +4 sling "Ytiusaos" {flame, rElec rF+ Dex+3
                  | Stlth+}
203787 | Zig:24   | Identified the +3 trident "Jaicwimp" {venom, rF+}
203798 | Zig:24   | Identified the +8 morningstar of Dismemberment {freeze, Fly
                  | rElec rF++}
203855 | Zig:25   | Entered Level 25 of a ziggurat
204091 | Zig:25   | Identified the +8 plate armour "Utzima" {+Blink Stlth+}
204099 | Zig:25   | Identified the ring "Keemoch" {Fly rF+}
204108 | Zig:25   | Identified the +1 pair of gloves "Tuib" {rPois}
204110 | Zig:25   | Identified the +3 ring mail of Mutualism {Harm ^Drain rElec
                  | Str+8}
204114 | Zig:25   | Identified the ring "Betaah" {rC+ rN+ Str+3}
204143 | Zig:25   | Identified the +4 plate armour "Gunarexo" {rN+}
204567 | Zig:25   | Identified the +7 triple sword of Resourcefulness {drain,
                  | rF+ Will+ Str-2 Int+3}
204610 | Zig:26   | Entered Level 26 of a ziggurat
204646 | Zig:26   | Found the ring of the Octopus King
205235 | Zig:26   | Identified the ring of Loess {Int+7 Dex+6}
205285 | Zig:26   | Identified the +0 troll leather armour of Nocom {rElec
                  | rPois Regen+ Stlth-}
205299 | Zig:26   | Identified the +12 chain mail of Qazlal's Castigation
                  | {Str+2}
205300 | Zig:26   | Identified the +8 trident "Ramaekku" {heavy, Str+4}
205305 | Zig:26   | Identified the +0 falchion "Ofaycs" {flame, Int+6 Stlth+}
205307 | Zig:26   | Identified the +7 short sword of Righteous Fury {protect,
                  | Str+4}
205319 | Zig:26   | Identified the +0 robe "Wauhunal" {rElec}
205358 | Zig:26   | Identified a ring of the Octopus King {rCorr HP+2 AC+2 EV+2
                  | SH+2}
205440 | Zig:27   | Entered Level 27 of a ziggurat
205441 | Zig:27   | Noticed Bawn the pandemonium lord
205441 | Zig:27   | Noticed Epaafula the pandemonium lord
205442 | Zig:27   | Noticed Okobb the pandemonium lord
205442 | Zig:27   | Noticed Koimim the pandemonium lord
205442 | Zig:27   | Noticed Tiemoclo the pandemonium lord
205443 | Zig:27   | Noticed Poci the pandemonium lord
205443 | Zig:27   | Noticed Viss the pandemonium lord
205444 | Zig:27   | Noticed Tucsacon the pandemonium lord
205444 | Zig:27   | Noticed Faick the pandemonium lord
205446 | Zig:27   | Noticed Koist the pandemonium lord
205447 | Zig:27   | Noticed Juddih the pandemonium lord
205447 | Zig:27   | Noticed Tyst the pandemonium lord
205447 | Zig:27   | Noticed Cietecoi the pandemonium lord
205448 | Zig:27   | Noticed Boiliti the pandemonium lord
205449 | Zig:27   | Noticed Ofrufaff the pandemonium lord
205449 | Zig:27   | Noticed Jopara the pandemonium lord
205449 | Zig:27   | Noticed Deteotaw the pandemonium lord
205449 | Zig:27   | Noticed Houvagu the pandemonium lord
205450 | Zig:27   | Killed Epaafula the pandemonium lord
205450 | Zig:27   | Noticed Muacey the pandemonium lord
205451 | Zig:27   | Noticed Fueca the pandemonium lord
205451 | Zig:27   | Noticed Doel the pandemonium lord
205452 | Zig:27   | Killed Tyst the pandemonium lord
205452 | Zig:27   | Killed Tucsacon the pandemonium lord
205452 | Zig:27   | Killed Cietecoi the pandemonium lord
205452 | Zig:27   | Killed Viss the pandemonium lord
205452 | Zig:27   | Killed Tiemoclo the pandemonium lord
205452 | Zig:27   | Noticed Qoipt the pandemonium lord
205453 | Zig:27   | Killed Bawn the pandemonium lord
205453 | Zig:27   | Killed Koimim the pandemonium lord
205453 | Zig:27   | Killed Faick the pandemonium lord
205453 | Zig:27   | Killed Juddih the pandemonium lord
205453 | Zig:27   | Killed Poci the pandemonium lord
205454 | Zig:27   | Killed Okobb the pandemonium lord
205455 | Zig:27   | Noticed Elonwyle the pandemonium lord
205455 | Zig:27   | Noticed Voilan the pandemonium lord
205455 | Zig:27   | Noticed Hoeczos the pandemonium lord
205455 | Zig:27   | Noticed Vypp the pandemonium lord
205455 | Zig:27   | Noticed Doufuc the pandemonium lord
205455 | Zig:27   | Noticed Ywuar the pandemonium lord
205455 | Zig:27   | Noticed Cuepalec the pandemonium lord
205455 | Zig:27   | Noticed Ediha the pandemonium lord
205455 | Zig:27   | Noticed Qyiwn the pandemonium lord
205456 | Zig:27   | Killed Jopara the pandemonium lord
205456 | Zig:27   | Killed Muacey the pandemonium lord
205457 | Zig:27   | Killed Fueca the pandemonium lord
205457 | Zig:27   | Killed Elonwyle the pandemonium lord
205457 | Zig:27   | Killed Doel the pandemonium lord
205457 | Zig:27   | Killed Koist the pandemonium lord
205457 | Zig:27   | Noticed Tusaf the pandemonium lord
205458 | Zig:27   | Noticed Toelab the pandemonium lord
205459 | Zig:27   | Noticed Evuwi the pandemonium lord
205459 | Zig:27   | Noticed Taghodwusiu the pandemonium lord
205459 | Zig:27   | Noticed Kolonevo the pandemonium lord
205459 | Zig:27   | Noticed Zociuhex the pandemonium lord
205460 | Zig:27   | Noticed Deohoobb the pandemonium lord
205460 | Zig:27   | Noticed Lonet the pandemonium lord
205461 | Zig:27   | Noticed Ralej the pandemonium lord
205461 | Zig:27   | Noticed Sakhoil the pandemonium lord
205461 | Zig:27   | Noticed Bicaifip the pandemonium lord
205461 | Zig:27   | Noticed Muhel Saiff the pandemonium lord
205461 | Zig:27   | Killed Boiliti the pandemonium lord
205461 | Zig:27   | Killed Qoipt the pandemonium lord
205461 | Zig:27   | Killed Doufuc the pandemonium lord
205461 | Zig:27   | Killed Deteotaw the pandemonium lord
205461 | Zig:27   | Noticed Xaeru the pandemonium lord
205461 | Zig:27   | Noticed Maxom the pandemonium lord
205461 | Zig:27   | Noticed Urghidose the pandemonium lord
205461 | Zig:27   | Noticed Qocsu the pandemonium lord
205462 | Zig:27   | Killed Houvagu the pandemonium lord
205462 | Zig:27   | Killed Ofrufaff the pandemonium lord
205462 | Zig:27   | Killed Voilan the pandemonium lord
205462 | Zig:27   | Killed Hoeczos the pandemonium lord
205462 | Zig:27   | Killed Qyiwn the pandemonium lord
205462 | Zig:27   | Killed Ralej the pandemonium lord
205462 | Zig:27   | Killed Ywuar the pandemonium lord
205463 | Zig:27   | Noticed Tuket the pandemonium lord
205463 | Zig:27   | Noticed Yxapiqae the pandemonium lord
205464 | Zig:27   | Noticed Sylekhak the pandemonium lord
205464 | Zig:27   | Noticed Xioff the pandemonium lord
205464 | Zig:27   | Noticed Kairom the pandemonium lord
205465 | Zig:27   | Killed Cuepalec the pandemonium lord
205466 | Zig:27   | Noticed Geopt the pandemonium lord
205466 | Zig:27   | Noticed Ivvumu Iffig the pandemonium lord
205467 | Zig:27   | Killed Kolonevo the pandemonium lord
205469 | Zig:27   | Killed Tusaf the pandemonium lord
205469 | Zig:27   | Killed Muhel Saiff the pandemonium lord
205469 | Zig:27   | Noticed Muol the pandemonium lord
205469 | Zig:27   | Killed Evuwi the pandemonium lord
205471 | Zig:27   | Killed Vypp the pandemonium lord
205471 | Zig:27   | Killed Ediha the pandemonium lord
205471 | Zig:27   | Noticed Pawoohu the pandemonium lord
205472 | Zig:27   | Noticed Adaol the pandemonium lord
205474 | Zig:27   | Killed Qocsu the pandemonium lord
205474 | Zig:27   | Killed Taghodwusiu the pandemonium lord
205474 | Zig:27   | Killed Ivvumu Iffig the pandemonium lord
205474 | Zig:27   | Killed Urghidose the pandemonium lord
205474 | Zig:27   | Killed Yxapiqae the pandemonium lord
205474 | Zig:27   | Noticed Casita the pandemonium lord
205475 | Zig:27   | Noticed Lyipn the pandemonium lord
205475 | Zig:27   | Noticed Naqet the pandemonium lord
205475 | Zig:27   | Noticed Hysul the pandemonium lord
205475 | Zig:27   | Noticed Ciull the pandemonium lord
205476 | Zig:27   | Killed Maxom the pandemonium lord
205476 | Zig:27   | Killed Kairom the pandemonium lord
205476 | Zig:27   | Killed Xaeru the pandemonium lord
205476 | Zig:27   | Killed Muol the pandemonium lord
205476 | Zig:27   | Killed Sakhoil the pandemonium lord
205476 | Zig:27   | Killed Bicaifip the pandemonium lord
205476 | Zig:27   | Noticed Oguq the pandemonium lord
205477 | Zig:27   | Noticed Loapp the pandemonium lord
205478 | Zig:27   | Noticed Morr the pandemonium lord
205478 | Zig:27   | Killed Geopt the pandemonium lord
205478 | Zig:27   | Killed Sylekhak the pandemonium lord
205478 | Zig:27   | Killed Xioff the pandemonium lord
205479 | Zig:27   | Noticed Buss the pandemonium lord
205479 | Zig:27   | Noticed Ynkaphext the pandemonium lord
205479 | Zig:27   | Noticed Tyh Jun the pandemonium lord
205479 | Zig:27   | Noticed Qisuk the pandemonium lord
205479 | Zig:27   | Noticed Nol Niut the pandemonium lord
205479 | Zig:27   | Noticed Icupn the pandemonium lord
205480 | Zig:27   | Noticed Voamier the pandemonium lord
205480 | Zig:27   | Noticed Qunioso the pandemonium lord
205480 | Zig:27   | Noticed Tiffudwe the pandemonium lord
205480 | Zig:27   | Noticed Miutonurph the pandemonium lord
205480 | Zig:27   | Noticed Cinar the pandemonium lord
205480 | Zig:27   | Noticed Quned the pandemonium lord
205481 | Zig:27   | Killed Deohoobb the pandemonium lord
205481 | Zig:27   | Killed Lonet the pandemonium lord
205481 | Zig:27   | Killed Adaol the pandemonium lord
205481 | Zig:27   | Killed Toelab the pandemonium lord
205482 | Zig:27   | Killed Pawoohu the pandemonium lord
205482 | Zig:27   | Killed Naqet the pandemonium lord
205482 | Zig:27   | Killed Miutonurph the pandemonium lord
205482 | Zig:27   | Killed Tuket the pandemonium lord
205482 | Zig:27   | Killed Hysul the pandemonium lord
205482 | Zig:27   | Killed Cinar the pandemonium lord
205482 | Zig:27   | Killed Quned the pandemonium lord
205482 | Zig:27   | Killed Zociuhex the pandemonium lord
205482 | Zig:27   | Noticed Ogihedol the pandemonium lord
205483 | Zig:27   | Killed Qunioso the pandemonium lord
205483 | Zig:27   | Killed Casita the pandemonium lord
205483 | Zig:27   | Killed Oguq the pandemonium lord
205483 | Zig:27   | Killed Qisuk the pandemonium lord
205483 | Zig:27   | Killed Voamier the pandemonium lord
205483 | Zig:27   | Killed Desost the pandemonium lord
205483 | Zig:27   | Killed Zost the pandemonium lord
205483 | Zig:27   | Noticed Laheofoun the pandemonium lord
205483 | Zig:27   | Noticed Ciuwnibu the pandemonium lord
205484 | Zig:27   | Noticed Bixacouvar the pandemonium lord
205484 | Zig:27   | Noticed Puifarum the pandemonium lord
205484 | Zig:27   | Noticed Kixo the pandemonium lord
205484 | Zig:27   | Noticed Ujoanneehi the pandemonium lord
205485 | Zig:27   | Killed Buss the pandemonium lord
205485 | Zig:27   | Killed Ogihedol the pandemonium lord
205485 | Zig:27   | Noticed Raenum the pandemonium lord
205485 | Zig:27   | Noticed Xiajismiu the pandemonium lord
205486 | Zig:27   | Noticed Haoxotza the pandemonium lord
205486 | Zig:27   | Noticed Wubracsu the pandemonium lord
205486 | Zig:27   | Noticed Zully the pandemonium lord
205486 | Zig:27   | Noticed Beiracza the pandemonium lord
205486 | Zig:27   | Noticed Nirasysal the pandemonium lord
205486 | Zig:27   | Noticed Gelilusk the pandemonium lord
205486 | Zig:27   | Noticed Xequo the pandemonium lord
205486 | Zig:27   | Noticed Rorhiar the pandemonium lord
205486 | Zig:27   | Noticed Axzuddom the pandemonium lord
205486 | Zig:27   | Noticed Yqacsat the pandemonium lord
205486 | Zig:27   | Noticed Gust the pandemonium lord
205486 | Zig:27   | Noticed Soiczy the pandemonium lord
205486 | Zig:27   | Noticed Golousit the pandemonium lord
205486 | Zig:27   | Noticed Idghustre the pandemonium lord
205487 | Zig:27   | Killed Puifarum the pandemonium lord
205487 | Zig:27   | Killed Zully the pandemonium lord
205487 | Zig:27   | Killed Lyipn the pandemonium lord
205487 | Zig:27   | Killed Nirasysal the pandemonium lord
205487 | Zig:27   | Killed Ynkaphext the pandemonium lord
205487 | Zig:27   | Killed Gust the pandemonium lord
205487 | Zig:27   | Killed Tyh Jun the pandemonium lord
205488 | Zig:27   | Killed Nol Niut the pandemonium lord
205488 | Zig:27   | Killed Ciull the pandemonium lord
205488 | Zig:27   | Killed Ujoanneehi the pandemonium lord
205488 | Zig:27   | Killed Morr the pandemonium lord
205488 | Zig:27   | Killed Xiajismiu the pandemonium lord
205488 | Zig:27   | Killed Kixo the pandemonium lord
205488 | Zig:27   | Killed Yqacsat the pandemonium lord
205488 | Zig:27   | Killed Rorhiar the pandemonium lord
205488 | Zig:27   | Noticed Vopruira the pandemonium lord
205488 | Zig:27   | Noticed Ozerphan the pandemonium lord
205489 | Zig:27   | Killed Soiczy the pandemonium lord
205489 | Zig:27   | Killed Wubracsu the pandemonium lord
205490 | Zig:27   | Noticed Rinu Geafe the pandemonium lord
205490 | Zig:27   | Noticed Wivimibb the pandemonium lord
205491 | Zig:27   | Noticed Ogojownu the pandemonium lord
205491 | Zig:27   | Noticed Wiexivat the pandemonium lord
205492 | Zig:27   | Noticed Xoezyf the pandemonium lord
205492 | Zig:27   | Noticed Xaugh the pandemonium lord
205493 | Zig:27   | Killed Idghustre the pandemonium lord
205493 | Zig:27   | Killed Vopruira the pandemonium lord
205493 | Zig:27   | Killed Ogojownu the pandemonium lord
205493 | Zig:27   | Noticed Moaf the pandemonium lord
205494 | Zig:27   | Noticed Iduttote the pandemonium lord
205494 | Zig:27   | Noticed Ysyczag the pandemonium lord
205494 | Zig:27   | Killed Axzuddom the pandemonium lord
205494 | Zig:27   | Killed Icupn the pandemonium lord
205494 | Zig:27   | Killed Ciuwnibu the pandemonium lord
205494 | Zig:27   | Killed Gelilusk the pandemonium lord
205494 | Zig:27   | Killed Raenum the pandemonium lord
205496 | Zig:27   | Killed Ozerphan the pandemonium lord
205496 | Zig:27   | Killed Loapp the pandemonium lord
205496 | Zig:27   | Killed Wivimibb the pandemonium lord
205496 | Zig:27   | Killed Xoezyf the pandemonium lord
205496 | Zig:27   | Killed Haoxotza the pandemonium lord
205497 | Zig:27   | Killed Laheofoun the pandemonium lord
205497 | Zig:27   | Killed Iduttote the pandemonium lord
205497 | Zig:27   | Killed Wiexivat the pandemonium lord
205497 | Zig:27   | Killed Bixacouvar the pandemonium lord
205498 | Zig:27   | Noticed Uhoith the pandemonium lord
205498 | Zig:27   | Noticed Zupehoir the pandemonium lord
205501 | Zig:27   | Killed Xequo the pandemonium lord
205501 | Zig:27   | Killed Tiffudwe the pandemonium lord
205502 | Zig:27   | Noticed Cocon the pandemonium lord
205502 | Zig:27   | Killed Xaugh the pandemonium lord
205502 | Zig:27   | Killed Cocon the pandemonium lord
205503 | Zig:27   | Noticed Tyek the pandemonium lord
205504 | Zig:27   | Killed Rinu Geafe the pandemonium lord
205504 | Zig:27   | Killed Ysyczag the pandemonium lord
205504 | Zig:27   | Killed Uhoith the pandemonium lord
205505 | Zig:27   | Killed Zupehoir the pandemonium lord
205505 | Zig:27   | Killed Golousit the pandemonium lord
205505 | Zig:27   | Killed Moaf the pandemonium lord
205508 | Zig:27   | Found the ring of the Octopus King
205509 | Zig:27   | Killed Tyek the pandemonium lord
205511 | Zig:27   | Killed Beiracza the pandemonium lord
205710 | Zig:27   | Identified the +11 whip of Nuivig {freeze, MP+9 Dex+4}
205717 | Zig:27   | Identified the ring of Reimbursement {rN+ Int+4 Dex-4}
205730 | Zig:27   | Identified the +7 flail "Odwisatu" {venom, rPois Will+++
                  | Int-3 Dex+4}
205735 | Zig:27   | Identified the +9 shadow dragon scales of the Arena {rN+
                  | Dex-2 Slay+5 Stlth++++}
205758 | Zig:27   | Identified the +1 hand axe of Overwhelming Force {holy,
                  | rElec Will+ Stlth+}
205769 | Zig:27   | Identified the scarf "Qoesof" {shadows, rN+}
206181 | Zig:27   | Identified a ring of the Octopus King {Wiz HP+2 AC+2 EV+2
                  | SH+2}
206207 | Zig:1    | Entered Level 1 of a ziggurat
206249 | Zig:1    | Identified the +1 leather armour of Xanet {MP+9 Str+5
                  | Int-4}
206263 | Zig:2    | Entered Level 2 of a ziggurat
206396 | Zig:2    | Identified the +5 glaive of the Inquisitive Bones {flame,
                  | rCorr Int+5 Dex+3}
206417 | Zig:3    | Entered Level 3 of a ziggurat
206417 | Zig:3    | Noticed an ancient lich
206417 | Zig:3    | Noticed an ancient lich
206417 | Zig:3    | Noticed a dread lich
206417 | Zig:3    | Noticed a dread lich
206417 | Zig:3    | Noticed a dread lich
206418 | Zig:3    | Noticed an ancient lich
206420 | Zig:3    | Killed an ancient lich
206420 | Zig:3    | Killed a dread lich
206420 | Zig:3    | Killed a dread lich
206420 | Zig:3    | Killed an ancient lich
206420 | Zig:3    | Killed a dread lich
206421 | Zig:3    | Noticed a dread lich
206423 | Zig:3    | Killed an ancient lich
206434 | Zig:3    | Killed a dread lich
206629 | Zig:4    | Entered Level 4 of a ziggurat
206629 | Zig:4    | Noticed an ancient lich
206629 | Zig:4    | Noticed a dread lich
206629 | Zig:4    | Noticed an ancient lich
206630 | Zig:4    | Noticed an ancient lich
206630 | Zig:4    | Noticed an ancient lich
206632 | Zig:4    | Noticed an ancient lich
206632 | Zig:4    | Noticed an ancient lich
206633 | Zig:4    | Killed a dread lich
206635 | Zig:4    | Killed an ancient lich
206637 | Zig:4    | Killed an ancient lich
206637 | Zig:4    | Killed an ancient lich
206639 | Zig:4    | Killed an ancient lich
206639 | Zig:4    | Killed an ancient lich
206640 | Zig:4    | Killed an ancient lich
206700 | Zig:4    | Identified the ring "Deoduec" {Will+ Slay+4}
206711 | Zig:4    | Identified the +1 robe of the Land of Plenty {Harm}
206764 | Zig:5    | Entered Level 5 of a ziggurat
206764 | Zig:5    | Noticed Nodifeq the pandemonium lord
206765 | Zig:5    | Noticed Tiesup the pandemonium lord
206765 | Zig:5    | Noticed Yziqyuc the pandemonium lord
206766 | Zig:5    | Noticed Uqolial the pandemonium lord
206769 | Zig:5    | Noticed Niocw the pandemonium lord
206770 | Zig:5    | Noticed Rimulaka the pandemonium lord
206771 | Zig:5    | Killed Rimulaka the pandemonium lord
206772 | Zig:5    | Killed Tiesup the pandemonium lord
206772 | Zig:5    | Noticed Poyklilu the pandemonium lord
206773 | Zig:5    | Noticed Reqantuyc the pandemonium lord
206775 | Zig:5    | Killed Nodifeq the pandemonium lord
206778 | Abyss:4  | Found a corrupted altar of Lugonu.
206778 | Abyss:4  | Cast into level 4 of the Abyss (Reqantuyc)
206971 | Abyss:4  | Found a corrupted altar of Lugonu.
207039 | Zig:5    | Escaped the Abyss
207042 | Zig:5    | Killed Yziqyuc the pandemonium lord
207043 | Zig:5    | Killed Niocw the pandemonium lord
207043 | Zig:5    | Killed Reqantuyc the pandemonium lord
207044 | Zig:5    | Killed Poyklilu the pandemonium lord
207044 | Zig:5    | Killed Uqolial the pandemonium lord
207069 | Zig:5    | Identified the +0 robe "Bengow" {rF++ rN+ Int+4}
207177 | Zig:6    | Entered Level 6 of a ziggurat
207181 | Zig:6    | Noticed a dread lich
207187 | Zig:6    | Killed a dread lich
207311 | Zig:6    | Identified the +6 spear of the Wraith {freeze, rCorr Str+5}
207345 | Zig:7    | Entered Level 7 of a ziggurat
207346 | Zig:7    | Noticed an ancient lich
207346 | Zig:7    | Noticed an ancient lich
207346 | Zig:7    | Noticed a dread lich
207347 | Zig:7    | Noticed a dread lich
207347 | Zig:7    | Noticed an ancient lich
207347 | Zig:7    | Noticed a dread lich
207347 | Zig:7    | Noticed a dread lich
207348 | Zig:7    | Noticed an ancient lich
207348 | Zig:7    | Noticed a dread lich
207348 | Zig:7    | Noticed a dread lich
207348 | Zig:7    | Noticed an ancient lich
207348 | Zig:7    | Noticed an ancient lich
207350 | Zig:7    | Killed an ancient lich
207350 | Zig:7    | Killed an ancient lich
207350 | Zig:7    | Killed a dread lich
207350 | Zig:7    | Killed a dread lich
207350 | Zig:7    | Killed a dread lich
207350 | Zig:7    | Killed a dread lich
207350 | Zig:7    | Killed an ancient lich
207350 | Zig:7    | Killed a dread lich
207352 | Zig:7    | Noticed a dread lich
207352 | Zig:7    | Noticed an ancient lich
207352 | Zig:7    | Killed a dread lich
207353 | Zig:7    | Killed an ancient lich
207353 | Zig:7    | Killed an ancient lich
207354 | Zig:7    | Noticed a dread lich
207354 | Zig:7    | Noticed an ancient lich
207360 | Zig:7    | Killed a dread lich
207360 | Zig:7    | Killed an ancient lich
207362 | Zig:7    | Killed a dread lich
207362 | Zig:7    | Killed an ancient lich
207363 | Zig:7    | Killed an ancient lich
207465 | Zig:7    | Identified the +11 scimitar of the Sun {flame, rF++}
207505 | Zig:7    | Identified the +0 scale mail of Athrykola {rC++ Str+3
                  | Dex+5}
207509 | Zig:7    | Identified the staff of Bloody Death {rPois Str+3 Int+2
                  | Tloc Alchemy}
207512 | Zig:7    | Identified the +5 orcbow "Tyagg" {antimagic, rF- rC+++
                  | Int+2 Stlth+}
207562 | Zig:8    | Entered Level 8 of a ziggurat
207726 | Zig:8    | Identified the ring "Mojaxi" {rF+ Str+6 Int+2 Dex-5}
207739 | Zig:8    | Identified the ring "Cauxt" {Will+ Str+5}
207744 | Zig:8    | Identified the ring "Ymaproqe" {rPois Int+3}
207774 | Zig:9    | Entered Level 9 of a ziggurat
207775 | Zig:9    | Noticed a dread lich
207776 | Zig:9    | Noticed an ancient lich
207776 | Zig:9    | Noticed a dread lich
207777 | Zig:9    | Noticed an ancient lich
207777 | Zig:9    | Noticed a dread lich
207778 | Zig:9    | Noticed an ancient lich
207779 | Zig:9    | Noticed an ancient lich
207780 | Zig:9    | Noticed an ancient lich
207781 | Zig:9    | Killed an ancient lich
207781 | Zig:9    | Killed a dread lich
207782 | Zig:9    | Killed an ancient lich
207782 | Zig:9    | Killed a dread lich
207783 | Zig:9    | Killed an ancient lich
207785 | Zig:9    | Noticed an ancient lich
207785 | Zig:9    | Noticed an ancient lich
207785 | Zig:9    | Noticed an ancient lich
207785 | Zig:9    | Noticed a dread lich
207785 | Zig:9    | Noticed an ancient lich
207786 | Zig:9    | Noticed an ancient lich
207786 | Zig:9    | Noticed an ancient lich
207787 | Zig:9    | Killed an ancient lich
207787 | Zig:9    | Killed an ancient lich
207787 | Zig:9    | Killed a dread lich
207787 | Zig:9    | Killed an ancient lich
207788 | Zig:9    | Killed an ancient lich
207788 | Zig:9    | Killed a dread lich
207788 | Zig:9    | Noticed a dread lich
207789 | Zig:9    | Killed an ancient lich
207789 | Zig:9    | Killed an ancient lich
207789 | Zig:9    | Killed an ancient lich
207789 | Zig:9    | Noticed an ancient lich
207792 | Zig:9    | Killed an ancient lich
207792 | Zig:9    | Killed a dread lich
207794 | Zig:9    | Killed an ancient lich
207798 | Zig:9    | Found the ring of the Octopus King
207843 | Zig:9    | Identified a ring of the Octopus King {rN+ HP+2 AC+2 EV+2
                  | SH+2}
208002 | Zig:10   | Entered Level 10 of a ziggurat
208266 | Zig:10   | Identified the +7 shortbow "Reowniepn" {speed, rCorr Dex+4}
208283 | Zig:10   | Identified the +4 short sword of the Invisible Bounties
                  | {flame, Will++ Str+2 Int+4}
208298 | Zig:10   | Identified the staff "Yczu" {rElec rC- rN+++ rCorr Necro
                  | Air}
208314 | Zig:11   | Entered Level 11 of a ziggurat
208314 | Zig:11   | Noticed a royal mummy
208314 | Zig:11   | Noticed a royal mummy
208314 | Zig:11   | Noticed a royal mummy
208314 | Zig:11   | Noticed a royal mummy
208314 | Zig:11   | Noticed a royal mummy
208315 | Zig:11   | Killed a royal mummy
208315 | Zig:11   | Killed a royal mummy
208315 | Zig:11   | Killed a royal mummy
208315 | Zig:11   | Killed a royal mummy
208315 | Zig:11   | Noticed a royal mummy
208316 | Zig:11   | Noticed an ancient lich
208316 | Zig:11   | Noticed a royal mummy
208316 | Zig:11   | Noticed a royal mummy
208317 | Zig:11   | Noticed a royal mummy
208317 | Zig:11   | Noticed a royal mummy
208317 | Zig:11   | Noticed a royal mummy
208318 | Zig:11   | Noticed a royal mummy
208319 | Zig:11   | Noticed a royal mummy
208320 | Zig:11   | Noticed a royal mummy
208322 | Zig:11   | Killed a royal mummy
208322 | Zig:11   | Killed a royal mummy
208322 | Zig:11   | Killed a royal mummy
208322 | Zig:11   | Killed a royal mummy
208322 | Zig:11   | Killed a royal mummy
208324 | Zig:11   | Killed a royal mummy
208324 | Zig:11   | Killed a royal mummy
208324 | Zig:11   | Killed a royal mummy
208324 | Zig:11   | Killed a royal mummy
208325 | Zig:11   | Killed an ancient lich
208326 | Zig:11   | Noticed a royal mummy
208328 | Zig:11   | Killed a royal mummy
208330 | Zig:11   | Noticed a royal mummy
208331 | Zig:11   | Noticed a royal mummy
208331 | Zig:11   | Noticed a royal mummy
208332 | Zig:11   | Noticed a royal mummy
208332 | Zig:11   | Killed a royal mummy
208340 | Zig:11   | Killed a royal mummy
208340 | Zig:11   | Killed a royal mummy
208340 | Zig:11   | Killed a royal mummy
208342 | Zig:11   | Noticed a royal mummy
208345 | Zig:11   | Killed a royal mummy
208348 | Zig:11   | Found the +5 woodcutter's axe
208353 | Zig:11   | Killed a royal mummy
208390 | Zig:11   | Identified the +7 plate armour of Okawaru's Pride {^Contam
                  | Str+2 Int+2}
208398 | Zig:11   | Identified the amulet "Jowkinuck" {Spirit rCorr}
208407 | Zig:11   | Identified the staff "Somuwidd" {Str+4 Earth}
208413 | Zig:11   | Identified the +1 triple sword of Qazlal, Breathing {heavy,
                  | rF+ rC+ Str-4 Int+5}
208414 | Zig:11   | Identified the staff of Eternal War {rElec Dex+2 Earth}
208415 | Zig:11   | Identified the staff of the Hungering Shrike {rElec rC+
                  | Will- Dex+2 Ice}
208418 | Zig:11   | Identified the +0 scimitar "Ehiasher" {heavy, +Blink Dex+4}
208422 | Zig:11   | Identified the amulet "Enehegai" {RegenMP rPois rC+ Will+
                  | Dex+3}
208736 | Zig:12   | Entered Level 12 of a ziggurat
208751 | Zig:12   | Noticed an ancient lich
208753 | Zig:12   | Found the +3 Mad Mage's Maulers {Infuse+∞ VampMP -Cast}
208757 | Zig:12   | Killed an ancient lich
208955 | Zig:12   | Identified the +0 plate armour of Delicate Surprise {Dex+4}
209007 | Zig:12   | Identified the ring "Xisegaewk" {rC+ Will+ rCorr Int-5
                  | Dex+6}
209011 | Zig:12   | Identified the +7 chain mail of Wonder {Regen+}
209024 | Zig:12   | Identified the +4 short sword of Ambiguity {protect, rF+
                  | Dex+3}
209040 | Zig:12   | Identified the ring of Reakle Hisch {Wiz rN+++ Will- Dex+3
                  | SInv}
209051 | Zig:12   | Identified the +9 hand axe "Jiada" {heavy, Will+ MP+9}
209086 | Zig:13   | Entered Level 13 of a ziggurat
209091 | Zig:13   | Noticed Mojoaz's ghost (legendary GrFi)
209091 | Zig:13   | Noticed Icokhlali's ghost (legendary TeBe)
209092 | Zig:13   | Noticed Mojoaz's ghost (legendary GrFi)
209092 | Zig:13   | Noticed Mojoaz's ghost (legendary GrFi)
209092 | Zig:13   | Noticed Icokhlali's ghost (legendary TeBe)
209092 | Zig:13   | Noticed Icokhlali's ghost (legendary TeBe)
209092 | Zig:13   | Noticed Icokhlali's ghost (legendary TeBe)
209092 | Zig:13   | Noticed Mojoaz's ghost (legendary GrFi)
209092 | Zig:13   | Noticed Icokhlali's ghost (legendary TeBe)
209092 | Zig:13   | Noticed Mojoaz's ghost (legendary GrFi)
209092 | Zig:13   | Noticed Icokhlali's ghost (legendary TeBe)
209093 | Zig:13   | Noticed Mojoaz's ghost (legendary GrFi)
209093 | Zig:13   | Noticed Mojoaz's ghost (legendary GrFi)
209093 | Zig:13   | Noticed Mojoaz's ghost (legendary GrFi)
209093 | Zig:13   | Noticed Mojoaz's ghost (legendary GrFi)
209095 | Zig:13   | Noticed Icokhlali's ghost (legendary TeBe)
209097 | Zig:13   | Noticed Mojoaz's ghost (legendary GrFi)
209098 | Zig:13   | Noticed Mojoaz's ghost (legendary GrFi)
209098 | Zig:13   | Noticed Mojoaz's ghost (legendary GrFi)
209099 | Zig:13   | Killed Icokhlali's ghost
209099 | Zig:13   | Killed Mojoaz's ghost
209099 | Zig:13   | Killed Mojoaz's ghost
209099 | Zig:13   | Killed Icokhlali's ghost
209099 | Zig:13   | Noticed Mojoaz's ghost (legendary GrFi)
209099 | Zig:13   | Noticed Icokhlali's ghost (legendary TeBe)
209100 | Zig:13   | Noticed Mojoaz's ghost (legendary GrFi)
209100 | Zig:13   | Noticed Icokhlali's ghost (legendary TeBe)
209100 | Zig:13   | Noticed Icokhlali's ghost (legendary TeBe)
209100 | Zig:13   | Noticed Mojoaz's ghost (legendary GrFi)
209100 | Zig:13   | Noticed Mojoaz's ghost (legendary GrFi)
209101 | Zig:13   | Noticed Mojoaz's ghost (legendary GrFi)
209101 | Zig:13   | Killed Icokhlali's ghost
209101 | Zig:13   | Killed Icokhlali's ghost
209101 | Zig:13   | Killed Mojoaz's ghost
209101 | Zig:13   | Noticed Icokhlali's ghost (legendary TeBe)
209101 | Zig:13   | Noticed Mojoaz's ghost (legendary GrFi)
209101 | Zig:13   | Noticed Mojoaz's ghost (legendary GrFi)
209103 | Zig:13   | Killed Mojoaz's ghost
209103 | Zig:13   | Killed Icokhlali's ghost
209103 | Zig:13   | Killed Mojoaz's ghost
209103 | Zig:13   | Killed Mojoaz's ghost
209103 | Zig:13   | Noticed Mojoaz's ghost (legendary GrFi)
209103 | Zig:13   | Noticed Mojoaz's ghost (legendary GrFi)
209104 | Zig:13   | Noticed Mojoaz's ghost (legendary GrFi)
209104 | Zig:13   | Killed Mojoaz's ghost
209104 | Zig:13   | Killed Icokhlali's ghost
209104 | Zig:13   | Noticed Icokhlali's ghost (legendary TeBe)
209104 | Zig:13   | Noticed Mojoaz's ghost (legendary GrFi)
209104 | Zig:13   | Noticed Mojoaz's ghost (legendary GrFi)
209105 | Zig:13   | Killed Icokhlali's ghost
209105 | Zig:13   | Killed Mojoaz's ghost
209106 | Zig:13   | Noticed Mojoaz's ghost (legendary GrFi)
209106 | Zig:13   | Noticed Icokhlali's ghost (legendary TeBe)
209107 | Zig:13   | Noticed Mojoaz's ghost (legendary GrFi)
209107 | Zig:13   | Noticed Icokhlali's ghost (legendary TeBe)
209109 | Zig:13   | Killed Icokhlali's ghost
209109 | Zig:13   | Killed Mojoaz's ghost
209109 | Zig:13   | Killed Mojoaz's ghost
209110 | Zig:13   | Killed Mojoaz's ghost
209110 | Zig:13   | Killed Icokhlali's ghost
209110 | Zig:13   | Killed Icokhlali's ghost
209110 | Zig:13   | Noticed Icokhlali's ghost (legendary TeBe)
209110 | Zig:13   | Noticed Icokhlali's ghost (legendary TeBe)
209110 | Zig:13   | Noticed Mojoaz's ghost (legendary GrFi)
209110 | Zig:13   | Noticed Mojoaz's ghost (legendary GrFi)
209111 | Zig:13   | Killed Mojoaz's ghost
209111 | Zig:13   | Killed Mojoaz's ghost
209111 | Zig:13   | Killed Icokhlali's ghost
209111 | Zig:13   | Killed Mojoaz's ghost
209111 | Zig:13   | Killed Mojoaz's ghost
209111 | Zig:13   | Killed Mojoaz's ghost
209111 | Zig:13   | Noticed Icokhlali's ghost (legendary TeBe)
209112 | Zig:13   | Noticed Mojoaz's ghost (legendary GrFi)
209113 | Zig:13   | Killed Mojoaz's ghost
209113 | Zig:13   | Killed Icokhlali's ghost
209113 | Zig:13   | Killed Mojoaz's ghost
209113 | Zig:13   | Killed Icokhlali's ghost
209114 | Zig:13   | Killed Mojoaz's ghost
209114 | Zig:13   | Killed Mojoaz's ghost
209114 | Zig:13   | Killed Mojoaz's ghost
209114 | Zig:13   | Killed Mojoaz's ghost
209114 | Zig:13   | Killed Icokhlali's ghost
209114 | Zig:13   | Killed Icokhlali's ghost
209114 | Zig:13   | Killed Mojoaz's ghost
209115 | Zig:13   | Killed Mojoaz's ghost
209117 | Zig:13   | Killed Mojoaz's ghost
209117 | Zig:13   | Killed Icokhlali's ghost
209117 | Zig:13   | Killed Mojoaz's ghost
209118 | Zig:13   | Killed Mojoaz's ghost
209118 | Zig:13   | Killed Icokhlali's ghost
209118 | Zig:13   | Noticed Mojoaz's ghost (legendary GrFi)
209123 | Zig:13   | Killed Mojoaz's ghost
209173 | Zig:13   | Identified the +1 pair of gloves of the Other World
                  | {^Contam Rampage Dex+4}
209180 | Zig:13   | Identified the ring of Conversion {Fly rF++ Dex-4 Slay+2}
209182 | Zig:13   | Identified the +1 scale mail of the Cicada {Str+3}
209183 | Zig:13   | Identified the +7 spear "Igirghi" {holy, *Rage rC+ rN+
                  | Str+3}
209373 | Zig:13   | Identified the +5 shadow dragon scales of Viny Creativity
                  | {rPois rF+ Int-2 Stlth++++}
209435 | Zig:14   | Entered Level 14 of a ziggurat
209824 | Zig:14   | Identified the +2 cloak "Ofezil" {*Slow Will++ Str+8
                  | Slay-3}
209828 | Zig:14   | Identified the +4 triple sword "Luteboakk" {freeze, +Blink
                  | rN+ Str-3 Dex+6}
209836 | Zig:14   | Identified the +6 triple sword "Nehexka" {venom, rC+}
209862 | Zig:14   | Identified the +1 triple sword of Uncomfortable Rashes
                  | {speed, rElec rCorr}
209908 | Zig:15   | Entered Level 15 of a ziggurat
209931 | Zig:15   | Noticed Idyr the pandemonium lord
209943 | Zig:15   | Killed Idyr the pandemonium lord
210019 | Zig:15   | Identified the +5 scale mail of the Wasteland {Harm}
210025 | Zig:15   | Identified the +6 quarterstaff "Fuaxad" {spect, rF+}
210044 | Zig:15   | Identified the +2 leather armour "Zigeoneo" {rPois rF+
                  | Int+4}
210438 | Zig:16   | Entered Level 16 of a ziggurat
210502 | Zig:16   | Identified the ring "Niuneer" {rC+ rN+ Int+6 Dex+3}
210510 | Zig:16   | Identified the +0 pair of boots "Qosesog" {Will++}
210516 | Zig:16   | Identified the +2 pair of gloves of Submission {Regen+}
210819 | Zig:16   | Identified the staff of Courage {rElec rN+ Str+4 Air}
210833 | Zig:16   | Identified the amulet of Dotzivi {Faith rF+ Int+3 Dex+3
                  | Stlth-}
210856 | Zig:16   | Identified the +1 triple sword of Watchfulness {antimagic,
                  | Int+4}
210931 | Zig:17   | Entered Level 17 of a ziggurat
210937 | Zig:17   | Noticed a dread lich
210937 | Zig:17   | Noticed an ancient lich
210937 | Zig:17   | Noticed an ancient lich
210938 | Zig:17   | Noticed an ancient lich
210938 | Zig:17   | Noticed an ancient lich
210940 | Zig:17   | Noticed a dread lich
210940 | Zig:17   | Noticed a dread lich
210940 | Zig:17   | Noticed an ancient lich
210940 | Zig:17   | Noticed an ancient lich
210942 | Zig:17   | Noticed an ancient lich
210943 | Zig:17   | Noticed a dread lich
210943 | Zig:17   | Killed an ancient lich
210943 | Zig:17   | Killed an ancient lich
210944 | Zig:17   | Noticed an ancient lich
210945 | Zig:17   | Noticed a dread lich
210945 | Zig:17   | Noticed an ancient lich
210945 | Zig:17   | Noticed a dread lich
210945 | Zig:17   | Noticed an ancient lich
210947 | Zig:17   | Killed a dread lich
210947 | Zig:17   | Killed an ancient lich
210947 | Zig:17   | Killed an ancient lich
210947 | Zig:17   | Noticed a dread lich
210949 | Zig:17   | Killed an ancient lich
210949 | Zig:17   | Killed an ancient lich
210949 | Zig:17   | Killed a dread lich
210949 | Zig:17   | Noticed an ancient lich
210950 | Zig:17   | Noticed a dread lich
210950 | Zig:17   | Killed a dread lich
210950 | Zig:17   | Noticed an ancient lich
210951 | Zig:17   | Killed a dread lich
210951 | Zig:17   | Killed a dread lich
210951 | Zig:17   | Killed an ancient lich
210951 | Zig:17   | Killed an ancient lich
210951 | Zig:17   | Killed an ancient lich
210952 | Zig:17   | Noticed an ancient lich
210952 | Zig:17   | Noticed an ancient lich
210952 | Zig:17   | Noticed a dread lich
210952 | Zig:17   | Noticed an ancient lich
210952 | Zig:17   | Killed a dread lich
210953 | Zig:17   | Noticed an ancient lich
210953 | Zig:17   | Killed a dread lich
210953 | Zig:17   | Killed a dread lich
210953 | Zig:17   | Killed an ancient lich
210953 | Zig:17   | Killed an ancient lich
210954 | Zig:17   | Noticed a dread lich
210954 | Zig:17   | Noticed an ancient lich
210954 | Zig:17   | Noticed a dread lich
210955 | Zig:17   | Noticed a dread lich
210955 | Zig:17   | Noticed a dread lich
210956 | Zig:17   | Killed an ancient lich
210956 | Zig:17   | Killed a dread lich
210957 | Zig:17   | Noticed an ancient lich
210958 | Zig:17   | Killed an ancient lich
210958 | Zig:17   | Killed an ancient lich
210958 | Zig:17   | Killed an ancient lich
210958 | Zig:17   | Killed an ancient lich
210958 | Zig:17   | Killed a dread lich
210958 | Zig:17   | Killed a dread lich
210958 | Zig:17   | Killed an ancient lich
210959 | Zig:17   | Noticed a dread lich
210959 | Zig:17   | Killed a dread lich
210959 | Zig:17   | Killed a dread lich
210959 | Zig:17   | Killed an ancient lich
210960 | Zig:17   | Noticed a dread lich
210964 | Zig:17   | Killed a dread lich
210964 | Zig:17   | Killed a dread lich
210972 | Zig:17   | Identified the ring of Zin's Felicitations {rN+ Will+}
211119 | Zig:17   | Identified the +0 leather armour of Bavvaelo {rF+ Dex+4}
211123 | Zig:17   | Identified the +4 whip "Rihubyrgh" {flame, Dex+3}
211145 | Zig:17   | Identified the +1 quarterstaff of Offence {heavy, rElec
                  | rPois rF+ Str-3}
211148 | Zig:17   | Identified the +7 triple sword "Histul" {venom, rF+ Will+
                  | Str+3 Dex-3}
211318 | Zig:17   | Identified the ring "Cyrir" {rC+ rCorr Dex+5}
211355 | Zig:18   | Entered Level 18 of a ziggurat
211355 | Zig:18   | Noticed a juggernaut
211355 | Zig:18   | Noticed a juggernaut
211356 | Zig:18   | Killed a juggernaut
211357 | Zig:18   | Noticed a juggernaut
211357 | Zig:18   | Noticed a juggernaut
211358 | Zig:18   | Noticed a juggernaut
211358 | Zig:18   | Noticed a juggernaut
211359 | Zig:18   | Noticed a juggernaut
211359 | Zig:18   | Noticed a juggernaut
211361 | Zig:18   | Noticed a juggernaut
211361 | Zig:18   | Killed a juggernaut
211362 | Zig:18   | Noticed a juggernaut
211362 | Zig:18   | Noticed a juggernaut
211362 | Zig:18   | Noticed a juggernaut
211362 | Zig:18   | Noticed a juggernaut
211363 | Zig:18   | Noticed a juggernaut
211363 | Zig:18   | Noticed a juggernaut
211363 | Zig:18   | Noticed a juggernaut
211364 | Zig:18   | Killed a juggernaut
211365 | Zig:18   | Noticed a juggernaut
211365 | Zig:18   | Noticed a juggernaut
211365 | Zig:18   | Noticed a juggernaut
211365 | Zig:18   | Killed a juggernaut
211365 | Zig:18   | Killed a juggernaut
211366 | Zig:18   | Killed a juggernaut
211366 | Zig:18   | Killed a juggernaut
211366 | Zig:18   | Killed a juggernaut
211366 | Zig:18   | Killed a juggernaut
211366 | Zig:18   | Killed a juggernaut
211366 | Zig:18   | Killed a juggernaut
211367 | Zig:18   | Killed a juggernaut
211367 | Zig:18   | Killed a juggernaut
211367 | Zig:18   | Killed a juggernaut
211368 | Zig:18   | Killed a juggernaut
211368 | Zig:18   | Killed a juggernaut
211368 | Zig:18   | Killed a juggernaut
211370 | Zig:18   | Noticed a juggernaut
211371 | Zig:18   | Noticed a juggernaut
211371 | Zig:18   | Noticed a juggernaut
211372 | Zig:18   | Killed a juggernaut
211374 | Zig:18   | Noticed a juggernaut
211376 | Zig:18   | Killed a juggernaut
211377 | Zig:18   | Killed a juggernaut
211379 | Zig:18   | Killed a juggernaut
211380 | Zig:18   | Killed a juggernaut
211380 | Zig:18   | Killed a juggernaut
211849 | Zig:18   | Identified the +5 hand axe of Ved Wiuq {spect, rElec rF+
                  | Will+ Str-2}
211853 | Zig:18   | Identified the ring "Selopsaosu" {rF- rC+ rCorr Str+4}
211911 | Zig:18   | Identified the ring of Haphohis {rF+ Str+3}
211913 | Zig:18   | Identified the +7 triple sword "Nenkyr" {holy, rPois}
211917 | Zig:18   | Identified the +4 war axe of Ajyk {speed, rF+}
211963 | Zig:18   | Identified the +0 short sword of the Dowdy God {venom,
                  | rElec rN+}
211965 | Zig:18   | Identified the +6 triple sword of the Evil Eye {speed,
                  | rElec rC+ Will- Dex+4}
211972 | Zig:18   | Identified the staff of Otyoriet {^Drain rN+ Str-2 Int+9
                  | Hexes Necro}
211984 | Zig:19   | Entered Level 19 of a ziggurat
211988 | Zig:19   | Noticed an orb of fire
211988 | Zig:19   | Noticed an orb of fire
211988 | Zig:19   | Noticed an orb of fire
211989 | Zig:19   | Noticed an orb of fire
211989 | Zig:19   | Noticed an orb of fire
211990 | Zig:19   | Noticed an orb of fire
211993 | Zig:19   | Killed an orb of fire
211994 | Zig:19   | Noticed an orb of fire
211994 | Zig:19   | Noticed an orb of fire
211995 | Zig:19   | Noticed an orb of fire
211995 | Zig:19   | Noticed an orb of fire
211995 | Zig:19   | Noticed an orb of fire
211996 | Zig:19   | Noticed an orb of fire
211996 | Zig:19   | Killed an orb of fire
211996 | Zig:19   | Killed an orb of fire
211996 | Zig:19   | Killed an orb of fire
211996 | Zig:19   | Noticed an orb of fire
211996 | Zig:19   | Noticed an orb of fire
211996 | Zig:19   | Noticed an orb of fire
211997 | Zig:19   | Noticed an orb of fire
211997 | Zig:19   | Noticed an orb of fire
211997 | Zig:19   | Noticed an orb of fire
211997 | Zig:19   | Noticed an orb of fire
211998 | Zig:19   | Killed an orb of fire
211998 | Zig:19   | Noticed an orb of fire
211998 | Zig:19   | Noticed an orb of fire
211998 | Zig:19   | Noticed an orb of fire
211999 | Zig:19   | Killed an orb of fire
211999 | Zig:19   | Killed an orb of fire
211999 | Zig:19   | Noticed an orb of fire
212000 | Zig:19   | Killed an orb of fire
212000 | Zig:19   | Killed an orb of fire
212000 | Zig:19   | Killed an orb of fire
212000 | Zig:19   | Noticed an orb of fire
212001 | Zig:19   | Killed an orb of fire
212001 | Zig:19   | Killed an orb of fire
212001 | Zig:19   | Killed an orb of fire
212001 | Zig:19   | Killed an orb of fire
212001 | Zig:19   | Noticed an orb of fire
212001 | Zig:19   | Noticed an orb of fire
212002 | Zig:19   | Noticed an orb of fire
212002 | Zig:19   | Killed an orb of fire
212002 | Zig:19   | Killed an orb of fire
212002 | Zig:19   | Killed an orb of fire
212002 | Zig:19   | Killed an orb of fire
212002 | Zig:19   | Noticed an orb of fire
212002 | Zig:19   | Noticed an orb of fire
212004 | Zig:19   | Noticed an orb of fire
212005 | Zig:19   | Killed an orb of fire
212005 | Zig:19   | Killed an orb of fire
212005 | Zig:19   | Noticed an orb of fire
212006 | Zig:19   | Killed an orb of fire
212006 | Zig:19   | Killed an orb of fire
212006 | Zig:19   | Killed an orb of fire
212007 | Zig:19   | Noticed an orb of fire
212007 | Zig:19   | Killed an orb of fire
212007 | Zig:19   | Killed an orb of fire
212007 | Zig:19   | Noticed an orb of fire
212008 | Zig:19   | Killed an orb of fire
212008 | Zig:19   | Killed an orb of fire
212008 | Zig:19   | Noticed an orb of fire
212008 | Zig:19   | Noticed an orb of fire
212008 | Zig:19   | Noticed an orb of fire
212009 | Zig:19   | Noticed an orb of fire
212009 | Zig:19   | Noticed an orb of fire
212009 | Zig:19   | Noticed an orb of fire
212009 | Zig:19   | Noticed an orb of fire
212010 | Zig:19   | Noticed an orb of fire
212011 | Zig:19   | Killed an orb of fire
212011 | Zig:19   | Killed an orb of fire
212012 | Zig:19   | Noticed an orb of fire
212014 | Zig:19   | Noticed an orb of fire
212014 | Zig:19   | Noticed an orb of fire
212014 | Zig:19   | Killed an orb of fire
212015 | Zig:19   | Killed an orb of fire
212015 | Zig:19   | Killed an orb of fire
212015 | Zig:19   | Killed an orb of fire
212015 | Zig:19   | Noticed an orb of fire
212016 | Zig:19   | Killed an orb of fire
212016 | Zig:19   | Killed an orb of fire
212016 | Zig:19   | Killed an orb of fire
212016 | Zig:19   | Killed an orb of fire
212017 | Zig:19   | Killed an orb of fire
212017 | Zig:19   | Killed an orb of fire
212017 | Zig:19   | Noticed an orb of fire
212018 | Zig:19   | Killed an orb of fire
212018 | Zig:19   | Killed an orb of fire
212018 | Zig:19   | Killed an orb of fire
212018 | Zig:19   | Killed an orb of fire
212019 | Zig:19   | Killed an orb of fire
212019 | Zig:19   | Killed an orb of fire
212019 | Zig:19   | Noticed an orb of fire
212021 | Zig:19   | Noticed an orb of fire
212021 | Zig:19   | Noticed an orb of fire
212022 | Zig:19   | Noticed an orb of fire
212025 | Zig:19   | Killed an orb of fire
212025 | Zig:19   | Killed an orb of fire
212028 | Zig:19   | Noticed an orb of fire
212028 | Zig:19   | Noticed an orb of fire
212028 | Zig:19   | Noticed an orb of fire
212030 | Zig:19   | Killed an orb of fire
212030 | Zig:19   | Killed an orb of fire
212030 | Zig:19   | Killed an orb of fire
212039 | Zig:19   | Killed an orb of fire
212039 | Zig:19   | Killed an orb of fire
212040 | Zig:19   | Killed an orb of fire
212356 | Zig:19   | Identified the +9 glaive of the Hurting Butterfly {freeze,
                  | Int+4}
212357 | Zig:19   | Identified the +5 great mace of Jasatz {venom, ^Fragile
                  | rElec Str+8 Int+3}
212371 | Zig:19   | Identified the +2 flail of Ipse Dixit {drain, *Noise rPois
                  | rN+}
212376 | Zig:19   | Identified the ring "Katu" {Fire rElec rN+ rCorr Str+2}
212387 | Zig:19   | Identified the amulet of Erphak {Faith Rampage rPois
                  | Slay+2}
212388 | Zig:19   | Identified the ring "Wuvuabb" {Fly rN+ rCorr Str+6 Dex-4}
212400 | Zig:19   | Identified the staff "Axilov" {rPois Necro Alchemy}
212431 | Zig:20   | Entered Level 20 of a ziggurat
212909 | Zig:20   | Identified the +1 hand axe of Tender Mercy {flame, rF+
                  | Will+ Str+3 Int-5}
212917 | Zig:20   | Identified the ring "Witalyo" {Ice Will+ Str+2 Dex+3
                  | Slay-6}
212920 | Zig:20   | Identified the +5 morningstar "Miw Cikhoshry" {freeze,
                  | ^Drain Will+ SInv}
212930 | Zig:20   | Identified the ring "Roficibut" {rPois rC+ Will+ Str+6
                  | Int-2}
212952 | Zig:20   | Identified the +8 triple crossbow "Waifea" {speed, Str+3}
213052 | Zig:21   | Entered Level 21 of a ziggurat
213057 | Zig:21   | Noticed Uwium the pandemonium lord
213058 | Zig:21   | Noticed Lautiren the pandemonium lord
213058 | Zig:21   | Noticed Qyaf the pandemonium lord
213058 | Zig:21   | Noticed Jamustrite the pandemonium lord
213058 | Zig:21   | Noticed Yfen the pandemonium lord
213058 | Zig:21   | Noticed Tauvyph the pandemonium lord
213060 | Zig:21   | Noticed Duthreuj the pandemonium lord
213060 | Zig:21   | Noticed Fixessec the pandemonium lord
213060 | Zig:21   | Noticed Vecrutek the pandemonium lord
213063 | Zig:21   | Noticed Cuzajom the pandemonium lord
213063 | Zig:21   | Noticed Molat the pandemonium lord
213064 | Zig:21   | Noticed Ubbolai the pandemonium lord
213070 | Zig:21   | Noticed Xaet Qig the pandemonium lord
213072 | Zig:21   | Noticed Myxaido the pandemonium lord
213072 | Zig:21   | Killed Vecrutek the pandemonium lord
213074 | Zig:21   | Killed Jamustrite the pandemonium lord
213076 | Zig:21   | Noticed Buemugigh the pandemonium lord
213076 | Zig:21   | Noticed Vutsac the pandemonium lord
213077 | Zig:21   | Noticed Quqoj the pandemonium lord
213077 | Zig:21   | Killed Lautiren the pandemonium lord
213077 | Zig:21   | Killed Molat the pandemonium lord
213077 | Zig:21   | Killed Tauvyph the pandemonium lord
213077 | Zig:21   | Killed Cuzajom the pandemonium lord
213077 | Zig:21   | Noticed Quakk the pandemonium lord
213077 | Zig:21   | Noticed Doruetef the pandemonium lord
213078 | Zig:21   | Killed Myxaido the pandemonium lord
213078 | Zig:21   | Killed Uwium the pandemonium lord
213078 | Zig:21   | Killed Duthreuj the pandemonium lord
213078 | Zig:21   | Killed Ubbolai the pandemonium lord
213079 | Zig:21   | Killed Fixessec the pandemonium lord
213079 | Zig:21   | Noticed Monair the pandemonium lord
213080 | Zig:21   | Noticed Junt the pandemonium lord
213080 | Zig:21   | Killed Buemugigh the pandemonium lord
213080 | Zig:21   | Killed Doruetef the pandemonium lord
213080 | Zig:21   | Killed Quqoj the pandemonium lord
213080 | Zig:21   | Killed Yfen the pandemonium lord
213080 | Zig:21   | Noticed Tueceoc the pandemonium lord
213080 | Zig:21   | Noticed Pudwoe the pandemonium lord
213080 | Zig:21   | Noticed Paujiry the pandemonium lord
213081 | Zig:21   | Noticed Widgh the pandemonium lord
213081 | Zig:21   | Noticed Eppau the pandemonium lord
213081 | Zig:21   | Noticed Naytau the pandemonium lord
213081 | Zig:21   | Noticed Maity the pandemonium lord
213081 | Zig:21   | Noticed Mogirus the pandemonium lord
213081 | Zig:21   | Killed Xaet Qig the pandemonium lord
213081 | Zig:21   | Killed Quakk the pandemonium lord
213081 | Zig:21   | Noticed Pamaib the pandemonium lord
213081 | Zig:21   | Noticed Nudaxygi the pandemonium lord
213082 | Zig:21   | Noticed Vejick the pandemonium lord
213082 | Zig:21   | Noticed Bostan the pandemonium lord
213082 | Zig:21   | Noticed Olobav the pandemonium lord
213082 | Zig:21   | Noticed Nuocunni the pandemonium lord
213083 | Zig:21   | Noticed Fuirih the pandemonium lord
213083 | Zig:21   | Noticed Numyeh Nihia the pandemonium lord
213083 | Zig:21   | Noticed Ciafej the pandemonium lord
213083 | Zig:21   | Noticed Goxkoth the pandemonium lord
213083 | Zig:21   | Noticed Futyox the pandemonium lord
213083 | Zig:21   | Noticed Umudoada the pandemonium lord
213083 | Zig:21   | Noticed Qoda the pandemonium lord
213083 | Zig:21   | Noticed Ixzounk the pandemonium lord
213084 | Zig:21   | Killed Pamaib the pandemonium lord
213084 | Zig:21   | Noticed Vougga the pandemonium lord
213085 | Zig:21   | Killed Vutsac the pandemonium lord
213085 | Zig:21   | Killed Vejick the pandemonium lord
213085 | Zig:21   | Killed Ciafej the pandemonium lord
213085 | Zig:21   | Killed Nudaxygi the pandemonium lord
213085 | Zig:21   | Killed Fuirih the pandemonium lord
213085 | Zig:21   | Killed Qyaf the pandemonium lord
213085 | Zig:21   | Killed Junt the pandemonium lord
213085 | Zig:21   | Noticed Qaost the pandemonium lord
213085 | Zig:21   | Noticed Amuohuto the pandemonium lord
213086 | Zig:21   | Noticed Tucru the pandemonium lord
213086 | Zig:21   | Killed Bostan the pandemonium lord
213086 | Zig:21   | Killed Mogirus the pandemonium lord
213086 | Zig:21   | Killed Numyeh Nihia the pandemonium lord
213086 | Zig:21   | Killed Monair the pandemonium lord
213086 | Zig:21   | Killed Widgh the pandemonium lord
213086 | Zig:21   | Killed Maity the pandemonium lord
213087 | Zig:21   | Noticed Wamin the pandemonium lord
213087 | Zig:21   | Killed Eppau the pandemonium lord
213087 | Zig:21   | Killed Naytau the pandemonium lord
213087 | Zig:21   | Killed Goxkoth the pandemonium lord
213087 | Zig:21   | Killed Pudwoe the pandemonium lord
213087 | Zig:21   | Killed Ixzounk the pandemonium lord
213087 | Zig:21   | Killed Vougga the pandemonium lord
213087 | Zig:21   | Noticed Pyuluc the pandemonium lord
213087 | Zig:21   | Noticed Quikof the pandemonium lord
213087 | Zig:21   | Noticed Tuinuc the pandemonium lord
213088 | Zig:21   | Killed Qoda the pandemonium lord
213088 | Zig:21   | Killed Qaost the pandemonium lord
213088 | Zig:21   | Killed Umudoada the pandemonium lord
213088 | Zig:21   | Noticed Muloubaul the pandemonium lord
213088 | Zig:21   | Noticed Adghi the pandemonium lord
213088 | Zig:21   | Noticed Boask the pandemonium lord
213088 | Zig:21   | Noticed Fyadghenn the pandemonium lord
213089 | Zig:21   | Killed Tueceoc the pandemonium lord
213089 | Zig:21   | Noticed Saenon the pandemonium lord
213090 | Zig:21   | Noticed Gewuy the pandemonium lord
213091 | Zig:21   | Killed Nuocunni the pandemonium lord
213091 | Zig:21   | Killed Tucru the pandemonium lord
213091 | Zig:21   | Killed Paujiry the pandemonium lord
213091 | Zig:21   | Noticed Pedorphub the pandemonium lord
213092 | Zig:21   | Noticed Fisiob the pandemonium lord
213093 | Zig:21   | Killed Pyuluc the pandemonium lord
213093 | Zig:21   | Killed Futyox the pandemonium lord
213093 | Zig:21   | Killed Quikof the pandemonium lord
213093 | Zig:21   | Noticed Hinoaci the pandemonium lord
213093 | Zig:21   | Noticed Tuacwu the pandemonium lord
213095 | Zig:21   | Killed Adghi the pandemonium lord
213095 | Zig:21   | Killed Muloubaul the pandemonium lord
213095 | Zig:21   | Killed Wamin the pandemonium lord
213095 | Zig:21   | Killed Amuohuto the pandemonium lord
213095 | Zig:21   | Noticed Muhazuh the pandemonium lord
213096 | Zig:21   | Killed Olobav the pandemonium lord
213096 | Zig:21   | Killed Pedorphub the pandemonium lord
213096 | Zig:21   | Killed Saenon the pandemonium lord
213096 | Zig:21   | Killed Gewuy the pandemonium lord
213097 | Zig:21   | Noticed Latonimio the pandemonium lord
213097 | Zig:21   | Noticed Dicvofoj the pandemonium lord
213097 | Zig:21   | Noticed Manod the pandemonium lord
213097 | Zig:21   | Noticed Jug Nic the pandemonium lord
213097 | Zig:21   | Noticed Gedadarer the pandemonium lord
213097 | Zig:21   | Noticed Masch the pandemonium lord
213098 | Zig:21   | Killed Tuinuc the pandemonium lord
213098 | Zig:21   | Killed Tuacwu the pandemonium lord
213099 | Zig:21   | Killed Fyadghenn the pandemonium lord
213099 | Zig:21   | Killed Fisiob the pandemonium lord
213099 | Zig:21   | Noticed Tuhi Casudi the pandemonium lord
213099 | Zig:21   | Noticed Woigg the pandemonium lord
213100 | Zig:21   | Noticed Koro the pandemonium lord
213100 | Zig:21   | Noticed Hibea the pandemonium lord
213101 | Zig:21   | Killed Boask the pandemonium lord
213101 | Zig:21   | Killed Hinoaci the pandemonium lord
213101 | Zig:21   | Noticed Sivara the pandemonium lord
213102 | Zig:21   | Killed Manod the pandemonium lord
213102 | Zig:21   | Noticed Wihonorho the pandemonium lord
213103 | Zig:21   | Noticed Ovezeen the pandemonium lord
213103 | Zig:21   | Killed Muhazuh the pandemonium lord
213103 | Zig:21   | Killed Sivara the pandemonium lord
213103 | Zig:21   | Killed Koro the pandemonium lord
213104 | Zig:21   | Killed Hibea the pandemonium lord
213104 | Zig:21   | Killed Gedadarer the pandemonium lord
213104 | Zig:21   | Noticed Zuoqajecwy the pandemonium lord
213105 | Zig:21   | Noticed Ticaahue the pandemonium lord
213105 | Zig:21   | Noticed Keokk the pandemonium lord
213105 | Zig:21   | Noticed Kivepeff the pandemonium lord
213106 | Zig:21   | Killed Woigg the pandemonium lord
213106 | Zig:21   | Killed Masch the pandemonium lord
213106 | Zig:21   | Noticed Sujihuka the pandemonium lord
213106 | Zig:21   | Noticed Ivvaps the pandemonium lord
213107 | Zig:21   | Killed Latonimio the pandemonium lord
213108 | Zig:21   | Noticed Touzxa the pandemonium lord
213108 | Zig:21   | Noticed Kedwiu the pandemonium lord
213109 | Zig:21   | Noticed Izuczoitz the pandemonium lord
213109 | Zig:21   | Noticed Odeph the pandemonium lord
213109 | Zig:21   | Killed Tuhi Casudi the pandemonium lord
213109 | Zig:21   | Killed Touzxa the pandemonium lord
213109 | Zig:21   | Killed Jug Nic the pandemonium lord
213110 | Zig:21   | Killed Sujihuka the pandemonium lord
213110 | Zig:21   | Killed Ovezeen the pandemonium lord
213110 | Zig:21   | Killed Ticaahue the pandemonium lord
213110 | Zig:21   | Killed Ivvaps the pandemonium lord
213110 | Zig:21   | Noticed Banirr the pandemonium lord
213112 | Zig:21   | Killed Zuoqajecwy the pandemonium lord
213112 | Zig:21   | Noticed Wucobetisk the pandemonium lord
213112 | Zig:21   | Noticed Facaesagg the pandemonium lord
213113 | Zig:21   | Killed Keokk the pandemonium lord
213113 | Zig:21   | Killed Wihonorho the pandemonium lord
213113 | Zig:21   | Killed Odeph the pandemonium lord
213113 | Zig:21   | Killed Kedwiu the pandemonium lord
213114 | Zig:21   | Killed Dicvofoj the pandemonium lord
213114 | Zig:21   | Killed Izuczoitz the pandemonium lord
213115 | Zig:21   | Noticed Berocic the pandemonium lord
213115 | Zig:21   | Noticed Lenunuh the pandemonium lord
213117 | Zig:21   | Killed Kivepeff the pandemonium lord
213117 | Zig:21   | Killed Ottoav the pandemonium lord
213120 | Zig:21   | Killed Banirr the pandemonium lord
213120 | Zig:21   | Killed Wucobetisk the pandemonium lord
213120 | Zig:21   | Killed Facaesagg the pandemonium lord
213120 | Zig:21   | Noticed Paladgh the pandemonium lord
213124 | Zig:21   | Killed Berocic the pandemonium lord
213124 | Zig:21   | Killed Lenunuh the pandemonium lord
213124 | Zig:21   | Killed Paladgh the pandemonium lord
213125 | Zig:21   | Noticed Doff the pandemonium lord
213129 | Zig:21   | Killed Doff the pandemonium lord
213131 | Zig:21   | Noticed Vyar the pandemonium lord
213131 | Zig:21   | Noticed Serit the pandemonium lord
213135 | Zig:21   | Killed Serit the pandemonium lord
213137 | Zig:21   | Killed Vyar the pandemonium lord
213376 | Zig:21   | Identified the staff "Jeraif" {rPois Will+ Str+3 SInv Fire
                  | Alchemy}
213379 | Zig:21   | Identified the +5 orcbow "Repanoh" {heavy, rCorr}
213380 | Zig:21   | Identified the +6 dire flail "Dragonslayer" {chaos, *Rage
                  | Will++ Int+6}
213385 | Zig:21   | Identified the +4 mace of Naet {antimagic, rC+ Str-4 SInv}
213388 | Zig:21   | Identified the ring "Badipsog" {^Drain Will+ Str+3 SInv}
213394 | Zig:21   | Identified the +4 shortbow "Birr" {elec, rElec Stlth+}
213395 | Zig:21   | Identified the +2 robe "Olluz" {MP+9 Int+3 Stlth+}
213399 | Zig:21   | Identified the ring "Arphetee" {rElec rPois rF+ SInv}
213401 | Zig:21   | Identified the +9 triple sword of Puen {vamp, *Slow rPois
                  | Will+ SInv}
213406 | Zig:21   | Identified the +1 morningstar of Conformity {vamp, rF- rC+
                  | Stlth+}
213425 | Zig:21   | Identified the +0 ring mail of the Giraffatuar {rPois rF+
                  | rCorr}
213604 | Zig:22   | Entered Level 22 of a ziggurat
213606 | Zig:22   | Noticed a royal mummy
213607 | Zig:22   | Noticed a royal mummy
213607 | Zig:22   | Noticed a royal mummy
213608 | Zig:22   | Noticed a royal mummy
213608 | Zig:22   | Noticed a royal mummy
213608 | Zig:22   | Noticed a royal mummy
213608 | Zig:22   | Noticed a royal mummy
213609 | Zig:22   | Noticed a royal mummy
213610 | Zig:22   | Killed a royal mummy
213610 | Zig:22   | Noticed a royal mummy
213611 | Zig:22   | Noticed a royal mummy
213612 | Zig:22   | Noticed a royal mummy
213613 | Zig:22   | Killed a royal mummy
213613 | Zig:22   | Noticed a royal mummy
213614 | Zig:22   | Killed a royal mummy
213614 | Zig:22   | Killed a royal mummy
213614 | Zig:22   | Noticed a royal mummy
213614 | Zig:22   | Noticed a royal mummy
213615 | Zig:22   | Noticed a royal mummy
213615 | Zig:22   | Noticed a royal mummy
213616 | Zig:22   | Killed a royal mummy
213616 | Zig:22   | Killed a royal mummy
213616 | Zig:22   | Killed a royal mummy
213616 | Zig:22   | Killed a royal mummy
213617 | Zig:22   | Noticed a royal mummy
213617 | Zig:22   | Noticed a royal mummy
213617 | Zig:22   | Noticed a royal mummy
213618 | Zig:22   | Noticed a royal mummy
213618 | Zig:22   | Noticed a royal mummy
213618 | Zig:22   | Noticed a royal mummy
213619 | Zig:22   | Killed a royal mummy
213619 | Zig:22   | Killed a royal mummy
213619 | Zig:22   | Killed a royal mummy
213619 | Zig:22   | Killed a royal mummy
213619 | Zig:22   | Killed a royal mummy
213619 | Zig:22   | Noticed a royal mummy
213619 | Zig:22   | Noticed a royal mummy
213620 | Zig:22   | Noticed a royal mummy
213620 | Zig:22   | Noticed a royal mummy
213621 | Zig:22   | Killed a royal mummy
213621 | Zig:22   | Killed a royal mummy
213621 | Zig:22   | Killed a royal mummy
213621 | Zig:22   | Killed a royal mummy
213621 | Zig:22   | Killed a royal mummy
213621 | Zig:22   | Killed a royal mummy
213621 | Zig:22   | Killed a royal mummy
213621 | Zig:22   | Killed a royal mummy
213621 | Zig:22   | Noticed a royal mummy
213621 | Zig:22   | Noticed a royal mummy
213621 | Zig:22   | Noticed a royal mummy
213621 | Zig:22   | Noticed a royal mummy
213621 | Zig:22   | Noticed a royal mummy
213622 | Zig:22   | Killed a royal mummy
213622 | Zig:22   | Killed a royal mummy
213622 | Zig:22   | Killed a royal mummy
213622 | Zig:22   | Killed a royal mummy
213622 | Zig:22   | Noticed a royal mummy
213622 | Zig:22   | Noticed a royal mummy
213622 | Zig:22   | Noticed a royal mummy
213623 | Zig:22   | Noticed a royal mummy
213623 | Zig:22   | Noticed a royal mummy
213623 | Zig:22   | Noticed a royal mummy
213623 | Zig:22   | Noticed a royal mummy
213625 | Zig:22   | Killed a royal mummy
213625 | Zig:22   | Killed a royal mummy
213625 | Zig:22   | Killed a royal mummy
213625 | Zig:22   | Killed a royal mummy
213625 | Zig:22   | Killed a royal mummy
213625 | Zig:22   | Killed a royal mummy
213625 | Zig:22   | Killed a royal mummy
213625 | Zig:22   | Killed a royal mummy
213625 | Zig:22   | Killed a royal mummy
213625 | Zig:22   | Noticed a royal mummy
213625 | Zig:22   | Noticed a royal mummy
213625 | Zig:22   | Noticed a royal mummy
213625 | Zig:22   | Noticed a royal mummy
213625 | Zig:22   | Noticed a royal mummy
213626 | Zig:22   | Noticed a royal mummy
213627 | Zig:22   | Killed a royal mummy
213627 | Zig:22   | Killed a royal mummy
213627 | Zig:22   | Killed a royal mummy
213627 | Zig:22   | Noticed a royal mummy
213628 | Zig:22   | Killed a royal mummy
213628 | Zig:22   | Killed a royal mummy
213628 | Zig:22   | Killed a royal mummy
213628 | Zig:22   | Killed a royal mummy
213628 | Zig:22   | Killed a royal mummy
213628 | Zig:22   | Noticed a royal mummy
213628 | Zig:22   | Noticed a royal mummy
213629 | Zig:22   | Noticed a royal mummy
213629 | Zig:22   | Killed a royal mummy
213629 | Zig:22   | Noticed a royal mummy
213630 | Zig:22   | Noticed a royal mummy
213630 | Zig:22   | Noticed a royal mummy
213631 | Zig:22   | Noticed a royal mummy
213631 | Zig:22   | Noticed a royal mummy
213632 | Zig:22   | Noticed a royal mummy
213632 | Zig:22   | Noticed a royal mummy
213632 | Zig:22   | Noticed a royal mummy
213632 | Zig:22   | Killed a royal mummy
213634 | Zig:22   | Killed a royal mummy
213634 | Zig:22   | Killed a royal mummy
213634 | Zig:22   | Killed a royal mummy
213634 | Zig:22   | Killed a royal mummy
213634 | Zig:22   | Killed a royal mummy
213634 | Zig:22   | Killed a royal mummy
213634 | Zig:22   | Killed a royal mummy
213634 | Zig:22   | Noticed a royal mummy
213635 | Zig:22   | Noticed a royal mummy
213636 | Zig:22   | Killed a royal mummy
213637 | Zig:22   | Killed a royal mummy
213637 | Zig:22   | Killed a royal mummy
213637 | Zig:22   | Killed a royal mummy
213637 | Zig:22   | Noticed a royal mummy
213637 | Zig:22   | Noticed a royal mummy
213638 | Zig:22   | Noticed a royal mummy
213638 | Zig:22   | Noticed a royal mummy
213640 | Zig:22   | Noticed a royal mummy
213641 | Zig:22   | Noticed a royal mummy
213641 | Zig:22   | Noticed a royal mummy
213641 | Zig:22   | Killed a royal mummy
213643 | Zig:22   | Killed a royal mummy
213643 | Zig:22   | Killed a royal mummy
213643 | Zig:22   | Killed a royal mummy
213643 | Zig:22   | Killed a royal mummy
213643 | Zig:22   | Killed a royal mummy
213643 | Zig:22   | Killed a royal mummy
213643 | Zig:22   | Killed a royal mummy
213643 | Zig:22   | Noticed a royal mummy
213644 | Zig:22   | Noticed a royal mummy
213644 | Zig:22   | Noticed a royal mummy
213645 | Zig:22   | Noticed a royal mummy
213646 | Zig:22   | Noticed a royal mummy
213646 | Zig:22   | Noticed a royal mummy
213647 | Zig:22   | Killed a royal mummy
213647 | Zig:22   | Killed a royal mummy
213647 | Zig:22   | Killed a royal mummy
213647 | Zig:22   | Killed a royal mummy
213647 | Zig:22   | Noticed a royal mummy
213648 | Zig:22   | Killed a royal mummy
213648 | Zig:22   | Noticed a royal mummy
213651 | Zig:22   | Killed a royal mummy
213653 | Zig:22   | Killed a royal mummy
213654 | Zig:22   | Killed a royal mummy
213655 | Zig:22   | Noticed a royal mummy
213656 | Zig:22   | Killed a royal mummy
213657 | Zig:22   | Killed a royal mummy
214156 | Zig:22   | Identified the +7 long sword "Wiawawim" {antimagic, Fly
                  | rElec Str-5}
214157 | Zig:22   | Identified the +0 chain mail "Kiujedum" {^Contam rElec
                  | Str-2 Dex+5}
214185 | Zig:22   | Identified the +7 trident of Resumed Hostilities
                  | {antimagic, Int+3 Dex+2}
214186 | Zig:22   | Identified the +6 glaive of the Wilderness {elec, rPois rC+
                  | Int-2 SInv}
214191 | Zig:22   | Identified the +0 ring mail of Undesirable Species {Harm
                  | rElec Str+2}
214200 | Zig:22   | Identified the ring of Pantheism {rCorr Str+5 Int-3 SInv}
214204 | Zig:22   | Identified the +4 broad axe "Lujolin" {drain, Will+}
214336 | Zig:23   | Entered Level 23 of a ziggurat
214379 | Zig:23   | Noticed Hirrebar the pandemonium lord
214430 | Zig:23   | Killed Hirrebar the pandemonium lord
214549 | Zig:23   | Found the +5 Storm Queen's Shield {shock, Fly rElec}
214991 | Zig:23   | Identified the +7 triple sword "Rug Orir" {freeze, *Corrode
                  | rC+ Will+++ Stlth+}
215006 | Zig:23   | Identified the +8 orcbow of Exquisite Torment {antimagic,
                  | ^Drain rC+++ Str-4 Int+6}
215008 | Zig:23   | Identified the +7 mace of Apuarras {spect, rF+}
215016 | Zig:23   | Identified the ring "Kibaheli" {rN+ Str+6 Int+3}
215054 | Zig:24   | Entered Level 24 of a ziggurat
215068 | Zig:24   | Noticed an ancient lich
215075 | Zig:24   | Killed an ancient lich
215086 | Zig:24   | Noticed a dread lich
215094 | Zig:24   | Killed a dread lich
215537 | Zig:24   | Identified the +5 dagger of the Forgotten Tales {freeze,
                  | Will+ Stlth+}
215539 | Zig:24   | Identified the +0 ring mail of the Sky {rPois Int+2 Stlth+}
215556 | Zig:24   | Identified the +1 fire dragon scales "Cyneng" {rF++ rC-
                  | Slay+3}
215563 | Zig:24   | Identified the +3 robe "Ennedok" {Dex+4}
215643 | Zig:25   | Entered Level 25 of a ziggurat
215697 | Zig:25   | Identified the +3 glaive of the Skies Above {vamp, rPois
                  | rC+ Int-2 Stlth+}
215801 | Zig:25   | Identified the +0 great mace of the Rattlesnake {venom,
                  | MP+9}
215809 | Zig:25   | Identified the +6 plate armour "Geopos" {Harm rF- rC+++
                  | Str-4}
215810 | Zig:25   | Identified the amulet "Ashoon" {Faith *Corrode Str+5 Dex+5}
215815 | Zig:25   | Identified the ring of Pach {Int+3 Dex+6}
215830 | Zig:25   | Identified the +5 dagger of Urgency {venom, rPois Str+2}
215837 | Zig:25   | Identified the +1 scale mail of Dawn {^Drain rF+ rC+ rN+}
215843 | Zig:25   | Identified the ring "Zuoppih" {rF+ rN++ MP+9}
215845 | Zig:25   | Identified the staff of the Gibberer {Str+4 Conj Fire}
215849 | Zig:25   | Identified the staff "Atsineim" {rPois Str+2 Int+2 Stlth+
                  | Fire Alchemy}
216422 | Zig:26   | Entered Level 26 of a ziggurat
216471 | Zig:26   | Noticed an ancient lich
216497 | Zig:26   | Killed an ancient lich
216564 | Zig:26   | Identified the +7 dagger of Greatest Utility {pain, rPois
                  | Str+3 Int+3 Dex-4}
216566 | Zig:26   | Identified the +7 long sword of Conscience {speed, Str+4
                  | Int-3 SInv}
217114 | Zig:26   | Identified the +1 cloak "Meedd" {Harm Will+}
217117 | Zig:26   | Identified the +2 plate armour "Karogusa" {rC- rCorr Dex+3}
217273 | Zig:27   | Entered Level 27 of a ziggurat
217323 | Zig:27   | Found the +4 robe of Folly {Brill Will-∞ Int+8}
217441 | Zig:27   | Identified the ring "Cymar" {Dex+2 SInv Stlth+}
217449 | Zig:27   | Identified the ring of the Cricket {rN+ Will+}
217454 | Zig:27   | Identified the +8 arbalest of Context {freeze, rElec}
217465 | Zig:27   | Identified the amulet "Itout" {Acrobat Dex+4}
217491 | Zig:27   | Identified the staff "Neboch" {rN+ Str+6 Int+2 Stlth-
                  | Necro}
217503 | Zig:27   | Identified the +2 hand axe of Obyg {freeze, *Rage rElec rN+
                  | rCorr}
217515 | Zig:27   | Identified the ring of Jydisso {rElec rPois rC+ Dex-3
                  | Stlth+}
217539 | Zig:27   | Identified the +0 leather armour of Vihicka {Int+6 Slay+2}
218265 | Zig:1    | Entered Level 1 of a ziggurat
218297 | Zig:1    | Identified the +5 short sword of Deujororye {flame, Stlth+}
218322 | Zig:2    | Entered Level 2 of a ziggurat
218403 | Zig:3    | Entered Level 3 of a ziggurat
218508 | Zig:4    | Entered Level 4 of a ziggurat
218508 | Zig:4    | Noticed a royal mummy
218508 | Zig:4    | Noticed a royal mummy
218508 | Zig:4    | Noticed a royal mummy
218508 | Zig:4    | Noticed a royal mummy
218508 | Zig:4    | Noticed a royal mummy
218508 | Zig:4    | Noticed a royal mummy
218508 | Zig:4    | Noticed a royal mummy
218510 | Zig:4    | Killed a royal mummy
218510 | Zig:4    | Killed a royal mummy
218510 | Zig:4    | Killed a royal mummy
218510 | Zig:4    | Killed a royal mummy
218510 | Zig:4    | Killed a royal mummy
218511 | Zig:4    | Killed a royal mummy
218512 | Zig:4    | Killed a royal mummy
218645 | Zig:4    | Identified the +3 falchion "Qiohing" {elec, *Noise rElec
                  | Str+3 Int+2}
218667 | Zig:4    | Identified the +1 plate armour of Dein Wob {Will+ SInv}
218688 | Zig:5    | Entered Level 5 of a ziggurat
218706 | Zig:5    | Killed a starcursed mass
218769 | Zig:5    | Identified the staff of the Final Hosts {rF+ rC+ Str+2 Ice}
218786 | Zig:5    | Identified the ring "Ubrunn" {rN+ rCorr Int+2}
218896 | Zig:6    | Entered Level 6 of a ziggurat
218914 | Zig:6    | Identified the staff of Extremism {rPois Tloc Alchemy}
219021 | Zig:6    | Identified the +8 triple sword of Usurping Misery {flame,
                  | rPois rF+}
219023 | Zig:6    | Identified the amulet of Onny {Reflect Harm rC+ rCorr SH+5}
219044 | Zig:6    | Identified the amulet of Beyhan {rN++ Regen+ Dex-2}
219092 | Zig:7    | Entered Level 7 of a ziggurat
219324 | Zig:8    | Entered Level 8 of a ziggurat
219324 | Zig:8    | Noticed a dread lich
219324 | Zig:8    | Noticed a dread lich
219324 | Zig:8    | Noticed an ancient lich
219324 | Zig:8    | Noticed an ancient lich
219324 | Zig:8    | Noticed an ancient lich
219324 | Zig:8    | Noticed a dread lich
219324 | Zig:8    | Noticed an ancient lich
219324 | Zig:8    | Noticed a dread lich
219324 | Zig:8    | Noticed a dread lich
219324 | Zig:8    | Noticed a dread lich
219324 | Zig:8    | Noticed an ancient lich
219326 | Zig:8    | Noticed an ancient lich
219326 | Zig:8    | Noticed an ancient lich
219327 | Zig:8    | Noticed an ancient lich
219327 | Zig:8    | Noticed an ancient lich
219327 | Zig:8    | Noticed a dread lich
219327 | Zig:8    | Noticed a dread lich
219327 | Zig:8    | Noticed an ancient lich
219327 | Zig:8    | Noticed an ancient lich
219330 | Zig:8    | Killed a dread lich
219330 | Zig:8    | Killed a dread lich
219330 | Zig:8    | Killed an ancient lich
219330 | Zig:8    | Killed a dread lich
219330 | Zig:8    | Killed a dread lich
219330 | Zig:8    | Killed a dread lich
219330 | Zig:8    | Killed an ancient lich
219330 | Zig:8    | Killed an ancient lich
219330 | Zig:8    | Killed a dread lich
219331 | Zig:8    | Killed an ancient lich
219331 | Zig:8    | Killed an ancient lich
219331 | Zig:8    | Killed an ancient lich
219331 | Zig:8    | Killed a dread lich
219331 | Zig:8    | Killed an ancient lich
219331 | Zig:8    | Killed an ancient lich
219331 | Zig:8    | Killed an ancient lich
219332 | Zig:8    | Noticed a dread lich
219332 | Zig:8    | Noticed an ancient lich
219332 | Zig:8    | Killed an ancient lich
219332 | Zig:8    | Killed a dread lich
219332 | Zig:8    | Noticed an ancient lich
219333 | Zig:8    | Noticed an ancient lich
219334 | Zig:8    | Noticed a dread lich
219334 | Zig:8    | Killed an ancient lich
219335 | Zig:8    | Killed an ancient lich
219336 | Zig:8    | Killed an ancient lich
219337 | Zig:8    | Killed a dread lich
219338 | Zig:8    | Noticed a dread lich
219339 | Zig:8    | Killed an ancient lich
219340 | Zig:8    | Killed a dread lich
219343 | Zig:8    | Killed a dread lich
219427 | Zig:8    | Identified the ring "Geociat" {*Corrode rF+ MP+9 Int+3}
219537 | Zig:8    | Identified the ring "Boiddeif" {rPois rF+}
219558 | Zig:9    | Entered Level 9 of a ziggurat
219558 | Zig:9    | Noticed Koat Asu the pandemonium lord
219558 | Zig:9    | Noticed Retusue the pandemonium lord
219559 | Zig:9    | Noticed Teykkogg the pandemonium lord
219559 | Zig:9    | Noticed Ceem the pandemonium lord
219560 | Zig:9    | Noticed Anoint the pandemonium lord
219560 | Zig:9    | Noticed Totwyh the pandemonium lord
219561 | Zig:9    | Noticed Lewogh the pandemonium lord
219564 | Zig:9    | Killed Teykkogg the pandemonium lord
219566 | Zig:9    | Noticed Mirer the pandemonium lord
219566 | Zig:9    | Killed Ceem the pandemonium lord
219566 | Zig:9    | Killed Koat Asu the pandemonium lord
219566 | Zig:9    | Killed Retusue the pandemonium lord
219567 | Zig:9    | Noticed Dametere the pandemonium lord
219568 | Zig:9    | Noticed Aveapn Poha the pandemonium lord
219569 | Zig:9    | Noticed Meulagai the pandemonium lord
219570 | Zig:9    | Killed Anoint the pandemonium lord
219570 | Zig:9    | Killed Totwyh the pandemonium lord
219571 | Zig:9    | Noticed Reylimpe the pandemonium lord
219572 | Zig:9    | Noticed Zodask the pandemonium lord
219572 | Zig:9    | Noticed Kadye the pandemonium lord
219572 | Zig:9    | Noticed Kaasab the pandemonium lord
219572 | Zig:9    | Noticed Aror the pandemonium lord
219572 | Zig:9    | Noticed Roskizeb the pandemonium lord
219572 | Zig:9    | Noticed Okenwia the pandemonium lord
219576 | Zig:9    | Noticed Rataffev the pandemonium lord
219577 | Zig:9    | Noticed Isey the pandemonium lord
219583 | Zig:9    | Noticed Jaikhli the pandemonium lord
219586 | Zig:9    | Killed Lewogh the pandemonium lord
219586 | Zig:9    | Killed Mirer the pandemonium lord
219587 | Zig:9    | Killed Meulagai the pandemonium lord
219587 | Zig:9    | Killed Jaikhli the pandemonium lord
219587 | Zig:9    | Killed Dametere the pandemonium lord
219590 | Zig:9    | Killed Kadye the pandemonium lord
219590 | Zig:9    | Killed Rataffev the pandemonium lord
219590 | Zig:9    | Killed Isey the pandemonium lord
219590 | Zig:9    | Killed Okenwia the pandemonium lord
219591 | Zig:9    | Killed Aveapn Poha the pandemonium lord
219591 | Zig:9    | Killed Aror the pandemonium lord
219591 | Zig:9    | Killed Roskizeb the pandemonium lord
219591 | Zig:9    | Killed Kaasab the pandemonium lord
219591 | Zig:9    | Killed Reylimpe the pandemonium lord
219592 | Zig:9    | Noticed Lobex the pandemonium lord
219592 | Zig:9    | Noticed Midani the pandemonium lord
219596 | Zig:9    | Killed Zodask the pandemonium lord
219596 | Zig:9    | Noticed Edymey the pandemonium lord
219597 | Zig:9    | Killed Lobex the pandemonium lord
219606 | Zig:9    | Killed Edymey the pandemonium lord
219609 | Zig:9    | Killed Midani the pandemonium lord
219805 | Zig:9    | Identified the +6 orcbow "Abbuupp" {flame, rCorr Int+4
                  | SInv}
219821 | Zig:9    | Identified the amulet "Vaysh" {Acrobat Will+ Str+4}
219823 | Zig:9    | Identified the +7 long sword of Uskayaw's Fury {venom,
                  | Int+5}
219828 | Zig:9    | Identified the +3 ring mail of Pessimism {Int+3 Dex+4
                  | Slay-5}
219834 | Zig:10   | Entered Level 10 of a ziggurat
219845 | Zig:10   | Noticed Soam the pandemonium lord
219846 | Zig:10   | Found the Hermit's Pendant {Faith Invo=14 Evo=0 MP+5}
219856 | Zig:10   | Killed Soam the pandemonium lord
220062 | Zig:10   | Identified the +2 helmet of Raich {rN+ Dex+4}
220106 | Zig:10   | Identified the +6 scimitar "Recimaod" {heavy, rElec}
220155 | Zig:10   | Identified the +6 shortbow of Mana {freeze, rF++ rC+ rN+
                  | Dex-5}
220194 | Zig:11   | Entered Level 11 of a ziggurat
220194 | Zig:11   | Noticed Orib the pandemonium lord
220194 | Zig:11   | Noticed Ristry Pola the pandemonium lord
220194 | Zig:11   | Noticed Obbos the pandemonium lord
220194 | Zig:11   | Noticed Widolawk the pandemonium lord
220195 | Zig:11   | Killed Ristry Pola the pandemonium lord
220197 | Zig:11   | Noticed Feiqutoe the pandemonium lord
220197 | Zig:11   | Noticed Keushav the pandemonium lord
220197 | Zig:11   | Noticed Enicefit the pandemonium lord
220197 | Zig:11   | Noticed Wosoitsa the pandemonium lord
220197 | Zig:11   | Noticed Gevaidoc the pandemonium lord
220198 | Zig:11   | Noticed Qepack the pandemonium lord
220198 | Zig:11   | Noticed Rediudgh the pandemonium lord
220198 | Zig:11   | Noticed Boig the pandemonium lord
220198 | Zig:11   | Noticed Jeroepsy the pandemonium lord
220199 | Zig:11   | Killed Wosoitsa the pandemonium lord
220199 | Zig:11   | Killed Enicefit the pandemonium lord
220200 | Zig:11   | Killed Obbos the pandemonium lord
220200 | Zig:11   | Killed Gevaidoc the pandemonium lord
220200 | Zig:11   | Killed Widolawk the pandemonium lord
220200 | Zig:11   | Noticed Orghug the pandemonium lord
220201 | Zig:11   | Noticed Diasahuiw the pandemonium lord
220201 | Zig:11   | Noticed Fupoeg the pandemonium lord
220202 | Zig:11   | Noticed Hojaes the pandemonium lord
220202 | Zig:11   | Noticed Qepeul the pandemonium lord
220202 | Zig:11   | Killed Rediudgh the pandemonium lord
220202 | Zig:11   | Noticed Fefiah the pandemonium lord
220204 | Zig:11   | Noticed Kodghol the pandemonium lord
220204 | Zig:11   | Killed Orib the pandemonium lord
220204 | Zig:11   | Killed Boig the pandemonium lord
220204 | Zig:11   | Killed Myecsuqe the pandemonium lord
220205 | Zig:11   | Noticed Izubb the pandemonium lord
220207 | Zig:11   | Noticed Cojithur the pandemonium lord
220208 | Zig:11   | Noticed Ponycasi the pandemonium lord
220208 | Zig:11   | Killed Feiqutoe the pandemonium lord
220217 | Zig:11   | Noticed Jujyr the pandemonium lord
220218 | Zig:11   | Killed Ponycasi the pandemonium lord
220219 | Zig:11   | Killed Hojaes the pandemonium lord
220219 | Zig:11   | Killed Qepack the pandemonium lord
220220 | Zig:11   | Killed Fefiah the pandemonium lord
220220 | Zig:11   | Noticed Ilyrec the pandemonium lord
220221 | Zig:11   | Killed Jeroepsy the pandemonium lord
220221 | Zig:11   | Killed Izubb the pandemonium lord
220221 | Zig:11   | Killed Qepeul the pandemonium lord
220221 | Zig:11   | Killed Orghug the pandemonium lord
220222 | Zig:11   | Killed Ilyrec the pandemonium lord
220222 | Zig:11   | Killed Kodghol the pandemonium lord
220222 | Zig:11   | Noticed Exocuim the pandemonium lord
220222 | Zig:11   | Noticed Hynimis the pandemonium lord
220224 | Zig:11   | Killed Diasahuiw the pandemonium lord
220224 | Zig:11   | Killed Cojithur the pandemonium lord
220224 | Zig:11   | Killed Fupoeg the pandemonium lord
220224 | Zig:11   | Killed Jujyr the pandemonium lord
220225 | Zig:11   | Killed Keushav the pandemonium lord
220241 | Zig:11   | Killed Exocuim the pandemonium lord
220243 | Zig:11   | Killed Hynimis the pandemonium lord
220550 | Zig:12   | Entered Level 12 of a ziggurat
220552 | Zig:12   | Noticed a dread lich
220552 | Zig:12   | Noticed a dread lich
220552 | Zig:12   | Noticed a dread lich
220552 | Zig:12   | Noticed an ancient lich
220553 | Zig:12   | Noticed a dread lich
220554 | Zig:12   | Noticed a dread lich
220554 | Zig:12   | Noticed an ancient lich
220554 | Zig:12   | Noticed a dread lich
220555 | Zig:12   | Noticed a dread lich
220555 | Zig:12   | Noticed a dread lich
220556 | Zig:12   | Noticed an ancient lich
220556 | Zig:12   | Noticed a dread lich
220556 | Zig:12   | Noticed an ancient lich
220556 | Zig:12   | Noticed an ancient lich
220557 | Zig:12   | Noticed an ancient lich
220557 | Zig:12   | Noticed an ancient lich
220558 | Zig:12   | Killed a dread lich
220558 | Zig:12   | Killed an ancient lich
220558 | Zig:12   | Killed a dread lich
220558 | Zig:12   | Killed a dread lich
220558 | Zig:12   | Noticed a dread lich
220559 | Zig:12   | Noticed an ancient lich
220560 | Zig:12   | Noticed a dread lich
220560 | Zig:12   | Noticed an ancient lich
220561 | Zig:12   | Noticed a dread lich
220561 | Zig:12   | Noticed an ancient lich
220561 | Zig:12   | Noticed a dread lich
220562 | Zig:12   | Killed a dread lich
220562 | Zig:12   | Killed a dread lich
220562 | Zig:12   | Killed a dread lich
220562 | Zig:12   | Killed an ancient lich
220562 | Zig:12   | Killed an ancient lich
220562 | Zig:12   | Killed an ancient lich
220564 | Zig:12   | Noticed a dread lich
220564 | Zig:12   | Noticed an ancient lich
220564 | Zig:12   | Killed a dread lich
220564 | Zig:12   | Killed a dread lich
220565 | Zig:12   | Killed an ancient lich
220566 | Zig:12   | Killed an ancient lich
220566 | Zig:12   | Killed an ancient lich
220567 | Zig:12   | Killed a dread lich
220567 | Zig:12   | Killed an ancient lich
220567 | Zig:12   | Killed a dread lich
220569 | Zig:12   | Killed a dread lich
220569 | Zig:12   | Killed a dread lich
220570 | Zig:12   | Killed a dread lich
220570 | Zig:12   | Killed an ancient lich
220570 | Zig:12   | Killed an ancient lich
220573 | Zig:12   | Killed an ancient lich
220579 | Zig:12   | Killed a dread lich
220754 | Zig:12   | Identified the ring "Dewkoyse" {rElec rCorr MP+9 Int-2
                  | Stlth+}
220775 | Zig:12   | Identified the ring of Irutiuk {Wiz rF+}
220781 | Zig:12   | Identified the +4 short sword of Fuzzy Valiance {spect,
                  | *Slow Fly SInv Stlth+}
220784 | Zig:12   | Identified the amulet of Qecid {*Slow rC+ rN+ Regen+}
220792 | Zig:12   | Identified the staff of Trial by Ordeal {rElec rC+ Dex+3
                  | Summ Air}
220872 | Zig:13   | Entered Level 13 of a ziggurat
220874 | Zig:13   | Noticed Routatuo the pandemonium lord
220875 | Zig:13   | Noticed Qemiom the pandemonium lord
220875 | Zig:13   | Noticed Baf Xuto the pandemonium lord
220875 | Zig:13   | Noticed Owik the pandemonium lord
220875 | Zig:13   | Noticed Jamees the pandemonium lord
220875 | Zig:13   | Noticed Veri the pandemonium lord
220875 | Zig:13   | Noticed Honnoyba the pandemonium lord
220875 | Zig:13   | Noticed Ygot the pandemonium lord
220875 | Zig:13   | Noticed Rusowk the pandemonium lord
220876 | Zig:13   | Noticed Sops the pandemonium lord
220876 | Zig:13   | Noticed Waukin the pandemonium lord
220876 | Zig:13   | Noticed Heiliwu the pandemonium lord
220876 | Zig:13   | Noticed Maceler the pandemonium lord
220876 | Zig:13   | Noticed Xerae the pandemonium lord
220876 | Zig:13   | Noticed Jitosig the pandemonium lord
220877 | Zig:13   | Noticed Wakhlie the pandemonium lord
220878 | Zig:13   | Noticed Boatoqeg the pandemonium lord
220879 | Zig:13   | Killed Routatuo the pandemonium lord
220879 | Zig:13   | Noticed Nedgh the pandemonium lord
220880 | Zig:13   | Noticed Kijihurgh the pandemonium lord
220880 | Zig:13   | Killed Baf Xuto the pandemonium lord
220880 | Zig:13   | Noticed Sulixti the pandemonium lord
220881 | Zig:13   | Noticed Bucept the pandemonium lord
220881 | Zig:13   | Killed Qemiom the pandemonium lord
220881 | Zig:13   | Killed Jitosig the pandemonium lord
220881 | Zig:13   | Killed Jamees the pandemonium lord
220881 | Zig:13   | Killed Maceler the pandemonium lord
220881 | Zig:13   | Killed Owik the pandemonium lord
220881 | Zig:13   | Killed Honnoyba the pandemonium lord
220881 | Zig:13   | Killed Sops the pandemonium lord
220881 | Zig:13   | Killed Waukin the pandemonium lord
220882 | Zig:13   | Noticed Liycyi the pandemonium lord
220882 | Zig:13   | Noticed Mamegoh the pandemonium lord
220883 | Zig:13   | Killed Rusowk the pandemonium lord
220883 | Zig:13   | Killed Boatoqeg the pandemonium lord
220883 | Zig:13   | Killed Wakhlie the pandemonium lord
220883 | Zig:13   | Killed Nedgh the pandemonium lord
220883 | Zig:13   | Killed Veri the pandemonium lord
220883 | Zig:13   | Noticed Weixabet the pandemonium lord
220883 | Zig:13   | Noticed Liybeudwy the pandemonium lord
220884 | Zig:13   | Killed Ygot the pandemonium lord
220884 | Zig:13   | Killed Xerae the pandemonium lord
220884 | Zig:13   | Killed Heiliwu the pandemonium lord
220884 | Zig:13   | Noticed Osudeohik the pandemonium lord
220885 | Zig:13   | Killed Kijihurgh the pandemonium lord
220885 | Zig:13   | Killed Bucept the pandemonium lord
220885 | Zig:13   | Killed Liycyi the pandemonium lord
220885 | Zig:13   | Noticed Guhurph the pandemonium lord
220885 | Zig:13   | Noticed Kafej the pandemonium lord
220886 | Zig:13   | Noticed Isseoryop the pandemonium lord
220886 | Zig:13   | Noticed Ihicerr the pandemonium lord
220886 | Zig:13   | Noticed Kojeomept the pandemonium lord
220886 | Zig:13   | Noticed Unooruc the pandemonium lord
220886 | Zig:13   | Noticed Yklawk the pandemonium lord
220886 | Zig:13   | Noticed Utwed the pandemonium lord
220887 | Zig:13   | Noticed Nauc the pandemonium lord
220887 | Zig:13   | Killed Weixabet the pandemonium lord
220888 | Zig:13   | Noticed Jeim the pandemonium lord
220888 | Zig:13   | Noticed Oplizaxe the pandemonium lord
220889 | Zig:13   | Noticed Nimau the pandemonium lord
220889 | Zig:13   | Killed Mamegoh the pandemonium lord
220890 | Zig:13   | Noticed Dopih the pandemonium lord
220890 | Zig:13   | Noticed Meogaifo the pandemonium lord
220890 | Zig:13   | Noticed Ysuyxot the pandemonium lord
220890 | Zig:13   | Noticed Poef the pandemonium lord
220890 | Zig:13   | Noticed Arghiypo the pandemonium lord
220890 | Zig:13   | Noticed Obizxub the pandemonium lord
220891 | Zig:13   | Noticed Nezulaff the pandemonium lord
220893 | Zig:13   | Killed Sulixti the pandemonium lord
220893 | Zig:13   | Killed Nauc the pandemonium lord
220893 | Zig:13   | Killed Guhurph the pandemonium lord
220893 | Zig:13   | Noticed Meateij the pandemonium lord
220900 | Zig:13   | Noticed Utaewk the pandemonium lord
220900 | Zig:13   | Noticed Ogoan the pandemonium lord
220900 | Zig:13   | Noticed Xituxt the pandemonium lord
220900 | Zig:13   | Noticed Itov the pandemonium lord
220902 | Zig:13   | Killed Xituxt the pandemonium lord
220902 | Zig:13   | Killed Unooruc the pandemonium lord
220911 | Zig:13   | Noticed Bobuerph the pandemonium lord
220912 | Zig:13   | Noticed Unucaph the pandemonium lord
220913 | Zig:13   | Killed Ogoan the pandemonium lord
220913 | Zig:13   | Killed Osudeohik the pandemonium lord
220913 | Zig:13   | Killed Kojeomept the pandemonium lord
220913 | Zig:13   | Killed Liybeudwy the pandemonium lord
220913 | Zig:13   | Killed Kafej the pandemonium lord
220914 | Zig:13   | Killed Jeim the pandemonium lord
220914 | Zig:13   | Killed Unucaph the pandemonium lord
220915 | Zig:13   | Killed Oplizaxe the pandemonium lord
220915 | Zig:13   | Killed Arghiypo the pandemonium lord
220915 | Zig:13   | Killed Utwed the pandemonium lord
220915 | Zig:13   | Killed Yklawk the pandemonium lord
220916 | Zig:13   | Killed Meateij the pandemonium lord
220916 | Zig:13   | Killed Meogaifo the pandemonium lord
220917 | Zig:13   | Killed Obizxub the pandemonium lord
220917 | Zig:13   | Noticed Hesi the pandemonium lord
220918 | Zig:13   | Killed Isseoryop the pandemonium lord
220918 | Zig:13   | Killed Dopih the pandemonium lord
220919 | Zig:13   | Noticed Suat the pandemonium lord
220919 | Zig:13   | Killed Bobuerph the pandemonium lord
220920 | Zig:13   | Noticed Fiewnufo the pandemonium lord
220926 | Zig:13   | Killed Suat the pandemonium lord
220927 | Zig:13   | Killed Hesi the pandemonium lord
220927 | Zig:13   | Killed Poef the pandemonium lord
220927 | Zig:13   | Noticed Oxyutaqi the pandemonium lord
220928 | Zig:13   | Killed Itov the pandemonium lord
220928 | Zig:13   | Noticed Xunaal Fawaf the pandemonium lord
220929 | Zig:13   | Killed Fiewnufo the pandemonium lord
220930 | Zig:13   | Killed Nezulaff the pandemonium lord
220930 | Zig:13   | Killed Ysuyxot the pandemonium lord
220931 | Zig:13   | Noticed Cokh the pandemonium lord
220933 | Zig:13   | Killed Utaewk the pandemonium lord
220933 | Zig:13   | Killed Oxyutaqi the pandemonium lord
220934 | Zig:13   | Killed Ihicerr the pandemonium lord
220937 | Zig:13   | Killed Xunaal Fawaf the pandemonium lord
220937 | Zig:13   | Killed Cokh the pandemonium lord
220953 | Zig:13   | Killed Nimau the pandemonium lord
220980 | Zig:13   | Identified the +4 battleaxe "Qudof" {heavy, rElec Dex+3}
220988 | Zig:13   | Identified the +1 leather armour of Abstinence {rC+ rN+}
220993 | Zig:13   | Identified the +0 whip "Orb Guardian's Bane" {freeze, rElec
                  | rF+ rN++}
220998 | Zig:13   | Identified the +8 dagger of Bile {flame, Str-4 Dex+4 SInv}
221002 | Zig:13   | Identified the amulet of the Hairy God {Spirit rPois rF+
                  | rCorr Dex-2}
221242 | Zig:14   | Entered Level 14 of a ziggurat
221494 | Zig:14   | Identified the +5 quarterstaff "Wienete" {freeze, *Rage rC+
                  | Will++}
221542 | Zig:14   | Identified the +3 rapier of Xaicro {distort, rCorr Str+2
                  | Int-4 SInv}
221562 | Zig:14   | Identified the staff "Wemives" {rPois rF+ rC+++ Int-3 SInv
                  | Alchemy}
221572 | Zig:14   | Identified the +0 spear of Guile {flame, Int+4}
221576 | Zig:14   | Identified the ring "Hiurusep" {Wiz Fly rF+ rN++ Slay-6}
221581 | Zig:14   | Identified the +9 broad axe of the Vendetta {elec, rC+
                  | Str+3}
221583 | Zig:14   | Identified the +6 great mace "Etwam" {freeze, *Noise Fly
                  | rPois}
221655 | Zig:15   | Entered Level 15 of a ziggurat
221662 | Zig:15   | Noticed Goggiwn the pandemonium lord
221663 | Zig:15   | Noticed Vuisengo the pandemonium lord
221663 | Zig:15   | Noticed Tag Loin the pandemonium lord
221663 | Zig:15   | Noticed Ciuthruf the pandemonium lord
221663 | Zig:15   | Noticed Ebbug the pandemonium lord
221663 | Zig:15   | Noticed Osetoume the pandemonium lord
221663 | Zig:15   | Noticed Heysmeod the pandemonium lord
221663 | Zig:15   | Noticed Xaniyq Xiath the pandemonium lord
221663 | Zig:15   | Noticed Qupadd the pandemonium lord
221664 | Zig:15   | Noticed Gygitegupi the pandemonium lord
221664 | Zig:15   | Noticed Nosix the pandemonium lord
221664 | Zig:15   | Noticed Nuacile the pandemonium lord
221665 | Zig:15   | Noticed Detti the pandemonium lord
221665 | Zig:15   | Noticed Yruun the pandemonium lord
221665 | Zig:15   | Noticed Joscheil the pandemonium lord
221665 | Zig:15   | Noticed Itoev the pandemonium lord
221665 | Zig:15   | Noticed Vinn the pandemonium lord
221665 | Zig:15   | Noticed Cedgh the pandemonium lord
221665 | Zig:15   | Noticed Daenet the pandemonium lord
221665 | Zig:15   | Noticed Eprerph the pandemonium lord
221665 | Zig:15   | Noticed Baunuh the pandemonium lord
221665 | Zig:15   | Noticed Ilexotoq the pandemonium lord
221666 | Zig:15   | Noticed Faex the pandemonium lord
221666 | Zig:15   | Noticed Biut the pandemonium lord
221666 | Zig:15   | Noticed Ablili the pandemonium lord
221666 | Zig:15   | Killed Goggiwn the pandemonium lord
221666 | Zig:15   | Noticed Caasmigu the pandemonium lord
221666 | Zig:15   | Noticed Honicarch the pandemonium lord
221666 | Zig:15   | Noticed Kota the pandemonium lord
221667 | Zig:15   | Noticed Biam the pandemonium lord
221667 | Zig:15   | Noticed Zielukh the pandemonium lord
221667 | Zig:15   | Killed Ilexotoq the pandemonium lord
221667 | Zig:15   | Noticed Jamasmicw the pandemonium lord
221667 | Zig:15   | Noticed Juwnymm the pandemonium lord
221667 | Zig:15   | Noticed Degali the pandemonium lord
221667 | Zig:15   | Noticed Mizxeck the pandemonium lord
221667 | Zig:15   | Noticed Cicw the pandemonium lord
221668 | Zig:15   | Noticed Zunyac the pandemonium lord
221668 | Zig:15   | Noticed Tong the pandemonium lord
221668 | Zig:15   | Noticed Fahaorir the pandemonium lord
221668 | Zig:15   | Noticed Cic Jimn the pandemonium lord
221669 | Zig:15   | Noticed Qaatwucw the pandemonium lord
221669 | Zig:15   | Killed Itoev the pandemonium lord
221669 | Zig:15   | Killed Eprerph the pandemonium lord
221669 | Zig:15   | Noticed Yxeseano the pandemonium lord
221669 | Zig:15   | Noticed Qolysimn the pandemonium lord
221669 | Zig:15   | Noticed Rutz the pandemonium lord
221669 | Zig:15   | Noticed Rosat the pandemonium lord
221672 | Zig:15   | Killed Baunuh the pandemonium lord
221674 | Zig:15   | Killed Tag Loin the pandemonium lord
221674 | Zig:15   | Killed Heysmeod the pandemonium lord
221674 | Zig:15   | Killed Joscheil the pandemonium lord
221674 | Zig:15   | Killed Qupadd the pandemonium lord
221674 | Zig:15   | Killed Ebbug the pandemonium lord
221675 | Zig:15   | Killed Tong the pandemonium lord
221675 | Zig:15   | Killed Juwnymm the pandemonium lord
221676 | Zig:15   | Killed Ablili the pandemonium lord
221676 | Zig:15   | Killed Jamasmicw the pandemonium lord
221676 | Zig:15   | Killed Daenet the pandemonium lord
221676 | Zig:15   | Killed Xaniyq Xiath the pandemonium lord
221676 | Zig:15   | Killed Faex the pandemonium lord
221676 | Zig:15   | Killed Mizxeck the pandemonium lord
221676 | Zig:15   | Killed Cedgh the pandemonium lord
221677 | Zig:15   | Noticed Guuzausm the pandemonium lord
221677 | Zig:15   | Noticed Foeso the pandemonium lord
221678 | Zig:15   | Noticed Vusez the pandemonium lord
221678 | Zig:15   | Killed Qaatwucw the pandemonium lord
221678 | Zig:15   | Noticed Mitsimith the pandemonium lord
221682 | Zig:15   | Killed Detti the pandemonium lord
221683 | Zig:15   | Killed Yruun the pandemonium lord
221683 | Zig:15   | Killed Rosat the pandemonium lord
221683 | Zig:15   | Killed Nuacile the pandemonium lord
221684 | Zig:15   | Killed Cicw the pandemonium lord
221684 | Zig:15   | Killed Zielukh the pandemonium lord
221684 | Zig:15   | Killed Ciuthruf the pandemonium lord
221684 | Zig:15   | Killed Fahaorir the pandemonium lord
221684 | Zig:15   | Killed Yxeseano the pandemonium lord
221684 | Zig:15   | Killed Vinn the pandemonium lord
221685 | Zig:15   | Killed Osetoume the pandemonium lord
221686 | Zig:15   | Killed Degali the pandemonium lord
221686 | Zig:15   | Killed Rutz the pandemonium lord
221686 | Zig:15   | Killed Caasmigu the pandemonium lord
221687 | Zig:15   | Killed Vuisengo the pandemonium lord
221687 | Zig:15   | Killed Cic Jimn the pandemonium lord
221687 | Zig:15   | Killed Vusez the pandemonium lord
221688 | Zig:15   | Killed Nosix the pandemonium lord
221688 | Zig:15   | Killed Zunyac the pandemonium lord
221688 | Zig:15   | Killed Facusotu the pandemonium lord
221692 | Zig:15   | Killed Qolysimn the pandemonium lord
221696 | Zig:15   | Noticed Kodeem the pandemonium lord
221697 | Zig:15   | Killed Mitsimith the pandemonium lord
221697 | Zig:15   | Killed Honicarch the pandemonium lord
221697 | Zig:15   | Killed Xiwkoh the pandemonium lord
221697 | Zig:15   | Killed Biut the pandemonium lord
221697 | Zig:15   | Killed Axeluq the pandemonium lord
221698 | Zig:15   | Killed Guuzausm the pandemonium lord
221698 | Zig:15   | Killed Kota the pandemonium lord
221698 | Zig:15   | Killed Gygitegupi the pandemonium lord
221698 | Zig:15   | Killed Yla Jab the pandemonium lord
221699 | Zig:15   | Noticed Jaruasch the pandemonium lord
221699 | Zig:15   | Noticed Waiti the pandemonium lord
221699 | Zig:15   | Killed Jaruasch the pandemonium lord
221702 | Zig:15   | Killed Waiti the pandemonium lord
221702 | Zig:15   | Killed Kodeem the pandemonium lord
221702 | Zig:15   | Killed Foeso the pandemonium lord
221703 | Zig:15   | Noticed Ruast the pandemonium lord
221704 | Zig:15   | Noticed Huny the pandemonium lord
221704 | Zig:15   | Noticed Yqa Zeega the pandemonium lord
221705 | Zig:15   | Killed Ruast the pandemonium lord
221705 | Zig:15   | Killed Yqa Zeega the pandemonium lord
221705 | Zig:15   | Killed Saggurch the pandemonium lord
221706 | Zig:15   | Killed Huny the pandemonium lord
221706 | Zig:15   | Killed Biam the pandemonium lord
221707 | Zig:15   | Noticed Veyrghas the pandemonium lord
221707 | Zig:15   | Noticed Lud Mem the pandemonium lord
221708 | Zig:15   | Noticed Amolill the pandemonium lord
221708 | Zig:15   | Noticed Pojapy the pandemonium lord
221709 | Zig:15   | Noticed Qidgh the pandemonium lord
221709 | Zig:15   | Noticed Oxeus the pandemonium lord
221710 | Zig:15   | Killed Veyrghas the pandemonium lord
221710 | Zig:15   | Killed Pojapy the pandemonium lord
221710 | Zig:15   | Killed Lud Mem the pandemonium lord
221710 | Zig:15   | Killed Amolill the pandemonium lord
221710 | Zig:15   | Killed Qidgh the pandemonium lord
221711 | Zig:15   | Noticed Roqed the pandemonium lord
221712 | Zig:15   | Noticed Xuegrukh the pandemonium lord
221713 | Zig:15   | Killed Oxeus the pandemonium lord
221715 | Zig:15   | Killed Xuegrukh the pandemonium lord
221716 | Zig:15   | Killed Roqed the pandemonium lord
221758 | Zig:15   | Identified the +0 pair of gloves of Xerot {Will+ Slay+3}
222129 | Zig:16   | Entered Level 16 of a ziggurat
222536 | Zig:16   | Identified the ring of Rikaume {^Drain Fly rCorr Dex+6}
222572 | Zig:16   | Identified the +7 whip "Keykig" {holy, rF+}
222577 | Zig:17   | Entered Level 17 of a ziggurat
222580 | Zig:17   | Noticed an ancient lich
222580 | Zig:17   | Noticed an ancient lich
222581 | Zig:17   | Noticed a dread lich
222581 | Zig:17   | Noticed an ancient lich
222581 | Zig:17   | Noticed a dread lich
222582 | Zig:17   | Noticed a dread lich
222582 | Zig:17   | Noticed an ancient lich
222582 | Zig:17   | Noticed an ancient lich
222584 | Zig:17   | Noticed an ancient lich
222584 | Zig:17   | Noticed a dread lich
222584 | Zig:17   | Noticed an ancient lich
222585 | Zig:17   | Noticed an ancient lich
222585 | Zig:17   | Killed a dread lich
222585 | Zig:17   | Killed an ancient lich
222585 | Zig:17   | Noticed a dread lich
222586 | Zig:17   | Noticed a dread lich
222586 | Zig:17   | Killed a dread lich
222586 | Zig:17   | Killed an ancient lich
222586 | Zig:17   | Killed an ancient lich
222586 | Zig:17   | Killed an ancient lich
222586 | Zig:17   | Killed a dread lich
222587 | Zig:17   | Noticed a dread lich
222587 | Zig:17   | Noticed a dread lich
222588 | Zig:17   | Noticed a dread lich
222588 | Zig:17   | Noticed a dread lich
222588 | Zig:17   | Noticed a dread lich
222588 | Zig:17   | Noticed a dread lich
222589 | Zig:17   | Noticed an ancient lich
222589 | Zig:17   | Noticed a dread lich
222589 | Zig:17   | Killed an ancient lich
222590 | Zig:17   | Noticed a dread lich
222590 | Zig:17   | Noticed an ancient lich
222590 | Zig:17   | Noticed an ancient lich
222590 | Zig:17   | Noticed an ancient lich
222590 | Zig:17   | Noticed a dread lich
222591 | Zig:17   | Killed a dread lich
222591 | Zig:17   | Killed an ancient lich
222591 | Zig:17   | Killed an ancient lich
222591 | Zig:17   | Killed an ancient lich
222591 | Zig:17   | Killed a dread lich
222592 | Zig:17   | Noticed an ancient lich
222592 | Zig:17   | Noticed a dread lich
222592 | Zig:17   | Killed a dread lich
222592 | Zig:17   | Killed a dread lich
222593 | Zig:17   | Noticed an ancient lich
222593 | Zig:17   | Noticed a dread lich
222593 | Zig:17   | Noticed an ancient lich
222593 | Zig:17   | Killed a dread lich
222593 | Zig:17   | Killed a dread lich
222593 | Zig:17   | Noticed an ancient lich
222593 | Zig:17   | Noticed a dread lich
222593 | Zig:17   | Noticed a dread lich
222594 | Zig:17   | Killed a dread lich
222594 | Zig:17   | Killed an ancient lich
222594 | Zig:17   | Killed an ancient lich
222594 | Zig:17   | Killed an ancient lich
222594 | Zig:17   | Killed a dread lich
222594 | Zig:17   | Killed a dread lich
222594 | Zig:17   | Killed a dread lich
222594 | Zig:17   | Killed a dread lich
222594 | Zig:17   | Killed an ancient lich
222594 | Zig:17   | Killed an ancient lich
222595 | Zig:17   | Noticed a dread lich
222595 | Zig:17   | Noticed a dread lich
222595 | Zig:17   | Killed an ancient lich
222596 | Zig:17   | Noticed an ancient lich
222596 | Zig:17   | Noticed an ancient lich
222596 | Zig:17   | Noticed an ancient lich
222596 | Zig:17   | Noticed a dread lich
222597 | Zig:17   | Killed a dread lich
222597 | Zig:17   | Killed a dread lich
222597 | Zig:17   | Killed a dread lich
222597 | Zig:17   | Killed an ancient lich
222600 | Zig:17   | Killed an ancient lich
222601 | Zig:17   | Noticed an ancient lich
222601 | Zig:17   | Noticed a dread lich
222602 | Zig:17   | Killed a dread lich
222602 | Zig:17   | Killed an ancient lich
222603 | Zig:17   | Killed an ancient lich
222603 | Zig:17   | Killed an ancient lich
222603 | Zig:17   | Killed a dread lich
222603 | Zig:17   | Killed an ancient lich
222603 | Zig:17   | Killed a dread lich
222603 | Zig:17   | Killed a dread lich
222606 | Zig:17   | Noticed a dread lich
222609 | Zig:17   | Killed a dread lich
222609 | Zig:17   | Killed a dread lich
222615 | Zig:17   | Killed a dread lich
222654 | Zig:17   | Identified the +2 leather armour "Soss" {Will+}
222660 | Zig:17   | Identified the +7 orcbow of Kismet {flame, rElec Str+4}
222669 | Zig:17   | Identified the ring "Boatont" {Ice rCorr SInv}
222677 | Zig:17   | Identified the +0 plate armour of the Dungeon {rN+}
222679 | Zig:17   | Identified the +3 dagger "Hewi" {flame, Fly Str+3 Int+3}
222685 | Zig:17   | Identified the +6 spear of the Establishment {flame,
                  | Stlth+}
222686 | Zig:17   | Identified the ring of Atem Huo {+Blink rF+ Will- rCorr
                  | Str+6}
222699 | Zig:17   | Identified the +0 ring mail of the Platytaur {*Slow rF++
                  | rN+ SInv}
222826 | Zig:17   | Identified the +2 pair of boots "Zolak" {rPois rC+ Will+++
                  | Dex-4}
222832 | Zig:17   | Identified the +7 halberd of the Pillar {freeze, Int+4}
223064 | Zig:18   | Entered Level 18 of a ziggurat
223092 | Zig:18   | Found the +1 cloak of Starlight {*Dazzle EV+4 Stlth--}
223440 | Zig:18   | Identified the +0 shortbow of the Weasel {freeze, rF-
                  | Dex+6}
223465 | Zig:18   | Identified the +1 ring mail of the Great Game {+Blink
                  | Dex+2}
223477 | Zig:18   | Identified the ring "Igent" {MP+9 Int+7}
223481 | Zig:18   | Identified the +3 short sword of Leanosog {chaos, rPois rC+
                  | Dex+4}
223490 | Zig:18   | Identified the ring of Kescheomp {+Blink rN+ Will- Str-3
                  | Dex+9}
223500 | Zig:18   | Identified the +8 crystal plate armour "Ahikh" {^Contam
                  | MP+9 Int-5 SInv}
223512 | Zig:18   | Identified the +4 plate armour of Nemelex Xobeh's Scorn
                  | {*Corrode rElec rN+}
223528 | Zig:18   | Identified the +8 triple sword "Posuof" {protect, MP+9
                  | Dex+4 Stlth-}
223530 | Zig:18   | Identified the +5 glaive "Dragon's Death" {freeze, Dex+7}
223554 | Zig:18   | Identified the +10 fire dragon scales of Veczauj {Rampage
                  | rElec rF++ rC- rCorr Int-3}
223558 | Zig:18   | Identified the +9 demon trident of Faischurph {drain, rElec
                  | rC++ Will+ Stlth+}
223561 | Zig:18   | Identified the +2 great sword of Qorgh {spect, Str+3}
223566 | Zig:18   | Identified the +7 scimitar "Zoafofit" {flame, rCorr}
223664 | Zig:19   | Entered Level 19 of a ziggurat
223842 | Zig:19   | Identified the +7 chain mail "Kac Caes" {Will+ Stlth+}
223843 | Zig:19   | Identified the +0 mace of Ryerykedd {freeze, rF+ MP+9}
223845 | Zig:19   | Identified the amulet of the Stag {Faith Int+3}
223846 | Zig:19   | Identified the +2 plate armour of Ytar {Int+3}
223847 | Zig:19   | Identified the +9 rapier of Optimality {venom, SInv}
223848 | Zig:19   | Identified the +6 plate armour "Cofifom" {^Drain rN++ Int+3
                  | Dex+3}
223849 | Zig:19   | Identified the +8 longbow "Luowniak" {drain, +Blink rPois
                  | rC+ Stlth-}
223852 | Zig:19   | Identified the staff of Watchfulness {Will+ Conj}
223924 | Zig:19   | Identified the +2 triple sword of Gafocus {freeze, rC+
                  | Dex+6}
224231 | Zig:19   | Identified the +5 orcbow of the Blushing Ass {heavy,
                  | ^Fragile rElec Will+++ Str+6}
224243 | Zig:19   | Identified the staff "Ungystao" {rPois rC+ Str+4 Ice}
224254 | Zig:20   | Entered Level 20 of a ziggurat
224319 | Zig:20   | Noticed Tenemor the pandemonium lord
224327 | Zig:20   | Killed Tenemor the pandemonium lord
224372 | Zig:20   | Identified the ring of Tuatoer {rC+ rN+ Will+}
224383 | Zig:20   | Identified the +4 falchion of Loufriux {freeze, Will+
                  | Str+3}
224384 | Zig:20   | Identified the +8 mace "Otex" {antimagic, rC+}
224396 | Zig:20   | Identified the quicksilver dragon scales of the Sky {rC+++
                  | Will+ rCorr Int-3}
224399 | Zig:20   | Identified the +0 plate armour of Zukos {Str+4}
224400 | Zig:20   | Identified the ring "Pepeq" {Fire Int-4 Dex+6 SInv}
224417 | Zig:20   | Identified the +3 sling of Dissent {speed, Int+3}
224881 | Zig:21   | Entered Level 21 of a ziggurat
224885 | Zig:21   | Noticed a royal mummy
224886 | Zig:21   | Noticed a royal mummy
224887 | Zig:21   | Noticed a royal mummy
224888 | Zig:21   | Noticed a royal mummy
224888 | Zig:21   | Noticed a royal mummy
224888 | Zig:21   | Noticed a royal mummy
224888 | Zig:21   | Noticed a royal mummy
224888 | Zig:21   | Noticed a royal mummy
224888 | Zig:21   | Noticed a royal mummy
224888 | Zig:21   | Noticed a royal mummy
224888 | Zig:21   | Noticed a royal mummy
224888 | Zig:21   | Noticed a royal mummy
224888 | Zig:21   | Noticed a royal mummy
224888 | Zig:21   | Noticed a royal mummy
224888 | Zig:21   | Noticed a royal mummy
224888 | Zig:21   | Noticed a royal mummy
224888 | Zig:21   | Noticed a royal mummy
224888 | Zig:21   | Noticed a royal mummy
224888 | Zig:21   | Noticed a royal mummy
224888 | Zig:21   | Noticed an ancient lich
224888 | Zig:21   | Noticed a royal mummy
224888 | Zig:21   | Noticed a royal mummy
224888 | Zig:21   | Noticed a royal mummy
224888 | Zig:21   | Noticed a royal mummy
224888 | Zig:21   | Noticed a royal mummy
224888 | Zig:21   | Noticed a royal mummy
224888 | Zig:21   | Noticed a royal mummy
224888 | Zig:21   | Noticed a royal mummy
224888 | Zig:21   | Noticed a royal mummy
224888 | Zig:21   | Noticed a royal mummy
224888 | Zig:21   | Noticed a royal mummy
224888 | Zig:21   | Noticed a royal mummy
224889 | Zig:21   | Killed a royal mummy
224889 | Zig:21   | Killed a royal mummy
224889 | Zig:21   | Killed a royal mummy
224889 | Zig:21   | Killed a royal mummy
224889 | Zig:21   | Killed a royal mummy
224889 | Zig:21   | Killed a royal mummy
224889 | Zig:21   | Killed a royal mummy
224889 | Zig:21   | Killed a royal mummy
224889 | Zig:21   | Killed a royal mummy
224889 | Zig:21   | Killed a royal mummy
224889 | Zig:21   | Killed a royal mummy
224889 | Zig:21   | Killed a royal mummy
224889 | Zig:21   | Killed a royal mummy
224889 | Zig:21   | Killed a royal mummy
224889 | Zig:21   | Killed a royal mummy
224889 | Zig:21   | Killed a royal mummy
224889 | Zig:21   | Noticed a royal mummy
224890 | Zig:21   | Noticed a royal mummy
224890 | Zig:21   | Noticed a royal mummy
224890 | Zig:21   | Noticed a royal mummy
224890 | Zig:21   | Noticed a royal mummy
224891 | Zig:21   | Noticed a royal mummy
224891 | Zig:21   | Noticed a royal mummy
224891 | Zig:21   | Noticed a royal mummy
224892 | Zig:21   | Noticed a royal mummy
224893 | Zig:21   | Killed a royal mummy
224893 | Zig:21   | Killed a royal mummy
224893 | Zig:21   | Killed a royal mummy
224893 | Zig:21   | Killed a royal mummy
224893 | Zig:21   | Killed a royal mummy
224893 | Zig:21   | Killed a royal mummy
224893 | Zig:21   | Killed a royal mummy
224893 | Zig:21   | Killed a royal mummy
224893 | Zig:21   | Killed a royal mummy
224893 | Zig:21   | Killed a royal mummy
224893 | Zig:21   | Killed an ancient lich
224893 | Zig:21   | Noticed a royal mummy
224893 | Zig:21   | Noticed a royal mummy
224893 | Zig:21   | Noticed a royal mummy
224896 | Zig:21   | Noticed a royal mummy
224897 | Zig:21   | Killed a royal mummy
224897 | Zig:21   | Noticed a royal mummy
224897 | Zig:21   | Noticed an ancient lich
224898 | Zig:21   | Noticed a royal mummy
224898 | Zig:21   | Noticed a royal mummy
224899 | Zig:21   | Noticed a royal mummy
224899 | Zig:21   | Killed a royal mummy
224899 | Zig:21   | Killed a royal mummy
224899 | Zig:21   | Noticed a royal mummy
224900 | Zig:21   | Killed a royal mummy
224900 | Zig:21   | Killed a royal mummy
224900 | Zig:21   | Killed a royal mummy
224900 | Zig:21   | Killed a royal mummy
224900 | Zig:21   | Killed a royal mummy
224900 | Zig:21   | Killed a royal mummy
224900 | Zig:21   | Killed a royal mummy
224900 | Zig:21   | Noticed a royal mummy
224900 | Zig:21   | Noticed a royal mummy
224900 | Zig:21   | Noticed a royal mummy
224901 | Zig:21   | Noticed a royal mummy
224901 | Zig:21   | Noticed an ancient lich
224901 | Zig:21   | Noticed a royal mummy
224901 | Zig:21   | Noticed a royal mummy
224901 | Zig:21   | Killed a royal mummy
224901 | Zig:21   | Noticed a royal mummy
224901 | Zig:21   | Noticed a royal mummy
224901 | Zig:21   | Noticed a royal mummy
224901 | Zig:21   | Noticed a royal mummy
224901 | Zig:21   | Noticed a royal mummy
224901 | Zig:21   | Noticed a royal mummy
224901 | Zig:21   | Noticed a royal mummy
224902 | Zig:21   | Noticed a royal mummy
224906 | Zig:21   | Killed a royal mummy
224906 | Zig:21   | Killed a royal mummy
224906 | Zig:21   | Killed a royal mummy
224906 | Zig:21   | Killed a royal mummy
224906 | Zig:21   | Killed a royal mummy
224906 | Zig:21   | Killed a royal mummy
224906 | Zig:21   | Killed a royal mummy
224906 | Zig:21   | Killed a royal mummy
224906 | Zig:21   | Killed a royal mummy
224906 | Zig:21   | Killed a royal mummy
224906 | Zig:21   | Killed a royal mummy
224907 | Zig:21   | Killed a royal mummy
224907 | Zig:21   | Killed a royal mummy
224907 | Zig:21   | Killed an ancient lich
224907 | Zig:21   | Killed an ancient lich
224907 | Zig:21   | Killed a royal mummy
224907 | Zig:21   | Killed a royal mummy
224907 | Zig:21   | Killed a royal mummy
224907 | Zig:21   | Killed a royal mummy
224908 | Zig:21   | Noticed a royal mummy
224908 | Zig:21   | Noticed a royal mummy
224909 | Zig:21   | Killed a royal mummy
224910 | Zig:21   | Killed a royal mummy
224911 | Zig:21   | Killed a royal mummy
224911 | Zig:21   | Killed a royal mummy
224912 | Zig:21   | Killed a royal mummy
224912 | Zig:21   | Killed a royal mummy
224912 | Zig:21   | Killed a royal mummy
224912 | Zig:21   | Killed a royal mummy
224917 | Zig:21   | Killed a royal mummy
224918 | Zig:21   | Killed a royal mummy
224919 | Zig:21   | Killed a royal mummy
225022 | Zig:21   | Identified the +0 helmet "Vulifank" {Dex+4}
225027 | Zig:21   | Identified the ring "Kenipag" {rC+ Will+ SInv}
225066 | Zig:21   | Identified the +10 arbalest "Tonomaodgh" {antimagic, rF++
                  | Will-}
225069 | Zig:21   | Identified the +8 plate armour of Hoineeb {rF++ rC- rN+}
225627 | Zig:22   | Entered Level 22 of a ziggurat
226334 | Zig:22   | Identified the +4 short sword of Dejinia {freeze, Stlth+}
226388 | Zig:22   | Identified the +0 ring mail of Hicarocu {Str+5}
226396 | Zig:22   | Identified the amulet "Xetonwag" {Faith rF- Dex+9 Slay+3}
226400 | Zig:22   | Identified the +12 short sword "Fyskuuv" {flame, *Noise
                  | Str+2 Int+5}
226417 | Zig:22   | Identified the +5 kite shield of Weightlessness {rElec
                  | rCorr}
226427 | Zig:22   | Identified the +1 robe "Kourph" {+Blink Str+3 Dex-5}
226429 | Zig:22   | Identified the +8 glaive "Killer Bee's Doom" {spect,
                  | ^Contam rN+ Int+7 SInv}
226439 | Zig:22   | Identified the ring of Hiloetunn {rC+ AC+4 Str+4 Int+4}
226457 | Zig:22   | Identified the +4 great mace of Saos {drain, rF+ Will++
                  | rCorr Int-2}
226459 | Zig:22   | Identified the +8 war axe of the Seven Dreams {antimagic,
                  | rElec Str+3}
226500 | Zig:22   | Identified the staff of Beyond {rF+ rN+ Dex+2 Conj}
226589 | Zig:23   | Entered Level 23 of a ziggurat
226608 | Zig:23   | Paralysed by an air elemental for 1 turns
226783 | Zig:23   | Identified the staff of the Exiled Interlopers {Fire Earth}
226790 | Zig:23   | Identified the +6 scimitar "Solin" {protect, rN+ Str+4
                  | Dex+3}
226804 | Zig:23   | Identified the staff of Ru's Reproof {rElec rPois rC- rN+
                  | Str+5 Necro}
227326 | Zig:24   | Entered Level 24 of a ziggurat
227898 | Zig:24   | Identified the +1 leather armour "Ciesuets" {rCorr Str+4
                  | Int-4}
227917 | Zig:24   | Identified the +7 orcbow "Arcanum" {heavy, rElec rPois rF+
                  | Will+}
227925 | Zig:24   | Identified the +7 great sword "Xieraem" {speed, +Blink
                  | rPois rF-}
227965 | Zig:24   | Identified the +1 pair of gloves "Xasyedo" {rC+ Will+
                  | Slay+3 SInv}
227973 | Zig:24   | Identified the staff of Kindness {rElec rCorr Int+2 Air}
227989 | Zig:24   | Identified the +8 halberd of the Pillar {flame, rCorr}
227995 | Zig:24   | Identified the staff of Iruvvit {rC+ Summ Ice}
227997 | Zig:24   | Identified the +3 long sword "bakla's Doom" {freeze, rN+}
228039 | Zig:24   | Identified the +6 battleaxe of Defiance {freeze, *Rage rC++
                  | Str+2}
228040 | Zig:24   | Identified the +0 plate armour "Yjuptir" {Harm Regen+
                  | Dex-3}
228057 | Zig:24   | Identified the +0 chain mail "Ladusiz" {Harm Dex+2}
228098 | Zig:25   | Entered Level 25 of a ziggurat
228118 | Zig:25   | Noticed a dread lich
228120 | Zig:25   | Paralysed by a wendigo for 1 turns
228132 | Zig:25   | Paralysed by a wendigo for 1 turns
228136 | Zig:25   | Killed a dread lich
228261 | Zig:25   | Identified the +9 flail "Musa" {heavy, rF- Int+5}
228271 | Zig:25   | Identified the +5 plate armour of the Beggar {rCorr}
228272 | Zig:25   | Identified the +3 chain mail of the Hanged Man {rF+ Stlth+}
228276 | Zig:25   | Identified the +7 hand axe of the Two Names {flame, *Noise
                  | rN+ Str+3}
228281 | Zig:25   | Identified the ring of Iliasmab {Fly Dex+4}
228284 | Zig:25   | Identified the amulet "Xaohoudgho" {Faith rCorr Str-5 Dex+4
                  | Slay+5}
228293 | Zig:25   | Identified the ring "Haetucobb" {rElec rF+}
228308 | Zig:25   | Identified the +1 glaive of Midwinter {venom, rElec}
228310 | Zig:25   | Identified the +2 rapier of Joutarch {holy, rC+ Int+2}
228750 | Zig:25   | Identified the +8 longbow "Ulipsem" {speed, rC+ Int+4
                  | Stlth+}
228839 | Zig:26   | Entered Level 26 of a ziggurat
229473 | Zig:26   | Identified the amulet "Qireot" {Faith rPois rC++ Dex-4}
229480 | Zig:26   | Identified the +9 hand axe of Voracious Exoneration {flame,
                  | rC+ Int+3 Stlth-}
229481 | Zig:26   | Identified the +5 quarterstaff of Ysuac {vamp, ^Drain rElec
                  | rPois Dex+5}
229505 | Zig:26   | Identified the +1 quarterstaff of Extinguishment {flame,
                  | ^Drain +Blink Will+++ Int-2}
229536 | Zig:26   | Identified the +0 ring mail of Dergho {Rampage rC+ Slay+3}
229631 | Zig:27   | Entered Level 27 of a ziggurat
229786 | Zig:27   | Identified the +6 triple sword "Piylojue" {heavy, rPois}
229810 | Zig:27   | Identified the +4 triple sword of Vaceusuf {flame, rN+++
                  | Int+6 Dex-4}
229812 | Zig:27   | Identified the +1 dire flail "Xiskuelo" {venom, Fly rElec
                  | Will++ SInv}
229815 | Zig:27   | Identified the +7 lajatang of the Shrinking Ancients
                  | {drain, rElec Str+2}
229877 | Zig:27   | Identified the +5 triple sword of Ufogir {freeze, rF+ Str-2
                  | Int+4}
229892 | Zig:27   | Identified the +3 dagger "Demugouf" {elec, Int+2}
229895 | Zig:27   | Identified the ring "Zunguyr" {Will+ AC+4 Int+5}
229906 | Zig:27   | Identified the ring of Suxemyli {Wiz rF+}
229916 | Zig:27   | Identified the +5 triple sword "Hydrabane" {drain, rF+ rN+
                  | Str+2}
229927 | Zig:27   | Identified the +10 battleaxe of Kismet {speed, Str+2}
230309 | Zig:27   | Identified the +0 leather armour of the Eternal Fruit
                  | {Str+2}
230814 | Zig:1    | Entered Level 1 of a ziggurat
230901 | Zig:2    | Entered Level 2 of a ziggurat
230992 | Zig:3    | Entered Level 3 of a ziggurat
231000 | Zig:3    | Noticed Hina Qio the pandemonium lord
231010 | Zig:3    | Killed Hina Qio the pandemonium lord
231059 | Zig:3    | Identified the +2 spear of Undoing {freeze, rElec}
231108 | Zig:4    | Entered Level 4 of a ziggurat
231230 | Zig:4    | Identified the amulet "Want" {RegenMP -Tele rC+ rCorr}
231243 | Zig:4    | Identified the +8 falchion of Loni {antimagic, rN+}
231258 | Zig:5    | Entered Level 5 of a ziggurat
231263 | Zig:5    | Paralysed by accursed screaming for 2 turns
231380 | Zig:5    | Identified the amulet of Zumesiw {rN+++ Will+ Regen+ SInv
                  | Stlth-}
231386 | Zig:5    | Identified the staff "Ihokhony" {*Slow Fly rElec rPois
                  | Int+2 Air}
231495 | Zig:6    | Entered Level 6 of a ziggurat
231513 | Zig:6    | Identified the +0 leather armour "Zunumum" {Will+ Str+2
                  | Dex-2 Stlth+}
231739 | Zig:7    | Entered Level 7 of a ziggurat
231828 | Zig:7    | Identified the +1 falchion of the Living Dead {speed,
                  | *Noise Will++ rCorr}
231979 | Zig:7    | Identified the staff "Yxajak Icvu" {rPois rCorr Alchemy}
232036 | Zig:8    | Entered Level 8 of a ziggurat
232036 | Zig:8    | Noticed a seraph
232036 | Zig:8    | Noticed a seraph
232037 | Zig:8    | Noticed a seraph
232037 | Zig:8    | Identified the +4 tower shield "Xuem" {rC+ rCorr}
232037 | Zig:8    | Noticed a seraph
232039 | Zig:8    | Killed a seraph
232039 | Zig:8    | Killed a seraph
232041 | Zig:8    | Noticed a seraph
232042 | Zig:8    | Killed a seraph
232047 | Zig:8    | Killed a seraph
232047 | Zig:8    | Killed a seraph
232047 | Zig:8    | Noticed a seraph
232050 | Zig:8    | Noticed a seraph
232051 | Zig:8    | Killed a seraph
232052 | Zig:8    | Killed a seraph
232052 | Zig:8    | Killed a seraph
232052 | Zig:8    | Identified the +4 tower shield of the Monkey {Dex+5}
232053 | Zig:8    | Noticed a seraph
232054 | Zig:8    | Noticed a seraph
232055 | Zig:8    | Noticed a seraph
232059 | Zig:8    | Killed a seraph
232064 | Zig:8    | Killed a seraph
232068 | Zig:8    | Identified the +8 tower shield "Eczochuun" {+Blink rC+++
                  | rCorr Slay-4}
232068 | Zig:8    | Killed a seraph
232295 | Zig:9    | Entered Level 9 of a ziggurat
232295 | Zig:9    | Noticed a royal mummy
232295 | Zig:9    | Noticed a royal mummy
232295 | Zig:9    | Noticed a royal mummy
232295 | Zig:9    | Noticed a royal mummy
232295 | Zig:9    | Noticed a royal mummy
232296 | Zig:9    | Killed a royal mummy
232297 | Zig:9    | Killed a royal mummy
232298 | Zig:9    | Noticed a royal mummy
232298 | Zig:9    | Noticed a royal mummy
232298 | Zig:9    | Killed a royal mummy
232298 | Zig:9    | Killed a royal mummy
232298 | Zig:9    | Noticed a royal mummy
232298 | Zig:9    | Noticed a royal mummy
232300 | Zig:9    | Noticed a royal mummy
232300 | Zig:9    | Noticed a royal mummy
232301 | Zig:9    | Noticed a royal mummy
232301 | Zig:9    | Noticed a royal mummy
232301 | Zig:9    | Noticed a royal mummy
232302 | Zig:9    | Killed a royal mummy
232303 | Zig:9    | Noticed a royal mummy
232305 | Zig:9    | Killed a royal mummy
232305 | Zig:9    | Killed a royal mummy
232305 | Zig:9    | Killed a royal mummy
232305 | Zig:9    | Killed a royal mummy
232305 | Zig:9    | Killed a royal mummy
232305 | Zig:9    | Killed a royal mummy
232305 | Zig:9    | Killed a royal mummy
232305 | Zig:9    | Killed a royal mummy
232306 | Zig:9    | Noticed a royal mummy
232310 | Zig:9    | Killed a royal mummy
232310 | Zig:9    | Killed a royal mummy
232315 | Zig:9    | Killed a royal mummy
232627 | Zig:9    | Identified the +2 triple sword "Hukiul" {spect, ^Drain
                  | rElec rC+ Str+2}
232630 | Zig:9    | Identified the ring of Bodily Harmony {MP+9 Int+8 Dex-3
                  | Stlth+}
232637 | Zig:10   | Entered Level 10 of a ziggurat
233075 | Zig:10   | Identified the +4 plate armour of the Desert {Rampage
                  | ^Drain +Inv Slay+5}
233078 | Zig:10   | Identified the ring "Paeckyiti" {rC+ rCorr Str+2 Dex-5}
233080 | Zig:10   | Identified the +1 triple sword of Greed {flame, +Blink}
233098 | Zig:11   | Entered Level 11 of a ziggurat
233100 | Zig:11   | Noticed Riukyx Ruist the pandemonium lord
233100 | Zig:11   | Noticed Rafuat the pandemonium lord
233101 | Zig:11   | Noticed Bifulotu the pandemonium lord
233101 | Zig:11   | Noticed Foruw the pandemonium lord
233101 | Zig:11   | Noticed Waidghep the pandemonium lord
233102 | Zig:11   | Noticed Forusm the pandemonium lord
233102 | Zig:11   | Noticed Gaix the pandemonium lord
233102 | Zig:11   | Noticed Xuruiss the pandemonium lord
233102 | Zig:11   | Noticed Namye the pandemonium lord
233103 | Zig:11   | Noticed Jiapeh the pandemonium lord
233103 | Zig:11   | Noticed Zaytot the pandemonium lord
233103 | Zig:11   | Noticed Olecagykk the pandemonium lord
233104 | Zig:11   | Noticed Wucuiz the pandemonium lord
233106 | Zig:11   | Killed Xuruiss the pandemonium lord
233109 | Zig:11   | Killed Rafuat the pandemonium lord
233109 | Zig:11   | Killed Gaix the pandemonium lord
233109 | Zig:11   | Noticed Xisielar the pandemonium lord
233112 | Zig:11   | Killed Waidghep the pandemonium lord
233112 | Zig:11   | Noticed Buboedwi the pandemonium lord
233113 | Zig:11   | Killed Foruw the pandemonium lord
233113 | Zig:11   | Noticed Cocuv the pandemonium lord
233113 | Zig:11   | Noticed Zexusm the pandemonium lord
233115 | Zig:11   | Noticed Hel Roe the pandemonium lord
233115 | Zig:11   | Noticed Cuch the pandemonium lord
233116 | Zig:11   | Noticed Arhoz the pandemonium lord
233117 | Zig:11   | Noticed Kuonao the pandemonium lord
233117 | Zig:11   | Killed Riukyx Ruist the pandemonium lord
233117 | Zig:11   | Noticed Jyceus the pandemonium lord
233118 | Zig:11   | Noticed Pyib the pandemonium lord
233118 | Zig:11   | Noticed Pynapack the pandemonium lord
233119 | Zig:11   | Noticed Firphiace the pandemonium lord
233119 | Zig:11   | Noticed Xoutsatt the pandemonium lord
233119 | Zig:11   | Noticed Qoheehun the pandemonium lord
233119 | Zig:11   | Noticed Ligikh the pandemonium lord
233121 | Zig:11   | Noticed Xemnuotam the pandemonium lord
233121 | Zig:11   | Noticed Cujoqub the pandemonium lord
233122 | Zig:11   | Killed Kuonao the pandemonium lord
233122 | Zig:11   | Killed Pynapack the pandemonium lord
233122 | Zig:11   | Killed Arhoz the pandemonium lord
233122 | Zig:11   | Killed Namye the pandemonium lord
233122 | Zig:11   | Killed Bifulotu the pandemonium lord
233122 | Zig:11   | Noticed Goaveseg the pandemonium lord
233123 | Zig:11   | Noticed Yrholul the pandemonium lord
233123 | Zig:11   | Noticed Xaihu the pandemonium lord
233123 | Zig:11   | Noticed Ruvamn the pandemonium lord
233123 | Zig:11   | Noticed Xiwk the pandemonium lord
233124 | Zig:11   | Noticed Paraimnu the pandemonium lord
233124 | Zig:11   | Killed Jiapeh the pandemonium lord
233124 | Zig:11   | Noticed Pomaps the pandemonium lord
233125 | Zig:11   | Noticed Plog the pandemonium lord
233126 | Zig:11   | Noticed Pecay the pandemonium lord
233126 | Zig:11   | Noticed Arubeeve the pandemonium lord
233127 | Zig:11   | Killed Pyib the pandemonium lord
233127 | Zig:11   | Killed Wucuiz the pandemonium lord
233127 | Zig:11   | Killed Ligikh the pandemonium lord
233127 | Zig:11   | Killed Qoheehun the pandemonium lord
233127 | Zig:11   | Killed Zaytot the pandemonium lord
233128 | Zig:11   | Killed Firphiace the pandemonium lord
233128 | Zig:11   | Killed Zexusm the pandemonium lord
233129 | Zig:11   | Noticed Ywkeg the pandemonium lord
233129 | Zig:11   | Killed Xisielar the pandemonium lord
233129 | Zig:11   | Killed Cocuv the pandemonium lord
233129 | Zig:11   | Killed Cuch the pandemonium lord
233129 | Zig:11   | Killed Paraimnu the pandemonium lord
233129 | Zig:11   | Killed Forusm the pandemonium lord
233129 | Zig:11   | Killed Xoutsatt the pandemonium lord
233129 | Zig:11   | Killed Buboedwi the pandemonium lord
233130 | Zig:11   | Killed Cujoqub the pandemonium lord
233130 | Zig:11   | Killed Jyceus the pandemonium lord
233130 | Zig:11   | Killed Arubeeve the pandemonium lord
233130 | Zig:11   | Killed Ruvamn the pandemonium lord
233130 | Zig:11   | Killed Olecagykk the pandemonium lord
233131 | Zig:11   | Killed Hel Roe the pandemonium lord
233132 | Zig:11   | Killed Xaihu the pandemonium lord
233132 | Zig:11   | Killed Xemnuotam the pandemonium lord
233133 | Zig:11   | Killed Pomaps the pandemonium lord
233134 | Zig:11   | Killed Xiwk the pandemonium lord
233134 | Zig:11   | Killed Yrholul the pandemonium lord
233135 | Zig:11   | Noticed Ocedipap the pandemonium lord
233135 | Zig:11   | Noticed Gusu the pandemonium lord
233135 | Zig:11   | Noticed Kocysoe the pandemonium lord
233135 | Zig:11   | Noticed Itett the pandemonium lord
233136 | Zig:11   | Noticed Ovis the pandemonium lord
233136 | Zig:11   | Noticed Malacsi the pandemonium lord
233138 | Zig:11   | Noticed Tipt the pandemonium lord
233140 | Zig:11   | Killed Plog the pandemonium lord
233140 | Zig:11   | Killed Goaveseg the pandemonium lord
233141 | Zig:11   | Killed Ocedipap the pandemonium lord
233144 | Zig:11   | Killed Itett the pandemonium lord
233144 | Zig:11   | Killed Kocysoe the pandemonium lord
233146 | Zig:11   | Killed Ywkeg the pandemonium lord
233150 | Zig:11   | Killed Malacsi the pandemonium lord
233150 | Zig:11   | Killed Gusu the pandemonium lord
233151 | Zig:11   | Killed Pecay the pandemonium lord
233161 | Zig:11   | Killed Tipt the pandemonium lord
233172 | Zig:11   | Killed Ovis the pandemonium lord
233490 | Zig:12   | Entered Level 12 of a ziggurat
233533 | Zig:12   | Identified the +1 trident "Kooff" {chaos, rPois rN+ rCorr
                  | Int+3}
233752 | Zig:12   | Identified the ring of the Meadowlark {^Drain rElec Will+
                  | Str+6 Int+3}
233798 | Zig:12   | Identified the +10 short sword of Qaagum {pain, rPois rC+
                  | rCorr Dex-3}
233801 | Zig:12   | Identified the +6 chain mail of Nyelirec {Rampage Str+4
                  | SInv}
233811 | Zig:12   | Identified the +2 leather armour of the Fife {+Blink rF+
                  | rC+}
233827 | Zig:12   | Identified the +2 triple sword "Saruit" {freeze, *Noise Fly
                  | Dex+3}
233854 | Zig:13   | Entered Level 13 of a ziggurat
233855 | Zig:13   | Noticed an ancient lich
233856 | Zig:13   | Noticed a dread lich
233856 | Zig:13   | Noticed an ancient lich
233856 | Zig:13   | Noticed a dread lich
233856 | Zig:13   | Noticed a dread lich
233856 | Zig:13   | Noticed an ancient lich
233857 | Zig:13   | Noticed a dread lich
233858 | Zig:13   | Killed a dread lich
233858 | Zig:13   | Killed an ancient lich
233859 | Zig:13   | Noticed an ancient lich
233859 | Zig:13   | Noticed an ancient lich
233860 | Zig:13   | Noticed an ancient lich
233861 | Zig:13   | Noticed a dread lich
233861 | Zig:13   | Noticed an ancient lich
233861 | Zig:13   | Noticed a dread lich
233861 | Zig:13   | Noticed a dread lich
233862 | Zig:13   | Noticed an ancient lich
233862 | Zig:13   | Noticed a dread lich
233862 | Zig:13   | Noticed a dread lich
233862 | Zig:13   | Killed an ancient lich
233862 | Zig:13   | Killed an ancient lich
233863 | Zig:13   | Noticed a dread lich
233863 | Zig:13   | Noticed a dread lich
233864 | Zig:13   | Killed a dread lich
233864 | Zig:13   | Killed a dread lich
233864 | Zig:13   | Killed a dread lich
233864 | Zig:13   | Killed a dread lich
233864 | Zig:13   | Killed an ancient lich
233864 | Zig:13   | Killed an ancient lich
233864 | Zig:13   | Killed a dread lich
233864 | Zig:13   | Killed an ancient lich
233865 | Zig:13   | Noticed a dread lich
233865 | Zig:13   | Noticed an ancient lich
233865 | Zig:13   | Killed an ancient lich
233865 | Zig:13   | Killed an ancient lich
233865 | Zig:13   | Killed a dread lich
233865 | Zig:13   | Killed a dread lich
233865 | Zig:13   | Noticed an ancient lich
233866 | Zig:13   | Noticed a dread lich
233866 | Zig:13   | Noticed a dread lich
233867 | Zig:13   | Noticed an ancient lich
233868 | Zig:13   | Noticed an ancient lich
233868 | Zig:13   | Noticed an ancient lich
233868 | Zig:13   | Noticed a dread lich
233868 | Zig:13   | Noticed an ancient lich
233869 | Zig:13   | Noticed an ancient lich
233870 | Zig:13   | Noticed a dread lich
233870 | Zig:13   | Killed a dread lich
233870 | Zig:13   | Killed a dread lich
233870 | Zig:13   | Killed an ancient lich
233870 | Zig:13   | Killed an ancient lich
233870 | Zig:13   | Killed a dread lich
233870 | Zig:13   | Killed a dread lich
233870 | Zig:13   | Killed a dread lich
233873 | Zig:13   | Killed an ancient lich
233873 | Zig:13   | Killed a dread lich
233873 | Zig:13   | Killed an ancient lich
233873 | Zig:13   | Killed a dread lich
233873 | Zig:13   | Killed an ancient lich
233873 | Zig:13   | Killed an ancient lich
233873 | Zig:13   | Killed a dread lich
233873 | Zig:13   | Killed an ancient lich
233875 | Zig:13   | Noticed a dread lich
233879 | Zig:13   | Killed a dread lich
233943 | Zig:13   | Identified the staff of Leqicubb {rElec Str+5 Air}
233956 | Zig:13   | Identified the amulet "Dexzaryc" {Faith Rampage Dex+3
                  | Stlth+}
234234 | Zig:14   | Entered Level 14 of a ziggurat
234239 | Zig:14   | Noticed an ancient lich
234239 | Zig:14   | Noticed an ancient lich
234240 | Zig:14   | Noticed an ancient lich
234241 | Zig:14   | Killed an ancient lich
234242 | Zig:14   | Noticed a dread lich
234242 | Zig:14   | Noticed a dread lich
234242 | Zig:14   | Noticed an ancient lich
234242 | Zig:14   | Noticed an ancient lich
234242 | Zig:14   | Noticed an ancient lich
234242 | Zig:14   | Noticed a dread lich
234243 | Zig:14   | Noticed a dread lich
234243 | Zig:14   | Noticed a dread lich
234243 | Zig:14   | Killed an ancient lich
234244 | Zig:14   | Noticed a dread lich
234245 | Zig:14   | Killed an ancient lich
234245 | Zig:14   | Killed an ancient lich
234245 | Zig:14   | Noticed an ancient lich
234246 | Zig:14   | Noticed an ancient lich
234246 | Zig:14   | Noticed an ancient lich
234247 | Zig:14   | Noticed an ancient lich
234247 | Zig:14   | Noticed an ancient lich
234248 | Zig:14   | Killed an ancient lich
234248 | Zig:14   | Killed a dread lich
234248 | Zig:14   | Killed a dread lich
234248 | Zig:14   | Killed a dread lich
234248 | Zig:14   | Killed a dread lich
234248 | Zig:14   | Killed an ancient lich
234248 | Zig:14   | Killed a dread lich
234248 | Zig:14   | Killed a dread lich
234248 | Zig:14   | Killed an ancient lich
234249 | Zig:14   | Noticed a dread lich
234249 | Zig:14   | Noticed an ancient lich
234249 | Zig:14   | Noticed a dread lich
234249 | Zig:14   | Noticed an ancient lich
234250 | Zig:14   | Killed an ancient lich
234250 | Zig:14   | Killed an ancient lich
234250 | Zig:14   | Killed a dread lich
234250 | Zig:14   | Noticed an ancient lich
234250 | Zig:14   | Killed an ancient lich
234252 | Zig:14   | Noticed an ancient lich
234252 | Zig:14   | Noticed a dread lich
234252 | Zig:14   | Noticed an ancient lich
234252 | Zig:14   | Noticed a dread lich
234252 | Zig:14   | Killed an ancient lich
234253 | Zig:14   | Noticed an ancient lich
234253 | Zig:14   | Noticed an ancient lich
234254 | Zig:14   | Noticed an ancient lich
234255 | Zig:14   | Killed an ancient lich
234256 | Zig:14   | Killed an ancient lich
234256 | Zig:14   | Killed an ancient lich
234256 | Zig:14   | Killed an ancient lich
234256 | Zig:14   | Killed an ancient lich
234256 | Zig:14   | Killed a dread lich
234257 | Zig:14   | Killed an ancient lich
234258 | Zig:14   | Killed a dread lich
234258 | Zig:14   | Killed an ancient lich
234258 | Zig:14   | Killed an ancient lich
234258 | Zig:14   | Killed a dread lich
234334 | Zig:14   | Identified the +1 ring mail of Insatiable Hunger {+Inv
                  | rElec rF- Dex+7}
234567 | Zig:14   | Identified the ring "Vaqet" {Wiz Str+9}
234574 | Zig:14   | Identified the ring of Temay {Str+6 Dex+2 Slay+2}
234649 | Zig:15   | Entered Level 15 of a ziggurat
234744 | Zig:15   | Identified the +3 war axe of the Spinneret {protect, rF+
                  | Dex+2}
234754 | Zig:15   | Identified the staff "Emoivet" {rPois rF+ Str+3 Fire Earth}
234761 | Zig:15   | Identified the staff "Sarop" {rN++ Str-2 Dex-5 Ice Earth}
234763 | Zig:15   | Identified the +8 mace "Caolexon" {elec, Int+6 Dex+3}
234775 | Zig:15   | Identified the ring of the Keeping Scavenger {rElec rF+
                  | Int+3 Dex+4 Slay-6}
234790 | Zig:15   | Identified the +9 great mace of the Fox {heavy, rF+ Int+2}
235281 | Zig:16   | Entered Level 16 of a ziggurat
235281 | Zig:16   | Noticed a juggernaut
235281 | Zig:16   | Noticed a juggernaut
235282 | Zig:16   | Killed a juggernaut
235283 | Zig:16   | Noticed a juggernaut
235284 | Zig:16   | Noticed a juggernaut
235284 | Zig:16   | Noticed a juggernaut
235284 | Zig:16   | Noticed a juggernaut
235285 | Zig:16   | Noticed a juggernaut
235286 | Zig:16   | Noticed a juggernaut
235286 | Zig:16   | Noticed a juggernaut
235287 | Zig:16   | Noticed a juggernaut
235287 | Zig:16   | Noticed a juggernaut
235287 | Zig:16   | Noticed a juggernaut
235288 | Zig:16   | Killed a juggernaut
235288 | Zig:16   | Noticed a juggernaut
235289 | Zig:16   | Killed a juggernaut
235290 | Zig:16   | Killed a juggernaut
235290 | Zig:16   | Killed a juggernaut
235290 | Zig:16   | Killed a juggernaut
235290 | Zig:16   | Killed a juggernaut
235290 | Zig:16   | Killed a juggernaut
235290 | Zig:16   | Killed a juggernaut
235290 | Zig:16   | Killed a juggernaut
235291 | Zig:16   | Noticed a juggernaut
235291 | Zig:16   | Killed a juggernaut
235292 | Zig:16   | Noticed a juggernaut
235292 | Zig:16   | Noticed a juggernaut
235292 | Zig:16   | Killed a juggernaut
235293 | Zig:16   | Killed a juggernaut
235293 | Zig:16   | Killed a juggernaut
235294 | Zig:16   | Noticed a juggernaut
235294 | Zig:16   | Noticed a juggernaut
235295 | Zig:16   | Noticed a juggernaut
235295 | Zig:16   | Noticed a juggernaut
235296 | Zig:16   | Killed a juggernaut
235297 | Zig:16   | Noticed a juggernaut
235297 | Zig:16   | Noticed a juggernaut
235297 | Zig:16   | Killed a juggernaut
235297 | Zig:16   | Killed a juggernaut
235298 | Zig:16   | Killed a juggernaut
235299 | Zig:16   | Killed a juggernaut
235299 | Zig:16   | Killed a juggernaut
235303 | Zig:16   | Killed a juggernaut
235304 | Zig:16   | Killed a juggernaut
235884 | Zig:16   | Identified the +3 hand axe of the Eel {freeze, rElec Dex+2}
235886 | Zig:16   | Identified the ring "Omatzito" {rN+ Str+6 Dex+3 Stlth+}
235895 | Zig:16   | Identified the staff of Prescription {rF+ rC+ Will- Stlth+
                  | Ice}
235897 | Zig:16   | Identified the +1 chain mail of Dunoacw {rN+}
235901 | Zig:16   | Identified the +3 robe of the Gloaming {Harm Str-3 Dex+2
                  | SInv}
235906 | Zig:16   | Identified the staff "Jups" {rCorr Str-2 Dex+6 Conj}
235909 | Zig:16   | Identified the +0 long sword of Discomfort {freeze, rPois
                  | rF- MP+9 Dex+3}
235917 | Zig:16   | Identified the +6 hand axe "Orphuddo" {flame, rN+}
235919 | Zig:16   | Identified the ring of Meuf {rPois rC+++ Str+4 Stlth-}
235921 | Zig:16   | Identified the +12 ice dragon scales of the Sun {Rampage
                  | rF- rC++ Stlth+}
235927 | Zig:16   | Identified the staff of Tesoq {rElec rC+ Str-4 Dex+8 Hexes
                  | Ice}
235934 | Zig:16   | Identified the orb of Sese Qamila {light, Dex+2}
235946 | Zig:16   | Identified the amulet of Vehumet's Vengeance {*Corrode
                  | rElec Regen+ Int+7}
235994 | Zig:17   | Entered Level 17 of a ziggurat
236111 | Zig:17   | Identified the +1 leather armour of Life {-Cast *Corrode
                  | +Blink rF++}
236131 | Zig:17   | Identified the +7 great mace "Qik Pafu" {flame, rPois rN+}
236177 | Zig:17   | Identified the +2 triple sword of Daemp {vamp, rPois rCorr}
236456 | Zig:17   | Identified the +11 glaive of the Philosopher {protect,
                  | Int+7}
236466 | Zig:18   | Entered Level 18 of a ziggurat
236949 | Zig:18   | Identified the +4 scimitar "Demonslayer" {vamp, rN+}
237031 | Zig:18   | Identified the +5 broad axe "Elolucyo" {vamp, rN+}
237040 | Zig:19   | Entered Level 19 of a ziggurat
237402 | Zig:19   | Identified the +2 shortbow "Kumnofaopo" {drain, Str+6}
237423 | Zig:19   | Identified the +6 short sword of the Empty Page {elec,
                  | ^Contam Str+3 Int+2 Dex+3}
237445 | Zig:19   | Identified the ring of Res Nullius {rN+ Int+6 Dex+3}
237448 | Zig:19   | Identified the +7 war axe of Dismay {flame, rElec rCorr}
237449 | Zig:19   | Identified the -2 kite shield of Stoicism {+Blink Slay+2}
237451 | Zig:19   | Identified the amulet of Xom's Passing Interest {rPois
                  | Regen+}
237459 | Zig:19   | Identified the +5 triple sword of Eternal Vigilance {venom,
                  | Dex+6}
237468 | Zig:19   | Identified the staff of Foolhardiness {rC+ Dex+2 Ice}
237497 | Zig:19   | Identified the +9 glaive "Liesyelu" {vamp, +Blink rF+ rC-
                  | rCorr Str+3}
237504 | Zig:19   | Identified the +0 fire dragon scales "Jarin" {rF++ rC-
                  | Int+2}
237543 | Zig:19   | Identified the staff "Demonslayer" {^Fragile rPois Int+5
                  | Alchemy}
237783 | Zig:20   | Entered Level 20 of a ziggurat
238554 | Zig:20   | Identified the +6 rapier "Bunicoum" {freeze, rF+}
238559 | Zig:20   | Identified the staff of Dullness {rC+ Will- Dex+3 Tloc
                  | Earth}
238578 | Zig:20   | Identified the +3 broad axe "Lodur" {drain, +Blink rPois
                  | Str+3}
238586 | Zig:20   | Identified the +1 quarterstaff of Dried Tears {freeze, rF+
                  | rC+}
238622 | Zig:20   | Identified the staff of Wibioh {rPois rN+ Dex+2 Alchemy}
238709 | Zig:21   | Entered Level 21 of a ziggurat
238832 | Zig:21   | Identified the staff "Puobuikh" {rElec rC- rN++ rCorr Int-5
                  | Air}
238837 | Zig:21   | Identified the +4 falchion of Fudyrr {protect, rElec Dex+3}
238840 | Zig:21   | Identified the ring of Harmony {rC+ Int+6}
238846 | Zig:21   | Identified the +0 leather armour of Quaqojem {rF+ Dex+3}
238902 | Zig:21   | Identified the +3 hand axe "Ylimede" {speed, rC+}
238903 | Zig:21   | Identified the +5 chain mail "Ruilo" {SInv}
238907 | Zig:21   | Identified the +0 robe "Kinwoqyr" {Str-3 Dex+6}
238908 | Zig:21   | Identified the +5 battleaxe of Peril {heavy, Int+2 Dex+3}
239631 | Zig:22   | Entered Level 22 of a ziggurat
240011 | Zig:22   | Identified the ring "Cuoclupp" {rPois rC+ rCorr Int-5
                  | Slay+6}
240024 | Zig:22   | Identified the +1 plate armour "Olokepn" {Regen+ Int+6}
240031 | Zig:22   | Identified the +5 scale mail of Muust {Regen+}
240037 | Zig:22   | Identified the amulet "Acousar" {Will+ Regen+}
240113 | Zig:23   | Entered Level 23 of a ziggurat
240121 | Zig:23   | Noticed a dread lich
240123 | Zig:23   | Noticed an ancient lich
240123 | Zig:23   | Noticed a dread lich
240124 | Zig:23   | Noticed an ancient lich
240124 | Zig:23   | Noticed a dread lich
240125 | Zig:23   | Noticed a dread lich
240129 | Zig:23   | Noticed an ancient lich
240129 | Zig:23   | Noticed a dread lich
240129 | Zig:23   | Noticed an ancient lich
240129 | Zig:23   | Killed an ancient lich
240129 | Zig:23   | Killed a dread lich
240130 | Zig:23   | Noticed a dread lich
240130 | Zig:23   | Noticed a dread lich
240130 | Zig:23   | Noticed an ancient lich
240131 | Zig:23   | Noticed a dread lich
240131 | Zig:23   | Noticed an ancient lich
240131 | Zig:23   | Noticed a dread lich
240131 | Zig:23   | Noticed an ancient lich
240131 | Zig:23   | Noticed a dread lich
240131 | Zig:23   | Noticed an ancient lich
240131 | Zig:23   | Noticed an ancient lich
240131 | Zig:23   | Noticed a dread lich
240131 | Zig:23   | Noticed an ancient lich
240131 | Zig:23   | Noticed an ancient lich
240132 | Zig:23   | Noticed an ancient lich
240132 | Zig:23   | Noticed a dread lich
240132 | Zig:23   | Noticed an ancient lich
240132 | Zig:23   | Noticed an ancient lich
240133 | Zig:23   | Noticed a dread lich
240133 | Zig:23   | Killed a dread lich
240133 | Zig:23   | Noticed a dread lich
240134 | Zig:23   | Noticed an ancient lich
240134 | Zig:23   | Noticed a dread lich
240134 | Zig:23   | Noticed an ancient lich
240134 | Zig:23   | Noticed a dread lich
240134 | Zig:23   | Noticed an ancient lich
240134 | Zig:23   | Noticed a dread lich
240134 | Zig:23   | Noticed a dread lich
240135 | Zig:23   | Noticed a dread lich
240135 | Zig:23   | Noticed an ancient lich
240135 | Zig:23   | Noticed a dread lich
240135 | Zig:23   | Killed a dread lich
240135 | Zig:23   | Noticed a dread lich
240135 | Zig:23   | Noticed a dread lich
240136 | Zig:23   | Killed an ancient lich
240136 | Zig:23   | Killed a dread lich
240136 | Zig:23   | Killed an ancient lich
240136 | Zig:23   | Killed a dread lich
240136 | Zig:23   | Killed an ancient lich
240136 | Zig:23   | Killed a dread lich
240136 | Zig:23   | Killed an ancient lich
240136 | Zig:23   | Killed an ancient lich
240136 | Zig:23   | Killed an ancient lich
240136 | Zig:23   | Killed a dread lich
240136 | Zig:23   | Killed a dread lich
240136 | Zig:23   | Killed an ancient lich
240136 | Zig:23   | Killed a dread lich
240136 | Zig:23   | Killed an ancient lich
240136 | Zig:23   | Killed an ancient lich
240136 | Zig:23   | Killed an ancient lich
240137 | Zig:23   | Noticed an ancient lich
240137 | Zig:23   | Noticed a dread lich
240137 | Zig:23   | Noticed a dread lich
240138 | Zig:23   | Noticed a dread lich
240139 | Zig:23   | Noticed a dread lich
240139 | Zig:23   | Noticed a dread lich
240139 | Zig:23   | Noticed a dread lich
240140 | Zig:23   | Noticed a dread lich
240140 | Zig:23   | Noticed a dread lich
240140 | Zig:23   | Noticed a dread lich
240140 | Zig:23   | Killed a dread lich
240140 | Zig:23   | Killed a dread lich
240140 | Zig:23   | Killed a dread lich
240140 | Zig:23   | Killed an ancient lich
240140 | Zig:23   | Killed a dread lich
240140 | Zig:23   | Killed an ancient lich
240140 | Zig:23   | Killed an ancient lich
240140 | Zig:23   | Killed a dread lich
240140 | Zig:23   | Killed a dread lich
240140 | Zig:23   | Killed an ancient lich
240140 | Zig:23   | Killed a dread lich
240140 | Zig:23   | Killed a dread lich
240140 | Zig:23   | Killed a dread lich
240140 | Zig:23   | Killed a dread lich
240140 | Zig:23   | Killed an ancient lich
240140 | Zig:23   | Killed a dread lich
240140 | Zig:23   | Killed a dread lich
240140 | Zig:23   | Killed a dread lich
240141 | Zig:23   | Killed a dread lich
240141 | Zig:23   | Killed an ancient lich
240141 | Zig:23   | Killed a dread lich
240141 | Zig:23   | Killed an ancient lich
240141 | Zig:23   | Killed an ancient lich
240141 | Zig:23   | Killed a dread lich
240141 | Zig:23   | Killed a dread lich
240141 | Zig:23   | Killed a dread lich
240141 | Zig:23   | Killed a dread lich
240142 | Zig:23   | Noticed a dread lich
240142 | Zig:23   | Noticed a dread lich
240143 | Zig:23   | Noticed an ancient lich
240143 | Zig:23   | Noticed a dread lich
240143 | Zig:23   | Killed a dread lich
240143 | Zig:23   | Noticed a dread lich
240143 | Zig:23   | Noticed an ancient lich
240143 | Zig:23   | Noticed an ancient lich
240144 | Zig:23   | Noticed a dread lich
240144 | Zig:23   | Noticed a dread lich
240145 | Zig:23   | Noticed an ancient lich
240145 | Zig:23   | Noticed a dread lich
240145 | Zig:23   | Killed a dread lich
240146 | Zig:23   | Killed a dread lich
240146 | Zig:23   | Killed a dread lich
240146 | Zig:23   | Killed a dread lich
240146 | Zig:23   | Killed a dread lich
240147 | Zig:23   | Noticed a dread lich
240147 | Zig:23   | Killed a dread lich
240147 | Zig:23   | Noticed an ancient lich
240147 | Zig:23   | Noticed an ancient lich
240148 | Zig:23   | Noticed an ancient lich
240148 | Zig:23   | Killed an ancient lich
240148 | Zig:23   | Killed a dread lich
240148 | Zig:23   | Killed an ancient lich
240149 | Zig:23   | Noticed a dread lich
240149 | Zig:23   | Noticed a dread lich
240150 | Zig:23   | Noticed a dread lich
240150 | Zig:23   | Noticed an ancient lich
240150 | Zig:23   | Killed a dread lich
240150 | Zig:23   | Killed an ancient lich
240151 | Zig:23   | Killed a dread lich
240151 | Zig:23   | Killed an ancient lich
240151 | Zig:23   | Killed a dread lich
240154 | Zig:23   | Found the +5 robe of Misfortune {Harm *Corrode *Slow EV+5}
240155 | Zig:23   | Killed an ancient lich
240155 | Zig:23   | Killed a dread lich
240155 | Zig:23   | Killed an ancient lich
240155 | Zig:23   | Killed a dread lich
240155 | Zig:23   | Killed a dread lich
240159 | Zig:23   | Killed an ancient lich
240159 | Zig:23   | Noticed a dread lich
240162 | Zig:23   | Killed an ancient lich
240174 | Zig:23   | Killed a dread lich
240215 | Zig:23   | Identified the amulet "Rooczyes" {Will+ Regen+}
240220 | Zig:23   | Identified the +1 triple sword of the Real Monster {speed,
                  | Dex+4}
240256 | Zig:23   | Identified the +9 orcbow "Pottirghegh" {freeze, ^Fragile
                  | rCorr Int+2 Dex+3}
240270 | Zig:23   | Identified the +0 plate armour "Epsaep" {Str+4}
240791 | Zig:24   | Entered Level 24 of a ziggurat
240797 | Zig:24   | Noticed a dread lich
240799 | Zig:24   | Noticed a dread lich
240801 | Zig:24   | Noticed a dread lich
240802 | Zig:24   | Noticed an ancient lich
240803 | Zig:24   | Noticed an ancient lich
240804 | Zig:24   | Killed a dread lich
240804 | Zig:24   | Noticed a dread lich
240804 | Zig:24   | Noticed an ancient lich
240805 | Zig:24   | Noticed a dread lich
240805 | Zig:24   | Noticed an ancient lich
240805 | Zig:24   | Noticed a dread lich
240805 | Zig:24   | Noticed an ancient lich
240806 | Zig:24   | Noticed an ancient lich
240806 | Zig:24   | Noticed a dread lich
240806 | Zig:24   | Noticed an ancient lich
240806 | Zig:24   | Noticed an ancient lich
240806 | Zig:24   | Killed an ancient lich
240807 | Zig:24   | Noticed an ancient lich
240807 | Zig:24   | Noticed a dread lich
240807 | Zig:24   | Noticed a dread lich
240807 | Zig:24   | Killed an ancient lich
240807 | Zig:24   | Noticed an ancient lich
240808 | Zig:24   | Noticed a dread lich
240808 | Zig:24   | Noticed an ancient lich
240809 | Zig:24   | Noticed a dread lich
240809 | Zig:24   | Noticed an ancient lich
240809 | Zig:24   | Noticed a dread lich
240809 | Zig:24   | Noticed an ancient lich
240810 | Zig:24   | Noticed a dread lich
240810 | Zig:24   | Killed an ancient lich
240810 | Zig:24   | Killed a dread lich
240810 | Zig:24   | Killed an ancient lich
240810 | Zig:24   | Killed an ancient lich
240810 | Zig:24   | Killed an ancient lich
240810 | Zig:24   | Killed a dread lich
240810 | Zig:24   | Killed an ancient lich
240810 | Zig:24   | Killed a dread lich
240810 | Zig:24   | Killed an ancient lich
240810 | Zig:24   | Killed an ancient lich
240810 | Zig:24   | Noticed a dread lich
240811 | Zig:24   | Noticed a dread lich
240811 | Zig:24   | Noticed a dread lich
240811 | Zig:24   | Killed a dread lich
240811 | Zig:24   | Killed a dread lich
240811 | Zig:24   | Killed a dread lich
240811 | Zig:24   | Killed a dread lich
240811 | Zig:24   | Noticed a dread lich
240812 | Zig:24   | Noticed an ancient lich
240812 | Zig:24   | Noticed an ancient lich
240812 | Zig:24   | Noticed an ancient lich
240812 | Zig:24   | Noticed an ancient lich
240812 | Zig:24   | Noticed an ancient lich
240812 | Zig:24   | Noticed an ancient lich
240812 | Zig:24   | Killed a dread lich
240812 | Zig:24   | Noticed an ancient lich
240813 | Zig:24   | Killed an ancient lich
240813 | Zig:24   | Killed a dread lich
240813 | Zig:24   | Killed an ancient lich
240813 | Zig:24   | Killed an ancient lich
240813 | Zig:24   | Killed a dread lich
240814 | Zig:24   | Noticed a dread lich
240814 | Zig:24   | Noticed a dread lich
240814 | Zig:24   | Killed a dread lich
240814 | Zig:24   | Killed a dread lich
240814 | Zig:24   | Killed an ancient lich
240814 | Zig:24   | Killed an ancient lich
240815 | Zig:24   | Noticed a dread lich
240815 | Zig:24   | Noticed an ancient lich
240815 | Zig:24   | Noticed a dread lich
240815 | Zig:24   | Killed an ancient lich
240815 | Zig:24   | Killed an ancient lich
240816 | Zig:24   | Noticed a dread lich
240816 | Zig:24   | Killed an ancient lich
240816 | Zig:24   | Killed an ancient lich
240816 | Zig:24   | Killed a dread lich
240816 | Zig:24   | Killed a dread lich
240817 | Zig:24   | Noticed a dread lich
240817 | Zig:24   | Noticed a dread lich
240817 | Zig:24   | Noticed an ancient lich
240817 | Zig:24   | Noticed a dread lich
240818 | Zig:24   | Noticed an ancient lich
240818 | Zig:24   | Noticed an ancient lich
240818 | Zig:24   | Noticed a dread lich
240818 | Zig:24   | Killed an ancient lich
240819 | Zig:24   | Noticed an ancient lich
240819 | Zig:24   | Noticed an ancient lich
240819 | Zig:24   | Killed an ancient lich
240819 | Zig:24   | Killed a dread lich
240819 | Zig:24   | Killed a dread lich
240819 | Zig:24   | Killed an ancient lich
240819 | Zig:24   | Killed an ancient lich
240819 | Zig:24   | Killed a dread lich
240819 | Zig:24   | Killed a dread lich
240819 | Zig:24   | Killed a dread lich
240820 | Zig:24   | Noticed an ancient lich
240820 | Zig:24   | Killed a dread lich
240821 | Zig:24   | Noticed an ancient lich
240821 | Zig:24   | Noticed an ancient lich
240821 | Zig:24   | Noticed a dread lich
240821 | Zig:24   | Killed a dread lich
240822 | Zig:24   | Killed an ancient lich
240822 | Zig:24   | Killed a dread lich
240822 | Zig:24   | Killed a dread lich
240822 | Zig:24   | Killed an ancient lich
240822 | Zig:24   | Killed an ancient lich
240822 | Zig:24   | Killed an ancient lich
240822 | Zig:24   | Killed a dread lich
240824 | Zig:24   | Noticed an ancient lich
240825 | Zig:24   | Killed an ancient lich
240825 | Zig:24   | Killed an ancient lich
240825 | Zig:24   | Killed a dread lich
240830 | Zig:24   | Killed an ancient lich
240846 | Zig:24   | Identified the ring "Tehor" {rElec Will- MP+9 Dex-5 SInv}
240964 | Zig:24   | Killed a dread lich
241369 | Zig:24   | Identified the +3 chain mail "Cadwamij" {rF+ rC+ rN+ Int+3}
241400 | Zig:24   | Identified the +3 longbow "Tiythrear" {elec, rPois Will+
                  | Str+3}
241406 | Zig:24   | Identified the ring "Ocvix" {MP+9 Str+3}
241415 | Zig:24   | Identified the +6 halberd of the Battered Moons {elec,
                  | Int+4 Dex+2}
241419 | Zig:24   | Identified the +6 triple sword "Suruajun" {chaos, rC- Str+3
                  | Dex+2 SInv}
241421 | Zig:24   | Identified the +1 mace of Peg Etam {flame, rPois rCorr}
241440 | Zig:24   | Identified the +7 war axe of Gluttony {freeze, rF+ Str+2
                  | Int-5}
241441 | Zig:24   | Identified the +3 shortbow "Odai" {freeze, rPois Dex+4}
241442 | Zig:24   | Identified the amulet "Muleefoc" {Reflect Harm Dex+2 SH+5}
241454 | Zig:24   | Identified the +2 helmet "Mot Dak" {Fly rPois}
241515 | Zig:25   | Entered Level 25 of a ziggurat
241528 | Zig:25   | Noticed an ancient lich
241528 | Zig:25   | Noticed an ancient lich
241530 | Zig:25   | Noticed an ancient lich
241532 | Zig:25   | Noticed an ancient lich
241532 | Zig:25   | Noticed an ancient lich
241534 | Zig:25   | Killed an ancient lich
241535 | Zig:25   | Noticed an ancient lich
241535 | Zig:25   | Noticed an ancient lich
241535 | Zig:25   | Noticed an ancient lich
241535 | Zig:25   | Noticed an ancient lich
241536 | Zig:25   | Noticed an ancient lich
241536 | Zig:25   | Noticed an ancient lich
241536 | Zig:25   | Noticed an ancient lich
241536 | Zig:25   | Killed an ancient lich
241537 | Zig:25   | Killed an ancient lich
241537 | Zig:25   | Killed an ancient lich
241539 | Zig:25   | Noticed an ancient lich
241539 | Zig:25   | Noticed an ancient lich
241539 | Zig:25   | Noticed an ancient lich
241539 | Zig:25   | Killed an ancient lich
241539 | Zig:25   | Killed an ancient lich
241539 | Zig:25   | Noticed an ancient lich
241540 | Zig:25   | Killed an ancient lich
241540 | Zig:25   | Killed an ancient lich
241540 | Zig:25   | Killed an ancient lich
241540 | Zig:25   | Killed an ancient lich
241540 | Zig:25   | Noticed an ancient lich
241541 | Zig:25   | Noticed an ancient lich
241541 | Zig:25   | Killed an ancient lich
241542 | Zig:25   | Killed an ancient lich
241543 | Zig:25   | Killed an ancient lich
241544 | Zig:25   | Noticed an ancient lich
241544 | Zig:25   | Noticed an ancient lich
241545 | Zig:25   | Noticed an ancient lich
241546 | Zig:25   | Killed an ancient lich
241546 | Zig:25   | Killed an ancient lich
241546 | Zig:25   | Killed an ancient lich
241547 | Zig:25   | Noticed an ancient lich
241548 | Zig:25   | Noticed an ancient lich
241548 | Zig:25   | Killed an ancient lich
241548 | Zig:25   | Noticed an ancient lich
241549 | Zig:25   | Noticed an ancient lich
241549 | Zig:25   | Killed an ancient lich
241553 | Zig:25   | Noticed an ancient lich
241553 | Zig:25   | Killed an ancient lich
241554 | Zig:25   | Noticed an ancient lich
241554 | Zig:25   | Killed an ancient lich
241554 | Zig:25   | Killed an ancient lich
241556 | Zig:25   | Noticed an ancient lich
241556 | Zig:25   | Noticed an ancient lich
241557 | Zig:25   | Killed an ancient lich
241558 | Zig:25   | Killed an ancient lich
241558 | Zig:25   | Killed an ancient lich
241558 | Zig:25   | Killed an ancient lich
241561 | Zig:25   | Killed an ancient lich
241561 | Zig:25   | Killed an ancient lich
241569 | Zig:25   | Killed an ancient lich
241594 | Zig:25   | Killed an ancient lich
241666 | Zig:25   | Identified the +5 ring mail of Amorality {rN+}
241667 | Zig:25   | Identified the staff "Muoloriw" {*Corrode Summ Fire Earth}
241668 | Zig:25   | Identified the +2 hand axe of the Feeding Puffin {vamp,
                  | Will+ Str+3 Dex+2}
241670 | Zig:25   | Identified the ring "Zoneaput" {Ice Slay+2}
241671 | Zig:25   | Identified the staff of Yzuuxtil {rElec Int+3 Ice Air}
241681 | Zig:25   | Identified the ring "Tumn" {Fire rElec Int+4}
241687 | Zig:25   | Identified the +1 robe of a Billion Defenders {Int+2}
241691 | Zig:25   | Identified the +2 broad axe of Kajuw {heavy, Int+2}
241700 | Zig:25   | Identified the ring "Paudav" {rF+ Int+4}
241708 | Zig:25   | Identified the +9 pearl dragon scales "Mobon" {rN+ Dex+4}
241712 | Zig:25   | Identified the +0 chain mail "Xathrecanku" {Int+6}
241718 | Zig:25   | Identified the +7 orcbow of Ogoavum {drain, rElec rC- rN+
                  | Dex+3}
241724 | Zig:25   | Identified the ring "Vaipauf" {rF+ rC- rCorr Str+3 Int+3}
241729 | Zig:25   | Identified the +4 hand axe "Eddarurgh" {flame, rCorr}
241734 | Zig:25   | Identified the staff "Worm's Wrath" {+Blink rC- rN+ rCorr
                  | Necro Alchemy}
242254 | Zig:26   | Entered Level 26 of a ziggurat
242942 | Zig:26   | Identified the +11 scale mail of Compassion {Int+2}
242949 | Zig:26   | Identified the +7 hand axe of Hiulysaq {heavy, rPois rF-
                  | rC- Str+8}
242953 | Zig:26   | Identified the +7 dagger of Makhleb {freeze, +Blink}
242960 | Zig:26   | Identified the +4 spear of Righteous Anger {heavy, rElec
                  | rPois rC+ Stlth+}
242966 | Zig:26   | Identified the +0 helmet of Fucram {rC+}
242974 | Zig:26   | Identified the +8 great mace of Peace {holy, Str+6 Int-5
                  | Stlth+}
242981 | Zig:26   | Identified the +0 shortbow of the Hierophant {elec, rElec
                  | rN+ Dex-3}
242990 | Zig:26   | Identified the +10 triple sword of Royalism {freeze, Will+
                  | Int+2 Dex-4}
242992 | Zig:26   | Identified the scarf "Furebusu" {rC+ rF+, Int+6}
242995 | Zig:26   | Identified the +11 short sword "Terumup" {spect, Int+2
                  | Stlth+}
242999 | Zig:26   | Identified the staff of Doubt {*Slow rF+ Int+6 Dex-4 Conj}
243000 | Zig:26   | Identified the orb "Hero's Friend" {light, ^Drain rPois
                  | rN+++ Int-4}
243006 | Zig:26   | Identified the +4 triple sword "Newtslayer" {venom, rElec
                  | Str+4 Dex+2}
243009 | Zig:26   | Identified the +0 leather armour "Vyde" {Str+3}
243016 | Zig:26   | Identified the +5 demon trident of Causality {vamp, *Noise
                  | rF++ rC+ Dex+3}
243102 | Zig:26   | Identified the +10 plate armour of Autotheism {rPois Will+
                  | Int-3}
243178 | Zig:27   | Entered Level 27 of a ziggurat
243194 | Zig:27   | Noticed an ancient lich
243196 | Zig:27   | Noticed a dread lich
243199 | Zig:27   | Killed an ancient lich
243199 | Zig:27   | Killed a dread lich
243208 | Zig:27   | Noticed a dread lich
243209 | Zig:27   | Killed a dread lich
243327 | Zig:27   | Paralysed by accursed screaming for 2 turns
243472 | Zig:27   | Identified the +5 hand axe "Tormentor" {flame, Will+ Str+3}
243486 | Zig:27   | Identified the +7 arbalest of Kismet {flame, *Corrode
                  | Int+7}
243489 | Zig:27   | Identified the ring of Salvation {rPois rF+ rC+ Int+6 SInv}
243490 | Zig:27   | Identified the +7 orcbow of Reinforcement {freeze, MP+9
                  | Int+4}
243493 | Zig:27   | Identified the staff "Hydraslayer" {rElec Str+2 Air}
243508 | Zig:27   | Identified the staff "Nuhycvon" {*Slow Fly rPois Int-5
                  | Earth}
243520 | Zig:27   | Identified the +5 shortbow of Freezing Slow Death {heavy,
                  | rElec rC+}
244123 | Zig:1    | Entered Level 1 of a ziggurat
244216 | Zig:2    | Entered Level 2 of a ziggurat
244216 | Zig:2    | Noticed an orb of fire
244216 | Zig:2    | Noticed an orb of fire
244218 | Zig:2    | Noticed an orb of fire
244221 | Zig:2    | Killed an orb of fire
244221 | Zig:2    | Noticed an orb of fire
244222 | Zig:2    | Noticed an orb of fire
244223 | Zig:2    | Killed an orb of fire
244224 | Zig:2    | Killed an orb of fire
244231 | Zig:2    | Killed an orb of fire
244231 | Zig:2    | Killed an orb of fire
244335 | Zig:3    | Entered Level 3 of a ziggurat
244339 | Zig:3    | Noticed Hauv the pandemonium lord
244355 | Zig:3    | Killed Hauv the pandemonium lord
244415 | Zig:3    | Identified the +2 ring mail of Mezcal {rElec Regen+ rCorr
                  | Dex-2}
244515 | Zig:4    | Entered Level 4 of a ziggurat
244669 | Zig:5    | Entered Level 5 of a ziggurat
244675 | Zig:5    | Noticed Ykurir the pandemonium lord
244681 | Zig:5    | Killed Ykurir the pandemonium lord
244851 | Zig:6    | Entered Level 6 of a ziggurat
245011 | Zig:6    | Identified the +2 quarterstaff of the Orcish Mines {holy,
                  | Will+ Int+3}
245072 | Zig:7    | Entered Level 7 of a ziggurat
245112 | Zig:7    | Identified the +3 falchion "Veefuul" {venom, rF+ rC+ Int+2
                  | Dex+4}
245116 | Zig:7    | Identified the amulet "Bara" {Acrobat rN+ rCorr Int-2}
245142 | Zig:7    | Identified the +6 scimitar of Butchery {antimagic, Fly}
245319 | Zig:8    | Entered Level 8 of a ziggurat
245319 | Zig:8    | Noticed an ancient lich
245319 | Zig:8    | Noticed an ancient lich
245319 | Zig:8    | Noticed an ancient lich
245319 | Zig:8    | Noticed a dread lich
245319 | Zig:8    | Noticed an ancient lich
245319 | Zig:8    | Noticed a dread lich
245319 | Zig:8    | Noticed a dread lich
245319 | Zig:8    | Noticed an ancient lich
245319 | Zig:8    | Noticed a dread lich
245319 | Zig:8    | Noticed a dread lich
245320 | Zig:8    | Killed an ancient lich
245321 | Zig:8    | Killed an ancient lich
245321 | Zig:8    | Killed an ancient lich
245321 | Zig:8    | Killed an ancient lich
245322 | Zig:8    | Noticed an ancient lich
245322 | Zig:8    | Noticed an ancient lich
245322 | Zig:8    | Noticed a dread lich
245322 | Zig:8    | Noticed an ancient lich
245322 | Zig:8    | Killed a dread lich
245322 | Zig:8    | Killed a dread lich
245322 | Zig:8    | Killed a dread lich
245322 | Zig:8    | Noticed a dread lich
245323 | Zig:8    | Noticed a dread lich
245323 | Zig:8    | Noticed a dread lich
245323 | Zig:8    | Noticed an ancient lich
245323 | Zig:8    | Killed a dread lich
245324 | Zig:8    | Killed a dread lich
245324 | Zig:8    | Killed an ancient lich
245325 | Zig:8    | Noticed an ancient lich
245325 | Zig:8    | Noticed an ancient lich
245325 | Zig:8    | Noticed an ancient lich
245325 | Zig:8    | Killed an ancient lich
245325 | Zig:8    | Killed a dread lich
245325 | Zig:8    | Noticed a dread lich
245328 | Zig:8    | Killed an ancient lich
245328 | Zig:8    | Killed a dread lich
245328 | Zig:8    | Killed an ancient lich
245328 | Zig:8    | Killed a dread lich
245329 | Zig:8    | Killed an ancient lich
245331 | Zig:8    | Killed an ancient lich
245331 | Zig:8    | Killed an ancient lich
245331 | Zig:8    | Killed a dread lich
245331 | Zig:8    | Killed an ancient lich
245332 | Zig:8    | Killed a dread lich
245337 | Zig:8    | Identified the +5 lajatang "Ihasm" {freeze, rF+}
245516 | Zig:8    | Identified the +12 glaive "Wiro" {holy, *Corrode rElec
                  | SInv}
245518 | Zig:8    | Identified the ring of Untruth {rF+ MP+9 AC+4}
245528 | Zig:8    | Identified the staff "Jilazxa" {rPois rC+ Will- Str+3 Conj
                  | Alchemy}
245531 | Zig:8    | Identified the +6 shadow dragon scales "Anlur" {rF+ rN+
                  | rCorr Stlth++++}
245539 | Zig:8    | Identified the ring "Wukk" {+Blink rPois rF+ Str-5 Stlth+}
245559 | Zig:9    | Entered Level 9 of a ziggurat
245587 | Zig:9    | Killed a starcursed mass
245706 | Zig:9    | Identified the ring "Curghiaw" {^Contam Fly rElec Int+3}
245767 | Zig:9    | Identified the staff of Lung {rN+ rCorr Int-3 Stlth+ Necro
                  | Earth}
245899 | Zig:10   | Entered Level 10 of a ziggurat
246139 | Zig:10   | Identified the +6 triple sword "Saisol" {chaos, Dex+3}
246147 | Zig:10   | Identified the +9 arbalest of the Shallot {freeze, rC-
                  | Str+3 Dex+7}
246167 | Zig:10   | Identified the ring "Dounad" {rF+ EV+5}
246169 | Zig:10   | Identified the +1 triple sword "Qooqi" {drain, *Slow Int+7}
246170 | Zig:10   | Identified the +11 great sword "Wygh" {flame, Str+2}
246183 | Zig:10   | Identified the +3 helmet of Plasticity {rC+}
246187 | Zig:11   | Entered Level 11 of a ziggurat
246196 | Zig:11   | Noticed an ancient lich
246200 | Zig:11   | Killed an ancient lich
246213 | Zig:11   | Found the +7 Kryia's mail coat {PotionHeal*2 rC+}
246282 | Zig:11   | Identified the ring "Noaq" {rCorr Int+3 Slay+3}
246295 | Zig:11   | Identified the +1 halberd of Oozing Pus {protect, rF+}
246297 | Zig:11   | Identified the ring of Wimu {rElec rN+ Int+3 Dex-2}
246300 | Zig:11   | Identified the ring "Mofos" {Wiz Int+3}
246301 | Zig:11   | Identified the +2 triple sword of Untimely Demise {elec,
                  | rF+ rC- Str+2}
246525 | Zig:12   | Entered Level 12 of a ziggurat
246525 | Zig:12   | Noticed Baodwott the pandemonium lord
246525 | Zig:12   | Noticed Catof the pandemonium lord
246525 | Zig:12   | Noticed Degumomiak the pandemonium lord
246525 | Zig:12   | Noticed Coajosisk the pandemonium lord
246525 | Zig:12   | Noticed Ulelisch the pandemonium lord
246525 | Zig:12   | Noticed Aviesh the pandemonium lord
246525 | Zig:12   | Noticed Urpheob the pandemonium lord
246525 | Zig:12   | Noticed Kaluab the pandemonium lord
246525 | Zig:12   | Noticed Miudd the pandemonium lord
246525 | Zig:12   | Noticed Rysiegus the pandemonium lord
246525 | Zig:12   | Noticed Vuyloniq the pandemonium lord
246525 | Zig:12   | Noticed Uwnuoph the pandemonium lord
246525 | Zig:12   | Noticed Zettausk the pandemonium lord
246525 | Zig:12   | Noticed Doog Hod the pandemonium lord
246525 | Zig:12   | Noticed Jegyttics the pandemonium lord
246525 | Zig:12   | Noticed Xeutatez the pandemonium lord
246525 | Zig:12   | Noticed Widih the pandemonium lord
246525 | Zig:12   | Noticed Xakhliem the pandemonium lord
246525 | Zig:12   | Noticed Beni the pandemonium lord
246525 | Zig:12   | Noticed Vaeveoz the pandemonium lord
246525 | Zig:12   | Noticed Feromarch the pandemonium lord
246525 | Zig:12   | Noticed Susefe the pandemonium lord
246525 | Zig:12   | Noticed Wedemir the pandemonium lord
246525 | Zig:12   | Noticed Ytuxumai the pandemonium lord
246525 | Zig:12   | Noticed Zaruc the pandemonium lord
246525 | Zig:12   | Noticed Jouvuis the pandemonium lord
246525 | Zig:12   | Noticed Comown the pandemonium lord
246525 | Zig:12   | Noticed Zousk the pandemonium lord
246525 | Zig:12   | Noticed Zyim the pandemonium lord
246529 | Zig:12   | Noticed Duotroe the pandemonium lord
246530 | Zig:12   | Killed Degumomiak the pandemonium lord
246530 | Zig:12   | Killed Rysiegus the pandemonium lord
246530 | Zig:12   | Killed Duotroe the pandemonium lord
246530 | Zig:12   | Killed Aviesh the pandemonium lord
246530 | Zig:12   | Killed Susefe the pandemonium lord
246530 | Zig:12   | Killed Ytuxumai the pandemonium lord
246530 | Zig:12   | Killed Zousk the pandemonium lord
246531 | Zig:12   | Killed Doog Hod the pandemonium lord
246531 | Zig:12   | Killed Comown the pandemonium lord
246531 | Zig:12   | Killed Zettausk the pandemonium lord
246531 | Zig:12   | Killed Uwnuoph the pandemonium lord
246531 | Zig:12   | Killed Jouvuis the pandemonium lord
246531 | Zig:12   | Killed Wedemir the pandemonium lord
246531 | Zig:12   | Killed Xeutatez the pandemonium lord
246532 | Zig:12   | Killed Ulelisch the pandemonium lord
246532 | Zig:12   | Killed Vaeveoz the pandemonium lord
246532 | Zig:12   | Killed Jegyttics the pandemonium lord
246532 | Zig:12   | Killed Zyim the pandemonium lord
246532 | Zig:12   | Killed Widih the pandemonium lord
246532 | Zig:12   | Killed Xakhliem the pandemonium lord
246532 | Zig:12   | Killed Zaruc the pandemonium lord
246532 | Zig:12   | Noticed Rofuget the pandemonium lord
246533 | Zig:12   | Killed Kaluab the pandemonium lord
246533 | Zig:12   | Noticed Nuic the pandemonium lord
246534 | Zig:12   | Noticed Tear the pandemonium lord
246534 | Zig:12   | Noticed Diduful the pandemonium lord
246534 | Zig:12   | Noticed Doteat the pandemonium lord
246534 | Zig:12   | Noticed Imups the pandemonium lord
246534 | Zig:12   | Noticed Unofres the pandemonium lord
246535 | Zig:12   | Noticed Memiazef the pandemonium lord
246535 | Zig:12   | Noticed Imucedag the pandemonium lord
246535 | Zig:12   | Noticed Zevadimo the pandemonium lord
246535 | Zig:12   | Noticed Iczism the pandemonium lord
246535 | Zig:12   | Noticed Apsuorph the pandemonium lord
246535 | Zig:12   | Noticed Ocoaroiq the pandemonium lord
246535 | Zig:12   | Noticed Laixeuv the pandemonium lord
246535 | Zig:12   | Noticed Laclidil the pandemonium lord
246536 | Zig:12   | Noticed Zaosonij the pandemonium lord
246536 | Zig:12   | Noticed Kycefu Fiamu the pandemonium lord
246536 | Zig:12   | Noticed Gaitom the pandemonium lord
246536 | Zig:12   | Noticed Jecel the pandemonium lord
246536 | Zig:12   | Noticed Itiulir the pandemonium lord
246536 | Zig:12   | Noticed Koimamod the pandemonium lord
246536 | Zig:12   | Noticed Exicoter the pandemonium lord
246537 | Zig:12   | Noticed Qistasom the pandemonium lord
246537 | Zig:12   | Noticed Bahaythu the pandemonium lord
246537 | Zig:12   | Noticed Kuyzeniy the pandemonium lord
246537 | Zig:12   | Killed Coajosisk the pandemonium lord
246538 | Zig:12   | Killed Ocoaroiq the pandemonium lord
246538 | Zig:12   | Killed Diduful the pandemonium lord
246538 | Zig:12   | Killed Exicoter the pandemonium lord
246538 | Zig:12   | Killed Iczism the pandemonium lord
246538 | Zig:12   | Killed Nuic the pandemonium lord
246538 | Zig:12   | Killed Koimamod the pandemonium lord
246538 | Zig:12   | Killed Jecel the pandemonium lord
246538 | Zig:12   | Killed Baodwott the pandemonium lord
246538 | Zig:12   | Killed Bahaythu the pandemonium lord
246538 | Zig:12   | Noticed Faodor the pandemonium lord
246539 | Zig:12   | Killed Catof the pandemonium lord
246539 | Zig:12   | Killed Zevadimo the pandemonium lord
246539 | Zig:12   | Killed Apsuorph the pandemonium lord
246539 | Zig:12   | Killed Itiulir the pandemonium lord
246539 | Zig:12   | Killed Laclidil the pandemonium lord
246540 | Zig:12   | Killed Kycefu Fiamu the pandemonium lord
246541 | Zig:12   | Killed Vuyloniq the pandemonium lord
246541 | Zig:12   | Killed Memiazef the pandemonium lord
246541 | Zig:12   | Noticed Bighirug the pandemonium lord
246542 | Zig:12   | Noticed Camefim the pandemonium lord
246543 | Zig:12   | Killed Miudd the pandemonium lord
246543 | Zig:12   | Killed Feromarch the pandemonium lord
246543 | Zig:12   | Killed Rofuget the pandemonium lord
246543 | Zig:12   | Killed Beni the pandemonium lord
246543 | Zig:12   | Killed Imucedag the pandemonium lord
246543 | Zig:12   | Killed Laixeuv the pandemonium lord
246544 | Zig:12   | Killed Urpheob the pandemonium lord
246544 | Zig:12   | Killed Zaosonij the pandemonium lord
246544 | Zig:12   | Killed Bighirug the pandemonium lord
246544 | Zig:12   | Killed Imups the pandemonium lord
246544 | Zig:12   | Killed Faodor the pandemonium lord
246545 | Zig:12   | Noticed Zazum the pandemonium lord
246545 | Zig:12   | Noticed Cuamm the pandemonium lord
246545 | Zig:12   | Noticed Bekhly Juaj the pandemonium lord
246545 | Zig:12   | Noticed Xemoi the pandemonium lord
246548 | Zig:12   | Killed Doteat the pandemonium lord
246548 | Zig:12   | Killed Gaitom the pandemonium lord
246549 | Zig:12   | Noticed Nahuf the pandemonium lord
246549 | Zig:12   | Noticed Noec the pandemonium lord
246549 | Zig:12   | Killed Unofres the pandemonium lord
246550 | Zig:12   | Killed Camefim the pandemonium lord
246550 | Zig:12   | Killed Xemoi the pandemonium lord
246551 | Zig:12   | Killed Bekhly Juaj the pandemonium lord
246551 | Zig:12   | Killed Qistasom the pandemonium lord
246551 | Zig:12   | Killed Kuyzeniy the pandemonium lord
246551 | Zig:12   | Noticed Wiona the pandemonium lord
246552 | Zig:12   | Killed Tear the pandemonium lord
246552 | Zig:12   | Killed Noec the pandemonium lord
246552 | Zig:12   | Killed Zazum the pandemonium lord
246556 | Zig:12   | Killed Nahuf the pandemonium lord
246562 | Zig:12   | Killed Cuamm the pandemonium lord
246562 | Zig:12   | Noticed Xuuloaja the pandemonium lord
246565 | Zig:12   | Killed Wiona the pandemonium lord
246573 | Zig:12   | Killed Xuuloaja the pandemonium lord
246857 | Zig:12   | Identified the +4 mace of the Briny Deep {freeze, Str+3}
246887 | Zig:12   | Identified the amulet of Otymyth {rC+ Regen+ Int+4 Dex+3}
246890 | Zig:12   | Identified the +1 leather armour "Ciapem" {rC- rCorr Dex+3}
246903 | Zig:12   | Identified the +2 sling of a volcano {heavy, *Slow rF++
                  | Dex+4}
246941 | Zig:13   | Entered Level 13 of a ziggurat
246941 | Zig:13   | Noticed Zoewnyi the pandemonium lord
246941 | Zig:13   | Noticed Vevytik the pandemonium lord
246941 | Zig:13   | Noticed Kolaja the pandemonium lord
246941 | Zig:13   | Noticed Xegec the pandemonium lord
246941 | Zig:13   | Noticed Diec the pandemonium lord
246941 | Zig:13   | Noticed Vaell the pandemonium lord
246941 | Zig:13   | Noticed Miezoghy the pandemonium lord
246941 | Zig:13   | Noticed Jut Mau the pandemonium lord
246941 | Zig:13   | Noticed Eriles the pandemonium lord
246941 | Zig:13   | Noticed Lunnuot the pandemonium lord
246941 | Zig:13   | Noticed Qeim the pandemonium lord
246941 | Zig:13   | Noticed Tuxkyk the pandemonium lord
246941 | Zig:13   | Noticed Coax the pandemonium lord
246941 | Zig:13   | Noticed Nusmutse the pandemonium lord
246941 | Zig:13   | Noticed Ocerry the pandemonium lord
246941 | Zig:13   | Noticed Qyloogg the pandemonium lord
246941 | Zig:13   | Noticed Laumot the pandemonium lord
246941 | Zig:13   | Noticed Hozozao the pandemonium lord
246941 | Zig:13   | Noticed Agiushra the pandemonium lord
246941 | Zig:13   | Noticed Lybug the pandemonium lord
246941 | Zig:13   | Noticed Recaonol the pandemonium lord
246941 | Zig:13   | Noticed Ikkut the pandemonium lord
246941 | Zig:13   | Noticed Zebeu the pandemonium lord
246941 | Zig:13   | Noticed Itarur the pandemonium lord
246941 | Zig:13   | Noticed Pisaa the pandemonium lord
246941 | Zig:13   | Noticed Dialoh the pandemonium lord
246941 | Zig:13   | Noticed Aziwaovvia the pandemonium lord
246941 | Zig:13   | Noticed Veeginie the pandemonium lord
246941 | Zig:13   | Noticed Xaifili Ruje the pandemonium lord
246941 | Zig:13   | Noticed Ynon the pandemonium lord
246943 | Zig:13   | Noticed Reozio the pandemonium lord
246943 | Zig:13   | Noticed Anitwar the pandemonium lord
246945 | Zig:13   | Killed Lunnuot the pandemonium lord
246945 | Zig:13   | Killed Ikkut the pandemonium lord
246945 | Zig:13   | Killed Vevytik the pandemonium lord
246945 | Zig:13   | Killed Aziwaovvia the pandemonium lord
246945 | Zig:13   | Killed Veeginie the pandemonium lord
246945 | Zig:13   | Killed Recaonol the pandemonium lord
246945 | Zig:13   | Killed Lybug the pandemonium lord
246945 | Zig:13   | Killed Xaifili Ruje the pandemonium lord
246945 | Zig:13   | Killed Ynon the pandemonium lord
246945 | Zig:13   | Killed Tuxkyk the pandemonium lord
246946 | Zig:13   | Killed Vaell the pandemonium lord
246946 | Zig:13   | Killed Nusmutse the pandemonium lord
246946 | Zig:13   | Killed Miezoghy the pandemonium lord
246946 | Zig:13   | Killed Anitwar the pandemonium lord
246946 | Zig:13   | Killed Pisaa the pandemonium lord
246946 | Zig:13   | Killed Itarur the pandemonium lord
246946 | Zig:13   | Killed Agiushra the pandemonium lord
246946 | Zig:13   | Killed Qeim the pandemonium lord
246946 | Zig:13   | Killed Ocerry the pandemonium lord
246947 | Zig:13   | Killed Zebeu the pandemonium lord
246947 | Zig:13   | Killed Dialoh the pandemonium lord
246948 | Zig:13   | Noticed Muask the pandemonium lord
246948 | Zig:13   | Noticed Pecwatzo the pandemonium lord
246948 | Zig:13   | Noticed Ahomp the pandemonium lord
246948 | Zig:13   | Noticed Jiutery the pandemonium lord
246948 | Zig:13   | Noticed Adysergh the pandemonium lord
246948 | Zig:13   | Noticed Emne Hyc the pandemonium lord
246948 | Zig:13   | Killed Hozozao the pandemonium lord
246949 | Zig:13   | Noticed Xucriar the pandemonium lord
246949 | Zig:13   | Noticed Lejiet the pandemonium lord
246949 | Zig:13   | Noticed Oqikorr the pandemonium lord
246949 | Zig:13   | Noticed Aniariol the pandemonium lord
246949 | Zig:13   | Noticed Toryamun the pandemonium lord
246949 | Zig:13   | Noticed Kipnic the pandemonium lord
246949 | Zig:13   | Noticed Kuth the pandemonium lord
246949 | Zig:13   | Killed Coax the pandemonium lord
246949 | Zig:13   | Killed Zoewnyi the pandemonium lord
246949 | Zig:13   | Noticed Sitwirgho the pandemonium lord
246950 | Zig:13   | Noticed Tatihyu the pandemonium lord
246950 | Zig:13   | Noticed Ahauhex the pandemonium lord
246950 | Zig:13   | Noticed Alikh the pandemonium lord
246950 | Zig:13   | Noticed Subyqirr the pandemonium lord
246950 | Zig:13   | Killed Laumot the pandemonium lord
246951 | Zig:13   | Noticed Alev the pandemonium lord
246951 | Zig:13   | Noticed Soxymodu the pandemonium lord
246951 | Zig:13   | Noticed Etoukucw the pandemonium lord
246951 | Zig:13   | Noticed Yhuul the pandemonium lord
246952 | Zig:13   | Noticed Zedol the pandemonium lord
246952 | Zig:13   | Noticed Dainuesu the pandemonium lord
246952 | Zig:13   | Killed Sitwirgho the pandemonium lord
246952 | Zig:13   | Killed Subyqirr the pandemonium lord
246952 | Zig:13   | Killed Emne Hyc the pandemonium lord
246952 | Zig:13   | Killed Diec the pandemonium lord
246952 | Zig:13   | Killed Xegec the pandemonium lord
246952 | Zig:13   | Killed Lejiet the pandemonium lord
246952 | Zig:13   | Killed Tatihyu the pandemonium lord
246952 | Zig:13   | Killed Reozio the pandemonium lord
246952 | Zig:13   | Killed Jut Mau the pandemonium lord
246953 | Zig:13   | Killed Zedol the pandemonium lord
246953 | Zig:13   | Killed Bisug the pandemonium lord
246953 | Zig:13   | Killed Kipnic the pandemonium lord
246953 | Zig:13   | Killed Alev the pandemonium lord
246953 | Zig:13   | Killed Soxymodu the pandemonium lord
246953 | Zig:13   | Killed Muask the pandemonium lord
246953 | Zig:13   | Killed Ahauhex the pandemonium lord
246953 | Zig:13   | Killed Jiutery the pandemonium lord
246954 | Zig:13   | Killed Hoas Synk the pandemonium lord
246954 | Zig:13   | Killed Alikh the pandemonium lord
246954 | Zig:13   | Killed Yhuul the pandemonium lord
246954 | Zig:13   | Killed Ahomp the pandemonium lord
246954 | Zig:13   | Killed Dainuesu the pandemonium lord
246954 | Zig:13   | Killed Xucriar the pandemonium lord
246954 | Zig:13   | Killed Toryamun the pandemonium lord
246957 | Zig:13   | Noticed Ythrixka the pandemonium lord
246957 | Zig:13   | Noticed Xiozih the pandemonium lord
246957 | Zig:13   | Noticed Dutruy the pandemonium lord
246958 | Zig:13   | Noticed Itiz the pandemonium lord
246959 | Zig:13   | Killed Adysergh the pandemonium lord
246959 | Zig:13   | Noticed Jyurph the pandemonium lord
246961 | Zig:13   | Killed Itiz the pandemonium lord
246961 | Zig:13   | Killed Aniariol the pandemonium lord
246961 | Zig:13   | Killed Qyloogg the pandemonium lord
246962 | Zig:13   | Killed Jyurph the pandemonium lord
246962 | Zig:13   | Killed Kolaja the pandemonium lord
246962 | Zig:13   | Noticed Xoqop the pandemonium lord
246962 | Zig:13   | Killed Kuth the pandemonium lord
246963 | Zig:13   | Noticed Osumnes the pandemonium lord
246963 | Zig:13   | Noticed Gottisips the pandemonium lord
246963 | Zig:13   | Noticed Tuduh the pandemonium lord
246964 | Zig:13   | Noticed Riclal the pandemonium lord
246964 | Zig:13   | Killed Oqikorr the pandemonium lord
246964 | Zig:13   | Killed Pecwatzo the pandemonium lord
246964 | Zig:13   | Killed Xiozih the pandemonium lord
246964 | Zig:13   | Killed Eriles the pandemonium lord
246964 | Zig:13   | Noticed Ipief the pandemonium lord
246964 | Zig:13   | Killed Dutruy the pandemonium lord
246965 | Zig:13   | Killed Riclal the pandemonium lord
246971 | Zig:13   | Killed Tuduh the pandemonium lord
246973 | Zig:13   | Killed Gottisips the pandemonium lord
246974 | Zig:13   | Killed Osumnes the pandemonium lord
246975 | Zig:13   | Killed Ythrixka the pandemonium lord
246975 | Zig:13   | Killed Xoqop the pandemonium lord
246981 | Zig:13   | Killed Etoukucw the pandemonium lord
246987 | Zig:13   | Killed Ipief the pandemonium lord
246991 | Zig:13   | Identified the +13 plate armour of Follow the Leader {rElec
                  | Will- Str+4}
247019 | Zig:13   | Identified the +4 mace of Famine {heavy, Str+3}
247054 | Zig:13   | Identified the +6 broad axe "Zeom" {pain, *Corrode ^Fragile
                  | Str+8}
247058 | Zig:13   | Identified the +0 robe "Mim Meel" {Harm}
247059 | Zig:13   | Identified the +2 robe of Floral Miracles {rF+ rN+ rCorr
                  | Archmagi}
247060 | Zig:13   | Identified the amulet "Burhusk" {Faith rF++ Regen+ rCorr
                  | MP+9}
247336 | Zig:14   | Entered Level 14 of a ziggurat
247341 | Zig:14   | Paralysed by an air elemental for 1 turns
247727 | Zig:14   | Identified the +9 dagger "Zetus" {drain, ^Contam Str+4
                  | Dex+4}
247729 | Zig:14   | Identified the staff of Hays {Int+3 Conj}
247747 | Zig:14   | Identified the +8 long sword of Recklessness {protect, rC+
                  | Dex+4}
247764 | Zig:15   | Entered Level 15 of a ziggurat
247854 | Zig:15   | Identified the staff of Ointment {rPois Dex+4 Alchemy}
247859 | Zig:15   | Identified the +1 broad axe of Spontaneous Combustion
                  | {elec, Str+3}
247865 | Zig:15   | Identified the staff "Namiraq" {rElec rC- Str+8 Conj Earth}
247878 | Zig:15   | Identified the +6 quarterstaff of the Present {flame, rN+
                  | Str+8}
247880 | Zig:15   | Identified the +3 buckler of Vusudi {rC+}
247969 | Zig:15   | Identified the ring "Inefiuf" {+Blink Fly rF+ Int-2}
248229 | Zig:16   | Entered Level 16 of a ziggurat
248229 | Zig:16   | Noticed an ancient lich
248232 | Zig:16   | Killed an ancient lich
248329 | Zig:16   | Identified the +1 plate armour of the Baleful God {rF+
                  | SInv}
248599 | Zig:16   | Identified the +4 trident of Huol {venom, rF+ rC++ Str-5
                  | Stlth-}
248620 | Zig:16   | Identified the +1 triple sword of Arrival {holy, Str+3}
248633 | Zig:16   | Identified the staff of Wyrd {*Slow rN+ rCorr Dex-5 Summ
                  | Necro}
248636 | Zig:16   | Identified the +3 longbow of the Wilderness {heavy, Dex+6
                  | Stlth+}
248691 | Zig:17   | Entered Level 17 of a ziggurat
248764 | Zig:17   | Identified the staff of Asesoel {rElec Str-2 Dex+3 Air
                  | Earth}
248775 | Zig:17   | Identified the ring "Loutwa" {rN+ MP+9 Str+2}
248779 | Zig:17   | Identified the ring "Wifyjof" {EV+5 Dex+3}
248780 | Zig:17   | Identified the +0 chain mail of the Shoals {Dex+3}
248792 | Zig:17   | Identified the +0 plate armour of Noon {rElec}
248908 | Zig:17   | Identified the +3 falchion of Accord {flame, rPois}
249182 | Zig:18   | Entered Level 18 of a ziggurat
249517 | Zig:18   | Identified the +5 hand axe of the Doomed Warrior {venom,
                  | rC- Int+8}
249520 | Zig:18   | Identified the +2 plate armour of Qaybemn {Dex+2 Stlth+}
249561 | Zig:18   | Identified the +3 ring mail of the Albatross {Dex+4}
249564 | Zig:18   | Identified the ring "Zez Ceoz" {rC+ Will- EV+5 Dex+2}
249571 | Zig:18   | Identified the +1 leather armour of Freedom {rPois Will+}
249572 | Zig:18   | Identified the +7 triple sword of Quick Death {spect,
                  | Stlth+}
249577 | Zig:18   | Identified the +0 ring mail of the Wizarding Gods {Regen+
                  | rCorr Str+4}
249627 | Zig:18   | Identified the +7 arbalest "Newtslayer" {heavy, Int+6}
249712 | Zig:19   | Entered Level 19 of a ziggurat
249781 | Zig:19   | Paralysed by a wendigo for 1 turns
250090 | Zig:19   | Identified the amulet of Lut Wuto {Reflect rF+ Str+3 SH+5}
250100 | Zig:19   | Identified the +0 scale mail of Darkness {Str+6 Dex+2}
250102 | Zig:19   | Identified the staff "Nizotwi" {rPois Int+3 Ice Alchemy}
250107 | Zig:19   | Identified the ring of Cumem {MP+9 Str+3}
250128 | Zig:20   | Entered Level 20 of a ziggurat
250143 | Zig:20   | Noticed an ancient lich
250150 | Zig:20   | Killed an ancient lich
250641 | Zig:20   | Identified the +4 flail of the Ethereal God {drain, rF+
                  | Str+4}
250644 | Zig:20   | Identified the +0 robe of Purpose {^Drain rF- Int+8}
250649 | Zig:20   | Identified the +1 triple sword "Kioj" {freeze, Dex+2}
250717 | Zig:21   | Entered Level 21 of a ziggurat
250944 | Zig:21   | Identified the +8 scimitar of the Mauling Gods {venom,
                  | +Blink Dex+4}
250952 | Zig:21   | Identified the +9 broad axe "Ofem" {freeze, rC++}
250963 | Zig:21   | Identified the +5 scale mail of Orghik Aggin {MP+9}
250980 | Zig:21   | Identified the +0 pair of boots of Vapaop {*Slow Dex+3
                  | Stlth+}
250986 | Zig:21   | Identified the +2 spear of the Bespelling Queen {spect,
                  | rPois rC- Will+ Int+3}
250988 | Zig:21   | Identified the +1 leather armour "Doguetixt" {Int+5 SInv}
250998 | Zig:21   | Identified the +6 triple sword of the Revolution {distort,
                  | +Blink rPois rN+++ Will-}
251026 | Zig:21   | Identified the +10 arbalest of Gaemumiv {drain, rElec}
251043 | Zig:21   | Identified the +8 lajatang "Feempif" {spect, rC- rN+
                  | Stlth+}
251487 | Zig:22   | Entered Level 22 of a ziggurat
251487 | Zig:22   | Noticed a dread lich
251487 | Zig:22   | Noticed an ancient lich
251487 | Zig:22   | Noticed a dread lich
251487 | Zig:22   | Noticed an ancient lich
251487 | Zig:22   | Noticed an ancient lich
251487 | Zig:22   | Noticed an ancient lich
251487 | Zig:22   | Noticed a dread lich
251487 | Zig:22   | Noticed a dread lich
251487 | Zig:22   | Noticed a dread lich
251487 | Zig:22   | Noticed a dread lich
251487 | Zig:22   | Noticed a dread lich
251487 | Zig:22   | Noticed a dread lich
251487 | Zig:22   | Noticed an ancient lich
251487 | Zig:22   | Noticed a dread lich
251490 | Zig:22   | Noticed an ancient lich
251490 | Zig:22   | Killed a dread lich
251490 | Zig:22   | Killed a dread lich
251490 | Zig:22   | Killed a dread lich
251490 | Zig:22   | Killed a dread lich
251490 | Zig:22   | Killed a dread lich
251490 | Zig:22   | Killed an ancient lich
251490 | Zig:22   | Killed a dread lich
251491 | Zig:22   | Noticed an ancient lich
251491 | Zig:22   | Killed an ancient lich
251491 | Zig:22   | Killed an ancient lich
251492 | Zig:22   | Noticed a dread lich
251492 | Zig:22   | Killed a dread lich
251492 | Zig:22   | Killed an ancient lich
251493 | Zig:22   | Noticed an ancient lich
251493 | Zig:22   | Noticed a dread lich
251493 | Zig:22   | Noticed a dread lich
251493 | Zig:22   | Noticed a dread lich
251494 | Zig:22   | Killed a dread lich
251494 | Zig:22   | Killed a dread lich
251494 | Zig:22   | Killed an ancient lich
251495 | Zig:22   | Noticed a dread lich
251495 | Zig:22   | Noticed an ancient lich
251495 | Zig:22   | Noticed an ancient lich
251495 | Zig:22   | Noticed a dread lich
251495 | Zig:22   | Noticed an ancient lich
251495 | Zig:22   | Noticed a dread lich
251495 | Zig:22   | Noticed a dread lich
251495 | Zig:22   | Killed an ancient lich
251495 | Zig:22   | Killed an ancient lich
251495 | Zig:22   | Killed a dread lich
251496 | Zig:22   | Noticed an ancient lich
251496 | Zig:22   | Noticed a dread lich
251496 | Zig:22   | Noticed an ancient lich
251496 | Zig:22   | Noticed an ancient lich
251496 | Zig:22   | Noticed an ancient lich
251496 | Zig:22   | Noticed an ancient lich
251496 | Zig:22   | Noticed a dread lich
251496 | Zig:22   | Noticed an ancient lich
251497 | Zig:22   | Killed an ancient lich
251497 | Zig:22   | Killed an ancient lich
251497 | Zig:22   | Killed an ancient lich
251497 | Zig:22   | Killed an ancient lich
251497 | Zig:22   | Killed a dread lich
251497 | Zig:22   | Killed a dread lich
251498 | Zig:22   | Noticed an ancient lich
251498 | Zig:22   | Noticed an ancient lich
251498 | Zig:22   | Noticed a dread lich
251498 | Zig:22   | Killed an ancient lich
251499 | Zig:22   | Noticed a dread lich
251499 | Zig:22   | Noticed a dread lich
251499 | Zig:22   | Noticed an ancient lich
251499 | Zig:22   | Noticed a dread lich
251499 | Zig:22   | Noticed an ancient lich
251499 | Zig:22   | Noticed a dread lich
251500 | Zig:22   | Noticed an ancient lich
251500 | Zig:22   | Noticed a dread lich
251500 | Zig:22   | Noticed an ancient lich
251501 | Zig:22   | Killed a dread lich
251501 | Zig:22   | Killed a dread lich
251501 | Zig:22   | Killed a dread lich
251501 | Zig:22   | Killed an ancient lich
251501 | Zig:22   | Killed a dread lich
251501 | Zig:22   | Killed a dread lich
251501 | Zig:22   | Killed a dread lich
251501 | Zig:22   | Killed an ancient lich
251501 | Zig:22   | Killed a dread lich
251501 | Zig:22   | Killed an ancient lich
251501 | Zig:22   | Killed an ancient lich
251501 | Zig:22   | Killed a dread lich
251501 | Zig:22   | Killed an ancient lich
251501 | Zig:22   | Killed an ancient lich
251502 | Zig:22   | Noticed a dread lich
251502 | Zig:22   | Noticed an ancient lich
251502 | Zig:22   | Noticed a dread lich
251503 | Zig:22   | Noticed a dread lich
251503 | Zig:22   | Killed an ancient lich
251503 | Zig:22   | Killed a dread lich
251504 | Zig:22   | Noticed a dread lich
251504 | Zig:22   | Noticed a dread lich
251504 | Zig:22   | Noticed a dread lich
251504 | Zig:22   | Noticed a dread lich
251504 | Zig:22   | Killed an ancient lich
251504 | Zig:22   | Killed an ancient lich
251505 | Zig:22   | Noticed a dread lich
251505 | Zig:22   | Noticed an ancient lich
251505 | Zig:22   | Killed a dread lich
251505 | Zig:22   | Noticed a dread lich
251506 | Zig:22   | Noticed a dread lich
251506 | Zig:22   | Noticed an ancient lich
251506 | Zig:22   | Noticed a dread lich
251506 | Zig:22   | Killed a dread lich
251507 | Zig:22   | Killed an ancient lich
251507 | Zig:22   | Killed an ancient lich
251507 | Zig:22   | Killed a dread lich
251507 | Zig:22   | Killed a dread lich
251507 | Zig:22   | Killed a dread lich
251507 | Zig:22   | Killed a dread lich
251507 | Zig:22   | Killed a dread lich
251508 | Zig:22   | Killed a dread lich
251508 | Zig:22   | Killed a dread lich
251508 | Zig:22   | Killed a dread lich
251509 | Zig:22   | Noticed an ancient lich
251509 | Zig:22   | Noticed a dread lich
251509 | Zig:22   | Killed a dread lich
251509 | Zig:22   | Killed a dread lich
251509 | Zig:22   | Killed a dread lich
251510 | Zig:22   | Noticed a dread lich
251510 | Zig:22   | Killed an ancient lich
251510 | Zig:22   | Killed an ancient lich
251510 | Zig:22   | Killed a dread lich
251511 | Zig:22   | Killed a dread lich
251511 | Zig:22   | Killed a dread lich
251511 | Zig:22   | Killed an ancient lich
251512 | Zig:22   | Killed an ancient lich
251513 | Zig:22   | Noticed a dread lich
251513 | Zig:22   | Noticed a dread lich
251514 | Zig:22   | Killed a dread lich
251514 | Zig:22   | Killed a dread lich
251525 | Zig:22   | Killed a dread lich
251899 | Zig:22   | Identified the +6 dire flail of the Lumpy Lovers
                  | {antimagic, *Noise ^Fragile Str+7 SInv}
251917 | Zig:22   | Identified the amulet "Docof" {Rampage rPois rN+ Regen+}
251922 | Zig:22   | Identified the +2 robe "Oteural" {Regen+ Int+3}
251924 | Zig:22   | Identified the +6 trident "Pail" {protect, Will+ rCorr
                  | Str+2}
252008 | Zig:22   | Identified the +5 triple sword "Leiriut" {holy, Str+6}
252016 | Zig:22   | Identified the ring "Vosaw" {Wiz rC- rCorr Int+4 SInv}
252018 | Zig:22   | Identified the blade talisman of Ysiere {Dex+2}
252069 | Zig:22   | Identified the ring of Ywkup {rElec rF+ Str+5}
252123 | Zig:23   | Entered Level 23 of a ziggurat
252127 | Zig:23   | Paralysed by an air elemental for 1 turns
252269 | Zig:23   | Identified the +6 chain mail of the Game of Life {Str+3
                  | Dex+2}
252286 | Zig:23   | Identified the staff "Sarcophage" {rF- rN+ Int+2 Summ
                  | Necro}
252288 | Zig:23   | Identified the orb of the Great Game {*channel, Will+
                  | Dex+4}
252290 | Zig:23   | Identified the +8 shortbow "Yqutyg Zekk" {heavy, Will++
                  | Str+5}
252330 | Zig:23   | Identified the +5 ring mail of Usoxtuky {rC- Regen+ Str-3
                  | Dex+5}
252389 | Zig:23   | Identified the +8 triple sword "Terphed" {freeze, rC- rCorr
                  | Str+2 Dex+3}
252390 | Zig:23   | Identified the +0 hat "Fetos" {Str+2 Slay+2}
252403 | Zig:23   | Identified the staff of Plunder {rElec rC+ Conj Ice}
252417 | Zig:23   | Identified the +7 dagger "Peigom" {heavy, rN++ rCorr}
252800 | Zig:24   | Entered Level 24 of a ziggurat
252800 | Zig:24   | Noticed a juggernaut
252800 | Zig:24   | Noticed a juggernaut
252800 | Zig:24   | Noticed a juggernaut
252800 | Zig:24   | Noticed a juggernaut
252800 | Zig:24   | Noticed a juggernaut
252800 | Zig:24   | Noticed a juggernaut
252800 | Zig:24   | Noticed a juggernaut
252800 | Zig:24   | Noticed a juggernaut
252801 | Zig:24   | Killed a juggernaut
252801 | Zig:24   | Killed a juggernaut
252801 | Zig:24   | Killed a juggernaut
252801 | Zig:24   | Killed a juggernaut
252801 | Zig:24   | Killed a juggernaut
252801 | Zig:24   | Killed a juggernaut
252802 | Zig:24   | Noticed a juggernaut
252803 | Zig:24   | Noticed a juggernaut
252803 | Zig:24   | Noticed a juggernaut
252803 | Zig:24   | Noticed a juggernaut
252803 | Zig:24   | Killed a juggernaut
252805 | Zig:24   | Noticed a juggernaut
252805 | Zig:24   | Killed a juggernaut
252805 | Zig:24   | Killed a juggernaut
252805 | Zig:24   | Killed a juggernaut
252806 | Zig:24   | Noticed a juggernaut
252806 | Zig:24   | Noticed a juggernaut
252807 | Zig:24   | Noticed a juggernaut
252807 | Zig:24   | Noticed a juggernaut
252807 | Zig:24   | Noticed a juggernaut
252808 | Zig:24   | Noticed a juggernaut
252808 | Zig:24   | Noticed a juggernaut
252808 | Zig:24   | Noticed a juggernaut
252808 | Zig:24   | Killed a juggernaut
252809 | Zig:24   | Noticed a juggernaut
252809 | Zig:24   | Killed a juggernaut
252809 | Zig:24   | Killed a juggernaut
252809 | Zig:24   | Killed a juggernaut
252809 | Zig:24   | Killed a juggernaut
252809 | Zig:24   | Killed a juggernaut
252810 | Zig:24   | Noticed a juggernaut
252811 | Zig:24   | Noticed a juggernaut
252812 | Zig:24   | Noticed a juggernaut
252812 | Zig:24   | Noticed a juggernaut
252812 | Zig:24   | Noticed a juggernaut
252813 | Zig:24   | Noticed a juggernaut
252813 | Zig:24   | Killed a juggernaut
252813 | Zig:24   | Killed a juggernaut
252813 | Zig:24   | Killed a juggernaut
252813 | Zig:24   | Killed a juggernaut
252813 | Zig:24   | Noticed a juggernaut
252814 | Zig:24   | Noticed a juggernaut
252814 | Zig:24   | Noticed a juggernaut
252814 | Zig:24   | Noticed a juggernaut
252814 | Zig:24   | Noticed a juggernaut
252815 | Zig:24   | Noticed a juggernaut
252815 | Zig:24   | Killed a juggernaut
252816 | Zig:24   | Noticed a juggernaut
252816 | Zig:24   | Noticed a juggernaut
252817 | Zig:24   | Killed a juggernaut
252817 | Zig:24   | Killed a juggernaut
252817 | Zig:24   | Killed a juggernaut
252817 | Zig:24   | Killed a juggernaut
252817 | Zig:24   | Killed a juggernaut
252817 | Zig:24   | Killed a juggernaut
252817 | Zig:24   | Killed a juggernaut
252817 | Zig:24   | Killed a juggernaut
252817 | Zig:24   | Killed a juggernaut
252817 | Zig:24   | Killed a juggernaut
252818 | Zig:24   | Killed a juggernaut
252818 | Zig:24   | Noticed a juggernaut
252818 | Zig:24   | Killed a juggernaut
252818 | Zig:24   | Killed a juggernaut
252820 | Zig:24   | Killed a juggernaut
252823 | Zig:24   | Killed a juggernaut
252824 | Zig:24   | Killed a juggernaut
252943 | Zig:24   | Identified the +9 trident of Summer {holy, Dex+5}
252945 | Zig:24   | Identified the +0 scale mail of Kuos {+Inv rElec rF+
                  | Slay+3}
253466 | Zig:25   | Entered Level 25 of a ziggurat
253504 | Zig:25   | Identified the +7 arbalest of Jujy Adu {elec, rN+ Will+}
253525 | Zig:25   | Identified the +1 ring mail of Roirch {Dex+5}
253616 | Zig:25   | Identified the staff of the Warrior-Mage {rC+ Str+2 Ice
                  | Earth}
253629 | Zig:25   | Identified the +5 triple sword of Greed {flame, rElec}
253639 | Zig:25   | Identified the +8 triple sword of Viffup {drain, *Rage
                  | rElec Will+ Int+6}
253656 | Zig:25   | Identified the +9 hand axe of bakla's Infinite Pain {pain,
                  | rPois}
253657 | Zig:25   | Identified the ring "Cixory" {^Drain rC+ rN+++ Slay+4}
253684 | Zig:25   | Identified the +9 hand axe of the Eggplant {protect, rC+
                  | Int+2 Dex-4}
253692 | Zig:25   | Identified the +7 flail of Proximity {drain, rF+ rC- rN+++
                  | Str-3}
253707 | Zig:25   | Identified the ring "Binock" {rF+ MP+9}
253711 | Zig:25   | Identified the ring "Wialudei" {Fly rF+ rCorr MP+9 Str-3}
253715 | Zig:25   | Identified the +1 chain mail "Wuetwimm" {Str+2 Int+3}
253717 | Zig:25   | Identified the +0 mace "Jysillaeh" {drain, rF+ rC+ rCorr
                  | Int+4}
253721 | Zig:25   | Identified the +1 spear of Zoiffu {speed, rF+ rC+ Int+3}
253735 | Zig:25   | Identified the +2 ring mail of the Mantidfly {rN+ Str+4}
253741 | Zig:25   | Identified the +1 helmet of Curiosity {rElec Will+ Dex-3}
253765 | Zig:25   | Identified the +7 mace "Semopi" {venom, rF+ Int+2}
253779 | Zig:25   | Identified the +0 pair of gloves "Aggyn" {rPois rF+ Will+
                  | Dex-4}
253781 | Zig:25   | Identified the staff "Pudiam" {Will++ Str+3 Earth}
253783 | Zig:25   | Identified the +0 ring mail of Nyuziphaj {rPois rC- Regen+
                  | Dex+3}
253788 | Zig:25   | Identified the +6 rapier "Keydwy" {heavy, rCorr}
253802 | Zig:25   | Identified the ring "Qazis" {rPois rF+ rN+ Will+}
253897 | Zig:25   | Identified the amulet "Fiad" {Spirit rF+ rCorr}
253900 | Zig:25   | Identified the +0 mace "Hazari" {freeze, Will+ Int-4 Dex+3}
253901 | Zig:25   | Identified the ring "Kuebasar" {rElec Will+ rCorr Str+4
                  | Dex+6}
254220 | Zig:26   | Entered Level 26 of a ziggurat
254220 | Zig:26   | Noticed a dread lich
254220 | Zig:26   | Noticed a dread lich
254220 | Zig:26   | Noticed a dread lich
254220 | Zig:26   | Noticed an ancient lich
254220 | Zig:26   | Noticed an ancient lich
254220 | Zig:26   | Noticed a dread lich
254220 | Zig:26   | Noticed a dread lich
254220 | Zig:26   | Noticed an ancient lich
254220 | Zig:26   | Noticed a dread lich
254220 | Zig:26   | Noticed an ancient lich
254220 | Zig:26   | Noticed an ancient lich
254220 | Zig:26   | Noticed a dread lich
254220 | Zig:26   | Noticed a dread lich
254220 | Zig:26   | Noticed an ancient lich
254220 | Zig:26   | Noticed a dread lich
254221 | Zig:26   | Killed a dread lich
254221 | Zig:26   | Killed a dread lich
254222 | Zig:26   | Noticed a dread lich
254222 | Zig:26   | Noticed a dread lich
254223 | Zig:26   | Killed a dread lich
254224 | Zig:26   | Noticed a dread lich
254224 | Zig:26   | Noticed a dread lich
254224 | Zig:26   | Noticed a dread lich
254224 | Zig:26   | Noticed a dread lich
254224 | Zig:26   | Killed a dread lich
254224 | Zig:26   | Killed a dread lich
254225 | Zig:26   | Noticed an ancient lich
254225 | Zig:26   | Noticed an ancient lich
254225 | Zig:26   | Noticed an ancient lich
254225 | Zig:26   | Killed a dread lich
254225 | Zig:26   | Killed an ancient lich
254225 | Zig:26   | Killed an ancient lich
254226 | Zig:26   | Noticed a dread lich
254226 | Zig:26   | Noticed a dread lich
254226 | Zig:26   | Killed an ancient lich
254227 | Zig:26   | Noticed a dread lich
254227 | Zig:26   | Noticed an ancient lich
254227 | Zig:26   | Noticed an ancient lich
254227 | Zig:26   | Killed an ancient lich
254228 | Zig:26   | Noticed an ancient lich
254228 | Zig:26   | Killed a dread lich
254228 | Zig:26   | Killed a dread lich
254229 | Zig:26   | Killed a dread lich
254229 | Zig:26   | Killed a dread lich
254229 | Zig:26   | Killed a dread lich
254229 | Zig:26   | Killed an ancient lich
254229 | Zig:26   | Killed an ancient lich
254229 | Zig:26   | Killed a dread lich
254229 | Zig:26   | Killed an ancient lich
254229 | Zig:26   | Killed a dread lich
254229 | Zig:26   | Killed a dread lich
254229 | Zig:26   | Killed a dread lich
254229 | Zig:26   | Killed an ancient lich
254229 | Zig:26   | Noticed an ancient lich
254230 | Zig:26   | Noticed a dread lich
254230 | Zig:26   | Noticed an ancient lich
254230 | Zig:26   | Killed a dread lich
254230 | Zig:26   | Killed a dread lich
254230 | Zig:26   | Killed an ancient lich
254230 | Zig:26   | Killed a dread lich
254231 | Zig:26   | Noticed an ancient lich
254231 | Zig:26   | Noticed a dread lich
254231 | Zig:26   | Noticed an ancient lich
254231 | Zig:26   | Noticed a dread lich
254232 | Zig:26   | Noticed a dread lich
254232 | Zig:26   | Noticed a dread lich
254232 | Zig:26   | Noticed an ancient lich
254232 | Zig:26   | Noticed a dread lich
254232 | Zig:26   | Noticed an ancient lich
254233 | Zig:26   | Killed a dread lich
254233 | Zig:26   | Killed an ancient lich
254233 | Zig:26   | Killed an ancient lich
254233 | Zig:26   | Killed an ancient lich
254233 | Zig:26   | Killed an ancient lich
254233 | Zig:26   | Killed an ancient lich
254234 | Zig:26   | Noticed a dread lich
254234 | Zig:26   | Noticed a dread lich
254235 | Zig:26   | Killed an ancient lich
254235 | Zig:26   | Killed an ancient lich
254235 | Zig:26   | Killed an ancient lich
254235 | Zig:26   | Killed a dread lich
254235 | Zig:26   | Killed a dread lich
254235 | Zig:26   | Killed an ancient lich
254236 | Zig:26   | Noticed an ancient lich
254236 | Zig:26   | Noticed an ancient lich
254236 | Zig:26   | Noticed a dread lich
254237 | Zig:26   | Noticed a dread lich
254237 | Zig:26   | Noticed an ancient lich
254237 | Zig:26   | Noticed an ancient lich
254239 | Zig:26   | Noticed a dread lich
254239 | Zig:26   | Noticed a dread lich
254239 | Zig:26   | Noticed an ancient lich
254239 | Zig:26   | Noticed a dread lich
254239 | Zig:26   | Noticed a dread lich
254239 | Zig:26   | Noticed an ancient lich
254240 | Zig:26   | Noticed an ancient lich
254240 | Zig:26   | Killed a dread lich
254241 | Zig:26   | Killed a dread lich
254241 | Zig:26   | Killed a dread lich
254241 | Zig:26   | Killed a dread lich
254241 | Zig:26   | Killed an ancient lich
254241 | Zig:26   | Killed a dread lich
254241 | Zig:26   | Killed a dread lich
254242 | Zig:26   | Noticed an ancient lich
254243 | Zig:26   | Noticed a dread lich
254243 | Zig:26   | Noticed a dread lich
254243 | Zig:26   | Killed an ancient lich
254243 | Zig:26   | Killed a dread lich
254243 | Zig:26   | Killed an ancient lich
254243 | Zig:26   | Killed a dread lich
254243 | Zig:26   | Killed a dread lich
254244 | Zig:26   | Killed a dread lich
254245 | Zig:26   | Killed a dread lich
254245 | Zig:26   | Killed an ancient lich
254245 | Zig:26   | Killed an ancient lich
254245 | Zig:26   | Killed an ancient lich
254246 | Zig:26   | Noticed a dread lich
254246 | Zig:26   | Noticed an ancient lich
254246 | Zig:26   | Killed a dread lich
254249 | Zig:26   | Killed a dread lich
254250 | Zig:26   | Killed a dread lich
254252 | Zig:26   | Identified the staff "Neqaid" {Fly rPois Dex+3 Alchemy}
254253 | Zig:26   | Killed an ancient lich
254253 | Zig:26   | Killed an ancient lich
254255 | Zig:26   | Killed an ancient lich
254816 | Zig:26   | Identified the +5 great sword of Qazlal's Generosity
                  | {flame, Fly Dex+2}
254826 | Zig:26   | Identified the ring of Modesty {Wiz rElec Str-3 Int+7
                  | Stlth+}
254853 | Zig:26   | Identified the +9 halberd of Rubbish {freeze, Str+6 SInv}
254854 | Zig:26   | Identified the +3 quarterstaff of Sudden Death {flame,
                  | rElec}
254870 | Zig:26   | Identified the +3 chain mail of Shielding {rC- Str+4 Dex+2}
254872 | Zig:26   | Identified the +8 great mace of World's End {spect, rPois
                  | Will- SInv Stlth+}
254876 | Zig:26   | Identified the +1 ring mail of Hudorria {rPois rF- rCorr
                  | Stlth+}
254920 | Zig:26   | Identified the +3 scale mail "Yweylod" {-Tele Harm Regen+
                  | Dex+3}
254946 | Zig:27   | Entered Level 27 of a ziggurat
254946 | Zig:27   | Noticed an ancient lich
254946 | Zig:27   | Noticed an ancient lich
254946 | Zig:27   | Noticed an ancient lich
254946 | Zig:27   | Noticed an ancient lich
254946 | Zig:27   | Noticed a dread lich
254946 | Zig:27   | Noticed a dread lich
254946 | Zig:27   | Noticed an ancient lich
254946 | Zig:27   | Noticed an ancient lich
254946 | Zig:27   | Noticed an ancient lich
254946 | Zig:27   | Noticed an ancient lich
254946 | Zig:27   | Noticed an ancient lich
254946 | Zig:27   | Noticed a dread lich
254946 | Zig:27   | Noticed a dread lich
254946 | Zig:27   | Noticed a dread lich
254946 | Zig:27   | Noticed a dread lich
254946 | Zig:27   | Noticed a dread lich
254946 | Zig:27   | Noticed a dread lich
254946 | Zig:27   | Noticed a dread lich
254946 | Zig:27   | Noticed a dread lich
254946 | Zig:27   | Noticed an ancient lich
254946 | Zig:27   | Noticed a dread lich
254946 | Zig:27   | Noticed an ancient lich
254947 | Zig:27   | Killed an ancient lich
254947 | Zig:27   | Killed an ancient lich
254948 | Zig:27   | Killed a dread lich
254948 | Zig:27   | Noticed a dread lich
254949 | Zig:27   | Noticed a dread lich
254950 | Zig:27   | Noticed an ancient lich
254950 | Zig:27   | Noticed a dread lich
254951 | Zig:27   | Noticed an ancient lich
254951 | Zig:27   | Noticed an ancient lich
254951 | Zig:27   | Noticed a dread lich
254951 | Zig:27   | Noticed an ancient lich
254951 | Zig:27   | Noticed an ancient lich
254951 | Zig:27   | Killed a dread lich
254951 | Zig:27   | Killed a dread lich
254951 | Zig:27   | Killed an ancient lich
254951 | Zig:27   | Killed a dread lich
254951 | Zig:27   | Killed a dread lich
254951 | Zig:27   | Noticed an ancient lich
254952 | Zig:27   | Killed an ancient lich
254952 | Zig:27   | Killed a dread lich
254952 | Zig:27   | Killed an ancient lich
254952 | Zig:27   | Killed an ancient lich
254952 | Zig:27   | Killed a dread lich
254952 | Zig:27   | Killed a dread lich
254952 | Zig:27   | Killed an ancient lich
254952 | Zig:27   | Killed a dread lich
254952 | Zig:27   | Killed a dread lich
254952 | Zig:27   | Killed an ancient lich
254952 | Zig:27   | Killed an ancient lich
254952 | Zig:27   | Killed an ancient lich
254952 | Zig:27   | Killed an ancient lich
254953 | Zig:27   | Noticed a dread lich
254953 | Zig:27   | Noticed a dread lich
254953 | Zig:27   | Noticed a dread lich
254953 | Zig:27   | Killed an ancient lich
254953 | Zig:27   | Killed a dread lich
254953 | Zig:27   | Noticed a dread lich
254954 | Zig:27   | Killed an ancient lich
254954 | Zig:27   | Killed a dread lich
254954 | Zig:27   | Killed a dread lich
254954 | Zig:27   | Noticed an ancient lich
254955 | Zig:27   | Noticed an ancient lich
254955 | Zig:27   | Noticed an ancient lich
254955 | Zig:27   | Killed a dread lich
254956 | Zig:27   | Killed an ancient lich
254956 | Zig:27   | Killed an ancient lich
254956 | Zig:27   | Killed a dread lich
254956 | Zig:27   | Killed an ancient lich
254956 | Zig:27   | Killed a dread lich
254956 | Zig:27   | Killed an ancient lich
254956 | Zig:27   | Noticed a dread lich
254957 | Zig:27   | Noticed a dread lich
254957 | Zig:27   | Noticed an ancient lich
254957 | Zig:27   | Noticed an ancient lich
254957 | Zig:27   | Noticed an ancient lich
254957 | Zig:27   | Noticed a dread lich
254957 | Zig:27   | Noticed a dread lich
254957 | Zig:27   | Killed a dread lich
254957 | Zig:27   | Noticed an ancient lich
254957 | Zig:27   | Noticed an ancient lich
254958 | Zig:27   | Noticed an ancient lich
254958 | Zig:27   | Noticed a dread lich
254958 | Zig:27   | Noticed an ancient lich
254958 | Zig:27   | Noticed a dread lich
254958 | Zig:27   | Noticed a dread lich
254958 | Zig:27   | Noticed a dread lich
254958 | Zig:27   | Noticed an ancient lich
254958 | Zig:27   | Noticed an ancient lich
254959 | Zig:27   | Killed a dread lich
254959 | Zig:27   | Killed a dread lich
254959 | Zig:27   | Killed an ancient lich
254959 | Zig:27   | Killed a dread lich
254959 | Zig:27   | Killed an ancient lich
254959 | Zig:27   | Killed an ancient lich
254959 | Zig:27   | Noticed a dread lich
254959 | Zig:27   | Noticed a dread lich
254959 | Zig:27   | Noticed a dread lich
254959 | Zig:27   | Killed a dread lich
254959 | Zig:27   | Noticed an ancient lich
254959 | Zig:27   | Noticed a dread lich
254960 | Zig:27   | Noticed a dread lich
254960 | Zig:27   | Noticed an ancient lich
254960 | Zig:27   | Killed an ancient lich
254960 | Zig:27   | Noticed an ancient lich
254961 | Zig:27   | Noticed an ancient lich
254961 | Zig:27   | Killed an ancient lich
254961 | Zig:27   | Killed an ancient lich
254961 | Zig:27   | Killed an ancient lich
254961 | Zig:27   | Killed an ancient lich
254961 | Zig:27   | Killed a dread lich
254961 | Zig:27   | Killed a dread lich
254961 | Zig:27   | Killed an ancient lich
254961 | Zig:27   | Killed an ancient lich
254962 | Zig:27   | Noticed an ancient lich
254962 | Zig:27   | Noticed a dread lich
254962 | Zig:27   | Noticed a dread lich
254962 | Zig:27   | Noticed a dread lich
254962 | Zig:27   | Noticed a dread lich
254963 | Zig:27   | Noticed an ancient lich
254963 | Zig:27   | Killed a dread lich
254963 | Zig:27   | Killed a dread lich
254963 | Zig:27   | Killed an ancient lich
254963 | Zig:27   | Killed an ancient lich
254963 | Zig:27   | Killed a dread lich
254963 | Zig:27   | Killed a dread lich
254963 | Zig:27   | Killed a dread lich
254963 | Zig:27   | Killed an ancient lich
254963 | Zig:27   | Killed a dread lich
254964 | Zig:27   | Noticed an ancient lich
254965 | Zig:27   | Killed an ancient lich
254965 | Zig:27   | Killed a dread lich
254965 | Zig:27   | Killed a dread lich
254965 | Zig:27   | Killed a dread lich
254965 | Zig:27   | Killed an ancient lich
254965 | Zig:27   | Killed a dread lich
254966 | Zig:27   | Noticed an ancient lich
254966 | Zig:27   | Noticed a dread lich
254966 | Zig:27   | Noticed an ancient lich
254966 | Zig:27   | Noticed an ancient lich
254966 | Zig:27   | Noticed an ancient lich
254966 | Zig:27   | Noticed an ancient lich
254966 | Zig:27   | Noticed a dread lich
254967 | Zig:27   | Noticed a dread lich
254967 | Zig:27   | Noticed an ancient lich
254967 | Zig:27   | Noticed a dread lich
254967 | Zig:27   | Noticed an ancient lich
254968 | Zig:27   | Noticed a dread lich
254968 | Zig:27   | Noticed an ancient lich
254968 | Zig:27   | Noticed an ancient lich
254968 | Zig:27   | Noticed an ancient lich
254968 | Zig:27   | Noticed an ancient lich
254968 | Zig:27   | Noticed an ancient lich
254968 | Zig:27   | Killed an ancient lich
254970 | Zig:27   | Noticed a dread lich
254970 | Zig:27   | Killed an ancient lich
254971 | Zig:27   | Noticed a dread lich
254971 | Zig:27   | Noticed an ancient lich
254972 | Zig:27   | Noticed a dread lich
254972 | Zig:27   | Killed an ancient lich
254974 | Zig:27   | Killed an ancient lich
254974 | Zig:27   | Killed an ancient lich
254974 | Zig:27   | Killed an ancient lich
254974 | Zig:27   | Killed an ancient lich
254974 | Zig:27   | Killed an ancient lich
254974 | Zig:27   | Killed an ancient lich
254974 | Zig:27   | Killed an ancient lich
254974 | Zig:27   | Killed an ancient lich
254974 | Zig:27   | Killed an ancient lich
254974 | Zig:27   | Killed an ancient lich
254974 | Zig:27   | Killed a dread lich
254974 | Zig:27   | Killed a dread lich
254974 | Zig:27   | Killed a dread lich
254974 | Zig:27   | Killed a dread lich
254974 | Zig:27   | Killed a dread lich
254974 | Zig:27   | Killed an ancient lich
254974 | Zig:27   | Killed an ancient lich
254974 | Zig:27   | Killed an ancient lich
254974 | Zig:27   | Killed a dread lich
254974 | Zig:27   | Killed a dread lich
254975 | Zig:27   | Noticed an ancient lich
254975 | Zig:27   | Killed a dread lich
254978 | Zig:27   | Killed a dread lich
254980 | Zig:27   | Killed a dread lich
254980 | Zig:27   | Killed an ancient lich
254990 | Zig:27   | Killed an ancient lich
255001 | Zig:27   | Killed a dread lich
255174 | Zig:27   | Identified the staff of Viv Zont {rElec rF+ Air}
255182 | Zig:27   | Identified the amulet "Xaunet" {Faith Int+3 Stlth+}
255187 | Zig:27   | Identified the staff of the Spider Nest {rPois rC++ Fire
                  | Alchemy}
255200 | Zig:27   | Identified the +6 arbalest "Tytaicua" {speed, Fly rC- Str+9
                  | SInv}
255201 | Zig:27   | Identified the +3 double sword of Honour {flame, rC++ rN+
                  | Str+2 Dex-2}
255207 | Zig:27   | Identified the ring "Wyphiet" {^Drain rElec rPois rC+ SInv}
255216 | Zig:27   | Identified the +10 orcbow "Ducudud" {flame, Str+6}
255224 | Zig:27   | Identified the +6 lajatang "Byablu" {speed, Str+2}
255226 | Zig:27   | Identified the +0 leather armour of Hiocs {Int+2}
255244 | Zig:27   | Identified the +7 battleaxe "Hubiwk" {pain, Int+3}
255245 | Zig:27   | Identified the staff of the New World {rC+ rN+ Will++ Int-5
                  | Ice}
255248 | Zig:27   | Identified the +8 glaive of Modesty {flame, *Corrode rElec
                  | rF+ Dex+2}
255251 | Zig:27   | Identified the amulet of Afioj {Spirit Dex+3}
255275 | Zig:27   | Identified the staff of the Mind {rF+ MP+9 Dex+3 Stlth-
                  | Fire}
255661 | Zig:1    | Entered Level 1 of a ziggurat
255732 | Zig:2    | Entered Level 2 of a ziggurat
255881 | Zig:3    | Entered Level 3 of a ziggurat
256064 | Zig:3    | Identified the staff of Ditaymuh {rElec rPois Str+2
                  | Alchemy}
256068 | Zig:4    | Entered Level 4 of a ziggurat
256223 | Zig:4    | Identified the +6 dire flail of Maoxymutz {spect, Int+3}
256228 | Zig:5    | Entered Level 5 of a ziggurat
256408 | Zig:6    | Entered Level 6 of a ziggurat
256408 | Zig:6    | Identified the +8 tower shield "Bapha" {+Inv rF+ Regen+
                  | Int+4}
256408 | Zig:6    | Identified the +3 buckler of Yjaucvuva {Str+4 Int-5 Slay+2}
256414 | Zig:6    | Noticed a seraph
256414 | Zig:6    | Noticed a seraph
256415 | Zig:6    | Noticed a seraph
256418 | Zig:6    | Identified the +2 tower shield of Irphokk {Harm rC+}
256420 | Zig:6    | Killed a seraph
256421 | Zig:6    | Killed a seraph
256424 | Zig:6    | Identified the +2 tower shield of Kamuyforph {rC- Str+6
                  | Dex+5}
256429 | Zig:6    | Killed a seraph
256607 | Zig:6    | Identified the ring of Eternity {rC+ AC+4 Dex+3 SInv}
256644 | Zig:6    | Identified the +7 falchion of Grontol {elec, Will- Int+4}
256677 | Zig:7    | Entered Level 7 of a ziggurat
256752 | Zig:7    | Identified the +1 sling of Sulphur {heavy, Str+2 Dex+3}
256911 | Zig:7    | Identified the +8 triple sword of the Feral God {heavy, rF+
                  | Int+2}
256939 | Zig:7    | Identified the staff of the Hand {rF+ Conj Fire}
256947 | Zig:8    | Entered Level 8 of a ziggurat
257157 | Zig:8    | Identified the +6 shortbow of Rewytec {drain, Will+}
257182 | Zig:9    | Entered Level 9 of a ziggurat
257303 | Zig:9    | Identified the +6 chain mail of the Hanged Man {rF++ Regen+
                  | Int+2 Dex-4}
257310 | Zig:9    | Identified the +7 triple sword of Syonampa {elec, rElec
                  | Will+ Int-5 Dex+3}
257315 | Zig:9    | Identified the +6 ring mail "Syppukyicw" {rPois rC+ Slay+3}
257316 | Zig:9    | Identified the staff "Gunuuqal" {rC+ Str+2 SInv Tloc Ice}
257333 | Zig:9    | Identified the +3 chain mail of Valiance {Will+ Str+2
                  | Dex+4}
257481 | Zig:10   | Entered Level 10 of a ziggurat
257669 | Zig:10   | Identified the +1 sling of the Lurker {flame, rElec rF+
                  | Str+4 Dex-5}
257736 | Zig:10   | Identified the amulet "Ossymap" {Spirit ^Drain Dex+6}
257738 | Zig:10   | Identified the staff "Ocuppum" {Str+3 Dex-4 Conj}
257747 | Zig:10   | Identified the +4 long sword "Agurphuw" {heavy, rPois rC++
                  | Str+3}
257748 | Zig:10   | Identified the staff "Roagguva" {rF++ rN+ Dex+3 Conj Summ
                  | Necro}
257790 | Zig:11   | Entered Level 11 of a ziggurat
257819 | Zig:11   | Identified the staff of Destiny {*Corrode rElec Will+++
                  | Str+5 Air Alchemy}
257821 | Zig:11   | Identified the +0 great sword "Zipyhuem" {elec, Fly Str+6
                  | Dex-4}
257850 | Zig:11   | Identified the +3 scale mail of Xaif {Int+5 Stlth-}
257877 | Zig:11   | Identified the +3 morningstar of Collusion {venom, rElec
                  | rC+ rN+++ Dex-3}
257920 | Zig:11   | Identified the +5 ring mail of the Trout {^Contam +Blink
                  | +Inv rC+}
258128 | Zig:12   | Entered Level 12 of a ziggurat
258167 | Zig:12   | Identified the +5 scale mail of the Gusle {rF+ Dex+2}
258393 | Zig:12   | Identified the +2 glaive of the Twenty Defenders {holy,
                  | Str+4 Int+2}
258397 | Zig:12   | Identified the +9 halberd "Qegazugo" {venom, rF+ rN+}
258431 | Zig:12   | Identified the +0 robe of Modesty {Str+6}
258433 | Zig:12   | Identified the +8 battleaxe of Tenacity {venom, rPois rF+}
258451 | Zig:12   | Identified the +3 whip of Doom {distort, MP+9}
258465 | Zig:12   | Identified the +1 triple sword of Doom {drain, rF+ Int+4}
258468 | Zig:12   | Identified the staff of Mourning {rF+ rC+ Will+ Fire}
258473 | Zig:12   | Identified the +4 shortbow of Cruel Justice {flame, rF+
                  | rCorr}
258505 | Zig:13   | Entered Level 13 of a ziggurat
258614 | Zig:13   | Identified the +11 trident of Tutzow {heavy, ^Contam Str+4
                  | Int+4}
258633 | Zig:13   | Identified the +1 chain mail of the Ward {rPois rCorr SInv}
258647 | Zig:13   | Identified the +3 hand axe "Giantbane" {flame, Str+3 Int+2
                  | Dex+3}
258692 | Zig:13   | Identified the ring "Batz" {Fly Str+3 Slay+2}
258700 | Zig:13   | Identified the ring "Xazxiost" {rF++ Str-2 Int+6}
258705 | Zig:13   | Identified the staff of Defence {^Fragile rF- rCorr Int+8
                  | Conj}
258950 | Zig:14   | Entered Level 14 of a ziggurat
259323 | Zig:14   | Identified the ring of Symmetry {Int+6 Dex+5}
259352 | Zig:14   | Identified the +7 falchion "Z" {drain, ^Contam rC+ rCorr}
259376 | Zig:14   | Identified the +10 long sword "Conservator" {heavy, rPois
                  | Will+}
259381 | Zig:14   | Identified the +5 triple sword of Profit {venom, Str+4
                  | Int+3}
259390 | Zig:14   | Identified the amulet "Tayfiun" {Faith Stlth+}
259426 | Zig:15   | Entered Level 15 of a ziggurat
259494 | Zig:15   | Identified the +6 dagger "Atitho" {freeze, Int+3}
259516 | Zig:15   | Identified the +2 robe of Adwyesosh {*Slow rF+++ Regen+
                  | Str-2}
259527 | Zig:15   | Identified the ring of Was Poif {rPois rF- Str+5}
259529 | Zig:15   | Identified the +5 lajatang of Somewhere Else {protect, rN++
                  | Dex+4}
259531 | Zig:15   | Identified the +0 plate armour "Qiocan" {-Tele Fly rF+
                  | Regen+}
259551 | Zig:15   | Identified the ring of the Amoeba {rC- AC+4 Str+3}
259557 | Zig:15   | Identified the +6 trident of Fimbulwinter {freeze, Fly
                  | rPois rF+}
259566 | Zig:15   | Identified the staff of the Distant Future {Str+3 Int+2
                  | Earth}
259567 | Zig:15   | Identified the amulet "Evvaclao" {Regen+ Stlth+}
259576 | Zig:15   | Identified the ring of Ymes {Fly Dex+3}
259578 | Zig:15   | Identified the amulet "Rorghauwiq" {Reflect Int+4 SH+5}
259582 | Zig:15   | Identified the +2 great sword "Diakh" {freeze, rElec Will++
                  | Dex-2 Stlth+}
259592 | Zig:15   | Identified the +4 short sword of Reason {pain, ^Drain Int+2
                  | Stlth+}
259862 | Zig:16   | Entered Level 16 of a ziggurat
259904 | Zig:16   | Identified the +5 quick blade "Ekul" {vamp, rPois}
259905 | Zig:16   | Identified the +2 hand axe of Dung {venom, *Corrode rF-
                  | rN+++ Stlth+}
260135 | Zig:16   | Identified the staff "Loust" {rPois rF+ rN++ Int-3 Tloc
                  | Fire}
260137 | Zig:16   | Identified the amulet of Eternity {Reflect rN+ Dex+2 SH+5}
260193 | Zig:16   | Identified the +0 plate armour of the Gloaming {rPois}
260195 | Zig:16   | Identified the ring of the Living Tamarind {*Corrode rPois
                  | rF+ MP+9}
260209 | Zig:16   | Identified the ring of Fuonud {^Drain rN+ Will+ Dex+4
                  | Slay+2}
260303 | Zig:17   | Entered Level 17 of a ziggurat
260322 | Zig:17   | Found the +18 Lear's hauberk
260330 | Zig:17   | Identified the staff of Sostoz {Will+ Earth}
260340 | Zig:17   | Identified the +5 hand cannon "Rehen" {flame, Fly rF+++ rC-
                  | Str-5}
260379 | Zig:17   | Identified the +3 ring mail of Gozag's Whim {+Blink Will+
                  | Str-2}
260383 | Zig:17   | Identified the staff of Neiridouc {rElec rPois MP-9 Int+4
                  | Earth}
260384 | Zig:17   | Identified the ring of the Winnowing Madman {Wiz rCorr
                  | Int+5 Dex-4 Stlth+}
260413 | Zig:17   | Identified the +2 leather armour of Lightning Storm {rC++
                  | rN+ Will+ Dex-3}
260421 | Zig:17   | Identified the +5 battleaxe of Linearity {freeze, rC- Str+3
                  | Int+2}
260439 | Zig:17   | Identified the ring "Astrowatu" {rElec rCorr MP+9 Int-3
                  | SInv}
260769 | Zig:17   | Identified the +0 scimitar "Ogreslayer" {freeze, rN+}
260808 | Zig:18   | Entered Level 18 of a ziggurat
261174 | Zig:18   | Identified the +3 flail of the Building Saviour {freeze,
                  | rCorr Int-2 SInv}
261188 | Zig:18   | Identified the amulet of the Three Beds {Regen+ Dex+2}
261198 | Zig:18   | Identified the amulet of Haawau {Acrobat Dex+2}
261256 | Zig:18   | Identified the +3 great sword of Big Damage {protect, rElec
                  | rC+ Will+ Dex-3}
261283 | Zig:18   | Identified the +0 pair of gloves "Ycycat" {Harm rF++ Str-4
                  | Dex+2}
261299 | Zig:18   | Identified the +1 short sword of Odogequm {heavy, ^Drain
                  | rC++ rCorr}
261301 | Zig:18   | Identified the ring "Hehuy" {Fire rN+ Str+5 Int+3 Dex-2}
261330 | Zig:19   | Entered Level 19 of a ziggurat
261330 | Zig:19   | Noticed a royal mummy
261330 | Zig:19   | Noticed a royal mummy
261330 | Zig:19   | Noticed a royal mummy
261330 | Zig:19   | Noticed a royal mummy
261330 | Zig:19   | Noticed a royal mummy
261330 | Zig:19   | Noticed a royal mummy
261330 | Zig:19   | Noticed a royal mummy
261330 | Zig:19   | Noticed a royal mummy
261330 | Zig:19   | Noticed a royal mummy
261330 | Zig:19   | Noticed a royal mummy
261331 | Zig:19   | Killed a royal mummy
261331 | Zig:19   | Killed a royal mummy
261331 | Zig:19   | Killed a royal mummy
261331 | Zig:19   | Killed a royal mummy
261331 | Zig:19   | Killed a royal mummy
261331 | Zig:19   | Killed a royal mummy
261331 | Zig:19   | Killed a royal mummy
261331 | Zig:19   | Killed a royal mummy
261332 | Zig:19   | Killed a royal mummy
261332 | Zig:19   | Noticed a royal mummy
261333 | Zig:19   | Noticed a royal mummy
261334 | Zig:19   | Noticed a royal mummy
261335 | Zig:19   | Noticed a royal mummy
261335 | Zig:19   | Killed a royal mummy
261335 | Zig:19   | Noticed a royal mummy
261336 | Zig:19   | Noticed a royal mummy
261336 | Zig:19   | Noticed a royal mummy
261336 | Zig:19   | Killed a royal mummy
261337 | Zig:19   | Noticed a royal mummy
261338 | Zig:19   | Noticed a royal mummy
261338 | Zig:19   | Noticed a royal mummy
261338 | Zig:19   | Noticed a royal mummy
261339 | Zig:19   | Noticed a royal mummy
261339 | Zig:19   | Noticed a royal mummy
261339 | Zig:19   | Killed a royal mummy
261340 | Zig:19   | Killed a royal mummy
261340 | Zig:19   | Killed a royal mummy
261340 | Zig:19   | Killed a royal mummy
261340 | Zig:19   | Killed a royal mummy
261340 | Zig:19   | Killed a royal mummy
261341 | Zig:19   | Noticed a royal mummy
261342 | Zig:19   | Noticed a royal mummy
261342 | Zig:19   | Killed a royal mummy
261342 | Zig:19   | Noticed a royal mummy
261342 | Zig:19   | Killed a royal mummy
261343 | Zig:19   | Killed a royal mummy
261343 | Zig:19   | Killed a royal mummy
261343 | Zig:19   | Killed a royal mummy
261343 | Zig:19   | Killed a royal mummy
261343 | Zig:19   | Killed a royal mummy
261343 | Zig:19   | Killed a royal mummy
261344 | Zig:19   | Noticed a royal mummy
261344 | Zig:19   | Noticed a royal mummy
261345 | Zig:19   | Noticed a royal mummy
261345 | Zig:19   | Noticed a royal mummy
261346 | Zig:19   | Killed a royal mummy
261346 | Zig:19   | Killed a royal mummy
261346 | Zig:19   | Killed a royal mummy
261348 | Zig:19   | Noticed a royal mummy
261348 | Zig:19   | Noticed a royal mummy
261349 | Zig:19   | Killed a royal mummy
261350 | Zig:19   | Killed a royal mummy
261350 | Zig:19   | Killed a royal mummy
261351 | Zig:19   | Killed a royal mummy
261352 | Zig:19   | Killed a royal mummy
261382 | Zig:19   | Identified the staff of the Lamprey {rPois rF+++ Will- Ice
                  | Earth}
261389 | Zig:19   | Identified the ring "Ryulerchu" {rPois rC+ Will+ Slay+3}
261390 | Zig:19   | Identified the +3 flail "Sysegg" {flame, rCorr Str+3 Dex+2}
261408 | Zig:19   | Identified the +8 ice dragon scales of Peatyung {rF- rC++
                  | rN+ Str+3 Int+3}
261410 | Zig:19   | Identified the staff of the Distant Future {rPois rC++ rN+
                  | Int-4 Necro}
261420 | Zig:19   | Identified the +3 spear "Vedurrus" {freeze, rF++ Dex-3
                  | SInv}
261446 | Zig:19   | Identified the +4 mace "Esmakapn" {vamp, rPois SInv}
261448 | Zig:19   | Identified the staff of Xeotoc {rElec rF+ Fire}
261662 | Zig:19   | Identified the +2 helmet of Qyluin {+Inv rF- rC+}
261664 | Zig:19   | Identified the +0 leather armour of Wupses {Rampage rPois
                  | rC- Slay+4}
261669 | Zig:19   | Identified the ring of Foclyklu {*Slow MP+9 Int+3 Dex+2}
261826 | Zig:20   | Entered Level 20 of a ziggurat
261855 | Zig:20   | Identified the +4 arbalest "Nubem" {antimagic, rElec Will+}
262168 | Zig:20   | Identified the +0 ice dragon scales of Pride {rElec rF-
                  | rC++ Str+3}
262200 | Zig:20   | Identified the +5 dire flail of Ancient Evil {holy, ^Contam
                  | rN+ Will+ Int+8}
262234 | Zig:20   | Identified the ring of Carph {Ice Fly rElec Int+2}
262242 | Zig:20   | Identified the +8 hand axe "Doak" {heavy, rElec rPois}
262250 | Zig:20   | Identified the +3 flail of the Shark {freeze, Will+ Dex+2
                  | SInv}
262253 | Zig:20   | Identified the +3 triple sword of the Final Chapter {holy,
                  | rN+ MP+9 Int-2}
262258 | Zig:20   | Identified the +4 shortbow "Xinokar" {freeze, Str+3}
262316 | Zig:20   | Identified the amulet "Xafoaf" {RegenMP +Blink}
262318 | Zig:20   | Identified the ring "Gokhlymn" {rPois Int-4 Dex+4 SInv}
262343 | Zig:20   | Identified the staff of Reinforcement {rC+ Int+7 Dex-3 Conj
                  | Summ Ice}
262351 | Zig:20   | Identified the +7 plate armour of Qannuf {Fly rPois Str-3
                  | Stlth+}
262354 | Zig:20   | Identified the +6 hand axe "Ugil" {flame, rF+ SInv}
262359 | Zig:20   | Identified the +9 triple sword of the Inviting Seer {vamp,
                  | rElec rC+}
262362 | Zig:20   | Identified the +0 leather armour "Ofa Qax" {+Inv rCorr
                  | Slay-5}
262366 | Zig:20   | Identified the +4 chain mail "Winewi" {Will+ Slay+3}
262383 | Zig:21   | Entered Level 21 of a ziggurat
262383 | Zig:21   | Noticed an orb of fire
262383 | Zig:21   | Noticed an orb of fire
262383 | Zig:21   | Noticed an orb of fire
262383 | Zig:21   | Noticed an orb of fire
262383 | Zig:21   | Noticed an orb of fire
262383 | Zig:21   | Noticed an orb of fire
262383 | Zig:21   | Noticed an orb of fire
262383 | Zig:21   | Noticed an orb of fire
262383 | Zig:21   | Noticed an orb of fire
262383 | Zig:21   | Noticed an orb of fire
262383 | Zig:21   | Noticed an orb of fire
262383 | Zig:21   | Noticed an orb of fire
262383 | Zig:21   | Noticed an orb of fire
262383 | Zig:21   | Noticed an orb of fire
262383 | Zig:21   | Noticed an orb of fire
262383 | Zig:21   | Noticed an orb of fire
262383 | Zig:21   | Noticed an orb of fire
262383 | Zig:21   | Noticed an orb of fire
262383 | Zig:21   | Noticed an orb of fire
262383 | Zig:21   | Noticed an orb of fire
262387 | Zig:21   | Noticed an orb of fire
262388 | Zig:21   | Killed an orb of fire
262388 | Zig:21   | Killed an orb of fire
262388 | Zig:21   | Killed an orb of fire
262390 | Zig:21   | Killed an orb of fire
262391 | Zig:21   | Killed an orb of fire
262392 | Zig:21   | Noticed an orb of fire
262393 | Zig:21   | Killed an orb of fire
262393 | Zig:21   | Killed an orb of fire
262394 | Zig:21   | Noticed an orb of fire
262394 | Zig:21   | Noticed an orb of fire
262394 | Zig:21   | Noticed an orb of fire
262394 | Zig:21   | Noticed an orb of fire
262394 | Zig:21   | Noticed an orb of fire
262394 | Zig:21   | Killed an orb of fire
262395 | Zig:21   | Noticed an orb of fire
262395 | Zig:21   | Noticed an orb of fire
262395 | Zig:21   | Noticed an orb of fire
262395 | Zig:21   | Noticed an orb of fire
262395 | Zig:21   | Noticed an orb of fire
262395 | Zig:21   | Noticed an orb of fire
262396 | Zig:21   | Noticed an orb of fire
262396 | Zig:21   | Noticed an orb of fire
262396 | Zig:21   | Noticed an orb of fire
262396 | Zig:21   | Noticed an orb of fire
262396 | Zig:21   | Noticed an orb of fire
262396 | Zig:21   | Noticed an orb of fire
262396 | Zig:21   | Noticed an orb of fire
262397 | Zig:21   | Noticed an orb of fire
262397 | Zig:21   | Killed an orb of fire
262397 | Zig:21   | Killed an orb of fire
262397 | Zig:21   | Killed an orb of fire
262398 | Zig:21   | Noticed an orb of fire
262398 | Zig:21   | Noticed an orb of fire
262398 | Zig:21   | Noticed an orb of fire
262399 | Zig:21   | Noticed an orb of fire
262399 | Zig:21   | Noticed an orb of fire
262399 | Zig:21   | Killed an orb of fire
262399 | Zig:21   | Killed an orb of fire
262400 | Zig:21   | Killed an orb of fire
262400 | Zig:21   | Killed an orb of fire
262401 | Zig:21   | Noticed an orb of fire
262401 | Zig:21   | Noticed an orb of fire
262401 | Zig:21   | Noticed an orb of fire
262401 | Zig:21   | Noticed an orb of fire
262401 | Zig:21   | Noticed an orb of fire
262401 | Zig:21   | Noticed an orb of fire
262401 | Zig:21   | Noticed an orb of fire
262402 | Zig:21   | Noticed an orb of fire
262402 | Zig:21   | Noticed an orb of fire
262402 | Zig:21   | Killed an orb of fire
262402 | Zig:21   | Noticed an orb of fire
262403 | Zig:21   | Killed an orb of fire
262403 | Zig:21   | Killed an orb of fire
262403 | Zig:21   | Killed an orb of fire
262403 | Zig:21   | Killed an orb of fire
262403 | Zig:21   | Killed an orb of fire
262403 | Zig:21   | Killed an orb of fire
262403 | Zig:21   | Noticed an orb of fire
262404 | Zig:21   | Noticed an orb of fire
262406 | Zig:21   | Noticed an orb of fire
262407 | Zig:21   | Killed an orb of fire
262407 | Zig:21   | Killed an orb of fire
262407 | Zig:21   | Killed an orb of fire
262407 | Zig:21   | Killed an orb of fire
262407 | Zig:21   | Killed an orb of fire
262408 | Zig:21   | Noticed an orb of fire
262408 | Zig:21   | Noticed an orb of fire
262408 | Zig:21   | Noticed an orb of fire
262408 | Zig:21   | Noticed an orb of fire
262408 | Zig:21   | Noticed an orb of fire
262408 | Zig:21   | Noticed an orb of fire
262408 | Zig:21   | Noticed an orb of fire
262408 | Zig:21   | Noticed an orb of fire
262409 | Zig:21   | Noticed an orb of fire
262410 | Zig:21   | Noticed an orb of fire
262410 | Zig:21   | Killed an orb of fire
262410 | Zig:21   | Killed an orb of fire
262410 | Zig:21   | Killed an orb of fire
262410 | Zig:21   | Killed an orb of fire
262410 | Zig:21   | Killed an orb of fire
262410 | Zig:21   | Killed an orb of fire
262411 | Zig:21   | Noticed an orb of fire
262411 | Zig:21   | Killed an orb of fire
262411 | Zig:21   | Killed an orb of fire
262411 | Zig:21   | Killed an orb of fire
262411 | Zig:21   | Killed an orb of fire
262411 | Zig:21   | Killed an orb of fire
262411 | Zig:21   | Noticed an orb of fire
262411 | Zig:21   | Killed an orb of fire
262412 | Zig:21   | Noticed an orb of fire
262413 | Zig:21   | Killed an orb of fire
262413 | Zig:21   | Killed an orb of fire
262413 | Zig:21   | Killed an orb of fire
262413 | Zig:21   | Killed an orb of fire
262413 | Zig:21   | Killed an orb of fire
262413 | Zig:21   | Killed an orb of fire
262413 | Zig:21   | Noticed an orb of fire
262414 | Zig:21   | Killed an orb of fire
262414 | Zig:21   | Killed an orb of fire
262414 | Zig:21   | Killed an orb of fire
262414 | Zig:21   | Killed an orb of fire
262414 | Zig:21   | Killed an orb of fire
262414 | Zig:21   | Killed an orb of fire
262414 | Zig:21   | Killed an orb of fire
262415 | Zig:21   | Noticed an orb of fire
262415 | Zig:21   | Noticed an orb of fire
262415 | Zig:21   | Noticed an orb of fire
262415 | Zig:21   | Noticed an orb of fire
262415 | Zig:21   | Noticed an orb of fire
262415 | Zig:21   | Noticed an orb of fire
262415 | Zig:21   | Noticed an orb of fire
262415 | Zig:21   | Noticed an orb of fire
262416 | Zig:21   | Noticed an orb of fire
262416 | Zig:21   | Noticed an orb of fire
262416 | Zig:21   | Noticed an orb of fire
262416 | Zig:21   | Noticed an orb of fire
262417 | Zig:21   | Noticed an orb of fire
262417 | Zig:21   | Noticed an orb of fire
262417 | Zig:21   | Noticed an orb of fire
262417 | Zig:21   | Noticed an orb of fire
262417 | Zig:21   | Killed an orb of fire
262417 | Zig:21   | Killed an orb of fire
262418 | Zig:21   | Noticed an orb of fire
262418 | Zig:21   | Killed an orb of fire
262418 | Zig:21   | Killed an orb of fire
262418 | Zig:21   | Killed an orb of fire
262418 | Zig:21   | Killed an orb of fire
262418 | Zig:21   | Killed an orb of fire
262419 | Zig:21   | Noticed an orb of fire
262420 | Zig:21   | Noticed an orb of fire
262421 | Zig:21   | Noticed an orb of fire
262422 | Zig:21   | Noticed an orb of fire
262422 | Zig:21   | Killed an orb of fire
262422 | Zig:21   | Killed an orb of fire
262422 | Zig:21   | Killed an orb of fire
262422 | Zig:21   | Killed an orb of fire
262422 | Zig:21   | Killed an orb of fire
262423 | Zig:21   | Killed an orb of fire
262425 | Zig:21   | Killed an orb of fire
262425 | Zig:21   | Killed an orb of fire
262425 | Zig:21   | Killed an orb of fire
262427 | Zig:21   | Killed an orb of fire
262427 | Zig:21   | Killed an orb of fire
262427 | Zig:21   | Killed an orb of fire
262427 | Zig:21   | Killed an orb of fire
262427 | Zig:21   | Killed an orb of fire
262427 | Zig:21   | Killed an orb of fire
262427 | Zig:21   | Killed an orb of fire
262427 | Zig:21   | Killed an orb of fire
262427 | Zig:21   | Killed an orb of fire
262427 | Zig:21   | Killed an orb of fire
262427 | Zig:21   | Killed an orb of fire
262427 | Zig:21   | Killed an orb of fire
262427 | Zig:21   | Killed an orb of fire
262429 | Zig:21   | Killed an orb of fire
262429 | Zig:21   | Killed an orb of fire
262429 | Zig:21   | Killed an orb of fire
262429 | Zig:21   | Killed an orb of fire
262429 | Zig:21   | Killed an orb of fire
262429 | Zig:21   | Killed an orb of fire
262433 | Zig:21   | Killed an orb of fire
262433 | Zig:21   | Killed an orb of fire
262435 | Zig:21   | Killed an orb of fire
262435 | Zig:21   | Killed an orb of fire
262435 | Zig:21   | Killed an orb of fire
262435 | Zig:21   | Killed an orb of fire
262453 | Zig:21   | Killed an orb of fire
262539 | Zig:21   | Identified the +5 ring mail of Freezing Liberty {rC+ rN+
                  | Will+ Stlth+}
262551 | Zig:21   | Identified the ring of Wu Jian's Whim {rElec rCorr Int+3
                  | Slay-6}
262557 | Zig:21   | Identified the ring of Qiseadiv {^Contam Fly rElec rCorr
                  | Str+6}
262558 | Zig:21   | Identified the +1 chain mail "Riawn" {rF+ Will+ Int+4}
262559 | Zig:21   | Identified the +0 falchion "Joiniuf" {drain, rC+}
262566 | Zig:21   | Identified the +4 falchion "Voik" {flame, rF+ Str+3}
262573 | Zig:21   | Identified the +9 broad axe "Jafusu" {freeze, rElec}
262582 | Zig:21   | Identified the +4 crystal plate armour of Green the Good
                  | {Regen+ rCorr Int+3 Stlth+}
262657 | Zig:21   | Identified the +5 scimitar of the Living Dead {drain,
                  | Int+3}
263009 | Zig:22   | Entered Level 22 of a ziggurat
263012 | Zig:22   | Noticed a dread lich
263017 | Zig:22   | Noticed an ancient lich
263017 | Zig:22   | Killed a dread lich
263023 | Zig:22   | Noticed an ancient lich
263024 | Zig:22   | Killed an ancient lich
263049 | Zig:23   | Entered Level 23 of a ziggurat
263080 | Zig:23   | Identified the +2 pair of gloves "Plog" {rPois rN+ Regen+
                  | Str-2}
263095 | Zig:24   | Entered Level 24 of a ziggurat
263095 | Zig:24   | Noticed a dread lich
263095 | Zig:24   | Noticed a dread lich
263095 | Zig:24   | Noticed an ancient lich
263095 | Zig:24   | Noticed an ancient lich
263095 | Zig:24   | Noticed an ancient lich
263095 | Zig:24   | Noticed an ancient lich
263095 | Zig:24   | Noticed an ancient lich
263095 | Zig:24   | Noticed a dread lich
263095 | Zig:24   | Noticed an ancient lich
263095 | Zig:24   | Noticed a dread lich
263095 | Zig:24   | Noticed an ancient lich
263095 | Zig:24   | Noticed a dread lich
263095 | Zig:24   | Noticed an ancient lich
263095 | Zig:24   | Noticed an ancient lich
263095 | Zig:24   | Noticed a dread lich
263095 | Zig:24   | Noticed a dread lich
263098 | Zig:24   | Noticed an ancient lich
263098 | Zig:24   | Killed an ancient lich
263099 | Zig:24   | Noticed a dread lich
263099 | Zig:24   | Killed an ancient lich
263100 | Zig:24   | Noticed a dread lich
263100 | Zig:24   | Killed a dread lich
263100 | Zig:24   | Killed an ancient lich
263100 | Zig:24   | Killed a dread lich
263101 | Zig:24   | Noticed an ancient lich
263101 | Zig:24   | Noticed a dread lich
263101 | Zig:24   | Noticed a dread lich
263101 | Zig:24   | Killed an ancient lich
263101 | Zig:24   | Killed a dread lich
263101 | Zig:24   | Killed an ancient lich
263101 | Zig:24   | Killed a dread lich
263101 | Zig:24   | Killed a dread lich
263102 | Zig:24   | Noticed a dread lich
263102 | Zig:24   | Noticed a dread lich
263103 | Zig:24   | Noticed an ancient lich
263103 | Zig:24   | Noticed an ancient lich
263103 | Zig:24   | Killed an ancient lich
263103 | Zig:24   | Killed an ancient lich
263103 | Zig:24   | Killed a dread lich
263103 | Zig:24   | Killed a dread lich
263104 | Zig:24   | Noticed a dread lich
263104 | Zig:24   | Noticed an ancient lich
263104 | Zig:24   | Killed an ancient lich
263105 | Zig:24   | Killed a dread lich
263105 | Zig:24   | Killed an ancient lich
263105 | Zig:24   | Killed an ancient lich
263105 | Zig:24   | Killed an ancient lich
263106 | Zig:24   | Noticed an ancient lich
263106 | Zig:24   | Noticed a dread lich
263106 | Zig:24   | Noticed an ancient lich
263106 | Zig:24   | Noticed a dread lich
263107 | Zig:24   | Noticed an ancient lich
263107 | Zig:24   | Noticed an ancient lich
263108 | Zig:24   | Noticed an ancient lich
263108 | Zig:24   | Noticed a dread lich
263108 | Zig:24   | Noticed an ancient lich
263108 | Zig:24   | Killed an ancient lich
263109 | Zig:24   | Noticed a dread lich
263109 | Zig:24   | Noticed an ancient lich
263109 | Zig:24   | Noticed a dread lich
263109 | Zig:24   | Killed a dread lich
263110 | Zig:24   | Noticed a dread lich
263110 | Zig:24   | Noticed an ancient lich
263110 | Zig:24   | Noticed a dread lich
263110 | Zig:24   | Noticed a dread lich
263110 | Zig:24   | Noticed an ancient lich
263110 | Zig:24   | Killed an ancient lich
263111 | Zig:24   | Killed an ancient lich
263111 | Zig:24   | Killed a dread lich
263111 | Zig:24   | Killed a dread lich
263111 | Zig:24   | Killed an ancient lich
263111 | Zig:24   | Killed a dread lich
263112 | Zig:24   | Noticed an ancient lich
263112 | Zig:24   | Noticed a dread lich
263112 | Zig:24   | Killed a dread lich
263113 | Zig:24   | Noticed an ancient lich
263113 | Zig:24   | Noticed an ancient lich
263113 | Zig:24   | Noticed a dread lich
263113 | Zig:24   | Noticed an ancient lich
263114 | Zig:24   | Noticed an ancient lich
263114 | Zig:24   | Killed a dread lich
263114 | Zig:24   | Killed a dread lich
263114 | Zig:24   | Killed an ancient lich
263114 | Zig:24   | Killed a dread lich
263114 | Zig:24   | Killed a dread lich
263114 | Zig:24   | Killed a dread lich
263114 | Zig:24   | Killed an ancient lich
263115 | Zig:24   | Noticed a dread lich
263115 | Zig:24   | Noticed a dread lich
263115 | Zig:24   | Noticed a dread lich
263115 | Zig:24   | Killed an ancient lich
263116 | Zig:24   | Killed an ancient lich
263116 | Zig:24   | Killed a dread lich
263116 | Zig:24   | Killed an ancient lich
263116 | Zig:24   | Killed an ancient lich
263117 | Zig:24   | Killed an ancient lich
263117 | Zig:24   | Killed an ancient lich
263117 | Zig:24   | Killed a dread lich
263117 | Zig:24   | Killed a dread lich
263117 | Zig:24   | Killed a dread lich
263118 | Zig:24   | Noticed a dread lich
263118 | Zig:24   | Noticed a dread lich
263118 | Zig:24   | Noticed an ancient lich
263118 | Zig:24   | Killed an ancient lich
263119 | Zig:24   | Killed a dread lich
263119 | Zig:24   | Killed a dread lich
263119 | Zig:24   | Killed an ancient lich
263119 | Zig:24   | Killed an ancient lich
263120 | Zig:24   | Killed a dread lich
263121 | Zig:24   | Noticed an ancient lich
263121 | Zig:24   | Killed an ancient lich
263122 | Zig:24   | Noticed an ancient lich
263122 | Zig:24   | Killed a dread lich
263123 | Zig:24   | Noticed a dread lich
263123 | Zig:24   | Killed a dread lich
263124 | Zig:24   | Killed a dread lich
263124 | Zig:24   | Killed a dread lich
263125 | Zig:24   | Killed an ancient lich
263126 | Zig:24   | Killed an ancient lich
263128 | Zig:24   | Killed an ancient lich
263128 | Zig:24   | Killed a dread lich
263129 | Zig:24   | Killed an ancient lich
263539 | Zig:24   | Identified the +2 orcbow of Gallantry {drain, rPois Int+3
                  | Stlth+}
263545 | Zig:24   | Identified the +7 dagger of Ruonn {spect, rElec}
263559 | Zig:24   | Identified the +2 plate armour "Awu Jimp" {rElec rF+ rC-
                  | Str+4}
263664 | Zig:24   | Identified the +4 war axe "Loegridd" {antimagic, +Blink
                  | Int+3}
263666 | Zig:24   | Identified the ring of Lyunk {*Slow rPois rCorr AC+4 Dex+4}
263682 | Zig:24   | Identified the ring "Yfojeqis" {Fly EV+5 Int+3}
263710 | Zig:24   | Identified the +7 battleaxe "Vemeam" {holy, MP+9 Str+2
                  | Int-2 Dex+2}
263716 | Zig:24   | Identified the ring "Obynaom" {Will+ Stlth+}
263729 | Zig:25   | Entered Level 25 of a ziggurat
263753 | Zig:25   | Noticed Wasu the pandemonium lord
263756 | Zig:25   | Killed Wasu the pandemonium lord
263840 | Zig:25   | Identified the +0 shadow dragon scales of Muttered Phrases
                  | {Will+ Stlth++++}
263847 | Zig:25   | Identified the ring "Yklaricu" {rElec rPois rN+ Will+}
263873 | Zig:25   | Identified the +7 chain mail "Qeqoruh" {*Corrode Will-
                  | Dex+9 SInv}
263879 | Zig:25   | Identified the ring of Fuskyklu {rN+ MP+9}
264314 | Zig:26   | Entered Level 26 of a ziggurat
264397 | Zig:26   | Identified the +10 triple sword of Ipse Dixit {antimagic,
                  | *Corrode rElec rC+}
264405 | Zig:26   | Identified the +10 triple sword of Death {freeze, *Noise
                  | Int-2 Dex+6 Stlth+}
264412 | Zig:26   | Identified the +8 quarterstaff "Nase" {drain, rPois Int+5
                  | Stlth-}
264414 | Zig:26   | Identified the ring of Noriwn {Fly rElec Will+ rCorr Str-2}
264872 | Zig:26   | Identified the ring "Tunyiph" {rC+ rN+ Will+}
264888 | Zig:26   | Identified the staff of Pozoiz {Stlth+ Earth}
264905 | Zig:26   | Identified the +4 war axe of Kywnoud {flame, rC+ Str+3}
264915 | Zig:26   | Identified the +3 chain mail "Saug Voonuah" {Dex+2}
264928 | Zig:26   | Identified the +5 spear of Desperation {venom, ^Drain rF-
                  | MP+9 Int+8}
264930 | Zig:26   | Identified the staff of Sunlight {rElec rC+ Air}
264948 | Zig:26   | Identified the +1 scimitar of Tenacity {freeze, Will- Int+8
                  | Stlth+}
264956 | Zig:26   | Identified the staff "Concordance" {rPois rF- Will++ rCorr
                  | Alchemy}
264974 | Zig:26   | Identified the +2 triple sword "Vakluo" {venom, rElec rC-
                  | Int+3 SInv}
264977 | Zig:26   | Identified the ring of Eshrongi {rN+ Dex+3}
264989 | Zig:27   | Entered Level 27 of a ziggurat
264989 | Zig:27   | Noticed a juggernaut
264989 | Zig:27   | Noticed a juggernaut
264989 | Zig:27   | Noticed a juggernaut
264989 | Zig:27   | Noticed a juggernaut
264989 | Zig:27   | Noticed a juggernaut
264989 | Zig:27   | Noticed a juggernaut
264989 | Zig:27   | Noticed a juggernaut
264989 | Zig:27   | Noticed a juggernaut
264989 | Zig:27   | Noticed a juggernaut
264990 | Zig:27   | Killed a juggernaut
264990 | Zig:27   | Killed a juggernaut
264990 | Zig:27   | Killed a juggernaut
264991 | Zig:27   | Killed a juggernaut
264992 | Zig:27   | Noticed a juggernaut
264992 | Zig:27   | Noticed a juggernaut
264992 | Zig:27   | Killed a juggernaut
264992 | Zig:27   | Killed a juggernaut
264993 | Zig:27   | Killed a juggernaut
264994 | Zig:27   | Noticed a juggernaut
264994 | Zig:27   | Noticed a juggernaut
264994 | Zig:27   | Noticed a juggernaut
264995 | Zig:27   | Noticed a juggernaut
264995 | Zig:27   | Killed a juggernaut
264995 | Zig:27   | Noticed a juggernaut
264996 | Zig:27   | Killed a juggernaut
264996 | Zig:27   | Killed a juggernaut
264996 | Zig:27   | Killed a juggernaut
264997 | Zig:27   | Noticed a juggernaut
264997 | Zig:27   | Noticed a juggernaut
264997 | Zig:27   | Noticed a juggernaut
264997 | Zig:27   | Noticed a juggernaut
264997 | Zig:27   | Noticed a juggernaut
264997 | Zig:27   | Noticed a juggernaut
264997 | Zig:27   | Noticed a juggernaut
264997 | Zig:27   | Killed a juggernaut
264998 | Zig:27   | Noticed a juggernaut
264998 | Zig:27   | Noticed a juggernaut
264998 | Zig:27   | Noticed a juggernaut
264998 | Zig:27   | Noticed a juggernaut
264999 | Zig:27   | Noticed a juggernaut
264999 | Zig:27   | Noticed a juggernaut
264999 | Zig:27   | Killed a juggernaut
264999 | Zig:27   | Killed a juggernaut
264999 | Zig:27   | Killed a juggernaut
264999 | Zig:27   | Noticed a juggernaut
265000 | Zig:27   | Noticed a juggernaut
265000 | Zig:27   | Noticed a juggernaut
265000 | Zig:27   | Noticed a juggernaut
265000 | Zig:27   | Noticed a juggernaut
265000 | Zig:27   | Killed a juggernaut
265000 | Zig:27   | Killed a juggernaut
265001 | Zig:27   | Noticed a juggernaut
265001 | Zig:27   | Killed a juggernaut
265001 | Zig:27   | Killed a juggernaut
265001 | Zig:27   | Killed a juggernaut
265001 | Zig:27   | Killed a juggernaut
265001 | Zig:27   | Killed a juggernaut
265001 | Zig:27   | Noticed a juggernaut
265003 | Zig:27   | Noticed a juggernaut
265003 | Zig:27   | Noticed a juggernaut
265003 | Zig:27   | Noticed a juggernaut
265003 | Zig:27   | Noticed a juggernaut
265003 | Zig:27   | Noticed a juggernaut
265003 | Zig:27   | Noticed a juggernaut
265003 | Zig:27   | Killed a juggernaut
265004 | Zig:27   | Noticed a juggernaut
265004 | Zig:27   | Killed a juggernaut
265004 | Zig:27   | Killed a juggernaut
265004 | Zig:27   | Killed a juggernaut
265004 | Zig:27   | Killed a juggernaut
265004 | Zig:27   | Killed a juggernaut
265004 | Zig:27   | Killed a juggernaut
265004 | Zig:27   | Killed a juggernaut
265004 | Zig:27   | Killed a juggernaut
265004 | Zig:27   | Killed a juggernaut
265004 | Zig:27   | Killed a juggernaut
265004 | Zig:27   | Noticed a juggernaut
265004 | Zig:27   | Noticed a juggernaut
265004 | Zig:27   | Killed a juggernaut
265005 | Zig:27   | Noticed a juggernaut
265005 | Zig:27   | Noticed a juggernaut
265005 | Zig:27   | Noticed a juggernaut
265006 | Zig:27   | Noticed a juggernaut
265006 | Zig:27   | Noticed a juggernaut
265006 | Zig:27   | Noticed a juggernaut
265006 | Zig:27   | Noticed a juggernaut
265006 | Zig:27   | Noticed a juggernaut
265007 | Zig:27   | Noticed a juggernaut
265007 | Zig:27   | Noticed a juggernaut
265007 | Zig:27   | Noticed a juggernaut
265007 | Zig:27   | Noticed a juggernaut
265007 | Zig:27   | Noticed a juggernaut
265008 | Zig:27   | Killed a juggernaut
265008 | Zig:27   | Killed a juggernaut
265008 | Zig:27   | Killed a juggernaut
265008 | Zig:27   | Killed a juggernaut
265008 | Zig:27   | Killed a juggernaut
265008 | Zig:27   | Killed a juggernaut
265008 | Zig:27   | Killed a juggernaut
265008 | Zig:27   | Killed a juggernaut
265008 | Zig:27   | Killed a juggernaut
265009 | Zig:27   | Noticed a juggernaut
265009 | Zig:27   | Killed a juggernaut
265009 | Zig:27   | Killed a juggernaut
265009 | Zig:27   | Killed a juggernaut
265010 | Zig:27   | Killed a juggernaut
265011 | Zig:27   | Noticed a juggernaut
265011 | Zig:27   | Noticed a juggernaut
265011 | Zig:27   | Killed a juggernaut
265013 | Zig:27   | Noticed a juggernaut
265013 | Zig:27   | Killed a juggernaut
265014 | Zig:27   | Killed a juggernaut
265014 | Zig:27   | Killed a juggernaut
265015 | Zig:27   | Killed a juggernaut
265015 | Zig:27   | Killed a juggernaut
265016 | Zig:27   | Killed a juggernaut
265016 | Zig:27   | Killed a juggernaut
265016 | Zig:27   | Killed a juggernaut
265016 | Zig:27   | Killed a juggernaut
265016 | Zig:27   | Killed a juggernaut
265016 | Zig:27   | Killed a juggernaut
265016 | Zig:27   | Killed a juggernaut
265020 | Zig:27   | Identified the +4 morningstar of Tentacled Valiance {drain,
                  | *Rage rC++ rN++}
265028 | Zig:27   | Identified the +3 plate armour "Veojou" {SInv}
265032 | Zig:27   | Noticed a juggernaut
265037 | Zig:27   | Killed a juggernaut
265042 | Zig:27   | Killed a juggernaut
265045 | Zig:27   | Killed a juggernaut
265091 | Zig:27   | Identified the ring "Coinol" {rElec rPois rF+ rCorr Dex-2}
265099 | Zig:27   | Identified the +6 triple sword "Doantaax" {flame, rCorr
                  | Stlth+}
265101 | Zig:27   | Identified the +9 great sword of Uhustiuc {venom, rPois
                  | Will+ Str+2 Dex-4}
265103 | Zig:27   | Identified the ring "Otaacan" {Fly rPois}
265113 | Zig:27   | Identified the staff "Dierean" {rN+ Str+2 Necro}
265136 | Zig:27   | Identified the +2 great sword of Charred Fortitude {holy,
                  | rCorr}
265149 | Zig:27   | Identified the staff "Juetuikk" {rF++ rC+ Str-3 Int-2 Dex+8
                  | Ice}
265153 | Zig:27   | Identified the +2 flail of Vanity {antimagic, rPois rC+}
265154 | Zig:27   | Identified the +4 morningstar "Caoblo" {freeze, rElec rPois
                  | rCorr Int-4}
265156 | Zig:27   | Identified the +9 orcbow "Ydipatt" {flame, rF+ rN+ Stlth+}
265161 | Zig:27   | Identified the staff "Suxtydep" {^Drain rElec rC+ Str+9
                  | Conj}
265177 | Zig:27   | Identified the +6 morningstar "Worm" {heavy, rC+ rN+ Will+
                  | Stlth+}
265213 | Zig:27   | Identified the staff of the Priest {rC+ rN+ Necro Fire Ice}
265216 | Zig:27   | Identified the +9 orcbow of Equivalence {speed, ^Fragile
                  | rF+ rC+ Str+4}
265237 | Zig:27   | Identified the +1 leather armour of Awooss {Regen+}
265311 | Zig:27   | Identified the +5 ring mail of the Doldrums {+Blink Will+}
265317 | Zig:27   | Identified the +8 arbalest of Hacking and Slashing {drain,
                  | rC+ Str+2 Dex-5}
265321 | Zig:27   | Identified the ring "Sash" {Wiz rF+ Slay+5}
265679 | Zig:1    | Entered Level 1 of a ziggurat
265693 | Zig:2    | Entered Level 2 of a ziggurat
265851 | Zig:3    | Entered Level 3 of a ziggurat
265854 | Zig:3    | Noticed Bakis the pandemonium lord
265865 | Zig:3    | Killed Bakis the pandemonium lord
265976 | Zig:3    | Identified the +0 scale mail "Uckuk" {Will- Regen+ Str+4}
266036 | Zig:4    | Entered Level 4 of a ziggurat
266036 | Zig:4    | Noticed an ancient lich
266036 | Zig:4    | Noticed an ancient lich
266036 | Zig:4    | Noticed a dread lich
266036 | Zig:4    | Noticed a dread lich
266036 | Zig:4    | Noticed an ancient lich
266036 | Zig:4    | Noticed an ancient lich
266036 | Zig:4    | Noticed an ancient lich
266036 | Zig:4    | Noticed a dread lich
266036 | Zig:4    | Noticed an ancient lich
266036 | Zig:4    | Noticed a dread lich
266036 | Zig:4    | Noticed an ancient lich
266037 | Zig:4    | Killed an ancient lich
266038 | Zig:4    | Noticed a dread lich
266038 | Zig:4    | Noticed a dread lich
266041 | Zig:4    | Killed an ancient lich
266041 | Zig:4    | Killed a dread lich
266041 | Zig:4    | Killed an ancient lich
266041 | Zig:4    | Killed an ancient lich
266041 | Zig:4    | Killed an ancient lich
266041 | Zig:4    | Killed a dread lich
266041 | Zig:4    | Killed an ancient lich
266042 | Zig:4    | Noticed a dread lich
266043 | Zig:4    | Killed an ancient lich
266043 | Zig:4    | Killed a dread lich
266044 | Zig:4    | Killed a dread lich
266045 | Zig:4    | Killed a dread lich
266045 | Zig:4    | Killed a dread lich
266046 | Zig:4    | Killed a dread lich
266186 | Zig:5    | Entered Level 5 of a ziggurat
266186 | Zig:5    | Noticed Kumoli the pandemonium lord
266186 | Zig:5    | Noticed Wottor the pandemonium lord
266186 | Zig:5    | Noticed Edykkex the pandemonium lord
266186 | Zig:5    | Noticed Zocront the pandemonium lord
266186 | Zig:5    | Noticed Eschioroo the pandemonium lord
266186 | Zig:5    | Noticed Currut the pandemonium lord
266186 | Zig:5    | Noticed Urchabeo the pandemonium lord
266186 | Zig:5    | Noticed Sur Ivy the pandemonium lord
266186 | Zig:5    | Noticed Vyolom the pandemonium lord
266186 | Zig:5    | Noticed Budares the pandemonium lord
266186 | Zig:5    | Noticed Zounin the pandemonium lord
266186 | Zig:5    | Noticed Laissos the pandemonium lord
266186 | Zig:5    | Noticed Uveedd the pandemonium lord
266186 | Zig:5    | Noticed Dotul the pandemonium lord
266186 | Zig:5    | Noticed Doelul the pandemonium lord
266186 | Zig:5    | Noticed Kofimaon the pandemonium lord
266187 | Zig:5    | Killed Edykkex the pandemonium lord
266187 | Zig:5    | Killed Eschioroo the pandemonium lord
266187 | Zig:5    | Killed Kofimaon the pandemonium lord
266191 | Zig:5    | Killed Zocront the pandemonium lord
266191 | Zig:5    | Killed Currut the pandemonium lord
266191 | Zig:5    | Killed Doelul the pandemonium lord
266191 | Zig:5    | Killed Uveedd the pandemonium lord
266192 | Zig:5    | Noticed Daegah the pandemonium lord
266192 | Zig:5    | Noticed Foworoz the pandemonium lord
266192 | Zig:5    | Noticed Kaopn the pandemonium lord
266192 | Zig:5    | Noticed Myasem the pandemonium lord
266192 | Zig:5    | Killed Vyolom the pandemonium lord
266192 | Zig:5    | Noticed Worphaoklei the pandemonium lord
266192 | Zig:5    | Noticed Laerrae the pandemonium lord
266193 | Zig:5    | Noticed Garesol the pandemonium lord
266193 | Zig:5    | Noticed Yliev the pandemonium lord
266193 | Zig:5    | Killed Zounin the pandemonium lord
266193 | Zig:5    | Killed Budares the pandemonium lord
266193 | Zig:5    | Killed Laissos the pandemonium lord
266193 | Zig:5    | Killed Kumoli the pandemonium lord
266194 | Zig:5    | Noticed Vudydaidgh the pandemonium lord
266194 | Zig:5    | Noticed Oveqithr Jeru the pandemonium lord
266194 | Zig:5    | Noticed Sun Woph the pandemonium lord
266194 | Zig:5    | Noticed Uco Fofu the pandemonium lord
266194 | Zig:5    | Killed Wottor the pandemonium lord
266194 | Zig:5    | Killed Myasem the pandemonium lord
266194 | Zig:5    | Killed Kaopn the pandemonium lord
266194 | Zig:5    | Killed Urchabeo the pandemonium lord
266194 | Zig:5    | Killed Sur Ivy the pandemonium lord
266195 | Zig:5    | Killed Sun Woph the pandemonium lord
266195 | Zig:5    | Killed Worphaoklei the pandemonium lord
266195 | Zig:5    | Killed Vudydaidgh the pandemonium lord
266195 | Zig:5    | Killed Oveqithr Jeru the pandemonium lord
266195 | Zig:5    | Noticed Qaqofus the pandemonium lord
266196 | Zig:5    | Killed Garesol the pandemonium lord
266196 | Zig:5    | Killed Dotul the pandemonium lord
266200 | Zig:5    | Killed Laerrae the pandemonium lord
266206 | Zig:5    | Killed Yliev the pandemonium lord
266206 | Zig:5    | Killed Qaqofus the pandemonium lord
266208 | Zig:5    | Killed Daegah the pandemonium lord
266208 | Zig:5    | Killed Uco Fofu the pandemonium lord
266210 | Zig:5    | Killed Foworoz the pandemonium lord
266307 | Zig:5    | Identified the +8 mace "Lifebane" {venom, rElec rF+ rC++
                  | Stlth-}
266457 | Zig:6    | Entered Level 6 of a ziggurat
266635 | Zig:6    | Identified the +5 arbalest of Attainder {freeze, Str+2}
266700 | Zig:6    | Identified the +0 plate armour of Rationality {rPois rC+
                  | Dex+3 Slay+2}
266726 | Zig:7    | Entered Level 7 of a ziggurat
266726 | Zig:7    | Noticed an ancient lich
266731 | Zig:7    | Killed an ancient lich
266989 | Zig:8    | Entered Level 8 of a ziggurat
266989 | Zig:8    | Noticed Yprit the pandemonium lord
266989 | Zig:8    | Noticed Safabee the pandemonium lord
266989 | Zig:8    | Noticed Kedghael the pandemonium lord
266989 | Zig:8    | Noticed Cira the pandemonium lord
266989 | Zig:8    | Noticed Zaricuf the pandemonium lord
266989 | Zig:8    | Noticed Usiyth the pandemonium lord
266989 | Zig:8    | Noticed Feroif the pandemonium lord
266989 | Zig:8    | Noticed Das Sioc the pandemonium lord
266989 | Zig:8    | Noticed Wuhen the pandemonium lord
266989 | Zig:8    | Noticed Wuraxu the pandemonium lord
266989 | Zig:8    | Noticed Wiungewn the pandemonium lord
266989 | Zig:8    | Noticed Jekk the pandemonium lord
266989 | Zig:8    | Noticed Voevoll the pandemonium lord
266989 | Zig:8    | Noticed Cavvi the pandemonium lord
266989 | Zig:8    | Noticed Pinnuo the pandemonium lord
266989 | Zig:8    | Noticed Birixkih the pandemonium lord
266989 | Zig:8    | Noticed Lalascham the pandemonium lord
266989 | Zig:8    | Noticed Vishraar the pandemonium lord
266990 | Zig:8    | Killed Wuraxu the pandemonium lord
266990 | Zig:8    | Killed Cavvi the pandemonium lord
266991 | Zig:8    | Noticed Reepal the pandemonium lord
266991 | Zig:8    | Noticed Podghoc the pandemonium lord
266991 | Zig:8    | Noticed Ommodwuu the pandemonium lord
266991 | Zig:8    | Noticed Nuitaud the pandemonium lord
266992 | Zig:8    | Killed Vishraar the pandemonium lord
266993 | Zig:8    | Noticed Vidir the pandemonium lord
266993 | Zig:8    | Noticed Jaqerr the pandemonium lord
266993 | Zig:8    | Noticed Fekun the pandemonium lord
266993 | Zig:8    | Noticed Kuyqiet the pandemonium lord
266993 | Zig:8    | Noticed Kyotirph the pandemonium lord
266994 | Zig:8    | Noticed Gale the pandemonium lord
266994 | Zig:8    | Killed Nuitaud the pandemonium lord
266994 | Zig:8    | Killed Usiyth the pandemonium lord
266994 | Zig:8    | Killed Wiungewn the pandemonium lord
266994 | Zig:8    | Killed Kedghael the pandemonium lord
266994 | Zig:8    | Killed Voevoll the pandemonium lord
266994 | Zig:8    | Killed Kuyqiet the pandemonium lord
266994 | Zig:8    | Killed Kyotirph the pandemonium lord
266994 | Zig:8    | Killed Safabee the pandemonium lord
266994 | Zig:8    | Noticed Zoiraas the pandemonium lord
266995 | Zig:8    | Killed Reepal the pandemonium lord
266995 | Zig:8    | Killed Cira the pandemonium lord
266995 | Zig:8    | Killed Lalascham the pandemonium lord
266995 | Zig:8    | Killed Podghoc the pandemonium lord
266995 | Zig:8    | Killed Birixkih the pandemonium lord
266996 | Zig:8    | Killed Ommodwuu the pandemonium lord
266996 | Zig:8    | Noticed Conetuxt the pandemonium lord
266996 | Zig:8    | Killed Fekun the pandemonium lord
266996 | Zig:8    | Noticed Tanad the pandemonium lord
266997 | Zig:8    | Killed Wuhen the pandemonium lord
266997 | Zig:8    | Killed Pinnuo the pandemonium lord
266998 | Zig:8    | Noticed Vola the pandemonium lord
266998 | Zig:8    | Noticed Xaisis the pandemonium lord
266998 | Zig:8    | Noticed Ganwiut the pandemonium lord
266998 | Zig:8    | Killed Jekk the pandemonium lord
266998 | Zig:8    | Killed Gale the pandemonium lord
266998 | Zig:8    | Noticed Ympacyit the pandemonium lord
266998 | Zig:8    | Killed Conetuxt the pandemonium lord
266999 | Zig:8    | Noticed Lovaiss the pandemonium lord
266999 | Zig:8    | Noticed Ezoje the pandemonium lord
266999 | Zig:8    | Noticed Hegotiel the pandemonium lord
266999 | Zig:8    | Killed Vidir the pandemonium lord
266999 | Zig:8    | Killed Das Sioc the pandemonium lord
267000 | Zig:8    | Noticed Qiass the pandemonium lord
267000 | Zig:8    | Noticed Miazat the pandemonium lord
267001 | Zig:8    | Noticed Deux the pandemonium lord
267001 | Zig:8    | Noticed Nehofeh the pandemonium lord
267001 | Zig:8    | Noticed Ekhucoac the pandemonium lord
267002 | Zig:8    | Noticed Moodid the pandemonium lord
267002 | Zig:8    | Noticed Ynga the pandemonium lord
267002 | Zig:8    | Noticed Zedd the pandemonium lord
267003 | Zig:8    | Killed Ganwiut the pandemonium lord
267003 | Zig:8    | Killed Deux the pandemonium lord
267003 | Zig:8    | Killed Ekhucoac the pandemonium lord
267003 | Zig:8    | Killed Hegotiel the pandemonium lord
267003 | Zig:8    | Killed Zoiraas the pandemonium lord
267003 | Zig:8    | Killed Ympacyit the pandemonium lord
267003 | Zig:8    | Killed Ynga the pandemonium lord
267003 | Zig:8    | Killed Nehofeh the pandemonium lord
267003 | Zig:8    | Killed Miazat the pandemonium lord
267003 | Zig:8    | Killed Zaricuf the pandemonium lord
267004 | Zig:8    | Killed Qoaguolits the pandemonium lord
267004 | Zig:8    | Killed Ezoje the pandemonium lord
267005 | Zig:8    | Noticed Omniadd the pandemonium lord
267005 | Zig:8    | Noticed Jubb the pandemonium lord
267005 | Zig:8    | Noticed Esheoq the pandemonium lord
267005 | Zig:8    | Killed Vola the pandemonium lord
267006 | Zig:8    | Killed Jubb the pandemonium lord
267006 | Zig:8    | Killed Xaisis the pandemonium lord
267006 | Zig:8    | Killed Zedd the pandemonium lord
267006 | Zig:8    | Killed Omniadd the pandemonium lord
267006 | Zig:8    | Killed Qiass the pandemonium lord
267009 | Zig:8    | Killed Yprit the pandemonium lord
267010 | Zig:8    | Killed Tanad the pandemonium lord
267011 | Zig:8    | Killed Lovaiss the pandemonium lord
267012 | Zig:8    | Killed Jaqerr the pandemonium lord
267013 | Zig:8    | Killed Feroif the pandemonium lord
267013 | Zig:8    | Killed Moodid the pandemonium lord
267020 | Zig:8    | Killed Esheoq the pandemonium lord
267096 | Zig:8    | Identified the +2 helmet of Impatience {^Contam rElec rN+
                  | Dex+6}
267291 | Zig:8    | Identified the +0 helmet of Zofy {Rampage rCorr}
267299 | Zig:8    | Identified the +1 arbalest "Ruaph" {penet, rPois Dex+2}
267328 | Zig:8    | Identified the +1 cloak "Temex" {rElec rPois rC- Will++}
267369 | Zig:9    | Entered Level 9 of a ziggurat
267369 | Zig:9    | Noticed Icokhlali's ghost (legendary TeBe)
267369 | Zig:9    | Noticed Mojoaz's ghost (legendary GrFi)
267369 | Zig:9    | Noticed Mojoaz's ghost (legendary GrFi)
267369 | Zig:9    | Noticed Mojoaz's ghost (legendary GrFi)
267369 | Zig:9    | Noticed Icokhlali's ghost (legendary TeBe)
267369 | Zig:9    | Noticed Icokhlali's ghost (legendary TeBe)
267369 | Zig:9    | Noticed Mojoaz's ghost (legendary GrFi)
267369 | Zig:9    | Noticed Icokhlali's ghost (legendary TeBe)
267369 | Zig:9    | Noticed Mojoaz's ghost (legendary GrFi)
267369 | Zig:9    | Noticed Mojoaz's ghost (legendary GrFi)
267369 | Zig:9    | Noticed Mojoaz's ghost (legendary GrFi)
267369 | Zig:9    | Noticed Icokhlali's ghost (legendary TeBe)
267369 | Zig:9    | Noticed Mojoaz's ghost (legendary GrFi)
267369 | Zig:9    | Noticed Mojoaz's ghost (legendary GrFi)
267369 | Zig:9    | Noticed Mojoaz's ghost (legendary GrFi)
267369 | Zig:9    | Noticed Mojoaz's ghost (legendary GrFi)
267369 | Zig:9    | Noticed Mojoaz's ghost (legendary GrFi)
267369 | Zig:9    | Noticed Mojoaz's ghost (legendary GrFi)
267369 | Zig:9    | Noticed Icokhlali's ghost (legendary TeBe)
267369 | Zig:9    | Noticed Mojoaz's ghost (legendary GrFi)
267369 | Zig:9    | Noticed Icokhlali's ghost (legendary TeBe)
267369 | Zig:9    | Noticed Icokhlali's ghost (legendary TeBe)
267369 | Zig:9    | Noticed Icokhlali's ghost (legendary TeBe)
267369 | Zig:9    | Noticed Icokhlali's ghost (legendary TeBe)
267370 | Zig:9    | Noticed Icokhlali's ghost (legendary TeBe)
267370 | Zig:9    | Noticed Icokhlali's ghost (legendary TeBe)
267373 | Zig:9    | Noticed Icokhlali's ghost (legendary TeBe)
267373 | Zig:9    | Noticed Icokhlali's ghost (legendary TeBe)
267376 | Zig:9    | Noticed Mojoaz's ghost (legendary GrFi)
267376 | Zig:9    | Noticed Mojoaz's ghost (legendary GrFi)
267376 | Zig:9    | Noticed Mojoaz's ghost (legendary GrFi)
267376 | Zig:9    | Killed Icokhlali's ghost
267376 | Zig:9    | Killed Icokhlali's ghost
267376 | Zig:9    | Noticed Icokhlali's ghost (legendary TeBe)
267377 | Zig:9    | Killed Icokhlali's ghost
267377 | Zig:9    | Killed Icokhlali's ghost
267378 | Zig:9    | Killed Icokhlali's ghost
267378 | Zig:9    | Killed Icokhlali's ghost
267378 | Zig:9    | Killed Icokhlali's ghost
267378 | Zig:9    | Noticed Icokhlali's ghost (legendary TeBe)
267378 | Zig:9    | Noticed Mojoaz's ghost (legendary GrFi)
267379 | Zig:9    | Killed Icokhlali's ghost
267379 | Zig:9    | Noticed Icokhlali's ghost (legendary TeBe)
267379 | Zig:9    | Killed Icokhlali's ghost
267379 | Zig:9    | Killed Icokhlali's ghost
267382 | Zig:9    | Killed Mojoaz's ghost
267382 | Zig:9    | Noticed Mojoaz's ghost (legendary GrFi)
267382 | Zig:9    | Killed Icokhlali's ghost
267383 | Zig:9    | Killed Icokhlali's ghost
267383 | Zig:9    | Killed Icokhlali's ghost
267384 | Zig:9    | Noticed Icokhlali's ghost (legendary TeBe)
267385 | Zig:9    | Noticed Mojoaz's ghost (legendary GrFi)
267385 | Zig:9    | Noticed Mojoaz's ghost (legendary GrFi)
267386 | Zig:9    | Killed Icokhlali's ghost
267386 | Zig:9    | Killed Icokhlali's ghost
267387 | Zig:9    | Noticed Icokhlali's ghost (legendary TeBe)
267387 | Zig:9    | Noticed Icokhlali's ghost (legendary TeBe)
267387 | Zig:9    | Noticed Mojoaz's ghost (legendary GrFi)
267387 | Zig:9    | Noticed Icokhlali's ghost (legendary TeBe)
267387 | Zig:9    | Noticed Icokhlali's ghost (legendary TeBe)
267387 | Zig:9    | Noticed Mojoaz's ghost (legendary GrFi)
267387 | Zig:9    | Killed Mojoaz's ghost
267387 | Zig:9    | Noticed Icokhlali's ghost (legendary TeBe)
267387 | Zig:9    | Killed Icokhlali's ghost
267387 | Zig:9    | Killed Mojoaz's ghost
267387 | Zig:9    | Killed Mojoaz's ghost
267387 | Zig:9    | Killed Icokhlali's ghost
267387 | Zig:9    | Noticed Icokhlali's ghost (legendary TeBe)
267387 | Zig:9    | Noticed Icokhlali's ghost (legendary TeBe)
267387 | Zig:9    | Noticed Icokhlali's ghost (legendary TeBe)
267388 | Zig:9    | Noticed Icokhlali's ghost (legendary TeBe)
267388 | Zig:9    | Noticed Icokhlali's ghost (legendary TeBe)
267388 | Zig:9    | Killed Mojoaz's ghost
267388 | Zig:9    | Killed Icokhlali's ghost
267388 | Zig:9    | Killed Mojoaz's ghost
267388 | Zig:9    | Killed Mojoaz's ghost
267388 | Zig:9    | Killed Icokhlali's ghost
267388 | Zig:9    | Killed Icokhlali's ghost
267388 | Zig:9    | Killed Mojoaz's ghost
267388 | Zig:9    | Killed Icokhlali's ghost
267388 | Zig:9    | Killed Mojoaz's ghost
267388 | Zig:9    | Killed Mojoaz's ghost
267388 | Zig:9    | Killed Icokhlali's ghost
267388 | Zig:9    | Killed Icokhlali's ghost
267388 | Zig:9    | Killed Mojoaz's ghost
267388 | Zig:9    | Killed Icokhlali's ghost
267388 | Zig:9    | Killed Mojoaz's ghost
267389 | Zig:9    | Noticed Mojoaz's ghost (legendary GrFi)
267389 | Zig:9    | Killed Mojoaz's ghost
267389 | Zig:9    | Killed Mojoaz's ghost
267389 | Zig:9    | Killed Mojoaz's ghost
267389 | Zig:9    | Killed Icokhlali's ghost
267389 | Zig:9    | Killed Mojoaz's ghost
267390 | Zig:9    | Killed Icokhlali's ghost
267390 | Zig:9    | Killed Icokhlali's ghost
267390 | Zig:9    | Killed Mojoaz's ghost
267391 | Zig:9    | Noticed Icokhlali's ghost (legendary TeBe)
267391 | Zig:9    | Killed Mojoaz's ghost
267391 | Zig:9    | Killed Icokhlali's ghost
267393 | Zig:9    | Killed Mojoaz's ghost
267393 | Zig:9    | Killed Mojoaz's ghost
267393 | Zig:9    | Killed Mojoaz's ghost
267393 | Zig:9    | Killed Mojoaz's ghost
267393 | Zig:9    | Killed Mojoaz's ghost
267393 | Zig:9    | Killed Mojoaz's ghost
267397 | Zig:9    | Killed Icokhlali's ghost
267413 | Zig:9    | Killed Icokhlali's ghost
267561 | Zig:9    | Identified the +3 orcbow "Demon's Bane" {heavy, +Blink}
267723 | Zig:10   | Entered Level 10 of a ziggurat
267723 | Zig:10   | Noticed a juggernaut
267723 | Zig:10   | Noticed a juggernaut
267723 | Zig:10   | Noticed a juggernaut
267723 | Zig:10   | Noticed a juggernaut
267723 | Zig:10   | Noticed a juggernaut
267723 | Zig:10   | Noticed a juggernaut
267723 | Zig:10   | Noticed a juggernaut
267723 | Zig:10   | Noticed a juggernaut
267723 | Zig:10   | Noticed a juggernaut
267724 | Zig:10   | Killed a juggernaut
267724 | Zig:10   | Killed a juggernaut
267724 | Zig:10   | Killed a juggernaut
267724 | Zig:10   | Killed a juggernaut
267725 | Zig:10   | Noticed a juggernaut
267725 | Zig:10   | Noticed a juggernaut
267726 | Zig:10   | Noticed a juggernaut
267726 | Zig:10   | Noticed a juggernaut
267726 | Zig:10   | Noticed a juggernaut
267727 | Zig:10   | Noticed a juggernaut
267727 | Zig:10   | Killed a juggernaut
267728 | Zig:10   | Killed a juggernaut
267728 | Zig:10   | Killed a juggernaut
267728 | Zig:10   | Killed a juggernaut
267728 | Zig:10   | Killed a juggernaut
267728 | Zig:10   | Killed a juggernaut
267728 | Zig:10   | Killed a juggernaut
267728 | Zig:10   | Killed a juggernaut
267729 | Zig:10   | Noticed a juggernaut
267731 | Zig:10   | Killed a juggernaut
267731 | Zig:10   | Killed a juggernaut
267732 | Zig:10   | Killed a juggernaut
267733 | Zig:10   | Killed a juggernaut
267734 | Zig:10   | Noticed a juggernaut
267735 | Zig:10   | Noticed a juggernaut
267740 | Zig:10   | Killed a juggernaut
267740 | Zig:10   | Killed a juggernaut
268104 | Zig:11   | Entered Level 11 of a ziggurat
268123 | Zig:11   | Noticed Ilea the pandemonium lord
268128 | Zig:11   | Killed Ilea the pandemonium lord
268272 | Zig:11   | Identified the +6 ice dragon scales of Focw {*Corrode rElec
                  | rF- rC++ rN+ Str+8}
268653 | Zig:12   | Entered Level 12 of a ziggurat
268686 | Zig:12   | Identified the +0 orcbow of the Hills {heavy, rF+}
269025 | Zig:12   | Identified the +1 robe "Uhyt" {*Corrode rPois rN+}
269030 | Zig:12   | Identified the +1 spear of Mayhem {elec, Dex+3}
269037 | Zig:12   | Identified the ring "Vopter" {rElec rF+ Will- rCorr Str+4}
269039 | Zig:12   | Identified the maw talisman "Xiewuk Ofro" {SInv}
269065 | Zig:12   | Identified the +1 rapier of the Nexus {spect, rC+ rN+ Dex+3
                  | Stlth-}
269117 | Zig:13   | Entered Level 13 of a ziggurat
269119 | Zig:13   | Noticed a dread lich
269121 | Zig:13   | Noticed an ancient lich
269128 | Zig:13   | Noticed a dread lich
269128 | Zig:13   | Killed a dread lich
269128 | Zig:13   | Killed an ancient lich
269130 | Zig:13   | Paralysed by a wendigo for 1 turns
269141 | Zig:13   | Killed a dread lich
269293 | Zig:13   | Identified the +8 dagger "Cejaghapu" {antimagic, rF+ rN+}
269311 | Zig:13   | Identified the amulet "Lefy" {Reflect Will+ SH+5}
269607 | Zig:14   | Entered Level 14 of a ziggurat
269610 | Zig:14   | Noticed a dread lich
269610 | Zig:14   | Noticed an ancient lich
269610 | Zig:14   | Noticed a dread lich
269611 | Zig:14   | Noticed an ancient lich
269612 | Zig:14   | Noticed a dread lich
269612 | Zig:14   | Noticed an ancient lich
269612 | Zig:14   | Noticed an ancient lich
269612 | Zig:14   | Noticed a dread lich
269613 | Zig:14   | Killed an ancient lich
269614 | Zig:14   | Noticed an ancient lich
269615 | Zig:14   | Noticed an ancient lich
269615 | Zig:14   | Noticed a dread lich
269615 | Zig:14   | Noticed a dread lich
269615 | Zig:14   | Noticed a dread lich
269615 | Zig:14   | Noticed a dread lich
269617 | Zig:14   | Killed a dread lich
269617 | Zig:14   | Killed a dread lich
269618 | Zig:14   | Killed an ancient lich
269618 | Zig:14   | Killed an ancient lich
269618 | Zig:14   | Killed a dread lich
269618 | Zig:14   | Noticed a dread lich
269619 | Zig:14   | Noticed a dread lich
269619 | Zig:14   | Noticed a dread lich
269619 | Zig:14   | Noticed an ancient lich
269620 | Zig:14   | Noticed an ancient lich
269620 | Zig:14   | Noticed a dread lich
269620 | Zig:14   | Noticed a dread lich
269621 | Zig:14   | Noticed a dread lich
269621 | Zig:14   | Noticed a dread lich
269621 | Zig:14   | Noticed a dread lich
269621 | Zig:14   | Killed an ancient lich
269622 | Zig:14   | Killed a dread lich
269622 | Zig:14   | Killed a dread lich
269622 | Zig:14   | Killed a dread lich
269622 | Zig:14   | Killed a dread lich
269622 | Zig:14   | Killed a dread lich
269622 | Zig:14   | Killed a dread lich
269622 | Zig:14   | Killed an ancient lich
269623 | Zig:14   | Noticed a dread lich
269623 | Zig:14   | Noticed an ancient lich
269623 | Zig:14   | Noticed a dread lich
269623 | Zig:14   | Killed a dread lich
269624 | Zig:14   | Noticed a dread lich
269624 | Zig:14   | Noticed a dread lich
269624 | Zig:14   | Noticed a dread lich
269624 | Zig:14   | Killed an ancient lich
269625 | Zig:14   | Noticed an ancient lich
269625 | Zig:14   | Noticed an ancient lich
269625 | Zig:14   | Noticed a dread lich
269625 | Zig:14   | Noticed a dread lich
269625 | Zig:14   | Noticed a dread lich
269625 | Zig:14   | Killed an ancient lich
269625 | Zig:14   | Killed a dread lich
269625 | Zig:14   | Killed a dread lich
269625 | Zig:14   | Killed an ancient lich
269626 | Zig:14   | Noticed an ancient lich
269626 | Zig:14   | Killed a dread lich
269626 | Zig:14   | Killed a dread lich
269626 | Zig:14   | Killed a dread lich
269626 | Zig:14   | Killed a dread lich
269626 | Zig:14   | Killed an ancient lich
269626 | Zig:14   | Killed a dread lich
269626 | Zig:14   | Killed a dread lich
269627 | Zig:14   | Noticed an ancient lich
269627 | Zig:14   | Noticed an ancient lich
269627 | Zig:14   | Noticed a dread lich
269627 | Zig:14   | Killed a dread lich
269628 | Zig:14   | Noticed a dread lich
269628 | Zig:14   | Noticed a dread lich
269628 | Zig:14   | Noticed a dread lich
269628 | Zig:14   | Killed a dread lich
269628 | Zig:14   | Killed a dread lich
269628 | Zig:14   | Killed a dread lich
269628 | Zig:14   | Killed an ancient lich
269629 | Zig:14   | Noticed a dread lich
269629 | Zig:14   | Noticed an ancient lich
269629 | Zig:14   | Noticed a dread lich
269629 | Zig:14   | Noticed an ancient lich
269629 | Zig:14   | Noticed an ancient lich
269629 | Zig:14   | Killed an ancient lich
269631 | Zig:14   | Noticed an ancient lich
269631 | Zig:14   | Killed a dread lich
269632 | Zig:14   | Killed a dread lich
269632 | Zig:14   | Killed an ancient lich
269632 | Zig:14   | Killed a dread lich
269632 | Zig:14   | Killed an ancient lich
269632 | Zig:14   | Killed an ancient lich
269632 | Zig:14   | Killed a dread lich
269634 | Zig:14   | Killed an ancient lich
269634 | Zig:14   | Killed a dread lich
269635 | Zig:14   | Killed an ancient lich
269635 | Zig:14   | Killed a dread lich
269635 | Zig:14   | Killed an ancient lich
269635 | Zig:14   | Killed a dread lich
269635 | Zig:14   | Killed an ancient lich
269636 | Zig:14   | Killed a dread lich
269977 | Zig:14   | Identified the +1 pair of gloves of Xajudopn {Harm +Blink
                  | rF- rC+}
269989 | Zig:14   | Identified the staff of Etusouqi {rElec rC+ Dex+3 Air}
269999 | Zig:14   | Identified the ring of Gupsow {rF++ rC+ Will+ Str+4}
270050 | Zig:14   | Identified the +7 chain mail of Sassatso {rF+ Str+3}
270074 | Zig:14   | Identified the amulet of the Jester {RegenMP Int+5}
270084 | Zig:14   | Identified the staff of the Protecting Coward {rElec Str+3
                  | Dex+3 Stlth- Summ Air}
270087 | Zig:14   | Identified the +3 triple sword of the Scorned {antimagic,
                  | rN++ Str+5}
270092 | Zig:14   | Identified the +7 dagger of Yddonaes {pain, Str+3}
270150 | Zig:15   | Entered Level 15 of a ziggurat
270151 | Zig:15   | Noticed an ancient lich
270151 | Zig:15   | Noticed an ancient lich
270152 | Zig:15   | Noticed a dread lich
270152 | Zig:15   | Noticed a dread lich
270152 | Zig:15   | Noticed a dread lich
270152 | Zig:15   | Noticed a dread lich
270153 | Zig:15   | Noticed a dread lich
270153 | Zig:15   | Noticed an ancient lich
270153 | Zig:15   | Noticed a dread lich
270154 | Zig:15   | Noticed an ancient lich
270155 | Zig:15   | Noticed an ancient lich
270156 | Zig:15   | Noticed a dread lich
270156 | Zig:15   | Noticed a dread lich
270156 | Zig:15   | Noticed an ancient lich
270157 | Zig:15   | Noticed a dread lich
270157 | Zig:15   | Noticed an ancient lich
270157 | Zig:15   | Noticed an ancient lich
270157 | Zig:15   | Noticed a dread lich
270157 | Zig:15   | Noticed a dread lich
270157 | Zig:15   | Noticed an ancient lich
270157 | Zig:15   | Noticed a dread lich
270157 | Zig:15   | Noticed an ancient lich
270158 | Zig:15   | Noticed an ancient lich
270158 | Zig:15   | Noticed a dread lich
270158 | Zig:15   | Noticed a dread lich
270158 | Zig:15   | Noticed an ancient lich
270159 | Zig:15   | Noticed a dread lich
270159 | Zig:15   | Noticed a dread lich
270159 | Zig:15   | Noticed a dread lich
270159 | Zig:15   | Noticed an ancient lich
270159 | Zig:15   | Noticed a dread lich
270159 | Zig:15   | Noticed a dread lich
270159 | Zig:15   | Killed a dread lich
270159 | Zig:15   | Killed an ancient lich
270159 | Zig:15   | Killed an ancient lich
270159 | Zig:15   | Killed a dread lich
270159 | Zig:15   | Noticed an ancient lich
270160 | Zig:15   | Noticed a dread lich
270160 | Zig:15   | Noticed a dread lich
270160 | Zig:15   | Noticed a dread lich
270161 | Zig:15   | Killed a dread lich
270161 | Zig:15   | Killed a dread lich
270161 | Zig:15   | Killed an ancient lich
270161 | Zig:15   | Killed a dread lich
270161 | Zig:15   | Killed an ancient lich
270161 | Zig:15   | Killed a dread lich
270161 | Zig:15   | Killed an ancient lich
270161 | Zig:15   | Killed a dread lich
270161 | Zig:15   | Killed a dread lich
270161 | Zig:15   | Killed an ancient lich
270161 | Zig:15   | Killed a dread lich
270161 | Zig:15   | Killed an ancient lich
270161 | Zig:15   | Killed an ancient lich
270161 | Zig:15   | Killed a dread lich
270161 | Zig:15   | Killed a dread lich
270161 | Zig:15   | Killed a dread lich
270161 | Zig:15   | Killed a dread lich
270161 | Zig:15   | Noticed an ancient lich
270161 | Zig:15   | Noticed a dread lich
270162 | Zig:15   | Noticed an ancient lich
270162 | Zig:15   | Noticed an ancient lich
270162 | Zig:15   | Noticed an ancient lich
270162 | Zig:15   | Noticed a dread lich
270162 | Zig:15   | Noticed a dread lich
270162 | Zig:15   | Noticed a dread lich
270162 | Zig:15   | Noticed a dread lich
270162 | Zig:15   | Noticed an ancient lich
270162 | Zig:15   | Killed an ancient lich
270162 | Zig:15   | Killed a dread lich
270162 | Zig:15   | Killed an ancient lich
270162 | Zig:15   | Killed an ancient lich
270163 | Zig:15   | Noticed a dread lich
270163 | Zig:15   | Noticed an ancient lich
270163 | Zig:15   | Killed an ancient lich
270164 | Zig:15   | Noticed a dread lich
270165 | Zig:15   | Noticed an ancient lich
270165 | Zig:15   | Noticed an ancient lich
270165 | Zig:15   | Killed a dread lich
270165 | Zig:15   | Killed a dread lich
270165 | Zig:15   | Killed an ancient lich
270165 | Zig:15   | Killed a dread lich
270165 | Zig:15   | Killed a dread lich
270165 | Zig:15   | Killed an ancient lich
270165 | Zig:15   | Killed a dread lich
270165 | Zig:15   | Killed a dread lich
270165 | Zig:15   | Killed a dread lich
270165 | Zig:15   | Killed a dread lich
270165 | Zig:15   | Killed a dread lich
270165 | Zig:15   | Killed an ancient lich
270165 | Zig:15   | Killed an ancient lich
270165 | Zig:15   | Killed a dread lich
270166 | Zig:15   | Noticed a dread lich
270166 | Zig:15   | Noticed a dread lich
270166 | Zig:15   | Killed a dread lich
270166 | Zig:15   | Noticed a dread lich
270167 | Zig:15   | Noticed an ancient lich
270167 | Zig:15   | Noticed a dread lich
270167 | Zig:15   | Noticed an ancient lich
270167 | Zig:15   | Noticed an ancient lich
270169 | Zig:15   | Killed an ancient lich
270169 | Zig:15   | Killed an ancient lich
270169 | Zig:15   | Killed a dread lich
270169 | Zig:15   | Killed a dread lich
270169 | Zig:15   | Killed an ancient lich
270169 | Zig:15   | Killed a dread lich
270169 | Zig:15   | Noticed an ancient lich
270170 | Zig:15   | Killed an ancient lich
270171 | Zig:15   | Noticed a dread lich
270171 | Zig:15   | Noticed a dread lich
270171 | Zig:15   | Noticed a dread lich
270172 | Zig:15   | Noticed an ancient lich
270172 | Zig:15   | Noticed a dread lich
270172 | Zig:15   | Killed an ancient lich
270172 | Zig:15   | Killed a dread lich
270173 | Zig:15   | Killed an ancient lich
270173 | Zig:15   | Killed an ancient lich
270173 | Zig:15   | Killed a dread lich
270173 | Zig:15   | Killed an ancient lich
270173 | Zig:15   | Killed a dread lich
270176 | Zig:15   | Killed an ancient lich
270176 | Zig:15   | Killed an ancient lich
270176 | Zig:15   | Killed a dread lich
270176 | Zig:15   | Killed a dread lich
270176 | Zig:15   | Killed a dread lich
270176 | Zig:15   | Killed a dread lich
270176 | Zig:15   | Killed a dread lich
270177 | Zig:15   | Noticed a dread lich
270181 | Zig:15   | Killed a dread lich
270183 | Zig:15   | Killed an ancient lich
270183 | Zig:15   | Killed a dread lich
270269 | Zig:15   | Identified the +3 leather armour "Zati" {rC- rN++ Will+
                  | Str+4 Slay+2}
270280 | Zig:15   | Identified the ring "Zinoet" {Fly rF+ rC- Int+6 Dex+2}
270293 | Zig:15   | Identified the +7 mace of Wu Jian, Blushing {elec, rCorr}
270301 | Zig:15   | Identified the +1 trident of the New World {holy, Int+2}
270732 | Zig:16   | Entered Level 16 of a ziggurat
270732 | Zig:16   | Noticed a royal mummy
270732 | Zig:16   | Noticed a royal mummy
270732 | Zig:16   | Noticed a royal mummy
270732 | Zig:16   | Noticed a royal mummy
270732 | Zig:16   | Noticed a royal mummy
270732 | Zig:16   | Noticed a royal mummy
270732 | Zig:16   | Noticed a royal mummy
270732 | Zig:16   | Noticed a royal mummy
270732 | Zig:16   | Noticed a royal mummy
270732 | Zig:16   | Noticed a royal mummy
270732 | Zig:16   | Noticed a royal mummy
270733 | Zig:16   | Killed a royal mummy
270733 | Zig:16   | Killed a royal mummy
270733 | Zig:16   | Killed a royal mummy
270733 | Zig:16   | Killed a royal mummy
270733 | Zig:16   | Killed a royal mummy
270733 | Zig:16   | Killed a royal mummy
270734 | Zig:16   | Noticed a royal mummy
270735 | Zig:16   | Noticed a royal mummy
270735 | Zig:16   | Noticed a royal mummy
270736 | Zig:16   | Noticed a royal mummy
270737 | Zig:16   | Killed a royal mummy
270738 | Zig:16   | Killed a royal mummy
270739 | Zig:16   | Killed a royal mummy
270739 | Zig:16   | Killed a royal mummy
270741 | Zig:16   | Noticed a royal mummy
270741 | Zig:16   | Killed a royal mummy
270742 | Zig:16   | Noticed a royal mummy
270742 | Zig:16   | Noticed a royal mummy
270742 | Zig:16   | Noticed a royal mummy
270743 | Zig:16   | Killed a royal mummy
270744 | Zig:16   | Noticed a dread lich
270744 | Zig:16   | Noticed a royal mummy
270744 | Zig:16   | Noticed a royal mummy
270744 | Zig:16   | Noticed a royal mummy
270744 | Zig:16   | Noticed a royal mummy
270744 | Zig:16   | Noticed a royal mummy
270745 | Zig:16   | Killed a royal mummy
270745 | Zig:16   | Killed a royal mummy
270745 | Zig:16   | Killed a royal mummy
270745 | Zig:16   | Killed a royal mummy
270745 | Zig:16   | Killed a royal mummy
270745 | Zig:16   | Killed a royal mummy
270745 | Zig:16   | Killed a royal mummy
270745 | Zig:16   | Noticed a royal mummy
270745 | Zig:16   | Noticed a royal mummy
270745 | Zig:16   | Killed a royal mummy
270745 | Zig:16   | Killed a royal mummy
270746 | Zig:16   | Killed a royal mummy
270746 | Zig:16   | Noticed a royal mummy
270746 | Zig:16   | Killed a royal mummy
270747 | Zig:16   | Noticed a royal mummy
270747 | Zig:16   | Noticed a royal mummy
270747 | Zig:16   | Noticed a royal mummy
270748 | Zig:16   | Noticed a royal mummy
270751 | Zig:16   | Killed a royal mummy
270751 | Zig:16   | Killed a dread lich
270751 | Zig:16   | Killed a royal mummy
270751 | Zig:16   | Killed a royal mummy
270751 | Zig:16   | Killed a royal mummy
270751 | Zig:16   | Killed a royal mummy
270751 | Zig:16   | Killed a royal mummy
270751 | Zig:16   | Noticed a royal mummy
270752 | Zig:16   | Noticed a royal mummy
270752 | Zig:16   | Noticed a royal mummy
270753 | Zig:16   | Noticed a royal mummy
270756 | Zig:16   | Killed a royal mummy
270756 | Zig:16   | Killed a royal mummy
270756 | Zig:16   | Noticed a royal mummy
270756 | Zig:16   | Killed a royal mummy
270757 | Zig:16   | Noticed a royal mummy
270757 | Zig:16   | Noticed a royal mummy
270758 | Zig:16   | Noticed a royal mummy
270758 | Zig:16   | Noticed a royal mummy
270758 | Zig:16   | Killed a royal mummy
270758 | Zig:16   | Killed a royal mummy
270759 | Zig:16   | Killed a royal mummy
270760 | Zig:16   | Killed a royal mummy
270760 | Zig:16   | Killed a royal mummy
270760 | Zig:16   | Killed a royal mummy
270761 | Zig:16   | Killed a royal mummy
270764 | Zig:16   | Killed a royal mummy
271335 | Zig:16   | Identified the +10 triple sword of Floods {protect, Int+6}
271345 | Zig:16   | Identified the ring of Wimaemau {rPois Will+ Str+4}
271347 | Zig:16   | Identified the +8 hand axe "Joehipti" {heavy, +Blink rN+}
271410 | Zig:17   | Entered Level 17 of a ziggurat
271440 | Zig:17   | Identified the +11 ice dragon scales of Quantum Leap {rF-
                  | rC++ Int+3}
271442 | Zig:17   | Identified the +3 arbalest "Soesk" {elec, rElec Int+6}
271494 | Zig:17   | Identified the +1 quarterstaff "Beetleslayer" {venom,
                  | ^Contam Int+4}
271540 | Zig:17   | Identified the +0 mace "Leuzocko" {elec, Fly rPois Int-4
                  | Stlth+}
271545 | Zig:17   | Identified the staff of Gaiserif {rCorr Earth}
271547 | Zig:17   | Identified the +0 ring mail of Negation {rF+ Will+ Regen+}
271563 | Zig:17   | Identified the +0 pair of gloves of the Gate {rF+ rN+
                  | Dex+3}
271585 | Zig:17   | Identified the +2 long sword of Lies {pain, Dex+2}
271603 | Zig:17   | Identified the +1 robe "Myukh" {rF+ rCorr SInv}
271609 | Zig:17   | Identified the +4 mace of Amortisation {heavy, Str+6}
271610 | Zig:17   | Identified the +1 triple sword "Jelly's Demise" {holy,
                  | Str+2 Int+3}
271631 | Zig:17   | Identified the amulet "Atsuvanim" {RegenMP rPois rC+ Str+2
                  | Dex-4}
271655 | Zig:17   | Identified the staff of Zoxor {^Fragile Int+2 Dex+2 Conj
                  | Alchemy}
272159 | Zig:18   | Entered Level 18 of a ziggurat
272753 | Zig:18   | Identified the +0 quarterstaff of the Gloaming {flame,
                  | rPois Str+7}
272757 | Zig:18   | Identified the +5 arbalest "Woukkaf" {drain, rElec rC+}
272760 | Zig:18   | Identified the staff of Greatest Utility {rF- Int+3 Dex+3
                  | SInv Conj}
272768 | Zig:18   | Identified the +2 robe "Fusodof" {Rampage rElec rN+ Int-4}
272773 | Zig:18   | Identified the +4 hand axe of Pestilence {venom, Int+5}
272795 | Zig:18   | Identified the +6 scale mail of Wulaetuj {Harm}
272798 | Zig:18   | Identified the +0 robe "Komosu" {Stlth+}
272802 | Zig:18   | Identified the +10 chain mail of Incorporation {Rampage
                  | rPois rF+ Dex+3}
272811 | Zig:18   | Identified the amulet of Xuquogh {-Cast Rampage Regen+
                  | Str+3}
272814 | Zig:18   | Identified the +10 triple sword "Kahe Cukk" {holy, Stlth+}
272823 | Zig:18   | Identified the +5 orcbow "Xaxkisett" {speed, *Slow rPois
                  | Will+ Dex+9}
272947 | Zig:19   | Entered Level 19 of a ziggurat
272947 | Zig:19   | Noticed a royal mummy
272947 | Zig:19   | Noticed a royal mummy
272947 | Zig:19   | Noticed a royal mummy
272947 | Zig:19   | Noticed a royal mummy
272947 | Zig:19   | Noticed a royal mummy
272947 | Zig:19   | Noticed a royal mummy
272947 | Zig:19   | Noticed a royal mummy
272947 | Zig:19   | Noticed a royal mummy
272947 | Zig:19   | Noticed a royal mummy
272947 | Zig:19   | Noticed a royal mummy
272948 | Zig:19   | Killed a royal mummy
272948 | Zig:19   | Killed a royal mummy
272948 | Zig:19   | Killed a royal mummy
272948 | Zig:19   | Killed a royal mummy
272948 | Zig:19   | Killed a royal mummy
272948 | Zig:19   | Killed a royal mummy
272949 | Zig:19   | Noticed a royal mummy
272949 | Zig:19   | Noticed a royal mummy
272949 | Zig:19   | Killed a royal mummy
272949 | Zig:19   | Killed a royal mummy
272950 | Zig:19   | Noticed a royal mummy
272950 | Zig:19   | Noticed a royal mummy
272951 | Zig:19   | Noticed a royal mummy
272952 | Zig:19   | Killed a royal mummy
272952 | Zig:19   | Noticed a royal mummy
272953 | Zig:19   | Noticed a royal mummy
272953 | Zig:19   | Noticed a royal mummy
272954 | Zig:19   | Noticed a royal mummy
272955 | Zig:19   | Killed a royal mummy
272956 | Zig:19   | Noticed a royal mummy
272956 | Zig:19   | Noticed a royal mummy
272956 | Zig:19   | Noticed a royal mummy
272956 | Zig:19   | Noticed a royal mummy
272957 | Zig:19   | Noticed a royal mummy
272957 | Zig:19   | Noticed a royal mummy
272957 | Zig:19   | Killed a royal mummy
272957 | Zig:19   | Killed a royal mummy
272958 | Zig:19   | Killed a royal mummy
272958 | Zig:19   | Killed a royal mummy
272958 | Zig:19   | Killed a royal mummy
272958 | Zig:19   | Killed a royal mummy
272958 | Zig:19   | Killed a royal mummy
272958 | Zig:19   | Noticed a royal mummy
272959 | Zig:19   | Noticed a royal mummy
272959 | Zig:19   | Noticed a royal mummy
272959 | Zig:19   | Noticed a royal mummy
272959 | Zig:19   | Noticed a royal mummy
272959 | Zig:19   | Noticed a royal mummy
272959 | Zig:19   | Killed a royal mummy
272960 | Zig:19   | Noticed a royal mummy
272960 | Zig:19   | Killed a royal mummy
272960 | Zig:19   | Killed a royal mummy
272960 | Zig:19   | Killed a royal mummy
272960 | Zig:19   | Noticed a royal mummy
272960 | Zig:19   | Noticed a royal mummy
272961 | Zig:19   | Noticed a royal mummy
272961 | Zig:19   | Killed a royal mummy
272962 | Zig:19   | Noticed a royal mummy
272962 | Zig:19   | Noticed a royal mummy
272963 | Zig:19   | Killed a royal mummy
272963 | Zig:19   | Killed a royal mummy
272963 | Zig:19   | Killed a royal mummy
272963 | Zig:19   | Killed a royal mummy
272963 | Zig:19   | Killed a royal mummy
272963 | Zig:19   | Killed a royal mummy
272963 | Zig:19   | Killed a royal mummy
272963 | Zig:19   | Killed a royal mummy
272963 | Zig:19   | Killed a royal mummy
272963 | Zig:19   | Killed a royal mummy
272963 | Zig:19   | Noticed a royal mummy
272963 | Zig:19   | Noticed a royal mummy
272963 | Zig:19   | Killed a royal mummy
272964 | Zig:19   | Noticed a royal mummy
272964 | Zig:19   | Noticed a royal mummy
272965 | Zig:19   | Noticed a royal mummy
272965 | Zig:19   | Noticed a royal mummy
272965 | Zig:19   | Noticed a royal mummy
272965 | Zig:19   | Killed a royal mummy
272965 | Zig:19   | Noticed a royal mummy
272965 | Zig:19   | Noticed a royal mummy
272965 | Zig:19   | Noticed a royal mummy
272966 | Zig:19   | Killed a royal mummy
272966 | Zig:19   | Killed a royal mummy
272966 | Zig:19   | Killed a royal mummy
272966 | Zig:19   | Killed a royal mummy
272966 | Zig:19   | Killed a royal mummy
272966 | Zig:19   | Killed a royal mummy
272966 | Zig:19   | Noticed a royal mummy
272967 | Zig:19   | Noticed a dread lich
272967 | Zig:19   | Noticed a royal mummy
272968 | Zig:19   | Killed a royal mummy
272969 | Zig:19   | Noticed a royal mummy
272969 | Zig:19   | Killed a royal mummy
272969 | Zig:19   | Killed a royal mummy
272969 | Zig:19   | Killed a royal mummy
272969 | Zig:19   | Noticed a royal mummy
272969 | Zig:19   | Noticed a royal mummy
272970 | Zig:19   | Noticed a royal mummy
272970 | Zig:19   | Killed a royal mummy
272971 | Zig:19   | Killed a royal mummy
272971 | Zig:19   | Killed a royal mummy
272974 | Zig:19   | Killed a royal mummy
272974 | Zig:19   | Killed a royal mummy
272974 | Zig:19   | Killed a royal mummy
272974 | Zig:19   | Killed a royal mummy
272975 | Zig:19   | Killed a dread lich
272977 | Zig:19   | Killed a royal mummy
272978 | Zig:19   | Killed a royal mummy
272978 | Zig:19   | Noticed a royal mummy
272978 | Zig:19   | Noticed a royal mummy
272979 | Zig:19   | Noticed a royal mummy
272979 | Zig:19   | Noticed a royal mummy
272980 | Zig:19   | Noticed a royal mummy
272980 | Zig:19   | Noticed a royal mummy
272981 | Zig:19   | Noticed a royal mummy
272982 | Zig:19   | Killed a royal mummy
272983 | Zig:19   | Noticed a royal mummy
272983 | Zig:19   | Killed a royal mummy
272984 | Zig:19   | Killed a royal mummy
272984 | Zig:19   | Killed a royal mummy
272986 | Zig:19   | Killed a royal mummy
272988 | Zig:19   | Killed a royal mummy
272991 | Zig:19   | Killed a royal mummy
272992 | Zig:19   | Killed a royal mummy
273089 | Zig:19   | Identified the amulet "Elluah" {Reflect ^Fragile rPois rC++
                  | Slay+5 SH+5}
273091 | Zig:19   | Identified the +2 broad axe of the Key {heavy, rN+ Str+3
                  | Dex+2}
273092 | Zig:19   | Identified the amulet "Diwyom" {Spirit rElec rCorr Int+2
                  | SInv}
273101 | Zig:19   | Identified the ring "Mucreics" {rC+ Dex+3 Slay+3}
273102 | Zig:19   | Identified the ring "Utueddip" {rN+ SInv}
273123 | Zig:19   | Identified the amulet "Ziegyesm" {Spirit rPois rF+ Will+
                  | rCorr}
273700 | Zig:20   | Entered Level 20 of a ziggurat
273700 | Zig:20   | Noticed a juggernaut
273700 | Zig:20   | Noticed a juggernaut
273700 | Zig:20   | Noticed a juggernaut
273700 | Zig:20   | Noticed a juggernaut
273700 | Zig:20   | Noticed a juggernaut
273700 | Zig:20   | Noticed a juggernaut
273700 | Zig:20   | Noticed a juggernaut
273700 | Zig:20   | Noticed a juggernaut
273700 | Zig:20   | Noticed a juggernaut
273701 | Zig:20   | Killed a juggernaut
273701 | Zig:20   | Killed a juggernaut
273701 | Zig:20   | Killed a juggernaut
273701 | Zig:20   | Killed a juggernaut
273703 | Zig:20   | Noticed a juggernaut
273703 | Zig:20   | Noticed a juggernaut
273703 | Zig:20   | Noticed a juggernaut
273703 | Zig:20   | Noticed a juggernaut
273703 | Zig:20   | Killed a juggernaut
273704 | Zig:20   | Noticed a juggernaut
273704 | Zig:20   | Killed a juggernaut
273705 | Zig:20   | Noticed a juggernaut
273705 | Zig:20   | Noticed a juggernaut
273705 | Zig:20   | Noticed a juggernaut
273705 | Zig:20   | Noticed a juggernaut
273705 | Zig:20   | Noticed a juggernaut
273706 | Zig:20   | Killed a juggernaut
273706 | Zig:20   | Killed a juggernaut
273706 | Zig:20   | Killed a juggernaut
273706 | Zig:20   | Killed a juggernaut
273707 | Zig:20   | Noticed a juggernaut
273707 | Zig:20   | Noticed a juggernaut
273707 | Zig:20   | Noticed a juggernaut
273707 | Zig:20   | Killed a juggernaut
273707 | Zig:20   | Noticed a juggernaut
273708 | Zig:20   | Noticed a juggernaut
273708 | Zig:20   | Noticed a juggernaut
273709 | Zig:20   | Noticed a juggernaut
273709 | Zig:20   | Noticed a juggernaut
273709 | Zig:20   | Noticed a juggernaut
273709 | Zig:20   | Killed a juggernaut
273710 | Zig:20   | Noticed a juggernaut
273710 | Zig:20   | Noticed a juggernaut
273711 | Zig:20   | Noticed a juggernaut
273711 | Zig:20   | Killed a juggernaut
273711 | Zig:20   | Killed a juggernaut
273711 | Zig:20   | Killed a juggernaut
273711 | Zig:20   | Killed a juggernaut
273711 | Zig:20   | Killed a juggernaut
273711 | Zig:20   | Killed a juggernaut
273711 | Zig:20   | Killed a juggernaut
273711 | Zig:20   | Killed a juggernaut
273711 | Zig:20   | Killed a juggernaut
273711 | Zig:20   | Killed a juggernaut
273712 | Zig:20   | Noticed a juggernaut
273712 | Zig:20   | Noticed a juggernaut
273713 | Zig:20   | Noticed a juggernaut
273713 | Zig:20   | Noticed a juggernaut
273714 | Zig:20   | Noticed a juggernaut
273714 | Zig:20   | Killed a juggernaut
273714 | Zig:20   | Killed a juggernaut
273714 | Zig:20   | Killed a juggernaut
273715 | Zig:20   | Noticed a juggernaut
273715 | Zig:20   | Noticed a juggernaut
273715 | Zig:20   | Killed a juggernaut
273716 | Zig:20   | Killed a juggernaut
273716 | Zig:20   | Killed a juggernaut
273716 | Zig:20   | Killed a juggernaut
273717 | Zig:20   | Noticed a juggernaut
273717 | Zig:20   | Noticed a juggernaut
273718 | Zig:20   | Noticed a juggernaut
273718 | Zig:20   | Noticed a juggernaut
273719 | Zig:20   | Killed a juggernaut
273719 | Zig:20   | Killed a juggernaut
273719 | Zig:20   | Killed a juggernaut
273719 | Zig:20   | Killed a juggernaut
273719 | Zig:20   | Killed a juggernaut
273719 | Zig:20   | Killed a juggernaut
273720 | Zig:20   | Killed a juggernaut
273721 | Zig:20   | Noticed a juggernaut
273721 | Zig:20   | Killed a juggernaut
273721 | Zig:20   | Noticed a juggernaut
273721 | Zig:20   | Noticed a juggernaut
273722 | Zig:20   | Noticed a juggernaut
273722 | Zig:20   | Noticed a juggernaut
273723 | Zig:20   | Killed a juggernaut
273723 | Zig:20   | Killed a juggernaut
273723 | Zig:20   | Killed a juggernaut
273723 | Zig:20   | Killed a juggernaut
273724 | Zig:20   | Noticed a juggernaut
273724 | Zig:20   | Noticed a juggernaut
273724 | Zig:20   | Killed a juggernaut
273727 | Zig:20   | Killed a juggernaut
273727 | Zig:20   | Killed a juggernaut
273727 | Zig:20   | Killed a juggernaut
273729 | Zig:20   | Noticed a juggernaut
273731 | Zig:20   | Killed a juggernaut
273731 | Zig:20   | Killed a juggernaut
273733 | Zig:20   | Found the +0 toga "Victory" {*Victory Clar}
273737 | Zig:20   | Killed a juggernaut
273738 | Zig:20   | Killed a juggernaut
273746 | Zig:20   | Noticed a juggernaut
273753 | Zig:20   | Killed a juggernaut
273775 | Zig:20   | Killed a juggernaut
274186 | Zig:20   | Identified the +1 demon whip of Kunok {venom, *Slow rElec
                  | Str+2 Dex+4}
274192 | Zig:21   | Entered Level 21 of a ziggurat
274432 | Zig:21   | Identified the +7 triple sword "Newtbane" {freeze, rElec
                  | rF+ rN++ Will-}
274433 | Zig:21   | Identified the +8 falchion "Orb Guardian's Regret" {flame,
                  | rF+ rC++}
274442 | Zig:21   | Identified the +2 plate armour of Omission {Harm rN+ Int+3
                  | Stlth-}
275194 | Zig:22   | Entered Level 22 of a ziggurat
275236 | Zig:22   | Noticed Etiwir the pandemonium lord
275252 | Zig:22   | Killed Etiwir the pandemonium lord
275956 | Zig:22   | Identified the +5 halberd of the Hammering Owl {heavy,
                  | Dex+5}
276006 | Zig:22   | Identified the +0 chain mail "Omusax" {Harm Int+2 Stlth+}
276008 | Zig:22   | Identified the +9 sling of Doriut {drain, rCorr Int+3
                  | Dex-4}
276018 | Zig:22   | Identified the +4 longbow of Spite {drain, rPois Str+5}
276043 | Zig:22   | Identified the +7 rapier of the Saviour {flame, ^Contam
                  | rC++ rN+++ Will+}
276081 | Zig:22   | Identified the ring "Roemirott" {rPois rF+ Will+ Dex-2}
276089 | Zig:22   | Identified the +11 hand axe "Bugoa" {flame, *Rage rC++
                  | Will+++ Str-4}
276099 | Zig:22   | Identified the +5 whip of the Known World {venom, rF++
                  | rC+++ Int-5 Dex+4}
276109 | Zig:22   | Identified the +0 leather armour of Patterns {Rampage
                  | rCorr}
276115 | Zig:22   | Identified the amulet of Balance {Spirit rN+++ Str-3 Int-4
                  | Dex+3}
276117 | Zig:22   | Identified the ring "Mianwole" {EV+5 Str+3}
276128 | Zig:22   | Identified the +0 cloak of Kov Atah {Harm rF- rC++ Str+6}
276138 | Zig:22   | Identified the +6 flail of Yghip {drain, rElec SInv}
276211 | Zig:23   | Entered Level 23 of a ziggurat
276215 | Zig:23   | Noticed a dread lich
276215 | Zig:23   | Noticed an ancient lich
276215 | Zig:23   | Noticed a dread lich
276215 | Zig:23   | Noticed a dread lich
276215 | Zig:23   | Noticed an ancient lich
276215 | Zig:23   | Noticed an ancient lich
276216 | Zig:23   | Noticed an ancient lich
276216 | Zig:23   | Noticed a dread lich
276216 | Zig:23   | Noticed a dread lich
276216 | Zig:23   | Noticed an ancient lich
276216 | Zig:23   | Noticed an ancient lich
276217 | Zig:23   | Noticed an ancient lich
276217 | Zig:23   | Noticed a dread lich
276217 | Zig:23   | Noticed a dread lich
276217 | Zig:23   | Noticed a dread lich
276217 | Zig:23   | Noticed an ancient lich
276217 | Zig:23   | Noticed an ancient lich
276217 | Zig:23   | Noticed a dread lich
276219 | Zig:23   | Noticed a dread lich
276219 | Zig:23   | Noticed an ancient lich
276219 | Zig:23   | Noticed a dread lich
276219 | Zig:23   | Noticed an ancient lich
276220 | Zig:23   | Noticed an ancient lich
276220 | Zig:23   | Noticed an ancient lich
276220 | Zig:23   | Noticed a dread lich
276220 | Zig:23   | Noticed an ancient lich
276220 | Zig:23   | Noticed a dread lich
276221 | Zig:23   | Killed an ancient lich
276221 | Zig:23   | Killed an ancient lich
276221 | Zig:23   | Killed a dread lich
276221 | Zig:23   | Killed an ancient lich
276221 | Zig:23   | Killed a dread lich
276221 | Zig:23   | Killed an ancient lich
276221 | Zig:23   | Killed a dread lich
276221 | Zig:23   | Killed a dread lich
276221 | Zig:23   | Killed an ancient lich
276221 | Zig:23   | Killed an ancient lich
276221 | Zig:23   | Killed a dread lich
276221 | Zig:23   | Killed an ancient lich
276222 | Zig:23   | Noticed an ancient lich
276222 | Zig:23   | Noticed an ancient lich
276222 | Zig:23   | Noticed a dread lich
276222 | Zig:23   | Noticed a dread lich
276222 | Zig:23   | Noticed a dread lich
276223 | Zig:23   | Noticed a dread lich
276223 | Zig:23   | Noticed a dread lich
276223 | Zig:23   | Killed an ancient lich
276223 | Zig:23   | Killed a dread lich
276223 | Zig:23   | Killed a dread lich
276224 | Zig:23   | Killed a dread lich
276224 | Zig:23   | Killed an ancient lich
276224 | Zig:23   | Killed a dread lich
276224 | Zig:23   | Killed an ancient lich
276224 | Zig:23   | Killed a dread lich
276224 | Zig:23   | Killed a dread lich
276225 | Zig:23   | Noticed a dread lich
276225 | Zig:23   | Noticed an ancient lich
276225 | Zig:23   | Noticed an ancient lich
276225 | Zig:23   | Noticed an ancient lich
276225 | Zig:23   | Noticed an ancient lich
276225 | Zig:23   | Killed a dread lich
276225 | Zig:23   | Killed a dread lich
276226 | Zig:23   | Noticed a dread lich
276226 | Zig:23   | Noticed an ancient lich
276226 | Zig:23   | Noticed an ancient lich
276226 | Zig:23   | Noticed a dread lich
276226 | Zig:23   | Noticed a dread lich
276226 | Zig:23   | Noticed an ancient lich
276226 | Zig:23   | Noticed an ancient lich
276226 | Zig:23   | Killed a dread lich
276226 | Zig:23   | Killed an ancient lich
276226 | Zig:23   | Killed a dread lich
276227 | Zig:23   | Noticed an ancient lich
276227 | Zig:23   | Killed a dread lich
276227 | Zig:23   | Killed an ancient lich
276227 | Zig:23   | Killed an ancient lich
276227 | Zig:23   | Killed an ancient lich
276227 | Zig:23   | Killed a dread lich
276227 | Zig:23   | Killed an ancient lich
276227 | Zig:23   | Killed an ancient lich
276227 | Zig:23   | Noticed a dread lich
276228 | Zig:23   | Noticed a dread lich
276228 | Zig:23   | Noticed a dread lich
276228 | Zig:23   | Noticed a dread lich
276228 | Zig:23   | Noticed a dread lich
276228 | Zig:23   | Noticed an ancient lich
276228 | Zig:23   | Noticed a dread lich
276228 | Zig:23   | Noticed a dread lich
276228 | Zig:23   | Noticed a dread lich
276228 | Zig:23   | Killed a dread lich
276228 | Zig:23   | Killed a dread lich
276228 | Zig:23   | Noticed a dread lich
276229 | Zig:23   | Noticed an ancient lich
276229 | Zig:23   | Noticed a dread lich
276229 | Zig:23   | Noticed an ancient lich
276229 | Zig:23   | Noticed an ancient lich
276229 | Zig:23   | Noticed a dread lich
276229 | Zig:23   | Noticed an ancient lich
276229 | Zig:23   | Killed a dread lich
276229 | Zig:23   | Killed an ancient lich
276229 | Zig:23   | Noticed an ancient lich
276230 | Zig:23   | Noticed an ancient lich
276230 | Zig:23   | Noticed a dread lich
276230 | Zig:23   | Noticed an ancient lich
276230 | Zig:23   | Noticed a dread lich
276230 | Zig:23   | Noticed an ancient lich
276230 | Zig:23   | Noticed a dread lich
276231 | Zig:23   | Killed a dread lich
276231 | Zig:23   | Killed an ancient lich
276231 | Zig:23   | Killed a dread lich
276231 | Zig:23   | Killed an ancient lich
276231 | Zig:23   | Killed a dread lich
276231 | Zig:23   | Killed an ancient lich
276231 | Zig:23   | Killed an ancient lich
276231 | Zig:23   | Killed an ancient lich
276231 | Zig:23   | Killed an ancient lich
276231 | Zig:23   | Killed an ancient lich
276231 | Zig:23   | Killed a dread lich
276231 | Zig:23   | Killed an ancient lich
276231 | Zig:23   | Killed a dread lich
276231 | Zig:23   | Noticed an ancient lich
276231 | Zig:23   | Noticed a dread lich
276231 | Zig:23   | Killed an ancient lich
276232 | Zig:23   | Noticed an ancient lich
276233 | Zig:23   | Killed a dread lich
276233 | Zig:23   | Noticed an ancient lich
276234 | Zig:23   | Noticed a dread lich
276234 | Zig:23   | Noticed a dread lich
276234 | Zig:23   | Noticed a dread lich
276234 | Zig:23   | Noticed a dread lich
276234 | Zig:23   | Noticed a dread lich
276234 | Zig:23   | Noticed an ancient lich
276234 | Zig:23   | Noticed an ancient lich
276234 | Zig:23   | Killed a dread lich
276235 | Zig:23   | Noticed an ancient lich
276235 | Zig:23   | Noticed an ancient lich
276235 | Zig:23   | Noticed an ancient lich
276235 | Zig:23   | Killed a dread lich
276235 | Zig:23   | Killed an ancient lich
276235 | Zig:23   | Killed a dread lich
276235 | Zig:23   | Killed an ancient lich
276235 | Zig:23   | Killed a dread lich
276235 | Zig:23   | Killed a dread lich
276235 | Zig:23   | Killed a dread lich
276235 | Zig:23   | Killed a dread lich
276235 | Zig:23   | Killed a dread lich
276235 | Zig:23   | Killed a dread lich
276235 | Zig:23   | Killed an ancient lich
276235 | Zig:23   | Killed an ancient lich
276235 | Zig:23   | Killed an ancient lich
276235 | Zig:23   | Killed an ancient lich
276235 | Zig:23   | Killed an ancient lich
276236 | Zig:23   | Noticed an ancient lich
276236 | Zig:23   | Noticed an ancient lich
276236 | Zig:23   | Noticed an ancient lich
276236 | Zig:23   | Noticed an ancient lich
276236 | Zig:23   | Killed a dread lich
276236 | Zig:23   | Killed a dread lich
276237 | Zig:23   | Noticed a dread lich
276237 | Zig:23   | Noticed an ancient lich
276237 | Zig:23   | Noticed an ancient lich
276237 | Zig:23   | Killed an ancient lich
276237 | Zig:23   | Noticed an ancient lich
276238 | Zig:23   | Noticed an ancient lich
276238 | Zig:23   | Killed an ancient lich
276238 | Zig:23   | Killed a dread lich
276238 | Zig:23   | Killed a dread lich
276238 | Zig:23   | Killed an ancient lich
276238 | Zig:23   | Killed an ancient lich
276238 | Zig:23   | Killed an ancient lich
276238 | Zig:23   | Killed an ancient lich
276238 | Zig:23   | Killed a dread lich
276238 | Zig:23   | Killed a dread lich
276238 | Zig:23   | Killed an ancient lich
276238 | Zig:23   | Killed a dread lich
276239 | Zig:23   | Noticed an ancient lich
276239 | Zig:23   | Noticed a dread lich
276239 | Zig:23   | Noticed a dread lich
276240 | Zig:23   | Noticed an ancient lich
276240 | Zig:23   | Noticed an ancient lich
276240 | Zig:23   | Noticed an ancient lich
276240 | Zig:23   | Killed an ancient lich
276240 | Zig:23   | Killed an ancient lich
276241 | Zig:23   | Killed an ancient lich
276241 | Zig:23   | Killed an ancient lich
276241 | Zig:23   | Killed a dread lich
276241 | Zig:23   | Killed an ancient lich
276241 | Zig:23   | Killed a dread lich
276241 | Zig:23   | Killed an ancient lich
276241 | Zig:23   | Killed an ancient lich
276241 | Zig:23   | Noticed a dread lich
276242 | Zig:23   | Killed an ancient lich
276242 | Zig:23   | Killed a dread lich
276243 | Zig:23   | Noticed a dread lich
276243 | Zig:23   | Noticed a dread lich
276243 | Zig:23   | Noticed a dread lich
276243 | Zig:23   | Noticed a dread lich
276243 | Zig:23   | Killed an ancient lich
276244 | Zig:23   | Noticed a dread lich
276244 | Zig:23   | Noticed a dread lich
276244 | Zig:23   | Noticed an ancient lich
276244 | Zig:23   | Killed an ancient lich
276244 | Zig:23   | Noticed a dread lich
276245 | Zig:23   | Killed a dread lich
276245 | Zig:23   | Killed an ancient lich
276245 | Zig:23   | Killed a dread lich
276245 | Zig:23   | Killed a dread lich
276245 | Zig:23   | Killed a dread lich
276245 | Zig:23   | Killed an ancient lich
276246 | Zig:23   | Noticed a dread lich
276246 | Zig:23   | Noticed an ancient lich
276247 | Zig:23   | Noticed an ancient lich
276248 | Zig:23   | Killed a dread lich
276248 | Zig:23   | Killed an ancient lich
276248 | Zig:23   | Killed a dread lich
276248 | Zig:23   | Killed a dread lich
276248 | Zig:23   | Killed an ancient lich
276248 | Zig:23   | Killed a dread lich
276249 | Zig:23   | Killed a dread lich
276249 | Zig:23   | Killed an ancient lich
276250 | Zig:23   | Killed a dread lich
276252 | Zig:23   | Killed a dread lich
276256 | Zig:23   | Noticed a dread lich
276258 | Zig:23   | Killed a dread lich
276260 | Zig:23   | Killed an ancient lich
276271 | Zig:23   | Killed an ancient lich
276273 | Zig:23   | Noticed an ancient lich
276289 | Zig:23   | Killed an ancient lich
276459 | Zig:23   | Identified the ring of Cibalea {Dex+7 SInv}
276469 | Zig:23   | Identified the +4 dagger "Hulk" {freeze, rF+ rC+}
276533 | Zig:23   | Identified the +2 quarterstaff "Ostuih" {heavy, SInv}
276883 | Zig:24   | Entered Level 24 of a ziggurat
276937 | Zig:24   | Noticed a dread lich
276940 | Zig:24   | Killed a dread lich
277020 | Zig:24   | Identified the +1 sling "Ogrebane" {freeze, rN+}
277029 | Zig:24   | Identified the staff of Ucoatuh {rF+ rCorr Str+4 Dex-4 SInv
                  | Fire}
277044 | Zig:24   | Identified the staff of the Devouring Gods {rC+ rN+ Will+
                  | rCorr Dex+4 Necro}
277507 | Zig:24   | Identified the +1 triple sword "Cohas" {antimagic, Will++
                  | Dex+5}
277517 | Zig:24   | Identified the ring of Gihayf {rF+ EV+5}
277574 | Zig:24   | Identified the +5 morningstar of Infinite Pain {freeze,
                  | rPois rF+ Str+3 Dex+2}
277579 | Zig:24   | Identified the +4 morningstar "Newtslayer" {flame, ^Fragile
                  | Fly rElec Str+3}
277656 | Zig:24   | Identified the +1 great sword of Coenyiph {heavy, rElec rC-
                  | rN+}
277671 | Zig:25   | Entered Level 25 of a ziggurat
277781 | Zig:25   | Identified the +3 leather armour of the Filigreed Elephant
                  | {rElec Will+ Str-3}
277788 | Zig:25   | Identified the amulet of Divine Intervention {Reflect Fly
                  | rN+ Int-2 Dex+5 SH+5}
277789 | Zig:25   | Identified the +5 battleaxe "Lizxoj" {venom, rElec rPois
                  | Int+4 Stlth+}
277799 | Zig:25   | Identified the amulet "Iroetum" {Faith Int+8}
277800 | Zig:25   | Identified the staff of the Inviting Scorpion {rF+ Stlth+
                  | Conj Hexes Summ}
277801 | Zig:25   | Identified the +1 troll leather armour of Optimism {-Cast
                  | rPois Regen+ Dex-5 Slay+5}
277802 | Zig:25   | Identified the +6 great mace of Bodily Harmony {flame,
                  | Will+}
277831 | Zig:25   | Identified the +5 flail of Riapsika {freeze, Fly rC+ Will+}
277833 | Zig:25   | Identified the +3 robe "Bogep" {Str+5 Stlth-}
277888 | Zig:25   | Identified the ring "Tifen" {Fire rPois rCorr Int+3}
277889 | Zig:25   | Identified the amulet "Munohuad" {Spirit rPois rF+ SInv}
277891 | Zig:25   | Identified the +1 dagger of the Well-Known Lives {flame,
                  | rElec rF++}
277896 | Zig:25   | Identified the +5 dagger of Callousness {antimagic, rElec
                  | rC+++ Will- Str-3}
277900 | Zig:25   | Identified the staff of Overwhelming Force {rN+ rCorr Int+3
                  | Necro Alchemy}
278209 | Zig:26   | Entered Level 26 of a ziggurat
278329 | Zig:26   | Identified the +8 mace of Wariness {drain, Fly Str+3}
278364 | Zig:26   | Identified the staff of Suluu {^Contam rPois rF+ Dex+3
                  | Alchemy}
278370 | Zig:26   | Identified the +3 shortbow of True Grit {heavy, rN++}
279053 | Zig:26   | Identified the ring "Biggidaq" {Ice ^Contam rN+ rCorr
                  | Int+2}
279095 | Zig:26   | Identified the +1 arbalest "Jellyslayer" {elec, Dex+3}
279104 | Zig:26   | Identified the +3 spear of the Spectre {speed, rPois rC-
                  | Dex+3 SInv}
279105 | Zig:26   | Identified the staff of Bequeathed Guilt {rElec Int+3 SInv
                  | Summ Air}
279106 | Zig:26   | Identified the +9 spear "Gargoyle's Death" {antimagic, rF+
                  | SInv Stlth-}
279127 | Zig:26   | Identified the +10 triple sword "Weocsyzi" {speed, rF++}
279152 | Zig:26   | Identified the +0 hand axe of the Barnacled God {chaos,
                  | Dex+3 Stlth+}
279181 | Zig:26   | Identified the staff of Wrongful Imprisonment {rElec Will+
                  | Earth}
279333 | Zig:27   | Entered Level 27 of a ziggurat
279376 | Zig:27   | Noticed Wulunise the pandemonium lord
279407 | Zig:27   | Killed Wulunise the pandemonium lord
279521 | Zig:27   | Identified the +6 flail of Doors {protect, rF++}
279563 | Zig:27   | Identified the +6 triple sword of Sunlight {pain, rF+ rC+}
279573 | Zig:27   | Identified the +1 spear "Ylatiforr" {speed, Str+3 Stlth+}
279581 | Zig:27   | Identified the +8 falchion of Eternal War {freeze, rElec
                  | rN+ Will+ Int-5}
279597 | Zig:27   | Identified the staff "Sapemn" {rC+ rN+ MP+9 Ice}
279604 | Zig:27   | Identified the +10 scimitar of the Radish {spect, rN+ MP+9
                  | Dex+3}
279616 | Zig:27   | Identified the +5 triple sword of Destiny {speed, rCorr}
279629 | Zig:27   | Identified the +1 great sword of the Genius {pain, rPois
                  | rCorr}
279632 | Zig:27   | Identified the +2 morningstar "Biyfuo Gassa" {flame, *Rage
                  | rC+ Int-4 Dex+5}
279640 | Zig:27   | Identified the ring "Iluovve" {rCorr SInv}
280363 | Zig:1    | Entered Level 1 of a ziggurat
280363 | Zig:1    | Noticed a royal mummy
280368 | Zig:1    | Killed a royal mummy
280505 | Zig:2    | Entered Level 2 of a ziggurat
280565 | Zig:2    | Identified the ring of Plog {rC- rCorr Dex+5}
280689 | Zig:3    | Entered Level 3 of a ziggurat
280884 | Zig:4    | Entered Level 4 of a ziggurat
280884 | Zig:4    | Noticed a royal mummy
280884 | Zig:4    | Noticed a royal mummy
280884 | Zig:4    | Noticed a royal mummy
280884 | Zig:4    | Noticed a royal mummy
280884 | Zig:4    | Noticed a royal mummy
280885 | Zig:4    | Killed a royal mummy
280886 | Zig:4    | Killed a royal mummy
280886 | Zig:4    | Noticed a royal mummy
280887 | Zig:4    | Noticed a royal mummy
280887 | Zig:4    | Killed a royal mummy
280887 | Zig:4    | Killed a royal mummy
280887 | Zig:4    | Noticed a royal mummy
280888 | Zig:4    | Killed a royal mummy
280891 | Zig:4    | Killed a royal mummy
280894 | Zig:4    | Killed a royal mummy
280895 | Zig:4    | Killed a royal mummy
281115 | Zig:5    | Entered Level 5 of a ziggurat
281116 | Zig:5    | Paralysed by accursed screaming for 2 turns
281517 | Zig:6    | Entered Level 6 of a ziggurat
281517 | Zig:6    | Noticed an ancient lich
281517 | Zig:6    | Noticed a dread lich
281517 | Zig:6    | Noticed a dread lich
281517 | Zig:6    | Noticed an ancient lich
281517 | Zig:6    | Noticed an ancient lich
281517 | Zig:6    | Noticed an ancient lich
281517 | Zig:6    | Noticed an ancient lich
281517 | Zig:6    | Noticed a dread lich
281517 | Zig:6    | Noticed an ancient lich
281517 | Zig:6    | Noticed an ancient lich
281517 | Zig:6    | Noticed a dread lich
281517 | Zig:6    | Noticed an ancient lich
281517 | Zig:6    | Noticed a dread lich
281518 | Zig:6    | Killed a dread lich
281518 | Zig:6    | Killed a dread lich
281518 | Zig:6    | Killed an ancient lich
281518 | Zig:6    | Killed an ancient lich
281519 | Zig:6    | Killed an ancient lich
281519 | Zig:6    | Killed an ancient lich
281519 | Zig:6    | Killed a dread lich
281520 | Zig:6    | Noticed an ancient lich
281520 | Zig:6    | Noticed an ancient lich
281520 | Zig:6    | Killed an ancient lich
281520 | Zig:6    | Noticed a dread lich
281521 | Zig:6    | Noticed a dread lich
281521 | Zig:6    | Noticed a dread lich
281521 | Zig:6    | Killed an ancient lich
281521 | Zig:6    | Killed an ancient lich
281522 | Zig:6    | Noticed an ancient lich
281522 | Zig:6    | Noticed an ancient lich
281522 | Zig:6    | Killed a dread lich
281522 | Zig:6    | Killed an ancient lich
281523 | Zig:6    | Found the +1 Delatra's gloves {ID++}
281523 | Zig:6    | Killed a dread lich
281524 | Zig:6    | Killed an ancient lich
281524 | Zig:6    | Killed an ancient lich
281524 | Zig:6    | Killed a dread lich
281524 | Zig:6    | Killed a dread lich
281524 | Zig:6    | Killed a dread lich
281525 | Zig:6    | Killed an ancient lich
281527 | Zig:6    | Killed an ancient lich
281777 | Zig:6    | Identified the +5 hand axe of Mauhaew {flame, rF+ Dex+3}
281782 | Zig:6    | Identified the ring "Jophel" {rF+ SInv}
281809 | Zig:7    | Entered Level 7 of a ziggurat
281809 | Zig:7    | Noticed a royal mummy
281809 | Zig:7    | Noticed a royal mummy
281809 | Zig:7    | Noticed a royal mummy
281809 | Zig:7    | Noticed a royal mummy
281809 | Zig:7    | Noticed a royal mummy
281810 | Zig:7    | Killed a royal mummy
281810 | Zig:7    | Killed a royal mummy
281812 | Zig:7    | Noticed a royal mummy
281812 | Zig:7    | Killed a royal mummy
281813 | Zig:7    | Killed a royal mummy
281813 | Zig:7    | Noticed a royal mummy
281814 | Zig:7    | Killed a royal mummy
281814 | Zig:7    | Killed a royal mummy
281814 | Zig:7    | Noticed a royal mummy
281814 | Zig:7    | Noticed a royal mummy
281816 | Zig:7    | Noticed a royal mummy
281817 | Zig:7    | Noticed a royal mummy
281818 | Zig:7    | Killed a royal mummy
281818 | Zig:7    | Killed a royal mummy
281820 | Zig:7    | Noticed a royal mummy
281820 | Zig:7    | Killed a royal mummy
281820 | Zig:7    | Killed a royal mummy
281822 | Zig:7    | Killed a royal mummy
281827 | Zig:7    | Killed a royal mummy
281829 | Zig:7    | Identified the +8 scale mail of Chill Winds {Str+2}
281927 | Zig:7    | Identified the +0 orcbow of Dotimun {drain, ^Fragile Dex+5}
281975 | Zig:7    | Identified the +7 morningstar of the Singing Madman {flame,
                  | rPois rF++ Dex-3 Stlth+}
281985 | Zig:7    | Identified the +7 chain mail "Syacw" {rC+ Dex+5}
281990 | Zig:7    | Identified the +5 short sword "Ytifuh" {pain, *Noise Int+5}
281994 | Zig:7    | Identified the +0 gold dragon scales of Otreitol {rPois rF+
                  | rC+ Int+5 Dex-3}
282005 | Zig:7    | Identified the +0 leather armour "Aboobiq" {rF++}
282163 | Zig:8    | Entered Level 8 of a ziggurat
282163 | Zig:8    | Noticed an ancient lich
282163 | Zig:8    | Noticed a dread lich
282163 | Zig:8    | Noticed an ancient lich
282163 | Zig:8    | Noticed a dread lich
282163 | Zig:8    | Noticed a dread lich
282163 | Zig:8    | Noticed an ancient lich
282163 | Zig:8    | Noticed a dread lich
282163 | Zig:8    | Noticed an ancient lich
282163 | Zig:8    | Noticed an ancient lich
282163 | Zig:8    | Noticed an ancient lich
282163 | Zig:8    | Noticed a dread lich
282163 | Zig:8    | Noticed a dread lich
282164 | Zig:8    | Killed a dread lich
282164 | Zig:8    | Killed an ancient lich
282164 | Zig:8    | Killed a dread lich
282166 | Zig:8    | Noticed a dread lich
282167 | Zig:8    | Noticed a dread lich
282167 | Zig:8    | Noticed an ancient lich
282167 | Zig:8    | Noticed a dread lich
282167 | Zig:8    | Noticed an ancient lich
282167 | Zig:8    | Noticed an ancient lich
282167 | Zig:8    | Killed an ancient lich
282168 | Zig:8    | Noticed a dread lich
282168 | Zig:8    | Noticed a dread lich
282168 | Zig:8    | Killed a dread lich
282169 | Zig:8    | Noticed a dread lich
282169 | Zig:8    | Noticed an ancient lich
282169 | Zig:8    | Noticed a dread lich
282169 | Zig:8    | Noticed a dread lich
282169 | Zig:8    | Noticed an ancient lich
282169 | Zig:8    | Noticed an ancient lich
282170 | Zig:8    | Noticed a dread lich
282172 | Zig:8    | Noticed a dread lich
282173 | Zig:8    | Killed a dread lich
282173 | Zig:8    | Killed an ancient lich
282173 | Zig:8    | Killed a dread lich
282173 | Zig:8    | Noticed an ancient lich
282174 | Zig:8    | Noticed a dread lich
282174 | Zig:8    | Noticed a dread lich
282174 | Zig:8    | Noticed an ancient lich
282174 | Zig:8    | Noticed a dread lich
282174 | Zig:8    | Killed a dread lich
282174 | Zig:8    | Killed an ancient lich
282175 | Zig:8    | Killed a dread lich
282175 | Zig:8    | Noticed an ancient lich
282175 | Zig:8    | Killed an ancient lich
282176 | Zig:8    | Noticed a dread lich
282176 | Zig:8    | Noticed a dread lich
282176 | Zig:8    | Noticed a dread lich
282176 | Zig:8    | Killed an ancient lich
282177 | Zig:8    | Noticed an ancient lich
282177 | Zig:8    | Noticed a dread lich
282177 | Zig:8    | Killed a dread lich
282177 | Zig:8    | Killed a dread lich
282177 | Zig:8    | Killed a dread lich
282177 | Zig:8    | Killed an ancient lich
282177 | Zig:8    | Killed a dread lich
282178 | Zig:8    | Noticed an ancient lich
282178 | Zig:8    | Killed a dread lich
282178 | Zig:8    | Killed an ancient lich
282178 | Zig:8    | Killed an ancient lich
282178 | Zig:8    | Killed a dread lich
282178 | Zig:8    | Killed a dread lich
282178 | Zig:8    | Noticed a dread lich
282178 | Zig:8    | Noticed a dread lich
282179 | Zig:8    | Noticed an ancient lich
282179 | Zig:8    | Killed a dread lich
282179 | Zig:8    | Killed a dread lich
282179 | Zig:8    | Killed an ancient lich
282179 | Zig:8    | Killed a dread lich
282179 | Zig:8    | Killed an ancient lich
282179 | Zig:8    | Killed a dread lich
282180 | Zig:8    | Killed a dread lich
282180 | Zig:8    | Killed a dread lich
282180 | Zig:8    | Killed an ancient lich
282182 | Zig:8    | Killed an ancient lich
282182 | Zig:8    | Killed a dread lich
282183 | Zig:8    | Killed a dread lich
282183 | Zig:8    | Killed a dread lich
282183 | Zig:8    | Killed an ancient lich
282185 | Zig:8    | Killed an ancient lich
282185 | Zig:8    | Killed a dread lich
282188 | Zig:8    | Killed an ancient lich
282188 | Zig:8    | Killed an ancient lich
282201 | Zig:8    | Killed a dread lich
282202 | Zig:8    | Killed an ancient lich
282214 | Zig:8    | Identified the +3 sling of the Crypt {flame, Int+3}
282490 | Zig:9    | Entered Level 9 of a ziggurat
282796 | Zig:10   | Entered Level 10 of a ziggurat
283077 | Zig:11   | Entered Level 11 of a ziggurat
283077 | Zig:11   | Noticed a dread lich
283077 | Zig:11   | Noticed a dread lich
283077 | Zig:11   | Noticed a dread lich
283077 | Zig:11   | Noticed a dread lich
283077 | Zig:11   | Noticed a dread lich
283077 | Zig:11   | Noticed a dread lich
283077 | Zig:11   | Noticed an ancient lich
283077 | Zig:11   | Noticed an ancient lich
283077 | Zig:11   | Noticed an ancient lich
283077 | Zig:11   | Noticed a dread lich
283077 | Zig:11   | Noticed a dread lich
283077 | Zig:11   | Noticed an ancient lich
283077 | Zig:11   | Noticed an ancient lich
283077 | Zig:11   | Noticed a dread lich
283077 | Zig:11   | Noticed an ancient lich
283077 | Zig:11   | Noticed a dread lich
283080 | Zig:11   | Noticed a dread lich
283080 | Zig:11   | Noticed an ancient lich
283081 | Zig:11   | Killed a dread lich
283081 | Zig:11   | Killed a dread lich
283082 | Zig:11   | Killed a dread lich
283082 | Zig:11   | Killed a dread lich
283083 | Zig:11   | Killed an ancient lich
283083 | Zig:11   | Killed an ancient lich
283083 | Zig:11   | Killed an ancient lich
283085 | Zig:11   | Noticed an ancient lich
283085 | Zig:11   | Noticed a dread lich
283085 | Zig:11   | Noticed an ancient lich
283085 | Zig:11   | Noticed a dread lich
283085 | Zig:11   | Noticed an ancient lich
283085 | Zig:11   | Killed an ancient lich
283085 | Zig:11   | Killed a dread lich
283086 | Zig:11   | Noticed a dread lich
283086 | Zig:11   | Noticed an ancient lich
283086 | Zig:11   | Noticed a dread lich
283086 | Zig:11   | Noticed an ancient lich
283087 | Zig:11   | Noticed an ancient lich
283087 | Zig:11   | Noticed a dread lich
283087 | Zig:11   | Noticed a dread lich
283087 | Zig:11   | Noticed an ancient lich
283087 | Zig:11   | Noticed an ancient lich
283087 | Zig:11   | Killed an ancient lich
283087 | Zig:11   | Killed an ancient lich
283087 | Zig:11   | Killed a dread lich
283087 | Zig:11   | Killed a dread lich
283087 | Zig:11   | Killed a dread lich
283088 | Zig:11   | Killed a dread lich
283088 | Zig:11   | Killed a dread lich
283088 | Zig:11   | Killed a dread lich
283088 | Zig:11   | Killed an ancient lich
283088 | Zig:11   | Killed an ancient lich
283089 | Zig:11   | Noticed an ancient lich
283089 | Zig:11   | Noticed an ancient lich
283089 | Zig:11   | Noticed a dread lich
283089 | Zig:11   | Noticed a dread lich
283089 | Zig:11   | Noticed a dread lich
283089 | Zig:11   | Noticed an ancient lich
283089 | Zig:11   | Noticed a dread lich
283089 | Zig:11   | Killed a dread lich
283089 | Zig:11   | Noticed an ancient lich
283090 | Zig:11   | Noticed an ancient lich
283090 | Zig:11   | Noticed an ancient lich
283090 | Zig:11   | Noticed an ancient lich
283091 | Zig:11   | Noticed a dread lich
283091 | Zig:11   | Noticed a dread lich
283091 | Zig:11   | Noticed an ancient lich
283093 | Zig:11   | Killed a dread lich
283093 | Zig:11   | Killed an ancient lich
283093 | Zig:11   | Killed an ancient lich
283093 | Zig:11   | Killed a dread lich
283093 | Zig:11   | Killed an ancient lich
283093 | Zig:11   | Killed an ancient lich
283093 | Zig:11   | Killed a dread lich
283094 | Zig:11   | Noticed an ancient lich
283094 | Zig:11   | Noticed an ancient lich
283094 | Zig:11   | Noticed an ancient lich
283094 | Zig:11   | Noticed a dread lich
283095 | Zig:11   | Noticed a dread lich
283095 | Zig:11   | Killed a dread lich
283097 | Zig:11   | Noticed an ancient lich
283097 | Zig:11   | Killed an ancient lich
283097 | Zig:11   | Killed a dread lich
283097 | Zig:11   | Killed an ancient lich
283098 | Zig:11   | Killed a dread lich
283098 | Zig:11   | Killed a dread lich
283098 | Zig:11   | Killed an ancient lich
283099 | Zig:11   | Killed an ancient lich
283099 | Zig:11   | Killed an ancient lich
283099 | Zig:11   | Killed an ancient lich
283099 | Zig:11   | Killed an ancient lich
283099 | Zig:11   | Killed an ancient lich
283099 | Zig:11   | Killed an ancient lich
283100 | Zig:11   | Killed an ancient lich
283100 | Zig:11   | Killed a dread lich
283100 | Zig:11   | Killed an ancient lich
283100 | Zig:11   | Killed an ancient lich
283100 | Zig:11   | Killed an ancient lich
283100 | Zig:11   | Killed a dread lich
283101 | Zig:11   | Killed an ancient lich
283101 | Zig:11   | Killed a dread lich
283102 | Zig:11   | Killed an ancient lich
283102 | Zig:11   | Killed a dread lich
283136 | Zig:11   | Killed a dread lich
283136 | Zig:11   | Killed a dread lich
283285 | Zig:12   | Entered Level 12 of a ziggurat
283322 | Zig:12   | Identified the ring of Mepaba {rF+ EV+5 Str+3 Int+4}
283529 | Zig:13   | Entered Level 13 of a ziggurat
283666 | Zig:13   | Noticed a dread lich
283670 | Zig:13   | Killed a dread lich
283782 | Zig:13   | Identified the +5 arbalest "Dahemetek" {flame, rPois rF++
                  | Will+ Dex-3}
284138 | Zig:14   | Entered Level 14 of a ziggurat
284138 | Zig:14   | Noticed an ancient lich
284138 | Zig:14   | Noticed a dread lich
284138 | Zig:14   | Noticed an ancient lich
284138 | Zig:14   | Noticed a dread lich
284138 | Zig:14   | Noticed a dread lich
284138 | Zig:14   | Noticed a dread lich
284138 | Zig:14   | Noticed a dread lich
284138 | Zig:14   | Noticed an ancient lich
284138 | Zig:14   | Noticed an ancient lich
284138 | Zig:14   | Noticed an ancient lich
284138 | Zig:14   | Noticed an ancient lich
284140 | Zig:14   | Noticed an ancient lich
284140 | Zig:14   | Noticed a dread lich
284140 | Zig:14   | Noticed an ancient lich
284140 | Zig:14   | Noticed a dread lich
284140 | Zig:14   | Noticed a dread lich
284140 | Zig:14   | Noticed a dread lich
284141 | Zig:14   | Noticed a dread lich
284141 | Zig:14   | Noticed a dread lich
284141 | Zig:14   | Noticed an ancient lich
284141 | Zig:14   | Noticed an ancient lich
284141 | Zig:14   | Noticed a dread lich
284141 | Zig:14   | Killed a dread lich
284142 | Zig:14   | Noticed an ancient lich
284142 | Zig:14   | Noticed a dread lich
284142 | Zig:14   | Noticed an ancient lich
284142 | Zig:14   | Noticed a dread lich
284144 | Zig:14   | Noticed a dread lich
284144 | Zig:14   | Noticed a dread lich
284144 | Zig:14   | Noticed a dread lich
284144 | Zig:14   | Noticed a dread lich
284144 | Zig:14   | Noticed a dread lich
284144 | Zig:14   | Noticed a dread lich
284144 | Zig:14   | Noticed an ancient lich
284144 | Zig:14   | Killed a dread lich
284145 | Zig:14   | Noticed an ancient lich
284145 | Zig:14   | Noticed a dread lich
284145 | Zig:14   | Killed an ancient lich
284146 | Zig:14   | Noticed an ancient lich
284146 | Zig:14   | Noticed a dread lich
284146 | Zig:14   | Noticed an ancient lich
284146 | Zig:14   | Noticed an ancient lich
284146 | Zig:14   | Noticed an ancient lich
284146 | Zig:14   | Killed a dread lich
284146 | Zig:14   | Killed a dread lich
284147 | Zig:14   | Noticed a dread lich
284147 | Zig:14   | Killed an ancient lich
284147 | Zig:14   | Killed a dread lich
284147 | Zig:14   | Killed an ancient lich
284148 | Zig:14   | Killed an ancient lich
284148 | Zig:14   | Killed an ancient lich
284148 | Zig:14   | Killed a dread lich
284148 | Zig:14   | Killed a dread lich
284148 | Zig:14   | Killed a dread lich
284148 | Zig:14   | Killed a dread lich
284148 | Zig:14   | Killed a dread lich
284148 | Zig:14   | Killed an ancient lich
284148 | Zig:14   | Killed an ancient lich
284148 | Zig:14   | Killed a dread lich
284148 | Zig:14   | Killed an ancient lich
284148 | Zig:14   | Killed a dread lich
284148 | Zig:14   | Killed an ancient lich
284149 | Zig:14   | Noticed an ancient lich
284149 | Zig:14   | Killed a dread lich
284149 | Zig:14   | Killed a dread lich
284149 | Zig:14   | Killed an ancient lich
284149 | Zig:14   | Killed a dread lich
284149 | Zig:14   | Killed a dread lich
284150 | Zig:14   | Noticed a dread lich
284150 | Zig:14   | Noticed a dread lich
284150 | Zig:14   | Noticed a dread lich
284150 | Zig:14   | Noticed an ancient lich
284150 | Zig:14   | Noticed a dread lich
284150 | Zig:14   | Noticed an ancient lich
284150 | Zig:14   | Killed an ancient lich
284150 | Zig:14   | Killed a dread lich
284150 | Zig:14   | Killed an ancient lich
284150 | Zig:14   | Killed an ancient lich
284150 | Zig:14   | Killed an ancient lich
284150 | Zig:14   | Killed a dread lich
284150 | Zig:14   | Killed an ancient lich
284151 | Zig:14   | Noticed an ancient lich
284151 | Zig:14   | Noticed a dread lich
284151 | Zig:14   | Noticed an ancient lich
284151 | Zig:14   | Killed an ancient lich
284151 | Zig:14   | Killed a dread lich
284152 | Zig:14   | Noticed a dread lich
284152 | Zig:14   | Noticed an ancient lich
284152 | Zig:14   | Noticed a dread lich
284153 | Zig:14   | Killed an ancient lich
284153 | Zig:14   | Killed a dread lich
284153 | Zig:14   | Killed an ancient lich
284153 | Zig:14   | Killed a dread lich
284153 | Zig:14   | Killed a dread lich
284154 | Zig:14   | Noticed a dread lich
284154 | Zig:14   | Noticed a dread lich
284154 | Zig:14   | Noticed a dread lich
284154 | Zig:14   | Killed an ancient lich
284155 | Zig:14   | Noticed a dread lich
284155 | Zig:14   | Noticed a dread lich
284155 | Zig:14   | Noticed a dread lich
284155 | Zig:14   | Killed a dread lich
284155 | Zig:14   | Noticed an ancient lich
284156 | Zig:14   | Noticed a dread lich
284156 | Zig:14   | Noticed an ancient lich
284157 | Zig:14   | Noticed a dread lich
284157 | Zig:14   | Killed a dread lich
284157 | Zig:14   | Killed a dread lich
284157 | Zig:14   | Killed an ancient lich
284157 | Zig:14   | Killed a dread lich
284157 | Zig:14   | Killed a dread lich
284157 | Zig:14   | Killed a dread lich
284157 | Zig:14   | Killed a dread lich
284157 | Zig:14   | Killed an ancient lich
284157 | Zig:14   | Killed a dread lich
284162 | Zig:14   | Killed a dread lich
284162 | Zig:14   | Killed an ancient lich
284163 | Zig:14   | Killed an ancient lich
284163 | Zig:14   | Killed a dread lich
284163 | Zig:14   | Killed a dread lich
284163 | Zig:14   | Killed a dread lich
284163 | Zig:14   | Killed a dread lich
284163 | Zig:14   | Killed a dread lich
284164 | Zig:14   | Killed an ancient lich
284164 | Zig:14   | Killed an ancient lich
284173 | Zig:14   | Killed a dread lich
284174 | Zig:14   | Killed an ancient lich
284185 | Zig:14   | Killed a dread lich
284390 | Zig:14   | Identified the +7 glaive of Animal Spirits {venom, Stlth+}
284391 | Zig:14   | Identified the ring of Sonos {rElec Str+6}
284396 | Zig:14   | Identified the ring "Acouxtaulau" {rN++ Str+6}
284411 | Zig:15   | Entered Level 15 of a ziggurat
284411 | Zig:15   | Noticed a dread lich
284419 | Zig:15   | Killed a dread lich
284439 | Zig:15   | Paralysed by accursed screaming for 2 turns
284489 | Zig:15   | Identified the +1 pair of gloves of the First Snow {*Slow
                  | Str+9 Dex+5 Slay-6}
284494 | Zig:15   | Identified the +7 dire flail "Waxzoiraa" {speed, rPois
                  | Will+ Str+4}
284585 | Zig:16   | Entered Level 16 of a ziggurat
284719 | Zig:17   | Entered Level 17 of a ziggurat
284790 | Zig:17   | Identified the +3 whip "Jyeddufe" {pain, rCorr}
284840 | Zig:18   | Entered Level 18 of a ziggurat
284911 | Zig:18   | Identified the +1 morningstar of Feryun {venom, Int+3}
284912 | Zig:18   | Identified the staff "Alarefam" {rN+ MP+9 Necro}
285138 | Zig:19   | Entered Level 19 of a ziggurat
285138 | Zig:19   | Noticed a dread lich
285138 | Zig:19   | Noticed an ancient lich
285138 | Zig:19   | Noticed an ancient lich
285138 | Zig:19   | Noticed an ancient lich
285138 | Zig:19   | Noticed a dread lich
285138 | Zig:19   | Noticed an ancient lich
285138 | Zig:19   | Noticed an ancient lich
285138 | Zig:19   | Noticed an ancient lich
285139 | Zig:19   | Noticed a dread lich
285139 | Zig:19   | Noticed an ancient lich
285139 | Zig:19   | Noticed a dread lich
285139 | Zig:19   | Noticed a dread lich
285140 | Zig:19   | Noticed an ancient lich
285140 | Zig:19   | Noticed a dread lich
285140 | Zig:19   | Noticed an ancient lich
285141 | Zig:19   | Killed a dread lich
285141 | Zig:19   | Killed a dread lich
285141 | Zig:19   | Killed an ancient lich
285141 | Zig:19   | Killed an ancient lich
285141 | Zig:19   | Noticed an ancient lich
285144 | Zig:19   | Noticed an ancient lich
285144 | Zig:19   | Noticed a dread lich
285144 | Zig:19   | Killed an ancient lich
285145 | Zig:19   | Noticed an ancient lich
285145 | Zig:19   | Noticed a dread lich
285145 | Zig:19   | Noticed a dread lich
285145 | Zig:19   | Noticed an ancient lich
285145 | Zig:19   | Noticed a dread lich
285145 | Zig:19   | Killed a dread lich
285145 | Zig:19   | Killed an ancient lich
285145 | Zig:19   | Killed an ancient lich
285146 | Zig:19   | Noticed an ancient lich
285146 | Zig:19   | Noticed a dread lich
285146 | Zig:19   | Noticed an ancient lich
285146 | Zig:19   | Noticed a dread lich
285146 | Zig:19   | Killed an ancient lich
285146 | Zig:19   | Killed an ancient lich
285146 | Zig:19   | Killed a dread lich
285146 | Zig:19   | Killed a dread lich
285146 | Zig:19   | Killed an ancient lich
285147 | Zig:19   | Noticed an ancient lich
285147 | Zig:19   | Killed an ancient lich
285147 | Zig:19   | Killed an ancient lich
285147 | Zig:19   | Killed a dread lich
285148 | Zig:19   | Noticed a dread lich
285148 | Zig:19   | Noticed an ancient lich
285148 | Zig:19   | Noticed an ancient lich
285148 | Zig:19   | Noticed a dread lich
285148 | Zig:19   | Noticed an ancient lich
285148 | Zig:19   | Noticed an ancient lich
285148 | Zig:19   | Killed a dread lich
285148 | Zig:19   | Killed an ancient lich
285148 | Zig:19   | Killed a dread lich
285148 | Zig:19   | Killed an ancient lich
285148 | Zig:19   | Killed an ancient lich
285148 | Zig:19   | Killed an ancient lich
285148 | Zig:19   | Noticed a dread lich
285149 | Zig:19   | Noticed an ancient lich
285149 | Zig:19   | Noticed a dread lich
285149 | Zig:19   | Noticed a dread lich
285149 | Zig:19   | Noticed a dread lich
285149 | Zig:19   | Noticed a dread lich
285149 | Zig:19   | Killed a dread lich
285149 | Zig:19   | Noticed a dread lich
285149 | Zig:19   | Noticed an ancient lich
285150 | Zig:19   | Noticed an ancient lich
285150 | Zig:19   | Noticed a dread lich
285150 | Zig:19   | Noticed a dread lich
285150 | Zig:19   | Noticed a dread lich
285151 | Zig:19   | Noticed a dread lich
285151 | Zig:19   | Noticed a dread lich
285152 | Zig:19   | Killed a dread lich
285152 | Zig:19   | Killed an ancient lich
285152 | Zig:19   | Killed a dread lich
285152 | Zig:19   | Killed a dread lich
285152 | Zig:19   | Killed a dread lich
285152 | Zig:19   | Killed a dread lich
285152 | Zig:19   | Killed an ancient lich
285152 | Zig:19   | Killed a dread lich
285152 | Zig:19   | Killed an ancient lich
285152 | Zig:19   | Killed a dread lich
285152 | Zig:19   | Killed an ancient lich
285152 | Zig:19   | Killed a dread lich
285152 | Zig:19   | Noticed a dread lich
285152 | Zig:19   | Noticed an ancient lich
285153 | Zig:19   | Noticed a dread lich
285153 | Zig:19   | Noticed a dread lich
285153 | Zig:19   | Noticed a dread lich
285153 | Zig:19   | Noticed a dread lich
285153 | Zig:19   | Noticed an ancient lich
285153 | Zig:19   | Noticed a dread lich
285153 | Zig:19   | Noticed a dread lich
285154 | Zig:19   | Noticed a dread lich
285154 | Zig:19   | Noticed an ancient lich
285154 | Zig:19   | Noticed a dread lich
285154 | Zig:19   | Noticed a dread lich
285154 | Zig:19   | Noticed a dread lich
285155 | Zig:19   | Noticed a dread lich
285155 | Zig:19   | Killed an ancient lich
285155 | Zig:19   | Killed a dread lich
285155 | Zig:19   | Killed a dread lich
285155 | Zig:19   | Killed a dread lich
285155 | Zig:19   | Killed a dread lich
285155 | Zig:19   | Killed a dread lich
285155 | Zig:19   | Killed a dread lich
285155 | Zig:19   | Killed an ancient lich
285155 | Zig:19   | Killed a dread lich
285155 | Zig:19   | Killed a dread lich
285156 | Zig:19   | Noticed a dread lich
285156 | Zig:19   | Noticed a dread lich
285156 | Zig:19   | Noticed a dread lich
285158 | Zig:19   | Killed an ancient lich
285158 | Zig:19   | Killed a dread lich
285158 | Zig:19   | Killed a dread lich
285158 | Zig:19   | Killed a dread lich
285158 | Zig:19   | Killed an ancient lich
285158 | Zig:19   | Killed an ancient lich
285158 | Zig:19   | Killed a dread lich
285158 | Zig:19   | Killed a dread lich
285158 | Zig:19   | Killed a dread lich
285158 | Zig:19   | Killed a dread lich
285158 | Zig:19   | Killed a dread lich
285158 | Zig:19   | Killed a dread lich
285158 | Zig:19   | Killed a dread lich
285158 | Zig:19   | Killed a dread lich
285159 | Zig:19   | Killed a dread lich
285159 | Zig:19   | Noticed an ancient lich
285159 | Zig:19   | Noticed an ancient lich
285160 | Zig:19   | Noticed an ancient lich
285160 | Zig:19   | Noticed a dread lich
285160 | Zig:19   | Noticed an ancient lich
285160 | Zig:19   | Noticed an ancient lich
285161 | Zig:19   | Noticed an ancient lich
285161 | Zig:19   | Noticed a dread lich
285161 | Zig:19   | Noticed a dread lich
285162 | Zig:19   | Noticed an ancient lich
285162 | Zig:19   | Noticed an ancient lich
285162 | Zig:19   | Noticed an ancient lich
285162 | Zig:19   | Noticed a dread lich
285162 | Zig:19   | Noticed an ancient lich
285162 | Zig:19   | Killed a dread lich
285162 | Zig:19   | Noticed a dread lich
285163 | Zig:19   | Noticed a dread lich
285163 | Zig:19   | Noticed a dread lich
285163 | Zig:19   | Noticed a dread lich
285163 | Zig:19   | Killed a dread lich
285164 | Zig:19   | Killed an ancient lich
285164 | Zig:19   | Killed an ancient lich
285164 | Zig:19   | Killed a dread lich
285164 | Zig:19   | Killed an ancient lich
285164 | Zig:19   | Killed an ancient lich
285164 | Zig:19   | Killed an ancient lich
285164 | Zig:19   | Killed an ancient lich
285164 | Zig:19   | Killed an ancient lich
285165 | Zig:19   | Noticed a dread lich
285165 | Zig:19   | Noticed an ancient lich
285165 | Zig:19   | Noticed a dread lich
285165 | Zig:19   | Killed a dread lich
285165 | Zig:19   | Killed a dread lich
285165 | Zig:19   | Killed an ancient lich
285165 | Zig:19   | Noticed a dread lich
285165 | Zig:19   | Noticed an ancient lich
285165 | Zig:19   | Noticed a dread lich
285166 | Zig:19   | Noticed a dread lich
285166 | Zig:19   | Noticed an ancient lich
285166 | Zig:19   | Killed an ancient lich
285166 | Zig:19   | Killed an ancient lich
285166 | Zig:19   | Killed a dread lich
285166 | Zig:19   | Killed a dread lich
285167 | Zig:19   | Killed an ancient lich
285167 | Zig:19   | Killed an ancient lich
285167 | Zig:19   | Killed a dread lich
285167 | Zig:19   | Killed a dread lich
285167 | Zig:19   | Killed an ancient lich
285167 | Zig:19   | Killed a dread lich
285167 | Zig:19   | Killed an ancient lich
285167 | Zig:19   | Killed a dread lich
285168 | Zig:19   | Noticed a dread lich
285168 | Zig:19   | Noticed an ancient lich
285168 | Zig:19   | Killed a dread lich
285169 | Zig:19   | Noticed a dread lich
285169 | Zig:19   | Noticed an ancient lich
285169 | Zig:19   | Noticed an ancient lich
285169 | Zig:19   | Noticed a dread lich
285171 | Zig:19   | Killed an ancient lich
285171 | Zig:19   | Killed a dread lich
285171 | Zig:19   | Killed a dread lich
285171 | Zig:19   | Killed a dread lich
285171 | Zig:19   | Killed a dread lich
285171 | Zig:19   | Killed an ancient lich
285175 | Zig:19   | Killed an ancient lich
285175 | Zig:19   | Killed an ancient lich
285176 | Zig:19   | Killed a dread lich
285176 | Zig:19   | Killed an ancient lich
285178 | Zig:19   | Killed a dread lich
285350 | Zig:20   | Entered Level 20 of a ziggurat
285351 | Zig:20   | Noticed a juggernaut
285351 | Zig:20   | Noticed a juggernaut
285352 | Zig:20   | Noticed a juggernaut
285352 | Zig:20   | Noticed a juggernaut
285353 | Zig:20   | Noticed a juggernaut
285353 | Zig:20   | Noticed a juggernaut
285354 | Zig:20   | Noticed a juggernaut
285354 | Zig:20   | Noticed a juggernaut
285354 | Zig:20   | Noticed a juggernaut
285355 | Zig:20   | Noticed a juggernaut
285355 | Zig:20   | Killed a juggernaut
285356 | Zig:20   | Killed a juggernaut
285356 | Zig:20   | Noticed a juggernaut
285357 | Zig:20   | Noticed a juggernaut
285357 | Zig:20   | Noticed a juggernaut
285357 | Zig:20   | Noticed a juggernaut
285357 | Zig:20   | Killed a juggernaut
285358 | Zig:20   | Killed a juggernaut
285358 | Zig:20   | Killed a juggernaut
285359 | Zig:20   | Noticed a juggernaut
285359 | Zig:20   | Noticed a juggernaut
285359 | Zig:20   | Noticed a juggernaut
285359 | Zig:20   | Killed a juggernaut
285359 | Zig:20   | Killed a juggernaut
285360 | Zig:20   | Killed a juggernaut
285360 | Zig:20   | Killed a juggernaut
285360 | Zig:20   | Killed a juggernaut
285360 | Zig:20   | Killed a juggernaut
285360 | Zig:20   | Killed a juggernaut
285360 | Zig:20   | Killed a juggernaut
285361 | Zig:20   | Noticed a juggernaut
285361 | Zig:20   | Noticed a juggernaut
285361 | Zig:20   | Noticed a juggernaut
285361 | Zig:20   | Noticed a juggernaut
285361 | Zig:20   | Noticed a juggernaut
285361 | Zig:20   | Killed a juggernaut
285362 | Zig:20   | Noticed a juggernaut
285362 | Zig:20   | Noticed a juggernaut
285362 | Zig:20   | Noticed a juggernaut
285362 | Zig:20   | Noticed a juggernaut
285362 | Zig:20   | Killed a juggernaut
285362 | Zig:20   | Killed a juggernaut
285363 | Zig:20   | Noticed a juggernaut
285363 | Zig:20   | Noticed a juggernaut
285363 | Zig:20   | Noticed a juggernaut
285364 | Zig:20   | Killed a juggernaut
285364 | Zig:20   | Killed a juggernaut
285364 | Zig:20   | Killed a juggernaut
285364 | Zig:20   | Killed a juggernaut
285364 | Zig:20   | Killed a juggernaut
285364 | Zig:20   | Killed a juggernaut
285364 | Zig:20   | Noticed a juggernaut
285364 | Zig:20   | Noticed a juggernaut
285365 | Zig:20   | Noticed a juggernaut
285365 | Zig:20   | Noticed a juggernaut
285365 | Zig:20   | Noticed a juggernaut
285365 | Zig:20   | Killed a juggernaut
285365 | Zig:20   | Killed a juggernaut
285366 | Zig:20   | Noticed a juggernaut
285366 | Zig:20   | Noticed a juggernaut
285366 | Zig:20   | Noticed a juggernaut
285366 | Zig:20   | Noticed a juggernaut
285366 | Zig:20   | Killed a juggernaut
285367 | Zig:20   | Noticed a juggernaut
285367 | Zig:20   | Noticed a juggernaut
285367 | Zig:20   | Noticed a juggernaut
285368 | Zig:20   | Killed a juggernaut
285368 | Zig:20   | Killed a juggernaut
285368 | Zig:20   | Killed a juggernaut
285368 | Zig:20   | Killed a juggernaut
285368 | Zig:20   | Killed a juggernaut
285368 | Zig:20   | Killed a juggernaut
285368 | Zig:20   | Killed a juggernaut
285368 | Zig:20   | Killed a juggernaut
285368 | Zig:20   | Killed a juggernaut
285368 | Zig:20   | Killed a juggernaut
285368 | Zig:20   | Killed a juggernaut
285368 | Zig:20   | Killed a juggernaut
285368 | Zig:20   | Noticed a juggernaut
285369 | Zig:20   | Killed a juggernaut
285370 | Zig:20   | Killed a juggernaut
285370 | Zig:20   | Killed a juggernaut
285370 | Zig:20   | Killed a juggernaut
285371 | Zig:20   | Killed a juggernaut
285372 | Zig:20   | Noticed a juggernaut
285372 | Zig:20   | Noticed a juggernaut
285372 | Zig:20   | Noticed a juggernaut
285372 | Zig:20   | Noticed a juggernaut
285372 | Zig:20   | Noticed a juggernaut
285373 | Zig:20   | Noticed a juggernaut
285373 | Zig:20   | Noticed a juggernaut
285373 | Zig:20   | Noticed a juggernaut
285373 | Zig:20   | Killed a juggernaut
285374 | Zig:20   | Noticed a juggernaut
285374 | Zig:20   | Killed a juggernaut
285374 | Zig:20   | Killed a juggernaut
285374 | Zig:20   | Killed a juggernaut
285374 | Zig:20   | Killed a juggernaut
285374 | Zig:20   | Killed a juggernaut
285375 | Zig:20   | Noticed a juggernaut
285376 | Zig:20   | Noticed a juggernaut
285376 | Zig:20   | Noticed a juggernaut
285376 | Zig:20   | Killed a juggernaut
285377 | Zig:20   | Killed a juggernaut
285378 | Zig:20   | Killed a juggernaut
285378 | Zig:20   | Killed a juggernaut
285378 | Zig:20   | Killed a juggernaut
285379 | Zig:20   | Noticed a juggernaut
285380 | Zig:20   | Noticed a juggernaut
285380 | Zig:20   | Noticed a juggernaut
285381 | Zig:20   | Noticed a juggernaut
285381 | Zig:20   | Killed a juggernaut
285381 | Zig:20   | Killed a juggernaut
285382 | Zig:20   | Noticed a juggernaut
285382 | Zig:20   | Killed a juggernaut
285383 | Zig:20   | Noticed a juggernaut
285383 | Zig:20   | Noticed a juggernaut
285383 | Zig:20   | Noticed a juggernaut
285383 | Zig:20   | Noticed a juggernaut
285383 | Zig:20   | Noticed a juggernaut
285383 | Zig:20   | Killed a juggernaut
285384 | Zig:20   | Killed a juggernaut
285384 | Zig:20   | Killed a juggernaut
285384 | Zig:20   | Killed a juggernaut
285384 | Zig:20   | Killed a juggernaut
285384 | Zig:20   | Killed a juggernaut
285384 | Zig:20   | Noticed a juggernaut
285386 | Zig:20   | Noticed a juggernaut
285386 | Zig:20   | Noticed a juggernaut
285386 | Zig:20   | Killed a juggernaut
285387 | Zig:20   | Killed a juggernaut
285387 | Zig:20   | Killed a juggernaut
285388 | Zig:20   | Noticed a juggernaut
285389 | Zig:20   | Noticed a juggernaut
285389 | Zig:20   | Killed a juggernaut
285390 | Zig:20   | Killed a juggernaut
285393 | Zig:20   | Killed a juggernaut
285393 | Zig:20   | Killed a juggernaut
285395 | Zig:20   | Identified the serpent talisman of Rumeats {rN+ Int+3}
285396 | Zig:20   | Killed a juggernaut
285450 | Zig:20   | Identified the +1 chain mail "Wolalul" {Int+2}
285454 | Zig:20   | Identified the +6 war axe "Ofecrioz" {spect, rPois MP+9
                  | Int+4}
285592 | Zig:21   | Entered Level 21 of a ziggurat
285903 | Zig:22   | Entered Level 22 of a ziggurat
285903 | Zig:22   | Noticed an ancient lich
285903 | Zig:22   | Noticed an ancient lich
285903 | Zig:22   | Noticed an ancient lich
285904 | Zig:22   | Noticed an ancient lich
285906 | Zig:22   | Noticed an ancient lich
285906 | Zig:22   | Noticed an ancient lich
285907 | Zig:22   | Noticed an ancient lich
285907 | Zig:22   | Noticed an ancient lich
285908 | Zig:22   | Noticed an ancient lich
285909 | Zig:22   | Noticed an ancient lich
285909 | Zig:22   | Noticed an ancient lich
285910 | Zig:22   | Killed an ancient lich
285910 | Zig:22   | Killed an ancient lich
285910 | Zig:22   | Killed an ancient lich
285910 | Zig:22   | Killed an ancient lich
285911 | Zig:22   | Noticed an ancient lich
285911 | Zig:22   | Noticed an ancient lich
285912 | Zig:22   | Noticed an ancient lich
285912 | Zig:22   | Noticed an ancient lich
285913 | Zig:22   | Noticed an ancient lich
285914 | Zig:22   | Noticed an ancient lich
285915 | Zig:22   | Killed an ancient lich
285915 | Zig:22   | Killed an ancient lich
285915 | Zig:22   | Killed an ancient lich
285915 | Zig:22   | Killed an ancient lich
285916 | Zig:22   | Noticed an ancient lich
285918 | Zig:22   | Killed an ancient lich
285918 | Zig:22   | Killed an ancient lich
285918 | Zig:22   | Killed an ancient lich
285918 | Zig:22   | Killed an ancient lich
285919 | Zig:22   | Noticed an ancient lich
285920 | Zig:22   | Noticed an ancient lich
285920 | Zig:22   | Noticed an ancient lich
285920 | Zig:22   | Noticed an ancient lich
285921 | Zig:22   | Noticed an ancient lich
285921 | Zig:22   | Killed an ancient lich
285922 | Zig:22   | Noticed an ancient lich
285922 | Zig:22   | Noticed an ancient lich
285923 | Zig:22   | Noticed an ancient lich
285924 | Zig:22   | Killed an ancient lich
285924 | Zig:22   | Killed an ancient lich
285924 | Zig:22   | Killed an ancient lich
285925 | Zig:22   | Noticed an ancient lich
285925 | Zig:22   | Killed an ancient lich
285925 | Zig:22   | Killed an ancient lich
285926 | Zig:22   | Noticed an ancient lich
285926 | Zig:22   | Killed an ancient lich
285928 | Zig:22   | Killed an ancient lich
285928 | Zig:22   | Killed an ancient lich
285928 | Zig:22   | Killed an ancient lich
285929 | Zig:22   | Noticed an ancient lich
285930 | Zig:22   | Noticed an ancient lich
285930 | Zig:22   | Noticed an ancient lich
285930 | Zig:22   | Noticed an ancient lich
285930 | Zig:22   | Noticed an ancient lich
285930 | Zig:22   | Noticed an ancient lich
285931 | Zig:22   | Noticed an ancient lich
285931 | Zig:22   | Noticed an ancient lich
285932 | Zig:22   | Killed an ancient lich
285932 | Zig:22   | Killed an ancient lich
285932 | Zig:22   | Killed an ancient lich
285932 | Zig:22   | Killed an ancient lich
285933 | Zig:22   | Killed an ancient lich
285933 | Zig:22   | Killed an ancient lich
285933 | Zig:22   | Killed an ancient lich
285933 | Zig:22   | Killed an ancient lich
285933 | Zig:22   | Killed an ancient lich
285933 | Zig:22   | Killed an ancient lich
285933 | Zig:22   | Killed an ancient lich
285933 | Zig:22   | Killed an ancient lich
285933 | Zig:22   | Killed an ancient lich
285933 | Zig:22   | Killed an ancient lich
285933 | Zig:22   | Noticed an ancient lich
285935 | Zig:22   | Noticed an ancient lich
285938 | Zig:22   | Killed an ancient lich
285938 | Zig:22   | Noticed an ancient lich
285939 | Zig:22   | Killed an ancient lich
285941 | Zig:22   | Killed an ancient lich
285959 | Zig:22   | Identified the +1 pair of boots "Difrut" {Rampage rF+
                  | Int-5}
285999 | Zig:22   | Identified the ring "Nairey" {rF+ rC++}
286241 | Zig:23   | Entered Level 23 of a ziggurat
286272 | Zig:23   | Paralysed by an air elemental for 1 turns
286322 | Zig:23   | Identified the +0 ring mail "Waenyo" {Regen+ Int+7}
286324 | Zig:23   | Identified the +1 hand axe "Tohud" {freeze, Fly rC+ rCorr}
286465 | Zig:24   | Entered Level 24 of a ziggurat
286498 | Zig:24   | Noticed Pojyfej the pandemonium lord
286511 | Zig:24   | Killed Pojyfej the pandemonium lord
286513 | Zig:24   | Identified the serpent talisman of Time Monsters {Str+3
                  | Dex+5}
286518 | Zig:24   | Identified the amulet "Vealui" {Spirit Harm rPois Will+
                  | Stlth-}
286568 | Zig:24   | Identified the +6 flail of Jianehilau {drain, rF+ Str+2}
286648 | Zig:25   | Entered Level 25 of a ziggurat
286936 | Zig:25   | Identified the staff of the Desolation of Salt {rF+++ rC+
                  | Int-5 Dex-4 Necro Ice}
286953 | Zig:25   | Identified the +6 shortbow of the Grave {flame, rPois rC++}
286956 | Zig:25   | Identified the +6 triple sword "Malipiuf" {protect, rF+ rC+
                  | Int+4}
286970 | Zig:25   | Identified the +5 triple sword of Doom {flame, rPois Int+5
                  | Dex-2}
286972 | Zig:25   | Identified the ring "Fyoma" {rPois MP+9 Str-4 Int+3 Stlth+}
286989 | Zig:25   | Identified the +0 trident "Beetle's Death Toll" {holy,
                  | SInv}
286994 | Zig:25   | Identified the +11 scimitar of Prudence {freeze, rF+}
287061 | Zig:26   | Entered Level 26 of a ziggurat
287109 | Zig:26   | Identified the amulet "Hero's Friend" {Faith Rampage}
287997 | Zig:26   | Identified the staff of Istraef {rPois rF- rC+ Int-5 Dex+5
                  | Ice}
288001 | Zig:26   | Identified the amulet "Binodgh" {RegenMP *Corrode +Blink
                  | rF+ rC+}
288017 | Zig:26   | Identified the +4 great sword of Koptept {protect, Dex+5}
288137 | Zig:26   | Identified the +0 plate armour of the Accordion {rF+ Dex+3}
288140 | Zig:26   | Identified the +3 rapier "Thing" {flame, Will+ Int+2}
288152 | Zig:26   | Identified the staff of the Rescuing Gods {rC+ Dex+5 Tloc
                  | Ice}
288170 | Zig:27   | Entered Level 27 of a ziggurat
288388 | Zig:27   | Identified the ring of Melee {Fire *Corrode Will+ SInv}
288396 | Zig:27   | Identified the +7 scimitar "Hyc Nuemm" {freeze, rC+ rCorr}
288428 | Zig:27   | Identified the +3 leather armour "Sullug" {rC+ MP-9 Int+5}
288432 | Zig:27   | Identified the ring "Ecvi" {Fire rPois}
288457 | Zig:27   | Identified the ring "Gaulol" {*Corrode Str+6 Int+3 SInv
                  | Stlth+}
288473 | Zig:1    | Entered Level 1 of a ziggurat
288473 | Zig:1    | Noticed Bosiaw the pandemonium lord
288485 | Zig:1    | Killed Bosiaw the pandemonium lord
288697 | Zig:2    | Entered Level 2 of a ziggurat
288936 | Zig:3    | Entered Level 3 of a ziggurat
289194 | Zig:4    | Entered Level 4 of a ziggurat
289270 | Zig:4    | Identified the staff of Terra Cotta {rF++ Earth}
289448 | Zig:5    | Entered Level 5 of a ziggurat
289448 | Zig:5    | Noticed a dread lich
289448 | Zig:5    | Noticed an ancient lich
289448 | Zig:5    | Noticed a dread lich
289448 | Zig:5    | Noticed a dread lich
289448 | Zig:5    | Noticed a dread lich
289448 | Zig:5    | Noticed a dread lich
289448 | Zig:5    | Noticed a dread lich
289448 | Zig:5    | Noticed an ancient lich
289448 | Zig:5    | Noticed a dread lich
289448 | Zig:5    | Noticed a dread lich
289448 | Zig:5    | Noticed a dread lich
289448 | Zig:5    | Noticed a dread lich
289448 | Zig:5    | Noticed a dread lich
289448 | Zig:5    | Noticed a dread lich
289448 | Zig:5    | Noticed an ancient lich
289450 | Zig:5    | Noticed an ancient lich
289450 | Zig:5    | Noticed an ancient lich
289451 | Zig:5    | Noticed a dread lich
289451 | Zig:5    | Noticed a dread lich
289451 | Zig:5    | Noticed a dread lich
289451 | Zig:5    | Killed a dread lich
289451 | Zig:5    | Killed a dread lich
289452 | Zig:5    | Killed a dread lich
289453 | Zig:5    | Noticed a dread lich
289453 | Zig:5    | Noticed a dread lich
289453 | Zig:5    | Killed a dread lich
289453 | Zig:5    | Killed a dread lich
289454 | Zig:5    | Noticed a dread lich
289454 | Zig:5    | Noticed an ancient lich
289454 | Zig:5    | Killed a dread lich
289454 | Zig:5    | Killed an ancient lich
289454 | Zig:5    | Killed a dread lich
289455 | Zig:5    | Noticed a dread lich
289455 | Zig:5    | Killed a dread lich
289455 | Zig:5    | Killed a dread lich
289455 | Zig:5    | Killed an ancient lich
289455 | Zig:5    | Killed a dread lich
289455 | Zig:5    | Killed a dread lich
289456 | Zig:5    | Killed a dread lich
289456 | Zig:5    | Killed a dread lich
289456 | Zig:5    | Killed an ancient lich
289456 | Zig:5    | Killed an ancient lich
289456 | Zig:5    | Killed an ancient lich
289460 | Zig:5    | Killed an ancient lich
289460 | Zig:5    | Killed a dread lich
289460 | Zig:5    | Killed a dread lich
289462 | Zig:5    | Killed a dread lich
289463 | Zig:5    | Killed a dread lich
289464 | Zig:5    | Killed a dread lich
289465 | Zig:5    | Killed a dread lich
289663 | Zig:5    | Identified the +0 chain mail of Shielding {rC+}
289772 | Zig:6    | Entered Level 6 of a ziggurat
289782 | Zig:6    | Noticed Roule the pandemonium lord
289811 | Zig:6    | Killed Roule the pandemonium lord
290071 | Zig:6    | Identified the staff of Qoefod {rF- Will+ Necro Earth}
290137 | Zig:7    | Entered Level 7 of a ziggurat
290137 | Zig:7    | Noticed Onaestem the pandemonium lord
290137 | Zig:7    | Noticed Fur Cifu the pandemonium lord
290137 | Zig:7    | Noticed Egacuch the pandemonium lord
290137 | Zig:7    | Noticed Yriledel the pandemonium lord
290137 | Zig:7    | Noticed Xysuemau the pandemonium lord
290137 | Zig:7    | Noticed Loelajom the pandemonium lord
290137 | Zig:7    | Noticed Unaakal the pandemonium lord
290137 | Zig:7    | Noticed Rooloa the pandemonium lord
290137 | Zig:7    | Noticed Pug Dyh the pandemonium lord
290137 | Zig:7    | Noticed Hikun the pandemonium lord
290137 | Zig:7    | Noticed Ofuowu Lium the pandemonium lord
290137 | Zig:7    | Noticed Pux Buam the pandemonium lord
290137 | Zig:7    | Noticed Xioqaere the pandemonium lord
290137 | Zig:7    | Noticed Sunkajan the pandemonium lord
290137 | Zig:7    | Noticed Pabut the pandemonium lord
290137 | Zig:7    | Noticed Vaweusyxi the pandemonium lord
290137 | Zig:7    | Noticed Gagon the pandemonium lord
290137 | Zig:7    | Noticed Ocuwor the pandemonium lord
290137 | Zig:7    | Noticed Akich the pandemonium lord
290137 | Zig:7    | Noticed Umuzxy Tahoi the pandemonium lord
290137 | Zig:7    | Noticed Masan the pandemonium lord
290137 | Zig:7    | Noticed Umagaell the pandemonium lord
290137 | Zig:7    | Noticed Wasahum the pandemonium lord
290137 | Zig:7    | Noticed Xoets the pandemonium lord
290137 | Zig:7    | Noticed Loakhlun the pandemonium lord
290137 | Zig:7    | Noticed Mustilun the pandemonium lord
290137 | Zig:7    | Noticed Hebliodgh the pandemonium lord
290137 | Zig:7    | Noticed Mapto the pandemonium lord
290137 | Zig:7    | Noticed Inon Ymy the pandemonium lord
290137 | Zig:7    | Noticed Xouxea the pandemonium lord
290138 | Zig:7    | Killed Pug Dyh the pandemonium lord
290138 | Zig:7    | Killed Fur Cifu the pandemonium lord
290138 | Zig:7    | Killed Sunkajan the pandemonium lord
290138 | Zig:7    | Killed Xioqaere the pandemonium lord
290138 | Zig:7    | Killed Vaweusyxi the pandemonium lord
290138 | Zig:7    | Killed Masan the pandemonium lord
290138 | Zig:7    | Killed Gagon the pandemonium lord
290138 | Zig:7    | Killed Umagaell the pandemonium lord
290138 | Zig:7    | Killed Mustilun the pandemonium lord
290138 | Zig:7    | Killed Loakhlun the pandemonium lord
290138 | Zig:7    | Killed Mapto the pandemonium lord
290140 | Zig:7    | Noticed Uklogur the pandemonium lord
290140 | Zig:7    | Noticed Lymeidgh the pandemonium lord
290140 | Zig:7    | Noticed Balis the pandemonium lord
290140 | Zig:7    | Killed Umuzxy Tahoi the pandemonium lord
290140 | Zig:7    | Killed Ofuowu Lium the pandemonium lord
290140 | Zig:7    | Killed Loelajom the pandemonium lord
290140 | Zig:7    | Noticed Cemyjus the pandemonium lord
290140 | Zig:7    | Killed Xoets the pandemonium lord
290142 | Zig:7    | Noticed Gyifuc the pandemonium lord
290142 | Zig:7    | Noticed Gykuckypp the pandemonium lord
290142 | Zig:7    | Noticed Kaud the pandemonium lord
290142 | Zig:7    | Killed Hikun the pandemonium lord
290143 | Zig:7    | Noticed Baysuh the pandemonium lord
290143 | Zig:7    | Killed Lymeidgh the pandemonium lord
290143 | Zig:7    | Killed Balis the pandemonium lord
290143 | Zig:7    | Killed Onaestem the pandemonium lord
290143 | Zig:7    | Killed Hebliodgh the pandemonium lord
290143 | Zig:7    | Killed Kaud the pandemonium lord
290143 | Zig:7    | Killed Cemyjus the pandemonium lord
290144 | Zig:7    | Noticed Myczoil the pandemonium lord
290144 | Zig:7    | Noticed Xamun Ciffir the pandemonium lord
290144 | Zig:7    | Noticed Iciotos the pandemonium lord
290144 | Zig:7    | Noticed Ucolyeg the pandemonium lord
290144 | Zig:7    | Killed Xouxea the pandemonium lord
290145 | Zig:7    | Noticed Quaxus the pandemonium lord
290145 | Zig:7    | Killed Rooloa the pandemonium lord
290145 | Zig:7    | Killed Baysuh the pandemonium lord
290145 | Zig:7    | Killed Gyifuc the pandemonium lord
290145 | Zig:7    | Killed Akich the pandemonium lord
290145 | Zig:7    | Noticed Iqiramig the pandemonium lord
290145 | Zig:7    | Killed Inon Ymy the pandemonium lord
290145 | Zig:7    | Noticed Cyocyihi the pandemonium lord
290146 | Zig:7    | Noticed Udoaqan the pandemonium lord
290146 | Zig:7    | Killed Unaakal the pandemonium lord
290147 | Zig:7    | Killed Wasahum the pandemonium lord
290147 | Zig:7    | Killed Ucolyeg the pandemonium lord
290147 | Zig:7    | Killed Quaxus the pandemonium lord
290147 | Zig:7    | Killed Xysuemau the pandemonium lord
290147 | Zig:7    | Killed Egacuch the pandemonium lord
290147 | Zig:7    | Killed Uklogur the pandemonium lord
290147 | Zig:7    | Killed Iciotos the pandemonium lord
290148 | Zig:7    | Noticed Zoes Aru the pandemonium lord
290148 | Zig:7    | Killed Yriledel the pandemonium lord
290148 | Zig:7    | Killed Gykuckypp the pandemonium lord
290149 | Zig:7    | Noticed Oqetosy the pandemonium lord
290149 | Zig:7    | Noticed Tufunlasch the pandemonium lord
290151 | Zig:7    | Killed Pux Buam the pandemonium lord
290152 | Zig:7    | Killed Tufunlasch the pandemonium lord
290152 | Zig:7    | Killed Ocuwor the pandemonium lord
290153 | Zig:7    | Killed Udoaqan the pandemonium lord
290155 | Zig:7    | Killed Pabut the pandemonium lord
290156 | Zig:7    | Killed Xamun Ciffir the pandemonium lord
290156 | Zig:7    | Killed Zoes Aru the pandemonium lord
290158 | Zig:7    | Killed Cyocyihi the pandemonium lord
290158 | Zig:7    | Killed Myczoil the pandemonium lord
290158 | Zig:7    | Killed Oqetosy the pandemonium lord
290159 | Zig:7    | Killed Iqiramig the pandemonium lord
290345 | Zig:7    | Identified the +1 arbalest "Jixurreph" {freeze, *Corrode
                  | Will+++ Int+2}
290360 | Zig:7    | Identified the +6 falchion of the Pyrrhic Victory {pain,
                  | rC+++ Str-4}
290376 | Zig:7    | Identified the +0 crystal plate armour of Bitterness {+Inv
                  | rC++ Str-4 Int+3}
290590 | Zig:8    | Entered Level 8 of a ziggurat
290968 | Zig:8    | Identified the +11 lajatang of the Unseen Realm {venom,
                  | rF+}
290970 | Zig:8    | Identified the +0 plate armour of Wynur {rN+}
291021 | Zig:8    | Identified the +9 rapier "Qoaniras" {freeze, Will- Str+5
                  | Stlth+}
291031 | Zig:8    | Identified the +8 short sword of Overwhelming Force {elec,
                  | Str+4 Int-2}
291048 | Zig:9    | Entered Level 9 of a ziggurat
291189 | Zig:9    | Identified the ring of Weushrez {*Corrode Fly Will++ Dex+3}
291321 | Zig:10   | Entered Level 10 of a ziggurat
291321 | Zig:10   | Noticed an ancient lich
291327 | Zig:10   | Killed an ancient lich
291772 | Zig:10   | Identified the +0 pair of boots "Epnyhem" {rF+ Str+4}
291782 | Zig:10   | Identified the staff of Quuxoraph {rPois rF- rN+ Int-2 Summ
                  | Necro}
291802 | Zig:10   | Identified the ring of the Coward {rF+ Dex+5}
291803 | Zig:10   | Identified the ring "Bonavucu" {rN+ Will+ Int+6}
291825 | Zig:11   | Entered Level 11 of a ziggurat
291840 | Zig:11   | Noticed Lisamab the pandemonium lord
291865 | Zig:11   | Killed Lisamab the pandemonium lord
291963 | Zig:11   | Identified the amulet "Reumuv" {Reflect +Blink rF- rN+
                  | Int+2 SH+5}
291980 | Zig:11   | Identified the +1 bardiche of Diet Blood {holy, +Blink Fly
                  | rElec Dex-3}
292005 | Zig:11   | Identified the ring of Wihan {rN+ Str+3 Int+6}
292367 | Zig:12   | Entered Level 12 of a ziggurat
292836 | Zig:13   | Entered Level 13 of a ziggurat
292850 | Zig:13   | Paralysed by a wendigo for 1 turns
292964 | Zig:13   | Identified the staff "Jeitya Heiho" {rElec Stlth+ Air}
292984 | Zig:13   | Identified the +2 quarterstaff "Jellyslayer" {elec, rElec
                  | Int+3}
293003 | Zig:13   | Identified the amulet "Cemem" {Faith Harm Rampage rCorr}
293007 | Zig:13   | Identified the amulet of Qoneylu {Regen+ Dex+4}
293009 | Zig:13   | Identified the +1 ring mail of the Stonemason {rC+ Int+3
                  | Stlth-}
293028 | Zig:13   | Identified the +9 broad axe of the Other Side {flame, rCorr
                  | Str+2}
293439 | Zig:14   | Entered Level 14 of a ziggurat
293439 | Zig:14   | Noticed a juggernaut
293439 | Zig:14   | Noticed a juggernaut
293439 | Zig:14   | Noticed a juggernaut
293439 | Zig:14   | Noticed a juggernaut
293439 | Zig:14   | Noticed a juggernaut
293439 | Zig:14   | Noticed a juggernaut
293439 | Zig:14   | Noticed a juggernaut
293439 | Zig:14   | Noticed a juggernaut
293439 | Zig:14   | Noticed a juggernaut
293440 | Zig:14   | Killed a juggernaut
293440 | Zig:14   | Killed a juggernaut
293441 | Zig:14   | Noticed a juggernaut
293441 | Zig:14   | Noticed a juggernaut
293441 | Zig:14   | Noticed a juggernaut
293441 | Zig:14   | Noticed a juggernaut
293441 | Zig:14   | Killed a juggernaut
293442 | Zig:14   | Killed a juggernaut
293442 | Zig:14   | Killed a juggernaut
293444 | Zig:14   | Noticed a juggernaut
293444 | Zig:14   | Noticed a juggernaut
293444 | Zig:14   | Noticed a juggernaut
293444 | Zig:14   | Noticed a juggernaut
293444 | Zig:14   | Noticed a juggernaut
293445 | Zig:14   | Noticed a juggernaut
293445 | Zig:14   | Noticed a juggernaut
293445 | Zig:14   | Noticed a juggernaut
293445 | Zig:14   | Noticed a juggernaut
293445 | Zig:14   | Killed a juggernaut
293445 | Zig:14   | Killed a juggernaut
293446 | Zig:14   | Noticed a juggernaut
293446 | Zig:14   | Noticed a juggernaut
293446 | Zig:14   | Noticed a juggernaut
293446 | Zig:14   | Noticed a juggernaut
293446 | Zig:14   | Noticed a juggernaut
293446 | Zig:14   | Noticed a juggernaut
293446 | Zig:14   | Killed a juggernaut
293447 | Zig:14   | Noticed a juggernaut
293447 | Zig:14   | Noticed a juggernaut
293447 | Zig:14   | Noticed a juggernaut
293447 | Zig:14   | Killed a juggernaut
293447 | Zig:14   | Killed a juggernaut
293447 | Zig:14   | Killed a juggernaut
293447 | Zig:14   | Killed a juggernaut
293447 | Zig:14   | Killed a juggernaut
293447 | Zig:14   | Killed a juggernaut
293447 | Zig:14   | Killed a juggernaut
293447 | Zig:14   | Killed a juggernaut
293447 | Zig:14   | Killed a juggernaut
293448 | Zig:14   | Noticed a juggernaut
293448 | Zig:14   | Noticed a juggernaut
293448 | Zig:14   | Noticed a juggernaut
293448 | Zig:14   | Killed a juggernaut
293448 | Zig:14   | Killed a juggernaut
293448 | Zig:14   | Killed a juggernaut
293448 | Zig:14   | Killed a juggernaut
293449 | Zig:14   | Noticed a juggernaut
293449 | Zig:14   | Noticed a juggernaut
293449 | Zig:14   | Killed a juggernaut
293449 | Zig:14   | Killed a juggernaut
293449 | Zig:14   | Killed a juggernaut
293450 | Zig:14   | Noticed a juggernaut
293450 | Zig:14   | Killed a juggernaut
293450 | Zig:14   | Killed a juggernaut
293450 | Zig:14   | Killed a juggernaut
293450 | Zig:14   | Killed a juggernaut
293450 | Zig:14   | Killed a juggernaut
293450 | Zig:14   | Killed a juggernaut
293450 | Zig:14   | Killed a juggernaut
293450 | Zig:14   | Killed a juggernaut
293450 | Zig:14   | Killed a juggernaut
293451 | Zig:14   | Noticed a juggernaut
293451 | Zig:14   | Killed a juggernaut
293452 | Zig:14   | Noticed a juggernaut
293452 | Zig:14   | Killed a juggernaut
293452 | Zig:14   | Killed a juggernaut
293453 | Zig:14   | Noticed a juggernaut
293453 | Zig:14   | Killed a juggernaut
293453 | Zig:14   | Killed a juggernaut
293454 | Zig:14   | Noticed a juggernaut
293454 | Zig:14   | Noticed a juggernaut
293454 | Zig:14   | Killed a juggernaut
293456 | Zig:14   | Noticed a juggernaut
293456 | Zig:14   | Killed a juggernaut
293457 | Zig:14   | Noticed a juggernaut
293457 | Zig:14   | Noticed a juggernaut
293457 | Zig:14   | Noticed a juggernaut
293457 | Zig:14   | Noticed a juggernaut
293458 | Zig:14   | Noticed a juggernaut
293458 | Zig:14   | Noticed a juggernaut
293458 | Zig:14   | Noticed a juggernaut
293458 | Zig:14   | Noticed a juggernaut
293459 | Zig:14   | Noticed a juggernaut
293459 | Zig:14   | Noticed a juggernaut
293459 | Zig:14   | Killed a juggernaut
293461 | Zig:14   | Killed a juggernaut
293462 | Zig:14   | Noticed a juggernaut
293462 | Zig:14   | Killed a juggernaut
293462 | Zig:14   | Killed a juggernaut
293462 | Zig:14   | Killed a juggernaut
293462 | Zig:14   | Killed a juggernaut
293463 | Zig:14   | Noticed a juggernaut
293463 | Zig:14   | Killed a juggernaut
293464 | Zig:14   | Noticed a juggernaut
293464 | Zig:14   | Killed a juggernaut
293466 | Zig:14   | Killed a juggernaut
293466 | Zig:14   | Killed a juggernaut
293466 | Zig:14   | Killed a juggernaut
293466 | Zig:14   | Killed a juggernaut
293466 | Zig:14   | Killed a juggernaut
293466 | Zig:14   | Killed a juggernaut
293466 | Zig:14   | Killed a juggernaut
293466 | Zig:14   | Killed a juggernaut
294101 | Zig:14   | Identified the +4 scale mail of Pathos {rF+ rC+ Regen+
                  | Int+3}
294132 | Zig:14   | Identified the +0 ring mail of Gestures {rCorr Str+4}
294149 | Zig:15   | Entered Level 15 of a ziggurat
294167 | Zig:15   | Noticed Uleshrein the pandemonium lord
294168 | Zig:15   | Killed Uleshrein the pandemonium lord
294221 | Zig:15   | Identified the scarf "Paluaph" {repulsion, Rampage Str+3
                  | Int+2}
294416 | Zig:16   | Entered Level 16 of a ziggurat
294486 | Zig:16   | Identified the +4 long sword of Floods {speed, rPois Int-2
                  | Stlth+}
294818 | Zig:17   | Entered Level 17 of a ziggurat
294818 | Zig:17   | Noticed a juggernaut
294818 | Zig:17   | Noticed a juggernaut
294818 | Zig:17   | Noticed a juggernaut
294818 | Zig:17   | Noticed a juggernaut
294818 | Zig:17   | Noticed a juggernaut
294819 | Zig:17   | Killed a juggernaut
294819 | Zig:17   | Killed a juggernaut
294820 | Zig:17   | Noticed a juggernaut
294821 | Zig:17   | Noticed a juggernaut
294821 | Zig:17   | Noticed a juggernaut
294821 | Zig:17   | Noticed a juggernaut
294822 | Zig:17   | Noticed a juggernaut
294822 | Zig:17   | Noticed a juggernaut
294823 | Zig:17   | Killed a juggernaut
294823 | Zig:17   | Killed a juggernaut
294824 | Zig:17   | Noticed a juggernaut
294825 | Zig:17   | Noticed a juggernaut
294825 | Zig:17   | Noticed a juggernaut
294825 | Zig:17   | Noticed a juggernaut
294826 | Zig:17   | Noticed a juggernaut
294826 | Zig:17   | Killed a juggernaut
294826 | Zig:17   | Killed a juggernaut
294826 | Zig:17   | Killed a juggernaut
294826 | Zig:17   | Killed a juggernaut
294826 | Zig:17   | Killed a juggernaut
294826 | Zig:17   | Killed a juggernaut
294826 | Zig:17   | Killed a juggernaut
294827 | Zig:17   | Noticed a juggernaut
294827 | Zig:17   | Killed a juggernaut
294828 | Zig:17   | Noticed a juggernaut
294828 | Zig:17   | Noticed a juggernaut
294828 | Zig:17   | Noticed a juggernaut
294829 | Zig:17   | Noticed a juggernaut
294829 | Zig:17   | Noticed a juggernaut
294829 | Zig:17   | Noticed a juggernaut
294829 | Zig:17   | Killed a juggernaut
294831 | Zig:17   | Noticed a juggernaut
294832 | Zig:17   | Noticed a juggernaut
294832 | Zig:17   | Noticed a juggernaut
294832 | Zig:17   | Noticed a juggernaut
294832 | Zig:17   | Killed a juggernaut
294833 | Zig:17   | Killed a juggernaut
294833 | Zig:17   | Killed a juggernaut
294833 | Zig:17   | Killed a juggernaut
294833 | Zig:17   | Killed a juggernaut
294833 | Zig:17   | Killed a juggernaut
294834 | Zig:17   | Killed a juggernaut
294834 | Zig:17   | Killed a juggernaut
294835 | Zig:17   | Noticed a juggernaut
294835 | Zig:17   | Noticed a juggernaut
294835 | Zig:17   | Killed a juggernaut
294835 | Zig:17   | Killed a juggernaut
294836 | Zig:17   | Noticed a juggernaut
294836 | Zig:17   | Noticed a juggernaut
294837 | Zig:17   | Noticed a juggernaut
294837 | Zig:17   | Killed a juggernaut
294838 | Zig:17   | Noticed a juggernaut
294838 | Zig:17   | Killed a juggernaut
294839 | Zig:17   | Killed a juggernaut
294839 | Zig:17   | Killed a juggernaut
294839 | Zig:17   | Killed a juggernaut
294839 | Zig:17   | Killed a juggernaut
294839 | Zig:17   | Killed a juggernaut
294841 | Zig:17   | Noticed a juggernaut
294841 | Zig:17   | Noticed a juggernaut
294841 | Zig:17   | Killed a juggernaut
294842 | Zig:17   | Killed a juggernaut
294842 | Zig:17   | Killed a juggernaut
294844 | Zig:17   | Killed a juggernaut
294878 | Zig:17   | Identified the +6 triple sword of Arcadian Tenacity {flame,
                  | rPois rC+}
294941 | Zig:17   | Killed a juggernaut
295182 | Zig:18   | Entered Level 18 of a ziggurat
295223 | Zig:18   | Identified the staff "Dimmogi" {rPois Str+3 Earth}
295230 | Zig:18   | Identified the +2 pair of gloves "Yheawiczee" {rN+ Will-
                  | Dex+2}
295234 | Zig:18   | Identified the +5 broad axe of Niurinwi {venom, *Corrode
                  | Str+4}
295236 | Zig:18   | Identified the +3 triple sword of Bepruupt {freeze, rPois
                  | rC+}
295239 | Zig:19   | Entered Level 19 of a ziggurat
295570 | Zig:20   | Entered Level 20 of a ziggurat
295575 | Zig:20   | Noticed a royal mummy
295615 | Zig:21   | Entered Level 21 of a ziggurat
295615 | Zig:21   | Noticed a dread lich
295615 | Zig:21   | Noticed an ancient lich
295615 | Zig:21   | Noticed a dread lich
295615 | Zig:21   | Noticed an ancient lich
295615 | Zig:21   | Noticed an ancient lich
295616 | Zig:21   | Noticed a dread lich
295616 | Zig:21   | Noticed an ancient lich
295616 | Zig:21   | Noticed a dread lich
295616 | Zig:21   | Noticed an ancient lich
295616 | Zig:21   | Noticed a dread lich
295616 | Zig:21   | Noticed an ancient lich
295617 | Zig:21   | Noticed a dread lich
295617 | Zig:21   | Noticed an ancient lich
295617 | Zig:21   | Noticed an ancient lich
295617 | Zig:21   | Noticed an ancient lich
295618 | Zig:21   | Noticed an ancient lich
295618 | Zig:21   | Noticed a dread lich
295618 | Zig:21   | Noticed an ancient lich
295618 | Zig:21   | Noticed a dread lich
295619 | Zig:21   | Killed an ancient lich
295619 | Zig:21   | Killed a dread lich
295619 | Zig:21   | Killed a dread lich
295619 | Zig:21   | Killed an ancient lich
295622 | Zig:21   | Noticed an ancient lich
295622 | Zig:21   | Noticed an ancient lich
295622 | Zig:21   | Noticed a dread lich
295622 | Zig:21   | Noticed an ancient lich
295622 | Zig:21   | Noticed a dread lich
295623 | Zig:21   | Killed an ancient lich
295623 | Zig:21   | Killed an ancient lich
295623 | Zig:21   | Killed a dread lich
295624 | Zig:21   | Noticed an ancient lich
295624 | Zig:21   | Noticed an ancient lich
295624 | Zig:21   | Noticed an ancient lich
295624 | Zig:21   | Killed an ancient lich
295625 | Zig:21   | Noticed an ancient lich
295625 | Zig:21   | Noticed a dread lich
295625 | Zig:21   | Noticed an ancient lich
295625 | Zig:21   | Noticed a dread lich
295625 | Zig:21   | Noticed an ancient lich
295625 | Zig:21   | Noticed an ancient lich
295625 | Zig:21   | Noticed a dread lich
295625 | Zig:21   | Noticed an ancient lich
295625 | Zig:21   | Noticed an ancient lich
295625 | Zig:21   | Noticed an ancient lich
295625 | Zig:21   | Killed a dread lich
295625 | Zig:21   | Killed an ancient lich
295625 | Zig:21   | Killed an ancient lich
295625 | Zig:21   | Killed an ancient lich
295625 | Zig:21   | Killed an ancient lich
295625 | Zig:21   | Noticed an ancient lich
295625 | Zig:21   | Killed a dread lich
295626 | Zig:21   | Noticed a dread lich
295626 | Zig:21   | Noticed an ancient lich
295626 | Zig:21   | Noticed a dread lich
295626 | Zig:21   | Killed a dread lich
295627 | Zig:21   | Killed an ancient lich
295628 | Zig:21   | Noticed a dread lich
295628 | Zig:21   | Noticed a dread lich
295628 | Zig:21   | Noticed a dread lich
295628 | Zig:21   | Noticed a dread lich
295628 | Zig:21   | Noticed an ancient lich
295628 | Zig:21   | Noticed a dread lich
295628 | Zig:21   | Noticed a dread lich
295629 | Zig:21   | Killed an ancient lich
295629 | Zig:21   | Killed an ancient lich
295629 | Zig:21   | Killed a dread lich
295629 | Zig:21   | Killed an ancient lich
295629 | Zig:21   | Killed a dread lich
295629 | Zig:21   | Killed an ancient lich
295629 | Zig:21   | Killed an ancient lich
295629 | Zig:21   | Killed an ancient lich
295629 | Zig:21   | Killed an ancient lich
295629 | Zig:21   | Killed an ancient lich
295629 | Zig:21   | Killed an ancient lich
295629 | Zig:21   | Killed an ancient lich
295629 | Zig:21   | Killed a dread lich
295629 | Zig:21   | Killed an ancient lich
295629 | Zig:21   | Killed a dread lich
295629 | Zig:21   | Killed a dread lich
295629 | Zig:21   | Noticed a dread lich
295630 | Zig:21   | Noticed an ancient lich
295630 | Zig:21   | Noticed an ancient lich
295630 | Zig:21   | Noticed a dread lich
295630 | Zig:21   | Noticed a dread lich
295630 | Zig:21   | Noticed an ancient lich
295630 | Zig:21   | Noticed an ancient lich
295630 | Zig:21   | Killed an ancient lich
295630 | Zig:21   | Killed an ancient lich
295631 | Zig:21   | Noticed a dread lich
295631 | Zig:21   | Noticed an ancient lich
295631 | Zig:21   | Noticed an ancient lich
295631 | Zig:21   | Noticed an ancient lich
295631 | Zig:21   | Killed a dread lich
295631 | Zig:21   | Killed an ancient lich
295631 | Zig:21   | Killed an ancient lich
295632 | Zig:21   | Killed a dread lich
295632 | Zig:21   | Killed an ancient lich
295632 | Zig:21   | Killed a dread lich
295632 | Zig:21   | Killed an ancient lich
295632 | Zig:21   | Killed a dread lich
295632 | Zig:21   | Killed an ancient lich
295632 | Zig:21   | Killed an ancient lich
295632 | Zig:21   | Killed a dread lich
295632 | Zig:21   | Killed an ancient lich
295632 | Zig:21   | Noticed an ancient lich
295632 | Zig:21   | Killed an ancient lich
295632 | Zig:21   | Killed an ancient lich
295632 | Zig:21   | Noticed an ancient lich
295632 | Zig:21   | Killed a dread lich
295632 | Zig:21   | Killed a dread lich
295632 | Zig:21   | Killed a dread lich
295633 | Zig:21   | Noticed an ancient lich
295633 | Zig:21   | Killed an ancient lich
295633 | Zig:21   | Noticed a dread lich
295633 | Zig:21   | Killed a dread lich
295634 | Zig:21   | Noticed an ancient lich
295634 | Zig:21   | Noticed an ancient lich
295634 | Zig:21   | Noticed a dread lich
295634 | Zig:21   | Noticed an ancient lich
295634 | Zig:21   | Noticed an ancient lich
295634 | Zig:21   | Noticed a dread lich
295634 | Zig:21   | Killed a dread lich
295635 | Zig:21   | Noticed an ancient lich
295635 | Zig:21   | Noticed an ancient lich
295635 | Zig:21   | Noticed an ancient lich
295635 | Zig:21   | Noticed an ancient lich
295636 | Zig:21   | Noticed a dread lich
295636 | Zig:21   | Noticed an ancient lich
295636 | Zig:21   | Killed a dread lich
295636 | Zig:21   | Killed an ancient lich
295636 | Zig:21   | Killed a dread lich
295636 | Zig:21   | Killed an ancient lich
295636 | Zig:21   | Killed an ancient lich
295636 | Zig:21   | Killed a dread lich
295636 | Zig:21   | Killed a dread lich
295636 | Zig:21   | Noticed an ancient lich
295636 | Zig:21   | Noticed an ancient lich
295637 | Zig:21   | Noticed an ancient lich
295637 | Zig:21   | Noticed a dread lich
295637 | Zig:21   | Noticed a dread lich
295637 | Zig:21   | Noticed a dread lich
295637 | Zig:21   | Noticed an ancient lich
295637 | Zig:21   | Killed an ancient lich
295637 | Zig:21   | Noticed a dread lich
295637 | Zig:21   | Noticed a dread lich
295637 | Zig:21   | Killed an ancient lich
295638 | Zig:21   | Noticed an ancient lich
295638 | Zig:21   | Noticed a dread lich
295638 | Zig:21   | Noticed an ancient lich
295638 | Zig:21   | Noticed a dread lich
295638 | Zig:21   | Noticed an ancient lich
295638 | Zig:21   | Noticed a dread lich
295638 | Zig:21   | Noticed an ancient lich
295638 | Zig:21   | Killed a dread lich
295639 | Zig:21   | Noticed an ancient lich
295639 | Zig:21   | Noticed a dread lich
295639 | Zig:21   | Noticed a dread lich
295639 | Zig:21   | Noticed a dread lich
295640 | Zig:21   | Killed an ancient lich
295640 | Zig:21   | Killed an ancient lich
295640 | Zig:21   | Killed an ancient lich
295640 | Zig:21   | Killed an ancient lich
295640 | Zig:21   | Killed a dread lich
295640 | Zig:21   | Killed an ancient lich
295640 | Zig:21   | Killed an ancient lich
295640 | Zig:21   | Killed a dread lich
295640 | Zig:21   | Killed an ancient lich
295640 | Zig:21   | Killed a dread lich
295640 | Zig:21   | Killed an ancient lich
295640 | Zig:21   | Killed an ancient lich
295640 | Zig:21   | Killed an ancient lich
295641 | Zig:21   | Noticed a dread lich
295641 | Zig:21   | Noticed a dread lich
295641 | Zig:21   | Noticed a dread lich
295641 | Zig:21   | Noticed a dread lich
295641 | Zig:21   | Noticed an ancient lich
295641 | Zig:21   | Noticed an ancient lich
295641 | Zig:21   | Killed an ancient lich
295641 | Zig:21   | Killed a dread lich
295641 | Zig:21   | Killed a dread lich
295641 | Zig:21   | Killed an ancient lich
295641 | Zig:21   | Killed a dread lich
295642 | Zig:21   | Noticed a dread lich
295642 | Zig:21   | Killed an ancient lich
295642 | Zig:21   | Killed an ancient lich
295642 | Zig:21   | Killed a dread lich
295642 | Zig:21   | Killed a dread lich
295642 | Zig:21   | Killed a dread lich
295642 | Zig:21   | Killed a dread lich
295642 | Zig:21   | Killed an ancient lich
295642 | Zig:21   | Killed a dread lich
295642 | Zig:21   | Killed an ancient lich
295642 | Zig:21   | Killed a dread lich
295642 | Zig:21   | Killed an ancient lich
295643 | Zig:21   | Noticed a dread lich
295643 | Zig:21   | Noticed an ancient lich
295643 | Zig:21   | Noticed an ancient lich
295643 | Zig:21   | Noticed a dread lich
295643 | Zig:21   | Noticed an ancient lich
295643 | Zig:21   | Killed an ancient lich
295643 | Zig:21   | Killed a dread lich
295643 | Zig:21   | Killed an ancient lich
295644 | Zig:21   | Noticed a dread lich
295644 | Zig:21   | Killed a dread lich
295645 | Zig:21   | Noticed a dread lich
295646 | Zig:21   | Noticed a dread lich
295646 | Zig:21   | Noticed an ancient lich
295646 | Zig:21   | Killed a dread lich
295647 | Zig:21   | Killed a dread lich
295647 | Zig:21   | Killed a dread lich
295647 | Zig:21   | Killed an ancient lich
295647 | Zig:21   | Killed a dread lich
295648 | Zig:21   | Killed an ancient lich
295648 | Zig:21   | Killed a dread lich
295649 | Zig:21   | Killed an ancient lich
295649 | Zig:21   | Killed a dread lich
295649 | Zig:21   | Killed a dread lich
295650 | Zig:21   | Killed a dread lich
295650 | Zig:21   | Killed an ancient lich
295650 | Zig:21   | Killed an ancient lich
295651 | Zig:21   | Killed a dread lich
295651 | Zig:21   | Killed a dread lich
295658 | Zig:21   | Identified the ring of Rett {+Blink rC+ Int+4 Dex-4}
295688 | Zig:21   | Identified the ring "Cinaon" {Ice ^Contam rElec Str+4}
295930 | Zig:21   | Identified the +2 dagger "Ikaufits" {drain, Will+ Str+3}
295933 | Zig:22   | Entered Level 22 of a ziggurat
295976 | Zig:22   | Identified the +7 mace of Qela {pain, rN++ Will- Int+2}
295984 | Zig:23   | Entered Level 23 of a ziggurat
296289 | Zig:24   | Entered Level 24 of a ziggurat
296326 | Zig:24   | Paralysed by an air elemental for 1 turns
296604 | Zig:25   | Entered Level 25 of a ziggurat
296610 | Zig:25   | Noticed an ancient lich
296616 | Zig:25   | Killed an ancient lich
296617 | Zig:25   | Noticed an ancient lich
296622 | Zig:25   | Noticed a dread lich
296626 | Zig:25   | Killed an ancient lich
296628 | Zig:25   | Killed a dread lich
296629 | Zig:25   | Noticed an ancient lich
296635 | Zig:25   | Killed an ancient lich
296651 | Zig:25   | Identified the +2 ice dragon scales of the Gloaming {-Cast
                  | Rampage rElec rF- rC++ Str+2}
296877 | Zig:26   | Entered Level 26 of a ziggurat
296877 | Zig:26   | Noticed a juggernaut
296877 | Zig:26   | Noticed a juggernaut
296877 | Zig:26   | Noticed a juggernaut
296877 | Zig:26   | Noticed a juggernaut
296877 | Zig:26   | Noticed a juggernaut
296877 | Zig:26   | Noticed a juggernaut
296877 | Zig:26   | Noticed a juggernaut
296878 | Zig:26   | Killed a juggernaut
296878 | Zig:26   | Killed a juggernaut
296879 | Zig:26   | Noticed a juggernaut
296879 | Zig:26   | Noticed a juggernaut
296879 | Zig:26   | Noticed a juggernaut
296880 | Zig:26   | Noticed a juggernaut
296880 | Zig:26   | Noticed a juggernaut
296880 | Zig:26   | Noticed a juggernaut
296881 | Zig:26   | Noticed a juggernaut
296881 | Zig:26   | Noticed a juggernaut
296881 | Zig:26   | Noticed a juggernaut
296881 | Zig:26   | Killed a juggernaut
296882 | Zig:26   | Noticed a juggernaut
296882 | Zig:26   | Noticed a juggernaut
296882 | Zig:26   | Noticed a juggernaut
296882 | Zig:26   | Killed a juggernaut
296883 | Zig:26   | Noticed a juggernaut
296883 | Zig:26   | Killed a juggernaut
296883 | Zig:26   | Killed a juggernaut
296883 | Zig:26   | Killed a juggernaut
296883 | Zig:26   | Killed a juggernaut
296883 | Zig:26   | Killed a juggernaut
296883 | Zig:26   | Killed a juggernaut
296883 | Zig:26   | Killed a juggernaut
296883 | Zig:26   | Killed a juggernaut
296883 | Zig:26   | Killed a juggernaut
296884 | Zig:26   | Noticed a juggernaut
296884 | Zig:26   | Noticed a juggernaut
296884 | Zig:26   | Killed a juggernaut
296884 | Zig:26   | Killed a juggernaut
296885 | Zig:26   | Noticed a juggernaut
296885 | Zig:26   | Noticed a juggernaut
296885 | Zig:26   | Noticed a juggernaut
296886 | Zig:26   | Noticed a juggernaut
296886 | Zig:26   | Noticed a juggernaut
296886 | Zig:26   | Noticed a juggernaut
296886 | Zig:26   | Killed a juggernaut
296887 | Zig:26   | Killed a juggernaut
296887 | Zig:26   | Killed a juggernaut
296887 | Zig:26   | Killed a juggernaut
296887 | Zig:26   | Killed a juggernaut
296888 | Zig:26   | Noticed a juggernaut
296888 | Zig:26   | Noticed a juggernaut
296888 | Zig:26   | Noticed a juggernaut
296888 | Zig:26   | Noticed a juggernaut
296888 | Zig:26   | Noticed a juggernaut
296889 | Zig:26   | Noticed a juggernaut
296889 | Zig:26   | Noticed a juggernaut
296889 | Zig:26   | Noticed a juggernaut
296889 | Zig:26   | Killed a juggernaut
296890 | Zig:26   | Noticed a juggernaut
296890 | Zig:26   | Killed a juggernaut
296891 | Zig:26   | Killed a juggernaut
296891 | Zig:26   | Killed a juggernaut
296891 | Zig:26   | Killed a juggernaut
296891 | Zig:26   | Killed a juggernaut
296891 | Zig:26   | Killed a juggernaut
296891 | Zig:26   | Killed a juggernaut
296891 | Zig:26   | Killed a juggernaut
296891 | Zig:26   | Noticed a juggernaut
296892 | Zig:26   | Killed a juggernaut
296892 | Zig:26   | Killed a juggernaut
296892 | Zig:26   | Killed a juggernaut
296893 | Zig:26   | Noticed a juggernaut
296893 | Zig:26   | Noticed a juggernaut
296893 | Zig:26   | Noticed a juggernaut
296894 | Zig:26   | Noticed a juggernaut
296894 | Zig:26   | Noticed a juggernaut
296894 | Zig:26   | Noticed a juggernaut
296894 | Zig:26   | Killed a juggernaut
296896 | Zig:26   | Killed a juggernaut
296896 | Zig:26   | Killed a juggernaut
296896 | Zig:26   | Killed a juggernaut
296896 | Zig:26   | Killed a juggernaut
296896 | Zig:26   | Killed a juggernaut
296896 | Zig:26   | Killed a juggernaut
296896 | Zig:26   | Killed a juggernaut
296896 | Zig:26   | Killed a juggernaut
296896 | Zig:26   | Killed a juggernaut
296897 | Zig:26   | Noticed a juggernaut
296897 | Zig:26   | Noticed a juggernaut
296897 | Zig:26   | Killed a juggernaut
296898 | Zig:26   | Noticed a juggernaut
296898 | Zig:26   | Noticed a juggernaut
296898 | Zig:26   | Noticed a juggernaut
296899 | Zig:26   | Killed a juggernaut
296899 | Zig:26   | Killed a juggernaut
296899 | Zig:26   | Killed a juggernaut
296899 | Zig:26   | Killed a juggernaut
296900 | Zig:26   | Noticed a juggernaut
296900 | Zig:26   | Noticed a juggernaut
296900 | Zig:26   | Noticed a juggernaut
296900 | Zig:26   | Noticed a juggernaut
296900 | Zig:26   | Noticed a juggernaut
296900 | Zig:26   | Noticed a juggernaut
296901 | Zig:26   | Noticed a juggernaut
296901 | Zig:26   | Noticed a juggernaut
296901 | Zig:26   | Noticed a juggernaut
296902 | Zig:26   | Noticed a juggernaut
296902 | Zig:26   | Noticed a juggernaut
296902 | Zig:26   | Noticed a juggernaut
296903 | Zig:26   | Noticed a juggernaut
296903 | Zig:26   | Noticed a juggernaut
296904 | Zig:26   | Killed a juggernaut
296904 | Zig:26   | Killed a juggernaut
296904 | Zig:26   | Killed a juggernaut
296904 | Zig:26   | Killed a juggernaut
296904 | Zig:26   | Killed a juggernaut
296904 | Zig:26   | Killed a juggernaut
296904 | Zig:26   | Killed a juggernaut
296904 | Zig:26   | Killed a juggernaut
296904 | Zig:26   | Killed a juggernaut
296905 | Zig:26   | Killed a juggernaut
296906 | Zig:26   | Noticed a juggernaut
296906 | Zig:26   | Noticed a juggernaut
296906 | Zig:26   | Killed a juggernaut
296906 | Zig:26   | Killed a juggernaut
296906 | Zig:26   | Killed a juggernaut
296907 | Zig:26   | Killed a juggernaut
296907 | Zig:26   | Killed a juggernaut
296907 | Zig:26   | Killed a juggernaut
296907 | Zig:26   | Killed a juggernaut
296907 | Zig:26   | Killed a juggernaut
296907 | Zig:26   | Noticed a juggernaut
296908 | Zig:26   | Noticed a juggernaut
296908 | Zig:26   | Noticed a juggernaut
296908 | Zig:26   | Noticed a juggernaut
296908 | Zig:26   | Noticed a juggernaut
296908 | Zig:26   | Noticed a juggernaut
296909 | Zig:26   | Noticed a juggernaut
296909 | Zig:26   | Noticed a juggernaut
296909 | Zig:26   | Noticed a juggernaut
296909 | Zig:26   | Noticed a juggernaut
296909 | Zig:26   | Noticed a juggernaut
296910 | Zig:26   | Noticed a juggernaut
296910 | Zig:26   | Noticed a juggernaut
296910 | Zig:26   | Noticed a juggernaut
296911 | Zig:26   | Killed a juggernaut
296911 | Zig:26   | Killed a juggernaut
296911 | Zig:26   | Killed a juggernaut
296911 | Zig:26   | Killed a juggernaut
296911 | Zig:26   | Killed a juggernaut
296911 | Zig:26   | Killed a juggernaut
296911 | Zig:26   | Noticed a juggernaut
296911 | Zig:26   | Noticed a juggernaut
296912 | Zig:26   | Noticed a juggernaut
296913 | Zig:26   | Killed a juggernaut
296913 | Zig:26   | Killed a juggernaut
296913 | Zig:26   | Killed a juggernaut
296913 | Zig:26   | Killed a juggernaut
296914 | Zig:26   | Killed a juggernaut
296915 | Zig:26   | Killed a juggernaut
296915 | Zig:26   | Killed a juggernaut
296915 | Zig:26   | Killed a juggernaut
296915 | Zig:26   | Noticed a juggernaut
296915 | Zig:26   | Noticed a juggernaut
296915 | Zig:26   | Noticed a juggernaut
296916 | Zig:26   | Noticed a juggernaut
296916 | Zig:26   | Killed a juggernaut
296917 | Zig:26   | Noticed a juggernaut
296918 | Zig:26   | Killed a juggernaut
296919 | Zig:26   | Killed a juggernaut
296919 | Zig:26   | Killed a juggernaut
296920 | Zig:26   | Killed a juggernaut
296920 | Zig:26   | Killed a juggernaut
296920 | Zig:26   | Killed a juggernaut
296921 | Zig:26   | Noticed a juggernaut
296921 | Zig:26   | Noticed a juggernaut
296921 | Zig:26   | Noticed a juggernaut
296921 | Zig:26   | Noticed a juggernaut
296922 | Zig:26   | Noticed a juggernaut
296922 | Zig:26   | Killed a juggernaut
296923 | Zig:26   | Noticed a juggernaut
296923 | Zig:26   | Killed a juggernaut
296924 | Zig:26   | Killed a juggernaut
296924 | Zig:26   | Killed a juggernaut
296924 | Zig:26   | Killed a juggernaut
296924 | Zig:26   | Killed a juggernaut
296924 | Zig:26   | Killed a juggernaut
296926 | Zig:26   | Noticed a juggernaut
296927 | Zig:26   | Killed a juggernaut
296927 | Zig:26   | Killed a juggernaut
296932 | Zig:26   | Killed a juggernaut
296933 | Zig:26   | Killed a juggernaut
297084 | Zig:27   | Entered Level 27 of a ziggurat
297127 | Zig:27   | Identified the +4 plate armour "Nipt" {rElec Str+3 Stlth+}
297345 | Zig:27   | Identified the +7 spear "Iceamiaz" {freeze, rElec Will+}
297352 | Zig:27   | Identified the +4 sling "Atateitz" {heavy, Str+5}
297372 | Zig:27   | Identified the amulet of the Turtle {Faith ^Fragile Str+5}
297405 | Zig:27   | Identified the amulet of Deloxtom {RegenMP rN+ Stlth+}
297411 | Zig:27   | Identified the ring "Vophasa" {rElec rC+ Will+ Slay+4}
297434 | Zig:27   | Identified the amulet "Xouzod Cuel" {Reflect +Blink Str+3
                  | SH+5}
297443 | Zig:27   | Identified the +0 robe of Understanding {rPois rC+ Int+3
                  | Stlth+}
297445 | Zig:27   | Identified the +7 triple sword "Gram" {venom, rF+}
297471 | Zig:27   | Identified the ring "Qeninil" {Will+ Str+4 Int+2}
297495 | Zig:27   | Identified the +5 glaive of Turmoil {heavy, Int+3}
297505 | Zig:27   | Identified the +6 triple sword of Ipanwyun {freeze, Fly
                  | rN++}
297547 | Zig:27   | Identified the +3 chain mail of Words of Power {+Blink rF-
                  | rC+++ Stlth-}
298281 | Zig:27   | Identified the ring of Antoecinn {rElec rF++ EV+5}
298300 | Zig:1    | Entered Level 1 of a ziggurat
298403 | Zig:2    | Entered Level 2 of a ziggurat
298568 | Zig:3    | Entered Level 3 of a ziggurat
298759 | Zig:4    | Entered Level 4 of a ziggurat
298759 | Zig:4    | Noticed a dread lich
298759 | Zig:4    | Noticed an ancient lich
298759 | Zig:4    | Noticed an ancient lich
298759 | Zig:4    | Noticed a dread lich
298759 | Zig:4    | Noticed a dread lich
298759 | Zig:4    | Noticed an ancient lich
298759 | Zig:4    | Noticed an ancient lich
298759 | Zig:4    | Noticed an ancient lich
298759 | Zig:4    | Noticed an ancient lich
298759 | Zig:4    | Noticed a dread lich
298760 | Zig:4    | Killed an ancient lich
298763 | Zig:4    | Noticed a dread lich
298763 | Zig:4    | Noticed an ancient lich
298763 | Zig:4    | Noticed an ancient lich
298763 | Zig:4    | Noticed an ancient lich
298763 | Zig:4    | Killed an ancient lich
298764 | Zig:4    | Noticed an ancient lich
298764 | Zig:4    | Noticed a dread lich
298764 | Zig:4    | Noticed a dread lich
298764 | Zig:4    | Killed an ancient lich
298764 | Zig:4    | Killed a dread lich
298764 | Zig:4    | Killed a dread lich
298764 | Zig:4    | Killed an ancient lich
298765 | Zig:4    | Noticed a dread lich
298765 | Zig:4    | Killed an ancient lich
298765 | Zig:4    | Killed a dread lich
298768 | Zig:4    | Killed an ancient lich
298769 | Zig:4    | Killed an ancient lich
298774 | Zig:4    | Killed a dread lich
298774 | Zig:4    | Killed an ancient lich
298775 | Zig:4    | Killed a dread lich
298776 | Zig:4    | Killed a dread lich
298778 | Zig:4    | Killed a dread lich
298779 | Zig:4    | Killed a dread lich
298779 | Zig:4    | Killed an ancient lich
298781 | Zig:4    | Killed an ancient lich
299024 | Zig:4    | Identified the +8 rapier of Beogh's Castigation {venom,
                  | *Slow Str+8}
299072 | Zig:5    | Entered Level 5 of a ziggurat
299406 | Zig:6    | Entered Level 6 of a ziggurat
299778 | Zig:6    | Identified the +3 dagger of Fuanuczugya {elec, rPois Str+4
                  | Dex+3}
299814 | Zig:6    | Identified the +1 triple sword "Hikengiy" {elec, rPois
                  | rCorr}
299852 | Zig:7    | Entered Level 7 of a ziggurat
299959 | Zig:7    | Identified the staff of Demand {rPois rCorr Alchemy}
299962 | Zig:7    | Identified the +1 pearl dragon scales of Fouvill {rN+ Int+2
                  | Dex+5}
299963 | Zig:7    | Identified the +1 ring mail of Lexavar {rPois rF+ Int-3}
300027 | Zig:7    | Identified the +11 dagger "Niwa" {pain, SInv}
300188 | Zig:8    | Entered Level 8 of a ziggurat
300205 | Zig:8    | Killed a starcursed mass
300608 | Zig:8    | Identified the +7 falchion "Ziyw" {vamp, ^Contam rElec
                  | Will+}
300683 | Zig:8    | Identified the +6 scale mail of a Labyrinth {rF++ rC+}
300696 | Zig:8    | Identified the ring "Hojeecri" {rC+ Slay+5}
300718 | Zig:8    | Identified the ring "Ubuepn Izez" {rC+ Will+ Str+4 Int+2}
300753 | Zig:9    | Entered Level 9 of a ziggurat
300753 | Zig:9    | Noticed a dread lich
300753 | Zig:9    | Noticed an ancient lich
300753 | Zig:9    | Noticed an ancient lich
300753 | Zig:9    | Noticed a dread lich
300753 | Zig:9    | Noticed a dread lich
300753 | Zig:9    | Noticed a dread lich
300753 | Zig:9    | Noticed an ancient lich
300753 | Zig:9    | Noticed a dread lich
300753 | Zig:9    | Noticed a dread lich
300753 | Zig:9    | Noticed a dread lich
300753 | Zig:9    | Noticed an ancient lich
300753 | Zig:9    | Noticed an ancient lich
300753 | Zig:9    | Noticed a dread lich
300753 | Zig:9    | Noticed an ancient lich
300753 | Zig:9    | Noticed a dread lich
300753 | Zig:9    | Noticed a dread lich
300753 | Zig:9    | Noticed an ancient lich
300753 | Zig:9    | Noticed a dread lich
300753 | Zig:9    | Noticed an ancient lich
300753 | Zig:9    | Noticed a dread lich
300753 | Zig:9    | Noticed a dread lich
300753 | Zig:9    | Noticed an ancient lich
300753 | Zig:9    | Noticed an ancient lich
300753 | Zig:9    | Noticed a dread lich
300753 | Zig:9    | Noticed an ancient lich
300753 | Zig:9    | Noticed a dread lich
300753 | Zig:9    | Noticed a dread lich
300754 | Zig:9    | Killed a dread lich
300754 | Zig:9    | Killed an ancient lich
300755 | Zig:9    | Noticed an ancient lich
300756 | Zig:9    | Noticed a dread lich
300756 | Zig:9    | Noticed a dread lich
300756 | Zig:9    | Noticed a dread lich
300756 | Zig:9    | Noticed a dread lich
300756 | Zig:9    | Killed an ancient lich
300759 | Zig:9    | Noticed a dread lich
300759 | Zig:9    | Noticed a dread lich
300759 | Zig:9    | Noticed a dread lich
300759 | Zig:9    | Noticed a dread lich
300759 | Zig:9    | Noticed a dread lich
300759 | Zig:9    | Noticed a dread lich
300759 | Zig:9    | Killed an ancient lich
300760 | Zig:9    | Killed a dread lich
300760 | Zig:9    | Killed a dread lich
300760 | Zig:9    | Killed an ancient lich
300760 | Zig:9    | Noticed an ancient lich
300761 | Zig:9    | Killed a dread lich
300761 | Zig:9    | Killed an ancient lich
300762 | Zig:9    | Killed an ancient lich
300762 | Zig:9    | Killed a dread lich
300762 | Zig:9    | Killed a dread lich
300762 | Zig:9    | Killed an ancient lich
300763 | Zig:9    | Killed a dread lich
300763 | Zig:9    | Killed a dread lich
300763 | Zig:9    | Killed a dread lich
300763 | Zig:9    | Killed a dread lich
300763 | Zig:9    | Killed a dread lich
300763 | Zig:9    | Killed an ancient lich
300763 | Zig:9    | Killed a dread lich
300763 | Zig:9    | Killed an ancient lich
300763 | Zig:9    | Killed an ancient lich
300763 | Zig:9    | Killed a dread lich
300764 | Zig:9    | Noticed a dread lich
300764 | Zig:9    | Killed a dread lich
300764 | Zig:9    | Killed a dread lich
300765 | Zig:9    | Noticed a dread lich
300765 | Zig:9    | Noticed a dread lich
300765 | Zig:9    | Noticed a dread lich
300765 | Zig:9    | Killed an ancient lich
300765 | Zig:9    | Killed a dread lich
300766 | Zig:9    | Noticed a dread lich
300766 | Zig:9    | Noticed a dread lich
300766 | Zig:9    | Noticed an ancient lich
300766 | Zig:9    | Noticed a dread lich
300766 | Zig:9    | Killed a dread lich
300766 | Zig:9    | Noticed an ancient lich
300767 | Zig:9    | Noticed a dread lich
300767 | Zig:9    | Noticed an ancient lich
300767 | Zig:9    | Noticed a dread lich
300767 | Zig:9    | Noticed a dread lich
300767 | Zig:9    | Killed a dread lich
300767 | Zig:9    | Killed a dread lich
300767 | Zig:9    | Killed a dread lich
300767 | Zig:9    | Killed a dread lich
300767 | Zig:9    | Killed an ancient lich
300767 | Zig:9    | Killed an ancient lich
300768 | Zig:9    | Noticed an ancient lich
300768 | Zig:9    | Killed a dread lich
300768 | Zig:9    | Killed a dread lich
300768 | Zig:9    | Killed a dread lich
300768 | Zig:9    | Killed a dread lich
300769 | Zig:9    | Noticed a dread lich
300771 | Zig:9    | Killed a dread lich
300772 | Zig:9    | Killed a dread lich
300772 | Zig:9    | Killed a dread lich
300772 | Zig:9    | Killed a dread lich
300772 | Zig:9    | Killed an ancient lich
300774 | Zig:9    | Killed a dread lich
300777 | Zig:9    | Killed an ancient lich
300777 | Zig:9    | Killed an ancient lich
300779 | Zig:9    | Killed a dread lich
300779 | Zig:9    | Killed a dread lich
300779 | Zig:9    | Killed a dread lich
300779 | Zig:9    | Killed a dread lich
300781 | Zig:9    | Killed an ancient lich
300783 | Zig:9    | Killed a dread lich
300787 | Zig:9    | Killed a dread lich
300796 | Zig:9    | Killed a dread lich
301028 | Zig:9    | Identified the +9 long sword "Xuloixirch" {heavy, rN+}
301029 | Zig:9    | Identified the ring of the Skies Above {Fire Int+2}
301030 | Zig:9    | Identified the amulet "Isegha" {Faith +Inv Dex+3 Stlth+}
301039 | Zig:9    | Identified the +1 troll leather armour of the Wheelwright
                  | {rC+ Regen+ Int+2 Dex+3 SInv}
301049 | Zig:9    | Identified the +6 chain mail of Quvirho {Int+2}
301303 | Zig:10   | Entered Level 10 of a ziggurat
301303 | Zig:10   | Noticed an ancient lich
301304 | Zig:10   | Killed an ancient lich
301317 | Zig:10   | Noticed a dread lich
301320 | Zig:10   | Killed a dread lich
301322 | Zig:10   | Noticed an ancient lich
301324 | Zig:10   | Killed an ancient lich
301774 | Zig:10   | Identified the +8 plate armour of the Orcish Mines {*Slow
                  | Str+5 Int+3}
301783 | Zig:10   | Identified the +0 cloak of Uveeg {Rampage Will+ Dex+3
                  | Slay-4}
301796 | Zig:10   | Identified the +5 sling of Extinguishment {elec, Will+
                  | Dex+3}
301798 | Zig:10   | Identified the +3 chain mail of Incorporation {Stlth+}
301807 | Zig:10   | Identified the +1 shortbow of Guum {speed, rC+ Will+ Str+2}
301811 | Zig:10   | Identified the +10 rapier of Defiance {elec, rF++ Will+
                  | Int-4 Stlth+}
301862 | Zig:11   | Entered Level 11 of a ziggurat
301882 | Zig:11   | Identified the ring "Weofean" {Str+3 SInv}
301921 | Zig:11   | Identified the staff of the Nexus {rPois Will- Str+6 Air
                  | Alchemy}
301930 | Zig:12   | Entered Level 12 of a ziggurat
301986 | Zig:12   | Identified the +6 scimitar of Modesty {flame, MP+9}
301987 | Zig:12   | Identified the +4 arbalest of Hell's Wrath {drain, rElec
                  | Will- Dex+4}
302099 | Zig:13   | Entered Level 13 of a ziggurat
302368 | Zig:13   | Identified the +3 flail of Blood-Lust {spect, MP+9}
302390 | Zig:13   | Identified the +1 pair of boots of Qyofoca {Str+6}
302424 | Zig:13   | Identified the staff of Fury {rF+ rCorr Dex+2 Fire}
302488 | Zig:13   | Identified the +4 dagger of the Beginning {heavy, rC++
                  | Str+3 Dex+2 Stlth-}
302964 | Zig:14   | Entered Level 14 of a ziggurat
302983 | Zig:14   | Paralysed by a wendigo for 1 turns
303494 | Zig:14   | Identified the +7 falchion of the Endless March {freeze,
                  | ^Fragile rPois rF++ rCorr Dex-5}
303512 | Zig:14   | Identified the +5 mace of Tiah {flame, rC- rN+ Str+7 Int+3}
303563 | Zig:14   | Identified the amulet of Liladawk {Acrobat rF+}
303644 | Zig:15   | Entered Level 15 of a ziggurat
303805 | Zig:15   | Identified the +2 triple sword "Puczoav" {speed, *Rage
                  | Dex+3}
303845 | Zig:15   | Identified the +8 glaive of Awkwardness {venom, MP+9 Int+2}
303873 | Zig:15   | Identified the +9 broad axe of Welfare {heavy, +Blink rPois
                  | rCorr Str+8 Dex-4}
303877 | Zig:15   | Identified the amulet "Tefuriur" {+Blink rC+ Regen+ Int-4}
303894 | Zig:15   | Identified the +5 triple sword of Olephan {freeze, rElec
                  | Str-4 Int+3 SInv}
303908 | Zig:15   | Identified the +12 shortbow "Jigas" {freeze, rC++}
304523 | Zig:16   | Entered Level 16 of a ziggurat
304523 | Zig:16   | Noticed an ancient lich
304530 | Zig:16   | Paralysed by accursed screaming for 2 turns
304563 | Zig:16   | Killed an ancient lich
304665 | Zig:16   | Paralysed by you for 1 turns
304678 | Zig:16   | Paralysed by accursed screaming for 1 turns
304730 | Zig:16   | Killed a starcursed mass
304730 | Zig:16   | Killed a starcursed mass
305302 | Zig:17   | Entered Level 17 of a ziggurat
305335 | Zig:17   | Identified the +7 lajatang of Intuition {vamp, Int+3 Dex+5}
305341 | Zig:17   | Identified the +0 triple sword "Ruitosch" {protect, rN+
                  | Int+3 Stlth-}
305346 | Zig:18   | Entered Level 18 of a ziggurat
305384 | Zig:19   | Entered Level 19 of a ziggurat
305431 | Zig:20   | Entered Level 20 of a ziggurat
306281 | Zig:20   | Identified the ring of Fatec {rCorr MP+9 Int+3 Dex-4 SInv}
306295 | Zig:20   | Identified the +9 plate armour of Vavvergh {Stlth+}
306334 | Zig:20   | Identified the +0 pair of boots of Hepliaklqana's Anger
                  | {rPois rC+ Int-3 Dex+7}
306342 | Zig:20   | Identified the +7 orcbow "Veczupso" {heavy, SInv}
306349 | Zig:20   | Identified the +1 pair of gloves of Guly {rF+}
306351 | Zig:20   | Identified the +4 triple sword "Kasker" {freeze, ^Drain rC-
                  | rCorr Int+2 Dex+4}
306360 | Zig:20   | Identified the staff "Luplas" {rC+ rN+ Dex+3 Necro}
306382 | Zig:20   | Identified the +10 hand axe of the Mouth {speed, MP+9
                  | Stlth+}
306394 | Zig:21   | Entered Level 21 of a ziggurat
306471 | Zig:21   | Identified the amulet "Fexzay" {Regen+ Dex+3}
306479 | Zig:22   | Entered Level 22 of a ziggurat
306498 | Zig:22   | Noticed a dread lich
306502 | Zig:22   | Killed a dread lich
306520 | Zig:22   | Noticed an ancient lich
306523 | Zig:22   | Noticed an ancient lich
306525 | Zig:22   | Killed an ancient lich
306525 | Zig:22   | Killed an ancient lich
306526 | Zig:22   | Noticed an ancient lich
306533 | Zig:22   | Noticed an ancient lich
306538 | Zig:22   | Killed an ancient lich
306538 | Zig:22   | Killed an ancient lich
307334 | Zig:22   | Identified the +9 arbalest "Hulk" {speed, rC+++ MP+9 Int-5
                  | Stlth+}
307342 | Zig:22   | Identified the staff of Severance {rPois rN+ Alchemy}
307345 | Zig:22   | Identified the +6 shortbow "Widowermaker" {flame, rF+}
307355 | Zig:23   | Entered Level 23 of a ziggurat
307357 | Zig:23   | Paralysed by an air elemental for 1 turns
307812 | Zig:24   | Entered Level 24 of a ziggurat
307813 | Zig:24   | Noticed a dread lich
307816 | Zig:24   | Killed a dread lich
307829 | Zig:24   | Noticed an ancient lich
307834 | Zig:24   | Noticed an ancient lich
307839 | Zig:24   | Killed an ancient lich
307840 | Zig:24   | Killed an ancient lich
307843 | Zig:24   | Noticed a dread lich
307843 | Zig:24   | Noticed a dread lich
307844 | Zig:24   | Killed a dread lich
307845 | Zig:24   | Killed a dread lich
307860 | Zig:24   | Noticed a dread lich
307864 | Zig:24   | Killed a dread lich
307890 | Zig:24   | Identified the +4 triple sword of the Butterfly {vamp, rN+}
307894 | Zig:25   | Entered Level 25 of a ziggurat
308003 | Zig:25   | Identified the staff of Xuev {+Blink rPois rF+ rC++ Fire
                  | Alchemy}
308212 | Zig:25   | Identified the +8 morningstar "Paock" {speed, Str+2}
308242 | Zig:25   | Identified the +4 pair of gloves of Intuition {rElec rF++}
308250 | Zig:25   | Identified the staff of Tension {rPois Earth}
308286 | Zig:25   | Identified the +8 triple sword of the Screaming Gods
                  | {venom, rPois rC++ rCorr Int-4}
308294 | Zig:25   | Identified the +4 orcbow "Beabem" {heavy, Str+4 Int+3}
308320 | Zig:25   | Identified the staff "Miqoddat" {Stlth+ Earth}
308358 | Zig:25   | Identified the +1 orcbow "Xioss" {antimagic, ^Contam Str+8
                  | Int+3 Stlth-}
309344 | Zig:26   | Entered Level 26 of a ziggurat
309421 | Zig:26   | Identified the +1 ring mail of Qufuruas {Fly rCorr Int+2}
310374 | Zig:26   | Identified the +9 mace "Egg" {flame, Will+ Stlth+}
310384 | Zig:26   | Identified the +6 trident of the First Bones {flame, rF+
                  | Int-3 Dex+5}
310387 | Zig:26   | Identified the +1 war axe "Cuppaw" {freeze, rF- rCorr Str+3
                  | Dex+5}
310407 | Zig:26   | Identified the +6 arbalest "Ycasiega" {antimagic, rN+}
310467 | Zig:26   | Identified the +1 hand axe of Death {flame, +Blink rN+
                  | Will+}
310473 | Zig:26   | Identified the +2 battleaxe of the Head {spect, *Slow rC+
                  | Int+2}
310493 | Zig:26   | Identified the +1 pair of gloves of Liberalism {Str+2}
310507 | Zig:26   | Identified the amulet of Arphuul {RegenMP Will+ Str+2}
310519 | Zig:26   | Identified the +10 flail "Kintuoha" {elec, rPois}
310530 | Zig:26   | Identified the ring of Relyrchi {Fire *Corrode Will+ Int+5
                  | SInv}
310542 | Zig:26   | Identified the +2 hand axe of the Breathing Blowfly
                  | {protect, *Noise Int+6 Dex+3 Stlth+}
310704 | Zig:27   | Entered Level 27 of a ziggurat
310711 | Zig:27   | Noticed an ancient lich
310711 | Zig:27   | Noticed an ancient lich
310711 | Zig:27   | Noticed a dread lich
310711 | Zig:27   | Noticed a dread lich
310712 | Zig:27   | Noticed a dread lich
310713 | Zig:27   | Noticed a dread lich
310713 | Zig:27   | Noticed a dread lich
310715 | Zig:27   | Noticed a dread lich
310716 | Zig:27   | Noticed a dread lich
310716 | Zig:27   | Noticed a dread lich
310717 | Zig:27   | Noticed an ancient lich
310717 | Zig:27   | Noticed an ancient lich
310717 | Zig:27   | Noticed a dread lich
310718 | Zig:27   | Noticed a dread lich
310718 | Zig:27   | Noticed a dread lich
310718 | Zig:27   | Noticed a dread lich
310718 | Zig:27   | Noticed a dread lich
310718 | Zig:27   | Noticed a dread lich
310719 | Zig:27   | Noticed an ancient lich
310719 | Zig:27   | Noticed a dread lich
310719 | Zig:27   | Noticed an ancient lich
310719 | Zig:27   | Noticed a dread lich
310720 | Zig:27   | Noticed an ancient lich
310721 | Zig:27   | Killed a dread lich
310721 | Zig:27   | Killed a dread lich
310721 | Zig:27   | Killed a dread lich
310721 | Zig:27   | Killed a dread lich
310721 | Zig:27   | Killed a dread lich
310721 | Zig:27   | Noticed an ancient lich
310722 | Zig:27   | Noticed an ancient lich
310722 | Zig:27   | Noticed an ancient lich
310722 | Zig:27   | Noticed an ancient lich
310722 | Zig:27   | Noticed a dread lich
310722 | Zig:27   | Noticed an ancient lich
310722 | Zig:27   | Noticed a dread lich
310722 | Zig:27   | Noticed a dread lich
310723 | Zig:27   | Noticed an ancient lich
310723 | Zig:27   | Noticed an ancient lich
310723 | Zig:27   | Noticed a dread lich
310723 | Zig:27   | Killed a dread lich
310723 | Zig:27   | Killed a dread lich
310723 | Zig:27   | Killed a dread lich
310723 | Zig:27   | Killed a dread lich
310723 | Zig:27   | Noticed an ancient lich
310724 | Zig:27   | Noticed an ancient lich
310724 | Zig:27   | Noticed an ancient lich
310724 | Zig:27   | Noticed a dread lich
310724 | Zig:27   | Noticed an ancient lich
310724 | Zig:27   | Noticed an ancient lich
310724 | Zig:27   | Killed a dread lich
310724 | Zig:27   | Killed a dread lich
310724 | Zig:27   | Killed an ancient lich
310724 | Zig:27   | Killed an ancient lich
310724 | Zig:27   | Noticed a dread lich
310724 | Zig:27   | Noticed a dread lich
310725 | Zig:27   | Noticed an ancient lich
310725 | Zig:27   | Noticed a dread lich
310725 | Zig:27   | Noticed an ancient lich
310725 | Zig:27   | Noticed an ancient lich
310725 | Zig:27   | Noticed an ancient lich
310725 | Zig:27   | Killed a dread lich
310725 | Zig:27   | Killed an ancient lich
310725 | Zig:27   | Noticed a dread lich
310726 | Zig:27   | Noticed a dread lich
310726 | Zig:27   | Noticed a dread lich
310726 | Zig:27   | Noticed a dread lich
310726 | Zig:27   | Noticed an ancient lich
310726 | Zig:27   | Killed a dread lich
310726 | Zig:27   | Killed an ancient lich
310726 | Zig:27   | Killed a dread lich
310726 | Zig:27   | Noticed a dread lich
310727 | Zig:27   | Noticed an ancient lich
310727 | Zig:27   | Noticed an ancient lich
310727 | Zig:27   | Noticed an ancient lich
310727 | Zig:27   | Noticed a dread lich
310727 | Zig:27   | Noticed a dread lich
310727 | Zig:27   | Killed a dread lich
310727 | Zig:27   | Killed an ancient lich
310727 | Zig:27   | Killed a dread lich
310727 | Zig:27   | Killed a dread lich
310727 | Zig:27   | Killed a dread lich
310727 | Zig:27   | Killed an ancient lich
310727 | Zig:27   | Killed an ancient lich
310727 | Zig:27   | Killed a dread lich
310727 | Zig:27   | Killed an ancient lich
310727 | Zig:27   | Killed an ancient lich
310727 | Zig:27   | Killed an ancient lich
310727 | Zig:27   | Killed an ancient lich
310727 | Zig:27   | Killed an ancient lich
310727 | Zig:27   | Killed a dread lich
310727 | Zig:27   | Killed an ancient lich
310727 | Zig:27   | Killed a dread lich
310728 | Zig:27   | Noticed an ancient lich
310728 | Zig:27   | Noticed a dread lich
310728 | Zig:27   | Noticed a dread lich
310728 | Zig:27   | Noticed an ancient lich
310728 | Zig:27   | Killed an ancient lich
310728 | Zig:27   | Killed an ancient lich
310728 | Zig:27   | Killed an ancient lich
310728 | Zig:27   | Killed an ancient lich
310728 | Zig:27   | Killed a dread lich
310729 | Zig:27   | Noticed a dread lich
310729 | Zig:27   | Noticed an ancient lich
310729 | Zig:27   | Noticed an ancient lich
310729 | Zig:27   | Noticed a dread lich
310729 | Zig:27   | Killed a dread lich
310729 | Zig:27   | Noticed an ancient lich
310729 | Zig:27   | Noticed an ancient lich
310730 | Zig:27   | Noticed an ancient lich
310730 | Zig:27   | Noticed an ancient lich
310730 | Zig:27   | Noticed a dread lich
310730 | Zig:27   | Noticed a dread lich
310730 | Zig:27   | Noticed an ancient lich
310730 | Zig:27   | Noticed a dread lich
310730 | Zig:27   | Killed a dread lich
310730 | Zig:27   | Noticed a dread lich
310730 | Zig:27   | Killed an ancient lich
310731 | Zig:27   | Noticed a dread lich
310731 | Zig:27   | Killed a dread lich
310731 | Zig:27   | Killed an ancient lich
310731 | Zig:27   | Killed an ancient lich
310731 | Zig:27   | Killed an ancient lich
310731 | Zig:27   | Killed a dread lich
310731 | Zig:27   | Killed a dread lich
310731 | Zig:27   | Killed an ancient lich
310731 | Zig:27   | Killed an ancient lich
310731 | Zig:27   | Killed a dread lich
310731 | Zig:27   | Killed an ancient lich
310732 | Zig:27   | Noticed an ancient lich
310733 | Zig:27   | Noticed a dread lich
310733 | Zig:27   | Noticed an ancient lich
310733 | Zig:27   | Noticed an ancient lich
310733 | Zig:27   | Noticed a dread lich
310733 | Zig:27   | Killed a dread lich
310733 | Zig:27   | Killed an ancient lich
310733 | Zig:27   | Killed a dread lich
310734 | Zig:27   | Noticed an ancient lich
310734 | Zig:27   | Noticed an ancient lich
310734 | Zig:27   | Noticed a dread lich
310734 | Zig:27   | Noticed an ancient lich
310734 | Zig:27   | Noticed a dread lich
310734 | Zig:27   | Noticed an ancient lich
310734 | Zig:27   | Noticed an ancient lich
310734 | Zig:27   | Noticed an ancient lich
310734 | Zig:27   | Killed an ancient lich
310734 | Zig:27   | Noticed an ancient lich
310734 | Zig:27   | Killed an ancient lich
310734 | Zig:27   | Noticed a dread lich
310735 | Zig:27   | Noticed an ancient lich
310735 | Zig:27   | Noticed an ancient lich
310735 | Zig:27   | Noticed a dread lich
310735 | Zig:27   | Noticed a dread lich
310735 | Zig:27   | Noticed a dread lich
310736 | Zig:27   | Noticed an ancient lich
310736 | Zig:27   | Noticed a dread lich
310736 | Zig:27   | Noticed a dread lich
310736 | Zig:27   | Noticed a dread lich
310736 | Zig:27   | Noticed a dread lich
310736 | Zig:27   | Noticed an ancient lich
310736 | Zig:27   | Noticed an ancient lich
310736 | Zig:27   | Noticed a dread lich
310737 | Zig:27   | Killed a dread lich
310737 | Zig:27   | Killed a dread lich
310737 | Zig:27   | Killed a dread lich
310737 | Zig:27   | Killed a dread lich
310737 | Zig:27   | Killed a dread lich
310737 | Zig:27   | Killed an ancient lich
310737 | Zig:27   | Killed an ancient lich
310737 | Zig:27   | Killed a dread lich
310737 | Zig:27   | Killed an ancient lich
310737 | Zig:27   | Killed a dread lich
310737 | Zig:27   | Killed an ancient lich
310737 | Zig:27   | Killed an ancient lich
310737 | Zig:27   | Noticed a dread lich
310737 | Zig:27   | Killed an ancient lich
310737 | Zig:27   | Noticed an ancient lich
310738 | Zig:27   | Noticed an ancient lich
310738 | Zig:27   | Noticed a dread lich
310738 | Zig:27   | Killed a dread lich
310738 | Zig:27   | Killed an ancient lich
310738 | Zig:27   | Noticed an ancient lich
310738 | Zig:27   | Noticed an ancient lich
310738 | Zig:27   | Noticed a dread lich
310738 | Zig:27   | Killed an ancient lich
310738 | Zig:27   | Noticed an ancient lich
310739 | Zig:27   | Noticed an ancient lich
310739 | Zig:27   | Noticed an ancient lich
310739 | Zig:27   | Noticed a dread lich
310739 | Zig:27   | Noticed a dread lich
310739 | Zig:27   | Noticed a dread lich
310739 | Zig:27   | Noticed an ancient lich
310739 | Zig:27   | Killed an ancient lich
310739 | Zig:27   | Killed an ancient lich
310740 | Zig:27   | Noticed an ancient lich
310740 | Zig:27   | Noticed an ancient lich
310740 | Zig:27   | Noticed a dread lich
310740 | Zig:27   | Noticed an ancient lich
310740 | Zig:27   | Noticed a dread lich
310740 | Zig:27   | Killed a dread lich
310740 | Zig:27   | Noticed a dread lich
310740 | Zig:27   | Killed an ancient lich
310741 | Zig:27   | Noticed a dread lich
310741 | Zig:27   | Killed a dread lich
310741 | Zig:27   | Killed a dread lich
310741 | Zig:27   | Killed an ancient lich
310741 | Zig:27   | Killed an ancient lich
310741 | Zig:27   | Killed an ancient lich
310741 | Zig:27   | Killed an ancient lich
310741 | Zig:27   | Noticed a dread lich
310741 | Zig:27   | Killed a dread lich
310742 | Zig:27   | Noticed a dread lich
310742 | Zig:27   | Noticed a dread lich
310742 | Zig:27   | Noticed a dread lich
310742 | Zig:27   | Noticed a dread lich
310742 | Zig:27   | Noticed an ancient lich
310742 | Zig:27   | Killed a dread lich
310742 | Zig:27   | Killed a dread lich
310742 | Zig:27   | Killed an ancient lich
310742 | Zig:27   | Killed a dread lich
310742 | Zig:27   | Noticed an ancient lich
310742 | Zig:27   | Killed a dread lich
310743 | Zig:27   | Killed a dread lich
310743 | Zig:27   | Killed an ancient lich
310743 | Zig:27   | Noticed a dread lich
310744 | Zig:27   | Noticed a dread lich
310744 | Zig:27   | Noticed a dread lich
310744 | Zig:27   | Killed an ancient lich
310744 | Zig:27   | Killed a dread lich
310744 | Zig:27   | Killed an ancient lich
310744 | Zig:27   | Noticed a dread lich
310745 | Zig:27   | Killed an ancient lich
310745 | Zig:27   | Killed an ancient lich
310745 | Zig:27   | Killed a dread lich
310745 | Zig:27   | Killed an ancient lich
310745 | Zig:27   | Killed an ancient lich
310745 | Zig:27   | Killed a dread lich
310745 | Zig:27   | Killed an ancient lich
310745 | Zig:27   | Killed an ancient lich
310745 | Zig:27   | Killed an ancient lich
310745 | Zig:27   | Killed a dread lich
310745 | Zig:27   | Killed an ancient lich
310745 | Zig:27   | Killed a dread lich
310745 | Zig:27   | Killed a dread lich
310745 | Zig:27   | Killed a dread lich
310745 | Zig:27   | Killed a dread lich
310745 | Zig:27   | Killed an ancient lich
310745 | Zig:27   | Killed a dread lich
310745 | Zig:27   | Killed a dread lich
310745 | Zig:27   | Killed an ancient lich
310746 | Zig:27   | Killed an ancient lich
310746 | Zig:27   | Noticed an ancient lich
310746 | Zig:27   | Killed a dread lich
310747 | Zig:27   | Killed a dread lich
310748 | Zig:27   | Killed an ancient lich
310748 | Zig:27   | Killed a dread lich
310748 | Zig:27   | Killed a dread lich
310748 | Zig:27   | Killed an ancient lich
310748 | Zig:27   | Killed a dread lich
310749 | Zig:27   | Killed a dread lich
310749 | Zig:27   | Killed a dread lich
310749 | Zig:27   | Noticed an ancient lich
310750 | Zig:27   | Killed an ancient lich
310751 | Zig:27   | Noticed a dread lich
310751 | Zig:27   | Killed an ancient lich
310752 | Zig:27   | Killed a dread lich
310753 | Zig:27   | Killed a dread lich
310754 | Zig:27   | Noticed an ancient lich
310755 | Zig:27   | Killed a dread lich
310757 | Zig:27   | Killed a dread lich
310757 | Zig:27   | Killed an ancient lich
310864 | Zig:1    | Entered Level 1 of a ziggurat
310982 | Zig:2    | Entered Level 2 of a ziggurat
311141 | Zig:2    | Identified the +3 scale mail "Jaubb" {Int+3 Dex+5}
311187 | Zig:3    | Entered Level 3 of a ziggurat
311187 | Zig:3    | Noticed a royal mummy
311187 | Zig:3    | Noticed a royal mummy
311187 | Zig:3    | Noticed a royal mummy
311187 | Zig:3    | Noticed a royal mummy
311189 | Zig:3    | Killed a royal mummy
311189 | Zig:3    | Killed a royal mummy
311189 | Zig:3    | Killed a royal mummy
311191 | Zig:3    | Killed a royal mummy
311304 | Zig:3    | Identified the +4 glaive of an ice cave {protect, Str+3}
311352 | Zig:4    | Entered Level 4 of a ziggurat
311580 | Zig:4    | Identified the +7 short sword "Ronac" {freeze, rElec rF+}
311631 | Zig:5    | Entered Level 5 of a ziggurat
311822 | Zig:5    | Identified the +1 robe of the Nexus {*Slow rPois rC++}
311833 | Zig:5    | Identified the +0 swamp dragon scales of the Weaver {rPois
                  | Will++ Str+2}
312022 | Zig:6    | Entered Level 6 of a ziggurat
312022 | Zig:6    | Noticed a royal mummy
312022 | Zig:6    | Noticed a royal mummy
312022 | Zig:6    | Noticed a royal mummy
312022 | Zig:6    | Noticed a royal mummy
312022 | Zig:6    | Noticed a royal mummy
312022 | Zig:6    | Noticed a royal mummy
312022 | Zig:6    | Noticed a royal mummy
312022 | Zig:6    | Noticed a royal mummy
312022 | Zig:6    | Noticed a royal mummy
312022 | Zig:6    | Noticed a royal mummy
312022 | Zig:6    | Noticed a royal mummy
312022 | Zig:6    | Noticed a royal mummy
312022 | Zig:6    | Noticed a royal mummy
312022 | Zig:6    | Noticed a royal mummy
312022 | Zig:6    | Noticed a royal mummy
312023 | Zig:6    | Killed a royal mummy
312023 | Zig:6    | Killed a royal mummy
312023 | Zig:6    | Killed a royal mummy
312023 | Zig:6    | Killed a royal mummy
312023 | Zig:6    | Killed a royal mummy
312023 | Zig:6    | Killed a royal mummy
312023 | Zig:6    | Killed a royal mummy
312024 | Zig:6    | Killed a royal mummy
312024 | Zig:6    | Killed a royal mummy
312024 | Zig:6    | Killed a royal mummy
312025 | Zig:6    | Killed a royal mummy
312025 | Zig:6    | Killed a royal mummy
312025 | Zig:6    | Noticed a royal mummy
312026 | Zig:6    | Noticed a royal mummy
312026 | Zig:6    | Noticed a royal mummy
312026 | Zig:6    | Killed a royal mummy
312026 | Zig:6    | Killed a royal mummy
312028 | Zig:6    | Killed a royal mummy
312028 | Zig:6    | Killed a royal mummy
312028 | Zig:6    | Killed a royal mummy
312029 | Zig:6    | Killed a royal mummy
312304 | Zig:6    | Identified the +2 robe of the King of the Hill {Fly MP+9
                  | Int-3 Dex+4}
312314 | Zig:6    | Identified the +8 triple sword of Valour {freeze, Dex+5}
312320 | Zig:6    | Identified the staff "Rojadd" {rF+ rN+ SInv Stlth- Conj
                  | Necro}
312352 | Zig:7    | Entered Level 7 of a ziggurat
312471 | Zig:7    | Identified the +10 pearl dragon scales "Jomiarots" {*Slow
                  | rN+ Str+8 Int-3}
312732 | Zig:8    | Entered Level 8 of a ziggurat
313068 | Zig:8    | Identified the ring "Fefynt" {rF+ Will+ Str+6 Dex+4}
313080 | Zig:8    | Identified the +3 spear "Qymy Soa" {pain, rCorr Str+3}
313085 | Zig:8    | Identified the +7 battleaxe "Pucvuin" {elec, rPois rF+ rN+
                  | rCorr}
313097 | Zig:8    | Identified the +4 trident "Jellyslayer" {holy, ^Fragile
                  | rPois MP+9 Stlth+}
313138 | Zig:9    | Entered Level 9 of a ziggurat
313138 | Zig:9    | Noticed an ancient lich
313143 | Zig:9    | Killed an ancient lich
313145 | Zig:9    | Noticed a dread lich
313148 | Zig:9    | Killed a dread lich
313282 | Zig:9    | Identified the ring "Earthly Heaven" {rPois rN+ Str-2
                  | Slay+4}
313295 | Zig:9    | Identified the +1 glaive "Ikoaz" {freeze, rN+ Dex+2}
313632 | Zig:10   | Entered Level 10 of a ziggurat
313632 | Zig:10   | Noticed a royal mummy
313632 | Zig:10   | Noticed a royal mummy
313632 | Zig:10   | Noticed a royal mummy
313632 | Zig:10   | Noticed a royal mummy
313632 | Zig:10   | Noticed a royal mummy
313632 | Zig:10   | Noticed a royal mummy
313632 | Zig:10   | Noticed a royal mummy
313632 | Zig:10   | Noticed a royal mummy
313632 | Zig:10   | Noticed a royal mummy
313632 | Zig:10   | Noticed a royal mummy
313632 | Zig:10   | Noticed a royal mummy
313632 | Zig:10   | Noticed a royal mummy
313632 | Zig:10   | Noticed a royal mummy
313633 | Zig:10   | Killed a royal mummy
313633 | Zig:10   | Killed a royal mummy
313633 | Zig:10   | Killed a royal mummy
313633 | Zig:10   | Killed a royal mummy
313633 | Zig:10   | Killed a royal mummy
313633 | Zig:10   | Killed a royal mummy
313633 | Zig:10   | Killed a royal mummy
313633 | Zig:10   | Killed a royal mummy
313634 | Zig:10   | Noticed a royal mummy
313634 | Zig:10   | Noticed a royal mummy
313634 | Zig:10   | Noticed a royal mummy
313634 | Zig:10   | Killed a royal mummy
313634 | Zig:10   | Killed a royal mummy
313635 | Zig:10   | Noticed a royal mummy
313637 | Zig:10   | Noticed a royal mummy
313637 | Zig:10   | Noticed a royal mummy
313638 | Zig:10   | Noticed a royal mummy
313638 | Zig:10   | Noticed a royal mummy
313639 | Zig:10   | Killed a royal mummy
313639 | Zig:10   | Killed a royal mummy
313639 | Zig:10   | Killed a royal mummy
313639 | Zig:10   | Killed a royal mummy
313639 | Zig:10   | Killed a royal mummy
313640 | Zig:10   | Killed a royal mummy
313640 | Zig:10   | Noticed a royal mummy
313641 | Zig:10   | Noticed a royal mummy
313641 | Zig:10   | Killed a royal mummy
313641 | Zig:10   | Noticed a royal mummy
313642 | Zig:10   | Killed a royal mummy
313642 | Zig:10   | Killed a royal mummy
313644 | Zig:10   | Killed a royal mummy
313646 | Zig:10   | Killed a royal mummy
313647 | Zig:10   | Killed a royal mummy
313650 | Zig:10   | Killed a royal mummy
313651 | Zig:10   | Killed a royal mummy
314027 | Zig:10   | Identified the +4 glaive of the Intense God {drain, Int-5
                  | Dex+6 Stlth+}
314037 | Zig:10   | Identified the +0 plate armour of the Trombone {^Contam
                  | rN++}
314084 | Zig:10   | Identified the +10 plate armour of Resourcefulness {rC++}
314140 | Zig:11   | Entered Level 11 of a ziggurat
314360 | Zig:11   | Found the +4 robe of Augmentation {Str+4 Int+4 Dex+4}
314928 | Zig:12   | Entered Level 12 of a ziggurat
314928 | Zig:12   | Noticed a dread lich
314928 | Zig:12   | Noticed a dread lich
314928 | Zig:12   | Noticed a dread lich
314928 | Zig:12   | Noticed a dread lich
314928 | Zig:12   | Noticed an ancient lich
314928 | Zig:12   | Noticed an ancient lich
314928 | Zig:12   | Noticed an ancient lich
314928 | Zig:12   | Noticed a dread lich
314928 | Zig:12   | Noticed a dread lich
314928 | Zig:12   | Noticed an ancient lich
314928 | Zig:12   | Noticed an ancient lich
314928 | Zig:12   | Noticed a dread lich
314929 | Zig:12   | Killed an ancient lich
314929 | Zig:12   | Killed an ancient lich
314929 | Zig:12   | Killed an ancient lich
314930 | Zig:12   | Noticed an ancient lich
314930 | Zig:12   | Noticed a dread lich
314930 | Zig:12   | Noticed an ancient lich
314931 | Zig:12   | Noticed a dread lich
314931 | Zig:12   | Noticed a dread lich
314932 | Zig:12   | Noticed a dread lich
314932 | Zig:12   | Noticed an ancient lich
314933 | Zig:12   | Killed a dread lich
314933 | Zig:12   | Killed a dread lich
314933 | Zig:12   | Killed an ancient lich
314933 | Zig:12   | Killed an ancient lich
314933 | Zig:12   | Killed a dread lich
314933 | Zig:12   | Killed a dread lich
314933 | Zig:12   | Noticed an ancient lich
314933 | Zig:12   | Killed an ancient lich
314934 | Zig:12   | Noticed an ancient lich
314934 | Zig:12   | Noticed a dread lich
314934 | Zig:12   | Noticed an ancient lich
314934 | Zig:12   | Noticed an ancient lich
314934 | Zig:12   | Noticed a dread lich
314934 | Zig:12   | Noticed a dread lich
314934 | Zig:12   | Noticed a dread lich
314934 | Zig:12   | Noticed a dread lich
314934 | Zig:12   | Killed a dread lich
314934 | Zig:12   | Killed a dread lich
314935 | Zig:12   | Noticed an ancient lich
314935 | Zig:12   | Noticed an ancient lich
314935 | Zig:12   | Noticed a dread lich
314935 | Zig:12   | Noticed a dread lich
314935 | Zig:12   | Noticed an ancient lich
314935 | Zig:12   | Noticed a dread lich
314935 | Zig:12   | Noticed a dread lich
314936 | Zig:12   | Noticed an ancient lich
314936 | Zig:12   | Noticed an ancient lich
314936 | Zig:12   | Killed a dread lich
314936 | Zig:12   | Killed an ancient lich
314937 | Zig:12   | Killed a dread lich
314937 | Zig:12   | Killed a dread lich
314937 | Zig:12   | Killed a dread lich
314937 | Zig:12   | Killed an ancient lich
314937 | Zig:12   | Killed an ancient lich
314937 | Zig:12   | Killed a dread lich
314937 | Zig:12   | Killed a dread lich
314938 | Zig:12   | Noticed a dread lich
314938 | Zig:12   | Noticed an ancient lich
314938 | Zig:12   | Noticed an ancient lich
314939 | Zig:12   | Noticed an ancient lich
314939 | Zig:12   | Noticed an ancient lich
314939 | Zig:12   | Killed an ancient lich
314939 | Zig:12   | Noticed an ancient lich
314939 | Zig:12   | Killed a dread lich
314940 | Zig:12   | Noticed a dread lich
314940 | Zig:12   | Noticed an ancient lich
314941 | Zig:12   | Noticed an ancient lich
314941 | Zig:12   | Noticed a dread lich
314941 | Zig:12   | Noticed a dread lich
314941 | Zig:12   | Noticed a dread lich
314941 | Zig:12   | Killed a dread lich
314941 | Zig:12   | Killed an ancient lich
314942 | Zig:12   | Killed an ancient lich
314942 | Zig:12   | Killed a dread lich
314942 | Zig:12   | Killed an ancient lich
314942 | Zig:12   | Killed a dread lich
314942 | Zig:12   | Killed an ancient lich
314942 | Zig:12   | Killed a dread lich
314942 | Zig:12   | Killed an ancient lich
314942 | Zig:12   | Killed a dread lich
314942 | Zig:12   | Killed an ancient lich
314943 | Zig:12   | Noticed an ancient lich
314943 | Zig:12   | Killed an ancient lich
314943 | Zig:12   | Killed a dread lich
314944 | Zig:12   | Noticed a dread lich
314944 | Zig:12   | Noticed an ancient lich
314944 | Zig:12   | Noticed an ancient lich
314944 | Zig:12   | Noticed an ancient lich
314944 | Zig:12   | Killed a dread lich
314944 | Zig:12   | Killed an ancient lich
314944 | Zig:12   | Killed a dread lich
314944 | Zig:12   | Killed an ancient lich
314944 | Zig:12   | Noticed a dread lich
314944 | Zig:12   | Killed a dread lich
314945 | Zig:12   | Killed an ancient lich
314945 | Zig:12   | Killed an ancient lich
314945 | Zig:12   | Killed an ancient lich
314945 | Zig:12   | Killed a dread lich
314945 | Zig:12   | Killed an ancient lich
314946 | Zig:12   | Noticed an ancient lich
314947 | Zig:12   | Noticed a dread lich
314947 | Zig:12   | Noticed an ancient lich
314947 | Zig:12   | Killed an ancient lich
314947 | Zig:12   | Killed a dread lich
314948 | Zig:12   | Killed an ancient lich
314948 | Zig:12   | Killed an ancient lich
314948 | Zig:12   | Killed an ancient lich
314950 | Zig:12   | Noticed an ancient lich
314950 | Zig:12   | Noticed an ancient lich
314951 | Zig:12   | Noticed a dread lich
314951 | Zig:12   | Killed an ancient lich
314951 | Zig:12   | Killed an ancient lich
314951 | Zig:12   | Killed a dread lich
314953 | Zig:12   | Killed a dread lich
314954 | Zig:12   | Killed a dread lich
314954 | Zig:12   | Killed an ancient lich
314961 | Zig:12   | Killed an ancient lich
314961 | Zig:12   | Killed an ancient lich
314965 | Zig:12   | Killed a dread lich
314989 | Zig:12   | Killed a dread lich
315016 | Zig:12   | Identified the staff of the Dragonfly {rF- Int+6 Conj}
315361 | Zig:12   | Identified the +9 glaive of Mutilation {freeze, Str+5}
315363 | Zig:12   | Identified the +0 leather armour of the Disturbing Queens
                  | {rElec}
315365 | Zig:12   | Identified the amulet of Absolutism {Regen+ Int+3 Dex+2
                  | SInv}
315369 | Zig:12   | Identified the +6 war axe of Contradiction {flame, rF-
                  | Int+3 Stlth+}
315375 | Zig:12   | Identified the staff "Cemith" {rF+ Fire Alchemy}
315390 | Zig:12   | Identified the +0 storm dragon scales of the Sacrificial
                  | Victim {Harm rElec rC- Str+9 Int-5}
315396 | Zig:12   | Identified the +8 long sword of Makhleb's Inspiration
                  | {protect, rPois rF+}
315419 | Zig:12   | Identified the ring of Ebegrare {rC+ Str+6 Int-5 Dex+2
                  | SInv}
315443 | Zig:12   | Identified the staff of Uncertain Death {^Drain Will++
                  | Stlth+ Earth}
315445 | Zig:12   | Identified the +10 hand axe "Jeatel" {freeze, rF+ rCorr
                  | MP+9 Dex-4}
315533 | Zig:13   | Entered Level 13 of a ziggurat
315807 | Zig:13   | Identified the +3 robe of Morality {Slay+4}
315809 | Zig:13   | Identified the ring "Vuuto" {Fly rF+ Dex-3 Stlth+}
315815 | Zig:13   | Identified the +8 halberd "Beetleslayer" {holy, Stlth+}
315821 | Zig:13   | Identified the +6 quarterstaff of Cygiekho {vamp, rF+ rC+
                  | Int+3 Dex-5}
315847 | Zig:13   | Identified the +4 scale mail of Olemy {rCorr Str+4 Int-2
                  | Stlth+}
316405 | Zig:14   | Entered Level 14 of a ziggurat
316414 | Zig:14   | Paralysed by accursed screaming for 2 turns
316423 | Abyss:5  | Found a corrupted altar of Lugonu.
316423 | Abyss:5  | Found a corrupted altar of Lugonu.
316423 | Abyss:5  | Cast into level 5 of the Abyss (unwielding a weapon of
                  | distortion)
316452 | Abyss:5  | Got an abyssal rune of Zot
316476 | Abyss:5  | Found a corrupted altar of Lugonu.
316489 | Zig:14   | Escaped the Abyss
316517 | Zig:14   | Lost dexterity.
316659 | Zig:14   | Killed a starcursed mass
316783 | Zig:14   | Identified the staff of Fasofis {rPois Ice Alchemy}
317238 | Zig:14   | Identified the +1 shortbow of Discord {heavy, Str+4 Int+4
                  | Dex-2}
317249 | Zig:15   | Entered Level 15 of a ziggurat
317510 | Zig:15   | Identified the ring of the Firefly {Wiz +Blink rElec Str-2
                  | Int+4}
317526 | Zig:15   | Identified the +1 scimitar of Innocence {flame, Str+2}
317528 | Zig:15   | Identified the staff "Diyladig" {Str+2 Earth}
317530 | Zig:15   | Identified the +1 cloak "Voklix" {rF- rCorr Slay+3}
317616 | Zig:15   | Identified the staff of Demonkind {rElec rPois rF+ rCorr
                  | Str-4 Air}
317638 | Zig:15   | Identified the +8 triple sword of Cikh {freeze, *Rage
                  | Dex+5}
317647 | Zig:15   | Identified the +4 mace of Circular Logic {heavy, Dex+2}
317658 | Zig:15   | Identified the +9 hand axe of Plog {flame, Will+}
317761 | Zig:16   | Entered Level 16 of a ziggurat
317797 | Zig:17   | Entered Level 17 of a ziggurat
317797 | Zig:17   | Identified the +0 tower shield of Midwinter {Regen+ Slay+4}
317840 | Zig:17   | Identified the +0 robe of Dust Devil {rElec Str+5 Int-4}
317860 | Zig:18   | Entered Level 18 of a ziggurat
317860 | Zig:18   | Noticed a dread lich
317860 | Zig:18   | Noticed a dread lich
317860 | Zig:18   | Noticed a dread lich
317860 | Zig:18   | Noticed an ancient lich
317860 | Zig:18   | Noticed an ancient lich
317860 | Zig:18   | Noticed an ancient lich
317860 | Zig:18   | Noticed a dread lich
317860 | Zig:18   | Noticed an ancient lich
317860 | Zig:18   | Noticed an ancient lich
317860 | Zig:18   | Noticed a dread lich
317860 | Zig:18   | Noticed a dread lich
317860 | Zig:18   | Noticed an ancient lich
317860 | Zig:18   | Noticed a dread lich
317860 | Zig:18   | Noticed a dread lich
317860 | Zig:18   | Noticed an ancient lich
317860 | Zig:18   | Noticed a dread lich
317860 | Zig:18   | Noticed a dread lich
317861 | Zig:18   | Noticed a dread lich
317861 | Zig:18   | Noticed a dread lich
317861 | Zig:18   | Noticed an ancient lich
317861 | Zig:18   | Noticed a dread lich
317861 | Zig:18   | Noticed a dread lich
317861 | Zig:18   | Noticed a dread lich
317862 | Zig:18   | Noticed a dread lich
317863 | Zig:18   | Noticed a dread lich
317863 | Zig:18   | Noticed an ancient lich
317863 | Zig:18   | Noticed a dread lich
317863 | Zig:18   | Noticed a dread lich
317864 | Zig:18   | Noticed a dread lich
317864 | Zig:18   | Killed a dread lich
317864 | Zig:18   | Killed an ancient lich
317864 | Zig:18   | Killed a dread lich
317864 | Zig:18   | Killed a dread lich
317864 | Zig:18   | Killed a dread lich
317864 | Zig:18   | Killed a dread lich
317865 | Zig:18   | Noticed a dread lich
317865 | Zig:18   | Noticed an ancient lich
317866 | Zig:18   | Noticed a dread lich
317866 | Zig:18   | Noticed a dread lich
317866 | Zig:18   | Noticed a dread lich
317866 | Zig:18   | Noticed an ancient lich
317866 | Zig:18   | Noticed a dread lich
317866 | Zig:18   | Killed an ancient lich
317867 | Zig:18   | Noticed a dread lich
317867 | Zig:18   | Noticed an ancient lich
317867 | Zig:18   | Noticed an ancient lich
317867 | Zig:18   | Noticed a dread lich
317867 | Zig:18   | Noticed a dread lich
317867 | Zig:18   | Killed a dread lich
317867 | Zig:18   | Killed a dread lich
317867 | Zig:18   | Killed an ancient lich
317868 | Zig:18   | Killed an ancient lich
317868 | Zig:18   | Killed a dread lich
317868 | Zig:18   | Killed a dread lich
317869 | Zig:18   | Killed an ancient lich
317869 | Zig:18   | Killed a dread lich
317869 | Zig:18   | Killed a dread lich
317869 | Zig:18   | Killed a dread lich
317869 | Zig:18   | Killed a dread lich
317869 | Zig:18   | Killed a dread lich
317869 | Zig:18   | Killed an ancient lich
317869 | Zig:18   | Killed a dread lich
317869 | Zig:18   | Killed a dread lich
317869 | Zig:18   | Killed an ancient lich
317870 | Zig:18   | Noticed a dread lich
317870 | Zig:18   | Noticed an ancient lich
317870 | Zig:18   | Noticed a dread lich
317870 | Zig:18   | Killed a dread lich
317870 | Zig:18   | Noticed a dread lich
317871 | Zig:18   | Noticed a dread lich
317871 | Zig:18   | Noticed a dread lich
317871 | Zig:18   | Noticed a dread lich
317871 | Zig:18   | Noticed a dread lich
317871 | Zig:18   | Noticed an ancient lich
317871 | Zig:18   | Noticed a dread lich
317871 | Zig:18   | Noticed a dread lich
317871 | Zig:18   | Killed a dread lich
317871 | Zig:18   | Killed an ancient lich
317871 | Zig:18   | Killed a dread lich
317871 | Zig:18   | Killed an ancient lich
317871 | Zig:18   | Killed an ancient lich
317871 | Zig:18   | Killed a dread lich
317872 | Zig:18   | Noticed a dread lich
317872 | Zig:18   | Noticed an ancient lich
317872 | Zig:18   | Noticed a dread lich
317872 | Zig:18   | Noticed a dread lich
317872 | Zig:18   | Noticed a dread lich
317872 | Zig:18   | Noticed an ancient lich
317872 | Zig:18   | Noticed a dread lich
317872 | Zig:18   | Noticed a dread lich
317872 | Zig:18   | Noticed an ancient lich
317872 | Zig:18   | Noticed a dread lich
317872 | Zig:18   | Noticed an ancient lich
317872 | Zig:18   | Killed an ancient lich
317872 | Zig:18   | Killed an ancient lich
317872 | Zig:18   | Killed a dread lich
317872 | Zig:18   | Killed a dread lich
317873 | Zig:18   | Noticed an ancient lich
317873 | Zig:18   | Noticed a dread lich
317873 | Zig:18   | Noticed an ancient lich
317873 | Zig:18   | Noticed an ancient lich
317873 | Zig:18   | Killed a dread lich
317873 | Zig:18   | Killed a dread lich
317873 | Zig:18   | Noticed an ancient lich
317873 | Zig:18   | Noticed a dread lich
317874 | Zig:18   | Killed an ancient lich
317874 | Zig:18   | Killed an ancient lich
317874 | Zig:18   | Killed a dread lich
317874 | Zig:18   | Killed a dread lich
317874 | Zig:18   | Killed an ancient lich
317874 | Zig:18   | Killed a dread lich
317874 | Zig:18   | Killed a dread lich
317874 | Zig:18   | Killed a dread lich
317874 | Zig:18   | Killed a dread lich
317874 | Zig:18   | Killed a dread lich
317874 | Zig:18   | Killed an ancient lich
317874 | Zig:18   | Killed a dread lich
317874 | Zig:18   | Noticed an ancient lich
317874 | Zig:18   | Noticed a dread lich
317874 | Zig:18   | Noticed an ancient lich
317875 | Zig:18   | Noticed a dread lich
317875 | Zig:18   | Noticed an ancient lich
317875 | Zig:18   | Noticed an ancient lich
317875 | Zig:18   | Noticed a dread lich
317876 | Zig:18   | Noticed a dread lich
317876 | Zig:18   | Noticed a dread lich
317876 | Zig:18   | Noticed a dread lich
317877 | Zig:18   | Noticed a dread lich
317877 | Zig:18   | Noticed a dread lich
317877 | Zig:18   | Noticed an ancient lich
317877 | Zig:18   | Noticed a dread lich
317877 | Zig:18   | Noticed an ancient lich
317877 | Zig:18   | Killed a dread lich
317878 | Zig:18   | Killed a dread lich
317878 | Zig:18   | Killed a dread lich
317878 | Zig:18   | Killed a dread lich
317878 | Zig:18   | Killed an ancient lich
317878 | Zig:18   | Killed a dread lich
317878 | Zig:18   | Killed an ancient lich
317878 | Zig:18   | Killed a dread lich
317878 | Zig:18   | Killed an ancient lich
317878 | Zig:18   | Killed an ancient lich
317878 | Zig:18   | Killed an ancient lich
317878 | Zig:18   | Killed an ancient lich
317878 | Zig:18   | Killed an ancient lich
317878 | Zig:18   | Killed a dread lich
317878 | Zig:18   | Killed a dread lich
317878 | Zig:18   | Killed an ancient lich
317878 | Zig:18   | Killed an ancient lich
317879 | Zig:18   | Noticed an ancient lich
317879 | Zig:18   | Noticed an ancient lich
317880 | Zig:18   | Noticed a dread lich
317880 | Zig:18   | Noticed a dread lich
317880 | Zig:18   | Noticed an ancient lich
317880 | Zig:18   | Noticed a dread lich
317880 | Zig:18   | Noticed an ancient lich
317880 | Zig:18   | Noticed a dread lich
317880 | Zig:18   | Noticed a dread lich
317880 | Zig:18   | Noticed a dread lich
317880 | Zig:18   | Noticed a dread lich
317880 | Zig:18   | Noticed a dread lich
317881 | Zig:18   | Noticed an ancient lich
317882 | Zig:18   | Noticed a dread lich
317882 | Zig:18   | Noticed an ancient lich
317882 | Zig:18   | Noticed a dread lich
317883 | Zig:18   | Noticed an ancient lich
317883 | Zig:18   | Noticed a dread lich
317883 | Zig:18   | Noticed an ancient lich
317883 | Zig:18   | Noticed a dread lich
317883 | Zig:18   | Killed a dread lich
317883 | Zig:18   | Killed a dread lich
317883 | Zig:18   | Killed a dread lich
317883 | Zig:18   | Noticed a dread lich
317884 | Zig:18   | Noticed a dread lich
317884 | Zig:18   | Noticed a dread lich
317884 | Zig:18   | Noticed a dread lich
317884 | Zig:18   | Noticed an ancient lich
317884 | Zig:18   | Noticed a dread lich
317884 | Zig:18   | Noticed an ancient lich
317884 | Zig:18   | Killed a dread lich
317884 | Zig:18   | Killed a dread lich
317885 | Zig:18   | Noticed an ancient lich
317885 | Zig:18   | Noticed an ancient lich
317885 | Zig:18   | Noticed an ancient lich
317885 | Zig:18   | Noticed a dread lich
317885 | Zig:18   | Noticed a dread lich
317885 | Zig:18   | Killed an ancient lich
317886 | Zig:18   | Noticed a dread lich
317886 | Zig:18   | Noticed a dread lich
317886 | Zig:18   | Noticed a dread lich
317886 | Zig:18   | Killed an ancient lich
317886 | Zig:18   | Killed a dread lich
317886 | Zig:18   | Killed a dread lich
317886 | Zig:18   | Killed an ancient lich
317886 | Zig:18   | Killed a dread lich
317886 | Zig:18   | Killed a dread lich
317886 | Zig:18   | Killed a dread lich
317886 | Zig:18   | Killed a dread lich
317886 | Zig:18   | Killed an ancient lich
317886 | Zig:18   | Killed an ancient lich
317886 | Zig:18   | Killed a dread lich
317886 | Zig:18   | Killed an ancient lich
317886 | Zig:18   | Killed a dread lich
317886 | Zig:18   | Killed a dread lich
317886 | Zig:18   | Killed a dread lich
317886 | Zig:18   | Killed an ancient lich
317886 | Zig:18   | Killed a dread lich
317886 | Zig:18   | Killed a dread lich
317886 | Zig:18   | Killed a dread lich
317886 | Zig:18   | Killed a dread lich
317886 | Zig:18   | Noticed an ancient lich
317886 | Zig:18   | Killed a dread lich
317886 | Zig:18   | Killed an ancient lich
317887 | Zig:18   | Noticed a dread lich
317887 | Zig:18   | Noticed a dread lich
317887 | Zig:18   | Noticed a dread lich
317887 | Zig:18   | Killed a dread lich
317887 | Zig:18   | Killed an ancient lich
317888 | Zig:18   | Killed a dread lich
317888 | Zig:18   | Killed a dread lich
317888 | Zig:18   | Killed a dread lich
317888 | Zig:18   | Killed an ancient lich
317888 | Zig:18   | Killed an ancient lich
317889 | Zig:18   | Noticed a dread lich
317889 | Zig:18   | Noticed a dread lich
317889 | Zig:18   | Noticed a dread lich
317889 | Zig:18   | Killed an ancient lich
317889 | Zig:18   | Killed a dread lich
317889 | Zig:18   | Killed a dread lich
317889 | Zig:18   | Killed an ancient lich
317889 | Zig:18   | Killed a dread lich
317889 | Zig:18   | Killed a dread lich
317889 | Zig:18   | Killed an ancient lich
317889 | Zig:18   | Killed an ancient lich
317889 | Zig:18   | Killed a dread lich
317889 | Zig:18   | Killed a dread lich
317889 | Zig:18   | Killed a dread lich
317889 | Zig:18   | Killed a dread lich
317889 | Zig:18   | Killed an ancient lich
317890 | Zig:18   | Noticed a dread lich
317891 | Zig:18   | Killed a dread lich
317892 | Zig:18   | Killed a dread lich
317892 | Zig:18   | Killed an ancient lich
317892 | Zig:18   | Killed a dread lich
317892 | Zig:18   | Killed a dread lich
317892 | Zig:18   | Killed a dread lich
317893 | Zig:18   | Noticed a dread lich
317893 | Zig:18   | Noticed an ancient lich
317893 | Zig:18   | Killed a dread lich
317895 | Zig:18   | Killed a dread lich
317895 | Zig:18   | Noticed a dread lich
317896 | Zig:18   | Killed a dread lich
317896 | Zig:18   | Killed a dread lich
317902 | Zig:18   | Killed a dread lich
317902 | Zig:18   | Noticed a dread lich
317905 | Zig:18   | Noticed a dread lich
317906 | Zig:18   | Noticed a dread lich
317907 | Zig:18   | Killed an ancient lich
317908 | Zig:18   | Killed a dread lich
317910 | Zig:18   | Killed an ancient lich
317910 | Zig:18   | Killed a dread lich
317915 | Zig:18   | Killed a dread lich
317919 | Zig:18   | Killed a dread lich
317920 | Zig:18   | Killed a dread lich
317924 | Zig:18   | Noticed a dread lich
317925 | Zig:18   | Killed a dread lich
317926 | Zig:18   | Killed a dread lich
317931 | Zig:18   | Killed a dread lich
317961 | Zig:18   | Identified the +5 whip of the Endless March {drain, Str-5
                  | Int+4}
317963 | Zig:18   | Identified the +13 pearl dragon scales of the Thirteen
                  | Xeniums {^Drain rN+ Dex+4 SInv}
318100 | Zig:19   | Entered Level 19 of a ziggurat
318130 | Zig:19   | Paralysed by accursed screaming for 2 turns
318202 | Zig:19   | Killed a starcursed mass
318436 | Zig:19   | Identified the +1 orcbow of Hubeil {antimagic, rC+ Will-
                  | Dex+3 SInv}
318448 | Zig:19   | Identified the staff of Distant Worlds {*Corrode rF+ rN+
                  | Dex+6 Fire}
318456 | Zig:19   | Identified the +9 flail "Gatsar" {elec, ^Fragile Fly rElec
                  | Stlth+}
318457 | Zig:19   | Identified the +9 scimitar "Impbane" {speed, rElec rN+
                  | Int+3}
318460 | Zig:19   | Identified the +3 plate armour of Vermicelli {Harm rPois
                  | Str+4}
318477 | Zig:19   | Identified the +1 long sword of Excruciating Pain {speed,
                  | ^Fragile +Blink MP+9 Str+4}
319163 | Zig:20   | Entered Level 20 of a ziggurat
319163 | Zig:20   | Noticed Xuckuon the pandemonium lord
319164 | Zig:20   | Noticed Untaipsi the pandemonium lord
319164 | Zig:20   | Noticed Utaowyff the pandemonium lord
319164 | Zig:20   | Noticed Ahad the pandemonium lord
319164 | Zig:20   | Noticed Nolet Fuz the pandemonium lord
319164 | Zig:20   | Noticed Tokyme Zara the pandemonium lord
319164 | Zig:20   | Noticed Kodimyq the pandemonium lord
319164 | Zig:20   | Noticed Ysethuva the pandemonium lord
319165 | Zig:20   | Noticed Fuwirhac the pandemonium lord
319165 | Zig:20   | Noticed Kobrasoll the pandemonium lord
319165 | Zig:20   | Noticed Xasoiqum the pandemonium lord
319165 | Zig:20   | Noticed Voskaef the pandemonium lord
319165 | Zig:20   | Noticed Buimn the pandemonium lord
319165 | Zig:20   | Noticed Fuluad the pandemonium lord
319165 | Zig:20   | Noticed Eheac Anayl the pandemonium lord
319165 | Zig:20   | Noticed Facesk the pandemonium lord
319166 | Zig:20   | Noticed Viuhoyrch the pandemonium lord
319166 | Zig:20   | Noticed Paoshrie the pandemonium lord
319166 | Zig:20   | Noticed Ititael the pandemonium lord
319166 | Zig:20   | Noticed Qiotsir the pandemonium lord
319166 | Zig:20   | Noticed Hesul the pandemonium lord
319166 | Zig:20   | Noticed Duongir the pandemonium lord
319166 | Zig:20   | Noticed Xavvutsyozo the pandemonium lord
319167 | Zig:20   | Noticed Ytwi Xof the pandemonium lord
319168 | Zig:20   | Noticed Kekyn the pandemonium lord
319168 | Zig:20   | Noticed Tuekhi Zyev the pandemonium lord
319168 | Zig:20   | Killed Ahad the pandemonium lord
319168 | Zig:20   | Killed Kobrasoll the pandemonium lord
319168 | Zig:20   | Killed Eheac Anayl the pandemonium lord
319168 | Zig:20   | Killed Kodimyq the pandemonium lord
319168 | Zig:20   | Killed Xuckuon the pandemonium lord
319168 | Zig:20   | Killed Nolet Fuz the pandemonium lord
319168 | Zig:20   | Noticed Biatuopnu the pandemonium lord
319168 | Zig:20   | Noticed Osiog the pandemonium lord
319169 | Zig:20   | Noticed Coehajank the pandemonium lord
319169 | Zig:20   | Killed Duongir the pandemonium lord
319169 | Zig:20   | Killed Xasoiqum the pandemonium lord
319169 | Zig:20   | Killed Viuhoyrch the pandemonium lord
319169 | Zig:20   | Killed Untaipsi the pandemonium lord
319169 | Zig:20   | Killed Hesul the pandemonium lord
319169 | Zig:20   | Killed Xavvutsyozo the pandemonium lord
319169 | Zig:20   | Noticed Naunapni the pandemonium lord
319169 | Zig:20   | Noticed Eceyli the pandemonium lord
319170 | Zig:20   | Killed Qiotsir the pandemonium lord
319170 | Zig:20   | Killed Tuekhi Zyev the pandemonium lord
319170 | Zig:20   | Killed Osiog the pandemonium lord
319170 | Zig:20   | Noticed Zuaruoho the pandemonium lord
319170 | Zig:20   | Noticed Cuagahim the pandemonium lord
319170 | Zig:20   | Noticed Satrer the pandemonium lord
319170 | Zig:20   | Noticed Bynur the pandemonium lord
319171 | Zig:20   | Killed Ysethuva the pandemonium lord
319171 | Zig:20   | Noticed Zocoilomu the pandemonium lord
319171 | Zig:20   | Noticed Kakehiy the pandemonium lord
319171 | Zig:20   | Noticed Voliw the pandemonium lord
319171 | Zig:20   | Killed Buimn the pandemonium lord
319171 | Zig:20   | Noticed Ugoe the pandemonium lord
319172 | Zig:20   | Killed Voskaef the pandemonium lord
319173 | Zig:20   | Noticed Xiodadoor the pandemonium lord
319173 | Zig:20   | Killed Fuluad the pandemonium lord
319173 | Zig:20   | Killed Facesk the pandemonium lord
319173 | Zig:20   | Noticed Emmuudwea the pandemonium lord
319173 | Zig:20   | Noticed Yconkit the pandemonium lord
319173 | Zig:20   | Noticed Bapoonyo the pandemonium lord
319174 | Zig:20   | Noticed Nasyv the pandemonium lord
319174 | Zig:20   | Killed Biatuopnu the pandemonium lord
319174 | Zig:20   | Noticed Vosetun the pandemonium lord
319174 | Zig:20   | Noticed Qenirut the pandemonium lord
319174 | Zig:20   | Noticed Gebiph the pandemonium lord
319174 | Zig:20   | Noticed Gaxeojel the pandemonium lord
319175 | Zig:20   | Noticed Cexzen the pandemonium lord
319175 | Zig:20   | Noticed Nevi the pandemonium lord
319175 | Zig:20   | Killed Kekyn the pandemonium lord
319175 | Zig:20   | Noticed Dustuochen the pandemonium lord
319175 | Zig:20   | Noticed Seoleo the pandemonium lord
319175 | Zig:20   | Killed Paoshrie the pandemonium lord
319176 | Zig:20   | Killed Utaowyff the pandemonium lord
319176 | Zig:20   | Killed Zocoilomu the pandemonium lord
319176 | Zig:20   | Noticed Jintiesi the pandemonium lord
319176 | Zig:20   | Noticed Ronomiw the pandemonium lord
319176 | Zig:20   | Noticed Veirayg the pandemonium lord
319176 | Zig:20   | Noticed Qoab the pandemonium lord
319176 | Zig:20   | Noticed Neahef the pandemonium lord
319176 | Zig:20   | Noticed Unnez the pandemonium lord
319176 | Zig:20   | Noticed Ysepled the pandemonium lord
319176 | Zig:20   | Noticed Kuitusch the pandemonium lord
319177 | Zig:20   | Noticed Keript the pandemonium lord
319177 | Zig:20   | Noticed Noatha the pandemonium lord
319177 | Zig:20   | Noticed Yme Peluu the pandemonium lord
319177 | Zig:20   | Noticed Velyse the pandemonium lord
319177 | Zig:20   | Noticed Miwy Launn the pandemonium lord
319177 | Zig:20   | Killed Nevi the pandemonium lord
319177 | Zig:20   | Killed Fuwirhac the pandemonium lord
319177 | Zig:20   | Noticed Irebry the pandemonium lord
319177 | Zig:20   | Noticed Beorean the pandemonium lord
319177 | Zig:20   | Killed Ugoe the pandemonium lord
319178 | Zig:20   | Killed Coehajank the pandemonium lord
319178 | Zig:20   | Noticed Qopp the pandemonium lord
319179 | Zig:20   | Noticed Azuloob the pandemonium lord
319179 | Zig:20   | Killed Xiodadoor the pandemonium lord
319179 | Zig:20   | Killed Yme Peluu the pandemonium lord
319179 | Zig:20   | Killed Ititael the pandemonium lord
319179 | Zig:20   | Killed Tokyme Zara the pandemonium lord
319179 | Zig:20   | Killed Gebiph the pandemonium lord
319179 | Zig:20   | Killed Nasyv the pandemonium lord
319179 | Zig:20   | Killed Bynur the pandemonium lord
319179 | Zig:20   | Killed Qoetar the pandemonium lord
319179 | Zig:20   | Killed Kakehiy the pandemonium lord
319179 | Zig:20   | Killed Naunapni the pandemonium lord
319179 | Zig:20   | Killed Eceyli the pandemonium lord
319179 | Zig:20   | Killed Ytwi Xof the pandemonium lord
319179 | Zig:20   | Noticed Roxab the pandemonium lord
319179 | Zig:20   | Killed Gaxeojel the pandemonium lord
319179 | Zig:20   | Noticed Mualup the pandemonium lord
319180 | Zig:20   | Killed Keript the pandemonium lord
319180 | Zig:20   | Noticed Ostem the pandemonium lord
319180 | Zig:20   | Noticed Onummougedgh the pandemonium lord
319180 | Zig:20   | Noticed Axiut the pandemonium lord
319181 | Zig:20   | Killed Yconkit the pandemonium lord
319181 | Zig:20   | Killed Qenirut the pandemonium lord
319181 | Zig:20   | Killed Ostem the pandemonium lord
319181 | Zig:20   | Killed Emmuudwea the pandemonium lord
319181 | Zig:20   | Noticed Kinozar the pandemonium lord
319181 | Zig:20   | Noticed Quovagad the pandemonium lord
319181 | Zig:20   | Killed Kuitusch the pandemonium lord
319182 | Zig:20   | Killed Noatha the pandemonium lord
319182 | Zig:20   | Killed Cuagahim the pandemonium lord
319182 | Zig:20   | Killed Quovagad the pandemonium lord
319182 | Zig:20   | Noticed Itunom the pandemonium lord
319183 | Zig:20   | Killed Ysepled the pandemonium lord
319183 | Zig:20   | Killed Satrer the pandemonium lord
319183 | Zig:20   | Killed Qopp the pandemonium lord
319183 | Zig:20   | Killed Bapoonyo the pandemonium lord
319183 | Zig:20   | Killed Vosetun the pandemonium lord
319183 | Zig:20   | Killed Qoab the pandemonium lord
319183 | Zig:20   | Killed Dustuochen the pandemonium lord
319183 | Zig:20   | Killed Kinozar the pandemonium lord
319183 | Zig:20   | Killed Veirayg the pandemonium lord
319183 | Zig:20   | Noticed Oprylem the pandemonium lord
319183 | Zig:20   | Noticed Funleill the pandemonium lord
319183 | Zig:20   | Killed Voliw the pandemonium lord
319183 | Zig:20   | Noticed Dalougg the pandemonium lord
319184 | Zig:20   | Killed Velyse the pandemonium lord
319184 | Zig:20   | Killed Zuaruoho the pandemonium lord
319184 | Zig:20   | Killed Neahef the pandemonium lord
319184 | Zig:20   | Killed Unnez the pandemonium lord
319184 | Zig:20   | Killed Miwy Launn the pandemonium lord
319184 | Zig:20   | Killed Axiut the pandemonium lord
319184 | Zig:20   | Killed Mualup the pandemonium lord
319184 | Zig:20   | Killed Irebry the pandemonium lord
319184 | Zig:20   | Killed Beorean the pandemonium lord
319184 | Zig:20   | Noticed Zume the pandemonium lord
319184 | Zig:20   | Noticed Xoitrygg the pandemonium lord
319184 | Zig:20   | Noticed Kuaneg the pandemonium lord
319184 | Zig:20   | Noticed Wihilien the pandemonium lord
319185 | Zig:20   | Noticed Founuc the pandemonium lord
319185 | Zig:20   | Killed Cexzen the pandemonium lord
319185 | Zig:20   | Killed Itunom the pandemonium lord
319185 | Zig:20   | Noticed Gaugham the pandemonium lord
319186 | Zig:20   | Killed Roxab the pandemonium lord
319186 | Zig:20   | Noticed Xiqos the pandemonium lord
319186 | Zig:20   | Noticed Coorph the pandemonium lord
319186 | Zig:20   | Killed Ronomiw the pandemonium lord
319187 | Zig:20   | Noticed Alunteot the pandemonium lord
319187 | Zig:20   | Noticed Ibiabricw the pandemonium lord
319187 | Zig:20   | Noticed Ussudum the pandemonium lord
319188 | Zig:20   | Killed Jintiesi the pandemonium lord
319188 | Zig:20   | Killed Kuaneg the pandemonium lord
319188 | Zig:20   | Killed Xiqos the pandemonium lord
319189 | Zig:20   | Noticed Caoptaova the pandemonium lord
319189 | Zig:20   | Noticed Danteall the pandemonium lord
319189 | Zig:20   | Killed Onummougedgh the pandemonium lord
319189 | Zig:20   | Killed Ussudum the pandemonium lord
319189 | Zig:20   | Noticed Houbo the pandemonium lord
319189 | Zig:20   | Killed Dalougg the pandemonium lord
319189 | Zig:20   | Noticed Iwihigg the pandemonium lord
319189 | Zig:20   | Noticed Teuscho the pandemonium lord
319189 | Zig:20   | Noticed Ysan the pandemonium lord
319190 | Zig:20   | Noticed Wasuhiwo the pandemonium lord
319190 | Zig:20   | Killed Caoptaova the pandemonium lord
319190 | Zig:20   | Killed Gaugham the pandemonium lord
319190 | Zig:20   | Killed Coorph the pandemonium lord
319190 | Zig:20   | Noticed Koaz the pandemonium lord
319190 | Zig:20   | Noticed Atwunod the pandemonium lord
319190 | Zig:20   | Noticed Datepiri the pandemonium lord
319190 | Zig:20   | Noticed Inubaducs the pandemonium lord
319190 | Zig:20   | Noticed Caukhing the pandemonium lord
319191 | Zig:20   | Killed Seoleo the pandemonium lord
319191 | Zig:20   | Killed Teuscho the pandemonium lord
319191 | Zig:20   | Noticed Enifo the pandemonium lord
319191 | Zig:20   | Killed Oprylem the pandemonium lord
319191 | Zig:20   | Killed Ysapp the pandemonium lord
319191 | Zig:20   | Noticed Fuont the pandemonium lord
319192 | Zig:20   | Noticed Iken Tas the pandemonium lord
319192 | Zig:20   | Killed Alunteot the pandemonium lord
319192 | Zig:20   | Killed Wihilien the pandemonium lord
319192 | Zig:20   | Killed Azuloob the pandemonium lord
319193 | Zig:20   | Noticed Budupasm the pandemonium lord
319193 | Zig:20   | Noticed Quataas the pandemonium lord
319193 | Zig:20   | Noticed Emmyasse the pandemonium lord
319193 | Zig:20   | Killed Iwihigg the pandemonium lord
319194 | Zig:20   | Noticed Xabran the pandemonium lord
319194 | Zig:20   | Noticed Buomnount the pandemonium lord
319194 | Zig:20   | Noticed Westroomu the pandemonium lord
319194 | Zig:20   | Noticed Alyweaz the pandemonium lord
319194 | Zig:20   | Noticed Jaivul the pandemonium lord
319194 | Zig:20   | Noticed Xean Ren the pandemonium lord
319194 | Zig:20   | Noticed Guosan the pandemonium lord
319194 | Zig:20   | Noticed Vuwepn the pandemonium lord
319194 | Zig:20   | Noticed Xuobruex the pandemonium lord
319194 | Zig:20   | Killed Funleill the pandemonium lord
319194 | Zig:20   | Noticed Pinon the pandemonium lord
319194 | Zig:20   | Noticed Jonueryi the pandemonium lord
319194 | Zig:20   | Killed Houbo the pandemonium lord
319194 | Zig:20   | Noticed Syckuema the pandemonium lord
319195 | Zig:20   | Noticed Hopri the pandemonium lord
319195 | Zig:20   | Killed Teilly the pandemonium lord
319196 | Zig:20   | Killed Atwunod the pandemonium lord
319196 | Zig:20   | Killed Ibiabricw the pandemonium lord
319196 | Zig:20   | Noticed Ukixuise the pandemonium lord
319196 | Zig:20   | Noticed Xuenam the pandemonium lord
319196 | Zig:20   | Noticed Yqaw the pandemonium lord
319197 | Zig:20   | Killed Ysan the pandemonium lord
319197 | Zig:20   | Killed Koaz the pandemonium lord
319197 | Zig:20   | Killed Jonueryi the pandemonium lord
319197 | Zig:20   | Killed Xoitrygg the pandemonium lord
319197 | Zig:20   | Noticed Acziax the pandemonium lord
319197 | Zig:20   | Noticed Yploax the pandemonium lord
319198 | Zig:20   | Noticed Xuaneoh the pandemonium lord
319198 | Zig:20   | Killed Inubaducs the pandemonium lord
319198 | Zig:20   | Killed Datepiri the pandemonium lord
319198 | Zig:20   | Killed Iken Tas the pandemonium lord
319198 | Zig:20   | Killed Danteall the pandemonium lord
319198 | Zig:20   | Killed Quataas the pandemonium lord
319198 | Zig:20   | Killed Alyweaz the pandemonium lord
319198 | Zig:20   | Noticed Xoaleba the pandemonium lord
319198 | Zig:20   | Noticed Didghug the pandemonium lord
319199 | Zig:20   | Noticed Jurot the pandemonium lord
319199 | Zig:20   | Killed Pinon the pandemonium lord
319199 | Zig:20   | Killed Enifo the pandemonium lord
319199 | Zig:20   | Killed Wasuhiwo the pandemonium lord
319199 | Zig:20   | Killed Emmyasse the pandemonium lord
319199 | Zig:20   | Noticed Fifehump the pandemonium lord
319199 | Zig:20   | Killed Guosan the pandemonium lord
319199 | Zig:20   | Noticed Fotwan the pandemonium lord
319199 | Zig:20   | Noticed Geass the pandemonium lord
319200 | Zig:20   | Noticed Jibaruu the pandemonium lord
319200 | Zig:20   | Noticed Baewkidgh the pandemonium lord
319200 | Zig:20   | Killed Vuwepn the pandemonium lord
319200 | Zig:20   | Noticed Jagih the pandemonium lord
319201 | Zig:20   | Killed Xaowasmo the pandemonium lord
319201 | Zig:20   | Noticed Ameemyd the pandemonium lord
319201 | Zig:20   | Noticed Lagedwe the pandemonium lord
319202 | Zig:20   | Noticed Tehuorr the pandemonium lord
319202 | Zig:20   | Killed Caukhing the pandemonium lord
319202 | Zig:20   | Killed Xabran the pandemonium lord
319202 | Zig:20   | Killed Buomnount the pandemonium lord
319202 | Zig:20   | Noticed Peir the pandemonium lord
319202 | Zig:20   | Killed Fiocaum the pandemonium lord
319203 | Zig:20   | Killed Westroomu the pandemonium lord
319203 | Zig:20   | Killed Jaivul the pandemonium lord
319203 | Zig:20   | Killed Founuc the pandemonium lord
319203 | Zig:20   | Killed Ukixuise the pandemonium lord
319203 | Zig:20   | Killed Fuont the pandemonium lord
319203 | Zig:20   | Killed Hopri the pandemonium lord
319204 | Zig:20   | Killed Acziax the pandemonium lord
319204 | Zig:20   | Killed Jagih the pandemonium lord
319204 | Zig:20   | Noticed Afasoeba the pandemonium lord
319204 | Zig:20   | Noticed Kiug Jyts the pandemonium lord
319205 | Zig:20   | Killed Xuaneoh the pandemonium lord
319205 | Zig:20   | Killed Yqaw the pandemonium lord
319205 | Zig:20   | Killed Xoaleba the pandemonium lord
319205 | Zig:20   | Killed Fotwan the pandemonium lord
319205 | Zig:20   | Killed Jurot the pandemonium lord
319206 | Zig:20   | Killed Xuobruex the pandemonium lord
319206 | Zig:20   | Killed Tehuorr the pandemonium lord
319206 | Zig:20   | Noticed Eceudar the pandemonium lord
319206 | Zig:20   | Killed Jibaruu the pandemonium lord
319207 | Zig:20   | Killed Zume the pandemonium lord
319207 | Zig:20   | Noticed Gyshrun the pandemonium lord
319208 | Zig:20   | Noticed Vaecywn the pandemonium lord
319209 | Zig:20   | Noticed Inebogoe the pandemonium lord
319209 | Zig:20   | Noticed Juobi the pandemonium lord
319209 | Zig:20   | Noticed Xahyozen the pandemonium lord
319209 | Zig:20   | Noticed Taduz the pandemonium lord
319209 | Zig:20   | Noticed Kaew the pandemonium lord
319209 | Zig:20   | Noticed Wuriges the pandemonium lord
319209 | Zig:20   | Noticed Apaho the pandemonium lord
319209 | Zig:20   | Killed Budupasm the pandemonium lord
319209 | Zig:20   | Killed Syckuema the pandemonium lord
319209 | Zig:20   | Killed Didghug the pandemonium lord
319209 | Zig:20   | Noticed Xosisyf the pandemonium lord
319210 | Zig:20   | Noticed Vidasm the pandemonium lord
319210 | Zig:20   | Noticed Fieg the pandemonium lord
319210 | Zig:20   | Noticed Cuugygru the pandemonium lord
319210 | Zig:20   | Noticed Nyseun the pandemonium lord
319210 | Zig:20   | Noticed Pisekyt the pandemonium lord
319210 | Zig:20   | Noticed Uki Caept the pandemonium lord
319210 | Zig:20   | Noticed Zuniq the pandemonium lord
319211 | Zig:20   | Noticed Umaez the pandemonium lord
319211 | Zig:20   | Noticed Kaogopow the pandemonium lord
319211 | Zig:20   | Noticed Onepp the pandemonium lord
319211 | Zig:20   | Killed Geass the pandemonium lord
319211 | Zig:20   | Killed Afasoeba the pandemonium lord
319211 | Zig:20   | Killed Peir the pandemonium lord
319211 | Zig:20   | Killed Ameemyd the pandemonium lord
319211 | Zig:20   | Noticed Laazog the pandemonium lord
319211 | Zig:20   | Killed Apaho the pandemonium lord
319211 | Zig:20   | Noticed Efop the pandemonium lord
319212 | Zig:20   | Killed Wuriges the pandemonium lord
319212 | Zig:20   | Killed Xosisyf the pandemonium lord
319212 | Zig:20   | Killed Lagedwe the pandemonium lord
319212 | Zig:20   | Killed Cuugygru the pandemonium lord
319212 | Zig:20   | Killed Xean Ren the pandemonium lord
319212 | Zig:20   | Killed Kiug Jyts the pandemonium lord
319212 | Zig:20   | Noticed Zuyvog the pandemonium lord
319212 | Zig:20   | Noticed Royfuno the pandemonium lord
319212 | Zig:20   | Noticed Onuufobao the pandemonium lord
319212 | Zig:20   | Noticed Nopp the pandemonium lord
319212 | Zig:20   | Noticed Gocyth the pandemonium lord
319213 | Zig:20   | Killed Juobi the pandemonium lord
319213 | Zig:20   | Killed Vaecywn the pandemonium lord
319213 | Zig:20   | Killed Yploax the pandemonium lord
319213 | Zig:20   | Killed Xuenam the pandemonium lord
319213 | Zig:20   | Killed Fieg the pandemonium lord
319213 | Zig:20   | Killed Onuufobao the pandemonium lord
319214 | Zig:20   | Noticed Geolooga the pandemonium lord
319214 | Zig:20   | Noticed Onaemoobb the pandemonium lord
319214 | Zig:20   | Noticed Roikhoi the pandemonium lord
319214 | Zig:20   | Noticed Seih Hiump the pandemonium lord
319214 | Zig:20   | Noticed Keiprox the pandemonium lord
319214 | Zig:20   | Noticed Reistu the pandemonium lord
319214 | Zig:20   | Noticed Roto the pandemonium lord
319214 | Zig:20   | Noticed Galaymiu the pandemonium lord
319214 | Zig:20   | Noticed Ilarodei the pandemonium lord
319215 | Zig:20   | Noticed Oqulub the pandemonium lord
319215 | Zig:20   | Noticed Cyevon the pandemonium lord
319215 | Zig:20   | Noticed Qonime the pandemonium lord
319215 | Zig:20   | Noticed Sauxohue the pandemonium lord
319215 | Zig:20   | Noticed Ewiumiwne the pandemonium lord
319215 | Zig:20   | Noticed Covamav the pandemonium lord
319215 | Zig:20   | Killed Gyshrun the pandemonium lord
319216 | Zig:20   | Killed Umaez the pandemonium lord
319218 | Zig:20   | Noticed Hupiafuqats the pandemonium lord
319218 | Zig:20   | Noticed Lugisy the pandemonium lord
319218 | Zig:20   | Noticed Hoq Xoat the pandemonium lord
319220 | Zig:20   | Killed Xahyozen the pandemonium lord
319220 | Zig:20   | Killed Uki Caept the pandemonium lord
319220 | Zig:20   | Killed Efop the pandemonium lord
319220 | Zig:20   | Killed Zuyvog the pandemonium lord
319220 | Zig:20   | Killed Nyseun the pandemonium lord
319220 | Zig:20   | Killed Kaew the pandemonium lord
319220 | Zig:20   | Killed Vidasm the pandemonium lord
319220 | Zig:20   | Killed Taduz the pandemonium lord
319220 | Zig:20   | Noticed Jadih the pandemonium lord
319222 | Zig:20   | Killed Hoq Xoat the pandemonium lord
319222 | Zig:20   | Killed Ilarodei the pandemonium lord
319222 | Zig:20   | Killed Kaogopow the pandemonium lord
319222 | Zig:20   | Killed Onaemoobb the pandemonium lord
319222 | Zig:20   | Killed Onepp the pandemonium lord
319222 | Zig:20   | Killed Lugisy the pandemonium lord
319223 | Zig:20   | Killed Baewkidgh the pandemonium lord
319223 | Zig:20   | Killed Inebogoe the pandemonium lord
319223 | Zig:20   | Killed Laazog the pandemonium lord
319223 | Zig:20   | Killed Royfuno the pandemonium lord
319223 | Zig:20   | Banished Eceudar the pandemonium lord
319223 | Zig:20   | Killed Nopp the pandemonium lord
319223 | Zig:20   | Killed Gocyth the pandemonium lord
319223 | Zig:20   | Noticed Harekuwk the pandemonium lord
319224 | Zig:20   | Noticed Bidab the pandemonium lord
319224 | Zig:20   | Noticed Guga the pandemonium lord
319224 | Zig:20   | Noticed Pijeadel the pandemonium lord
319224 | Zig:20   | Noticed Offa the pandemonium lord
319224 | Zig:20   | Noticed Xeetomej the pandemonium lord
319224 | Zig:20   | Noticed Daemedd the pandemonium lord
319224 | Zig:20   | Noticed Dises the pandemonium lord
319225 | Zig:20   | Noticed Oriadoef the pandemonium lord
319225 | Zig:20   | Noticed Vaheroi the pandemonium lord
319225 | Zig:20   | Noticed Ymuustra the pandemonium lord
319225 | Zig:20   | Killed Hupiafuqats the pandemonium lord
319225 | Zig:20   | Killed Covamav the pandemonium lord
319225 | Zig:20   | Killed Reistu the pandemonium lord
319225 | Zig:20   | Killed Jadih the pandemonium lord
319225 | Zig:20   | Noticed Ymelecko the pandemonium lord
319226 | Zig:20   | Killed Cyevon the pandemonium lord
319226 | Zig:20   | Killed Galaymiu the pandemonium lord
319226 | Zig:20   | Killed Keiprox the pandemonium lord
319226 | Zig:20   | Killed Roikhoi the pandemonium lord
319226 | Zig:20   | Killed Ewiumiwne the pandemonium lord
319226 | Zig:20   | Noticed Pif Wilo the pandemonium lord
319226 | Zig:20   | Noticed Viqom the pandemonium lord
319226 | Zig:20   | Noticed Vimeh the pandemonium lord
319227 | Zig:20   | Noticed Baunucle the pandemonium lord
319228 | Zig:20   | Killed Fifehump the pandemonium lord
319228 | Zig:20   | Noticed Houb the pandemonium lord
319229 | Zig:20   | Killed Roto the pandemonium lord
319229 | Zig:20   | Killed Bidab the pandemonium lord
319229 | Zig:20   | Killed Oqulub the pandemonium lord
319229 | Zig:20   | Killed Dises the pandemonium lord
319229 | Zig:20   | Noticed Iffoq the pandemonium lord
319229 | Zig:20   | Noticed Yfaoteurch the pandemonium lord
319230 | Zig:20   | Killed Harekuwk the pandemonium lord
319230 | Zig:20   | Noticed Zianebukk the pandemonium lord
319231 | Zig:20   | Killed Offa the pandemonium lord
319231 | Zig:20   | Killed Ymelecko the pandemonium lord
319231 | Zig:20   | Killed Zuniq the pandemonium lord
319231 | Zig:20   | Noticed Rowiac the pandemonium lord
319234 | Zig:20   | Killed Geolooga the pandemonium lord
319235 | Zig:20   | Killed Houb the pandemonium lord
319235 | Zig:20   | Killed Guga the pandemonium lord
319236 | Zig:20   | Killed Sauxohue the pandemonium lord
319238 | Zig:20   | Killed Baunucle the pandemonium lord
319238 | Zig:20   | Killed Oriadoef the pandemonium lord
319239 | Zig:20   | Killed Pijeadel the pandemonium lord
319243 | Zig:20   | Killed Daemedd the pandemonium lord
319245 | Zig:20   | Killed Pif Wilo the pandemonium lord
319245 | Zig:20   | Killed Yfaoteurch the pandemonium lord
319245 | Zig:20   | Noticed Hyacubuw the pandemonium lord
319246 | Zig:20   | Killed Zianebukk the pandemonium lord
319247 | Zig:20   | Killed Vimeh the pandemonium lord
319249 | Zig:20   | Noticed Lusimoumn the pandemonium lord
319250 | Zig:20   | Killed Qonime the pandemonium lord
319250 | Zig:20   | Noticed Cudau the pandemonium lord
319250 | Zig:20   | Noticed Muin the pandemonium lord
319251 | Zig:20   | Killed Iffoq the pandemonium lord
319251 | Zig:20   | Killed Vaheroi the pandemonium lord
319251 | Zig:20   | Killed Viqom the pandemonium lord
319251 | Zig:20   | Noticed Gywn the pandemonium lord
319252 | Zig:20   | Killed Hyacubuw the pandemonium lord
319252 | Zig:20   | Killed Lusimoumn the pandemonium lord
319252 | Zig:20   | Killed Muin the pandemonium lord
319252 | Zig:20   | Noticed Omock the pandemonium lord
319254 | Zig:20   | Noticed Meroihie the pandemonium lord
319255 | Zig:20   | Killed Meroihie the pandemonium lord
319255 | Zig:20   | Killed Ymuustra the pandemonium lord
319255 | Zig:20   | Noticed Fyanot the pandemonium lord
319256 | Zig:20   | Noticed Wef Ulon the pandemonium lord
319257 | Zig:20   | Killed Cudau the pandemonium lord
319257 | Zig:20   | Noticed Zitee the pandemonium lord
319257 | Zig:20   | Noticed Tokh the pandemonium lord
319257 | Zig:20   | Noticed Wosam the pandemonium lord
319258 | Zig:20   | Killed Rowiac the pandemonium lord
319258 | Zig:20   | Killed Gywn the pandemonium lord
319258 | Zig:20   | Killed Xeetomej the pandemonium lord
319258 | Zig:20   | Killed Omock the pandemonium lord
319258 | Zig:20   | Killed Fyanot the pandemonium lord
319260 | Zig:20   | Noticed Tavo the pandemonium lord
319260 | Zig:20   | Noticed Kirhij the pandemonium lord
319261 | Zig:20   | Killed Pisekyt the pandemonium lord
319264 | Zig:20   | Killed Tavo the pandemonium lord
319265 | Zig:20   | Killed Wef Ulon the pandemonium lord
319265 | Zig:20   | Noticed Teedeujy the pandemonium lord
319266 | Zig:20   | Killed Zitee the pandemonium lord
319266 | Zig:20   | Killed Wosam the pandemonium lord
319266 | Zig:20   | Noticed Ikhir the pandemonium lord
319267 | Zig:20   | Killed Kirhij the pandemonium lord
319267 | Zig:20   | Killed Teedeujy the pandemonium lord
319268 | Zig:20   | Noticed Tilynois the pandemonium lord
319269 | Zig:20   | Noticed Qoor the pandemonium lord
319269 | Zig:20   | Noticed Cyrusyso the pandemonium lord
319269 | Zig:20   | Noticed Lemu the pandemonium lord
319270 | Zig:20   | Noticed Waysmecu the pandemonium lord
319270 | Zig:20   | Killed Tokh the pandemonium lord
319270 | Zig:20   | Noticed Lorret the pandemonium lord
319271 | Zig:20   | Killed Seih Hiump the pandemonium lord
319271 | Zig:20   | Killed Ikhir the pandemonium lord
319272 | Zig:20   | Killed Lorret the pandemonium lord
319272 | Zig:20   | Killed Waysmecu the pandemonium lord
319273 | Zig:20   | Noticed Tusch the pandemonium lord
319274 | Zig:20   | Noticed Xineer the pandemonium lord
319274 | Zig:20   | Noticed Buteva the pandemonium lord
319275 | Zig:20   | Noticed Ucocu the pandemonium lord
319276 | Zig:20   | Killed Tilynois the pandemonium lord
319276 | Zig:20   | Killed Qoor the pandemonium lord
319276 | Zig:20   | Killed Lemu the pandemonium lord
319276 | Zig:20   | Killed Cyrusyso the pandemonium lord
319278 | Zig:20   | Killed Tusch the pandemonium lord
319278 | Zig:20   | Noticed Xeyg the pandemonium lord
319279 | Zig:20   | Killed Ucocu the pandemonium lord
319281 | Zig:20   | Noticed Heneug the pandemonium lord
319282 | Zig:20   | Noticed Simiygy the pandemonium lord
319283 | Zig:20   | Killed Xeyg the pandemonium lord
319286 | Zig:20   | Killed Xineer the pandemonium lord
319292 | Zig:20   | Killed Heneug the pandemonium lord
319292 | Zig:20   | Killed Simiygy the pandemonium lord
319292 | Zig:20   | Killed Buteva the pandemonium lord
319785 | Zig:20   | Identified the +4 falchion of the Evil Eye {flame, *Slow
                  | Dex+5}
319786 | Zig:20   | Identified the ring "Qiajaivu" {Ice rElec Will++ rCorr
                  | Int-5}
319788 | Zig:20   | Identified the ring "Mydwit" {rPois Str+6 Stlth+}
319797 | Zig:20   | Identified the ring "Bif Utynn" {rC- EV+5 Int+5}
319800 | Zig:20   | Identified the staff "Jixo" {rPois SInv Necro Earth}
319806 | Zig:20   | Identified the +3 arbalest of Exchange {speed, ^Drain
                  | Will+++ Str+2 SInv}
319817 | Zig:20   | Identified the +5 flail "Eceurur" {heavy, Dex+9}
319819 | Zig:20   | Identified the staff of Varhew {^Drain Will+ Int+2 Conj}
319838 | Zig:20   | Identified the +4 orcbow "Dragonslayer" {freeze, Int+2
                  | SInv}
319839 | Zig:20   | Identified the +3 leather armour of Yjothridd {rC- rN+
                  | Dex+4}
319842 | Zig:20   | Identified the +7 rapier "Conepruz" {speed, rElec rPois
                  | Str+3 Dex+5}
319852 | Zig:20   | Identified the +1 chain mail "Niej If Ufa" {rElec rCorr
                  | Int+2}
319857 | Zig:20   | Identified the +1 scimitar "Pirim" {flame, *Rage rElec
                  | Int+9}
319873 | Zig:20   | Identified the ring "Riporhiu" {rF+ Will+}
320041 | Zig:21   | Entered Level 21 of a ziggurat
320043 | Zig:21   | Noticed a dread lich
320043 | Zig:21   | Noticed a dread lich
320043 | Zig:21   | Noticed an ancient lich
320043 | Zig:21   | Noticed a dread lich
320043 | Zig:21   | Noticed a dread lich
320043 | Zig:21   | Noticed an ancient lich
320043 | Zig:21   | Noticed a dread lich
320043 | Zig:21   | Noticed a dread lich
320044 | Zig:21   | Noticed a dread lich
320044 | Zig:21   | Noticed an ancient lich
320044 | Zig:21   | Noticed an ancient lich
320044 | Zig:21   | Noticed an ancient lich
320044 | Zig:21   | Noticed an ancient lich
320044 | Zig:21   | Noticed a dread lich
320045 | Zig:21   | Noticed a dread lich
320045 | Zig:21   | Noticed a dread lich
320045 | Zig:21   | Noticed an ancient lich
320045 | Zig:21   | Noticed a dread lich
320045 | Zig:21   | Noticed an ancient lich
320045 | Zig:21   | Noticed a dread lich
320045 | Zig:21   | Noticed an ancient lich
320046 | Zig:21   | Noticed an ancient lich
320046 | Zig:21   | Noticed a dread lich
320046 | Zig:21   | Noticed a dread lich
320046 | Zig:21   | Noticed an ancient lich
320046 | Zig:21   | Noticed a dread lich
320046 | Zig:21   | Noticed an ancient lich
320047 | Zig:21   | Noticed a dread lich
320047 | Zig:21   | Noticed an ancient lich
320048 | Zig:21   | Noticed an ancient lich
320050 | Zig:21   | Killed a dread lich
320051 | Zig:21   | Noticed an ancient lich
320051 | Zig:21   | Noticed an ancient lich
320051 | Zig:21   | Noticed a dread lich
320051 | Zig:21   | Noticed a dread lich
320051 | Zig:21   | Killed an ancient lich
320051 | Zig:21   | Killed an ancient lich
320051 | Zig:21   | Killed an ancient lich
320053 | Zig:21   | Noticed an ancient lich
320053 | Zig:21   | Noticed a dread lich
320053 | Zig:21   | Noticed a dread lich
320053 | Zig:21   | Noticed an ancient lich
320053 | Zig:21   | Noticed an ancient lich
320053 | Zig:21   | Killed a dread lich
320053 | Zig:21   | Killed a dread lich
320053 | Zig:21   | Killed an ancient lich
320053 | Zig:21   | Killed a dread lich
320053 | Zig:21   | Killed an ancient lich
320053 | Zig:21   | Killed a dread lich
320054 | Zig:21   | Noticed a dread lich
320054 | Zig:21   | Killed a dread lich
320055 | Zig:21   | Noticed a dread lich
320055 | Zig:21   | Noticed a dread lich
320055 | Zig:21   | Noticed an ancient lich
320055 | Zig:21   | Noticed a dread lich
320055 | Zig:21   | Noticed a dread lich
320055 | Zig:21   | Noticed a dread lich
320055 | Zig:21   | Noticed a dread lich
320055 | Zig:21   | Killed an ancient lich
320055 | Zig:21   | Killed a dread lich
320055 | Zig:21   | Killed a dread lich
320055 | Zig:21   | Killed a dread lich
320055 | Zig:21   | Killed a dread lich
320055 | Zig:21   | Killed an ancient lich
320055 | Zig:21   | Killed a dread lich
320055 | Zig:21   | Killed a dread lich
320055 | Zig:21   | Killed a dread lich
320055 | Zig:21   | Killed an ancient lich
320055 | Zig:21   | Noticed a dread lich
320056 | Zig:21   | Noticed an ancient lich
320056 | Zig:21   | Noticed an ancient lich
320056 | Zig:21   | Noticed an ancient lich
320056 | Zig:21   | Killed a dread lich
320056 | Zig:21   | Killed an ancient lich
320056 | Zig:21   | Killed an ancient lich
320056 | Zig:21   | Killed an ancient lich
320056 | Zig:21   | Killed a dread lich
320056 | Zig:21   | Killed a dread lich
320057 | Zig:21   | Killed a dread lich
320057 | Zig:21   | Killed a dread lich
320057 | Zig:21   | Killed an ancient lich
320057 | Zig:21   | Killed a dread lich
320057 | Zig:21   | Killed a dread lich
320057 | Zig:21   | Killed a dread lich
320057 | Zig:21   | Killed an ancient lich
320057 | Zig:21   | Killed a dread lich
320058 | Zig:21   | Noticed an ancient lich
320058 | Zig:21   | Noticed an ancient lich
320058 | Zig:21   | Noticed an ancient lich
320058 | Zig:21   | Noticed an ancient lich
320058 | Zig:21   | Killed a dread lich
320058 | Zig:21   | Killed an ancient lich
320058 | Zig:21   | Killed a dread lich
320058 | Zig:21   | Killed a dread lich
320058 | Zig:21   | Noticed an ancient lich
320059 | Zig:21   | Noticed an ancient lich
320059 | Zig:21   | Noticed a dread lich
320059 | Zig:21   | Noticed a dread lich
320059 | Zig:21   | Noticed an ancient lich
320059 | Zig:21   | Noticed an ancient lich
320059 | Zig:21   | Noticed an ancient lich
320059 | Zig:21   | Noticed an ancient lich
320059 | Zig:21   | Noticed an ancient lich
320059 | Zig:21   | Noticed a dread lich
320059 | Zig:21   | Noticed a dread lich
320059 | Zig:21   | Noticed an ancient lich
320059 | Zig:21   | Noticed an ancient lich
320059 | Zig:21   | Killed an ancient lich
320059 | Zig:21   | Killed a dread lich
320059 | Zig:21   | Killed an ancient lich
320060 | Zig:21   | Noticed a dread lich
320060 | Zig:21   | Noticed an ancient lich
320060 | Zig:21   | Noticed a dread lich
320060 | Zig:21   | Noticed an ancient lich
320060 | Zig:21   | Noticed a dread lich
320060 | Zig:21   | Noticed a dread lich
320060 | Zig:21   | Noticed a dread lich
320060 | Zig:21   | Noticed an ancient lich
320060 | Zig:21   | Killed a dread lich
320060 | Zig:21   | Noticed a dread lich
320060 | Zig:21   | Noticed a dread lich
320060 | Zig:21   | Noticed an ancient lich
320060 | Zig:21   | Noticed a dread lich
320061 | Zig:21   | Noticed an ancient lich
320061 | Zig:21   | Noticed an ancient lich
320061 | Zig:21   | Noticed an ancient lich
320061 | Zig:21   | Noticed an ancient lich
320061 | Zig:21   | Noticed a dread lich
320062 | Zig:21   | Noticed an ancient lich
320062 | Zig:21   | Killed an ancient lich
320062 | Zig:21   | Killed an ancient lich
320062 | Zig:21   | Killed an ancient lich
320062 | Zig:21   | Killed an ancient lich
320062 | Zig:21   | Killed an ancient lich
320062 | Zig:21   | Killed a dread lich
320062 | Zig:21   | Killed an ancient lich
320063 | Zig:21   | Noticed an ancient lich
320063 | Zig:21   | Noticed an ancient lich
320063 | Zig:21   | Noticed an ancient lich
320063 | Zig:21   | Noticed a dread lich
320063 | Zig:21   | Noticed a dread lich
320063 | Zig:21   | Noticed an ancient lich
320063 | Zig:21   | Noticed a dread lich
320063 | Zig:21   | Killed an ancient lich
320064 | Zig:21   | Noticed a dread lich
320064 | Zig:21   | Noticed an ancient lich
320064 | Zig:21   | Noticed a dread lich
320064 | Zig:21   | Noticed a dread lich
320064 | Zig:21   | Noticed an ancient lich
320064 | Zig:21   | Killed an ancient lich
320064 | Zig:21   | Noticed an ancient lich
320064 | Zig:21   | Noticed a dread lich
320064 | Zig:21   | Noticed an ancient lich
320064 | Zig:21   | Noticed an ancient lich
320065 | Zig:21   | Noticed an ancient lich
320065 | Zig:21   | Noticed an ancient lich
320065 | Zig:21   | Noticed a dread lich
320066 | Zig:21   | Killed an ancient lich
320066 | Zig:21   | Killed a dread lich
320066 | Zig:21   | Killed a dread lich
320066 | Zig:21   | Killed an ancient lich
320066 | Zig:21   | Killed an ancient lich
320066 | Zig:21   | Killed a dread lich
320066 | Zig:21   | Killed a dread lich
320066 | Zig:21   | Killed a dread lich
320066 | Zig:21   | Killed a dread lich
320066 | Zig:21   | Killed a dread lich
320066 | Zig:21   | Killed an ancient lich
320066 | Zig:21   | Killed an ancient lich
320066 | Zig:21   | Killed an ancient lich
320066 | Zig:21   | Killed an ancient lich
320066 | Zig:21   | Killed an ancient lich
320066 | Zig:21   | Killed an ancient lich
320066 | Zig:21   | Killed an ancient lich
320066 | Zig:21   | Killed a dread lich
320066 | Zig:21   | Killed an ancient lich
320066 | Zig:21   | Killed a dread lich
320066 | Zig:21   | Killed a dread lich
320066 | Zig:21   | Killed a dread lich
320066 | Zig:21   | Killed an ancient lich
320066 | Zig:21   | Killed a dread lich
320066 | Zig:21   | Killed a dread lich
320066 | Zig:21   | Noticed a dread lich
320067 | Zig:21   | Noticed a dread lich
320067 | Zig:21   | Noticed a dread lich
320067 | Zig:21   | Noticed a dread lich
320067 | Zig:21   | Noticed a dread lich
320067 | Zig:21   | Killed a dread lich
320067 | Zig:21   | Noticed an ancient lich
320067 | Zig:21   | Noticed a dread lich
320068 | Zig:21   | Killed an ancient lich
320069 | Zig:21   | Noticed an ancient lich
320069 | Zig:21   | Noticed a dread lich
320069 | Zig:21   | Noticed an ancient lich
320069 | Zig:21   | Killed an ancient lich
320069 | Zig:21   | Killed an ancient lich
320069 | Zig:21   | Killed a dread lich
320069 | Zig:21   | Noticed an ancient lich
320069 | Zig:21   | Killed an ancient lich
320070 | Zig:21   | Noticed an ancient lich
320070 | Zig:21   | Noticed an ancient lich
320070 | Zig:21   | Noticed a dread lich
320070 | Zig:21   | Noticed an ancient lich
320070 | Zig:21   | Killed an ancient lich
320070 | Zig:21   | Killed an ancient lich
320070 | Zig:21   | Killed an ancient lich
320071 | Zig:21   | Noticed a dread lich
320071 | Zig:21   | Noticed an ancient lich
320071 | Zig:21   | Noticed a dread lich
320071 | Zig:21   | Killed an ancient lich
320071 | Zig:21   | Killed an ancient lich
320071 | Zig:21   | Killed an ancient lich
320071 | Zig:21   | Killed a dread lich
320072 | Zig:21   | Noticed an ancient lich
320072 | Zig:21   | Killed a dread lich
320073 | Zig:21   | Killed a dread lich
320073 | Zig:21   | Killed an ancient lich
320073 | Zig:21   | Killed a dread lich
320073 | Zig:21   | Killed a dread lich
320073 | Zig:21   | Killed an ancient lich
320073 | Zig:21   | Killed an ancient lich
320073 | Zig:21   | Killed a dread lich
320073 | Zig:21   | Killed a dread lich
320073 | Zig:21   | Killed an ancient lich
320073 | Zig:21   | Killed a dread lich
320073 | Zig:21   | Killed an ancient lich
320073 | Zig:21   | Killed a dread lich
320073 | Zig:21   | Killed an ancient lich
320073 | Zig:21   | Killed an ancient lich
320073 | Zig:21   | Killed a dread lich
320073 | Zig:21   | Noticed an ancient lich
320074 | Zig:21   | Noticed a dread lich
320074 | Zig:21   | Killed an ancient lich
320074 | Zig:21   | Killed a dread lich
320074 | Zig:21   | Killed a dread lich
320075 | Zig:21   | Killed an ancient lich
320075 | Zig:21   | Killed an ancient lich
320075 | Zig:21   | Killed an ancient lich
320075 | Zig:21   | Noticed a dread lich
320075 | Zig:21   | Killed an ancient lich
320075 | Zig:21   | Killed a dread lich
320076 | Zig:21   | Killed a dread lich
320077 | Zig:21   | Noticed a dread lich
320077 | Zig:21   | Noticed an ancient lich
320078 | Zig:21   | Killed an ancient lich
320081 | Zig:21   | Killed an ancient lich
320083 | Zig:21   | Noticed an ancient lich
320086 | Zig:21   | Killed a dread lich
321576 | Zot:5    | Got the Orb of Zot
322156 | Tomb:3   | Got a golden rune of Zot
322790 | D:1      | Noticed Habaikh the pandemonium lord
322790 | D:$      | Escaped with the Orb!

Illustrated notes

Levels and vault maps discovered:
D:1:      minmay_arrival_split_and_join, layout_basic
D:2:      layout_basic, basic_altar, minmay_misc_feat_secret_circle,
          chequers_serial_rivers_room_a
D:3:      layout_loops_ring, grunt_temple_overflow_open,
          dreamdust_ecumenical_altar_angels_and_demons, minivault_14,
          uniq_crazy_yiuf_cottage
D:4:      nicolae_cairo_tiling_large, layout_basic, grunt_ashenzari_visionary
          [grunt_ashenzari_visionary_swamp, grunt_ashenzari_visionary_snake]
D:5:      layout_basic, mainiacjoe_overflow_alcove_1, serial_shops,
          kennysheep_little_box, nicolae_shop_bloodbath_and_beyond,
          grunt_decor_fettered
D:6:      layout_loops_ring, minmay_temple_entry_proselytizer, serial_shops,
          shop, item_on_display_a, uniq_maggie
D:7:      layout_loops_ring, nicolae_gozag_zags_fifth_avenue, serial_shops,
          nicolae_shop_drivethru, nicolae_shop_tiny_real_fake_doors,
          nicolae_shop_statue_plus, grunt_decor_cap, uniq_menkaure
D:8:      layout_basic, nzn_hepliaklqana_mist_gate
D:9:      layout_small_grid, uniq_amaemon
D:10:     layout_roguey, david_lair_generic, serial_curves, eino_curves_03,
          eino_curves_04
D:11:     layout_loops_cross, orc_david_3, kennysheep_another_room,
          evilmike_ruin_ashenzari
D:12:     cheibrodos_ideogram_h, layout_basic, serial_rivers,
          chequers_serial_rivers_room_a, chequers_serial_rivers_room_b,
          chequers_serial_rivers_small_a, chequers_serial_rivers_small_3,
          chequers_serial_rivers_micro_c, chequers_serial_rivers_micro_b,
          portal_ice_cave_entry_imps, gauntlet_entry_generic
D:13:     minmay_connected_triangles_in_corner, layout_basic
D:14:     layout_stronghold, skrybe_vaults_entry_preservation, serial_shops,
          shop, shop, nicolae_shop_peninsula, shop, shop, uniq_jorgrun
D:15:     hangedman_depths_entry_try_elsewhere_first, layout_cave_pods,
          serial_shops, nicolae_shop_hallway_stairs,
          gammafunk_ghost_wrathful_warriors, nicolae_dithmenos_shadow_blocks,
          minivault_19
Lair:1:   wad_woods_04, layout_misc_corridors, maelrawn_ghost_gauntlet_escape,
          minmay_lair_oklob_items, uniq_sonja
Lair:2:   layout_cave_pods
Lair:3:   layout_long_grid, mainiacjoe_swamp_entry_lozenge_pond,
          minmay_snake_entry_six_corridors, chequers_serial_rivers_room_a
Lair:4:   layout_loops_ring, nicolae_slime_entry_field_trip,
          serial_bayou_lake_a, uniq_urug
Lair:5:   minmay_lair_end_enchanted_forest, layout_loops_ring,
          nicolae_lair_grazing_beasts [nicolae_sub_lair_graze_edge,
          nicolae_sub_lair_graze_edge, nicolae_sub_lair_graze_edge,
          nicolae_sub_lair_graze_edge]
Swamp:1:  layout_falls_marsh, gammafunk_ghost_cemetery,
          evilmike_swamp_ruin_house_2
Swamp:2:  layout_basic_swamp, nicolae_swamp_godswood, uniq_mlioglotl
Swamp:3:  layout_basic_swamp, gammafunk_ghost_cemetery, serial_swamp_ruin,
          evilmike_swamp_ruin_house_6, evilmike_swamp_ruin_house_1,
          evilmike_swamp_ruin_rubble_2, swamp_pool_4
Swamp:4:  swamp_alternative, layout_basic_swamp, gammafunk_ghost_grave,
          nicolae_swamp_tree_isthmus
Snake:1:  layout_chambers
Snake:2:  layout_gridlike
Snake:3:  layout_gridlike, serial_shops, nicolae_stop_n_shop_1,
          nicolae_snake_gridmaze_waves, nicolae_snake_lava_pool
Snake:4:  grunt_snake_rune_spirals, layout_onion, grunt_ministairs_12,
          serial_bayou_shore_b, uniq_louise
Slime:1:  layout_caves
Slime:2:  layout_caves, cheibrodos_slime_lost_civilization_6
Slime:3:  layout_caves
Slime:4:  layout_caves
Slime:5:  slime_pit_nicolae_trefoil
Orc:1:    layout_caves, serial_shops, shop
Orc:2:    st_orc_pillars, layout_diamond_mine, serial_shops, shop,
          nicolae_orc_stony_grotto, nicolae_orc_minecarts, uniq_nessos,
          uniq_donald
Elf:1:    eino_elf_arrival_the_gate, layout_geoelf_octagon, serial_shops,
          nicolae_shop_waterfront, minmay_elf_crystal_hexagon
Elf:2:    elven_hall_of_blades_hangedman_original
          [nicolae_blade_entry_area_security], layout_geoelf_octagon,
          serial_shops, shop, evilmike_spriggan_trog_shrine, uniq_roxanne,
          uniq_asterion, uniq_agnes
Elf:3:    minmay_elf_hall_quartered_circle, layout_loops_cross,
          minmay_shop_grove
Vaults:1: nicolae_vaults_cornered_office, nicolae_vaults_security_offices_3,
          nicolae_vaults_network_periphery, hangedman_vaults_trim,
          v_alt_pattern_6, nicolae_vaults_trapezoid_lopsided_2, v_misc_28,
          grunt_vaults_bifocal, nicolae_vaults_trapezoid_4,
          vaults_room_ringed_pool, vaults_room_grid, layout_vaults_omnibox
Vaults:2: gammafunk_ghost_ooze, nicolae_vaults_apartment_2,
          nicolae_vaults_security_offices_2, hangedman_vaults_cutoff,
          nicolae_vaults_hexular_roomagon, nicolae_vaults_octothorpe,
          nicolae_vaults_little_squares_6, v_misc_22, v_rooms_3,
          nicolae_vaults_apartment_1, ontoclasm_vaults_idyll,
          layout_vaults_maze_snakey, serial_shops, nicolae_shop_stone
Vaults:3: portal_desolation_entry_nicolae_forbidding_blocks,
          hangedman_vaults_capsules, nicolae_vaults_stepped_doors,
          minmay_crypt_entry_necro_gods,
          nicolae_vaults_taking_the_gang_shopping, nicolae_vaults_circle_grid_b,
          nicolae_vaults_ring_of_whatevers, ontoclasm_vaults_shuriken,
          hangedman_vaults_nails, nicolae_vaults_wine_cellar,
          nicolae_vaults_trapezoid_lopsided_2, v_misc_16, layout_vaults_big_room
Vaults:4: mu_enter_wizlab_5, v_misc_10, nicolae_vaults_mini_display_case,
          hangedman_vaults_variations, nicolae_vaults_storage_closets_3,
          nicolae_vaults_lightning_bolt, serial_ice_h,
          nicolae_vaults_tetromino_Z_2, vaults_dpeg_hooks,
          layout_vaults_omnicross, serial_shops, shop
Vaults:5
Crypt:1:  minmay_shadows, layout_gridlike, gammafunk_ghost_fury_of_okawaru,
          small_chamber_with_monster, grunt_crypt_arrival_webbed, uniq_grunn
Crypt:2:  layout_regular_city, minmay_guarded_unrand_zonguldrok
Crypt:3:  david_glass_crypt, layout_rooms, tomb_entry_forgotten_bobbens
Tomb:1
Tomb:2:   uniq_mennas
Tomb:3
Depths:1: layout_long_grid, nicolae_trove_entry_crossroad, hell_entry,
          abyss_entry, kennysheep_generic_room_11, grunt_megastairs_3,
          nicolae_triple_integral, minmay_shoptagon
Depths:2: minmay_haunted_quarter, layout_gridlike, enter_ziggurat_b,
          serial_shops, nicolae_shop_rolled_up, grunt_pan_entry_sceptre,
          hell_entry, kennysheep_nondescript, lemuel_flamethrower_2,
          infiniplex_staircase_zigzag_4
Depths:3: minmay_the_grid_triangle_9x9_recursive_2_mashed
          [minmay_the_grid_triangle_9x9_prize_insulated,
          minmay_the_grid_triangle_9x9_shrine,
          minmay_the_grid_triangle_9x9_stretched_checkered,
          minmay_the_grid_triangle_9x9_descending_squares], layout_cave_shapes,
          serial_shops, nicolae_shop_hallway_stairs,
          abyss_entry_small_statue_room, hell_entry,
          minmay_staircase_statues_hall_small
Depths:4: evilmike_zot_entry_argh, layout_basic, hell_entry,
          nicolae_abyss_entry_one_way_or_another, serial_co_window_serial,
          co_window_paths_a, co_window_corner_a, co_window_corner_a,
          co_window_paths_a, co_window_paths_b, co_window_corner_b,
          co_window_broadway_c, co_window_cross_2, co_window_2corner,
          co_window_paths_e
Zot:1:    layout_misc_corridors, regret_index_zotdec_stipple_waver,
          regret_index_zotdec_ceiling_fans
Zot:2:    grunt_twist_and_shout, layout_cathedral_of_symmetry
Zot:3:    layout_onion_interference, regret_index_zotdec_twisting_globes
Zot:4:    layout_misc_corridors, grunt_megastairs_2
Zot:5:    layout_misc_corridors

Skill      XL: |  1  2  3  4  5  6  7  8  9 10 11 12 13 14 15 16 17 18 19 20 21 22 23 24 25 26 27 |
---------------+----------------------------------------------------------------------------------+-----
Fighting       | 1 2 3 4 5 6 7 9 11 13 15 16 18 19 20 21 22 23 24 25 26 27 | 27.0
Earth Magic    | 4 5 6 7 8 9 11 12 14 15 18 19 20 21 25 26 27 | 27.0
Spellcasting   | 3 4 5 7 8 9 10 12 13 14 15 16 17 18 20 27 | 27.0
Summonings     | 1 2 3 27 | 27.0
Shields        | 1 3 4 27 | 27.0
Conjurations   | 2 3 5 6 9 10 12 13 14 16 27 | 27.0
Translocations | 3 27 | 27.0
Maces & Flails | 3 27 | 27.0
Armour         | 5 8 10 27 | 27.0
Dodging        | 4 6 7 9 10 27 | 27.0
Fire Magic     | 5 8 11 15 27 | 27.0
Shapeshifting  | 27 | 27.0
Necromancy     | 27 | 27.0
Throwing       | 27 | 27.0
Invocations    | 27 | 27.0
Air Magic      | 27 | 27.0
Stealth        | 27 | 27.0
Evocations     | 27 | 27.0
Staves         | 27 | 27.0
Short Blades   | 27 | 27.0
Long Blades    | 27 | 27.0
Axes           | 27 | 27.0
Polearms       | 27 | 27.0
Ranged Weapons | 27 | 27.0
Unarmed Combat | 27 | 27.0
Hexes          | 27 | 27.0
Ice Magic      | 27 | 27.0
Alchemy        | 27 | 27.0

Action                     |  1- 3 |  4- 6 |  7- 9 | 10-12 | 13-15 | 16-18 | 19-21 | 22-24 | 25-27 || total
---------------------------+-------+-------+-------+-------+-------+-------+-------+-------+-------++-------
  Melee: Dagger            |       |       |    14 |    47 |    87 |       |       |       |       ||   148
         Demon whip        |       |       |       |       |   270 |   908 |   177 |       |       ||  1355
         Staff             |       |       |       |       |       |       |    44 |   212 |   752 ||  1008
         Bo                |       |       |       |       |       |       |       |       |  1075 ||  1075
         Broad axe         |       |       |       |       |       |       |       |       |   201 ||   201
         Rapier            |       |       |       |       |       |       |       |       |    25 ||    25
         Headbutt          |       |       |       |       |       |       |       |       |     5 ||     5
  Throw: Dart              |       |       |     1 |     4 |     2 |     3 |     3 |       |       ||    13
         Javelin           |       |       |       |       |       |       |       |       |   140 ||   140
         Throwing net      |       |       |       |       |       |       |       |       |     1 ||     1
   Cast: Sandblast         |    50 |    83 |   194 |   244 |     5 |       |       |       |       ||   576
         Summon Small Mamm |       |     9 |    15 |    24 |     1 |       |       |       |       ||    49
         Call Imp          |       |     8 |    15 |    20 |     3 |       |       |       |       ||    46
         Freeze            |       |     1 |       |       |       |       |       |       |       ||     1
         Call Canine Famil |       |       |    10 |    42 |    40 |     5 |       |       |       ||    97
         Brom's Barrelling |       |       |     2 |   165 |    67 |     9 |       |       |       ||   243
         Stone Arrow       |       |       |       |    11 |   671 |   379 |    50 |    15 |       ||  1126
         Iskenderun's Myst |       |       |       |       |     3 |       |       |       |     3 ||     6
         Leda's Liquefacti |       |       |       |       |     2 |     1 |     1 |       |       ||     4
         Blink             |       |       |       |       |     1 |     1 |       |       |       ||     2
         Borgnjor's Vile C |       |       |       |       |       |   209 |    62 |       |       ||   271
         Shatter           |       |       |       |       |       |       |   199 |   529 |  1573 ||  2301
         Lehudib's Crystal |       |       |       |       |       |       |       |       |   157 ||   157
         Ignition          |       |       |       |       |       |       |       |       |  3763 ||  3763
         Chain Lightning   |       |       |       |       |       |       |       |       |   909 ||   909
         Death Channel     |       |       |       |       |       |       |       |       |   521 ||   521
         Polar Vortex      |       |       |       |       |       |       |       |       |   307 ||   307
         Disjunction       |       |       |       |       |       |       |       |       |    20 ||    20
         Maxwell's Capacit |       |       |       |       |       |       |       |       |     1 ||     1
 Invoke: Call Merchant     |       |       |       |       |       |     7 |       |       |       ||     7
         Potion Petition   |       |       |       |       |       |       |       |    10 |  1633 ||  1643
Ability: Begin Untransform |       |       |       |       |       |       |       |       |     1 ||     1
  Evoke: Wand              |       |       |       |     6 |     9 |    28 |    15 |       |    61 ||   119
         Tin of tremorston |       |       |       |       |     2 |       |     1 |       |     2 ||     5
         Figurine of a zig |       |       |       |       |       |       |       |       |    20 ||    20
    Use: Scroll            |     1 |     6 |    10 |    13 |     5 |    16 |     6 |    11 |   125 ||   193
         Potion            |       |     2 |     3 |     2 |     1 |     3 |     6 |    10 |   166 ||   193
   Stab: Paralysed         |       |       |       |     2 |       |     1 |       |       |       ||     3
         Distracted        |       |       |       |       |     1 |       |     1 |     1 |   103 ||   106
         Invisible         |       |       |       |       |     1 |       |       |       |    57 ||    58
         Sleeping          |       |       |       |       |       |     2 |       |       |       ||     2
 Armour: Robe              |     7 |    42 |    21 |       |    74 |  1129 |   185 |       |       ||  1458
         Leather armour    |       |       |    55 |       |       |       |       |       |       ||    55
         Steam dragon scal |       |       |    35 |   276 |   576 |       |       |       |       ||   887
         Troll leather arm |       |       |       |       |       |       |   164 |   717 |  8838 ||  9719
  Dodge: Dodged            |    13 |    25 |    68 |   142 |   317 |   482 |   160 |   369 |  7331 ||  8907
  Block: Buckler           |       |       |    28 |    67 |   162 |   574 |   104 |   111 |   503 ||  1549
         Reflection        |       |       |       |       |     8 |    71 |    10 |       |    16 ||   105
   Form: Death             |       |       |       |       |       |       |       |       |    19 ||    19
                           |       |       |       |       |       |       |       |       |    17 ||    17
